 Dungeon Crawl Stone Soup version 0.29.0-4-gdea44cf6ec (webtiles) character file.

Game seed: 3429667480819912778

9924 qw the Grappler (level 11, 1/1 (105) HPs)
             Began as a Troll Cinder Acolyte on Aug 31, 2022.
             Was an Initiate of Ignis.
             Tarried too long and was consumed by Zot
             ... on level 11 of the Dungeon.
             The game lasted 01:26:36 (38101 turns).

qw the Grappler (Troll Cinder Acolyte)             Turns: 38101, Time: 01:26:37

HP:   1/1 (105)     AC:  7    Str: 28    XL:     11   Next: 29%
MP:   11/11         EV:  9    Int: 10    God:    Ignis [......]
Gold: 2457          SH:  5    Dex:  5    Spells: 12/12 levels left

rFire   + . .      SeeInvis .     - Unarmed
rCold   . . .      Faith    .   (no shield)
rNeg    + . .      Spirit   .   b - +0 troll leather armour
rPois   +          Reflect  +   g - +1 hat
rElec   .          Harm     .   (no cloak)
rCorr   .          Rampage  .   (gloves unavailable)
Will    .....                   (boots unavailable)
Stlth   +.........              q - amulet of reflection
HPRegen 1.60/turn               c - ring of positive energy
MPRegen 0.12/turn               (no ring)

@: extremely drained, bezotted and risking death
A: large, unfitting armour, claws 3, regeneration 1, shaggy fur 1, tough skin 1,
poison resistance, screaming 1
a: Renounce Religion, Rising Flame


You were on level 11 of the Dungeon.
You worshipped Ignis.
Ignis was noncommittal.
You visited 1 branch of the dungeon, and saw 11 of its levels.
You also visited: Ossuary.

You collected 2457 gold pieces.


Innate Abilities, Weirdness & Mutations

You are too large for most types of armour.
You have claws for hands.
Your natural rate of healing is unusually fast.
You are covered in fur. (AC +1)
You have tough skin. (AC +1)
Your system is resistant to poisons. (rPois)
You occasionally shout uncontrollably at your foes.


   Skills:
 - Level 6.0 Fighting
 - Level 6.1 Throwing
 - Level 1.0 Armour
 - Level 2.4 Dodging
 + Level 14.8 Unarmed Combat
 - Level 1.0 Spellcasting
 - Level 2.1 Fire Magic


You had 12 spell levels left.
You didn't know any spells.
Your spell library contained the following spells:

 Spells                   Type           Power      Damage    Failure   Level
 Scorch                   Fire           8%         2d5       24%         2

Inventory:

Missiles
 d - 6 silver javelins
 f - 3 javelins
 i - 6 boomerangs
 r - 8 large rocks (quivered)
Armour
 a - +0 acid dragon scales
 b - a +0 troll leather armour (worn)
 g - a +1 hat (worn)
Jewellery
 c - a ring of positive energy (left claw)
 q - an amulet of reflection (around neck)
Wands
 e - a wand of digging (3)
Scrolls
 h - 5 scrolls of identify
Potions
 j - 2 potions of heal wounds
 k - 2 potions of haste
 l - 5 potions of curing
 n - a potion of cancellation
 t - a potion of might
 v - 4 potions of mutation

Dungeon Overview and Level Annotations

Branches:
Dungeon (11/15) Zot: 0! Temple (0/1) D:4 Lair (0/5) D:11 Orc (0/2) D:10 Ossuary (visited) You are so drained that the power of Zot will kill you!

Altars:
Ashenzari
Nemelex Xobeh
Okawaru

Shops:
D:8 (   D:11 (


Message History

38027 ||| Stepping ~*~*~tactically~*~*~ (outnumbered).
38029 ||| Stepping ~*~*~tactically~*~*~ (outnumbered).
38031 ||| Stepping ~*~*~tactically~*~*~ (outnumbered).
38033 ||| Stepping ~*~*~tactically~*~*~ (outnumbered).
38035 ||| Stepping ~*~*~tactically~*~*~ (outnumbered).
38037 ||| Stepping ~*~*~tactically~*~*~ (outnumbered).
38039 ||| Stepping ~*~*~tactically~*~*~ (outnumbered).
38041 ||| Stepping ~*~*~tactically~*~*~ (outnumbered).
38043 ||| Stepping ~*~*~tactically~*~*~ (outnumbered).
38045 ||| Stepping ~*~*~tactically~*~*~ (outnumbered).
38047 ||| Stepping ~*~*~tactically~*~*~ (outnumbered).
38049 ||| Stepping ~*~*~tactically~*~*~ (outnumbered).
38051 ||| Stepping ~*~*~tactically~*~*~ (outnumbered).
38053 ||| Stepping ~*~*~tactically~*~*~ (outnumbered).
38055 ||| Stepping ~*~*~tactically~*~*~ (outnumbered).
38057 ||| Stepping ~*~*~tactically~*~*~ (outnumbered).
38059 ||| Stepping ~*~*~tactically~*~*~ (outnumbered).
38061 ||| Stepping ~*~*~tactically~*~*~ (outnumbered).
38063 ||| Stepping ~*~*~tactically~*~*~ (outnumbered).
38065 ||| Stepping ~*~*~tactically~*~*~ (outnumbered).
38067 ||| Stepping ~*~*~tactically~*~*~ (outnumbered).
38069 ||| Stepping ~*~*~tactically~*~*~ (outnumbered).
38071 ||| Stepping ~*~*~tactically~*~*~ (outnumbered).
38073 ||| Stepping ~*~*~tactically~*~*~ (outnumbered).
38075 ||| Stepping ~*~*~tactically~*~*~ (outnumbered).
38077 ||| Stepping ~*~*~tactically~*~*~ (outnumbered).
38079 ||| Stepping ~*~*~tactically~*~*~ (outnumbered).
38081 ||| Stepping ~*~*~tactically~*~*~ (outnumbered).
38083 ||| Stepping ~*~*~tactically~*~*~ (outnumbered).
38085 ||| Stepping ~*~*~tactically~*~*~ (outnumbered).
38087 ||| Stepping ~*~*~tactically~*~*~ (outnumbered).
38089 ||| Stepping ~*~*~tactically~*~*~ (outnumbered).
38091 ||| Stepping ~*~*~tactically~*~*~ (outnumbered).
38093 ||| Stepping ~*~*~tactically~*~*~ (outnumbered).
38095 ||| Stepping ~*~*~tactically~*~*~ (outnumbered).
38097 ||| Stepping ~*~*~tactically~*~*~ (outnumbered).
38099 ||| Stepping ~*~*~tactically~*~*~ (outnumbered).
38101 ||| Stepping ~*~*~tactically~*~*~ (outnumbered).
Zot unmakes you!
You die...

#### # .. ...~ .#. # ..
#... ........#
..##PPP##.......##
#...PPP...#.......
#~..P>PP.~#.....#.../....
..PPPP..#.....#......[.
#.PP##.......#........
...#...#@................
#...~...#...............
..#######................
#..#..................
##...####.............
#......#........#..##
#...............##...
######
##....................
#....#
##.........##.....#####


There were no monsters in sight!

Vanquished Creatures
  2 two-headed ogres (D:10)
  2 orc knights (D:10)
  A gargoyle (D:10)
  A troll (D:10)
  Grinder (D:3)
  Prince Ribbit (D:7)
  A wraith (D:11)
  3 shadows
  A wyvern (D:7)
  13 yaks
  2 steam dragons
  An acid dragon (D:11)
  Edmund (D:6)
  2 water moccasins
  6 orc warriors
  A sky beast (D:8)
  2 ogres (D:10)
  10 centaurs
  3 kobold brigands
  3 scorpions
  3 wights (D:6)
  6 killer bees (D:7)
  5 howler monkeys
  A jelly (D:5)
  9 orc priests
  A gnoll bouda (D:8)
  3 hounds
  A human zombie (Ossuary)
  4 iguanas
  11 orc wizards
  Terence (D:2)
  3 mummies (Ossuary)
  6 gnolls
  3 adders
  A shadow imp (D:5)
  2 white imps
  2 dart slugs (D:1)
  70 orcs
  5 bats
  3 endoplasms
  7 giant cockroaches
  4 hobgoblins
  3 quokkas
  10 ball pythons
  4 frilled lizards
  13 goblins
  2 goblin zombies
  18 kobolds
  3 kobold zombies (Ossuary)
  3 orc zombies (Ossuary)
  A quokka zombie (D:8)
  5 rats
270 creatures vanquished.

Notes
Turn   | Place    | Note
-------+----------+-------------------------------------------
     0 | D:1      | qw the Troll Cinder Acolyte began the quest for the Orb.
     0 | D:1      | Reached XP level 1. HP: 22/22 MP: 1/1
     0 | D:1      | 0 ||| qw: Version: 0.1-a-97-g2dd2ca4
     0 | D:1      | 0 ||| qw: Game counter: 4603
     0 | D:1      | 0 ||| qw: Always use a shield: true
     0 | D:1      | 0 ||| qw: God list: Okawaru
     0 | D:1      | 0 ||| qw: Allow faded altars: false
     0 | D:1      | 0 ||| qw: Do Orc after D:15 true
     0 | D:1      | 0 ||| qw: Do second Lair branch before Depths: true
     0 | D:1      | 0 ||| qw: Lair rune preference: random
     0 | D:1      | 0 ||| qw: Plans: Normal
     0 | D:1      | 0 ||| PLANNING D:1-11
   166 | D:1      | 166 ||| Stepping ~*~*~tactically~*~*~ (stealth).
   175 | D:1      | Reached XP level 2. HP: 29/29 MP: 2/2
   306 | D:1      | 306 ||| Stepping ~*~*~tactically~*~*~ (stealth).
   418 | D:1      | Reached skill level 1 in Throwing
   685 | D:1      | Found a faded altar of an unknown god.
  1066 | D:1      | Reached skill level 4 in Unarmed Combat
  1066 | D:1      | Reached XP level 3. HP: 36/36 MP: 3/3
  1074 | D:1      | 1074 ||| READING scroll labelled BIATAN XEEST.
  1075 | D:1      | 1075 ||| READING scroll labelled MEABBI RUON.
  1512 | D:2      | Noticed Terence
  1516 | D:2      | 1516 ||| Stepping ~*~*~tactically~*~*~ (stealth).
  1518 | D:2      | 1518 ||| Stepping ~*~*~tactically~*~*~ (stealth).
  1534 | D:2      | 1534 ||| INVOKING Fiery Armour.
  1536 | D:2      | Killed Terence
  1566 | D:2      | 1566 ||| Stepping ~*~*~tactically~*~*~ (stealth).
  1880 | D:2      | 1880 ||| UPGRADING to ring of poison resistance.
  1881 | D:2      | 1881 ||| READING scroll labelled DER UPTEATIMY.
  1900 | D:2      | 1900 ||| READING 2 scrolls labelled LEKLUH CUNIORI.
  1901 | D:2      | 1901 ||| READING 2 scrolls labelled HERESE ITOREPH.
  1934 | D:3      | Reached XP level 4. HP: 44/44 MP: 4/4
  1946 | D:3      | Noticed Grinder
  1950 | D:3      | Paralysed by Grinder for 5 turns
  1955 | D:3      | 1955 ||| FLEEEEING.
  1956 | D:3      | 1956 ||| FLEEEEING.
  1957 | D:3      | 1957 ||| FLEEEEING.
  1958 | D:3      | 1958 ||| STAIRDANCE
  1981 | D:3      | 1981 ||| Stepping ~*~*~tactically~*~*~ (hiding).
  1982 | D:3      | 1982 ||| Stepping ~*~*~tactically~*~*~ (hiding).
  1987 | D:3      | Killed Grinder
  1988 | D:3      | Reached skill level 6 in Unarmed Combat
  1988 | D:3      | Reached XP level 5. HP: 50/50 MP: 5/5
  2116 | D:3      | 2116 ||| Stepping ~*~*~tactically~*~*~ (stealth).
  2120 | D:3      | 2120 ||| Stepping ~*~*~tactically~*~*~ (stealth).
  2176 | D:3      | Reached XP level 6. HP: 59/59 MP: 6/6
  2621 | D:3      | 2621 ||| READING scroll labelled NUSTRU UPSIMN.
  2621 | D:3      | Identified a scroll of acquirement
  2621 | D:3      | 2621 ||| ACQUIRING amulet of Twilight {Acrobat rCorr Str-3
                  | Dex+5}
  2621 | D:3      | Acquired the amulet of Twilight {Acrobat rCorr Str-3 Dex+5}
  2623 | D:3      | 2623 ||| UPGRADING to amulet of Twilight {Acrobat rCorr
                  | Str-3 Dex+5}.
  2628 | D:3      | 2628 ||| READING scroll labelled AHYTIA XOISK.
  2629 | D:3      | 2629 ||| READING scroll labelled XUMUOSSOVU.
  2630 | D:3      | 2630 ||| DRINKING 2 silvery potions.
  2740 | D:4      | 2740 ||| INVOKING Fiery Armour.
  2744 | D:4      | 2744 ||| Stepping ~*~*~tactically~*~*~ (stealth).
  2745 | D:4      | 2745 ||| Stepping ~*~*~tactically~*~*~ (stealth).
  2752 | D:4      | Reached skill level 1 in Dodging
  2765 | D:4      | 2765 ||| DRINKING 2 potions of curing.
  2765 | D:4      | 2765 ||| (to cure confusion)
  2768 | D:4      | 2768 ||| Stepping ~*~*~tactically~*~*~ (outnumbered).
  2770 | D:4      | 2770 ||| Stepping ~*~*~tactically~*~*~ (outnumbered).
  2787 | D:4      | Reached skill level 7 in Unarmed Combat
  2866 | D:4      | Reached XP level 7. HP: 57/66 MP: 7/7
  2889 | D:4      | Found a staircase to the Ecumenical Temple.
  3154 | D:4      | 3154 ||| DROPPING ring of flight.
  3155 | D:4      | 3155 ||| READING 3 scrolls of identify.
  3155 | D:4      | 3155 ||| IDENTIFYING bubbling sapphire potion
  3156 | D:4      | 3156 ||| READING 2 scrolls of identify.
  3156 | D:4      | 3156 ||| IDENTIFYING red potion
  3157 | D:4      | 3157 ||| DROPPING potion of lignification.
  3158 | D:4      | 3158 ||| DROPPING potion of invisibility.
  3191 | D:5      | Entered Level 5 of the Dungeon
  3212 | D:5      | 3212 ||| READING scroll of acquirement.
  3212 | D:5      | 3212 ||| ACQUIRING 777 gold pieces
  3212 | D:5      | Acquired 777 gold pieces
  3223 | D:5      | 3223 ||| Stepping ~*~*~tactically~*~*~ (stealth).
  3274 | D:5      | 3274 ||| Stepping ~*~*~tactically~*~*~ (stealth).
  3291 | D:5      | 3291 ||| Stepping ~*~*~tactically~*~*~ (stealth).
  3307 | D:5      | 3307 ||| Stepping ~*~*~tactically~*~*~ (stealth).
  3342 | D:5      | 3342 ||| Stepping ~*~*~tactically~*~*~ (stealth).
  3344 | D:5      | 3344 ||| Stepping ~*~*~tactically~*~*~ (stealth).
  3348 | D:5      | 3348 ||| Stepping ~*~*~tactically~*~*~ (stealth).
  3351 | D:5      | 3351 ||| Stepping ~*~*~tactically~*~*~ (hiding).
  3354 | D:5      | 3354 ||| INVOKING Fiery Armour.
  3359 | D:5      | Reached skill level 8 in Unarmed Combat
  3382 | D:5      | Reached skill level 3 in Fighting
  3419 | D:5      | 3419 ||| Stepping ~*~*~tactically~*~*~ (hiding).
  3424 | D:5      | 3424 ||| Stepping ~*~*~tactically~*~*~ (hiding).
  3436 | D:5      | Reached skill level 3 in Throwing
  3437 | D:5      | HP: 16/67 [orc priest/+0 club (4)]
  3438 | D:5      | 3438 ||| READING 2 scrolls of teleportation.
  3442 | D:5      | HP: 14/67 [orc/+0 club (1)]
  3600 | D:5      | Found a broken altar of Ashenzari.
  3837 | D:5      | 3837 ||| UPGRADING to +1 hat.
  3842 | D:5      | 3842 ||| READING scroll labelled KUIFUKKUODD.
  3843 | D:5      | 3843 ||| READING 2 scrolls of identify.
  3843 | D:5      | 3843 ||| IDENTIFYING coppery potion
  3852 | D:6      | 3852 ||| STAIRDANCE
  3860 | D:6      | 3860 ||| STAIRDANCE
  3873 | D:6      | 3873 ||| Stepping ~*~*~tactically~*~*~ (outnumbered).
  3881 | D:6      | Reached XP level 8. HP: 75/75 MP: 8/8
  3980 | D:6      | Reached skill level 9 in Unarmed Combat
  4047 | D:6      | 4047 ||| DRINKING potion of curing.
  4047 | D:6      | 4047 ||| (to cure confusion)
  4197 | D:6      | Reached skill level 10 in Unarmed Combat
  4220 | D:6      | Noticed Edmund
  4233 | D:6      | Killed Edmund
  4545 | D:6      | 4545 ||| DRINKING 2 glowing orange potions.
  4545 | D:6      | Gained mutation: You are occasionally teleported next to
                  | monsters. [potion of mutation]
  4545 | D:6      | Gained mutation: You have supernaturally acute eyesight.
                  | (SInv) [potion of mutation]
  4546 | D:6      | 4546 ||| DRINKING potion of mutation.
  4546 | D:6      | Lost mutation: You have supernaturally acute eyesight.
                  | (SInv) [potion of mutation]
  4546 | D:6      | Lost mutation: You are occasionally teleported next to
                  | monsters. [potion of mutation]
  4546 | D:6      | Gained mutation: You occasionally lose the ability to drink
                  | potions when taking damage. [potion of mutation]
  4546 | D:6      | Gained mutation: You are partially covered in iridescent
                  | scales. (AC +2) [potion of mutation]
  4584 | D:7      | 4584 ||| Stepping ~*~*~tactically~*~*~ (hiding).
  4587 | D:7      | 4587 ||| Stepping ~*~*~tactically~*~*~ (hiding).
  4588 | D:7      | 4588 ||| Stepping ~*~*~tactically~*~*~ (hiding).
  4658 | D:7      | Reached XP level 9. HP: 67/84 MP: 9/9
  4667 | D:7      | 4667 ||| INVOKING Fiery Armour.
  4673 | D:7      | HP: 19/84 [killer bee (5)]
  4674 | D:7      | 4674 ||| READING 2 scrolls of teleportation.
  4835 | D:7      | 4835 ||| Stepping ~*~*~tactically~*~*~ (stealth).
  4915 | D:7      | Reached skill level 11 in Unarmed Combat
  5005 | D:7      | Noticed Prince Ribbit
  5023 | D:7      | Killed Prince Ribbit
  5236 | D:7      | 5236 ||| UPGRADING to amulet of reflection.
  5246 | D:7      | 5246 ||| DROPPING amulet of Twilight {Acrobat rCorr Str-3
                  | Dex+5}.
  5247 | D:7      | 5247 ||| READING scroll labelled QEZOEGROVITZ.
  5248 | D:7      | 5248 ||| READING scroll labelled FOHANU KYDUORGH.
  5249 | D:7      | 5249 ||| DRINKING 2 sedimented purple potions.
  5250 | D:7      | 5250 ||| READING 2 scrolls of identify.
  5250 | D:7      | 5250 ||| IDENTIFYING pink potion
  5251 | D:7      | 5251 ||| DROPPING potion of degeneration.
  5252 | D:7      | 5252 ||| DROPPING potion of brilliance.
  5263 | D:8      | 5263 ||| PLANNING OSSUARY
  5288 | D:8      | Found a sand-covered staircase.
  5305 | Ossuary  | Entered an ossuary
  5325 | Ossuary  | 5325 ||| DRINKING potion of mutation.
  5325 | Ossuary  | Lost mutation: You occasionally lose the ability to drink
                  | potions when taking damage. [potion of mutation]
  5325 | Ossuary  | Lost mutation: You are partially covered in iridescent
                  | scales. (AC +2) [potion of mutation]
  5325 | Ossuary  | Gained mutation: Your system is resistant to poisons.
                  | (rPois) [potion of mutation]
  5325 | Ossuary  | Gained mutation: You occasionally shout uncontrollably at
                  | your foes. [potion of mutation]
  5326 | Ossuary  | 5326 ||| REMOVING ring of poison resistance.
  5668 | Ossuary  | 5668 ||| DROPPING ring of poison resistance.
  5669 | Ossuary  | 5669 ||| DROPPING ring of poison resistance.
  5670 | Ossuary  | 5670 ||| READING scroll labelled XUIXTU OHUO.
  5671 | Ossuary  | 5671 ||| READING scroll labelled TAEXKE DELAM.
  5672 | Ossuary  | 5672 ||| READING 2 scrolls labelled HIUQYZEVA.
  5673 | Ossuary  | 5673 ||| DRINKING 3 glowing brown potions.
  5674 | Ossuary  | 5674 ||| DRINKING 2 viscous silvery potions.
  5675 | Ossuary  | 5675 ||| READING 2 scrolls of identify.
  5675 | Ossuary  | 5675 ||| IDENTIFYING inky potion
  5676 | Ossuary  | 5676 ||| DROPPING 2 potions of attraction.
  5677 | Ossuary  | 5677 ||| DROPPING potion of flight.
  5678 | Ossuary  | 5678 ||| DROPPING scroll of summoning.
  5693 | D:8      | 5693 ||| PLANNING D:1-11
  5719 | D:8      | 5719 ||| Stepping ~*~*~tactically~*~*~ (stealth).
  5748 | D:8      | 5748 ||| FLEEEEING.
  5749 | D:8      | 5749 ||| FLEEEEING.
  5752 | D:8      | 5752 ||| FLEEEEING.
  5762 | D:8      | 5762 ||| STAIRDANCE
  5937 | D:8      | 5937 ||| Stepping ~*~*~tactically~*~*~ (hiding).
  5938 | D:8      | 5938 ||| Stepping ~*~*~tactically~*~*~ (hiding).
  6023 | D:8      | 6023 ||| Stepping ~*~*~tactically~*~*~ (hiding).
  6092 | D:8      | 6092 ||| Stepping ~*~*~tactically~*~*~ (outnumbered).
  6104 | D:8      | 6104 ||| Stepping ~*~*~tactically~*~*~ (outnumbered).
  6110 | D:8      | 6110 ||| Stepping ~*~*~tactically~*~*~ (outnumbered).
  6111 | D:8      | 6111 ||| Stepping ~*~*~tactically~*~*~ (outnumbered).
  6112 | D:8      | 6112 ||| Stepping ~*~*~tactically~*~*~ (outnumbered).
  6113 | D:8      | 6113 ||| Stepping ~*~*~tactically~*~*~ (outnumbered).
  6114 | D:8      | 6114 ||| Stepping ~*~*~tactically~*~*~ (outnumbered).
  6115 | D:8      | 6115 ||| Stepping ~*~*~tactically~*~*~ (outnumbered).
  6155 | D:8      | Found Teuhistre's Weapon Boutique.
  6350 | D:8      | 6350 ||| UPGRADING to ring of positive energy.
  6351 | D:8      | 6351 ||| READING 2 scrolls of identify.
  6351 | D:8      | 6351 ||| IDENTIFYING golden potion
  6385 | D:9      | Reached skill level 12 in Unarmed Combat
  6420 | D:9      | 6420 ||| Stepping ~*~*~tactically~*~*~ (hiding).
  6503 | D:9      | 6503 ||| Stepping ~*~*~tactically~*~*~ (hiding).
  6504 | D:9      | 6504 ||| Stepping ~*~*~tactically~*~*~ (hiding).
  6713 | D:9      | 6713 ||| INVOKING Fiery Armour.
  6797 | D:9      | 6797 ||| Stepping ~*~*~tactically~*~*~ (outnumbered).
  6800 | D:9      | Reached XP level 10. HP: 96/96 MP: 10/10
  6804 | D:9      | 6804 ||| Stepping ~*~*~tactically~*~*~ (outnumbered).
  6805 | D:9      | 6805 ||| Stepping ~*~*~tactically~*~*~ (outnumbered).
  7030 | D:9      | 7030 ||| FLEEEEING.
  7031 | D:9      | 7031 ||| FLEEEEING.
  7032 | D:9      | 7032 ||| FLEEEEING.
  7033 | D:9      | 7033 ||| FLEEEEING.
  7053 | D:9      | 7053 ||| Stepping ~*~*~tactically~*~*~ (stealth).
  7055 | D:9      | 7055 ||| Stepping ~*~*~tactically~*~*~ (stealth).
  7065 | D:9      | 7065 ||| Stepping ~*~*~tactically~*~*~ (stealth).
  7097 | D:9      | 7097 ||| DROPPING amulet of magic regeneration.
  7098 | D:9      | 7098 ||| READING 6 scrolls of identify.
  7098 | D:9      | 7098 ||| IDENTIFYING fuming inky potion
  7099 | D:9      | 7099 ||| READING 5 scrolls of identify.
  7099 | D:9      | 7099 ||| IDENTIFYING lumpy black potion
  7100 | D:9      | 7100 ||| DROPPING potion of ambrosia.
  7121 | D:10     | Entered Level 10 of the Dungeon
  7130 | D:10     | Found a sparkling altar of Nemelex Xobeh.
  7139 | D:10     | Noticed a gargoyle
  7148 | D:10     | Killed a gargoyle
  7215 | D:10     | Noticed an orc knight
  7215 | D:10     | 7215 ||| Stepping ~*~*~tactically~*~*~ (hiding).
  7216 | D:10     | 7216 ||| Stepping ~*~*~tactically~*~*~ (hiding).
  7220 | D:10     | 7220 ||| Stepping ~*~*~tactically~*~*~ (stealth).
  7223 | D:10     | 7223 ||| INVOKING Fiery Armour.
  7232 | D:10     | 7232 ||| Stepping ~*~*~tactically~*~*~ (outnumbered).
  7233 | D:10     | 7233 ||| Stepping ~*~*~tactically~*~*~ (outnumbered).
  7234 | D:10     | 7234 ||| Stepping ~*~*~tactically~*~*~ (outnumbered).
  7240 | D:10     | Reached skill level 13 in Unarmed Combat
  7243 | D:10     | Killed an orc knight
  7264 | D:10     | HP: 20/96 [orc warrior/+2 scimitar of distortion (5)]
  7265 | D:10     | 7265 ||| READING scroll of teleportation.
  7266 | D:10     | 7266 ||| FLEEEEING.
  7267 | D:10     | 7267 ||| FLEEEEING.
  7268 | D:10     | 7268 ||| FLEEEEING.
  7269 | D:10     | 7269 ||| DRINKING 5 potions of heal wounds.
  7270 | D:10     | 7270 ||| Stepping ~*~*~tactically~*~*~ (outnumbered).
  7271 | D:10     | 7271 ||| Stepping ~*~*~tactically~*~*~ (outnumbered).
  7272 | D:10     | 7272 ||| Stepping ~*~*~tactically~*~*~ (outnumbered).
  7284 | D:10     | Reached skill level 14 in Unarmed Combat
  7287 | D:10     | HP: 21/96 [yak (8)]
  7288 | D:10     | 7288 ||| DRINKING 4 potions of heal wounds.
  7449 | D:10     | Found a staircase to the Orcish Mines.
  7451 | D:10     | 7451 ||| Stepping ~*~*~tactically~*~*~ (stealth).
  7452 | D:10     | 7452 ||| Stepping ~*~*~tactically~*~*~ (stealth).
  7464 | D:10     | 7464 ||| Stepping ~*~*~tactically~*~*~ (stealth).
  7467 | D:10     | 7467 ||| INVOKING Fiery Armour.
  7471 | D:10     | 7471 ||| Stepping ~*~*~tactically~*~*~ (outnumbered).
  7472 | D:10     | 7472 ||| Stepping ~*~*~tactically~*~*~ (outnumbered).
  7476 | D:10     | 7476 ||| Stepping ~*~*~tactically~*~*~ (outnumbered).
  7509 | D:10     | Reached skill level 6 in Fighting
  7523 | D:10     | Noticed an orc knight
  7525 | D:10     | 7525 ||| FLEEEEING.
  7533 | D:10     | Killed an orc knight
  7552 | D:10     | 7552 ||| FLEEEEING.
  7553 | D:10     | 7553 ||| FLEEEEING.
  7553 | D:10     | Noticed a two-headed ogre
  7554 | D:10     | 7554 ||| FLEEEEING.
  7558 | D:10     | 7558 ||| FLEEEEING.
  7559 | D:10     | 7559 ||| FLEEEEING.
  7560 | D:10     | 7560 ||| FLEEEEING.
  7561 | D:10     | 7561 ||| FLEEEEING.
  7562 | D:10     | 7562 ||| FLEEEEING.
  7563 | D:10     | 7563 ||| FLEEEEING.
  7564 | D:10     | 7564 ||| FLEEEEING.
  7565 | D:10     | 7565 ||| FLEEEEING.
  7566 | D:10     | 7566 ||| FLEEEEING.
  7567 | D:10     | 7567 ||| FLEEEEING.
  7568 | D:10     | 7568 ||| FLEEEEING.
  7573 | D:10     | 7573 ||| Stepping ~*~*~tactically~*~*~ (outnumbered).
  7574 | D:10     | 7574 ||| Stepping ~*~*~tactically~*~*~ (outnumbered).
  7575 | D:10     | 7575 ||| Stepping ~*~*~tactically~*~*~ (outnumbered).
  7575 | D:10     | HP: 21/98 [two-headed ogre/+0 giant club (19)]
  7576 | D:10     | 7576 ||| DRINKING 3 potions of heal wounds.
  7577 | D:10     | 7577 ||| INVOKING Fiery Armour.
  7578 | D:10     | 7578 ||| Stepping ~*~*~tactically~*~*~ (outnumbered).
  7578 | D:10     | Killed a two-headed ogre
  7579 | D:10     | Reached skill level 6 in Throwing
  7579 | D:10     | Reached XP level 11. HP: 21/105 MP: 11/11
  7579 | D:10     | 7579 ||| DRINKING 2 potions of heal wounds.
  7703 | D:10     | 7703 ||| Stepping ~*~*~tactically~*~*~ (stealth).
  7704 | D:10     | 7704 ||| Stepping ~*~*~tactically~*~*~ (stealth).
  7717 | D:10     | Found an iron altar of Okawaru.
  7836 | D:10     | Found a flagged portal.
  7911 | D:10     | 7911 ||| Stepping ~*~*~tactically~*~*~ (hiding).
  7921 | D:10     | 7921 ||| Stepping ~*~*~tactically~*~*~ (stealth).
  7924 | D:10     | 7924 ||| Stepping ~*~*~tactically~*~*~ (hiding).
  7950 | D:10     | 7950 ||| Stepping ~*~*~tactically~*~*~ (hiding).
  7968 | D:10     | 7968 ||| Stepping ~*~*~tactically~*~*~ (outnumbered).
  7974 | D:10     | 7974 ||| Stepping ~*~*~tactically~*~*~ (stealth).
  7979 | D:10     | 7979 ||| Stepping ~*~*~tactically~*~*~ (stealth).
  7993 | D:10     | 7993 ||| FLEEEEING.
  7996 | D:10     | 7996 ||| FLEEEEING.
  8064 | D:10     | 8064 ||| UPGRADING to +0 troll leather armour.
  8074 | D:10     | 8074 ||| DROPPING +0 robe.
  8095 | D:11     | Noticed a two-headed ogre
  8096 | D:11     | 8096 ||| INVOKING Fiery Armour.
  8100 | D:11     | 8100 ||| Stepping ~*~*~tactically~*~*~ (outnumbered).
  8101 | D:11     | 8101 ||| STAIRDANCE
  8103 | D:10     | 8103 ||| Stepping ~*~*~tactically~*~*~ (outnumbered).
  8151 | D:11     | 8151 ||| STAIRDANCE
  8153 | D:10     | 8153 ||| Stepping ~*~*~tactically~*~*~ (outnumbered).
  8156 | D:10     | Reached skill level 1 in Armour
  8156 | D:10     | 8156 ||| Stepping ~*~*~tactically~*~*~ (outnumbered).
  8159 | D:10     | 8159 ||| Stepping ~*~*~tactically~*~*~ (outnumbered).
  8160 | D:10     | 8160 ||| Stepping ~*~*~tactically~*~*~ (outnumbered).
  8162 | D:10     | Killed a two-headed ogre
  8199 | D:11     | Found Jefuag Ydeu's Antique Weapon Boutique.
  8216 | D:11     | 8216 ||| Stepping ~*~*~tactically~*~*~ (stealth).
  8219 | D:11     | 8219 ||| Stepping ~*~*~tactically~*~*~ (stealth).
  8221 | D:11     | 8221 ||| Stepping ~*~*~tactically~*~*~ (hiding).
  8232 | D:11     | 8232 ||| Stepping ~*~*~tactically~*~*~ (hiding).
  8236 | D:11     | 8236 ||| Stepping ~*~*~tactically~*~*~ (outnumbered).
  8238 | D:11     | 8238 ||| Stepping ~*~*~tactically~*~*~ (outnumbered).
  8239 | D:11     | 8239 ||| Stepping ~*~*~tactically~*~*~ (outnumbered).
  8312 | D:11     | 8312 ||| READING scroll of acquirement.
  8312 | D:11     | 8312 ||| ACQUIRING 985 gold pieces
  8312 | D:11     | Acquired 985 gold pieces
  8347 | D:11     | Noticed an oklob plant
  8348 | D:11     | 8348 ||| INVOKING Fiery Armour.
  8349 | D:11     | Noticed an oklob plant
  8350 | D:11     | 8350 ||| Stepping ~*~*~tactically~*~*~ (outnumbered).
  8352 | D:11     | Found a staircase to the Lair.
  8353 | D:11     | 8353 ||| Stepping ~*~*~tactically~*~*~ (outnumbered).
  8355 | D:11     | 8355 ||| Stepping ~*~*~tactically~*~*~ (outnumbered).
  8357 | D:11     | 8357 ||| Stepping ~*~*~tactically~*~*~ (outnumbered).
  8359 | D:11     | 8359 ||| Stepping ~*~*~tactically~*~*~ (outnumbered).
  8361 | D:11     | 8361 ||| Stepping ~*~*~tactically~*~*~ (outnumbered).
  8363 | D:11     | 8363 ||| Stepping ~*~*~tactically~*~*~ (outnumbered).
  8365 | D:11     | 8365 ||| Stepping ~*~*~tactically~*~*~ (outnumbered).
  8367 | D:11     | 8367 ||| Stepping ~*~*~tactically~*~*~ (outnumbered).
  8369 | D:11     | 8369 ||| Stepping ~*~*~tactically~*~*~ (outnumbered).
  8371 | D:11     | 8371 ||| Stepping ~*~*~tactically~*~*~ (outnumbered).
  8373 | D:11     | 8373 ||| Stepping ~*~*~tactically~*~*~ (outnumbered).
  8375 | D:11     | 8375 ||| Stepping ~*~*~tactically~*~*~ (outnumbered).
  8377 | D:11     | 8377 ||| Stepping ~*~*~tactically~*~*~ (outnumbered).
  8379 | D:11     | 8379 ||| Stepping ~*~*~tactically~*~*~ (outnumbered).
  8381 | D:11     | 8381 ||| Stepping ~*~*~tactically~*~*~ (outnumbered).
  8383 | D:11     | 8383 ||| Stepping ~*~*~tactically~*~*~ (outnumbered).
  8385 | D:11     | 8385 ||| Stepping ~*~*~tactically~*~*~ (outnumbered).
  8387 | D:11     | 8387 ||| Stepping ~*~*~tactically~*~*~ (outnumbered).
  8389 | D:11     | 8389 ||| Stepping ~*~*~tactically~*~*~ (outnumbered).
  8391 | D:11     | 8391 ||| Stepping ~*~*~tactically~*~*~ (outnumbered).
  8393 | D:11     | 8393 ||| Stepping ~*~*~tactically~*~*~ (outnumbered).
  8395 | D:11     | 8395 ||| Stepping ~*~*~tactically~*~*~ (outnumbered).
  8397 | D:11     | 8397 ||| Stepping ~*~*~tactically~*~*~ (outnumbered).
  8399 | D:11     | 8399 ||| Stepping ~*~*~tactically~*~*~ (outnumbered).
  8401 | D:11     | 8401 ||| Stepping ~*~*~tactically~*~*~ (outnumbered).
  8403 | D:11     | 8403 ||| Stepping ~*~*~tactically~*~*~ (outnumbered).
  8405 | D:11     | 8405 ||| Stepping ~*~*~tactically~*~*~ (outnumbered).
  8407 | D:11     | 8407 ||| Stepping ~*~*~tactically~*~*~ (outnumbered).
  8409 | D:11     | 8409 ||| Stepping ~*~*~tactically~*~*~ (outnumbered).
  8411 | D:11     | 8411 ||| Stepping ~*~*~tactically~*~*~ (outnumbered).
  8413 | D:11     | 8413 ||| Stepping ~*~*~tactically~*~*~ (outnumbered).
  8415 | D:11     | 8415 ||| Stepping ~*~*~tactically~*~*~ (outnumbered).
  8417 | D:11     | 8417 ||| Stepping ~*~*~tactically~*~*~ (outnumbered).
  8419 | D:11     | 8419 ||| Stepping ~*~*~tactically~*~*~ (outnumbered).
  8421 | D:11     | 8421 ||| Stepping ~*~*~tactically~*~*~ (outnumbered).
  8423 | D:11     | 8423 ||| Stepping ~*~*~tactically~*~*~ (outnumbered).
  8425 | D:11     | 8425 ||| Stepping ~*~*~tactically~*~*~ (outnumbered).
  8427 | D:11     | 8427 ||| Stepping ~*~*~tactically~*~*~ (outnumbered).
  8429 | D:11     | 8429 ||| Stepping ~*~*~tactically~*~*~ (outnumbered).
  8431 | D:11     | 8431 ||| Stepping ~*~*~tactically~*~*~ (outnumbered).
  8433 | D:11     | 8433 ||| Stepping ~*~*~tactically~*~*~ (outnumbered).
  8435 | D:11     | 8435 ||| Stepping ~*~*~tactically~*~*~ (outnumbered).
  8437 | D:11     | 8437 ||| Stepping ~*~*~tactically~*~*~ (outnumbered).
  8439 | D:11     | 8439 ||| Stepping ~*~*~tactically~*~*~ (outnumbered).
  8441 | D:11     | 8441 ||| Stepping ~*~*~tactically~*~*~ (outnumbered).
  8443 | D:11     | 8443 ||| Stepping ~*~*~tactically~*~*~ (outnumbered).
  8445 | D:11     | 8445 ||| Stepping ~*~*~tactically~*~*~ (outnumbered).
  8447 | D:11     | 8447 ||| Stepping ~*~*~tactically~*~*~ (outnumbered).
  8449 | D:11     | 8449 ||| INVOKING Fiery Armour.
  8450 | D:11     | 8450 ||| Stepping ~*~*~tactically~*~*~ (outnumbered).
  8452 | D:11     | 8452 ||| Stepping ~*~*~tactically~*~*~ (outnumbered).
  8454 | D:11     | 8454 ||| Stepping ~*~*~tactically~*~*~ (outnumbered).
  8456 | D:11     | 8456 ||| Stepping ~*~*~tactically~*~*~ (outnumbered).
  8458 | D:11     | 8458 ||| Stepping ~*~*~tactically~*~*~ (outnumbered).
  8460 | D:11     | 8460 ||| Stepping ~*~*~tactically~*~*~ (outnumbered).
  8462 | D:11     | 8462 ||| Stepping ~*~*~tactically~*~*~ (outnumbered).
  8464 | D:11     | 8464 ||| Stepping ~*~*~tactically~*~*~ (outnumbered).
  8466 | D:11     | 8466 ||| Stepping ~*~*~tactically~*~*~ (outnumbered).
  8468 | D:11     | 8468 ||| Stepping ~*~*~tactically~*~*~ (outnumbered).
  8470 | D:11     | 8470 ||| Stepping ~*~*~tactically~*~*~ (outnumbered).
  8472 | D:11     | 8472 ||| Stepping ~*~*~tactically~*~*~ (outnumbered).
  8474 | D:11     | 8474 ||| Stepping ~*~*~tactically~*~*~ (outnumbered).
  8476 | D:11     | 8476 ||| Stepping ~*~*~tactically~*~*~ (outnumbered).
  8478 | D:11     | 8478 ||| Stepping ~*~*~tactically~*~*~ (outnumbered).
  8480 | D:11     | 8480 ||| Stepping ~*~*~tactically~*~*~ (outnumbered).
  8482 | D:11     | 8482 ||| Stepping ~*~*~tactically~*~*~ (outnumbered).
  8484 | D:11     | 8484 ||| Stepping ~*~*~tactically~*~*~ (outnumbered).
  8486 | D:11     | 8486 ||| Stepping ~*~*~tactically~*~*~ (outnumbered).
  8488 | D:11     | 8488 ||| Stepping ~*~*~tactically~*~*~ (outnumbered).
  8490 | D:11     | 8490 ||| Stepping ~*~*~tactically~*~*~ (outnumbered).
  8492 | D:11     | 8492 ||| Stepping ~*~*~tactically~*~*~ (outnumbered).
  8494 | D:11     | 8494 ||| Stepping ~*~*~tactically~*~*~ (outnumbered).
  8496 | D:11     | 8496 ||| Stepping ~*~*~tactically~*~*~ (outnumbered).
  8498 | D:11     | 8498 ||| Stepping ~*~*~tactically~*~*~ (outnumbered).
  8500 | D:11     | 8500 ||| Stepping ~*~*~tactically~*~*~ (outnumbered).
  8502 | D:11     | 8502 ||| Stepping ~*~*~tactically~*~*~ (outnumbered).
  8504 | D:11     | 8504 ||| Stepping ~*~*~tactically~*~*~ (outnumbered).
  8506 | D:11     | 8506 ||| Stepping ~*~*~tactically~*~*~ (outnumbered).
  8508 | D:11     | 8508 ||| Stepping ~*~*~tactically~*~*~ (outnumbered).
  8510 | D:11     | 8510 ||| Stepping ~*~*~tactically~*~*~ (outnumbered).
  8512 | D:11     | 8512 ||| Stepping ~*~*~tactically~*~*~ (outnumbered).
  8514 | D:11     | 8514 ||| Stepping ~*~*~tactically~*~*~ (outnumbered).
  8516 | D:11     | 8516 ||| Stepping ~*~*~tactically~*~*~ (outnumbered).
  8518 | D:11     | 8518 ||| Stepping ~*~*~tactically~*~*~ (outnumbered).
  8520 | D:11     | 8520 ||| Stepping ~*~*~tactically~*~*~ (outnumbered).
  8522 | D:11     | 8522 ||| Stepping ~*~*~tactically~*~*~ (outnumbered).
  8524 | D:11     | 8524 ||| Stepping ~*~*~tactically~*~*~ (outnumbered).
  8526 | D:11     | 8526 ||| Stepping ~*~*~tactically~*~*~ (outnumbered).
  8528 | D:11     | 8528 ||| Stepping ~*~*~tactically~*~*~ (outnumbered).
  8530 | D:11     | 8530 ||| Stepping ~*~*~tactically~*~*~ (outnumbered).
  8532 | D:11     | 8532 ||| Stepping ~*~*~tactically~*~*~ (outnumbered).
  8534 | D:11     | 8534 ||| Stepping ~*~*~tactically~*~*~ (outnumbered).
  8536 | D:11     | 8536 ||| Stepping ~*~*~tactically~*~*~ (outnumbered).
  8538 | D:11     | 8538 ||| Stepping ~*~*~tactically~*~*~ (outnumbered).
  8540 | D:11     | 8540 ||| Stepping ~*~*~tactically~*~*~ (outnumbered).
  8542 | D:11     | 8542 ||| Stepping ~*~*~tactically~*~*~ (outnumbered).
  8544 | D:11     | 8544 ||| Stepping ~*~*~tactically~*~*~ (outnumbered).
  8546 | D:11     | 8546 ||| Stepping ~*~*~tactically~*~*~ (outnumbered).
  8548 | D:11     | 8548 ||| Stepping ~*~*~tactically~*~*~ (outnumbered).
  8550 | D:11     | 8550 ||| Stepping ~*~*~tactically~*~*~ (outnumbered).
  8552 | D:11     | 8552 ||| Stepping ~*~*~tactically~*~*~ (outnumbered).
  8554 | D:11     | 8554 ||| Stepping ~*~*~tactically~*~*~ (outnumbered).
  8556 | D:11     | 8556 ||| Stepping ~*~*~tactically~*~*~ (outnumbered).
  8558 | D:11     | 8558 ||| Stepping ~*~*~tactically~*~*~ (outnumbered).
  8560 | D:11     | 8560 ||| Stepping ~*~*~tactically~*~*~ (outnumbered).
  8562 | D:11     | 8562 ||| Stepping ~*~*~tactically~*~*~ (outnumbered).
  8564 | D:11     | 8564 ||| Stepping ~*~*~tactically~*~*~ (outnumbered).
  8566 | D:11     | 8566 ||| Stepping ~*~*~tactically~*~*~ (outnumbered).
  8568 | D:11     | 8568 ||| Stepping ~*~*~tactically~*~*~ (outnumbered).
  8570 | D:11     | 8570 ||| Stepping ~*~*~tactically~*~*~ (outnumbered).
  8572 | D:11     | 8572 ||| Stepping ~*~*~tactically~*~*~ (outnumbered).
  8574 | D:11     | 8574 ||| Stepping ~*~*~tactically~*~*~ (outnumbered).
  8576 | D:11     | 8576 ||| Stepping ~*~*~tactically~*~*~ (outnumbered).
  8578 | D:11     | 8578 ||| Stepping ~*~*~tactically~*~*~ (outnumbered).
  8580 | D:11     | 8580 ||| Stepping ~*~*~tactically~*~*~ (outnumbered).
  8582 | D:11     | 8582 ||| Stepping ~*~*~tactically~*~*~ (outnumbered).
  8584 | D:11     | 8584 ||| Stepping ~*~*~tactically~*~*~ (outnumbered).
  8586 | D:11     | 8586 ||| INVOKING Fiery Armour.
  8587 | D:11     | 8587 ||| Stepping ~*~*~tactically~*~*~ (outnumbered).
  8589 | D:11     | 8589 ||| Stepping ~*~*~tactically~*~*~ (outnumbered).
  8591 | D:11     | 8591 ||| Stepping ~*~*~tactically~*~*~ (outnumbered).
  8593 | D:11     | 8593 ||| Stepping ~*~*~tactically~*~*~ (outnumbered).
  8595 | D:11     | 8595 ||| Stepping ~*~*~tactically~*~*~ (outnumbered).
  8597 | D:11     | 8597 ||| Stepping ~*~*~tactically~*~*~ (outnumbered).
  8599 | D:11     | 8599 ||| Stepping ~*~*~tactically~*~*~ (outnumbered).
  8601 | D:11     | 8601 ||| Stepping ~*~*~tactically~*~*~ (outnumbered).
  8603 | D:11     | 8603 ||| Stepping ~*~*~tactically~*~*~ (outnumbered).
  8605 | D:11     | 8605 ||| Stepping ~*~*~tactically~*~*~ (outnumbered).
  8607 | D:11     | 8607 ||| Stepping ~*~*~tactically~*~*~ (outnumbered).
  8609 | D:11     | 8609 ||| Stepping ~*~*~tactically~*~*~ (outnumbered).
  8611 | D:11     | 8611 ||| Stepping ~*~*~tactically~*~*~ (outnumbered).
  8613 | D:11     | 8613 ||| Stepping ~*~*~tactically~*~*~ (outnumbered).
  8615 | D:11     | 8615 ||| Stepping ~*~*~tactically~*~*~ (outnumbered).
  8617 | D:11     | 8617 ||| Stepping ~*~*~tactically~*~*~ (outnumbered).
  8619 | D:11     | 8619 ||| Stepping ~*~*~tactically~*~*~ (outnumbered).
  8621 | D:11     | 8621 ||| Stepping ~*~*~tactically~*~*~ (outnumbered).
  8623 | D:11     | 8623 ||| Stepping ~*~*~tactically~*~*~ (outnumbered).
  8625 | D:11     | 8625 ||| Stepping ~*~*~tactically~*~*~ (outnumbered).
  8627 | D:11     | 8627 ||| Stepping ~*~*~tactically~*~*~ (outnumbered).
  8629 | D:11     | 8629 ||| Stepping ~*~*~tactically~*~*~ (outnumbered).
  8631 | D:11     | 8631 ||| Stepping ~*~*~tactically~*~*~ (outnumbered).
  8633 | D:11     | 8633 ||| Stepping ~*~*~tactically~*~*~ (outnumbered).
  8635 | D:11     | 8635 ||| Stepping ~*~*~tactically~*~*~ (outnumbered).
  8637 | D:11     | 8637 ||| Stepping ~*~*~tactically~*~*~ (outnumbered).
  8639 | D:11     | 8639 ||| Stepping ~*~*~tactically~*~*~ (outnumbered).
  8641 | D:11     | 8641 ||| Stepping ~*~*~tactically~*~*~ (outnumbered).
  8643 | D:11     | 8643 ||| Stepping ~*~*~tactically~*~*~ (outnumbered).
  8645 | D:11     | 8645 ||| Stepping ~*~*~tactically~*~*~ (outnumbered).
  8647 | D:11     | 8647 ||| Stepping ~*~*~tactically~*~*~ (outnumbered).
  8649 | D:11     | 8649 ||| Stepping ~*~*~tactically~*~*~ (outnumbered).
  8651 | D:11     | 8651 ||| Stepping ~*~*~tactically~*~*~ (outnumbered).
  8653 | D:11     | 8653 ||| Stepping ~*~*~tactically~*~*~ (outnumbered).
  8655 | D:11     | 8655 ||| Stepping ~*~*~tactically~*~*~ (outnumbered).
  8657 | D:11     | 8657 ||| Stepping ~*~*~tactically~*~*~ (outnumbered).
  8659 | D:11     | 8659 ||| Stepping ~*~*~tactically~*~*~ (outnumbered).
  8661 | D:11     | 8661 ||| Stepping ~*~*~tactically~*~*~ (outnumbered).
  8663 | D:11     | 8663 ||| Stepping ~*~*~tactically~*~*~ (outnumbered).
  8665 | D:11     | 8665 ||| Stepping ~*~*~tactically~*~*~ (outnumbered).
  8667 | D:11     | 8667 ||| Stepping ~*~*~tactically~*~*~ (outnumbered).
  8669 | D:11     | 8669 ||| Stepping ~*~*~tactically~*~*~ (outnumbered).
  8671 | D:11     | 8671 ||| Stepping ~*~*~tactically~*~*~ (outnumbered).
  8673 | D:11     | 8673 ||| Stepping ~*~*~tactically~*~*~ (outnumbered).
  8675 | D:11     | 8675 ||| Stepping ~*~*~tactically~*~*~ (outnumbered).
  8677 | D:11     | 8677 ||| Stepping ~*~*~tactically~*~*~ (outnumbered).
  8679 | D:11     | 8679 ||| Stepping ~*~*~tactically~*~*~ (outnumbered).
  8681 | D:11     | 8681 ||| Stepping ~*~*~tactically~*~*~ (outnumbered).
  8683 | D:11     | 8683 ||| Stepping ~*~*~tactically~*~*~ (outnumbered).
  8685 | D:11     | 8685 ||| Stepping ~*~*~tactically~*~*~ (outnumbered).
  8687 | D:11     | 8687 ||| Stepping ~*~*~tactically~*~*~ (outnumbered).
  8689 | D:11     | 8689 ||| Stepping ~*~*~tactically~*~*~ (outnumbered).
  8691 | D:11     | 8691 ||| Stepping ~*~*~tactically~*~*~ (outnumbered).
  8693 | D:11     | 8693 ||| Stepping ~*~*~tactically~*~*~ (outnumbered).
  8695 | D:11     | 8695 ||| Stepping ~*~*~tactically~*~*~ (outnumbered).
  8697 | D:11     | 8697 ||| Stepping ~*~*~tactically~*~*~ (outnumbered).
  8699 | D:11     | 8699 ||| Stepping ~*~*~tactically~*~*~ (outnumbered).
  8701 | D:11     | 8701 ||| Stepping ~*~*~tactically~*~*~ (outnumbered).
  8703 | D:11     | 8703 ||| Stepping ~*~*~tactically~*~*~ (outnumbered).
  8705 | D:11     | 8705 ||| Stepping ~*~*~tactically~*~*~ (outnumbered).
  8707 | D:11     | 8707 ||| Stepping ~*~*~tactically~*~*~ (outnumbered).
  8709 | D:11     | 8709 ||| Stepping ~*~*~tactically~*~*~ (outnumbered).
  8711 | D:11     | 8711 ||| Stepping ~*~*~tactically~*~*~ (outnumbered).
  8713 | D:11     | 8713 ||| Stepping ~*~*~tactically~*~*~ (outnumbered).
  8715 | D:11     | 8715 ||| Stepping ~*~*~tactically~*~*~ (outnumbered).
  8717 | D:11     | 8717 ||| Stepping ~*~*~tactically~*~*~ (outnumbered).
  8719 | D:11     | 8719 ||| Stepping ~*~*~tactically~*~*~ (outnumbered).
  8721 | D:11     | 8721 ||| Stepping ~*~*~tactically~*~*~ (outnumbered).
  8723 | D:11     | 8723 ||| Stepping ~*~*~tactically~*~*~ (outnumbered).
  8725 | D:11     | 8725 ||| Stepping ~*~*~tactically~*~*~ (outnumbered).
  8727 | D:11     | 8727 ||| Stepping ~*~*~tactically~*~*~ (outnumbered).
  8729 | D:11     | 8729 ||| Stepping ~*~*~tactically~*~*~ (outnumbered).
  8731 | D:11     | 8731 ||| Stepping ~*~*~tactically~*~*~ (outnumbered).
  8733 | D:11     | 8733 ||| Stepping ~*~*~tactically~*~*~ (outnumbered).
  8735 | D:11     | 8735 ||| Stepping ~*~*~tactically~*~*~ (outnumbered).
  8737 | D:11     | 8737 ||| Stepping ~*~*~tactically~*~*~ (outnumbered).
  8739 | D:11     | 8739 ||| Stepping ~*~*~tactically~*~*~ (outnumbered).
  8741 | D:11     | 8741 ||| Stepping ~*~*~tactically~*~*~ (outnumbered).
  8743 | D:11     | 8743 ||| Stepping ~*~*~tactically~*~*~ (outnumbered).
  8745 | D:11     | 8745 ||| Stepping ~*~*~tactically~*~*~ (outnumbered).
  8747 | D:11     | 8747 ||| Stepping ~*~*~tactically~*~*~ (outnumbered).
  8749 | D:11     | 8749 ||| Stepping ~*~*~tactically~*~*~ (outnumbered).
  8751 | D:11     | 8751 ||| Stepping ~*~*~tactically~*~*~ (outnumbered).
  8753 | D:11     | 8753 ||| Stepping ~*~*~tactically~*~*~ (outnumbered).
  8755 | D:11     | 8755 ||| Stepping ~*~*~tactically~*~*~ (outnumbered).
  8757 | D:11     | 8757 ||| Stepping ~*~*~tactically~*~*~ (outnumbered).
  8759 | D:11     | 8759 ||| Stepping ~*~*~tactically~*~*~ (outnumbered).
  8761 | D:11     | 8761 ||| Stepping ~*~*~tactically~*~*~ (outnumbered).
  8763 | D:11     | 8763 ||| Stepping ~*~*~tactically~*~*~ (outnumbered).
  8765 | D:11     | 8765 ||| Stepping ~*~*~tactically~*~*~ (outnumbered).
  8767 | D:11     | 8767 ||| Stepping ~*~*~tactically~*~*~ (outnumbered).
  8769 | D:11     | 8769 ||| Stepping ~*~*~tactically~*~*~ (outnumbered).
  8771 | D:11     | 8771 ||| Stepping ~*~*~tactically~*~*~ (outnumbered).
  8773 | D:11     | 8773 ||| Stepping ~*~*~tactically~*~*~ (outnumbered).
  8775 | D:11     | 8775 ||| Stepping ~*~*~tactically~*~*~ (outnumbered).
  8777 | D:11     | 8777 ||| Stepping ~*~*~tactically~*~*~ (outnumbered).
  8779 | D:11     | 8779 ||| Stepping ~*~*~tactically~*~*~ (outnumbered).
  8781 | D:11     | 8781 ||| Stepping ~*~*~tactically~*~*~ (outnumbered).
  8783 | D:11     | 8783 ||| Stepping ~*~*~tactically~*~*~ (outnumbered).
  8785 | D:11     | 8785 ||| Stepping ~*~*~tactically~*~*~ (outnumbered).
  8787 | D:11     | 8787 ||| Stepping ~*~*~tactically~*~*~ (outnumbered).
  8789 | D:11     | 8789 ||| Stepping ~*~*~tactically~*~*~ (outnumbered).
  8791 | D:11     | 8791 ||| Stepping ~*~*~tactically~*~*~ (outnumbered).
  8793 | D:11     | 8793 ||| Stepping ~*~*~tactically~*~*~ (outnumbered).
  8795 | D:11     | 8795 ||| Stepping ~*~*~tactically~*~*~ (outnumbered).
  8797 | D:11     | 8797 ||| Stepping ~*~*~tactically~*~*~ (outnumbered).
  8799 | D:11     | 8799 ||| Stepping ~*~*~tactically~*~*~ (outnumbered).
  8801 | D:11     | 8801 ||| Stepping ~*~*~tactically~*~*~ (outnumbered).
  8803 | D:11     | 8803 ||| Stepping ~*~*~tactically~*~*~ (outnumbered).
  8805 | D:11     | 8805 ||| Stepping ~*~*~tactically~*~*~ (outnumbered).
  8807 | D:11     | 8807 ||| Stepping ~*~*~tactically~*~*~ (outnumbered).
  8809 | D:11     | 8809 ||| Stepping ~*~*~tactically~*~*~ (outnumbered).
  8811 | D:11     | 8811 ||| Stepping ~*~*~tactically~*~*~ (outnumbered).
  8813 | D:11     | 8813 ||| Stepping ~*~*~tactically~*~*~ (outnumbered).
  8815 | D:11     | 8815 ||| Stepping ~*~*~tactically~*~*~ (outnumbered).
  8817 | D:11     | 8817 ||| Stepping ~*~*~tactically~*~*~ (outnumbered).
  8819 | D:11     | 8819 ||| Stepping ~*~*~tactically~*~*~ (outnumbered).
  8821 | D:11     | 8821 ||| Stepping ~*~*~tactically~*~*~ (outnumbered).
  8823 | D:11     | 8823 ||| Stepping ~*~*~tactically~*~*~ (outnumbered).
  8825 | D:11     | 8825 ||| Stepping ~*~*~tactically~*~*~ (outnumbered).
  8827 | D:11     | 8827 ||| Stepping ~*~*~tactically~*~*~ (outnumbered).
  8829 | D:11     | 8829 ||| Stepping ~*~*~tactically~*~*~ (outnumbered).
  8831 | D:11     | 8831 ||| Stepping ~*~*~tactically~*~*~ (outnumbered).
  8833 | D:11     | 8833 ||| Stepping ~*~*~tactically~*~*~ (outnumbered).
  8835 | D:11     | 8835 ||| Stepping ~*~*~tactically~*~*~ (outnumbered).
  8837 | D:11     | 8837 ||| Stepping ~*~*~tactically~*~*~ (outnumbered).
  8839 | D:11     | 8839 ||| Stepping ~*~*~tactically~*~*~ (outnumbered).
  8841 | D:11     | 8841 ||| Stepping ~*~*~tactically~*~*~ (outnumbered).
  8843 | D:11     | 8843 ||| Stepping ~*~*~tactically~*~*~ (outnumbered).
  8845 | D:11     | 8845 ||| Stepping ~*~*~tactically~*~*~ (outnumbered).
  8847 | D:11     | 8847 ||| Stepping ~*~*~tactically~*~*~ (outnumbered).
  8849 | D:11     | 8849 ||| Stepping ~*~*~tactically~*~*~ (outnumbered).
  8851 | D:11     | 8851 ||| Stepping ~*~*~tactically~*~*~ (outnumbered).
  8853 | D:11     | 8853 ||| Stepping ~*~*~tactically~*~*~ (outnumbered).
  8855 | D:11     | 8855 ||| Stepping ~*~*~tactically~*~*~ (outnumbered).
  8857 | D:11     | 8857 ||| Stepping ~*~*~tactically~*~*~ (outnumbered).
  8859 | D:11     | 8859 ||| Stepping ~*~*~tactically~*~*~ (outnumbered).
  8861 | D:11     | 8861 ||| Stepping ~*~*~tactically~*~*~ (outnumbered).
  8863 | D:11     | 8863 ||| Stepping ~*~*~tactically~*~*~ (outnumbered).
  8865 | D:11     | 8865 ||| Stepping ~*~*~tactically~*~*~ (outnumbered).
  8867 | D:11     | 8867 ||| Stepping ~*~*~tactically~*~*~ (outnumbered).
  8869 | D:11     | 8869 ||| Stepping ~*~*~tactically~*~*~ (outnumbered).
  8871 | D:11     | 8871 ||| Stepping ~*~*~tactically~*~*~ (outnumbered).
  8873 | D:11     | 8873 ||| Stepping ~*~*~tactically~*~*~ (outnumbered).
  8875 | D:11     | 8875 ||| Stepping ~*~*~tactically~*~*~ (outnumbered).
  8877 | D:11     | 8877 ||| Stepping ~*~*~tactically~*~*~ (outnumbered).
  8879 | D:11     | 8879 ||| Stepping ~*~*~tactically~*~*~ (outnumbered).
  8881 | D:11     | 8881 ||| Stepping ~*~*~tactically~*~*~ (outnumbered).
  8883 | D:11     | 8883 ||| Stepping ~*~*~tactically~*~*~ (outnumbered).
  8885 | D:11     | 8885 ||| Stepping ~*~*~tactically~*~*~ (outnumbered).
  8887 | D:11     | 8887 ||| Stepping ~*~*~tactically~*~*~ (outnumbered).
  8889 | D:11     | 8889 ||| Stepping ~*~*~tactically~*~*~ (outnumbered).
  8891 | D:11     | 8891 ||| Stepping ~*~*~tactically~*~*~ (outnumbered).
  8893 | D:11     | 8893 ||| Stepping ~*~*~tactically~*~*~ (outnumbered).
  8895 | D:11     | 8895 ||| Stepping ~*~*~tactically~*~*~ (outnumbered).
  8897 | D:11     | 8897 ||| Stepping ~*~*~tactically~*~*~ (outnumbered).
  8899 | D:11     | 8899 ||| Stepping ~*~*~tactically~*~*~ (outnumbered).
  8901 | D:11     | 8901 ||| Stepping ~*~*~tactically~*~*~ (outnumbered).
  8903 | D:11     | 8903 ||| Stepping ~*~*~tactically~*~*~ (outnumbered).
  8905 | D:11     | 8905 ||| Stepping ~*~*~tactically~*~*~ (outnumbered).
  8907 | D:11     | 8907 ||| Stepping ~*~*~tactically~*~*~ (outnumbered).
  8909 | D:11     | 8909 ||| Stepping ~*~*~tactically~*~*~ (outnumbered).
  8911 | D:11     | 8911 ||| Stepping ~*~*~tactically~*~*~ (outnumbered).
  8913 | D:11     | 8913 ||| Stepping ~*~*~tactically~*~*~ (outnumbered).
  8915 | D:11     | 8915 ||| Stepping ~*~*~tactically~*~*~ (outnumbered).
  8917 | D:11     | 8917 ||| Stepping ~*~*~tactically~*~*~ (outnumbered).
  8919 | D:11     | 8919 ||| Stepping ~*~*~tactically~*~*~ (outnumbered).
  8921 | D:11     | 8921 ||| Stepping ~*~*~tactically~*~*~ (outnumbered).
  8923 | D:11     | 8923 ||| Stepping ~*~*~tactically~*~*~ (outnumbered).
  8925 | D:11     | 8925 ||| Stepping ~*~*~tactically~*~*~ (outnumbered).
  8927 | D:11     | 8927 ||| Stepping ~*~*~tactically~*~*~ (outnumbered).
  8929 | D:11     | 8929 ||| Stepping ~*~*~tactically~*~*~ (outnumbered).
  8931 | D:11     | 8931 ||| Stepping ~*~*~tactically~*~*~ (outnumbered).
  8933 | D:11     | 8933 ||| Stepping ~*~*~tactically~*~*~ (outnumbered).
  8935 | D:11     | 8935 ||| Stepping ~*~*~tactically~*~*~ (outnumbered).
  8937 | D:11     | 8937 ||| Stepping ~*~*~tactically~*~*~ (outnumbered).
  8939 | D:11     | 8939 ||| Stepping ~*~*~tactically~*~*~ (outnumbered).
  8941 | D:11     | 8941 ||| Stepping ~*~*~tactically~*~*~ (outnumbered).
  8943 | D:11     | 8943 ||| Stepping ~*~*~tactically~*~*~ (outnumbered).
  8945 | D:11     | 8945 ||| Stepping ~*~*~tactically~*~*~ (outnumbered).
  8947 | D:11     | 8947 ||| Stepping ~*~*~tactically~*~*~ (outnumbered).
  8949 | D:11     | 8949 ||| Stepping ~*~*~tactically~*~*~ (outnumbered).
  8951 | D:11     | 8951 ||| Stepping ~*~*~tactically~*~*~ (outnumbered).
  8953 | D:11     | 8953 ||| Stepping ~*~*~tactically~*~*~ (outnumbered).
  8955 | D:11     | 8955 ||| Stepping ~*~*~tactically~*~*~ (outnumbered).
  8957 | D:11     | 8957 ||| Stepping ~*~*~tactically~*~*~ (outnumbered).
  8959 | D:11     | 8959 ||| Stepping ~*~*~tactically~*~*~ (outnumbered).
  8961 | D:11     | 8961 ||| Stepping ~*~*~tactically~*~*~ (outnumbered).
  8963 | D:11     | 8963 ||| Stepping ~*~*~tactically~*~*~ (outnumbered).
  8965 | D:11     | 8965 ||| Stepping ~*~*~tactically~*~*~ (outnumbered).
  8967 | D:11     | 8967 ||| Stepping ~*~*~tactically~*~*~ (outnumbered).
  8969 | D:11     | 8969 ||| Stepping ~*~*~tactically~*~*~ (outnumbered).
  8971 | D:11     | 8971 ||| Stepping ~*~*~tactically~*~*~ (outnumbered).
  8973 | D:11     | 8973 ||| Stepping ~*~*~tactically~*~*~ (outnumbered).
  8975 | D:11     | 8975 ||| Stepping ~*~*~tactically~*~*~ (outnumbered).
  8977 | D:11     | 8977 ||| Stepping ~*~*~tactically~*~*~ (outnumbered).
  8979 | D:11     | 8979 ||| Stepping ~*~*~tactically~*~*~ (outnumbered).
  8981 | D:11     | 8981 ||| Stepping ~*~*~tactically~*~*~ (outnumbered).
  8983 | D:11     | 8983 ||| Stepping ~*~*~tactically~*~*~ (outnumbered).
  8985 | D:11     | 8985 ||| Stepping ~*~*~tactically~*~*~ (outnumbered).
  8987 | D:11     | 8987 ||| Stepping ~*~*~tactically~*~*~ (outnumbered).
  8989 | D:11     | 8989 ||| Stepping ~*~*~tactically~*~*~ (outnumbered).
  8991 | D:11     | 8991 ||| Stepping ~*~*~tactically~*~*~ (outnumbered).
  8993 | D:11     | 8993 ||| Stepping ~*~*~tactically~*~*~ (outnumbered).
  8995 | D:11     | 8995 ||| Stepping ~*~*~tactically~*~*~ (outnumbered).
  8997 | D:11     | 8997 ||| Stepping ~*~*~tactically~*~*~ (outnumbered).
  8999 | D:11     | 8999 ||| Stepping ~*~*~tactically~*~*~ (outnumbered).
  9001 | D:11     | 9001 ||| Stepping ~*~*~tactically~*~*~ (outnumbered).
  9003 | D:11     | 9003 ||| Stepping ~*~*~tactically~*~*~ (outnumbered).
  9005 | D:11     | 9005 ||| Stepping ~*~*~tactically~*~*~ (outnumbered).
  9007 | D:11     | 9007 ||| Stepping ~*~*~tactically~*~*~ (outnumbered).
  9009 | D:11     | 9009 ||| Stepping ~*~*~tactically~*~*~ (outnumbered).
  9011 | D:11     | 9011 ||| Stepping ~*~*~tactically~*~*~ (outnumbered).
  9013 | D:11     | 9013 ||| Stepping ~*~*~tactically~*~*~ (outnumbered).
  9015 | D:11     | 9015 ||| Stepping ~*~*~tactically~*~*~ (outnumbered).
  9017 | D:11     | 9017 ||| Stepping ~*~*~tactically~*~*~ (outnumbered).
  9019 | D:11     | 9019 ||| Stepping ~*~*~tactically~*~*~ (outnumbered).
  9021 | D:11     | 9021 ||| Stepping ~*~*~tactically~*~*~ (outnumbered).
  9023 | D:11     | 9023 ||| Stepping ~*~*~tactically~*~*~ (outnumbered).
  9025 | D:11     | 9025 ||| Stepping ~*~*~tactically~*~*~ (outnumbered).
  9027 | D:11     | 9027 ||| Stepping ~*~*~tactically~*~*~ (outnumbered).
  9029 | D:11     | 9029 ||| Stepping ~*~*~tactically~*~*~ (outnumbered).
  9031 | D:11     | 9031 ||| Stepping ~*~*~tactically~*~*~ (outnumbered).
  9033 | D:11     | 9033 ||| Stepping ~*~*~tactically~*~*~ (outnumbered).
  9035 | D:11     | 9035 ||| Stepping ~*~*~tactically~*~*~ (outnumbered).
  9037 | D:11     | 9037 ||| Stepping ~*~*~tactically~*~*~ (outnumbered).
  9039 | D:11     | 9039 ||| Stepping ~*~*~tactically~*~*~ (outnumbered).
  9041 | D:11     | 9041 ||| Stepping ~*~*~tactically~*~*~ (outnumbered).
  9043 | D:11     | 9043 ||| Stepping ~*~*~tactically~*~*~ (outnumbered).
  9045 | D:11     | 9045 ||| Stepping ~*~*~tactically~*~*~ (outnumbered).
  9047 | D:11     | 9047 ||| Stepping ~*~*~tactically~*~*~ (outnumbered).
  9049 | D:11     | 9049 ||| Stepping ~*~*~tactically~*~*~ (outnumbered).
  9051 | D:11     | 9051 ||| Stepping ~*~*~tactically~*~*~ (outnumbered).
  9053 | D:11     | 9053 ||| Stepping ~*~*~tactically~*~*~ (outnumbered).
  9055 | D:11     | 9055 ||| Stepping ~*~*~tactically~*~*~ (outnumbered).
  9057 | D:11     | 9057 ||| Stepping ~*~*~tactically~*~*~ (outnumbered).
  9059 | D:11     | 9059 ||| Stepping ~*~*~tactically~*~*~ (outnumbered).
  9061 | D:11     | 9061 ||| Stepping ~*~*~tactically~*~*~ (outnumbered).
  9063 | D:11     | 9063 ||| Stepping ~*~*~tactically~*~*~ (outnumbered).
  9065 | D:11     | 9065 ||| Stepping ~*~*~tactically~*~*~ (outnumbered).
  9067 | D:11     | 9067 ||| Stepping ~*~*~tactically~*~*~ (outnumbered).
  9069 | D:11     | 9069 ||| Stepping ~*~*~tactically~*~*~ (outnumbered).
  9071 | D:11     | 9071 ||| Stepping ~*~*~tactically~*~*~ (outnumbered).
  9073 | D:11     | 9073 ||| Stepping ~*~*~tactically~*~*~ (outnumbered).
  9075 | D:11     | 9075 ||| Stepping ~*~*~tactically~*~*~ (outnumbered).
  9077 | D:11     | 9077 ||| Stepping ~*~*~tactically~*~*~ (outnumbered).
  9079 | D:11     | 9079 ||| Stepping ~*~*~tactically~*~*~ (outnumbered).
  9081 | D:11     | 9081 ||| Stepping ~*~*~tactically~*~*~ (outnumbered).
  9083 | D:11     | 9083 ||| Stepping ~*~*~tactically~*~*~ (outnumbered).
  9085 | D:11     | 9085 ||| Stepping ~*~*~tactically~*~*~ (outnumbered).
  9087 | D:11     | 9087 ||| Stepping ~*~*~tactically~*~*~ (outnumbered).
  9089 | D:11     | 9089 ||| Stepping ~*~*~tactically~*~*~ (outnumbered).
  9091 | D:11     | 9091 ||| Stepping ~*~*~tactically~*~*~ (outnumbered).
  9093 | D:11     | 9093 ||| Stepping ~*~*~tactically~*~*~ (outnumbered).
  9095 | D:11     | 9095 ||| Stepping ~*~*~tactically~*~*~ (outnumbered).
  9097 | D:11     | 9097 ||| Stepping ~*~*~tactically~*~*~ (outnumbered).
  9099 | D:11     | 9099 ||| Stepping ~*~*~tactically~*~*~ (outnumbered).
  9101 | D:11     | 9101 ||| Stepping ~*~*~tactically~*~*~ (outnumbered).
  9103 | D:11     | 9103 ||| Stepping ~*~*~tactically~*~*~ (outnumbered).
  9105 | D:11     | 9105 ||| Stepping ~*~*~tactically~*~*~ (outnumbered).
  9107 | D:11     | 9107 ||| Stepping ~*~*~tactically~*~*~ (outnumbered).
  9109 | D:11     | 9109 ||| Stepping ~*~*~tactically~*~*~ (outnumbered).
  9111 | D:11     | 9111 ||| Stepping ~*~*~tactically~*~*~ (outnumbered).
  9113 | D:11     | 9113 ||| Stepping ~*~*~tactically~*~*~ (outnumbered).
  9115 | D:11     | 9115 ||| Stepping ~*~*~tactically~*~*~ (outnumbered).
  9117 | D:11     | 9117 ||| Stepping ~*~*~tactically~*~*~ (outnumbered).
  9119 | D:11     | 9119 ||| Stepping ~*~*~tactically~*~*~ (outnumbered).
  9121 | D:11     | 9121 ||| Stepping ~*~*~tactically~*~*~ (outnumbered).
  9123 | D:11     | 9123 ||| Stepping ~*~*~tactically~*~*~ (outnumbered).
  9125 | D:11     | 9125 ||| Stepping ~*~*~tactically~*~*~ (outnumbered).
  9127 | D:11     | 9127 ||| Stepping ~*~*~tactically~*~*~ (outnumbered).
  9129 | D:11     | 9129 ||| Stepping ~*~*~tactically~*~*~ (outnumbered).
  9131 | D:11     | 9131 ||| Stepping ~*~*~tactically~*~*~ (outnumbered).
  9133 | D:11     | 9133 ||| Stepping ~*~*~tactically~*~*~ (outnumbered).
  9135 | D:11     | 9135 ||| Stepping ~*~*~tactically~*~*~ (outnumbered).
  9137 | D:11     | 9137 ||| Stepping ~*~*~tactically~*~*~ (outnumbered).
  9139 | D:11     | 9139 ||| Stepping ~*~*~tactically~*~*~ (outnumbered).
  9141 | D:11     | 9141 ||| Stepping ~*~*~tactically~*~*~ (outnumbered).
  9143 | D:11     | 9143 ||| Stepping ~*~*~tactically~*~*~ (outnumbered).
  9145 | D:11     | 9145 ||| Stepping ~*~*~tactically~*~*~ (outnumbered).
  9147 | D:11     | 9147 ||| Stepping ~*~*~tactically~*~*~ (outnumbered).
  9149 | D:11     | 9149 ||| Stepping ~*~*~tactically~*~*~ (outnumbered).
  9151 | D:11     | 9151 ||| Stepping ~*~*~tactically~*~*~ (outnumbered).
  9153 | D:11     | 9153 ||| Stepping ~*~*~tactically~*~*~ (outnumbered).
  9155 | D:11     | 9155 ||| Stepping ~*~*~tactically~*~*~ (outnumbered).
  9157 | D:11     | 9157 ||| Stepping ~*~*~tactically~*~*~ (outnumbered).
  9159 | D:11     | 9159 ||| Stepping ~*~*~tactically~*~*~ (outnumbered).
  9161 | D:11     | 9161 ||| Stepping ~*~*~tactically~*~*~ (outnumbered).
  9163 | D:11     | 9163 ||| Stepping ~*~*~tactically~*~*~ (outnumbered).
  9165 | D:11     | 9165 ||| Stepping ~*~*~tactically~*~*~ (outnumbered).
  9167 | D:11     | 9167 ||| Stepping ~*~*~tactically~*~*~ (outnumbered).
  9169 | D:11     | 9169 ||| Stepping ~*~*~tactically~*~*~ (outnumbered).
  9171 | D:11     | 9171 ||| Stepping ~*~*~tactically~*~*~ (outnumbered).
  9173 | D:11     | 9173 ||| Stepping ~*~*~tactically~*~*~ (outnumbered).
  9175 | D:11     | 9175 ||| Stepping ~*~*~tactically~*~*~ (outnumbered).
  9177 | D:11     | 9177 ||| Stepping ~*~*~tactically~*~*~ (outnumbered).
  9179 | D:11     | 9179 ||| Stepping ~*~*~tactically~*~*~ (outnumbered).
  9181 | D:11     | 9181 ||| Stepping ~*~*~tactically~*~*~ (outnumbered).
  9183 | D:11     | 9183 ||| Stepping ~*~*~tactically~*~*~ (outnumbered).
  9185 | D:11     | 9185 ||| Stepping ~*~*~tactically~*~*~ (outnumbered).
  9187 | D:11     | 9187 ||| Stepping ~*~*~tactically~*~*~ (outnumbered).
  9189 | D:11     | 9189 ||| Stepping ~*~*~tactically~*~*~ (outnumbered).
  9191 | D:11     | 9191 ||| Stepping ~*~*~tactically~*~*~ (outnumbered).
  9193 | D:11     | 9193 ||| Stepping ~*~*~tactically~*~*~ (outnumbered).
  9195 | D:11     | 9195 ||| Stepping ~*~*~tactically~*~*~ (outnumbered).
  9197 | D:11     | 9197 ||| Stepping ~*~*~tactically~*~*~ (outnumbered).
  9199 | D:11     | 9199 ||| Stepping ~*~*~tactically~*~*~ (outnumbered).
  9201 | D:11     | 9201 ||| Stepping ~*~*~tactically~*~*~ (outnumbered).
  9203 | D:11     | 9203 ||| Stepping ~*~*~tactically~*~*~ (outnumbered).
  9205 | D:11     | 9205 ||| Stepping ~*~*~tactically~*~*~ (outnumbered).
  9207 | D:11     | 9207 ||| Stepping ~*~*~tactically~*~*~ (outnumbered).
  9209 | D:11     | 9209 ||| Stepping ~*~*~tactically~*~*~ (outnumbered).
  9211 | D:11     | 9211 ||| Stepping ~*~*~tactically~*~*~ (outnumbered).
  9213 | D:11     | 9213 ||| Stepping ~*~*~tactically~*~*~ (outnumbered).
  9215 | D:11     | 9215 ||| Stepping ~*~*~tactically~*~*~ (outnumbered).
  9217 | D:11     | 9217 ||| Stepping ~*~*~tactically~*~*~ (outnumbered).
  9219 | D:11     | 9219 ||| Stepping ~*~*~tactically~*~*~ (outnumbered).
  9221 | D:11     | 9221 ||| Stepping ~*~*~tactically~*~*~ (outnumbered).
  9223 | D:11     | 9223 ||| Stepping ~*~*~tactically~*~*~ (outnumbered).
  9225 | D:11     | 9225 ||| Stepping ~*~*~tactically~*~*~ (outnumbered).
  9227 | D:11     | 9227 ||| Stepping ~*~*~tactically~*~*~ (outnumbered).
  9229 | D:11     | 9229 ||| Stepping ~*~*~tactically~*~*~ (outnumbered).
  9231 | D:11     | 9231 ||| Stepping ~*~*~tactically~*~*~ (outnumbered).
  9233 | D:11     | 9233 ||| Stepping ~*~*~tactically~*~*~ (outnumbered).
  9235 | D:11     | 9235 ||| Stepping ~*~*~tactically~*~*~ (outnumbered).
  9237 | D:11     | 9237 ||| Stepping ~*~*~tactically~*~*~ (outnumbered).
  9239 | D:11     | 9239 ||| Stepping ~*~*~tactically~*~*~ (outnumbered).
  9241 | D:11     | 9241 ||| Stepping ~*~*~tactically~*~*~ (outnumbered).
  9243 | D:11     | 9243 ||| Stepping ~*~*~tactically~*~*~ (outnumbered).
  9245 | D:11     | 9245 ||| Stepping ~*~*~tactically~*~*~ (outnumbered).
  9247 | D:11     | 9247 ||| Stepping ~*~*~tactically~*~*~ (outnumbered).
  9249 | D:11     | 9249 ||| Stepping ~*~*~tactically~*~*~ (outnumbered).
  9251 | D:11     | 9251 ||| Stepping ~*~*~tactically~*~*~ (outnumbered).
  9253 | D:11     | 9253 ||| Stepping ~*~*~tactically~*~*~ (outnumbered).
  9255 | D:11     | 9255 ||| Stepping ~*~*~tactically~*~*~ (outnumbered).
  9257 | D:11     | 9257 ||| Stepping ~*~*~tactically~*~*~ (outnumbered).
  9259 | D:11     | 9259 ||| Stepping ~*~*~tactically~*~*~ (outnumbered).
  9261 | D:11     | 9261 ||| Stepping ~*~*~tactically~*~*~ (outnumbered).
  9263 | D:11     | 9263 ||| Stepping ~*~*~tactically~*~*~ (outnumbered).
  9265 | D:11     | 9265 ||| Stepping ~*~*~tactically~*~*~ (outnumbered).
  9267 | D:11     | 9267 ||| Stepping ~*~*~tactically~*~*~ (outnumbered).
  9269 | D:11     | 9269 ||| Stepping ~*~*~tactically~*~*~ (outnumbered).
  9271 | D:11     | 9271 ||| Stepping ~*~*~tactically~*~*~ (outnumbered).
  9273 | D:11     | 9273 ||| Stepping ~*~*~tactically~*~*~ (outnumbered).
  9275 | D:11     | 9275 ||| Stepping ~*~*~tactically~*~*~ (outnumbered).
  9277 | D:11     | 9277 ||| Stepping ~*~*~tactically~*~*~ (outnumbered).
  9279 | D:11     | 9279 ||| Stepping ~*~*~tactically~*~*~ (outnumbered).
  9281 | D:11     | 9281 ||| Stepping ~*~*~tactically~*~*~ (outnumbered).
  9283 | D:11     | 9283 ||| Stepping ~*~*~tactically~*~*~ (outnumbered).
  9285 | D:11     | 9285 ||| Stepping ~*~*~tactically~*~*~ (outnumbered).
  9287 | D:11     | 9287 ||| Stepping ~*~*~tactically~*~*~ (outnumbered).
  9289 | D:11     | 9289 ||| Stepping ~*~*~tactically~*~*~ (outnumbered).
  9291 | D:11     | 9291 ||| Stepping ~*~*~tactically~*~*~ (outnumbered).
  9293 | D:11     | 9293 ||| Stepping ~*~*~tactically~*~*~ (outnumbered).
  9295 | D:11     | 9295 ||| Stepping ~*~*~tactically~*~*~ (outnumbered).
  9297 | D:11     | 9297 ||| Stepping ~*~*~tactically~*~*~ (outnumbered).
  9299 | D:11     | 9299 ||| Stepping ~*~*~tactically~*~*~ (outnumbered).
  9301 | D:11     | 9301 ||| Stepping ~*~*~tactically~*~*~ (outnumbered).
  9303 | D:11     | 9303 ||| Stepping ~*~*~tactically~*~*~ (outnumbered).
  9305 | D:11     | 9305 ||| Stepping ~*~*~tactically~*~*~ (outnumbered).
  9307 | D:11     | 9307 ||| Stepping ~*~*~tactically~*~*~ (outnumbered).
  9309 | D:11     | 9309 ||| Stepping ~*~*~tactically~*~*~ (outnumbered).
  9311 | D:11     | 9311 ||| Stepping ~*~*~tactically~*~*~ (outnumbered).
  9313 | D:11     | 9313 ||| Stepping ~*~*~tactically~*~*~ (outnumbered).
  9315 | D:11     | 9315 ||| Stepping ~*~*~tactically~*~*~ (outnumbered).
  9317 | D:11     | 9317 ||| Stepping ~*~*~tactically~*~*~ (outnumbered).
  9319 | D:11     | 9319 ||| Stepping ~*~*~tactically~*~*~ (outnumbered).
  9321 | D:11     | 9321 ||| Stepping ~*~*~tactically~*~*~ (outnumbered).
  9323 | D:11     | 9323 ||| Stepping ~*~*~tactically~*~*~ (outnumbered).
  9325 | D:11     | 9325 ||| Stepping ~*~*~tactically~*~*~ (outnumbered).
  9327 | D:11     | 9327 ||| Stepping ~*~*~tactically~*~*~ (outnumbered).
  9329 | D:11     | 9329 ||| Stepping ~*~*~tactically~*~*~ (outnumbered).
  9331 | D:11     | 9331 ||| Stepping ~*~*~tactically~*~*~ (outnumbered).
  9333 | D:11     | 9333 ||| Stepping ~*~*~tactically~*~*~ (outnumbered).
  9335 | D:11     | 9335 ||| Stepping ~*~*~tactically~*~*~ (outnumbered).
  9337 | D:11     | 9337 ||| Stepping ~*~*~tactically~*~*~ (outnumbered).
  9339 | D:11     | 9339 ||| Stepping ~*~*~tactically~*~*~ (outnumbered).
  9341 | D:11     | 9341 ||| Stepping ~*~*~tactically~*~*~ (outnumbered).
  9343 | D:11     | 9343 ||| Stepping ~*~*~tactically~*~*~ (outnumbered).
  9345 | D:11     | 9345 ||| Stepping ~*~*~tactically~*~*~ (outnumbered).
  9347 | D:11     | 9347 ||| Stepping ~*~*~tactically~*~*~ (outnumbered).
  9349 | D:11     | 9349 ||| Stepping ~*~*~tactically~*~*~ (outnumbered).
  9351 | D:11     | 9351 ||| Stepping ~*~*~tactically~*~*~ (outnumbered).
  9353 | D:11     | 9353 ||| Stepping ~*~*~tactically~*~*~ (outnumbered).
  9355 | D:11     | 9355 ||| Stepping ~*~*~tactically~*~*~ (outnumbered).
  9357 | D:11     | 9357 ||| Stepping ~*~*~tactically~*~*~ (outnumbered).
  9359 | D:11     | 9359 ||| Stepping ~*~*~tactically~*~*~ (outnumbered).
  9361 | D:11     | 9361 ||| Stepping ~*~*~tactically~*~*~ (outnumbered).
  9363 | D:11     | 9363 ||| Stepping ~*~*~tactically~*~*~ (outnumbered).
  9365 | D:11     | 9365 ||| Stepping ~*~*~tactically~*~*~ (outnumbered).
  9367 | D:11     | 9367 ||| Stepping ~*~*~tactically~*~*~ (outnumbered).
  9369 | D:11     | 9369 ||| Stepping ~*~*~tactically~*~*~ (outnumbered).
  9371 | D:11     | 9371 ||| Stepping ~*~*~tactically~*~*~ (outnumbered).
  9373 | D:11     | 9373 ||| Stepping ~*~*~tactically~*~*~ (outnumbered).
  9375 | D:11     | 9375 ||| Stepping ~*~*~tactically~*~*~ (outnumbered).
  9377 | D:11     | 9377 ||| Stepping ~*~*~tactically~*~*~ (outnumbered).
  9379 | D:11     | 9379 ||| Stepping ~*~*~tactically~*~*~ (outnumbered).
  9381 | D:11     | 9381 ||| Stepping ~*~*~tactically~*~*~ (outnumbered).
  9383 | D:11     | 9383 ||| Stepping ~*~*~tactically~*~*~ (outnumbered).
  9385 | D:11     | 9385 ||| Stepping ~*~*~tactically~*~*~ (outnumbered).
  9387 | D:11     | 9387 ||| Stepping ~*~*~tactically~*~*~ (outnumbered).
  9389 | D:11     | 9389 ||| Stepping ~*~*~tactically~*~*~ (outnumbered).
  9391 | D:11     | 9391 ||| Stepping ~*~*~tactically~*~*~ (outnumbered).
  9393 | D:11     | 9393 ||| Stepping ~*~*~tactically~*~*~ (outnumbered).
  9395 | D:11     | 9395 ||| Stepping ~*~*~tactically~*~*~ (outnumbered).
  9397 | D:11     | 9397 ||| Stepping ~*~*~tactically~*~*~ (outnumbered).
  9399 | D:11     | 9399 ||| Stepping ~*~*~tactically~*~*~ (outnumbered).
  9401 | D:11     | 9401 ||| Stepping ~*~*~tactically~*~*~ (outnumbered).
  9403 | D:11     | 9403 ||| Stepping ~*~*~tactically~*~*~ (outnumbered).
  9405 | D:11     | 9405 ||| Stepping ~*~*~tactically~*~*~ (outnumbered).
  9407 | D:11     | 9407 ||| Stepping ~*~*~tactically~*~*~ (outnumbered).
  9409 | D:11     | 9409 ||| Stepping ~*~*~tactically~*~*~ (outnumbered).
  9411 | D:11     | 9411 ||| Stepping ~*~*~tactically~*~*~ (outnumbered).
  9413 | D:11     | 9413 ||| Stepping ~*~*~tactically~*~*~ (outnumbered).
  9415 | D:11     | 9415 ||| Stepping ~*~*~tactically~*~*~ (outnumbered).
  9417 | D:11     | 9417 ||| Stepping ~*~*~tactically~*~*~ (outnumbered).
  9419 | D:11     | 9419 ||| Stepping ~*~*~tactically~*~*~ (outnumbered).
  9421 | D:11     | 9421 ||| Stepping ~*~*~tactically~*~*~ (outnumbered).
  9423 | D:11     | 9423 ||| Stepping ~*~*~tactically~*~*~ (outnumbered).
  9425 | D:11     | 9425 ||| Stepping ~*~*~tactically~*~*~ (outnumbered).
  9427 | D:11     | 9427 ||| Stepping ~*~*~tactically~*~*~ (outnumbered).
  9429 | D:11     | 9429 ||| Stepping ~*~*~tactically~*~*~ (outnumbered).
  9431 | D:11     | 9431 ||| Stepping ~*~*~tactically~*~*~ (outnumbered).
  9433 | D:11     | 9433 ||| Stepping ~*~*~tactically~*~*~ (outnumbered).
  9435 | D:11     | 9435 ||| Stepping ~*~*~tactically~*~*~ (outnumbered).
  9437 | D:11     | 9437 ||| Stepping ~*~*~tactically~*~*~ (outnumbered).
  9439 | D:11     | 9439 ||| Stepping ~*~*~tactically~*~*~ (outnumbered).
  9441 | D:11     | 9441 ||| Stepping ~*~*~tactically~*~*~ (outnumbered).
  9443 | D:11     | 9443 ||| Stepping ~*~*~tactically~*~*~ (outnumbered).
  9445 | D:11     | 9445 ||| Stepping ~*~*~tactically~*~*~ (outnumbered).
  9447 | D:11     | 9447 ||| Stepping ~*~*~tactically~*~*~ (outnumbered).
  9449 | D:11     | 9449 ||| Stepping ~*~*~tactically~*~*~ (outnumbered).
  9451 | D:11     | 9451 ||| Stepping ~*~*~tactically~*~*~ (outnumbered).
  9453 | D:11     | 9453 ||| Stepping ~*~*~tactically~*~*~ (outnumbered).
  9455 | D:11     | 9455 ||| Stepping ~*~*~tactically~*~*~ (outnumbered).
  9457 | D:11     | 9457 ||| Stepping ~*~*~tactically~*~*~ (outnumbered).
  9459 | D:11     | 9459 ||| Stepping ~*~*~tactically~*~*~ (outnumbered).
  9461 | D:11     | 9461 ||| Stepping ~*~*~tactically~*~*~ (outnumbered).
  9463 | D:11     | 9463 ||| Stepping ~*~*~tactically~*~*~ (outnumbered).
  9465 | D:11     | 9465 ||| Stepping ~*~*~tactically~*~*~ (outnumbered).
  9467 | D:11     | 9467 ||| Stepping ~*~*~tactically~*~*~ (outnumbered).
  9469 | D:11     | 9469 ||| Stepping ~*~*~tactically~*~*~ (outnumbered).
  9471 | D:11     | 9471 ||| Stepping ~*~*~tactically~*~*~ (outnumbered).
  9473 | D:11     | 9473 ||| Stepping ~*~*~tactically~*~*~ (outnumbered).
  9475 | D:11     | 9475 ||| Stepping ~*~*~tactically~*~*~ (outnumbered).
  9477 | D:11     | 9477 ||| Stepping ~*~*~tactically~*~*~ (outnumbered).
  9479 | D:11     | 9479 ||| Stepping ~*~*~tactically~*~*~ (outnumbered).
  9481 | D:11     | 9481 ||| Stepping ~*~*~tactically~*~*~ (outnumbered).
  9483 | D:11     | 9483 ||| Stepping ~*~*~tactically~*~*~ (outnumbered).
  9485 | D:11     | 9485 ||| Stepping ~*~*~tactically~*~*~ (outnumbered).
  9487 | D:11     | 9487 ||| Stepping ~*~*~tactically~*~*~ (outnumbered).
  9489 | D:11     | 9489 ||| Stepping ~*~*~tactically~*~*~ (outnumbered).
  9491 | D:11     | 9491 ||| Stepping ~*~*~tactically~*~*~ (outnumbered).
  9493 | D:11     | 9493 ||| Stepping ~*~*~tactically~*~*~ (outnumbered).
  9495 | D:11     | 9495 ||| Stepping ~*~*~tactically~*~*~ (outnumbered).
  9497 | D:11     | 9497 ||| Stepping ~*~*~tactically~*~*~ (outnumbered).
  9499 | D:11     | 9499 ||| Stepping ~*~*~tactically~*~*~ (outnumbered).
  9501 | D:11     | 9501 ||| Stepping ~*~*~tactically~*~*~ (outnumbered).
  9503 | D:11     | 9503 ||| Stepping ~*~*~tactically~*~*~ (outnumbered).
  9505 | D:11     | 9505 ||| Stepping ~*~*~tactically~*~*~ (outnumbered).
  9507 | D:11     | 9507 ||| Stepping ~*~*~tactically~*~*~ (outnumbered).
  9509 | D:11     | 9509 ||| Stepping ~*~*~tactically~*~*~ (outnumbered).
  9511 | D:11     | 9511 ||| Stepping ~*~*~tactically~*~*~ (outnumbered).
  9513 | D:11     | 9513 ||| Stepping ~*~*~tactically~*~*~ (outnumbered).
  9515 | D:11     | 9515 ||| Stepping ~*~*~tactically~*~*~ (outnumbered).
  9517 | D:11     | 9517 ||| Stepping ~*~*~tactically~*~*~ (outnumbered).
  9519 | D:11     | 9519 ||| Stepping ~*~*~tactically~*~*~ (outnumbered).
  9521 | D:11     | 9521 ||| Stepping ~*~*~tactically~*~*~ (outnumbered).
  9523 | D:11     | 9523 ||| Stepping ~*~*~tactically~*~*~ (outnumbered).
  9525 | D:11     | 9525 ||| Stepping ~*~*~tactically~*~*~ (outnumbered).
  9527 | D:11     | 9527 ||| Stepping ~*~*~tactically~*~*~ (outnumbered).
  9529 | D:11     | 9529 ||| Stepping ~*~*~tactically~*~*~ (outnumbered).
  9531 | D:11     | 9531 ||| Stepping ~*~*~tactically~*~*~ (outnumbered).
  9533 | D:11     | 9533 ||| Stepping ~*~*~tactically~*~*~ (outnumbered).
  9535 | D:11     | 9535 ||| Stepping ~*~*~tactically~*~*~ (outnumbered).
  9537 | D:11     | 9537 ||| Stepping ~*~*~tactically~*~*~ (outnumbered).
  9539 | D:11     | 9539 ||| Stepping ~*~*~tactically~*~*~ (outnumbered).
  9541 | D:11     | 9541 ||| Stepping ~*~*~tactically~*~*~ (outnumbered).
  9543 | D:11     | 9543 ||| Stepping ~*~*~tactically~*~*~ (outnumbered).
  9545 | D:11     | 9545 ||| Stepping ~*~*~tactically~*~*~ (outnumbered).
  9547 | D:11     | 9547 ||| Stepping ~*~*~tactically~*~*~ (outnumbered).
  9549 | D:11     | 9549 ||| Stepping ~*~*~tactically~*~*~ (outnumbered).
  9551 | D:11     | 9551 ||| Stepping ~*~*~tactically~*~*~ (outnumbered).
  9553 | D:11     | 9553 ||| Stepping ~*~*~tactically~*~*~ (outnumbered).
  9555 | D:11     | 9555 ||| Stepping ~*~*~tactically~*~*~ (outnumbered).
  9557 | D:11     | 9557 ||| Stepping ~*~*~tactically~*~*~ (outnumbered).
  9559 | D:11     | 9559 ||| Stepping ~*~*~tactically~*~*~ (outnumbered).
  9561 | D:11     | 9561 ||| Stepping ~*~*~tactically~*~*~ (outnumbered).
  9563 | D:11     | 9563 ||| Stepping ~*~*~tactically~*~*~ (outnumbered).
  9565 | D:11     | 9565 ||| Stepping ~*~*~tactically~*~*~ (outnumbered).
  9567 | D:11     | 9567 ||| Stepping ~*~*~tactically~*~*~ (outnumbered).
  9569 | D:11     | 9569 ||| Stepping ~*~*~tactically~*~*~ (outnumbered).
  9571 | D:11     | 9571 ||| Stepping ~*~*~tactically~*~*~ (outnumbered).
  9573 | D:11     | 9573 ||| Stepping ~*~*~tactically~*~*~ (outnumbered).
  9575 | D:11     | 9575 ||| Stepping ~*~*~tactically~*~*~ (outnumbered).
  9577 | D:11     | 9577 ||| Stepping ~*~*~tactically~*~*~ (outnumbered).
  9579 | D:11     | 9579 ||| Stepping ~*~*~tactically~*~*~ (outnumbered).
  9581 | D:11     | 9581 ||| Stepping ~*~*~tactically~*~*~ (outnumbered).
  9583 | D:11     | 9583 ||| Stepping ~*~*~tactically~*~*~ (outnumbered).
  9585 | D:11     | 9585 ||| Stepping ~*~*~tactically~*~*~ (outnumbered).
  9587 | D:11     | 9587 ||| Stepping ~*~*~tactically~*~*~ (outnumbered).
  9589 | D:11     | 9589 ||| Stepping ~*~*~tactically~*~*~ (outnumbered).
  9591 | D:11     | 9591 ||| Stepping ~*~*~tactically~*~*~ (outnumbered).
  9593 | D:11     | 9593 ||| Stepping ~*~*~tactically~*~*~ (outnumbered).
  9595 | D:11     | 9595 ||| Stepping ~*~*~tactically~*~*~ (outnumbered).
  9597 | D:11     | 9597 ||| Stepping ~*~*~tactically~*~*~ (outnumbered).
  9599 | D:11     | 9599 ||| Stepping ~*~*~tactically~*~*~ (outnumbered).
  9601 | D:11     | 9601 ||| Stepping ~*~*~tactically~*~*~ (outnumbered).
  9603 | D:11     | 9603 ||| Stepping ~*~*~tactically~*~*~ (outnumbered).
  9605 | D:11     | 9605 ||| Stepping ~*~*~tactically~*~*~ (outnumbered).
  9607 | D:11     | 9607 ||| Stepping ~*~*~tactically~*~*~ (outnumbered).
  9609 | D:11     | 9609 ||| Stepping ~*~*~tactically~*~*~ (outnumbered).
  9611 | D:11     | 9611 ||| Stepping ~*~*~tactically~*~*~ (outnumbered).
  9613 | D:11     | 9613 ||| Stepping ~*~*~tactically~*~*~ (outnumbered).
  9615 | D:11     | 9615 ||| Stepping ~*~*~tactically~*~*~ (outnumbered).
  9617 | D:11     | 9617 ||| Stepping ~*~*~tactically~*~*~ (outnumbered).
  9619 | D:11     | 9619 ||| Stepping ~*~*~tactically~*~*~ (outnumbered).
  9621 | D:11     | 9621 ||| Stepping ~*~*~tactically~*~*~ (outnumbered).
  9623 | D:11     | 9623 ||| Stepping ~*~*~tactically~*~*~ (outnumbered).
  9625 | D:11     | 9625 ||| Stepping ~*~*~tactically~*~*~ (outnumbered).
  9627 | D:11     | 9627 ||| Stepping ~*~*~tactically~*~*~ (outnumbered).
  9629 | D:11     | 9629 ||| Stepping ~*~*~tactically~*~*~ (outnumbered).
  9631 | D:11     | 9631 ||| Stepping ~*~*~tactically~*~*~ (outnumbered).
  9633 | D:11     | 9633 ||| Stepping ~*~*~tactically~*~*~ (outnumbered).
  9635 | D:11     | 9635 ||| Stepping ~*~*~tactically~*~*~ (outnumbered).
  9637 | D:11     | 9637 ||| Stepping ~*~*~tactically~*~*~ (outnumbered).
  9639 | D:11     | 9639 ||| Stepping ~*~*~tactically~*~*~ (outnumbered).
  9641 | D:11     | 9641 ||| Stepping ~*~*~tactically~*~*~ (outnumbered).
  9643 | D:11     | 9643 ||| Stepping ~*~*~tactically~*~*~ (outnumbered).
  9645 | D:11     | 9645 ||| Stepping ~*~*~tactically~*~*~ (outnumbered).
  9647 | D:11     | 9647 ||| Stepping ~*~*~tactically~*~*~ (outnumbered).
  9649 | D:11     | 9649 ||| Stepping ~*~*~tactically~*~*~ (outnumbered).
  9651 | D:11     | 9651 ||| Stepping ~*~*~tactically~*~*~ (outnumbered).
  9653 | D:11     | 9653 ||| Stepping ~*~*~tactically~*~*~ (outnumbered).
  9655 | D:11     | 9655 ||| Stepping ~*~*~tactically~*~*~ (outnumbered).
  9657 | D:11     | 9657 ||| Stepping ~*~*~tactically~*~*~ (outnumbered).
  9659 | D:11     | 9659 ||| Stepping ~*~*~tactically~*~*~ (outnumbered).
  9661 | D:11     | 9661 ||| Stepping ~*~*~tactically~*~*~ (outnumbered).
  9663 | D:11     | 9663 ||| Stepping ~*~*~tactically~*~*~ (outnumbered).
  9665 | D:11     | 9665 ||| Stepping ~*~*~tactically~*~*~ (outnumbered).
  9667 | D:11     | 9667 ||| Stepping ~*~*~tactically~*~*~ (outnumbered).
  9669 | D:11     | 9669 ||| Stepping ~*~*~tactically~*~*~ (outnumbered).
  9671 | D:11     | 9671 ||| Stepping ~*~*~tactically~*~*~ (outnumbered).
  9673 | D:11     | 9673 ||| Stepping ~*~*~tactically~*~*~ (outnumbered).
  9675 | D:11     | 9675 ||| Stepping ~*~*~tactically~*~*~ (outnumbered).
  9677 | D:11     | 9677 ||| Stepping ~*~*~tactically~*~*~ (outnumbered).
  9679 | D:11     | 9679 ||| Stepping ~*~*~tactically~*~*~ (outnumbered).
  9681 | D:11     | 9681 ||| Stepping ~*~*~tactically~*~*~ (outnumbered).
  9683 | D:11     | 9683 ||| Stepping ~*~*~tactically~*~*~ (outnumbered).
  9685 | D:11     | 9685 ||| Stepping ~*~*~tactically~*~*~ (outnumbered).
  9687 | D:11     | 9687 ||| Stepping ~*~*~tactically~*~*~ (outnumbered).
  9689 | D:11     | 9689 ||| Stepping ~*~*~tactically~*~*~ (outnumbered).
  9691 | D:11     | 9691 ||| Stepping ~*~*~tactically~*~*~ (outnumbered).
  9693 | D:11     | 9693 ||| Stepping ~*~*~tactically~*~*~ (outnumbered).
  9695 | D:11     | 9695 ||| Stepping ~*~*~tactically~*~*~ (outnumbered).
  9697 | D:11     | 9697 ||| Stepping ~*~*~tactically~*~*~ (outnumbered).
  9699 | D:11     | 9699 ||| Stepping ~*~*~tactically~*~*~ (outnumbered).
  9701 | D:11     | 9701 ||| Stepping ~*~*~tactically~*~*~ (outnumbered).
  9703 | D:11     | 9703 ||| Stepping ~*~*~tactically~*~*~ (outnumbered).
  9705 | D:11     | 9705 ||| Stepping ~*~*~tactically~*~*~ (outnumbered).
  9707 | D:11     | 9707 ||| Stepping ~*~*~tactically~*~*~ (outnumbered).
  9709 | D:11     | 9709 ||| Stepping ~*~*~tactically~*~*~ (outnumbered).
  9711 | D:11     | 9711 ||| Stepping ~*~*~tactically~*~*~ (outnumbered).
  9713 | D:11     | 9713 ||| Stepping ~*~*~tactically~*~*~ (outnumbered).
  9715 | D:11     | 9715 ||| Stepping ~*~*~tactically~*~*~ (outnumbered).
  9717 | D:11     | 9717 ||| Stepping ~*~*~tactically~*~*~ (outnumbered).
  9719 | D:11     | 9719 ||| Stepping ~*~*~tactically~*~*~ (outnumbered).
  9721 | D:11     | 9721 ||| Stepping ~*~*~tactically~*~*~ (outnumbered).
  9723 | D:11     | 9723 ||| Stepping ~*~*~tactically~*~*~ (outnumbered).
  9725 | D:11     | 9725 ||| Stepping ~*~*~tactically~*~*~ (outnumbered).
  9727 | D:11     | 9727 ||| Stepping ~*~*~tactically~*~*~ (outnumbered).
  9729 | D:11     | 9729 ||| Stepping ~*~*~tactically~*~*~ (outnumbered).
  9731 | D:11     | 9731 ||| Stepping ~*~*~tactically~*~*~ (outnumbered).
  9733 | D:11     | 9733 ||| Stepping ~*~*~tactically~*~*~ (outnumbered).
  9735 | D:11     | 9735 ||| Stepping ~*~*~tactically~*~*~ (outnumbered).
  9737 | D:11     | 9737 ||| Stepping ~*~*~tactically~*~*~ (outnumbered).
  9739 | D:11     | 9739 ||| Stepping ~*~*~tactically~*~*~ (outnumbered).
  9741 | D:11     | 9741 ||| Stepping ~*~*~tactically~*~*~ (outnumbered).
  9743 | D:11     | 9743 ||| Stepping ~*~*~tactically~*~*~ (outnumbered).
  9745 | D:11     | 9745 ||| Stepping ~*~*~tactically~*~*~ (outnumbered).
  9747 | D:11     | 9747 ||| Stepping ~*~*~tactically~*~*~ (outnumbered).
  9749 | D:11     | 9749 ||| Stepping ~*~*~tactically~*~*~ (outnumbered).
  9751 | D:11     | 9751 ||| Stepping ~*~*~tactically~*~*~ (outnumbered).
  9753 | D:11     | 9753 ||| Stepping ~*~*~tactically~*~*~ (outnumbered).
  9755 | D:11     | 9755 ||| Stepping ~*~*~tactically~*~*~ (outnumbered).
  9757 | D:11     | 9757 ||| Stepping ~*~*~tactically~*~*~ (outnumbered).
  9759 | D:11     | 9759 ||| Stepping ~*~*~tactically~*~*~ (outnumbered).
  9761 | D:11     | 9761 ||| Stepping ~*~*~tactically~*~*~ (outnumbered).
  9763 | D:11     | 9763 ||| Stepping ~*~*~tactically~*~*~ (outnumbered).
  9765 | D:11     | 9765 ||| Stepping ~*~*~tactically~*~*~ (outnumbered).
  9767 | D:11     | 9767 ||| Stepping ~*~*~tactically~*~*~ (outnumbered).
  9769 | D:11     | 9769 ||| Stepping ~*~*~tactically~*~*~ (outnumbered).
  9771 | D:11     | 9771 ||| Stepping ~*~*~tactically~*~*~ (outnumbered).
  9773 | D:11     | 9773 ||| Stepping ~*~*~tactically~*~*~ (outnumbered).
  9775 | D:11     | 9775 ||| Stepping ~*~*~tactically~*~*~ (outnumbered).
  9777 | D:11     | 9777 ||| Stepping ~*~*~tactically~*~*~ (outnumbered).
  9779 | D:11     | 9779 ||| Stepping ~*~*~tactically~*~*~ (outnumbered).
  9781 | D:11     | 9781 ||| Stepping ~*~*~tactically~*~*~ (outnumbered).
  9783 | D:11     | 9783 ||| Stepping ~*~*~tactically~*~*~ (outnumbered).
  9785 | D:11     | 9785 ||| Stepping ~*~*~tactically~*~*~ (outnumbered).
  9787 | D:11     | 9787 ||| Stepping ~*~*~tactically~*~*~ (outnumbered).
  9789 | D:11     | 9789 ||| Stepping ~*~*~tactically~*~*~ (outnumbered).
  9791 | D:11     | 9791 ||| Stepping ~*~*~tactically~*~*~ (outnumbered).
  9793 | D:11     | 9793 ||| Stepping ~*~*~tactically~*~*~ (outnumbered).
  9795 | D:11     | 9795 ||| Stepping ~*~*~tactically~*~*~ (outnumbered).
  9797 | D:11     | 9797 ||| Stepping ~*~*~tactically~*~*~ (outnumbered).
  9799 | D:11     | 9799 ||| Stepping ~*~*~tactically~*~*~ (outnumbered).
  9801 | D:11     | 9801 ||| Stepping ~*~*~tactically~*~*~ (outnumbered).
  9803 | D:11     | 9803 ||| Stepping ~*~*~tactically~*~*~ (outnumbered).
  9805 | D:11     | 9805 ||| Stepping ~*~*~tactically~*~*~ (outnumbered).
  9807 | D:11     | 9807 ||| Stepping ~*~*~tactically~*~*~ (outnumbered).
  9809 | D:11     | 9809 ||| Stepping ~*~*~tactically~*~*~ (outnumbered).
  9811 | D:11     | 9811 ||| Stepping ~*~*~tactically~*~*~ (outnumbered).
  9813 | D:11     | 9813 ||| Stepping ~*~*~tactically~*~*~ (outnumbered).
  9815 | D:11     | 9815 ||| Stepping ~*~*~tactically~*~*~ (outnumbered).
  9817 | D:11     | 9817 ||| Stepping ~*~*~tactically~*~*~ (outnumbered).
  9819 | D:11     | 9819 ||| Stepping ~*~*~tactically~*~*~ (outnumbered).
  9821 | D:11     | 9821 ||| Stepping ~*~*~tactically~*~*~ (outnumbered).
  9823 | D:11     | 9823 ||| Stepping ~*~*~tactically~*~*~ (outnumbered).
  9825 | D:11     | 9825 ||| Stepping ~*~*~tactically~*~*~ (outnumbered).
  9827 | D:11     | 9827 ||| Stepping ~*~*~tactically~*~*~ (outnumbered).
  9829 | D:11     | 9829 ||| Stepping ~*~*~tactically~*~*~ (outnumbered).
  9831 | D:11     | 9831 ||| Stepping ~*~*~tactically~*~*~ (outnumbered).
  9833 | D:11     | 9833 ||| Stepping ~*~*~tactically~*~*~ (outnumbered).
  9835 | D:11     | 9835 ||| Stepping ~*~*~tactically~*~*~ (outnumbered).
  9837 | D:11     | 9837 ||| Stepping ~*~*~tactically~*~*~ (outnumbered).
  9839 | D:11     | 9839 ||| Stepping ~*~*~tactically~*~*~ (outnumbered).
  9841 | D:11     | 9841 ||| Stepping ~*~*~tactically~*~*~ (outnumbered).
  9843 | D:11     | 9843 ||| Stepping ~*~*~tactically~*~*~ (outnumbered).
  9845 | D:11     | 9845 ||| Stepping ~*~*~tactically~*~*~ (outnumbered).
  9847 | D:11     | 9847 ||| Stepping ~*~*~tactically~*~*~ (outnumbered).
  9849 | D:11     | 9849 ||| Stepping ~*~*~tactically~*~*~ (outnumbered).
  9851 | D:11     | 9851 ||| Stepping ~*~*~tactically~*~*~ (outnumbered).
  9853 | D:11     | 9853 ||| Stepping ~*~*~tactically~*~*~ (outnumbered).
  9855 | D:11     | 9855 ||| Stepping ~*~*~tactically~*~*~ (outnumbered).
  9857 | D:11     | 9857 ||| Stepping ~*~*~tactically~*~*~ (outnumbered).
  9859 | D:11     | 9859 ||| Stepping ~*~*~tactically~*~*~ (outnumbered).
  9861 | D:11     | 9861 ||| Stepping ~*~*~tactically~*~*~ (outnumbered).
  9863 | D:11     | 9863 ||| Stepping ~*~*~tactically~*~*~ (outnumbered).
  9865 | D:11     | 9865 ||| Stepping ~*~*~tactically~*~*~ (outnumbered).
  9867 | D:11     | 9867 ||| Stepping ~*~*~tactically~*~*~ (outnumbered).
  9869 | D:11     | 9869 ||| Stepping ~*~*~tactically~*~*~ (outnumbered).
  9871 | D:11     | 9871 ||| Stepping ~*~*~tactically~*~*~ (outnumbered).
  9873 | D:11     | 9873 ||| Stepping ~*~*~tactically~*~*~ (outnumbered).
  9875 | D:11     | 9875 ||| Stepping ~*~*~tactically~*~*~ (outnumbered).
  9877 | D:11     | 9877 ||| Stepping ~*~*~tactically~*~*~ (outnumbered).
  9879 | D:11     | 9879 ||| Stepping ~*~*~tactically~*~*~ (outnumbered).
  9881 | D:11     | 9881 ||| Stepping ~*~*~tactically~*~*~ (outnumbered).
  9883 | D:11     | 9883 ||| Stepping ~*~*~tactically~*~*~ (outnumbered).
  9885 | D:11     | 9885 ||| Stepping ~*~*~tactically~*~*~ (outnumbered).
  9887 | D:11     | 9887 ||| Stepping ~*~*~tactically~*~*~ (outnumbered).
  9889 | D:11     | 9889 ||| Stepping ~*~*~tactically~*~*~ (outnumbered).
  9891 | D:11     | 9891 ||| Stepping ~*~*~tactically~*~*~ (outnumbered).
  9893 | D:11     | 9893 ||| Stepping ~*~*~tactically~*~*~ (outnumbered).
  9895 | D:11     | 9895 ||| Stepping ~*~*~tactically~*~*~ (outnumbered).
  9897 | D:11     | 9897 ||| Stepping ~*~*~tactically~*~*~ (outnumbered).
  9899 | D:11     | 9899 ||| Stepping ~*~*~tactically~*~*~ (outnumbered).
  9901 | D:11     | 9901 ||| Stepping ~*~*~tactically~*~*~ (outnumbered).
  9903 | D:11     | 9903 ||| Stepping ~*~*~tactically~*~*~ (outnumbered).
  9905 | D:11     | 9905 ||| Stepping ~*~*~tactically~*~*~ (outnumbered).
  9907 | D:11     | 9907 ||| Stepping ~*~*~tactically~*~*~ (outnumbered).
  9909 | D:11     | 9909 ||| Stepping ~*~*~tactically~*~*~ (outnumbered).
  9911 | D:11     | 9911 ||| Stepping ~*~*~tactically~*~*~ (outnumbered).
  9913 | D:11     | 9913 ||| Stepping ~*~*~tactically~*~*~ (outnumbered).
  9915 | D:11     | 9915 ||| Stepping ~*~*~tactically~*~*~ (outnumbered).
  9917 | D:11     | 9917 ||| Stepping ~*~*~tactically~*~*~ (outnumbered).
  9919 | D:11     | 9919 ||| Stepping ~*~*~tactically~*~*~ (outnumbered).
  9921 | D:11     | 9921 ||| Stepping ~*~*~tactically~*~*~ (outnumbered).
  9923 | D:11     | 9923 ||| Stepping ~*~*~tactically~*~*~ (outnumbered).
  9925 | D:11     | 9925 ||| Stepping ~*~*~tactically~*~*~ (outnumbered).
  9927 | D:11     | 9927 ||| Stepping ~*~*~tactically~*~*~ (outnumbered).
  9929 | D:11     | 9929 ||| Stepping ~*~*~tactically~*~*~ (outnumbered).
  9931 | D:11     | 9931 ||| Stepping ~*~*~tactically~*~*~ (outnumbered).
  9933 | D:11     | 9933 ||| Stepping ~*~*~tactically~*~*~ (outnumbered).
  9935 | D:11     | 9935 ||| Stepping ~*~*~tactically~*~*~ (outnumbered).
  9937 | D:11     | 9937 ||| Stepping ~*~*~tactically~*~*~ (outnumbered).
  9939 | D:11     | 9939 ||| Stepping ~*~*~tactically~*~*~ (outnumbered).
  9941 | D:11     | 9941 ||| Stepping ~*~*~tactically~*~*~ (outnumbered).
  9943 | D:11     | 9943 ||| Stepping ~*~*~tactically~*~*~ (outnumbered).
  9945 | D:11     | 9945 ||| Stepping ~*~*~tactically~*~*~ (outnumbered).
  9947 | D:11     | 9947 ||| Stepping ~*~*~tactically~*~*~ (outnumbered).
  9949 | D:11     | 9949 ||| Stepping ~*~*~tactically~*~*~ (outnumbered).
  9951 | D:11     | 9951 ||| Stepping ~*~*~tactically~*~*~ (outnumbered).
  9953 | D:11     | 9953 ||| Stepping ~*~*~tactically~*~*~ (outnumbered).
  9955 | D:11     | 9955 ||| Stepping ~*~*~tactically~*~*~ (outnumbered).
  9957 | D:11     | 9957 ||| Stepping ~*~*~tactically~*~*~ (outnumbered).
  9959 | D:11     | 9959 ||| Stepping ~*~*~tactically~*~*~ (outnumbered).
  9961 | D:11     | 9961 ||| Stepping ~*~*~tactically~*~*~ (outnumbered).
  9963 | D:11     | 9963 ||| Stepping ~*~*~tactically~*~*~ (outnumbered).
  9965 | D:11     | 9965 ||| Stepping ~*~*~tactically~*~*~ (outnumbered).
  9967 | D:11     | 9967 ||| Stepping ~*~*~tactically~*~*~ (outnumbered).
  9969 | D:11     | 9969 ||| Stepping ~*~*~tactically~*~*~ (outnumbered).
  9971 | D:11     | 9971 ||| Stepping ~*~*~tactically~*~*~ (outnumbered).
  9973 | D:11     | 9973 ||| Stepping ~*~*~tactically~*~*~ (outnumbered).
  9975 | D:11     | 9975 ||| Stepping ~*~*~tactically~*~*~ (outnumbered).
  9977 | D:11     | 9977 ||| Stepping ~*~*~tactically~*~*~ (outnumbered).
  9979 | D:11     | 9979 ||| Stepping ~*~*~tactically~*~*~ (outnumbered).
  9981 | D:11     | 9981 ||| Stepping ~*~*~tactically~*~*~ (outnumbered).
  9983 | D:11     | 9983 ||| Stepping ~*~*~tactically~*~*~ (outnumbered).
  9985 | D:11     | 9985 ||| Stepping ~*~*~tactically~*~*~ (outnumbered).
  9987 | D:11     | 9987 ||| Stepping ~*~*~tactically~*~*~ (outnumbered).
  9989 | D:11     | 9989 ||| Stepping ~*~*~tactically~*~*~ (outnumbered).
  9991 | D:11     | 9991 ||| Stepping ~*~*~tactically~*~*~ (outnumbered).
  9993 | D:11     | 9993 ||| Stepping ~*~*~tactically~*~*~ (outnumbered).
  9995 | D:11     | 9995 ||| Stepping ~*~*~tactically~*~*~ (outnumbered).
  9997 | D:11     | 9997 ||| Stepping ~*~*~tactically~*~*~ (outnumbered).
  9999 | D:11     | 9999 ||| Stepping ~*~*~tactically~*~*~ (outnumbered).
 10001 | D:11     | 10001 ||| Stepping ~*~*~tactically~*~*~ (outnumbered).
 10003 | D:11     | 10003 ||| Stepping ~*~*~tactically~*~*~ (outnumbered).
 10005 | D:11     | 10005 ||| Stepping ~*~*~tactically~*~*~ (outnumbered).
 10007 | D:11     | 10007 ||| Stepping ~*~*~tactically~*~*~ (outnumbered).
 10009 | D:11     | 10009 ||| Stepping ~*~*~tactically~*~*~ (outnumbered).
 10011 | D:11     | 10011 ||| Stepping ~*~*~tactically~*~*~ (outnumbered).
 10013 | D:11     | 10013 ||| Stepping ~*~*~tactically~*~*~ (outnumbered).
 10015 | D:11     | 10015 ||| Stepping ~*~*~tactically~*~*~ (outnumbered).
 10017 | D:11     | 10017 ||| Stepping ~*~*~tactically~*~*~ (outnumbered).
 10019 | D:11     | 10019 ||| Stepping ~*~*~tactically~*~*~ (outnumbered).
 10021 | D:11     | 10021 ||| Stepping ~*~*~tactically~*~*~ (outnumbered).
 10023 | D:11     | 10023 ||| Stepping ~*~*~tactically~*~*~ (outnumbered).
 10025 | D:11     | 10025 ||| Stepping ~*~*~tactically~*~*~ (outnumbered).
 10027 | D:11     | 10027 ||| Stepping ~*~*~tactically~*~*~ (outnumbered).
 10029 | D:11     | 10029 ||| Stepping ~*~*~tactically~*~*~ (outnumbered).
 10031 | D:11     | 10031 ||| Stepping ~*~*~tactically~*~*~ (outnumbered).
 10033 | D:11     | 10033 ||| Stepping ~*~*~tactically~*~*~ (outnumbered).
 10035 | D:11     | 10035 ||| Stepping ~*~*~tactically~*~*~ (outnumbered).
 10037 | D:11     | 10037 ||| Stepping ~*~*~tactically~*~*~ (outnumbered).
 10039 | D:11     | 10039 ||| Stepping ~*~*~tactically~*~*~ (outnumbered).
 10041 | D:11     | 10041 ||| Stepping ~*~*~tactically~*~*~ (outnumbered).
 10043 | D:11     | 10043 ||| Stepping ~*~*~tactically~*~*~ (outnumbered).
 10045 | D:11     | 10045 ||| Stepping ~*~*~tactically~*~*~ (outnumbered).
 10047 | D:11     | 10047 ||| Stepping ~*~*~tactically~*~*~ (outnumbered).
 10049 | D:11     | 10049 ||| Stepping ~*~*~tactically~*~*~ (outnumbered).
 10051 | D:11     | 10051 ||| Stepping ~*~*~tactically~*~*~ (outnumbered).
 10053 | D:11     | 10053 ||| Stepping ~*~*~tactically~*~*~ (outnumbered).
 10055 | D:11     | 10055 ||| Stepping ~*~*~tactically~*~*~ (outnumbered).
 10057 | D:11     | 10057 ||| Stepping ~*~*~tactically~*~*~ (outnumbered).
 10059 | D:11     | 10059 ||| Stepping ~*~*~tactically~*~*~ (outnumbered).
 10061 | D:11     | 10061 ||| Stepping ~*~*~tactically~*~*~ (outnumbered).
 10063 | D:11     | 10063 ||| Stepping ~*~*~tactically~*~*~ (outnumbered).
 10065 | D:11     | 10065 ||| Stepping ~*~*~tactically~*~*~ (outnumbered).
 10067 | D:11     | 10067 ||| Stepping ~*~*~tactically~*~*~ (outnumbered).
 10069 | D:11     | 10069 ||| Stepping ~*~*~tactically~*~*~ (outnumbered).
 10071 | D:11     | 10071 ||| Stepping ~*~*~tactically~*~*~ (outnumbered).
 10073 | D:11     | 10073 ||| Stepping ~*~*~tactically~*~*~ (outnumbered).
 10075 | D:11     | 10075 ||| Stepping ~*~*~tactically~*~*~ (outnumbered).
 10077 | D:11     | 10077 ||| Stepping ~*~*~tactically~*~*~ (outnumbered).
 10079 | D:11     | 10079 ||| Stepping ~*~*~tactically~*~*~ (outnumbered).
 10081 | D:11     | 10081 ||| Stepping ~*~*~tactically~*~*~ (outnumbered).
 10083 | D:11     | 10083 ||| Stepping ~*~*~tactically~*~*~ (outnumbered).
 10085 | D:11     | 10085 ||| Stepping ~*~*~tactically~*~*~ (outnumbered).
 10087 | D:11     | 10087 ||| Stepping ~*~*~tactically~*~*~ (outnumbered).
 10089 | D:11     | 10089 ||| Stepping ~*~*~tactically~*~*~ (outnumbered).
 10091 | D:11     | 10091 ||| Stepping ~*~*~tactically~*~*~ (outnumbered).
 10093 | D:11     | 10093 ||| Stepping ~*~*~tactically~*~*~ (outnumbered).
 10095 | D:11     | 10095 ||| Stepping ~*~*~tactically~*~*~ (outnumbered).
 10097 | D:11     | 10097 ||| Stepping ~*~*~tactically~*~*~ (outnumbered).
 10099 | D:11     | 10099 ||| Stepping ~*~*~tactically~*~*~ (outnumbered).
 10101 | D:11     | 10101 ||| Stepping ~*~*~tactically~*~*~ (outnumbered).
 10103 | D:11     | 10103 ||| Stepping ~*~*~tactically~*~*~ (outnumbered).
 10105 | D:11     | 10105 ||| Stepping ~*~*~tactically~*~*~ (outnumbered).
 10107 | D:11     | 10107 ||| Stepping ~*~*~tactically~*~*~ (outnumbered).
 10109 | D:11     | 10109 ||| Stepping ~*~*~tactically~*~*~ (outnumbered).
 10111 | D:11     | 10111 ||| Stepping ~*~*~tactically~*~*~ (outnumbered).
 10113 | D:11     | 10113 ||| Stepping ~*~*~tactically~*~*~ (outnumbered).
 10115 | D:11     | 10115 ||| Stepping ~*~*~tactically~*~*~ (outnumbered).
 10117 | D:11     | 10117 ||| Stepping ~*~*~tactically~*~*~ (outnumbered).
 10119 | D:11     | 10119 ||| Stepping ~*~*~tactically~*~*~ (outnumbered).
 10121 | D:11     | 10121 ||| Stepping ~*~*~tactically~*~*~ (outnumbered).
 10123 | D:11     | 10123 ||| Stepping ~*~*~tactically~*~*~ (outnumbered).
 10125 | D:11     | 10125 ||| Stepping ~*~*~tactically~*~*~ (outnumbered).
 10127 | D:11     | 10127 ||| Stepping ~*~*~tactically~*~*~ (outnumbered).
 10129 | D:11     | 10129 ||| Stepping ~*~*~tactically~*~*~ (outnumbered).
 10131 | D:11     | 10131 ||| Stepping ~*~*~tactically~*~*~ (outnumbered).
 10133 | D:11     | 10133 ||| Stepping ~*~*~tactically~*~*~ (outnumbered).
 10135 | D:11     | 10135 ||| Stepping ~*~*~tactically~*~*~ (outnumbered).
 10137 | D:11     | 10137 ||| Stepping ~*~*~tactically~*~*~ (outnumbered).
 10139 | D:11     | 10139 ||| Stepping ~*~*~tactically~*~*~ (outnumbered).
 10141 | D:11     | 10141 ||| Stepping ~*~*~tactically~*~*~ (outnumbered).
 10143 | D:11     | 10143 ||| Stepping ~*~*~tactically~*~*~ (outnumbered).
 10145 | D:11     | 10145 ||| Stepping ~*~*~tactically~*~*~ (outnumbered).
 10147 | D:11     | 10147 ||| Stepping ~*~*~tactically~*~*~ (outnumbered).
 10149 | D:11     | 10149 ||| Stepping ~*~*~tactically~*~*~ (outnumbered).
 10151 | D:11     | 10151 ||| Stepping ~*~*~tactically~*~*~ (outnumbered).
 10153 | D:11     | 10153 ||| Stepping ~*~*~tactically~*~*~ (outnumbered).
 10155 | D:11     | 10155 ||| Stepping ~*~*~tactically~*~*~ (outnumbered).
 10157 | D:11     | 10157 ||| Stepping ~*~*~tactically~*~*~ (outnumbered).
 10159 | D:11     | 10159 ||| Stepping ~*~*~tactically~*~*~ (outnumbered).
 10161 | D:11     | 10161 ||| Stepping ~*~*~tactically~*~*~ (outnumbered).
 10163 | D:11     | 10163 ||| Stepping ~*~*~tactically~*~*~ (outnumbered).
 10165 | D:11     | 10165 ||| Stepping ~*~*~tactically~*~*~ (outnumbered).
 10167 | D:11     | 10167 ||| Stepping ~*~*~tactically~*~*~ (outnumbered).
 10169 | D:11     | 10169 ||| Stepping ~*~*~tactically~*~*~ (outnumbered).
 10171 | D:11     | 10171 ||| Stepping ~*~*~tactically~*~*~ (outnumbered).
 10173 | D:11     | 10173 ||| Stepping ~*~*~tactically~*~*~ (outnumbered).
 10175 | D:11     | 10175 ||| Stepping ~*~*~tactically~*~*~ (outnumbered).
 10177 | D:11     | 10177 ||| Stepping ~*~*~tactically~*~*~ (outnumbered).
 10179 | D:11     | 10179 ||| Stepping ~*~*~tactically~*~*~ (outnumbered).
 10181 | D:11     | 10181 ||| Stepping ~*~*~tactically~*~*~ (outnumbered).
 10183 | D:11     | 10183 ||| Stepping ~*~*~tactically~*~*~ (outnumbered).
 10185 | D:11     | 10185 ||| Stepping ~*~*~tactically~*~*~ (outnumbered).
 10187 | D:11     | 10187 ||| Stepping ~*~*~tactically~*~*~ (outnumbered).
 10189 | D:11     | 10189 ||| Stepping ~*~*~tactically~*~*~ (outnumbered).
 10191 | D:11     | 10191 ||| Stepping ~*~*~tactically~*~*~ (outnumbered).
 10193 | D:11     | 10193 ||| Stepping ~*~*~tactically~*~*~ (outnumbered).
 10195 | D:11     | 10195 ||| Stepping ~*~*~tactically~*~*~ (outnumbered).
 10197 | D:11     | 10197 ||| Stepping ~*~*~tactically~*~*~ (outnumbered).
 10199 | D:11     | 10199 ||| Stepping ~*~*~tactically~*~*~ (outnumbered).
 10201 | D:11     | 10201 ||| Stepping ~*~*~tactically~*~*~ (outnumbered).
 10203 | D:11     | 10203 ||| Stepping ~*~*~tactically~*~*~ (outnumbered).
 10205 | D:11     | 10205 ||| Stepping ~*~*~tactically~*~*~ (outnumbered).
 10207 | D:11     | 10207 ||| Stepping ~*~*~tactically~*~*~ (outnumbered).
 10209 | D:11     | 10209 ||| Stepping ~*~*~tactically~*~*~ (outnumbered).
 10211 | D:11     | 10211 ||| Stepping ~*~*~tactically~*~*~ (outnumbered).
 10213 | D:11     | 10213 ||| Stepping ~*~*~tactically~*~*~ (outnumbered).
 10215 | D:11     | 10215 ||| Stepping ~*~*~tactically~*~*~ (outnumbered).
 10217 | D:11     | 10217 ||| Stepping ~*~*~tactically~*~*~ (outnumbered).
 10219 | D:11     | 10219 ||| Stepping ~*~*~tactically~*~*~ (outnumbered).
 10221 | D:11     | 10221 ||| Stepping ~*~*~tactically~*~*~ (outnumbered).
 10223 | D:11     | 10223 ||| Stepping ~*~*~tactically~*~*~ (outnumbered).
 10225 | D:11     | 10225 ||| Stepping ~*~*~tactically~*~*~ (outnumbered).
 10227 | D:11     | 10227 ||| Stepping ~*~*~tactically~*~*~ (outnumbered).
 10229 | D:11     | 10229 ||| Stepping ~*~*~tactically~*~*~ (outnumbered).
 10231 | D:11     | 10231 ||| Stepping ~*~*~tactically~*~*~ (outnumbered).
 10233 | D:11     | 10233 ||| Stepping ~*~*~tactically~*~*~ (outnumbered).
 10235 | D:11     | 10235 ||| Stepping ~*~*~tactically~*~*~ (outnumbered).
 10237 | D:11     | 10237 ||| Stepping ~*~*~tactically~*~*~ (outnumbered).
 10239 | D:11     | 10239 ||| Stepping ~*~*~tactically~*~*~ (outnumbered).
 10241 | D:11     | 10241 ||| Stepping ~*~*~tactically~*~*~ (outnumbered).
 10243 | D:11     | 10243 ||| Stepping ~*~*~tactically~*~*~ (outnumbered).
 10245 | D:11     | 10245 ||| Stepping ~*~*~tactically~*~*~ (outnumbered).
 10247 | D:11     | 10247 ||| Stepping ~*~*~tactically~*~*~ (outnumbered).
 10249 | D:11     | 10249 ||| Stepping ~*~*~tactically~*~*~ (outnumbered).
 10251 | D:11     | 10251 ||| Stepping ~*~*~tactically~*~*~ (outnumbered).
 10253 | D:11     | 10253 ||| Stepping ~*~*~tactically~*~*~ (outnumbered).
 10255 | D:11     | 10255 ||| Stepping ~*~*~tactically~*~*~ (outnumbered).
 10257 | D:11     | 10257 ||| Stepping ~*~*~tactically~*~*~ (outnumbered).
 10259 | D:11     | 10259 ||| Stepping ~*~*~tactically~*~*~ (outnumbered).
 10261 | D:11     | 10261 ||| Stepping ~*~*~tactically~*~*~ (outnumbered).
 10263 | D:11     | 10263 ||| Stepping ~*~*~tactically~*~*~ (outnumbered).
 10265 | D:11     | 10265 ||| Stepping ~*~*~tactically~*~*~ (outnumbered).
 10267 | D:11     | 10267 ||| Stepping ~*~*~tactically~*~*~ (outnumbered).
 10269 | D:11     | 10269 ||| Stepping ~*~*~tactically~*~*~ (outnumbered).
 10271 | D:11     | 10271 ||| Stepping ~*~*~tactically~*~*~ (outnumbered).
 10273 | D:11     | 10273 ||| Stepping ~*~*~tactically~*~*~ (outnumbered).
 10275 | D:11     | 10275 ||| Stepping ~*~*~tactically~*~*~ (outnumbered).
 10277 | D:11     | 10277 ||| Stepping ~*~*~tactically~*~*~ (outnumbered).
 10279 | D:11     | 10279 ||| Stepping ~*~*~tactically~*~*~ (outnumbered).
 10281 | D:11     | 10281 ||| Stepping ~*~*~tactically~*~*~ (outnumbered).
 10283 | D:11     | 10283 ||| Stepping ~*~*~tactically~*~*~ (outnumbered).
 10285 | D:11     | 10285 ||| Stepping ~*~*~tactically~*~*~ (outnumbered).
 10287 | D:11     | 10287 ||| Stepping ~*~*~tactically~*~*~ (outnumbered).
 10289 | D:11     | 10289 ||| Stepping ~*~*~tactically~*~*~ (outnumbered).
 10291 | D:11     | 10291 ||| Stepping ~*~*~tactically~*~*~ (outnumbered).
 10293 | D:11     | 10293 ||| Stepping ~*~*~tactically~*~*~ (outnumbered).
 10295 | D:11     | 10295 ||| Stepping ~*~*~tactically~*~*~ (outnumbered).
 10297 | D:11     | 10297 ||| Stepping ~*~*~tactically~*~*~ (outnumbered).
 10299 | D:11     | 10299 ||| Stepping ~*~*~tactically~*~*~ (outnumbered).
 10301 | D:11     | 10301 ||| Stepping ~*~*~tactically~*~*~ (outnumbered).
 10303 | D:11     | 10303 ||| Stepping ~*~*~tactically~*~*~ (outnumbered).
 10305 | D:11     | 10305 ||| Stepping ~*~*~tactically~*~*~ (outnumbered).
 10307 | D:11     | 10307 ||| Stepping ~*~*~tactically~*~*~ (outnumbered).
 10309 | D:11     | 10309 ||| Stepping ~*~*~tactically~*~*~ (outnumbered).
 10311 | D:11     | 10311 ||| Stepping ~*~*~tactically~*~*~ (outnumbered).
 10313 | D:11     | 10313 ||| Stepping ~*~*~tactically~*~*~ (outnumbered).
 10315 | D:11     | 10315 ||| Stepping ~*~*~tactically~*~*~ (outnumbered).
 10317 | D:11     | 10317 ||| Stepping ~*~*~tactically~*~*~ (outnumbered).
 10319 | D:11     | 10319 ||| Stepping ~*~*~tactically~*~*~ (outnumbered).
 10321 | D:11     | 10321 ||| Stepping ~*~*~tactically~*~*~ (outnumbered).
 10323 | D:11     | 10323 ||| Stepping ~*~*~tactically~*~*~ (outnumbered).
 10325 | D:11     | 10325 ||| Stepping ~*~*~tactically~*~*~ (outnumbered).
 10327 | D:11     | 10327 ||| Stepping ~*~*~tactically~*~*~ (outnumbered).
 10329 | D:11     | 10329 ||| Stepping ~*~*~tactically~*~*~ (outnumbered).
 10331 | D:11     | 10331 ||| Stepping ~*~*~tactically~*~*~ (outnumbered).
 10333 | D:11     | 10333 ||| Stepping ~*~*~tactically~*~*~ (outnumbered).
 10335 | D:11     | 10335 ||| Stepping ~*~*~tactically~*~*~ (outnumbered).
 10337 | D:11     | 10337 ||| Stepping ~*~*~tactically~*~*~ (outnumbered).
 10339 | D:11     | 10339 ||| Stepping ~*~*~tactically~*~*~ (outnumbered).
 10341 | D:11     | 10341 ||| Stepping ~*~*~tactically~*~*~ (outnumbered).
 10343 | D:11     | 10343 ||| Stepping ~*~*~tactically~*~*~ (outnumbered).
 10345 | D:11     | 10345 ||| Stepping ~*~*~tactically~*~*~ (outnumbered).
 10347 | D:11     | 10347 ||| Stepping ~*~*~tactically~*~*~ (outnumbered).
 10349 | D:11     | 10349 ||| Stepping ~*~*~tactically~*~*~ (outnumbered).
 10351 | D:11     | 10351 ||| Stepping ~*~*~tactically~*~*~ (outnumbered).
 10353 | D:11     | 10353 ||| Stepping ~*~*~tactically~*~*~ (outnumbered).
 10355 | D:11     | 10355 ||| Stepping ~*~*~tactically~*~*~ (outnumbered).
 10357 | D:11     | 10357 ||| Stepping ~*~*~tactically~*~*~ (outnumbered).
 10359 | D:11     | 10359 ||| Stepping ~*~*~tactically~*~*~ (outnumbered).
 10361 | D:11     | 10361 ||| Stepping ~*~*~tactically~*~*~ (outnumbered).
 10363 | D:11     | 10363 ||| Stepping ~*~*~tactically~*~*~ (outnumbered).
 10365 | D:11     | 10365 ||| Stepping ~*~*~tactically~*~*~ (outnumbered).
 10367 | D:11     | 10367 ||| Stepping ~*~*~tactically~*~*~ (outnumbered).
 10369 | D:11     | 10369 ||| Stepping ~*~*~tactically~*~*~ (outnumbered).
 10371 | D:11     | 10371 ||| Stepping ~*~*~tactically~*~*~ (outnumbered).
 10373 | D:11     | 10373 ||| Stepping ~*~*~tactically~*~*~ (outnumbered).
 10375 | D:11     | 10375 ||| Stepping ~*~*~tactically~*~*~ (outnumbered).
 10377 | D:11     | 10377 ||| Stepping ~*~*~tactically~*~*~ (outnumbered).
 10379 | D:11     | 10379 ||| Stepping ~*~*~tactically~*~*~ (outnumbered).
 10381 | D:11     | 10381 ||| Stepping ~*~*~tactically~*~*~ (outnumbered).
 10383 | D:11     | 10383 ||| Stepping ~*~*~tactically~*~*~ (outnumbered).
 10385 | D:11     | 10385 ||| Stepping ~*~*~tactically~*~*~ (outnumbered).
 10387 | D:11     | 10387 ||| Stepping ~*~*~tactically~*~*~ (outnumbered).
 10389 | D:11     | 10389 ||| Stepping ~*~*~tactically~*~*~ (outnumbered).
 10391 | D:11     | 10391 ||| Stepping ~*~*~tactically~*~*~ (outnumbered).
 10393 | D:11     | 10393 ||| Stepping ~*~*~tactically~*~*~ (outnumbered).
 10395 | D:11     | 10395 ||| Stepping ~*~*~tactically~*~*~ (outnumbered).
 10397 | D:11     | 10397 ||| Stepping ~*~*~tactically~*~*~ (outnumbered).
 10399 | D:11     | 10399 ||| Stepping ~*~*~tactically~*~*~ (outnumbered).
 10401 | D:11     | 10401 ||| Stepping ~*~*~tactically~*~*~ (outnumbered).
 10403 | D:11     | 10403 ||| Stepping ~*~*~tactically~*~*~ (outnumbered).
 10405 | D:11     | 10405 ||| Stepping ~*~*~tactically~*~*~ (outnumbered).
 10407 | D:11     | 10407 ||| Stepping ~*~*~tactically~*~*~ (outnumbered).
 10409 | D:11     | 10409 ||| Stepping ~*~*~tactically~*~*~ (outnumbered).
 10411 | D:11     | 10411 ||| Stepping ~*~*~tactically~*~*~ (outnumbered).
 10413 | D:11     | 10413 ||| Stepping ~*~*~tactically~*~*~ (outnumbered).
 10415 | D:11     | 10415 ||| Stepping ~*~*~tactically~*~*~ (outnumbered).
 10417 | D:11     | 10417 ||| Stepping ~*~*~tactically~*~*~ (outnumbered).
 10419 | D:11     | 10419 ||| Stepping ~*~*~tactically~*~*~ (outnumbered).
 10421 | D:11     | 10421 ||| Stepping ~*~*~tactically~*~*~ (outnumbered).
 10423 | D:11     | 10423 ||| Stepping ~*~*~tactically~*~*~ (outnumbered).
 10425 | D:11     | 10425 ||| Stepping ~*~*~tactically~*~*~ (outnumbered).
 10427 | D:11     | 10427 ||| Stepping ~*~*~tactically~*~*~ (outnumbered).
 10429 | D:11     | 10429 ||| Stepping ~*~*~tactically~*~*~ (outnumbered).
 10431 | D:11     | 10431 ||| Stepping ~*~*~tactically~*~*~ (outnumbered).
 10433 | D:11     | 10433 ||| Stepping ~*~*~tactically~*~*~ (outnumbered).
 10435 | D:11     | 10435 ||| Stepping ~*~*~tactically~*~*~ (outnumbered).
 10437 | D:11     | 10437 ||| Stepping ~*~*~tactically~*~*~ (outnumbered).
 10439 | D:11     | 10439 ||| Stepping ~*~*~tactically~*~*~ (outnumbered).
 10441 | D:11     | 10441 ||| Stepping ~*~*~tactically~*~*~ (outnumbered).
 10443 | D:11     | 10443 ||| Stepping ~*~*~tactically~*~*~ (outnumbered).
 10445 | D:11     | 10445 ||| Stepping ~*~*~tactically~*~*~ (outnumbered).
 10447 | D:11     | 10447 ||| Stepping ~*~*~tactically~*~*~ (outnumbered).
 10449 | D:11     | 10449 ||| Stepping ~*~*~tactically~*~*~ (outnumbered).
 10451 | D:11     | 10451 ||| Stepping ~*~*~tactically~*~*~ (outnumbered).
 10453 | D:11     | 10453 ||| Stepping ~*~*~tactically~*~*~ (outnumbered).
 10455 | D:11     | 10455 ||| Stepping ~*~*~tactically~*~*~ (outnumbered).
 10457 | D:11     | 10457 ||| Stepping ~*~*~tactically~*~*~ (outnumbered).
 10459 | D:11     | 10459 ||| Stepping ~*~*~tactically~*~*~ (outnumbered).
 10461 | D:11     | 10461 ||| Stepping ~*~*~tactically~*~*~ (outnumbered).
 10463 | D:11     | 10463 ||| Stepping ~*~*~tactically~*~*~ (outnumbered).
 10465 | D:11     | 10465 ||| Stepping ~*~*~tactically~*~*~ (outnumbered).
 10467 | D:11     | 10467 ||| Stepping ~*~*~tactically~*~*~ (outnumbered).
 10469 | D:11     | 10469 ||| Stepping ~*~*~tactically~*~*~ (outnumbered).
 10471 | D:11     | 10471 ||| Stepping ~*~*~tactically~*~*~ (outnumbered).
 10473 | D:11     | 10473 ||| Stepping ~*~*~tactically~*~*~ (outnumbered).
 10475 | D:11     | 10475 ||| Stepping ~*~*~tactically~*~*~ (outnumbered).
 10477 | D:11     | 10477 ||| Stepping ~*~*~tactically~*~*~ (outnumbered).
 10479 | D:11     | 10479 ||| Stepping ~*~*~tactically~*~*~ (outnumbered).
 10481 | D:11     | 10481 ||| Stepping ~*~*~tactically~*~*~ (outnumbered).
 10483 | D:11     | 10483 ||| Stepping ~*~*~tactically~*~*~ (outnumbered).
 10485 | D:11     | 10485 ||| Stepping ~*~*~tactically~*~*~ (outnumbered).
 10487 | D:11     | 10487 ||| Stepping ~*~*~tactically~*~*~ (outnumbered).
 10489 | D:11     | 10489 ||| Stepping ~*~*~tactically~*~*~ (outnumbered).
 10491 | D:11     | 10491 ||| Stepping ~*~*~tactically~*~*~ (outnumbered).
 10493 | D:11     | 10493 ||| Stepping ~*~*~tactically~*~*~ (outnumbered).
 10495 | D:11     | 10495 ||| Stepping ~*~*~tactically~*~*~ (outnumbered).
 10497 | D:11     | 10497 ||| Stepping ~*~*~tactically~*~*~ (outnumbered).
 10499 | D:11     | 10499 ||| Stepping ~*~*~tactically~*~*~ (outnumbered).
 10501 | D:11     | 10501 ||| Stepping ~*~*~tactically~*~*~ (outnumbered).
 10503 | D:11     | 10503 ||| Stepping ~*~*~tactically~*~*~ (outnumbered).
 10505 | D:11     | 10505 ||| Stepping ~*~*~tactically~*~*~ (outnumbered).
 10507 | D:11     | 10507 ||| Stepping ~*~*~tactically~*~*~ (outnumbered).
 10509 | D:11     | 10509 ||| Stepping ~*~*~tactically~*~*~ (outnumbered).
 10511 | D:11     | 10511 ||| Stepping ~*~*~tactically~*~*~ (outnumbered).
 10513 | D:11     | 10513 ||| Stepping ~*~*~tactically~*~*~ (outnumbered).
 10515 | D:11     | 10515 ||| Stepping ~*~*~tactically~*~*~ (outnumbered).
 10517 | D:11     | 10517 ||| Stepping ~*~*~tactically~*~*~ (outnumbered).
 10519 | D:11     | 10519 ||| Stepping ~*~*~tactically~*~*~ (outnumbered).
 10521 | D:11     | 10521 ||| Stepping ~*~*~tactically~*~*~ (outnumbered).
 10523 | D:11     | 10523 ||| Stepping ~*~*~tactically~*~*~ (outnumbered).
 10525 | D:11     | 10525 ||| Stepping ~*~*~tactically~*~*~ (outnumbered).
 10527 | D:11     | 10527 ||| Stepping ~*~*~tactically~*~*~ (outnumbered).
 10529 | D:11     | 10529 ||| Stepping ~*~*~tactically~*~*~ (outnumbered).
 10531 | D:11     | 10531 ||| Stepping ~*~*~tactically~*~*~ (outnumbered).
 10533 | D:11     | 10533 ||| Stepping ~*~*~tactically~*~*~ (outnumbered).
 10535 | D:11     | 10535 ||| Stepping ~*~*~tactically~*~*~ (outnumbered).
 10537 | D:11     | 10537 ||| Stepping ~*~*~tactically~*~*~ (outnumbered).
 10539 | D:11     | 10539 ||| Stepping ~*~*~tactically~*~*~ (outnumbered).
 10541 | D:11     | 10541 ||| Stepping ~*~*~tactically~*~*~ (outnumbered).
 10543 | D:11     | 10543 ||| Stepping ~*~*~tactically~*~*~ (outnumbered).
 10545 | D:11     | 10545 ||| Stepping ~*~*~tactically~*~*~ (outnumbered).
 10547 | D:11     | 10547 ||| Stepping ~*~*~tactically~*~*~ (outnumbered).
 10549 | D:11     | 10549 ||| Stepping ~*~*~tactically~*~*~ (outnumbered).
 10551 | D:11     | 10551 ||| Stepping ~*~*~tactically~*~*~ (outnumbered).
 10553 | D:11     | 10553 ||| Stepping ~*~*~tactically~*~*~ (outnumbered).
 10555 | D:11     | 10555 ||| Stepping ~*~*~tactically~*~*~ (outnumbered).
 10557 | D:11     | 10557 ||| Stepping ~*~*~tactically~*~*~ (outnumbered).
 10559 | D:11     | 10559 ||| Stepping ~*~*~tactically~*~*~ (outnumbered).
 10561 | D:11     | 10561 ||| Stepping ~*~*~tactically~*~*~ (outnumbered).
 10563 | D:11     | 10563 ||| Stepping ~*~*~tactically~*~*~ (outnumbered).
 10565 | D:11     | 10565 ||| Stepping ~*~*~tactically~*~*~ (outnumbered).
 10567 | D:11     | 10567 ||| Stepping ~*~*~tactically~*~*~ (outnumbered).
 10569 | D:11     | 10569 ||| Stepping ~*~*~tactically~*~*~ (outnumbered).
 10571 | D:11     | 10571 ||| Stepping ~*~*~tactically~*~*~ (outnumbered).
 10573 | D:11     | 10573 ||| Stepping ~*~*~tactically~*~*~ (outnumbered).
 10575 | D:11     | 10575 ||| Stepping ~*~*~tactically~*~*~ (outnumbered).
 10577 | D:11     | 10577 ||| Stepping ~*~*~tactically~*~*~ (outnumbered).
 10579 | D:11     | 10579 ||| Stepping ~*~*~tactically~*~*~ (outnumbered).
 10581 | D:11     | 10581 ||| Stepping ~*~*~tactically~*~*~ (outnumbered).
 10583 | D:11     | 10583 ||| Stepping ~*~*~tactically~*~*~ (outnumbered).
 10585 | D:11     | 10585 ||| Stepping ~*~*~tactically~*~*~ (outnumbered).
 10587 | D:11     | 10587 ||| Stepping ~*~*~tactically~*~*~ (outnumbered).
 10589 | D:11     | 10589 ||| Stepping ~*~*~tactically~*~*~ (outnumbered).
 10591 | D:11     | 10591 ||| Stepping ~*~*~tactically~*~*~ (outnumbered).
 10593 | D:11     | 10593 ||| Stepping ~*~*~tactically~*~*~ (outnumbered).
 10595 | D:11     | 10595 ||| Stepping ~*~*~tactically~*~*~ (outnumbered).
 10597 | D:11     | 10597 ||| Stepping ~*~*~tactically~*~*~ (outnumbered).
 10599 | D:11     | 10599 ||| Stepping ~*~*~tactically~*~*~ (outnumbered).
 10601 | D:11     | 10601 ||| Stepping ~*~*~tactically~*~*~ (outnumbered).
 10603 | D:11     | 10603 ||| Stepping ~*~*~tactically~*~*~ (outnumbered).
 10605 | D:11     | 10605 ||| Stepping ~*~*~tactically~*~*~ (outnumbered).
 10607 | D:11     | 10607 ||| Stepping ~*~*~tactically~*~*~ (outnumbered).
 10609 | D:11     | 10609 ||| Stepping ~*~*~tactically~*~*~ (outnumbered).
 10611 | D:11     | 10611 ||| Stepping ~*~*~tactically~*~*~ (outnumbered).
 10613 | D:11     | 10613 ||| Stepping ~*~*~tactically~*~*~ (outnumbered).
 10615 | D:11     | 10615 ||| Stepping ~*~*~tactically~*~*~ (outnumbered).
 10617 | D:11     | 10617 ||| Stepping ~*~*~tactically~*~*~ (outnumbered).
 10619 | D:11     | 10619 ||| Stepping ~*~*~tactically~*~*~ (outnumbered).
 10621 | D:11     | 10621 ||| Stepping ~*~*~tactically~*~*~ (outnumbered).
 10623 | D:11     | 10623 ||| Stepping ~*~*~tactically~*~*~ (outnumbered).
 10625 | D:11     | 10625 ||| Stepping ~*~*~tactically~*~*~ (outnumbered).
 10627 | D:11     | 10627 ||| Stepping ~*~*~tactically~*~*~ (outnumbered).
 10629 | D:11     | 10629 ||| Stepping ~*~*~tactically~*~*~ (outnumbered).
 10631 | D:11     | 10631 ||| Stepping ~*~*~tactically~*~*~ (outnumbered).
 10633 | D:11     | 10633 ||| Stepping ~*~*~tactically~*~*~ (outnumbered).
 10635 | D:11     | 10635 ||| Stepping ~*~*~tactically~*~*~ (outnumbered).
 10637 | D:11     | 10637 ||| Stepping ~*~*~tactically~*~*~ (outnumbered).
 10639 | D:11     | 10639 ||| Stepping ~*~*~tactically~*~*~ (outnumbered).
 10641 | D:11     | 10641 ||| Stepping ~*~*~tactically~*~*~ (outnumbered).
 10643 | D:11     | 10643 ||| Stepping ~*~*~tactically~*~*~ (outnumbered).
 10645 | D:11     | 10645 ||| Stepping ~*~*~tactically~*~*~ (outnumbered).
 10647 | D:11     | 10647 ||| Stepping ~*~*~tactically~*~*~ (outnumbered).
 10649 | D:11     | 10649 ||| Stepping ~*~*~tactically~*~*~ (outnumbered).
 10651 | D:11     | 10651 ||| Stepping ~*~*~tactically~*~*~ (outnumbered).
 10653 | D:11     | 10653 ||| Stepping ~*~*~tactically~*~*~ (outnumbered).
 10655 | D:11     | 10655 ||| Stepping ~*~*~tactically~*~*~ (outnumbered).
 10657 | D:11     | 10657 ||| Stepping ~*~*~tactically~*~*~ (outnumbered).
 10659 | D:11     | 10659 ||| Stepping ~*~*~tactically~*~*~ (outnumbered).
 10661 | D:11     | 10661 ||| Stepping ~*~*~tactically~*~*~ (outnumbered).
 10663 | D:11     | 10663 ||| Stepping ~*~*~tactically~*~*~ (outnumbered).
 10665 | D:11     | 10665 ||| Stepping ~*~*~tactically~*~*~ (outnumbered).
 10667 | D:11     | 10667 ||| Stepping ~*~*~tactically~*~*~ (outnumbered).
 10669 | D:11     | 10669 ||| Stepping ~*~*~tactically~*~*~ (outnumbered).
 10671 | D:11     | 10671 ||| Stepping ~*~*~tactically~*~*~ (outnumbered).
 10673 | D:11     | 10673 ||| Stepping ~*~*~tactically~*~*~ (outnumbered).
 10675 | D:11     | 10675 ||| Stepping ~*~*~tactically~*~*~ (outnumbered).
 10677 | D:11     | 10677 ||| Stepping ~*~*~tactically~*~*~ (outnumbered).
 10679 | D:11     | 10679 ||| Stepping ~*~*~tactically~*~*~ (outnumbered).
 10681 | D:11     | 10681 ||| Stepping ~*~*~tactically~*~*~ (outnumbered).
 10683 | D:11     | 10683 ||| Stepping ~*~*~tactically~*~*~ (outnumbered).
 10685 | D:11     | 10685 ||| Stepping ~*~*~tactically~*~*~ (outnumbered).
 10687 | D:11     | 10687 ||| Stepping ~*~*~tactically~*~*~ (outnumbered).
 10689 | D:11     | 10689 ||| Stepping ~*~*~tactically~*~*~ (outnumbered).
 10691 | D:11     | 10691 ||| Stepping ~*~*~tactically~*~*~ (outnumbered).
 10693 | D:11     | 10693 ||| Stepping ~*~*~tactically~*~*~ (outnumbered).
 10695 | D:11     | 10695 ||| Stepping ~*~*~tactically~*~*~ (outnumbered).
 10697 | D:11     | 10697 ||| Stepping ~*~*~tactically~*~*~ (outnumbered).
 10699 | D:11     | 10699 ||| Stepping ~*~*~tactically~*~*~ (outnumbered).
 10701 | D:11     | 10701 ||| Stepping ~*~*~tactically~*~*~ (outnumbered).
 10703 | D:11     | 10703 ||| Stepping ~*~*~tactically~*~*~ (outnumbered).
 10705 | D:11     | 10705 ||| Stepping ~*~*~tactically~*~*~ (outnumbered).
 10707 | D:11     | 10707 ||| Stepping ~*~*~tactically~*~*~ (outnumbered).
 10709 | D:11     | 10709 ||| Stepping ~*~*~tactically~*~*~ (outnumbered).
 10711 | D:11     | 10711 ||| Stepping ~*~*~tactically~*~*~ (outnumbered).
 10713 | D:11     | 10713 ||| Stepping ~*~*~tactically~*~*~ (outnumbered).
 10715 | D:11     | 10715 ||| Stepping ~*~*~tactically~*~*~ (outnumbered).
 10717 | D:11     | 10717 ||| Stepping ~*~*~tactically~*~*~ (outnumbered).
 10719 | D:11     | 10719 ||| Stepping ~*~*~tactically~*~*~ (outnumbered).
 10721 | D:11     | 10721 ||| Stepping ~*~*~tactically~*~*~ (outnumbered).
 10723 | D:11     | 10723 ||| Stepping ~*~*~tactically~*~*~ (outnumbered).
 10725 | D:11     | 10725 ||| Stepping ~*~*~tactically~*~*~ (outnumbered).
 10727 | D:11     | 10727 ||| Stepping ~*~*~tactically~*~*~ (outnumbered).
 10729 | D:11     | 10729 ||| Stepping ~*~*~tactically~*~*~ (outnumbered).
 10731 | D:11     | 10731 ||| Stepping ~*~*~tactically~*~*~ (outnumbered).
 10733 | D:11     | 10733 ||| Stepping ~*~*~tactically~*~*~ (outnumbered).
 10735 | D:11     | 10735 ||| Stepping ~*~*~tactically~*~*~ (outnumbered).
 10737 | D:11     | 10737 ||| Stepping ~*~*~tactically~*~*~ (outnumbered).
 10739 | D:11     | 10739 ||| Stepping ~*~*~tactically~*~*~ (outnumbered).
 10741 | D:11     | 10741 ||| Stepping ~*~*~tactically~*~*~ (outnumbered).
 10743 | D:11     | 10743 ||| Stepping ~*~*~tactically~*~*~ (outnumbered).
 10745 | D:11     | 10745 ||| Stepping ~*~*~tactically~*~*~ (outnumbered).
 10747 | D:11     | 10747 ||| Stepping ~*~*~tactically~*~*~ (outnumbered).
 10749 | D:11     | 10749 ||| Stepping ~*~*~tactically~*~*~ (outnumbered).
 10751 | D:11     | 10751 ||| Stepping ~*~*~tactically~*~*~ (outnumbered).
 10753 | D:11     | 10753 ||| Stepping ~*~*~tactically~*~*~ (outnumbered).
 10755 | D:11     | 10755 ||| Stepping ~*~*~tactically~*~*~ (outnumbered).
 10757 | D:11     | 10757 ||| Stepping ~*~*~tactically~*~*~ (outnumbered).
 10759 | D:11     | 10759 ||| Stepping ~*~*~tactically~*~*~ (outnumbered).
 10761 | D:11     | 10761 ||| Stepping ~*~*~tactically~*~*~ (outnumbered).
 10763 | D:11     | 10763 ||| Stepping ~*~*~tactically~*~*~ (outnumbered).
 10765 | D:11     | 10765 ||| Stepping ~*~*~tactically~*~*~ (outnumbered).
 10767 | D:11     | 10767 ||| Stepping ~*~*~tactically~*~*~ (outnumbered).
 10769 | D:11     | 10769 ||| Stepping ~*~*~tactically~*~*~ (outnumbered).
 10771 | D:11     | 10771 ||| Stepping ~*~*~tactically~*~*~ (outnumbered).
 10773 | D:11     | 10773 ||| Stepping ~*~*~tactically~*~*~ (outnumbered).
 10775 | D:11     | 10775 ||| Stepping ~*~*~tactically~*~*~ (outnumbered).
 10777 | D:11     | 10777 ||| Stepping ~*~*~tactically~*~*~ (outnumbered).
 10779 | D:11     | 10779 ||| Stepping ~*~*~tactically~*~*~ (outnumbered).
 10781 | D:11     | 10781 ||| Stepping ~*~*~tactically~*~*~ (outnumbered).
 10783 | D:11     | 10783 ||| Stepping ~*~*~tactically~*~*~ (outnumbered).
 10785 | D:11     | 10785 ||| Stepping ~*~*~tactically~*~*~ (outnumbered).
 10787 | D:11     | 10787 ||| Stepping ~*~*~tactically~*~*~ (outnumbered).
 10789 | D:11     | 10789 ||| Stepping ~*~*~tactically~*~*~ (outnumbered).
 10791 | D:11     | 10791 ||| Stepping ~*~*~tactically~*~*~ (outnumbered).
 10793 | D:11     | 10793 ||| Stepping ~*~*~tactically~*~*~ (outnumbered).
 10795 | D:11     | 10795 ||| Stepping ~*~*~tactically~*~*~ (outnumbered).
 10797 | D:11     | 10797 ||| Stepping ~*~*~tactically~*~*~ (outnumbered).
 10799 | D:11     | 10799 ||| Stepping ~*~*~tactically~*~*~ (outnumbered).
 10801 | D:11     | 10801 ||| Stepping ~*~*~tactically~*~*~ (outnumbered).
 10803 | D:11     | 10803 ||| Stepping ~*~*~tactically~*~*~ (outnumbered).
 10805 | D:11     | 10805 ||| Stepping ~*~*~tactically~*~*~ (outnumbered).
 10807 | D:11     | 10807 ||| Stepping ~*~*~tactically~*~*~ (outnumbered).
 10809 | D:11     | 10809 ||| Stepping ~*~*~tactically~*~*~ (outnumbered).
 10811 | D:11     | 10811 ||| Stepping ~*~*~tactically~*~*~ (outnumbered).
 10813 | D:11     | 10813 ||| Stepping ~*~*~tactically~*~*~ (outnumbered).
 10815 | D:11     | 10815 ||| Stepping ~*~*~tactically~*~*~ (outnumbered).
 10817 | D:11     | 10817 ||| Stepping ~*~*~tactically~*~*~ (outnumbered).
 10819 | D:11     | 10819 ||| Stepping ~*~*~tactically~*~*~ (outnumbered).
 10821 | D:11     | 10821 ||| Stepping ~*~*~tactically~*~*~ (outnumbered).
 10823 | D:11     | 10823 ||| Stepping ~*~*~tactically~*~*~ (outnumbered).
 10825 | D:11     | 10825 ||| Stepping ~*~*~tactically~*~*~ (outnumbered).
 10827 | D:11     | 10827 ||| Stepping ~*~*~tactically~*~*~ (outnumbered).
 10829 | D:11     | 10829 ||| Stepping ~*~*~tactically~*~*~ (outnumbered).
 10831 | D:11     | 10831 ||| Stepping ~*~*~tactically~*~*~ (outnumbered).
 10833 | D:11     | 10833 ||| Stepping ~*~*~tactically~*~*~ (outnumbered).
 10835 | D:11     | 10835 ||| Stepping ~*~*~tactically~*~*~ (outnumbered).
 10837 | D:11     | 10837 ||| Stepping ~*~*~tactically~*~*~ (outnumbered).
 10839 | D:11     | 10839 ||| Stepping ~*~*~tactically~*~*~ (outnumbered).
 10841 | D:11     | 10841 ||| Stepping ~*~*~tactically~*~*~ (outnumbered).
 10843 | D:11     | 10843 ||| Stepping ~*~*~tactically~*~*~ (outnumbered).
 10845 | D:11     | 10845 ||| Stepping ~*~*~tactically~*~*~ (outnumbered).
 10847 | D:11     | 10847 ||| Stepping ~*~*~tactically~*~*~ (outnumbered).
 10849 | D:11     | 10849 ||| Stepping ~*~*~tactically~*~*~ (outnumbered).
 10851 | D:11     | 10851 ||| Stepping ~*~*~tactically~*~*~ (outnumbered).
 10853 | D:11     | 10853 ||| Stepping ~*~*~tactically~*~*~ (outnumbered).
 10855 | D:11     | 10855 ||| Stepping ~*~*~tactically~*~*~ (outnumbered).
 10857 | D:11     | 10857 ||| Stepping ~*~*~tactically~*~*~ (outnumbered).
 10859 | D:11     | 10859 ||| Stepping ~*~*~tactically~*~*~ (outnumbered).
 10861 | D:11     | 10861 ||| Stepping ~*~*~tactically~*~*~ (outnumbered).
 10863 | D:11     | 10863 ||| Stepping ~*~*~tactically~*~*~ (outnumbered).
 10865 | D:11     | 10865 ||| Stepping ~*~*~tactically~*~*~ (outnumbered).
 10867 | D:11     | 10867 ||| Stepping ~*~*~tactically~*~*~ (outnumbered).
 10869 | D:11     | 10869 ||| Stepping ~*~*~tactically~*~*~ (outnumbered).
 10871 | D:11     | 10871 ||| Stepping ~*~*~tactically~*~*~ (outnumbered).
 10873 | D:11     | 10873 ||| Stepping ~*~*~tactically~*~*~ (outnumbered).
 10875 | D:11     | 10875 ||| Stepping ~*~*~tactically~*~*~ (outnumbered).
 10877 | D:11     | 10877 ||| Stepping ~*~*~tactically~*~*~ (outnumbered).
 10879 | D:11     | 10879 ||| Stepping ~*~*~tactically~*~*~ (outnumbered).
 10881 | D:11     | 10881 ||| Stepping ~*~*~tactically~*~*~ (outnumbered).
 10883 | D:11     | 10883 ||| Stepping ~*~*~tactically~*~*~ (outnumbered).
 10885 | D:11     | 10885 ||| Stepping ~*~*~tactically~*~*~ (outnumbered).
 10887 | D:11     | 10887 ||| Stepping ~*~*~tactically~*~*~ (outnumbered).
 10889 | D:11     | 10889 ||| Stepping ~*~*~tactically~*~*~ (outnumbered).
 10891 | D:11     | 10891 ||| Stepping ~*~*~tactically~*~*~ (outnumbered).
 10893 | D:11     | 10893 ||| Stepping ~*~*~tactically~*~*~ (outnumbered).
 10895 | D:11     | 10895 ||| Stepping ~*~*~tactically~*~*~ (outnumbered).
 10897 | D:11     | 10897 ||| Stepping ~*~*~tactically~*~*~ (outnumbered).
 10899 | D:11     | 10899 ||| Stepping ~*~*~tactically~*~*~ (outnumbered).
 10901 | D:11     | 10901 ||| Stepping ~*~*~tactically~*~*~ (outnumbered).
 10903 | D:11     | 10903 ||| Stepping ~*~*~tactically~*~*~ (outnumbered).
 10905 | D:11     | 10905 ||| Stepping ~*~*~tactically~*~*~ (outnumbered).
 10907 | D:11     | 10907 ||| Stepping ~*~*~tactically~*~*~ (outnumbered).
 10909 | D:11     | 10909 ||| Stepping ~*~*~tactically~*~*~ (outnumbered).
 10911 | D:11     | 10911 ||| Stepping ~*~*~tactically~*~*~ (outnumbered).
 10913 | D:11     | 10913 ||| Stepping ~*~*~tactically~*~*~ (outnumbered).
 10915 | D:11     | 10915 ||| Stepping ~*~*~tactically~*~*~ (outnumbered).
 10917 | D:11     | 10917 ||| Stepping ~*~*~tactically~*~*~ (outnumbered).
 10919 | D:11     | 10919 ||| Stepping ~*~*~tactically~*~*~ (outnumbered).
 10921 | D:11     | 10921 ||| Stepping ~*~*~tactically~*~*~ (outnumbered).
 10923 | D:11     | 10923 ||| Stepping ~*~*~tactically~*~*~ (outnumbered).
 10925 | D:11     | 10925 ||| Stepping ~*~*~tactically~*~*~ (outnumbered).
 10927 | D:11     | 10927 ||| Stepping ~*~*~tactically~*~*~ (outnumbered).
 10929 | D:11     | 10929 ||| Stepping ~*~*~tactically~*~*~ (outnumbered).
 10931 | D:11     | 10931 ||| Stepping ~*~*~tactically~*~*~ (outnumbered).
 10933 | D:11     | 10933 ||| Stepping ~*~*~tactically~*~*~ (outnumbered).
 10935 | D:11     | 10935 ||| Stepping ~*~*~tactically~*~*~ (outnumbered).
 10937 | D:11     | 10937 ||| Stepping ~*~*~tactically~*~*~ (outnumbered).
 10939 | D:11     | 10939 ||| Stepping ~*~*~tactically~*~*~ (outnumbered).
 10941 | D:11     | 10941 ||| Stepping ~*~*~tactically~*~*~ (outnumbered).
 10943 | D:11     | 10943 ||| Stepping ~*~*~tactically~*~*~ (outnumbered).
 10945 | D:11     | 10945 ||| Stepping ~*~*~tactically~*~*~ (outnumbered).
 10947 | D:11     | 10947 ||| Stepping ~*~*~tactically~*~*~ (outnumbered).
 10949 | D:11     | 10949 ||| Stepping ~*~*~tactically~*~*~ (outnumbered).
 10951 | D:11     | 10951 ||| Stepping ~*~*~tactically~*~*~ (outnumbered).
 10953 | D:11     | 10953 ||| Stepping ~*~*~tactically~*~*~ (outnumbered).
 10955 | D:11     | 10955 ||| Stepping ~*~*~tactically~*~*~ (outnumbered).
 10957 | D:11     | 10957 ||| Stepping ~*~*~tactically~*~*~ (outnumbered).
 10959 | D:11     | 10959 ||| Stepping ~*~*~tactically~*~*~ (outnumbered).
 10961 | D:11     | 10961 ||| Stepping ~*~*~tactically~*~*~ (outnumbered).
 10963 | D:11     | 10963 ||| Stepping ~*~*~tactically~*~*~ (outnumbered).
 10965 | D:11     | 10965 ||| Stepping ~*~*~tactically~*~*~ (outnumbered).
 10967 | D:11     | 10967 ||| Stepping ~*~*~tactically~*~*~ (outnumbered).
 10969 | D:11     | 10969 ||| Stepping ~*~*~tactically~*~*~ (outnumbered).
 10971 | D:11     | 10971 ||| Stepping ~*~*~tactically~*~*~ (outnumbered).
 10973 | D:11     | 10973 ||| Stepping ~*~*~tactically~*~*~ (outnumbered).
 10975 | D:11     | 10975 ||| Stepping ~*~*~tactically~*~*~ (outnumbered).
 10977 | D:11     | 10977 ||| Stepping ~*~*~tactically~*~*~ (outnumbered).
 10979 | D:11     | 10979 ||| Stepping ~*~*~tactically~*~*~ (outnumbered).
 10981 | D:11     | 10981 ||| Stepping ~*~*~tactically~*~*~ (outnumbered).
 10983 | D:11     | 10983 ||| Stepping ~*~*~tactically~*~*~ (outnumbered).
 10985 | D:11     | 10985 ||| Stepping ~*~*~tactically~*~*~ (outnumbered).
 10987 | D:11     | 10987 ||| Stepping ~*~*~tactically~*~*~ (outnumbered).
 10989 | D:11     | 10989 ||| Stepping ~*~*~tactically~*~*~ (outnumbered).
 10991 | D:11     | 10991 ||| Stepping ~*~*~tactically~*~*~ (outnumbered).
 10993 | D:11     | 10993 ||| Stepping ~*~*~tactically~*~*~ (outnumbered).
 10995 | D:11     | 10995 ||| Stepping ~*~*~tactically~*~*~ (outnumbered).
 10997 | D:11     | 10997 ||| Stepping ~*~*~tactically~*~*~ (outnumbered).
 10999 | D:11     | 10999 ||| Stepping ~*~*~tactically~*~*~ (outnumbered).
 11001 | D:11     | 11001 ||| Stepping ~*~*~tactically~*~*~ (outnumbered).
 11003 | D:11     | 11003 ||| Stepping ~*~*~tactically~*~*~ (outnumbered).
 11005 | D:11     | 11005 ||| Stepping ~*~*~tactically~*~*~ (outnumbered).
 11007 | D:11     | 11007 ||| Stepping ~*~*~tactically~*~*~ (outnumbered).
 11009 | D:11     | 11009 ||| Stepping ~*~*~tactically~*~*~ (outnumbered).
 11011 | D:11     | 11011 ||| Stepping ~*~*~tactically~*~*~ (outnumbered).
 11013 | D:11     | 11013 ||| Stepping ~*~*~tactically~*~*~ (outnumbered).
 11015 | D:11     | 11015 ||| Stepping ~*~*~tactically~*~*~ (outnumbered).
 11017 | D:11     | 11017 ||| Stepping ~*~*~tactically~*~*~ (outnumbered).
 11019 | D:11     | 11019 ||| Stepping ~*~*~tactically~*~*~ (outnumbered).
 11021 | D:11     | 11021 ||| Stepping ~*~*~tactically~*~*~ (outnumbered).
 11023 | D:11     | 11023 ||| Stepping ~*~*~tactically~*~*~ (outnumbered).
 11025 | D:11     | 11025 ||| Stepping ~*~*~tactically~*~*~ (outnumbered).
 11027 | D:11     | 11027 ||| Stepping ~*~*~tactically~*~*~ (outnumbered).
 11029 | D:11     | 11029 ||| Stepping ~*~*~tactically~*~*~ (outnumbered).
 11031 | D:11     | 11031 ||| Stepping ~*~*~tactically~*~*~ (outnumbered).
 11033 | D:11     | 11033 ||| Stepping ~*~*~tactically~*~*~ (outnumbered).
 11035 | D:11     | 11035 ||| Stepping ~*~*~tactically~*~*~ (outnumbered).
 11037 | D:11     | 11037 ||| Stepping ~*~*~tactically~*~*~ (outnumbered).
 11039 | D:11     | 11039 ||| Stepping ~*~*~tactically~*~*~ (outnumbered).
 11041 | D:11     | 11041 ||| Stepping ~*~*~tactically~*~*~ (outnumbered).
 11043 | D:11     | 11043 ||| Stepping ~*~*~tactically~*~*~ (outnumbered).
 11045 | D:11     | 11045 ||| Stepping ~*~*~tactically~*~*~ (outnumbered).
 11047 | D:11     | 11047 ||| Stepping ~*~*~tactically~*~*~ (outnumbered).
 11049 | D:11     | 11049 ||| Stepping ~*~*~tactically~*~*~ (outnumbered).
 11051 | D:11     | 11051 ||| Stepping ~*~*~tactically~*~*~ (outnumbered).
 11053 | D:11     | 11053 ||| Stepping ~*~*~tactically~*~*~ (outnumbered).
 11055 | D:11     | 11055 ||| Stepping ~*~*~tactically~*~*~ (outnumbered).
 11057 | D:11     | 11057 ||| Stepping ~*~*~tactically~*~*~ (outnumbered).
 11059 | D:11     | 11059 ||| Stepping ~*~*~tactically~*~*~ (outnumbered).
 11061 | D:11     | 11061 ||| Stepping ~*~*~tactically~*~*~ (outnumbered).
 11063 | D:11     | 11063 ||| Stepping ~*~*~tactically~*~*~ (outnumbered).
 11065 | D:11     | 11065 ||| Stepping ~*~*~tactically~*~*~ (outnumbered).
 11067 | D:11     | 11067 ||| Stepping ~*~*~tactically~*~*~ (outnumbered).
 11069 | D:11     | 11069 ||| Stepping ~*~*~tactically~*~*~ (outnumbered).
 11071 | D:11     | 11071 ||| Stepping ~*~*~tactically~*~*~ (outnumbered).
 11073 | D:11     | 11073 ||| Stepping ~*~*~tactically~*~*~ (outnumbered).
 11075 | D:11     | 11075 ||| Stepping ~*~*~tactically~*~*~ (outnumbered).
 11077 | D:11     | 11077 ||| Stepping ~*~*~tactically~*~*~ (outnumbered).
 11079 | D:11     | 11079 ||| Stepping ~*~*~tactically~*~*~ (outnumbered).
 11081 | D:11     | 11081 ||| Stepping ~*~*~tactically~*~*~ (outnumbered).
 11083 | D:11     | 11083 ||| Stepping ~*~*~tactically~*~*~ (outnumbered).
 11085 | D:11     | 11085 ||| Stepping ~*~*~tactically~*~*~ (outnumbered).
 11087 | D:11     | 11087 ||| Stepping ~*~*~tactically~*~*~ (outnumbered).
 11089 | D:11     | 11089 ||| Stepping ~*~*~tactically~*~*~ (outnumbered).
 11091 | D:11     | 11091 ||| Stepping ~*~*~tactically~*~*~ (outnumbered).
 11093 | D:11     | 11093 ||| Stepping ~*~*~tactically~*~*~ (outnumbered).
 11095 | D:11     | 11095 ||| Stepping ~*~*~tactically~*~*~ (outnumbered).
 11097 | D:11     | 11097 ||| Stepping ~*~*~tactically~*~*~ (outnumbered).
 11099 | D:11     | 11099 ||| Stepping ~*~*~tactically~*~*~ (outnumbered).
 11101 | D:11     | 11101 ||| Stepping ~*~*~tactically~*~*~ (outnumbered).
 11103 | D:11     | 11103 ||| Stepping ~*~*~tactically~*~*~ (outnumbered).
 11105 | D:11     | 11105 ||| Stepping ~*~*~tactically~*~*~ (outnumbered).
 11107 | D:11     | 11107 ||| Stepping ~*~*~tactically~*~*~ (outnumbered).
 11109 | D:11     | 11109 ||| Stepping ~*~*~tactically~*~*~ (outnumbered).
 11111 | D:11     | 11111 ||| Stepping ~*~*~tactically~*~*~ (outnumbered).
 11113 | D:11     | 11113 ||| Stepping ~*~*~tactically~*~*~ (outnumbered).
 11115 | D:11     | 11115 ||| Stepping ~*~*~tactically~*~*~ (outnumbered).
 11117 | D:11     | 11117 ||| Stepping ~*~*~tactically~*~*~ (outnumbered).
 11119 | D:11     | 11119 ||| Stepping ~*~*~tactically~*~*~ (outnumbered).
 11121 | D:11     | 11121 ||| Stepping ~*~*~tactically~*~*~ (outnumbered).
 11123 | D:11     | 11123 ||| Stepping ~*~*~tactically~*~*~ (outnumbered).
 11125 | D:11     | 11125 ||| Stepping ~*~*~tactically~*~*~ (outnumbered).
 11127 | D:11     | 11127 ||| Stepping ~*~*~tactically~*~*~ (outnumbered).
 11129 | D:11     | 11129 ||| Stepping ~*~*~tactically~*~*~ (outnumbered).
 11131 | D:11     | 11131 ||| Stepping ~*~*~tactically~*~*~ (outnumbered).
 11133 | D:11     | 11133 ||| Stepping ~*~*~tactically~*~*~ (outnumbered).
 11135 | D:11     | 11135 ||| Stepping ~*~*~tactically~*~*~ (outnumbered).
 11137 | D:11     | 11137 ||| Stepping ~*~*~tactically~*~*~ (outnumbered).
 11139 | D:11     | 11139 ||| Stepping ~*~*~tactically~*~*~ (outnumbered).
 11141 | D:11     | 11141 ||| Stepping ~*~*~tactically~*~*~ (outnumbered).
 11143 | D:11     | 11143 ||| Stepping ~*~*~tactically~*~*~ (outnumbered).
 11145 | D:11     | 11145 ||| Stepping ~*~*~tactically~*~*~ (outnumbered).
 11147 | D:11     | 11147 ||| Stepping ~*~*~tactically~*~*~ (outnumbered).
 11149 | D:11     | 11149 ||| Stepping ~*~*~tactically~*~*~ (outnumbered).
 11151 | D:11     | 11151 ||| Stepping ~*~*~tactically~*~*~ (outnumbered).
 11153 | D:11     | 11153 ||| Stepping ~*~*~tactically~*~*~ (outnumbered).
 11155 | D:11     | 11155 ||| Stepping ~*~*~tactically~*~*~ (outnumbered).
 11157 | D:11     | 11157 ||| Stepping ~*~*~tactically~*~*~ (outnumbered).
 11159 | D:11     | 11159 ||| Stepping ~*~*~tactically~*~*~ (outnumbered).
 11161 | D:11     | 11161 ||| Stepping ~*~*~tactically~*~*~ (outnumbered).
 11163 | D:11     | 11163 ||| Stepping ~*~*~tactically~*~*~ (outnumbered).
 11165 | D:11     | 11165 ||| Stepping ~*~*~tactically~*~*~ (outnumbered).
 11167 | D:11     | 11167 ||| Stepping ~*~*~tactically~*~*~ (outnumbered).
 11169 | D:11     | 11169 ||| Stepping ~*~*~tactically~*~*~ (outnumbered).
 11171 | D:11     | 11171 ||| Stepping ~*~*~tactically~*~*~ (outnumbered).
 11173 | D:11     | 11173 ||| Stepping ~*~*~tactically~*~*~ (outnumbered).
 11175 | D:11     | 11175 ||| Stepping ~*~*~tactically~*~*~ (outnumbered).
 11177 | D:11     | 11177 ||| Stepping ~*~*~tactically~*~*~ (outnumbered).
 11179 | D:11     | 11179 ||| Stepping ~*~*~tactically~*~*~ (outnumbered).
 11181 | D:11     | 11181 ||| Stepping ~*~*~tactically~*~*~ (outnumbered).
 11183 | D:11     | 11183 ||| Stepping ~*~*~tactically~*~*~ (outnumbered).
 11185 | D:11     | 11185 ||| Stepping ~*~*~tactically~*~*~ (outnumbered).
 11187 | D:11     | 11187 ||| Stepping ~*~*~tactically~*~*~ (outnumbered).
 11189 | D:11     | 11189 ||| Stepping ~*~*~tactically~*~*~ (outnumbered).
 11191 | D:11     | 11191 ||| Stepping ~*~*~tactically~*~*~ (outnumbered).
 11193 | D:11     | 11193 ||| Stepping ~*~*~tactically~*~*~ (outnumbered).
 11195 | D:11     | 11195 ||| Stepping ~*~*~tactically~*~*~ (outnumbered).
 11197 | D:11     | 11197 ||| Stepping ~*~*~tactically~*~*~ (outnumbered).
 11199 | D:11     | 11199 ||| Stepping ~*~*~tactically~*~*~ (outnumbered).
 11201 | D:11     | 11201 ||| Stepping ~*~*~tactically~*~*~ (outnumbered).
 11203 | D:11     | 11203 ||| Stepping ~*~*~tactically~*~*~ (outnumbered).
 11205 | D:11     | 11205 ||| Stepping ~*~*~tactically~*~*~ (outnumbered).
 11207 | D:11     | 11207 ||| Stepping ~*~*~tactically~*~*~ (outnumbered).
 11209 | D:11     | 11209 ||| Stepping ~*~*~tactically~*~*~ (outnumbered).
 11211 | D:11     | 11211 ||| Stepping ~*~*~tactically~*~*~ (outnumbered).
 11213 | D:11     | 11213 ||| Stepping ~*~*~tactically~*~*~ (outnumbered).
 11215 | D:11     | 11215 ||| Stepping ~*~*~tactically~*~*~ (outnumbered).
 11217 | D:11     | 11217 ||| Stepping ~*~*~tactically~*~*~ (outnumbered).
 11219 | D:11     | 11219 ||| Stepping ~*~*~tactically~*~*~ (outnumbered).
 11221 | D:11     | 11221 ||| Stepping ~*~*~tactically~*~*~ (outnumbered).
 11223 | D:11     | 11223 ||| Stepping ~*~*~tactically~*~*~ (outnumbered).
 11225 | D:11     | 11225 ||| Stepping ~*~*~tactically~*~*~ (outnumbered).
 11227 | D:11     | 11227 ||| Stepping ~*~*~tactically~*~*~ (outnumbered).
 11229 | D:11     | 11229 ||| Stepping ~*~*~tactically~*~*~ (outnumbered).
 11231 | D:11     | 11231 ||| Stepping ~*~*~tactically~*~*~ (outnumbered).
 11233 | D:11     | 11233 ||| Stepping ~*~*~tactically~*~*~ (outnumbered).
 11235 | D:11     | 11235 ||| Stepping ~*~*~tactically~*~*~ (outnumbered).
 11237 | D:11     | 11237 ||| Stepping ~*~*~tactically~*~*~ (outnumbered).
 11239 | D:11     | 11239 ||| Stepping ~*~*~tactically~*~*~ (outnumbered).
 11241 | D:11     | 11241 ||| Stepping ~*~*~tactically~*~*~ (outnumbered).
 11243 | D:11     | 11243 ||| Stepping ~*~*~tactically~*~*~ (outnumbered).
 11245 | D:11     | 11245 ||| Stepping ~*~*~tactically~*~*~ (outnumbered).
 11247 | D:11     | 11247 ||| Stepping ~*~*~tactically~*~*~ (outnumbered).
 11249 | D:11     | 11249 ||| Stepping ~*~*~tactically~*~*~ (outnumbered).
 11251 | D:11     | 11251 ||| Stepping ~*~*~tactically~*~*~ (outnumbered).
 11253 | D:11     | 11253 ||| Stepping ~*~*~tactically~*~*~ (outnumbered).
 11255 | D:11     | 11255 ||| Stepping ~*~*~tactically~*~*~ (outnumbered).
 11257 | D:11     | 11257 ||| Stepping ~*~*~tactically~*~*~ (outnumbered).
 11259 | D:11     | 11259 ||| Stepping ~*~*~tactically~*~*~ (outnumbered).
 11261 | D:11     | 11261 ||| Stepping ~*~*~tactically~*~*~ (outnumbered).
 11263 | D:11     | 11263 ||| Stepping ~*~*~tactically~*~*~ (outnumbered).
 11265 | D:11     | 11265 ||| Stepping ~*~*~tactically~*~*~ (outnumbered).
 11267 | D:11     | 11267 ||| Stepping ~*~*~tactically~*~*~ (outnumbered).
 11269 | D:11     | 11269 ||| Stepping ~*~*~tactically~*~*~ (outnumbered).
 11271 | D:11     | 11271 ||| Stepping ~*~*~tactically~*~*~ (outnumbered).
 11273 | D:11     | 11273 ||| Stepping ~*~*~tactically~*~*~ (outnumbered).
 11275 | D:11     | 11275 ||| Stepping ~*~*~tactically~*~*~ (outnumbered).
 11277 | D:11     | 11277 ||| Stepping ~*~*~tactically~*~*~ (outnumbered).
 11279 | D:11     | 11279 ||| Stepping ~*~*~tactically~*~*~ (outnumbered).
 11281 | D:11     | 11281 ||| Stepping ~*~*~tactically~*~*~ (outnumbered).
 11283 | D:11     | 11283 ||| Stepping ~*~*~tactically~*~*~ (outnumbered).
 11285 | D:11     | 11285 ||| Stepping ~*~*~tactically~*~*~ (outnumbered).
 11287 | D:11     | 11287 ||| Stepping ~*~*~tactically~*~*~ (outnumbered).
 11289 | D:11     | 11289 ||| Stepping ~*~*~tactically~*~*~ (outnumbered).
 11291 | D:11     | 11291 ||| Stepping ~*~*~tactically~*~*~ (outnumbered).
 11293 | D:11     | 11293 ||| Stepping ~*~*~tactically~*~*~ (outnumbered).
 11295 | D:11     | 11295 ||| Stepping ~*~*~tactically~*~*~ (outnumbered).
 11297 | D:11     | 11297 ||| Stepping ~*~*~tactically~*~*~ (outnumbered).
 11299 | D:11     | 11299 ||| Stepping ~*~*~tactically~*~*~ (outnumbered).
 11301 | D:11     | 11301 ||| Stepping ~*~*~tactically~*~*~ (outnumbered).
 11303 | D:11     | 11303 ||| Stepping ~*~*~tactically~*~*~ (outnumbered).
 11305 | D:11     | 11305 ||| Stepping ~*~*~tactically~*~*~ (outnumbered).
 11307 | D:11     | 11307 ||| Stepping ~*~*~tactically~*~*~ (outnumbered).
 11309 | D:11     | 11309 ||| Stepping ~*~*~tactically~*~*~ (outnumbered).
 11311 | D:11     | 11311 ||| Stepping ~*~*~tactically~*~*~ (outnumbered).
 11313 | D:11     | 11313 ||| Stepping ~*~*~tactically~*~*~ (outnumbered).
 11315 | D:11     | 11315 ||| Stepping ~*~*~tactically~*~*~ (outnumbered).
 11317 | D:11     | 11317 ||| Stepping ~*~*~tactically~*~*~ (outnumbered).
 11319 | D:11     | 11319 ||| Stepping ~*~*~tactically~*~*~ (outnumbered).
 11321 | D:11     | 11321 ||| Stepping ~*~*~tactically~*~*~ (outnumbered).
 11323 | D:11     | 11323 ||| Stepping ~*~*~tactically~*~*~ (outnumbered).
 11325 | D:11     | 11325 ||| Stepping ~*~*~tactically~*~*~ (outnumbered).
 11327 | D:11     | 11327 ||| Stepping ~*~*~tactically~*~*~ (outnumbered).
 11329 | D:11     | 11329 ||| Stepping ~*~*~tactically~*~*~ (outnumbered).
 11331 | D:11     | 11331 ||| Stepping ~*~*~tactically~*~*~ (outnumbered).
 11333 | D:11     | 11333 ||| Stepping ~*~*~tactically~*~*~ (outnumbered).
 11335 | D:11     | 11335 ||| Stepping ~*~*~tactically~*~*~ (outnumbered).
 11337 | D:11     | 11337 ||| Stepping ~*~*~tactically~*~*~ (outnumbered).
 11339 | D:11     | 11339 ||| Stepping ~*~*~tactically~*~*~ (outnumbered).
 11341 | D:11     | 11341 ||| Stepping ~*~*~tactically~*~*~ (outnumbered).
 11343 | D:11     | 11343 ||| Stepping ~*~*~tactically~*~*~ (outnumbered).
 11345 | D:11     | 11345 ||| Stepping ~*~*~tactically~*~*~ (outnumbered).
 11347 | D:11     | 11347 ||| Stepping ~*~*~tactically~*~*~ (outnumbered).
 11349 | D:11     | 11349 ||| Stepping ~*~*~tactically~*~*~ (outnumbered).
 11351 | D:11     | 11351 ||| Stepping ~*~*~tactically~*~*~ (outnumbered).
 11353 | D:11     | 11353 ||| Stepping ~*~*~tactically~*~*~ (outnumbered).
 11355 | D:11     | 11355 ||| Stepping ~*~*~tactically~*~*~ (outnumbered).
 11357 | D:11     | 11357 ||| Stepping ~*~*~tactically~*~*~ (outnumbered).
 11359 | D:11     | 11359 ||| Stepping ~*~*~tactically~*~*~ (outnumbered).
 11361 | D:11     | 11361 ||| Stepping ~*~*~tactically~*~*~ (outnumbered).
 11363 | D:11     | 11363 ||| Stepping ~*~*~tactically~*~*~ (outnumbered).
 11365 | D:11     | 11365 ||| Stepping ~*~*~tactically~*~*~ (outnumbered).
 11367 | D:11     | 11367 ||| Stepping ~*~*~tactically~*~*~ (outnumbered).
 11369 | D:11     | 11369 ||| Stepping ~*~*~tactically~*~*~ (outnumbered).
 11371 | D:11     | 11371 ||| Stepping ~*~*~tactically~*~*~ (outnumbered).
 11373 | D:11     | 11373 ||| Stepping ~*~*~tactically~*~*~ (outnumbered).
 11375 | D:11     | 11375 ||| Stepping ~*~*~tactically~*~*~ (outnumbered).
 11377 | D:11     | 11377 ||| Stepping ~*~*~tactically~*~*~ (outnumbered).
 11379 | D:11     | 11379 ||| Stepping ~*~*~tactically~*~*~ (outnumbered).
 11381 | D:11     | 11381 ||| Stepping ~*~*~tactically~*~*~ (outnumbered).
 11383 | D:11     | 11383 ||| Stepping ~*~*~tactically~*~*~ (outnumbered).
 11385 | D:11     | 11385 ||| Stepping ~*~*~tactically~*~*~ (outnumbered).
 11387 | D:11     | 11387 ||| Stepping ~*~*~tactically~*~*~ (outnumbered).
 11389 | D:11     | 11389 ||| Stepping ~*~*~tactically~*~*~ (outnumbered).
 11391 | D:11     | 11391 ||| Stepping ~*~*~tactically~*~*~ (outnumbered).
 11393 | D:11     | 11393 ||| Stepping ~*~*~tactically~*~*~ (outnumbered).
 11395 | D:11     | 11395 ||| Stepping ~*~*~tactically~*~*~ (outnumbered).
 11397 | D:11     | 11397 ||| Stepping ~*~*~tactically~*~*~ (outnumbered).
 11399 | D:11     | 11399 ||| Stepping ~*~*~tactically~*~*~ (outnumbered).
 11401 | D:11     | 11401 ||| Stepping ~*~*~tactically~*~*~ (outnumbered).
 11403 | D:11     | 11403 ||| Stepping ~*~*~tactically~*~*~ (outnumbered).
 11405 | D:11     | 11405 ||| Stepping ~*~*~tactically~*~*~ (outnumbered).
 11407 | D:11     | 11407 ||| Stepping ~*~*~tactically~*~*~ (outnumbered).
 11409 | D:11     | 11409 ||| Stepping ~*~*~tactically~*~*~ (outnumbered).
 11411 | D:11     | 11411 ||| Stepping ~*~*~tactically~*~*~ (outnumbered).
 11413 | D:11     | 11413 ||| Stepping ~*~*~tactically~*~*~ (outnumbered).
 11415 | D:11     | 11415 ||| Stepping ~*~*~tactically~*~*~ (outnumbered).
 11417 | D:11     | 11417 ||| Stepping ~*~*~tactically~*~*~ (outnumbered).
 11419 | D:11     | 11419 ||| Stepping ~*~*~tactically~*~*~ (outnumbered).
 11421 | D:11     | 11421 ||| Stepping ~*~*~tactically~*~*~ (outnumbered).
 11423 | D:11     | 11423 ||| Stepping ~*~*~tactically~*~*~ (outnumbered).
 11425 | D:11     | 11425 ||| Stepping ~*~*~tactically~*~*~ (outnumbered).
 11427 | D:11     | 11427 ||| Stepping ~*~*~tactically~*~*~ (outnumbered).
 11429 | D:11     | 11429 ||| Stepping ~*~*~tactically~*~*~ (outnumbered).
 11431 | D:11     | 11431 ||| Stepping ~*~*~tactically~*~*~ (outnumbered).
 11433 | D:11     | 11433 ||| Stepping ~*~*~tactically~*~*~ (outnumbered).
 11435 | D:11     | 11435 ||| Stepping ~*~*~tactically~*~*~ (outnumbered).
 11437 | D:11     | 11437 ||| Stepping ~*~*~tactically~*~*~ (outnumbered).
 11439 | D:11     | 11439 ||| Stepping ~*~*~tactically~*~*~ (outnumbered).
 11441 | D:11     | 11441 ||| Stepping ~*~*~tactically~*~*~ (outnumbered).
 11443 | D:11     | 11443 ||| Stepping ~*~*~tactically~*~*~ (outnumbered).
 11445 | D:11     | 11445 ||| Stepping ~*~*~tactically~*~*~ (outnumbered).
 11447 | D:11     | 11447 ||| Stepping ~*~*~tactically~*~*~ (outnumbered).
 11449 | D:11     | 11449 ||| Stepping ~*~*~tactically~*~*~ (outnumbered).
 11451 | D:11     | 11451 ||| Stepping ~*~*~tactically~*~*~ (outnumbered).
 11453 | D:11     | 11453 ||| Stepping ~*~*~tactically~*~*~ (outnumbered).
 11455 | D:11     | 11455 ||| Stepping ~*~*~tactically~*~*~ (outnumbered).
 11457 | D:11     | 11457 ||| Stepping ~*~*~tactically~*~*~ (outnumbered).
 11459 | D:11     | 11459 ||| Stepping ~*~*~tactically~*~*~ (outnumbered).
 11461 | D:11     | 11461 ||| Stepping ~*~*~tactically~*~*~ (outnumbered).
 11463 | D:11     | 11463 ||| Stepping ~*~*~tactically~*~*~ (outnumbered).
 11465 | D:11     | 11465 ||| Stepping ~*~*~tactically~*~*~ (outnumbered).
 11467 | D:11     | 11467 ||| Stepping ~*~*~tactically~*~*~ (outnumbered).
 11469 | D:11     | 11469 ||| Stepping ~*~*~tactically~*~*~ (outnumbered).
 11471 | D:11     | 11471 ||| Stepping ~*~*~tactically~*~*~ (outnumbered).
 11473 | D:11     | 11473 ||| Stepping ~*~*~tactically~*~*~ (outnumbered).
 11475 | D:11     | 11475 ||| Stepping ~*~*~tactically~*~*~ (outnumbered).
 11477 | D:11     | 11477 ||| Stepping ~*~*~tactically~*~*~ (outnumbered).
 11479 | D:11     | 11479 ||| Stepping ~*~*~tactically~*~*~ (outnumbered).
 11481 | D:11     | 11481 ||| Stepping ~*~*~tactically~*~*~ (outnumbered).
 11483 | D:11     | 11483 ||| Stepping ~*~*~tactically~*~*~ (outnumbered).
 11485 | D:11     | 11485 ||| Stepping ~*~*~tactically~*~*~ (outnumbered).
 11487 | D:11     | 11487 ||| Stepping ~*~*~tactically~*~*~ (outnumbered).
 11489 | D:11     | 11489 ||| Stepping ~*~*~tactically~*~*~ (outnumbered).
 11491 | D:11     | 11491 ||| Stepping ~*~*~tactically~*~*~ (outnumbered).
 11493 | D:11     | 11493 ||| Stepping ~*~*~tactically~*~*~ (outnumbered).
 11495 | D:11     | 11495 ||| Stepping ~*~*~tactically~*~*~ (outnumbered).
 11497 | D:11     | 11497 ||| Stepping ~*~*~tactically~*~*~ (outnumbered).
 11499 | D:11     | 11499 ||| Stepping ~*~*~tactically~*~*~ (outnumbered).
 11501 | D:11     | 11501 ||| Stepping ~*~*~tactically~*~*~ (outnumbered).
 11503 | D:11     | 11503 ||| Stepping ~*~*~tactically~*~*~ (outnumbered).
 11505 | D:11     | 11505 ||| Stepping ~*~*~tactically~*~*~ (outnumbered).
 11507 | D:11     | 11507 ||| Stepping ~*~*~tactically~*~*~ (outnumbered).
 11509 | D:11     | 11509 ||| Stepping ~*~*~tactically~*~*~ (outnumbered).
 11511 | D:11     | 11511 ||| Stepping ~*~*~tactically~*~*~ (outnumbered).
 11513 | D:11     | 11513 ||| Stepping ~*~*~tactically~*~*~ (outnumbered).
 11515 | D:11     | 11515 ||| Stepping ~*~*~tactically~*~*~ (outnumbered).
 11517 | D:11     | 11517 ||| Stepping ~*~*~tactically~*~*~ (outnumbered).
 11519 | D:11     | 11519 ||| Stepping ~*~*~tactically~*~*~ (outnumbered).
 11521 | D:11     | 11521 ||| Stepping ~*~*~tactically~*~*~ (outnumbered).
 11523 | D:11     | 11523 ||| Stepping ~*~*~tactically~*~*~ (outnumbered).
 11525 | D:11     | 11525 ||| Stepping ~*~*~tactically~*~*~ (outnumbered).
 11527 | D:11     | 11527 ||| Stepping ~*~*~tactically~*~*~ (outnumbered).
 11529 | D:11     | 11529 ||| Stepping ~*~*~tactically~*~*~ (outnumbered).
 11531 | D:11     | 11531 ||| Stepping ~*~*~tactically~*~*~ (outnumbered).
 11533 | D:11     | 11533 ||| Stepping ~*~*~tactically~*~*~ (outnumbered).
 11535 | D:11     | 11535 ||| Stepping ~*~*~tactically~*~*~ (outnumbered).
 11537 | D:11     | 11537 ||| Stepping ~*~*~tactically~*~*~ (outnumbered).
 11539 | D:11     | 11539 ||| Stepping ~*~*~tactically~*~*~ (outnumbered).
 11541 | D:11     | 11541 ||| Stepping ~*~*~tactically~*~*~ (outnumbered).
 11543 | D:11     | 11543 ||| Stepping ~*~*~tactically~*~*~ (outnumbered).
 11545 | D:11     | 11545 ||| Stepping ~*~*~tactically~*~*~ (outnumbered).
 11547 | D:11     | 11547 ||| Stepping ~*~*~tactically~*~*~ (outnumbered).
 11549 | D:11     | 11549 ||| Stepping ~*~*~tactically~*~*~ (outnumbered).
 11551 | D:11     | 11551 ||| Stepping ~*~*~tactically~*~*~ (outnumbered).
 11553 | D:11     | 11553 ||| Stepping ~*~*~tactically~*~*~ (outnumbered).
 11555 | D:11     | 11555 ||| Stepping ~*~*~tactically~*~*~ (outnumbered).
 11557 | D:11     | 11557 ||| Stepping ~*~*~tactically~*~*~ (outnumbered).
 11559 | D:11     | 11559 ||| Stepping ~*~*~tactically~*~*~ (outnumbered).
 11561 | D:11     | 11561 ||| Stepping ~*~*~tactically~*~*~ (outnumbered).
 11563 | D:11     | 11563 ||| Stepping ~*~*~tactically~*~*~ (outnumbered).
 11565 | D:11     | 11565 ||| Stepping ~*~*~tactically~*~*~ (outnumbered).
 11567 | D:11     | 11567 ||| Stepping ~*~*~tactically~*~*~ (outnumbered).
 11569 | D:11     | 11569 ||| Stepping ~*~*~tactically~*~*~ (outnumbered).
 11571 | D:11     | 11571 ||| Stepping ~*~*~tactically~*~*~ (outnumbered).
 11573 | D:11     | 11573 ||| Stepping ~*~*~tactically~*~*~ (outnumbered).
 11575 | D:11     | 11575 ||| Stepping ~*~*~tactically~*~*~ (outnumbered).
 11577 | D:11     | 11577 ||| Stepping ~*~*~tactically~*~*~ (outnumbered).
 11579 | D:11     | 11579 ||| Stepping ~*~*~tactically~*~*~ (outnumbered).
 11581 | D:11     | 11581 ||| Stepping ~*~*~tactically~*~*~ (outnumbered).
 11583 | D:11     | 11583 ||| Stepping ~*~*~tactically~*~*~ (outnumbered).
 11585 | D:11     | 11585 ||| Stepping ~*~*~tactically~*~*~ (outnumbered).
 11587 | D:11     | 11587 ||| Stepping ~*~*~tactically~*~*~ (outnumbered).
 11589 | D:11     | 11589 ||| Stepping ~*~*~tactically~*~*~ (outnumbered).
 11591 | D:11     | 11591 ||| Stepping ~*~*~tactically~*~*~ (outnumbered).
 11593 | D:11     | 11593 ||| Stepping ~*~*~tactically~*~*~ (outnumbered).
 11595 | D:11     | 11595 ||| Stepping ~*~*~tactically~*~*~ (outnumbered).
 11597 | D:11     | 11597 ||| Stepping ~*~*~tactically~*~*~ (outnumbered).
 11599 | D:11     | 11599 ||| Stepping ~*~*~tactically~*~*~ (outnumbered).
 11601 | D:11     | 11601 ||| Stepping ~*~*~tactically~*~*~ (outnumbered).
 11603 | D:11     | 11603 ||| Stepping ~*~*~tactically~*~*~ (outnumbered).
 11605 | D:11     | 11605 ||| Stepping ~*~*~tactically~*~*~ (outnumbered).
 11607 | D:11     | 11607 ||| Stepping ~*~*~tactically~*~*~ (outnumbered).
 11609 | D:11     | 11609 ||| Stepping ~*~*~tactically~*~*~ (outnumbered).
 11611 | D:11     | 11611 ||| Stepping ~*~*~tactically~*~*~ (outnumbered).
 11613 | D:11     | 11613 ||| Stepping ~*~*~tactically~*~*~ (outnumbered).
 11615 | D:11     | 11615 ||| Stepping ~*~*~tactically~*~*~ (outnumbered).
 11617 | D:11     | 11617 ||| Stepping ~*~*~tactically~*~*~ (outnumbered).
 11619 | D:11     | 11619 ||| Stepping ~*~*~tactically~*~*~ (outnumbered).
 11621 | D:11     | 11621 ||| Stepping ~*~*~tactically~*~*~ (outnumbered).
 11623 | D:11     | 11623 ||| Stepping ~*~*~tactically~*~*~ (outnumbered).
 11625 | D:11     | 11625 ||| Stepping ~*~*~tactically~*~*~ (outnumbered).
 11627 | D:11     | 11627 ||| Stepping ~*~*~tactically~*~*~ (outnumbered).
 11629 | D:11     | 11629 ||| Stepping ~*~*~tactically~*~*~ (outnumbered).
 11631 | D:11     | 11631 ||| Stepping ~*~*~tactically~*~*~ (outnumbered).
 11633 | D:11     | 11633 ||| Stepping ~*~*~tactically~*~*~ (outnumbered).
 11635 | D:11     | 11635 ||| Stepping ~*~*~tactically~*~*~ (outnumbered).
 11637 | D:11     | 11637 ||| Stepping ~*~*~tactically~*~*~ (outnumbered).
 11639 | D:11     | 11639 ||| Stepping ~*~*~tactically~*~*~ (outnumbered).
 11641 | D:11     | 11641 ||| Stepping ~*~*~tactically~*~*~ (outnumbered).
 11643 | D:11     | 11643 ||| Stepping ~*~*~tactically~*~*~ (outnumbered).
 11645 | D:11     | 11645 ||| Stepping ~*~*~tactically~*~*~ (outnumbered).
 11647 | D:11     | 11647 ||| Stepping ~*~*~tactically~*~*~ (outnumbered).
 11649 | D:11     | 11649 ||| Stepping ~*~*~tactically~*~*~ (outnumbered).
 11651 | D:11     | 11651 ||| Stepping ~*~*~tactically~*~*~ (outnumbered).
 11653 | D:11     | 11653 ||| Stepping ~*~*~tactically~*~*~ (outnumbered).
 11655 | D:11     | 11655 ||| Stepping ~*~*~tactically~*~*~ (outnumbered).
 11657 | D:11     | 11657 ||| Stepping ~*~*~tactically~*~*~ (outnumbered).
 11659 | D:11     | 11659 ||| Stepping ~*~*~tactically~*~*~ (outnumbered).
 11661 | D:11     | 11661 ||| Stepping ~*~*~tactically~*~*~ (outnumbered).
 11663 | D:11     | 11663 ||| Stepping ~*~*~tactically~*~*~ (outnumbered).
 11665 | D:11     | 11665 ||| Stepping ~*~*~tactically~*~*~ (outnumbered).
 11667 | D:11     | 11667 ||| Stepping ~*~*~tactically~*~*~ (outnumbered).
 11669 | D:11     | 11669 ||| Stepping ~*~*~tactically~*~*~ (outnumbered).
 11671 | D:11     | 11671 ||| Stepping ~*~*~tactically~*~*~ (outnumbered).
 11673 | D:11     | 11673 ||| Stepping ~*~*~tactically~*~*~ (outnumbered).
 11675 | D:11     | 11675 ||| Stepping ~*~*~tactically~*~*~ (outnumbered).
 11677 | D:11     | 11677 ||| Stepping ~*~*~tactically~*~*~ (outnumbered).
 11679 | D:11     | 11679 ||| Stepping ~*~*~tactically~*~*~ (outnumbered).
 11681 | D:11     | 11681 ||| Stepping ~*~*~tactically~*~*~ (outnumbered).
 11683 | D:11     | 11683 ||| Stepping ~*~*~tactically~*~*~ (outnumbered).
 11685 | D:11     | 11685 ||| Stepping ~*~*~tactically~*~*~ (outnumbered).
 11687 | D:11     | 11687 ||| Stepping ~*~*~tactically~*~*~ (outnumbered).
 11689 | D:11     | 11689 ||| Stepping ~*~*~tactically~*~*~ (outnumbered).
 11691 | D:11     | 11691 ||| Stepping ~*~*~tactically~*~*~ (outnumbered).
 11693 | D:11     | 11693 ||| Stepping ~*~*~tactically~*~*~ (outnumbered).
 11695 | D:11     | 11695 ||| Stepping ~*~*~tactically~*~*~ (outnumbered).
 11697 | D:11     | 11697 ||| Stepping ~*~*~tactically~*~*~ (outnumbered).
 11699 | D:11     | 11699 ||| Stepping ~*~*~tactically~*~*~ (outnumbered).
 11701 | D:11     | 11701 ||| Stepping ~*~*~tactically~*~*~ (outnumbered).
 11703 | D:11     | 11703 ||| Stepping ~*~*~tactically~*~*~ (outnumbered).
 11705 | D:11     | 11705 ||| Stepping ~*~*~tactically~*~*~ (outnumbered).
 11707 | D:11     | 11707 ||| Stepping ~*~*~tactically~*~*~ (outnumbered).
 11709 | D:11     | 11709 ||| Stepping ~*~*~tactically~*~*~ (outnumbered).
 11711 | D:11     | 11711 ||| Stepping ~*~*~tactically~*~*~ (outnumbered).
 11713 | D:11     | 11713 ||| Stepping ~*~*~tactically~*~*~ (outnumbered).
 11715 | D:11     | 11715 ||| Stepping ~*~*~tactically~*~*~ (outnumbered).
 11717 | D:11     | 11717 ||| Stepping ~*~*~tactically~*~*~ (outnumbered).
 11719 | D:11     | 11719 ||| Stepping ~*~*~tactically~*~*~ (outnumbered).
 11721 | D:11     | 11721 ||| Stepping ~*~*~tactically~*~*~ (outnumbered).
 11723 | D:11     | 11723 ||| Stepping ~*~*~tactically~*~*~ (outnumbered).
 11725 | D:11     | 11725 ||| Stepping ~*~*~tactically~*~*~ (outnumbered).
 11727 | D:11     | 11727 ||| Stepping ~*~*~tactically~*~*~ (outnumbered).
 11729 | D:11     | 11729 ||| Stepping ~*~*~tactically~*~*~ (outnumbered).
 11731 | D:11     | 11731 ||| Stepping ~*~*~tactically~*~*~ (outnumbered).
 11733 | D:11     | 11733 ||| Stepping ~*~*~tactically~*~*~ (outnumbered).
 11735 | D:11     | 11735 ||| Stepping ~*~*~tactically~*~*~ (outnumbered).
 11737 | D:11     | 11737 ||| Stepping ~*~*~tactically~*~*~ (outnumbered).
 11739 | D:11     | 11739 ||| Stepping ~*~*~tactically~*~*~ (outnumbered).
 11741 | D:11     | 11741 ||| Stepping ~*~*~tactically~*~*~ (outnumbered).
 11743 | D:11     | 11743 ||| Stepping ~*~*~tactically~*~*~ (outnumbered).
 11745 | D:11     | 11745 ||| Stepping ~*~*~tactically~*~*~ (outnumbered).
 11747 | D:11     | 11747 ||| Stepping ~*~*~tactically~*~*~ (outnumbered).
 11749 | D:11     | 11749 ||| Stepping ~*~*~tactically~*~*~ (outnumbered).
 11751 | D:11     | 11751 ||| Stepping ~*~*~tactically~*~*~ (outnumbered).
 11753 | D:11     | 11753 ||| Stepping ~*~*~tactically~*~*~ (outnumbered).
 11755 | D:11     | 11755 ||| Stepping ~*~*~tactically~*~*~ (outnumbered).
 11757 | D:11     | 11757 ||| Stepping ~*~*~tactically~*~*~ (outnumbered).
 11759 | D:11     | 11759 ||| Stepping ~*~*~tactically~*~*~ (outnumbered).
 11761 | D:11     | 11761 ||| Stepping ~*~*~tactically~*~*~ (outnumbered).
 11763 | D:11     | 11763 ||| Stepping ~*~*~tactically~*~*~ (outnumbered).
 11765 | D:11     | 11765 ||| Stepping ~*~*~tactically~*~*~ (outnumbered).
 11767 | D:11     | 11767 ||| Stepping ~*~*~tactically~*~*~ (outnumbered).
 11769 | D:11     | 11769 ||| Stepping ~*~*~tactically~*~*~ (outnumbered).
 11771 | D:11     | 11771 ||| Stepping ~*~*~tactically~*~*~ (outnumbered).
 11773 | D:11     | 11773 ||| Stepping ~*~*~tactically~*~*~ (outnumbered).
 11775 | D:11     | 11775 ||| Stepping ~*~*~tactically~*~*~ (outnumbered).
 11777 | D:11     | 11777 ||| Stepping ~*~*~tactically~*~*~ (outnumbered).
 11779 | D:11     | 11779 ||| Stepping ~*~*~tactically~*~*~ (outnumbered).
 11781 | D:11     | 11781 ||| Stepping ~*~*~tactically~*~*~ (outnumbered).
 11783 | D:11     | 11783 ||| Stepping ~*~*~tactically~*~*~ (outnumbered).
 11785 | D:11     | 11785 ||| Stepping ~*~*~tactically~*~*~ (outnumbered).
 11787 | D:11     | 11787 ||| Stepping ~*~*~tactically~*~*~ (outnumbered).
 11789 | D:11     | 11789 ||| Stepping ~*~*~tactically~*~*~ (outnumbered).
 11791 | D:11     | 11791 ||| Stepping ~*~*~tactically~*~*~ (outnumbered).
 11793 | D:11     | 11793 ||| Stepping ~*~*~tactically~*~*~ (outnumbered).
 11795 | D:11     | 11795 ||| Stepping ~*~*~tactically~*~*~ (outnumbered).
 11797 | D:11     | 11797 ||| Stepping ~*~*~tactically~*~*~ (outnumbered).
 11799 | D:11     | 11799 ||| Stepping ~*~*~tactically~*~*~ (outnumbered).
 11801 | D:11     | 11801 ||| Stepping ~*~*~tactically~*~*~ (outnumbered).
 11803 | D:11     | 11803 ||| Stepping ~*~*~tactically~*~*~ (outnumbered).
 11805 | D:11     | 11805 ||| Stepping ~*~*~tactically~*~*~ (outnumbered).
 11807 | D:11     | 11807 ||| Stepping ~*~*~tactically~*~*~ (outnumbered).
 11809 | D:11     | 11809 ||| Stepping ~*~*~tactically~*~*~ (outnumbered).
 11811 | D:11     | 11811 ||| Stepping ~*~*~tactically~*~*~ (outnumbered).
 11813 | D:11     | 11813 ||| Stepping ~*~*~tactically~*~*~ (outnumbered).
 11815 | D:11     | 11815 ||| Stepping ~*~*~tactically~*~*~ (outnumbered).
 11817 | D:11     | 11817 ||| Stepping ~*~*~tactically~*~*~ (outnumbered).
 11819 | D:11     | 11819 ||| Stepping ~*~*~tactically~*~*~ (outnumbered).
 11821 | D:11     | 11821 ||| Stepping ~*~*~tactically~*~*~ (outnumbered).
 11823 | D:11     | 11823 ||| Stepping ~*~*~tactically~*~*~ (outnumbered).
 11825 | D:11     | 11825 ||| Stepping ~*~*~tactically~*~*~ (outnumbered).
 11827 | D:11     | 11827 ||| Stepping ~*~*~tactically~*~*~ (outnumbered).
 11829 | D:11     | 11829 ||| Stepping ~*~*~tactically~*~*~ (outnumbered).
 11831 | D:11     | 11831 ||| Stepping ~*~*~tactically~*~*~ (outnumbered).
 11833 | D:11     | 11833 ||| Stepping ~*~*~tactically~*~*~ (outnumbered).
 11835 | D:11     | 11835 ||| Stepping ~*~*~tactically~*~*~ (outnumbered).
 11837 | D:11     | 11837 ||| Stepping ~*~*~tactically~*~*~ (outnumbered).
 11839 | D:11     | 11839 ||| Stepping ~*~*~tactically~*~*~ (outnumbered).
 11841 | D:11     | 11841 ||| Stepping ~*~*~tactically~*~*~ (outnumbered).
 11843 | D:11     | 11843 ||| Stepping ~*~*~tactically~*~*~ (outnumbered).
 11845 | D:11     | 11845 ||| Stepping ~*~*~tactically~*~*~ (outnumbered).
 11847 | D:11     | 11847 ||| Stepping ~*~*~tactically~*~*~ (outnumbered).
 11849 | D:11     | 11849 ||| Stepping ~*~*~tactically~*~*~ (outnumbered).
 11851 | D:11     | 11851 ||| Stepping ~*~*~tactically~*~*~ (outnumbered).
 11853 | D:11     | 11853 ||| Stepping ~*~*~tactically~*~*~ (outnumbered).
 11855 | D:11     | 11855 ||| Stepping ~*~*~tactically~*~*~ (outnumbered).
 11857 | D:11     | 11857 ||| Stepping ~*~*~tactically~*~*~ (outnumbered).
 11859 | D:11     | 11859 ||| Stepping ~*~*~tactically~*~*~ (outnumbered).
 11861 | D:11     | 11861 ||| Stepping ~*~*~tactically~*~*~ (outnumbered).
 11863 | D:11     | 11863 ||| Stepping ~*~*~tactically~*~*~ (outnumbered).
 11865 | D:11     | 11865 ||| Stepping ~*~*~tactically~*~*~ (outnumbered).
 11867 | D:11     | 11867 ||| Stepping ~*~*~tactically~*~*~ (outnumbered).
 11869 | D:11     | 11869 ||| Stepping ~*~*~tactically~*~*~ (outnumbered).
 11871 | D:11     | 11871 ||| Stepping ~*~*~tactically~*~*~ (outnumbered).
 11873 | D:11     | 11873 ||| Stepping ~*~*~tactically~*~*~ (outnumbered).
 11875 | D:11     | 11875 ||| Stepping ~*~*~tactically~*~*~ (outnumbered).
 11877 | D:11     | 11877 ||| Stepping ~*~*~tactically~*~*~ (outnumbered).
 11879 | D:11     | 11879 ||| Stepping ~*~*~tactically~*~*~ (outnumbered).
 11881 | D:11     | 11881 ||| Stepping ~*~*~tactically~*~*~ (outnumbered).
 11883 | D:11     | 11883 ||| Stepping ~*~*~tactically~*~*~ (outnumbered).
 11885 | D:11     | 11885 ||| Stepping ~*~*~tactically~*~*~ (outnumbered).
 11887 | D:11     | 11887 ||| Stepping ~*~*~tactically~*~*~ (outnumbered).
 11889 | D:11     | 11889 ||| Stepping ~*~*~tactically~*~*~ (outnumbered).
 11891 | D:11     | 11891 ||| Stepping ~*~*~tactically~*~*~ (outnumbered).
 11893 | D:11     | 11893 ||| Stepping ~*~*~tactically~*~*~ (outnumbered).
 11895 | D:11     | 11895 ||| Stepping ~*~*~tactically~*~*~ (outnumbered).
 11897 | D:11     | 11897 ||| Stepping ~*~*~tactically~*~*~ (outnumbered).
 11899 | D:11     | 11899 ||| Stepping ~*~*~tactically~*~*~ (outnumbered).
 11901 | D:11     | 11901 ||| Stepping ~*~*~tactically~*~*~ (outnumbered).
 11903 | D:11     | 11903 ||| Stepping ~*~*~tactically~*~*~ (outnumbered).
 11905 | D:11     | 11905 ||| Stepping ~*~*~tactically~*~*~ (outnumbered).
 11907 | D:11     | 11907 ||| Stepping ~*~*~tactically~*~*~ (outnumbered).
 11909 | D:11     | 11909 ||| Stepping ~*~*~tactically~*~*~ (outnumbered).
 11911 | D:11     | 11911 ||| Stepping ~*~*~tactically~*~*~ (outnumbered).
 11913 | D:11     | 11913 ||| Stepping ~*~*~tactically~*~*~ (outnumbered).
 11915 | D:11     | 11915 ||| Stepping ~*~*~tactically~*~*~ (outnumbered).
 11917 | D:11     | 11917 ||| Stepping ~*~*~tactically~*~*~ (outnumbered).
 11919 | D:11     | 11919 ||| Stepping ~*~*~tactically~*~*~ (outnumbered).
 11921 | D:11     | 11921 ||| Stepping ~*~*~tactically~*~*~ (outnumbered).
 11923 | D:11     | 11923 ||| Stepping ~*~*~tactically~*~*~ (outnumbered).
 11925 | D:11     | 11925 ||| Stepping ~*~*~tactically~*~*~ (outnumbered).
 11927 | D:11     | 11927 ||| Stepping ~*~*~tactically~*~*~ (outnumbered).
 11929 | D:11     | 11929 ||| Stepping ~*~*~tactically~*~*~ (outnumbered).
 11931 | D:11     | 11931 ||| Stepping ~*~*~tactically~*~*~ (outnumbered).
 11933 | D:11     | 11933 ||| Stepping ~*~*~tactically~*~*~ (outnumbered).
 11935 | D:11     | 11935 ||| Stepping ~*~*~tactically~*~*~ (outnumbered).
 11937 | D:11     | 11937 ||| Stepping ~*~*~tactically~*~*~ (outnumbered).
 11939 | D:11     | 11939 ||| Stepping ~*~*~tactically~*~*~ (outnumbered).
 11941 | D:11     | 11941 ||| Stepping ~*~*~tactically~*~*~ (outnumbered).
 11943 | D:11     | 11943 ||| Stepping ~*~*~tactically~*~*~ (outnumbered).
 11945 | D:11     | 11945 ||| Stepping ~*~*~tactically~*~*~ (outnumbered).
 11947 | D:11     | 11947 ||| Stepping ~*~*~tactically~*~*~ (outnumbered).
 11949 | D:11     | 11949 ||| Stepping ~*~*~tactically~*~*~ (outnumbered).
 11951 | D:11     | 11951 ||| Stepping ~*~*~tactically~*~*~ (outnumbered).
 11953 | D:11     | 11953 ||| Stepping ~*~*~tactically~*~*~ (outnumbered).
 11955 | D:11     | 11955 ||| Stepping ~*~*~tactically~*~*~ (outnumbered).
 11957 | D:11     | 11957 ||| Stepping ~*~*~tactically~*~*~ (outnumbered).
 11959 | D:11     | 11959 ||| Stepping ~*~*~tactically~*~*~ (outnumbered).
 11961 | D:11     | 11961 ||| Stepping ~*~*~tactically~*~*~ (outnumbered).
 11963 | D:11     | 11963 ||| Stepping ~*~*~tactically~*~*~ (outnumbered).
 11965 | D:11     | 11965 ||| Stepping ~*~*~tactically~*~*~ (outnumbered).
 11967 | D:11     | 11967 ||| Stepping ~*~*~tactically~*~*~ (outnumbered).
 11969 | D:11     | 11969 ||| Stepping ~*~*~tactically~*~*~ (outnumbered).
 11971 | D:11     | 11971 ||| Stepping ~*~*~tactically~*~*~ (outnumbered).
 11973 | D:11     | 11973 ||| Stepping ~*~*~tactically~*~*~ (outnumbered).
 11975 | D:11     | 11975 ||| Stepping ~*~*~tactically~*~*~ (outnumbered).
 11977 | D:11     | 11977 ||| Stepping ~*~*~tactically~*~*~ (outnumbered).
 11979 | D:11     | 11979 ||| Stepping ~*~*~tactically~*~*~ (outnumbered).
 11981 | D:11     | 11981 ||| Stepping ~*~*~tactically~*~*~ (outnumbered).
 11983 | D:11     | 11983 ||| Stepping ~*~*~tactically~*~*~ (outnumbered).
 11985 | D:11     | 11985 ||| Stepping ~*~*~tactically~*~*~ (outnumbered).
 11987 | D:11     | 11987 ||| Stepping ~*~*~tactically~*~*~ (outnumbered).
 11989 | D:11     | 11989 ||| Stepping ~*~*~tactically~*~*~ (outnumbered).
 11991 | D:11     | 11991 ||| Stepping ~*~*~tactically~*~*~ (outnumbered).
 11993 | D:11     | 11993 ||| Stepping ~*~*~tactically~*~*~ (outnumbered).
 11995 | D:11     | 11995 ||| Stepping ~*~*~tactically~*~*~ (outnumbered).
 11997 | D:11     | 11997 ||| Stepping ~*~*~tactically~*~*~ (outnumbered).
 11999 | D:11     | 11999 ||| Stepping ~*~*~tactically~*~*~ (outnumbered).
 12001 | D:11     | 12001 ||| Stepping ~*~*~tactically~*~*~ (outnumbered).
 12003 | D:11     | 12003 ||| Stepping ~*~*~tactically~*~*~ (outnumbered).
 12005 | D:11     | 12005 ||| Stepping ~*~*~tactically~*~*~ (outnumbered).
 12007 | D:11     | 12007 ||| Stepping ~*~*~tactically~*~*~ (outnumbered).
 12009 | D:11     | 12009 ||| Stepping ~*~*~tactically~*~*~ (outnumbered).
 12011 | D:11     | 12011 ||| Stepping ~*~*~tactically~*~*~ (outnumbered).
 12013 | D:11     | 12013 ||| Stepping ~*~*~tactically~*~*~ (outnumbered).
 12015 | D:11     | 12015 ||| Stepping ~*~*~tactically~*~*~ (outnumbered).
 12017 | D:11     | 12017 ||| Stepping ~*~*~tactically~*~*~ (outnumbered).
 12019 | D:11     | 12019 ||| Stepping ~*~*~tactically~*~*~ (outnumbered).
 12021 | D:11     | 12021 ||| Stepping ~*~*~tactically~*~*~ (outnumbered).
 12023 | D:11     | 12023 ||| Stepping ~*~*~tactically~*~*~ (outnumbered).
 12025 | D:11     | 12025 ||| Stepping ~*~*~tactically~*~*~ (outnumbered).
 12027 | D:11     | 12027 ||| Stepping ~*~*~tactically~*~*~ (outnumbered).
 12029 | D:11     | 12029 ||| Stepping ~*~*~tactically~*~*~ (outnumbered).
 12031 | D:11     | 12031 ||| Stepping ~*~*~tactically~*~*~ (outnumbered).
 12033 | D:11     | 12033 ||| Stepping ~*~*~tactically~*~*~ (outnumbered).
 12035 | D:11     | 12035 ||| Stepping ~*~*~tactically~*~*~ (outnumbered).
 12037 | D:11     | 12037 ||| Stepping ~*~*~tactically~*~*~ (outnumbered).
 12039 | D:11     | 12039 ||| Stepping ~*~*~tactically~*~*~ (outnumbered).
 12041 | D:11     | 12041 ||| Stepping ~*~*~tactically~*~*~ (outnumbered).
 12043 | D:11     | 12043 ||| Stepping ~*~*~tactically~*~*~ (outnumbered).
 12045 | D:11     | 12045 ||| Stepping ~*~*~tactically~*~*~ (outnumbered).
 12047 | D:11     | 12047 ||| Stepping ~*~*~tactically~*~*~ (outnumbered).
 12049 | D:11     | 12049 ||| Stepping ~*~*~tactically~*~*~ (outnumbered).
 12051 | D:11     | 12051 ||| Stepping ~*~*~tactically~*~*~ (outnumbered).
 12053 | D:11     | 12053 ||| Stepping ~*~*~tactically~*~*~ (outnumbered).
 12055 | D:11     | 12055 ||| Stepping ~*~*~tactically~*~*~ (outnumbered).
 12057 | D:11     | 12057 ||| Stepping ~*~*~tactically~*~*~ (outnumbered).
 12059 | D:11     | 12059 ||| Stepping ~*~*~tactically~*~*~ (outnumbered).
 12061 | D:11     | 12061 ||| Stepping ~*~*~tactically~*~*~ (outnumbered).
 12063 | D:11     | 12063 ||| Stepping ~*~*~tactically~*~*~ (outnumbered).
 12065 | D:11     | 12065 ||| Stepping ~*~*~tactically~*~*~ (outnumbered).
 12067 | D:11     | 12067 ||| Stepping ~*~*~tactically~*~*~ (outnumbered).
 12069 | D:11     | 12069 ||| Stepping ~*~*~tactically~*~*~ (outnumbered).
 12071 | D:11     | 12071 ||| Stepping ~*~*~tactically~*~*~ (outnumbered).
 12073 | D:11     | 12073 ||| Stepping ~*~*~tactically~*~*~ (outnumbered).
 12075 | D:11     | 12075 ||| Stepping ~*~*~tactically~*~*~ (outnumbered).
 12077 | D:11     | 12077 ||| Stepping ~*~*~tactically~*~*~ (outnumbered).
 12079 | D:11     | 12079 ||| Stepping ~*~*~tactically~*~*~ (outnumbered).
 12081 | D:11     | 12081 ||| Stepping ~*~*~tactically~*~*~ (outnumbered).
 12083 | D:11     | 12083 ||| Stepping ~*~*~tactically~*~*~ (outnumbered).
 12085 | D:11     | 12085 ||| Stepping ~*~*~tactically~*~*~ (outnumbered).
 12087 | D:11     | 12087 ||| Stepping ~*~*~tactically~*~*~ (outnumbered).
 12089 | D:11     | 12089 ||| Stepping ~*~*~tactically~*~*~ (outnumbered).
 12091 | D:11     | 12091 ||| Stepping ~*~*~tactically~*~*~ (outnumbered).
 12093 | D:11     | 12093 ||| Stepping ~*~*~tactically~*~*~ (outnumbered).
 12095 | D:11     | 12095 ||| Stepping ~*~*~tactically~*~*~ (outnumbered).
 12097 | D:11     | 12097 ||| Stepping ~*~*~tactically~*~*~ (outnumbered).
 12099 | D:11     | 12099 ||| Stepping ~*~*~tactically~*~*~ (outnumbered).
 12101 | D:11     | 12101 ||| Stepping ~*~*~tactically~*~*~ (outnumbered).
 12103 | D:11     | 12103 ||| Stepping ~*~*~tactically~*~*~ (outnumbered).
 12105 | D:11     | 12105 ||| Stepping ~*~*~tactically~*~*~ (outnumbered).
 12107 | D:11     | 12107 ||| Stepping ~*~*~tactically~*~*~ (outnumbered).
 12109 | D:11     | 12109 ||| Stepping ~*~*~tactically~*~*~ (outnumbered).
 12111 | D:11     | 12111 ||| Stepping ~*~*~tactically~*~*~ (outnumbered).
 12113 | D:11     | 12113 ||| Stepping ~*~*~tactically~*~*~ (outnumbered).
 12115 | D:11     | 12115 ||| Stepping ~*~*~tactically~*~*~ (outnumbered).
 12117 | D:11     | 12117 ||| Stepping ~*~*~tactically~*~*~ (outnumbered).
 12119 | D:11     | 12119 ||| Stepping ~*~*~tactically~*~*~ (outnumbered).
 12121 | D:11     | 12121 ||| Stepping ~*~*~tactically~*~*~ (outnumbered).
 12123 | D:11     | 12123 ||| Stepping ~*~*~tactically~*~*~ (outnumbered).
 12125 | D:11     | 12125 ||| Stepping ~*~*~tactically~*~*~ (outnumbered).
 12127 | D:11     | 12127 ||| Stepping ~*~*~tactically~*~*~ (outnumbered).
 12129 | D:11     | 12129 ||| Stepping ~*~*~tactically~*~*~ (outnumbered).
 12131 | D:11     | 12131 ||| Stepping ~*~*~tactically~*~*~ (outnumbered).
 12133 | D:11     | 12133 ||| Stepping ~*~*~tactically~*~*~ (outnumbered).
 12135 | D:11     | 12135 ||| Stepping ~*~*~tactically~*~*~ (outnumbered).
 12137 | D:11     | 12137 ||| Stepping ~*~*~tactically~*~*~ (outnumbered).
 12139 | D:11     | 12139 ||| Stepping ~*~*~tactically~*~*~ (outnumbered).
 12141 | D:11     | 12141 ||| Stepping ~*~*~tactically~*~*~ (outnumbered).
 12143 | D:11     | 12143 ||| Stepping ~*~*~tactically~*~*~ (outnumbered).
 12145 | D:11     | 12145 ||| Stepping ~*~*~tactically~*~*~ (outnumbered).
 12147 | D:11     | 12147 ||| Stepping ~*~*~tactically~*~*~ (outnumbered).
 12149 | D:11     | 12149 ||| Stepping ~*~*~tactically~*~*~ (outnumbered).
 12151 | D:11     | 12151 ||| Stepping ~*~*~tactically~*~*~ (outnumbered).
 12153 | D:11     | 12153 ||| Stepping ~*~*~tactically~*~*~ (outnumbered).
 12155 | D:11     | 12155 ||| Stepping ~*~*~tactically~*~*~ (outnumbered).
 12157 | D:11     | 12157 ||| Stepping ~*~*~tactically~*~*~ (outnumbered).
 12159 | D:11     | 12159 ||| Stepping ~*~*~tactically~*~*~ (outnumbered).
 12161 | D:11     | 12161 ||| Stepping ~*~*~tactically~*~*~ (outnumbered).
 12163 | D:11     | 12163 ||| Stepping ~*~*~tactically~*~*~ (outnumbered).
 12165 | D:11     | 12165 ||| Stepping ~*~*~tactically~*~*~ (outnumbered).
 12167 | D:11     | 12167 ||| Stepping ~*~*~tactically~*~*~ (outnumbered).
 12169 | D:11     | 12169 ||| Stepping ~*~*~tactically~*~*~ (outnumbered).
 12171 | D:11     | 12171 ||| Stepping ~*~*~tactically~*~*~ (outnumbered).
 12173 | D:11     | 12173 ||| Stepping ~*~*~tactically~*~*~ (outnumbered).
 12175 | D:11     | 12175 ||| Stepping ~*~*~tactically~*~*~ (outnumbered).
 12177 | D:11     | 12177 ||| Stepping ~*~*~tactically~*~*~ (outnumbered).
 12179 | D:11     | 12179 ||| Stepping ~*~*~tactically~*~*~ (outnumbered).
 12181 | D:11     | 12181 ||| Stepping ~*~*~tactically~*~*~ (outnumbered).
 12183 | D:11     | 12183 ||| Stepping ~*~*~tactically~*~*~ (outnumbered).
 12185 | D:11     | 12185 ||| Stepping ~*~*~tactically~*~*~ (outnumbered).
 12187 | D:11     | 12187 ||| Stepping ~*~*~tactically~*~*~ (outnumbered).
 12189 | D:11     | 12189 ||| Stepping ~*~*~tactically~*~*~ (outnumbered).
 12191 | D:11     | 12191 ||| Stepping ~*~*~tactically~*~*~ (outnumbered).
 12193 | D:11     | 12193 ||| Stepping ~*~*~tactically~*~*~ (outnumbered).
 12195 | D:11     | 12195 ||| Stepping ~*~*~tactically~*~*~ (outnumbered).
 12197 | D:11     | 12197 ||| Stepping ~*~*~tactically~*~*~ (outnumbered).
 12199 | D:11     | 12199 ||| Stepping ~*~*~tactically~*~*~ (outnumbered).
 12201 | D:11     | 12201 ||| Stepping ~*~*~tactically~*~*~ (outnumbered).
 12203 | D:11     | 12203 ||| Stepping ~*~*~tactically~*~*~ (outnumbered).
 12205 | D:11     | 12205 ||| Stepping ~*~*~tactically~*~*~ (outnumbered).
 12207 | D:11     | 12207 ||| Stepping ~*~*~tactically~*~*~ (outnumbered).
 12209 | D:11     | 12209 ||| Stepping ~*~*~tactically~*~*~ (outnumbered).
 12211 | D:11     | 12211 ||| Stepping ~*~*~tactically~*~*~ (outnumbered).
 12213 | D:11     | 12213 ||| Stepping ~*~*~tactically~*~*~ (outnumbered).
 12215 | D:11     | 12215 ||| Stepping ~*~*~tactically~*~*~ (outnumbered).
 12217 | D:11     | 12217 ||| Stepping ~*~*~tactically~*~*~ (outnumbered).
 12219 | D:11     | 12219 ||| Stepping ~*~*~tactically~*~*~ (outnumbered).
 12221 | D:11     | 12221 ||| Stepping ~*~*~tactically~*~*~ (outnumbered).
 12223 | D:11     | 12223 ||| Stepping ~*~*~tactically~*~*~ (outnumbered).
 12225 | D:11     | 12225 ||| Stepping ~*~*~tactically~*~*~ (outnumbered).
 12227 | D:11     | 12227 ||| Stepping ~*~*~tactically~*~*~ (outnumbered).
 12229 | D:11     | 12229 ||| Stepping ~*~*~tactically~*~*~ (outnumbered).
 12231 | D:11     | 12231 ||| Stepping ~*~*~tactically~*~*~ (outnumbered).
 12233 | D:11     | 12233 ||| Stepping ~*~*~tactically~*~*~ (outnumbered).
 12235 | D:11     | 12235 ||| Stepping ~*~*~tactically~*~*~ (outnumbered).
 12237 | D:11     | 12237 ||| Stepping ~*~*~tactically~*~*~ (outnumbered).
 12239 | D:11     | 12239 ||| Stepping ~*~*~tactically~*~*~ (outnumbered).
 12241 | D:11     | 12241 ||| Stepping ~*~*~tactically~*~*~ (outnumbered).
 12243 | D:11     | 12243 ||| Stepping ~*~*~tactically~*~*~ (outnumbered).
 12245 | D:11     | 12245 ||| Stepping ~*~*~tactically~*~*~ (outnumbered).
 12247 | D:11     | 12247 ||| Stepping ~*~*~tactically~*~*~ (outnumbered).
 12249 | D:11     | 12249 ||| Stepping ~*~*~tactically~*~*~ (outnumbered).
 12251 | D:11     | 12251 ||| Stepping ~*~*~tactically~*~*~ (outnumbered).
 12253 | D:11     | 12253 ||| Stepping ~*~*~tactically~*~*~ (outnumbered).
 12255 | D:11     | 12255 ||| Stepping ~*~*~tactically~*~*~ (outnumbered).
 12257 | D:11     | 12257 ||| Stepping ~*~*~tactically~*~*~ (outnumbered).
 12259 | D:11     | 12259 ||| Stepping ~*~*~tactically~*~*~ (outnumbered).
 12261 | D:11     | 12261 ||| Stepping ~*~*~tactically~*~*~ (outnumbered).
 12263 | D:11     | 12263 ||| Stepping ~*~*~tactically~*~*~ (outnumbered).
 12265 | D:11     | 12265 ||| Stepping ~*~*~tactically~*~*~ (outnumbered).
 12267 | D:11     | 12267 ||| Stepping ~*~*~tactically~*~*~ (outnumbered).
 12269 | D:11     | 12269 ||| Stepping ~*~*~tactically~*~*~ (outnumbered).
 12271 | D:11     | 12271 ||| Stepping ~*~*~tactically~*~*~ (outnumbered).
 12273 | D:11     | 12273 ||| Stepping ~*~*~tactically~*~*~ (outnumbered).
 12275 | D:11     | 12275 ||| Stepping ~*~*~tactically~*~*~ (outnumbered).
 12277 | D:11     | 12277 ||| Stepping ~*~*~tactically~*~*~ (outnumbered).
 12279 | D:11     | 12279 ||| Stepping ~*~*~tactically~*~*~ (outnumbered).
 12281 | D:11     | 12281 ||| Stepping ~*~*~tactically~*~*~ (outnumbered).
 12283 | D:11     | 12283 ||| Stepping ~*~*~tactically~*~*~ (outnumbered).
 12285 | D:11     | 12285 ||| Stepping ~*~*~tactically~*~*~ (outnumbered).
 12287 | D:11     | 12287 ||| Stepping ~*~*~tactically~*~*~ (outnumbered).
 12289 | D:11     | 12289 ||| Stepping ~*~*~tactically~*~*~ (outnumbered).
 12291 | D:11     | 12291 ||| Stepping ~*~*~tactically~*~*~ (outnumbered).
 12293 | D:11     | 12293 ||| Stepping ~*~*~tactically~*~*~ (outnumbered).
 12295 | D:11     | 12295 ||| Stepping ~*~*~tactically~*~*~ (outnumbered).
 12297 | D:11     | 12297 ||| Stepping ~*~*~tactically~*~*~ (outnumbered).
 12299 | D:11     | 12299 ||| Stepping ~*~*~tactically~*~*~ (outnumbered).
 12301 | D:11     | 12301 ||| Stepping ~*~*~tactically~*~*~ (outnumbered).
 12303 | D:11     | 12303 ||| Stepping ~*~*~tactically~*~*~ (outnumbered).
 12305 | D:11     | 12305 ||| Stepping ~*~*~tactically~*~*~ (outnumbered).
 12307 | D:11     | 12307 ||| Stepping ~*~*~tactically~*~*~ (outnumbered).
 12309 | D:11     | 12309 ||| Stepping ~*~*~tactically~*~*~ (outnumbered).
 12311 | D:11     | 12311 ||| Stepping ~*~*~tactically~*~*~ (outnumbered).
 12313 | D:11     | 12313 ||| Stepping ~*~*~tactically~*~*~ (outnumbered).
 12315 | D:11     | 12315 ||| Stepping ~*~*~tactically~*~*~ (outnumbered).
 12317 | D:11     | 12317 ||| Stepping ~*~*~tactically~*~*~ (outnumbered).
 12319 | D:11     | 12319 ||| Stepping ~*~*~tactically~*~*~ (outnumbered).
 12321 | D:11     | 12321 ||| Stepping ~*~*~tactically~*~*~ (outnumbered).
 12323 | D:11     | 12323 ||| Stepping ~*~*~tactically~*~*~ (outnumbered).
 12325 | D:11     | 12325 ||| Stepping ~*~*~tactically~*~*~ (outnumbered).
 12327 | D:11     | 12327 ||| Stepping ~*~*~tactically~*~*~ (outnumbered).
 12329 | D:11     | 12329 ||| Stepping ~*~*~tactically~*~*~ (outnumbered).
 12331 | D:11     | 12331 ||| Stepping ~*~*~tactically~*~*~ (outnumbered).
 12333 | D:11     | 12333 ||| Stepping ~*~*~tactically~*~*~ (outnumbered).
 12335 | D:11     | 12335 ||| Stepping ~*~*~tactically~*~*~ (outnumbered).
 12337 | D:11     | 12337 ||| Stepping ~*~*~tactically~*~*~ (outnumbered).
 12339 | D:11     | 12339 ||| Stepping ~*~*~tactically~*~*~ (outnumbered).
 12341 | D:11     | 12341 ||| Stepping ~*~*~tactically~*~*~ (outnumbered).
 12343 | D:11     | 12343 ||| Stepping ~*~*~tactically~*~*~ (outnumbered).
 12345 | D:11     | 12345 ||| Stepping ~*~*~tactically~*~*~ (outnumbered).
 12347 | D:11     | 12347 ||| Stepping ~*~*~tactically~*~*~ (outnumbered).
 12349 | D:11     | 12349 ||| Stepping ~*~*~tactically~*~*~ (outnumbered).
 12351 | D:11     | 12351 ||| Stepping ~*~*~tactically~*~*~ (outnumbered).
 12353 | D:11     | 12353 ||| Stepping ~*~*~tactically~*~*~ (outnumbered).
 12355 | D:11     | 12355 ||| Stepping ~*~*~tactically~*~*~ (outnumbered).
 12357 | D:11     | 12357 ||| Stepping ~*~*~tactically~*~*~ (outnumbered).
 12359 | D:11     | 12359 ||| Stepping ~*~*~tactically~*~*~ (outnumbered).
 12361 | D:11     | 12361 ||| Stepping ~*~*~tactically~*~*~ (outnumbered).
 12363 | D:11     | 12363 ||| Stepping ~*~*~tactically~*~*~ (outnumbered).
 12365 | D:11     | 12365 ||| Stepping ~*~*~tactically~*~*~ (outnumbered).
 12367 | D:11     | 12367 ||| Stepping ~*~*~tactically~*~*~ (outnumbered).
 12369 | D:11     | 12369 ||| Stepping ~*~*~tactically~*~*~ (outnumbered).
 12371 | D:11     | 12371 ||| Stepping ~*~*~tactically~*~*~ (outnumbered).
 12373 | D:11     | 12373 ||| Stepping ~*~*~tactically~*~*~ (outnumbered).
 12375 | D:11     | 12375 ||| Stepping ~*~*~tactically~*~*~ (outnumbered).
 12377 | D:11     | 12377 ||| Stepping ~*~*~tactically~*~*~ (outnumbered).
 12379 | D:11     | 12379 ||| Stepping ~*~*~tactically~*~*~ (outnumbered).
 12381 | D:11     | 12381 ||| Stepping ~*~*~tactically~*~*~ (outnumbered).
 12383 | D:11     | 12383 ||| Stepping ~*~*~tactically~*~*~ (outnumbered).
 12385 | D:11     | 12385 ||| Stepping ~*~*~tactically~*~*~ (outnumbered).
 12387 | D:11     | 12387 ||| Stepping ~*~*~tactically~*~*~ (outnumbered).
 12389 | D:11     | 12389 ||| Stepping ~*~*~tactically~*~*~ (outnumbered).
 12391 | D:11     | 12391 ||| Stepping ~*~*~tactically~*~*~ (outnumbered).
 12393 | D:11     | 12393 ||| Stepping ~*~*~tactically~*~*~ (outnumbered).
 12395 | D:11     | 12395 ||| Stepping ~*~*~tactically~*~*~ (outnumbered).
 12397 | D:11     | 12397 ||| Stepping ~*~*~tactically~*~*~ (outnumbered).
 12399 | D:11     | 12399 ||| Stepping ~*~*~tactically~*~*~ (outnumbered).
 12401 | D:11     | 12401 ||| Stepping ~*~*~tactically~*~*~ (outnumbered).
 12403 | D:11     | 12403 ||| Stepping ~*~*~tactically~*~*~ (outnumbered).
 12405 | D:11     | 12405 ||| Stepping ~*~*~tactically~*~*~ (outnumbered).
 12407 | D:11     | 12407 ||| Stepping ~*~*~tactically~*~*~ (outnumbered).
 12409 | D:11     | 12409 ||| Stepping ~*~*~tactically~*~*~ (outnumbered).
 12411 | D:11     | 12411 ||| Stepping ~*~*~tactically~*~*~ (outnumbered).
 12413 | D:11     | 12413 ||| Stepping ~*~*~tactically~*~*~ (outnumbered).
 12415 | D:11     | 12415 ||| Stepping ~*~*~tactically~*~*~ (outnumbered).
 12417 | D:11     | 12417 ||| Stepping ~*~*~tactically~*~*~ (outnumbered).
 12419 | D:11     | 12419 ||| Stepping ~*~*~tactically~*~*~ (outnumbered).
 12421 | D:11     | 12421 ||| Stepping ~*~*~tactically~*~*~ (outnumbered).
 12423 | D:11     | 12423 ||| Stepping ~*~*~tactically~*~*~ (outnumbered).
 12425 | D:11     | 12425 ||| Stepping ~*~*~tactically~*~*~ (outnumbered).
 12427 | D:11     | 12427 ||| Stepping ~*~*~tactically~*~*~ (outnumbered).
 12429 | D:11     | 12429 ||| Stepping ~*~*~tactically~*~*~ (outnumbered).
 12431 | D:11     | 12431 ||| Stepping ~*~*~tactically~*~*~ (outnumbered).
 12433 | D:11     | 12433 ||| Stepping ~*~*~tactically~*~*~ (outnumbered).
 12435 | D:11     | 12435 ||| Stepping ~*~*~tactically~*~*~ (outnumbered).
 12437 | D:11     | 12437 ||| Stepping ~*~*~tactically~*~*~ (outnumbered).
 12439 | D:11     | 12439 ||| Stepping ~*~*~tactically~*~*~ (outnumbered).
 12441 | D:11     | 12441 ||| Stepping ~*~*~tactically~*~*~ (outnumbered).
 12443 | D:11     | 12443 ||| Stepping ~*~*~tactically~*~*~ (outnumbered).
 12445 | D:11     | 12445 ||| Stepping ~*~*~tactically~*~*~ (outnumbered).
 12447 | D:11     | 12447 ||| Stepping ~*~*~tactically~*~*~ (outnumbered).
 12449 | D:11     | 12449 ||| Stepping ~*~*~tactically~*~*~ (outnumbered).
 12451 | D:11     | 12451 ||| Stepping ~*~*~tactically~*~*~ (outnumbered).
 12453 | D:11     | 12453 ||| Stepping ~*~*~tactically~*~*~ (outnumbered).
 12455 | D:11     | 12455 ||| Stepping ~*~*~tactically~*~*~ (outnumbered).
 12457 | D:11     | 12457 ||| Stepping ~*~*~tactically~*~*~ (outnumbered).
 12459 | D:11     | 12459 ||| Stepping ~*~*~tactically~*~*~ (outnumbered).
 12461 | D:11     | 12461 ||| Stepping ~*~*~tactically~*~*~ (outnumbered).
 12463 | D:11     | 12463 ||| Stepping ~*~*~tactically~*~*~ (outnumbered).
 12465 | D:11     | 12465 ||| Stepping ~*~*~tactically~*~*~ (outnumbered).
 12467 | D:11     | 12467 ||| Stepping ~*~*~tactically~*~*~ (outnumbered).
 12469 | D:11     | 12469 ||| Stepping ~*~*~tactically~*~*~ (outnumbered).
 12471 | D:11     | 12471 ||| Stepping ~*~*~tactically~*~*~ (outnumbered).
 12473 | D:11     | 12473 ||| Stepping ~*~*~tactically~*~*~ (outnumbered).
 12475 | D:11     | 12475 ||| Stepping ~*~*~tactically~*~*~ (outnumbered).
 12477 | D:11     | 12477 ||| Stepping ~*~*~tactically~*~*~ (outnumbered).
 12479 | D:11     | 12479 ||| Stepping ~*~*~tactically~*~*~ (outnumbered).
 12481 | D:11     | 12481 ||| Stepping ~*~*~tactically~*~*~ (outnumbered).
 12483 | D:11     | 12483 ||| Stepping ~*~*~tactically~*~*~ (outnumbered).
 12485 | D:11     | 12485 ||| Stepping ~*~*~tactically~*~*~ (outnumbered).
 12487 | D:11     | 12487 ||| Stepping ~*~*~tactically~*~*~ (outnumbered).
 12489 | D:11     | 12489 ||| Stepping ~*~*~tactically~*~*~ (outnumbered).
 12491 | D:11     | 12491 ||| Stepping ~*~*~tactically~*~*~ (outnumbered).
 12493 | D:11     | 12493 ||| Stepping ~*~*~tactically~*~*~ (outnumbered).
 12495 | D:11     | 12495 ||| Stepping ~*~*~tactically~*~*~ (outnumbered).
 12497 | D:11     | 12497 ||| Stepping ~*~*~tactically~*~*~ (outnumbered).
 12499 | D:11     | 12499 ||| Stepping ~*~*~tactically~*~*~ (outnumbered).
 12501 | D:11     | 12501 ||| Stepping ~*~*~tactically~*~*~ (outnumbered).
 12503 | D:11     | 12503 ||| Stepping ~*~*~tactically~*~*~ (outnumbered).
 12505 | D:11     | 12505 ||| Stepping ~*~*~tactically~*~*~ (outnumbered).
 12507 | D:11     | 12507 ||| Stepping ~*~*~tactically~*~*~ (outnumbered).
 12509 | D:11     | 12509 ||| Stepping ~*~*~tactically~*~*~ (outnumbered).
 12511 | D:11     | 12511 ||| Stepping ~*~*~tactically~*~*~ (outnumbered).
 12513 | D:11     | 12513 ||| Stepping ~*~*~tactically~*~*~ (outnumbered).
 12515 | D:11     | 12515 ||| Stepping ~*~*~tactically~*~*~ (outnumbered).
 12517 | D:11     | 12517 ||| Stepping ~*~*~tactically~*~*~ (outnumbered).
 12519 | D:11     | 12519 ||| Stepping ~*~*~tactically~*~*~ (outnumbered).
 12521 | D:11     | 12521 ||| Stepping ~*~*~tactically~*~*~ (outnumbered).
 12523 | D:11     | 12523 ||| Stepping ~*~*~tactically~*~*~ (outnumbered).
 12525 | D:11     | 12525 ||| Stepping ~*~*~tactically~*~*~ (outnumbered).
 12527 | D:11     | 12527 ||| Stepping ~*~*~tactically~*~*~ (outnumbered).
 12529 | D:11     | 12529 ||| Stepping ~*~*~tactically~*~*~ (outnumbered).
 12531 | D:11     | 12531 ||| Stepping ~*~*~tactically~*~*~ (outnumbered).
 12533 | D:11     | 12533 ||| Stepping ~*~*~tactically~*~*~ (outnumbered).
 12535 | D:11     | 12535 ||| Stepping ~*~*~tactically~*~*~ (outnumbered).
 12537 | D:11     | 12537 ||| Stepping ~*~*~tactically~*~*~ (outnumbered).
 12539 | D:11     | 12539 ||| Stepping ~*~*~tactically~*~*~ (outnumbered).
 12541 | D:11     | 12541 ||| Stepping ~*~*~tactically~*~*~ (outnumbered).
 12543 | D:11     | 12543 ||| Stepping ~*~*~tactically~*~*~ (outnumbered).
 12545 | D:11     | 12545 ||| Stepping ~*~*~tactically~*~*~ (outnumbered).
 12547 | D:11     | 12547 ||| Stepping ~*~*~tactically~*~*~ (outnumbered).
 12549 | D:11     | 12549 ||| Stepping ~*~*~tactically~*~*~ (outnumbered).
 12551 | D:11     | 12551 ||| Stepping ~*~*~tactically~*~*~ (outnumbered).
 12553 | D:11     | 12553 ||| Stepping ~*~*~tactically~*~*~ (outnumbered).
 12555 | D:11     | 12555 ||| Stepping ~*~*~tactically~*~*~ (outnumbered).
 12557 | D:11     | 12557 ||| Stepping ~*~*~tactically~*~*~ (outnumbered).
 12559 | D:11     | 12559 ||| Stepping ~*~*~tactically~*~*~ (outnumbered).
 12561 | D:11     | 12561 ||| Stepping ~*~*~tactically~*~*~ (outnumbered).
 12563 | D:11     | 12563 ||| Stepping ~*~*~tactically~*~*~ (outnumbered).
 12565 | D:11     | 12565 ||| Stepping ~*~*~tactically~*~*~ (outnumbered).
 12567 | D:11     | 12567 ||| Stepping ~*~*~tactically~*~*~ (outnumbered).
 12569 | D:11     | 12569 ||| Stepping ~*~*~tactically~*~*~ (outnumbered).
 12571 | D:11     | 12571 ||| Stepping ~*~*~tactically~*~*~ (outnumbered).
 12573 | D:11     | 12573 ||| Stepping ~*~*~tactically~*~*~ (outnumbered).
 12575 | D:11     | 12575 ||| Stepping ~*~*~tactically~*~*~ (outnumbered).
 12577 | D:11     | 12577 ||| Stepping ~*~*~tactically~*~*~ (outnumbered).
 12579 | D:11     | 12579 ||| Stepping ~*~*~tactically~*~*~ (outnumbered).
 12581 | D:11     | 12581 ||| Stepping ~*~*~tactically~*~*~ (outnumbered).
 12583 | D:11     | 12583 ||| Stepping ~*~*~tactically~*~*~ (outnumbered).
 12585 | D:11     | 12585 ||| Stepping ~*~*~tactically~*~*~ (outnumbered).
 12587 | D:11     | 12587 ||| Stepping ~*~*~tactically~*~*~ (outnumbered).
 12589 | D:11     | 12589 ||| Stepping ~*~*~tactically~*~*~ (outnumbered).
 12591 | D:11     | 12591 ||| Stepping ~*~*~tactically~*~*~ (outnumbered).
 12593 | D:11     | 12593 ||| Stepping ~*~*~tactically~*~*~ (outnumbered).
 12595 | D:11     | 12595 ||| Stepping ~*~*~tactically~*~*~ (outnumbered).
 12597 | D:11     | 12597 ||| Stepping ~*~*~tactically~*~*~ (outnumbered).
 12599 | D:11     | 12599 ||| Stepping ~*~*~tactically~*~*~ (outnumbered).
 12601 | D:11     | 12601 ||| Stepping ~*~*~tactically~*~*~ (outnumbered).
 12603 | D:11     | 12603 ||| Stepping ~*~*~tactically~*~*~ (outnumbered).
 12605 | D:11     | 12605 ||| Stepping ~*~*~tactically~*~*~ (outnumbered).
 12607 | D:11     | 12607 ||| Stepping ~*~*~tactically~*~*~ (outnumbered).
 12609 | D:11     | 12609 ||| Stepping ~*~*~tactically~*~*~ (outnumbered).
 12611 | D:11     | 12611 ||| Stepping ~*~*~tactically~*~*~ (outnumbered).
 12613 | D:11     | 12613 ||| Stepping ~*~*~tactically~*~*~ (outnumbered).
 12615 | D:11     | 12615 ||| Stepping ~*~*~tactically~*~*~ (outnumbered).
 12617 | D:11     | 12617 ||| Stepping ~*~*~tactically~*~*~ (outnumbered).
 12619 | D:11     | 12619 ||| Stepping ~*~*~tactically~*~*~ (outnumbered).
 12621 | D:11     | 12621 ||| Stepping ~*~*~tactically~*~*~ (outnumbered).
 12623 | D:11     | 12623 ||| Stepping ~*~*~tactically~*~*~ (outnumbered).
 12625 | D:11     | 12625 ||| Stepping ~*~*~tactically~*~*~ (outnumbered).
 12627 | D:11     | 12627 ||| Stepping ~*~*~tactically~*~*~ (outnumbered).
 12629 | D:11     | 12629 ||| Stepping ~*~*~tactically~*~*~ (outnumbered).
 12631 | D:11     | 12631 ||| Stepping ~*~*~tactically~*~*~ (outnumbered).
 12633 | D:11     | 12633 ||| Stepping ~*~*~tactically~*~*~ (outnumbered).
 12635 | D:11     | 12635 ||| Stepping ~*~*~tactically~*~*~ (outnumbered).
 12637 | D:11     | 12637 ||| Stepping ~*~*~tactically~*~*~ (outnumbered).
 12639 | D:11     | 12639 ||| Stepping ~*~*~tactically~*~*~ (outnumbered).
 12641 | D:11     | 12641 ||| Stepping ~*~*~tactically~*~*~ (outnumbered).
 12643 | D:11     | 12643 ||| Stepping ~*~*~tactically~*~*~ (outnumbered).
 12645 | D:11     | 12645 ||| Stepping ~*~*~tactically~*~*~ (outnumbered).
 12647 | D:11     | 12647 ||| Stepping ~*~*~tactically~*~*~ (outnumbered).
 12649 | D:11     | 12649 ||| Stepping ~*~*~tactically~*~*~ (outnumbered).
 12651 | D:11     | 12651 ||| Stepping ~*~*~tactically~*~*~ (outnumbered).
 12653 | D:11     | 12653 ||| Stepping ~*~*~tactically~*~*~ (outnumbered).
 12655 | D:11     | 12655 ||| Stepping ~*~*~tactically~*~*~ (outnumbered).
 12657 | D:11     | 12657 ||| Stepping ~*~*~tactically~*~*~ (outnumbered).
 12659 | D:11     | 12659 ||| Stepping ~*~*~tactically~*~*~ (outnumbered).
 12661 | D:11     | 12661 ||| Stepping ~*~*~tactically~*~*~ (outnumbered).
 12663 | D:11     | 12663 ||| Stepping ~*~*~tactically~*~*~ (outnumbered).
 12665 | D:11     | 12665 ||| Stepping ~*~*~tactically~*~*~ (outnumbered).
 12667 | D:11     | 12667 ||| Stepping ~*~*~tactically~*~*~ (outnumbered).
 12669 | D:11     | 12669 ||| Stepping ~*~*~tactically~*~*~ (outnumbered).
 12671 | D:11     | 12671 ||| Stepping ~*~*~tactically~*~*~ (outnumbered).
 12673 | D:11     | 12673 ||| Stepping ~*~*~tactically~*~*~ (outnumbered).
 12675 | D:11     | 12675 ||| Stepping ~*~*~tactically~*~*~ (outnumbered).
 12677 | D:11     | 12677 ||| Stepping ~*~*~tactically~*~*~ (outnumbered).
 12679 | D:11     | 12679 ||| Stepping ~*~*~tactically~*~*~ (outnumbered).
 12681 | D:11     | 12681 ||| Stepping ~*~*~tactically~*~*~ (outnumbered).
 12683 | D:11     | 12683 ||| Stepping ~*~*~tactically~*~*~ (outnumbered).
 12685 | D:11     | 12685 ||| Stepping ~*~*~tactically~*~*~ (outnumbered).
 12687 | D:11     | 12687 ||| Stepping ~*~*~tactically~*~*~ (outnumbered).
 12689 | D:11     | 12689 ||| Stepping ~*~*~tactically~*~*~ (outnumbered).
 12691 | D:11     | 12691 ||| Stepping ~*~*~tactically~*~*~ (outnumbered).
 12693 | D:11     | 12693 ||| Stepping ~*~*~tactically~*~*~ (outnumbered).
 12695 | D:11     | 12695 ||| Stepping ~*~*~tactically~*~*~ (outnumbered).
 12697 | D:11     | 12697 ||| Stepping ~*~*~tactically~*~*~ (outnumbered).
 12699 | D:11     | 12699 ||| Stepping ~*~*~tactically~*~*~ (outnumbered).
 12701 | D:11     | 12701 ||| Stepping ~*~*~tactically~*~*~ (outnumbered).
 12703 | D:11     | 12703 ||| Stepping ~*~*~tactically~*~*~ (outnumbered).
 12705 | D:11     | 12705 ||| Stepping ~*~*~tactically~*~*~ (outnumbered).
 12707 | D:11     | 12707 ||| Stepping ~*~*~tactically~*~*~ (outnumbered).
 12709 | D:11     | 12709 ||| Stepping ~*~*~tactically~*~*~ (outnumbered).
 12711 | D:11     | 12711 ||| Stepping ~*~*~tactically~*~*~ (outnumbered).
 12713 | D:11     | 12713 ||| Stepping ~*~*~tactically~*~*~ (outnumbered).
 12715 | D:11     | 12715 ||| Stepping ~*~*~tactically~*~*~ (outnumbered).
 12717 | D:11     | 12717 ||| Stepping ~*~*~tactically~*~*~ (outnumbered).
 12719 | D:11     | 12719 ||| Stepping ~*~*~tactically~*~*~ (outnumbered).
 12721 | D:11     | 12721 ||| Stepping ~*~*~tactically~*~*~ (outnumbered).
 12723 | D:11     | 12723 ||| Stepping ~*~*~tactically~*~*~ (outnumbered).
 12725 | D:11     | 12725 ||| Stepping ~*~*~tactically~*~*~ (outnumbered).
 12727 | D:11     | 12727 ||| Stepping ~*~*~tactically~*~*~ (outnumbered).
 12729 | D:11     | 12729 ||| Stepping ~*~*~tactically~*~*~ (outnumbered).
 12731 | D:11     | 12731 ||| Stepping ~*~*~tactically~*~*~ (outnumbered).
 12733 | D:11     | 12733 ||| Stepping ~*~*~tactically~*~*~ (outnumbered).
 12735 | D:11     | 12735 ||| Stepping ~*~*~tactically~*~*~ (outnumbered).
 12737 | D:11     | 12737 ||| Stepping ~*~*~tactically~*~*~ (outnumbered).
 12739 | D:11     | 12739 ||| Stepping ~*~*~tactically~*~*~ (outnumbered).
 12741 | D:11     | 12741 ||| Stepping ~*~*~tactically~*~*~ (outnumbered).
 12743 | D:11     | 12743 ||| Stepping ~*~*~tactically~*~*~ (outnumbered).
 12745 | D:11     | 12745 ||| Stepping ~*~*~tactically~*~*~ (outnumbered).
 12747 | D:11     | 12747 ||| Stepping ~*~*~tactically~*~*~ (outnumbered).
 12749 | D:11     | 12749 ||| Stepping ~*~*~tactically~*~*~ (outnumbered).
 12751 | D:11     | 12751 ||| Stepping ~*~*~tactically~*~*~ (outnumbered).
 12753 | D:11     | 12753 ||| Stepping ~*~*~tactically~*~*~ (outnumbered).
 12755 | D:11     | 12755 ||| Stepping ~*~*~tactically~*~*~ (outnumbered).
 12757 | D:11     | 12757 ||| Stepping ~*~*~tactically~*~*~ (outnumbered).
 12759 | D:11     | 12759 ||| Stepping ~*~*~tactically~*~*~ (outnumbered).
 12761 | D:11     | 12761 ||| Stepping ~*~*~tactically~*~*~ (outnumbered).
 12763 | D:11     | 12763 ||| Stepping ~*~*~tactically~*~*~ (outnumbered).
 12765 | D:11     | 12765 ||| Stepping ~*~*~tactically~*~*~ (outnumbered).
 12767 | D:11     | 12767 ||| Stepping ~*~*~tactically~*~*~ (outnumbered).
 12769 | D:11     | 12769 ||| Stepping ~*~*~tactically~*~*~ (outnumbered).
 12771 | D:11     | 12771 ||| Stepping ~*~*~tactically~*~*~ (outnumbered).
 12773 | D:11     | 12773 ||| Stepping ~*~*~tactically~*~*~ (outnumbered).
 12775 | D:11     | 12775 ||| Stepping ~*~*~tactically~*~*~ (outnumbered).
 12777 | D:11     | 12777 ||| Stepping ~*~*~tactically~*~*~ (outnumbered).
 12779 | D:11     | 12779 ||| Stepping ~*~*~tactically~*~*~ (outnumbered).
 12781 | D:11     | 12781 ||| Stepping ~*~*~tactically~*~*~ (outnumbered).
 12783 | D:11     | 12783 ||| Stepping ~*~*~tactically~*~*~ (outnumbered).
 12785 | D:11     | 12785 ||| Stepping ~*~*~tactically~*~*~ (outnumbered).
 12787 | D:11     | 12787 ||| Stepping ~*~*~tactically~*~*~ (outnumbered).
 12789 | D:11     | 12789 ||| Stepping ~*~*~tactically~*~*~ (outnumbered).
 12791 | D:11     | 12791 ||| Stepping ~*~*~tactically~*~*~ (outnumbered).
 12793 | D:11     | 12793 ||| Stepping ~*~*~tactically~*~*~ (outnumbered).
 12795 | D:11     | 12795 ||| Stepping ~*~*~tactically~*~*~ (outnumbered).
 12797 | D:11     | 12797 ||| Stepping ~*~*~tactically~*~*~ (outnumbered).
 12799 | D:11     | 12799 ||| Stepping ~*~*~tactically~*~*~ (outnumbered).
 12801 | D:11     | 12801 ||| Stepping ~*~*~tactically~*~*~ (outnumbered).
 12803 | D:11     | 12803 ||| Stepping ~*~*~tactically~*~*~ (outnumbered).
 12805 | D:11     | 12805 ||| Stepping ~*~*~tactically~*~*~ (outnumbered).
 12807 | D:11     | 12807 ||| Stepping ~*~*~tactically~*~*~ (outnumbered).
 12809 | D:11     | 12809 ||| Stepping ~*~*~tactically~*~*~ (outnumbered).
 12811 | D:11     | 12811 ||| Stepping ~*~*~tactically~*~*~ (outnumbered).
 12813 | D:11     | 12813 ||| Stepping ~*~*~tactically~*~*~ (outnumbered).
 12815 | D:11     | 12815 ||| Stepping ~*~*~tactically~*~*~ (outnumbered).
 12817 | D:11     | 12817 ||| Stepping ~*~*~tactically~*~*~ (outnumbered).
 12819 | D:11     | 12819 ||| Stepping ~*~*~tactically~*~*~ (outnumbered).
 12821 | D:11     | 12821 ||| Stepping ~*~*~tactically~*~*~ (outnumbered).
 12823 | D:11     | 12823 ||| Stepping ~*~*~tactically~*~*~ (outnumbered).
 12825 | D:11     | 12825 ||| Stepping ~*~*~tactically~*~*~ (outnumbered).
 12827 | D:11     | 12827 ||| Stepping ~*~*~tactically~*~*~ (outnumbered).
 12829 | D:11     | 12829 ||| Stepping ~*~*~tactically~*~*~ (outnumbered).
 12831 | D:11     | 12831 ||| Stepping ~*~*~tactically~*~*~ (outnumbered).
 12833 | D:11     | 12833 ||| Stepping ~*~*~tactically~*~*~ (outnumbered).
 12835 | D:11     | 12835 ||| Stepping ~*~*~tactically~*~*~ (outnumbered).
 12837 | D:11     | 12837 ||| Stepping ~*~*~tactically~*~*~ (outnumbered).
 12839 | D:11     | 12839 ||| Stepping ~*~*~tactically~*~*~ (outnumbered).
 12841 | D:11     | 12841 ||| Stepping ~*~*~tactically~*~*~ (outnumbered).
 12843 | D:11     | 12843 ||| Stepping ~*~*~tactically~*~*~ (outnumbered).
 12845 | D:11     | 12845 ||| Stepping ~*~*~tactically~*~*~ (outnumbered).
 12847 | D:11     | 12847 ||| Stepping ~*~*~tactically~*~*~ (outnumbered).
 12849 | D:11     | 12849 ||| Stepping ~*~*~tactically~*~*~ (outnumbered).
 12851 | D:11     | 12851 ||| Stepping ~*~*~tactically~*~*~ (outnumbered).
 12853 | D:11     | 12853 ||| Stepping ~*~*~tactically~*~*~ (outnumbered).
 12855 | D:11     | 12855 ||| Stepping ~*~*~tactically~*~*~ (outnumbered).
 12857 | D:11     | 12857 ||| Stepping ~*~*~tactically~*~*~ (outnumbered).
 12859 | D:11     | 12859 ||| Stepping ~*~*~tactically~*~*~ (outnumbered).
 12861 | D:11     | 12861 ||| Stepping ~*~*~tactically~*~*~ (outnumbered).
 12863 | D:11     | 12863 ||| Stepping ~*~*~tactically~*~*~ (outnumbered).
 12865 | D:11     | 12865 ||| Stepping ~*~*~tactically~*~*~ (outnumbered).
 12867 | D:11     | 12867 ||| Stepping ~*~*~tactically~*~*~ (outnumbered).
 12869 | D:11     | 12869 ||| Stepping ~*~*~tactically~*~*~ (outnumbered).
 12871 | D:11     | 12871 ||| Stepping ~*~*~tactically~*~*~ (outnumbered).
 12873 | D:11     | 12873 ||| Stepping ~*~*~tactically~*~*~ (outnumbered).
 12875 | D:11     | 12875 ||| Stepping ~*~*~tactically~*~*~ (outnumbered).
 12877 | D:11     | 12877 ||| Stepping ~*~*~tactically~*~*~ (outnumbered).
 12879 | D:11     | 12879 ||| Stepping ~*~*~tactically~*~*~ (outnumbered).
 12881 | D:11     | 12881 ||| Stepping ~*~*~tactically~*~*~ (outnumbered).
 12883 | D:11     | 12883 ||| Stepping ~*~*~tactically~*~*~ (outnumbered).
 12885 | D:11     | 12885 ||| Stepping ~*~*~tactically~*~*~ (outnumbered).
 12887 | D:11     | 12887 ||| Stepping ~*~*~tactically~*~*~ (outnumbered).
 12889 | D:11     | 12889 ||| Stepping ~*~*~tactically~*~*~ (outnumbered).
 12891 | D:11     | 12891 ||| Stepping ~*~*~tactically~*~*~ (outnumbered).
 12893 | D:11     | 12893 ||| Stepping ~*~*~tactically~*~*~ (outnumbered).
 12895 | D:11     | 12895 ||| Stepping ~*~*~tactically~*~*~ (outnumbered).
 12897 | D:11     | 12897 ||| Stepping ~*~*~tactically~*~*~ (outnumbered).
 12899 | D:11     | 12899 ||| Stepping ~*~*~tactically~*~*~ (outnumbered).
 12901 | D:11     | 12901 ||| Stepping ~*~*~tactically~*~*~ (outnumbered).
 12903 | D:11     | 12903 ||| Stepping ~*~*~tactically~*~*~ (outnumbered).
 12905 | D:11     | 12905 ||| Stepping ~*~*~tactically~*~*~ (outnumbered).
 12907 | D:11     | 12907 ||| Stepping ~*~*~tactically~*~*~ (outnumbered).
 12909 | D:11     | 12909 ||| Stepping ~*~*~tactically~*~*~ (outnumbered).
 12911 | D:11     | 12911 ||| Stepping ~*~*~tactically~*~*~ (outnumbered).
 12913 | D:11     | 12913 ||| Stepping ~*~*~tactically~*~*~ (outnumbered).
 12915 | D:11     | 12915 ||| Stepping ~*~*~tactically~*~*~ (outnumbered).
 12917 | D:11     | 12917 ||| Stepping ~*~*~tactically~*~*~ (outnumbered).
 12919 | D:11     | 12919 ||| Stepping ~*~*~tactically~*~*~ (outnumbered).
 12921 | D:11     | 12921 ||| Stepping ~*~*~tactically~*~*~ (outnumbered).
 12923 | D:11     | 12923 ||| Stepping ~*~*~tactically~*~*~ (outnumbered).
 12925 | D:11     | 12925 ||| Stepping ~*~*~tactically~*~*~ (outnumbered).
 12927 | D:11     | 12927 ||| Stepping ~*~*~tactically~*~*~ (outnumbered).
 12929 | D:11     | 12929 ||| Stepping ~*~*~tactically~*~*~ (outnumbered).
 12931 | D:11     | 12931 ||| Stepping ~*~*~tactically~*~*~ (outnumbered).
 12933 | D:11     | 12933 ||| Stepping ~*~*~tactically~*~*~ (outnumbered).
 12935 | D:11     | 12935 ||| Stepping ~*~*~tactically~*~*~ (outnumbered).
 12937 | D:11     | 12937 ||| Stepping ~*~*~tactically~*~*~ (outnumbered).
 12939 | D:11     | 12939 ||| Stepping ~*~*~tactically~*~*~ (outnumbered).
 12941 | D:11     | 12941 ||| Stepping ~*~*~tactically~*~*~ (outnumbered).
 12943 | D:11     | 12943 ||| Stepping ~*~*~tactically~*~*~ (outnumbered).
 12945 | D:11     | 12945 ||| Stepping ~*~*~tactically~*~*~ (outnumbered).
 12947 | D:11     | 12947 ||| Stepping ~*~*~tactically~*~*~ (outnumbered).
 12949 | D:11     | 12949 ||| Stepping ~*~*~tactically~*~*~ (outnumbered).
 12951 | D:11     | 12951 ||| Stepping ~*~*~tactically~*~*~ (outnumbered).
 12953 | D:11     | 12953 ||| Stepping ~*~*~tactically~*~*~ (outnumbered).
 12955 | D:11     | 12955 ||| Stepping ~*~*~tactically~*~*~ (outnumbered).
 12957 | D:11     | 12957 ||| Stepping ~*~*~tactically~*~*~ (outnumbered).
 12959 | D:11     | 12959 ||| Stepping ~*~*~tactically~*~*~ (outnumbered).
 12961 | D:11     | 12961 ||| Stepping ~*~*~tactically~*~*~ (outnumbered).
 12963 | D:11     | 12963 ||| Stepping ~*~*~tactically~*~*~ (outnumbered).
 12965 | D:11     | 12965 ||| Stepping ~*~*~tactically~*~*~ (outnumbered).
 12967 | D:11     | 12967 ||| Stepping ~*~*~tactically~*~*~ (outnumbered).
 12969 | D:11     | 12969 ||| Stepping ~*~*~tactically~*~*~ (outnumbered).
 12971 | D:11     | 12971 ||| Stepping ~*~*~tactically~*~*~ (outnumbered).
 12973 | D:11     | 12973 ||| Stepping ~*~*~tactically~*~*~ (outnumbered).
 12975 | D:11     | 12975 ||| Stepping ~*~*~tactically~*~*~ (outnumbered).
 12977 | D:11     | 12977 ||| Stepping ~*~*~tactically~*~*~ (outnumbered).
 12979 | D:11     | 12979 ||| Stepping ~*~*~tactically~*~*~ (outnumbered).
 12981 | D:11     | 12981 ||| Stepping ~*~*~tactically~*~*~ (outnumbered).
 12983 | D:11     | 12983 ||| Stepping ~*~*~tactically~*~*~ (outnumbered).
 12985 | D:11     | 12985 ||| Stepping ~*~*~tactically~*~*~ (outnumbered).
 12987 | D:11     | 12987 ||| Stepping ~*~*~tactically~*~*~ (outnumbered).
 12989 | D:11     | 12989 ||| Stepping ~*~*~tactically~*~*~ (outnumbered).
 12991 | D:11     | 12991 ||| Stepping ~*~*~tactically~*~*~ (outnumbered).
 12993 | D:11     | 12993 ||| Stepping ~*~*~tactically~*~*~ (outnumbered).
 12995 | D:11     | 12995 ||| Stepping ~*~*~tactically~*~*~ (outnumbered).
 12997 | D:11     | 12997 ||| Stepping ~*~*~tactically~*~*~ (outnumbered).
 12999 | D:11     | 12999 ||| Stepping ~*~*~tactically~*~*~ (outnumbered).
 13001 | D:11     | 13001 ||| Stepping ~*~*~tactically~*~*~ (outnumbered).
 13003 | D:11     | 13003 ||| Stepping ~*~*~tactically~*~*~ (outnumbered).
 13005 | D:11     | 13005 ||| Stepping ~*~*~tactically~*~*~ (outnumbered).
 13007 | D:11     | 13007 ||| Stepping ~*~*~tactically~*~*~ (outnumbered).
 13009 | D:11     | 13009 ||| Stepping ~*~*~tactically~*~*~ (outnumbered).
 13011 | D:11     | 13011 ||| Stepping ~*~*~tactically~*~*~ (outnumbered).
 13013 | D:11     | 13013 ||| Stepping ~*~*~tactically~*~*~ (outnumbered).
 13015 | D:11     | 13015 ||| Stepping ~*~*~tactically~*~*~ (outnumbered).
 13017 | D:11     | 13017 ||| Stepping ~*~*~tactically~*~*~ (outnumbered).
 13019 | D:11     | 13019 ||| Stepping ~*~*~tactically~*~*~ (outnumbered).
 13021 | D:11     | 13021 ||| Stepping ~*~*~tactically~*~*~ (outnumbered).
 13023 | D:11     | 13023 ||| Stepping ~*~*~tactically~*~*~ (outnumbered).
 13025 | D:11     | 13025 ||| Stepping ~*~*~tactically~*~*~ (outnumbered).
 13027 | D:11     | 13027 ||| Stepping ~*~*~tactically~*~*~ (outnumbered).
 13029 | D:11     | 13029 ||| Stepping ~*~*~tactically~*~*~ (outnumbered).
 13031 | D:11     | 13031 ||| Stepping ~*~*~tactically~*~*~ (outnumbered).
 13033 | D:11     | 13033 ||| Stepping ~*~*~tactically~*~*~ (outnumbered).
 13035 | D:11     | 13035 ||| Stepping ~*~*~tactically~*~*~ (outnumbered).
 13037 | D:11     | 13037 ||| Stepping ~*~*~tactically~*~*~ (outnumbered).
 13039 | D:11     | 13039 ||| Stepping ~*~*~tactically~*~*~ (outnumbered).
 13041 | D:11     | 13041 ||| Stepping ~*~*~tactically~*~*~ (outnumbered).
 13043 | D:11     | 13043 ||| Stepping ~*~*~tactically~*~*~ (outnumbered).
 13045 | D:11     | 13045 ||| Stepping ~*~*~tactically~*~*~ (outnumbered).
 13047 | D:11     | 13047 ||| Stepping ~*~*~tactically~*~*~ (outnumbered).
 13049 | D:11     | 13049 ||| Stepping ~*~*~tactically~*~*~ (outnumbered).
 13051 | D:11     | 13051 ||| Stepping ~*~*~tactically~*~*~ (outnumbered).
 13053 | D:11     | 13053 ||| Stepping ~*~*~tactically~*~*~ (outnumbered).
 13055 | D:11     | 13055 ||| Stepping ~*~*~tactically~*~*~ (outnumbered).
 13057 | D:11     | 13057 ||| Stepping ~*~*~tactically~*~*~ (outnumbered).
 13059 | D:11     | 13059 ||| Stepping ~*~*~tactically~*~*~ (outnumbered).
 13061 | D:11     | 13061 ||| Stepping ~*~*~tactically~*~*~ (outnumbered).
 13063 | D:11     | 13063 ||| Stepping ~*~*~tactically~*~*~ (outnumbered).
 13065 | D:11     | 13065 ||| Stepping ~*~*~tactically~*~*~ (outnumbered).
 13067 | D:11     | 13067 ||| Stepping ~*~*~tactically~*~*~ (outnumbered).
 13069 | D:11     | 13069 ||| Stepping ~*~*~tactically~*~*~ (outnumbered).
 13071 | D:11     | 13071 ||| Stepping ~*~*~tactically~*~*~ (outnumbered).
 13073 | D:11     | 13073 ||| Stepping ~*~*~tactically~*~*~ (outnumbered).
 13075 | D:11     | 13075 ||| Stepping ~*~*~tactically~*~*~ (outnumbered).
 13077 | D:11     | 13077 ||| Stepping ~*~*~tactically~*~*~ (outnumbered).
 13079 | D:11     | 13079 ||| Stepping ~*~*~tactically~*~*~ (outnumbered).
 13081 | D:11     | 13081 ||| Stepping ~*~*~tactically~*~*~ (outnumbered).
 13083 | D:11     | 13083 ||| Stepping ~*~*~tactically~*~*~ (outnumbered).
 13085 | D:11     | 13085 ||| Stepping ~*~*~tactically~*~*~ (outnumbered).
 13087 | D:11     | 13087 ||| Stepping ~*~*~tactically~*~*~ (outnumbered).
 13089 | D:11     | 13089 ||| Stepping ~*~*~tactically~*~*~ (outnumbered).
 13091 | D:11     | 13091 ||| Stepping ~*~*~tactically~*~*~ (outnumbered).
 13093 | D:11     | 13093 ||| Stepping ~*~*~tactically~*~*~ (outnumbered).
 13095 | D:11     | 13095 ||| Stepping ~*~*~tactically~*~*~ (outnumbered).
 13097 | D:11     | 13097 ||| Stepping ~*~*~tactically~*~*~ (outnumbered).
 13099 | D:11     | 13099 ||| Stepping ~*~*~tactically~*~*~ (outnumbered).
 13101 | D:11     | 13101 ||| Stepping ~*~*~tactically~*~*~ (outnumbered).
 13103 | D:11     | 13103 ||| Stepping ~*~*~tactically~*~*~ (outnumbered).
 13105 | D:11     | 13105 ||| Stepping ~*~*~tactically~*~*~ (outnumbered).
 13107 | D:11     | 13107 ||| Stepping ~*~*~tactically~*~*~ (outnumbered).
 13109 | D:11     | 13109 ||| Stepping ~*~*~tactically~*~*~ (outnumbered).
 13111 | D:11     | 13111 ||| Stepping ~*~*~tactically~*~*~ (outnumbered).
 13113 | D:11     | 13113 ||| Stepping ~*~*~tactically~*~*~ (outnumbered).
 13115 | D:11     | 13115 ||| Stepping ~*~*~tactically~*~*~ (outnumbered).
 13117 | D:11     | 13117 ||| Stepping ~*~*~tactically~*~*~ (outnumbered).
 13119 | D:11     | 13119 ||| Stepping ~*~*~tactically~*~*~ (outnumbered).
 13121 | D:11     | 13121 ||| Stepping ~*~*~tactically~*~*~ (outnumbered).
 13123 | D:11     | 13123 ||| Stepping ~*~*~tactically~*~*~ (outnumbered).
 13125 | D:11     | 13125 ||| Stepping ~*~*~tactically~*~*~ (outnumbered).
 13127 | D:11     | 13127 ||| Stepping ~*~*~tactically~*~*~ (outnumbered).
 13129 | D:11     | 13129 ||| Stepping ~*~*~tactically~*~*~ (outnumbered).
 13131 | D:11     | 13131 ||| Stepping ~*~*~tactically~*~*~ (outnumbered).
 13133 | D:11     | 13133 ||| Stepping ~*~*~tactically~*~*~ (outnumbered).
 13135 | D:11     | 13135 ||| Stepping ~*~*~tactically~*~*~ (outnumbered).
 13137 | D:11     | 13137 ||| Stepping ~*~*~tactically~*~*~ (outnumbered).
 13139 | D:11     | 13139 ||| Stepping ~*~*~tactically~*~*~ (outnumbered).
 13141 | D:11     | 13141 ||| Stepping ~*~*~tactically~*~*~ (outnumbered).
 13143 | D:11     | 13143 ||| Stepping ~*~*~tactically~*~*~ (outnumbered).
 13145 | D:11     | 13145 ||| Stepping ~*~*~tactically~*~*~ (outnumbered).
 13147 | D:11     | 13147 ||| Stepping ~*~*~tactically~*~*~ (outnumbered).
 13149 | D:11     | 13149 ||| Stepping ~*~*~tactically~*~*~ (outnumbered).
 13151 | D:11     | 13151 ||| Stepping ~*~*~tactically~*~*~ (outnumbered).
 13153 | D:11     | 13153 ||| Stepping ~*~*~tactically~*~*~ (outnumbered).
 13155 | D:11     | 13155 ||| Stepping ~*~*~tactically~*~*~ (outnumbered).
 13157 | D:11     | 13157 ||| Stepping ~*~*~tactically~*~*~ (outnumbered).
 13159 | D:11     | 13159 ||| Stepping ~*~*~tactically~*~*~ (outnumbered).
 13161 | D:11     | 13161 ||| Stepping ~*~*~tactically~*~*~ (outnumbered).
 13163 | D:11     | 13163 ||| Stepping ~*~*~tactically~*~*~ (outnumbered).
 13165 | D:11     | 13165 ||| Stepping ~*~*~tactically~*~*~ (outnumbered).
 13167 | D:11     | 13167 ||| Stepping ~*~*~tactically~*~*~ (outnumbered).
 13169 | D:11     | 13169 ||| Stepping ~*~*~tactically~*~*~ (outnumbered).
 13171 | D:11     | 13171 ||| Stepping ~*~*~tactically~*~*~ (outnumbered).
 13173 | D:11     | 13173 ||| Stepping ~*~*~tactically~*~*~ (outnumbered).
 13175 | D:11     | 13175 ||| Stepping ~*~*~tactically~*~*~ (outnumbered).
 13177 | D:11     | 13177 ||| Stepping ~*~*~tactically~*~*~ (outnumbered).
 13179 | D:11     | 13179 ||| Stepping ~*~*~tactically~*~*~ (outnumbered).
 13181 | D:11     | 13181 ||| Stepping ~*~*~tactically~*~*~ (outnumbered).
 13183 | D:11     | 13183 ||| Stepping ~*~*~tactically~*~*~ (outnumbered).
 13185 | D:11     | 13185 ||| Stepping ~*~*~tactically~*~*~ (outnumbered).
 13187 | D:11     | 13187 ||| Stepping ~*~*~tactically~*~*~ (outnumbered).
 13189 | D:11     | 13189 ||| Stepping ~*~*~tactically~*~*~ (outnumbered).
 13191 | D:11     | 13191 ||| Stepping ~*~*~tactically~*~*~ (outnumbered).
 13193 | D:11     | 13193 ||| Stepping ~*~*~tactically~*~*~ (outnumbered).
 13195 | D:11     | 13195 ||| Stepping ~*~*~tactically~*~*~ (outnumbered).
 13197 | D:11     | 13197 ||| Stepping ~*~*~tactically~*~*~ (outnumbered).
 13199 | D:11     | 13199 ||| Stepping ~*~*~tactically~*~*~ (outnumbered).
 13201 | D:11     | 13201 ||| Stepping ~*~*~tactically~*~*~ (outnumbered).
 13203 | D:11     | 13203 ||| Stepping ~*~*~tactically~*~*~ (outnumbered).
 13205 | D:11     | 13205 ||| Stepping ~*~*~tactically~*~*~ (outnumbered).
 13207 | D:11     | 13207 ||| Stepping ~*~*~tactically~*~*~ (outnumbered).
 13209 | D:11     | 13209 ||| Stepping ~*~*~tactically~*~*~ (outnumbered).
 13211 | D:11     | 13211 ||| Stepping ~*~*~tactically~*~*~ (outnumbered).
 13213 | D:11     | 13213 ||| Stepping ~*~*~tactically~*~*~ (outnumbered).
 13215 | D:11     | 13215 ||| Stepping ~*~*~tactically~*~*~ (outnumbered).
 13217 | D:11     | 13217 ||| Stepping ~*~*~tactically~*~*~ (outnumbered).
 13219 | D:11     | 13219 ||| Stepping ~*~*~tactically~*~*~ (outnumbered).
 13221 | D:11     | 13221 ||| Stepping ~*~*~tactically~*~*~ (outnumbered).
 13223 | D:11     | 13223 ||| Stepping ~*~*~tactically~*~*~ (outnumbered).
 13225 | D:11     | 13225 ||| Stepping ~*~*~tactically~*~*~ (outnumbered).
 13227 | D:11     | 13227 ||| Stepping ~*~*~tactically~*~*~ (outnumbered).
 13229 | D:11     | 13229 ||| Stepping ~*~*~tactically~*~*~ (outnumbered).
 13231 | D:11     | 13231 ||| Stepping ~*~*~tactically~*~*~ (outnumbered).
 13233 | D:11     | 13233 ||| Stepping ~*~*~tactically~*~*~ (outnumbered).
 13235 | D:11     | 13235 ||| Stepping ~*~*~tactically~*~*~ (outnumbered).
 13237 | D:11     | 13237 ||| Stepping ~*~*~tactically~*~*~ (outnumbered).
 13239 | D:11     | 13239 ||| Stepping ~*~*~tactically~*~*~ (outnumbered).
 13241 | D:11     | 13241 ||| Stepping ~*~*~tactically~*~*~ (outnumbered).
 13243 | D:11     | 13243 ||| Stepping ~*~*~tactically~*~*~ (outnumbered).
 13245 | D:11     | 13245 ||| Stepping ~*~*~tactically~*~*~ (outnumbered).
 13247 | D:11     | 13247 ||| Stepping ~*~*~tactically~*~*~ (outnumbered).
 13249 | D:11     | 13249 ||| Stepping ~*~*~tactically~*~*~ (outnumbered).
 13251 | D:11     | 13251 ||| Stepping ~*~*~tactically~*~*~ (outnumbered).
 13253 | D:11     | 13253 ||| Stepping ~*~*~tactically~*~*~ (outnumbered).
 13255 | D:11     | 13255 ||| Stepping ~*~*~tactically~*~*~ (outnumbered).
 13257 | D:11     | 13257 ||| Stepping ~*~*~tactically~*~*~ (outnumbered).
 13259 | D:11     | 13259 ||| Stepping ~*~*~tactically~*~*~ (outnumbered).
 13261 | D:11     | 13261 ||| Stepping ~*~*~tactically~*~*~ (outnumbered).
 13263 | D:11     | 13263 ||| Stepping ~*~*~tactically~*~*~ (outnumbered).
 13265 | D:11     | 13265 ||| Stepping ~*~*~tactically~*~*~ (outnumbered).
 13267 | D:11     | 13267 ||| Stepping ~*~*~tactically~*~*~ (outnumbered).
 13269 | D:11     | 13269 ||| Stepping ~*~*~tactically~*~*~ (outnumbered).
 13271 | D:11     | 13271 ||| Stepping ~*~*~tactically~*~*~ (outnumbered).
 13273 | D:11     | 13273 ||| Stepping ~*~*~tactically~*~*~ (outnumbered).
 13275 | D:11     | 13275 ||| Stepping ~*~*~tactically~*~*~ (outnumbered).
 13277 | D:11     | 13277 ||| Stepping ~*~*~tactically~*~*~ (outnumbered).
 13279 | D:11     | 13279 ||| Stepping ~*~*~tactically~*~*~ (outnumbered).
 13281 | D:11     | 13281 ||| Stepping ~*~*~tactically~*~*~ (outnumbered).
 13283 | D:11     | 13283 ||| Stepping ~*~*~tactically~*~*~ (outnumbered).
 13285 | D:11     | 13285 ||| Stepping ~*~*~tactically~*~*~ (outnumbered).
 13287 | D:11     | 13287 ||| Stepping ~*~*~tactically~*~*~ (outnumbered).
 13289 | D:11     | 13289 ||| Stepping ~*~*~tactically~*~*~ (outnumbered).
 13291 | D:11     | 13291 ||| Stepping ~*~*~tactically~*~*~ (outnumbered).
 13293 | D:11     | 13293 ||| Stepping ~*~*~tactically~*~*~ (outnumbered).
 13295 | D:11     | 13295 ||| Stepping ~*~*~tactically~*~*~ (outnumbered).
 13297 | D:11     | 13297 ||| Stepping ~*~*~tactically~*~*~ (outnumbered).
 13299 | D:11     | 13299 ||| Stepping ~*~*~tactically~*~*~ (outnumbered).
 13301 | D:11     | 13301 ||| Stepping ~*~*~tactically~*~*~ (outnumbered).
 13303 | D:11     | 13303 ||| Stepping ~*~*~tactically~*~*~ (outnumbered).
 13305 | D:11     | 13305 ||| Stepping ~*~*~tactically~*~*~ (outnumbered).
 13307 | D:11     | 13307 ||| Stepping ~*~*~tactically~*~*~ (outnumbered).
 13309 | D:11     | 13309 ||| Stepping ~*~*~tactically~*~*~ (outnumbered).
 13311 | D:11     | 13311 ||| Stepping ~*~*~tactically~*~*~ (outnumbered).
 13313 | D:11     | 13313 ||| Stepping ~*~*~tactically~*~*~ (outnumbered).
 13315 | D:11     | 13315 ||| Stepping ~*~*~tactically~*~*~ (outnumbered).
 13317 | D:11     | 13317 ||| Stepping ~*~*~tactically~*~*~ (outnumbered).
 13319 | D:11     | 13319 ||| Stepping ~*~*~tactically~*~*~ (outnumbered).
 13321 | D:11     | 13321 ||| Stepping ~*~*~tactically~*~*~ (outnumbered).
 13323 | D:11     | 13323 ||| Stepping ~*~*~tactically~*~*~ (outnumbered).
 13325 | D:11     | 13325 ||| Stepping ~*~*~tactically~*~*~ (outnumbered).
 13327 | D:11     | 13327 ||| Stepping ~*~*~tactically~*~*~ (outnumbered).
 13329 | D:11     | 13329 ||| Stepping ~*~*~tactically~*~*~ (outnumbered).
 13331 | D:11     | 13331 ||| Stepping ~*~*~tactically~*~*~ (outnumbered).
 13333 | D:11     | 13333 ||| Stepping ~*~*~tactically~*~*~ (outnumbered).
 13335 | D:11     | 13335 ||| Stepping ~*~*~tactically~*~*~ (outnumbered).
 13337 | D:11     | 13337 ||| Stepping ~*~*~tactically~*~*~ (outnumbered).
 13339 | D:11     | 13339 ||| Stepping ~*~*~tactically~*~*~ (outnumbered).
 13341 | D:11     | 13341 ||| Stepping ~*~*~tactically~*~*~ (outnumbered).
 13343 | D:11     | 13343 ||| Stepping ~*~*~tactically~*~*~ (outnumbered).
 13345 | D:11     | 13345 ||| Stepping ~*~*~tactically~*~*~ (outnumbered).
 13347 | D:11     | 13347 ||| Stepping ~*~*~tactically~*~*~ (outnumbered).
 13349 | D:11     | 13349 ||| Stepping ~*~*~tactically~*~*~ (outnumbered).
 13351 | D:11     | 13351 ||| Stepping ~*~*~tactically~*~*~ (outnumbered).
 13353 | D:11     | 13353 ||| Stepping ~*~*~tactically~*~*~ (outnumbered).
 13355 | D:11     | 13355 ||| Stepping ~*~*~tactically~*~*~ (outnumbered).
 13357 | D:11     | 13357 ||| Stepping ~*~*~tactically~*~*~ (outnumbered).
 13359 | D:11     | 13359 ||| Stepping ~*~*~tactically~*~*~ (outnumbered).
 13361 | D:11     | 13361 ||| Stepping ~*~*~tactically~*~*~ (outnumbered).
 13363 | D:11     | 13363 ||| Stepping ~*~*~tactically~*~*~ (outnumbered).
 13365 | D:11     | 13365 ||| Stepping ~*~*~tactically~*~*~ (outnumbered).
 13367 | D:11     | 13367 ||| Stepping ~*~*~tactically~*~*~ (outnumbered).
 13369 | D:11     | 13369 ||| Stepping ~*~*~tactically~*~*~ (outnumbered).
 13371 | D:11     | 13371 ||| Stepping ~*~*~tactically~*~*~ (outnumbered).
 13373 | D:11     | 13373 ||| Stepping ~*~*~tactically~*~*~ (outnumbered).
 13375 | D:11     | 13375 ||| Stepping ~*~*~tactically~*~*~ (outnumbered).
 13377 | D:11     | 13377 ||| Stepping ~*~*~tactically~*~*~ (outnumbered).
 13379 | D:11     | 13379 ||| Stepping ~*~*~tactically~*~*~ (outnumbered).
 13381 | D:11     | 13381 ||| Stepping ~*~*~tactically~*~*~ (outnumbered).
 13383 | D:11     | 13383 ||| Stepping ~*~*~tactically~*~*~ (outnumbered).
 13385 | D:11     | 13385 ||| Stepping ~*~*~tactically~*~*~ (outnumbered).
 13387 | D:11     | 13387 ||| Stepping ~*~*~tactically~*~*~ (outnumbered).
 13389 | D:11     | 13389 ||| Stepping ~*~*~tactically~*~*~ (outnumbered).
 13391 | D:11     | 13391 ||| Stepping ~*~*~tactically~*~*~ (outnumbered).
 13393 | D:11     | 13393 ||| Stepping ~*~*~tactically~*~*~ (outnumbered).
 13395 | D:11     | 13395 ||| Stepping ~*~*~tactically~*~*~ (outnumbered).
 13397 | D:11     | 13397 ||| Stepping ~*~*~tactically~*~*~ (outnumbered).
 13399 | D:11     | 13399 ||| Stepping ~*~*~tactically~*~*~ (outnumbered).
 13401 | D:11     | 13401 ||| Stepping ~*~*~tactically~*~*~ (outnumbered).
 13403 | D:11     | 13403 ||| Stepping ~*~*~tactically~*~*~ (outnumbered).
 13405 | D:11     | 13405 ||| Stepping ~*~*~tactically~*~*~ (outnumbered).
 13407 | D:11     | 13407 ||| Stepping ~*~*~tactically~*~*~ (outnumbered).
 13409 | D:11     | 13409 ||| Stepping ~*~*~tactically~*~*~ (outnumbered).
 13411 | D:11     | 13411 ||| Stepping ~*~*~tactically~*~*~ (outnumbered).
 13413 | D:11     | 13413 ||| Stepping ~*~*~tactically~*~*~ (outnumbered).
 13415 | D:11     | 13415 ||| Stepping ~*~*~tactically~*~*~ (outnumbered).
 13417 | D:11     | 13417 ||| Stepping ~*~*~tactically~*~*~ (outnumbered).
 13419 | D:11     | 13419 ||| Stepping ~*~*~tactically~*~*~ (outnumbered).
 13421 | D:11     | 13421 ||| Stepping ~*~*~tactically~*~*~ (outnumbered).
 13423 | D:11     | 13423 ||| Stepping ~*~*~tactically~*~*~ (outnumbered).
 13425 | D:11     | 13425 ||| Stepping ~*~*~tactically~*~*~ (outnumbered).
 13427 | D:11     | 13427 ||| Stepping ~*~*~tactically~*~*~ (outnumbered).
 13429 | D:11     | 13429 ||| Stepping ~*~*~tactically~*~*~ (outnumbered).
 13431 | D:11     | 13431 ||| Stepping ~*~*~tactically~*~*~ (outnumbered).
 13433 | D:11     | 13433 ||| Stepping ~*~*~tactically~*~*~ (outnumbered).
 13435 | D:11     | 13435 ||| Stepping ~*~*~tactically~*~*~ (outnumbered).
 13437 | D:11     | 13437 ||| Stepping ~*~*~tactically~*~*~ (outnumbered).
 13439 | D:11     | 13439 ||| Stepping ~*~*~tactically~*~*~ (outnumbered).
 13441 | D:11     | 13441 ||| Stepping ~*~*~tactically~*~*~ (outnumbered).
 13443 | D:11     | 13443 ||| Stepping ~*~*~tactically~*~*~ (outnumbered).
 13445 | D:11     | 13445 ||| Stepping ~*~*~tactically~*~*~ (outnumbered).
 13447 | D:11     | 13447 ||| Stepping ~*~*~tactically~*~*~ (outnumbered).
 13449 | D:11     | 13449 ||| Stepping ~*~*~tactically~*~*~ (outnumbered).
 13451 | D:11     | 13451 ||| Stepping ~*~*~tactically~*~*~ (outnumbered).
 13453 | D:11     | 13453 ||| Stepping ~*~*~tactically~*~*~ (outnumbered).
 13455 | D:11     | 13455 ||| Stepping ~*~*~tactically~*~*~ (outnumbered).
 13457 | D:11     | 13457 ||| Stepping ~*~*~tactically~*~*~ (outnumbered).
 13459 | D:11     | 13459 ||| Stepping ~*~*~tactically~*~*~ (outnumbered).
 13461 | D:11     | 13461 ||| Stepping ~*~*~tactically~*~*~ (outnumbered).
 13463 | D:11     | 13463 ||| Stepping ~*~*~tactically~*~*~ (outnumbered).
 13465 | D:11     | 13465 ||| Stepping ~*~*~tactically~*~*~ (outnumbered).
 13467 | D:11     | 13467 ||| Stepping ~*~*~tactically~*~*~ (outnumbered).
 13469 | D:11     | 13469 ||| Stepping ~*~*~tactically~*~*~ (outnumbered).
 13471 | D:11     | 13471 ||| Stepping ~*~*~tactically~*~*~ (outnumbered).
 13473 | D:11     | 13473 ||| Stepping ~*~*~tactically~*~*~ (outnumbered).
 13475 | D:11     | 13475 ||| Stepping ~*~*~tactically~*~*~ (outnumbered).
 13477 | D:11     | 13477 ||| Stepping ~*~*~tactically~*~*~ (outnumbered).
 13479 | D:11     | 13479 ||| Stepping ~*~*~tactically~*~*~ (outnumbered).
 13481 | D:11     | 13481 ||| Stepping ~*~*~tactically~*~*~ (outnumbered).
 13483 | D:11     | 13483 ||| Stepping ~*~*~tactically~*~*~ (outnumbered).
 13485 | D:11     | 13485 ||| Stepping ~*~*~tactically~*~*~ (outnumbered).
 13487 | D:11     | 13487 ||| Stepping ~*~*~tactically~*~*~ (outnumbered).
 13489 | D:11     | 13489 ||| Stepping ~*~*~tactically~*~*~ (outnumbered).
 13491 | D:11     | 13491 ||| Stepping ~*~*~tactically~*~*~ (outnumbered).
 13493 | D:11     | 13493 ||| Stepping ~*~*~tactically~*~*~ (outnumbered).
 13495 | D:11     | 13495 ||| Stepping ~*~*~tactically~*~*~ (outnumbered).
 13497 | D:11     | 13497 ||| Stepping ~*~*~tactically~*~*~ (outnumbered).
 13499 | D:11     | 13499 ||| Stepping ~*~*~tactically~*~*~ (outnumbered).
 13501 | D:11     | 13501 ||| Stepping ~*~*~tactically~*~*~ (outnumbered).
 13503 | D:11     | 13503 ||| Stepping ~*~*~tactically~*~*~ (outnumbered).
 13505 | D:11     | 13505 ||| Stepping ~*~*~tactically~*~*~ (outnumbered).
 13507 | D:11     | 13507 ||| Stepping ~*~*~tactically~*~*~ (outnumbered).
 13509 | D:11     | 13509 ||| Stepping ~*~*~tactically~*~*~ (outnumbered).
 13511 | D:11     | 13511 ||| Stepping ~*~*~tactically~*~*~ (outnumbered).
 13513 | D:11     | 13513 ||| Stepping ~*~*~tactically~*~*~ (outnumbered).
 13515 | D:11     | 13515 ||| Stepping ~*~*~tactically~*~*~ (outnumbered).
 13517 | D:11     | 13517 ||| Stepping ~*~*~tactically~*~*~ (outnumbered).
 13519 | D:11     | 13519 ||| Stepping ~*~*~tactically~*~*~ (outnumbered).
 13521 | D:11     | 13521 ||| Stepping ~*~*~tactically~*~*~ (outnumbered).
 13523 | D:11     | 13523 ||| Stepping ~*~*~tactically~*~*~ (outnumbered).
 13525 | D:11     | 13525 ||| Stepping ~*~*~tactically~*~*~ (outnumbered).
 13527 | D:11     | 13527 ||| Stepping ~*~*~tactically~*~*~ (outnumbered).
 13529 | D:11     | 13529 ||| Stepping ~*~*~tactically~*~*~ (outnumbered).
 13531 | D:11     | 13531 ||| Stepping ~*~*~tactically~*~*~ (outnumbered).
 13533 | D:11     | 13533 ||| Stepping ~*~*~tactically~*~*~ (outnumbered).
 13535 | D:11     | 13535 ||| Stepping ~*~*~tactically~*~*~ (outnumbered).
 13537 | D:11     | 13537 ||| Stepping ~*~*~tactically~*~*~ (outnumbered).
 13539 | D:11     | 13539 ||| Stepping ~*~*~tactically~*~*~ (outnumbered).
 13541 | D:11     | 13541 ||| Stepping ~*~*~tactically~*~*~ (outnumbered).
 13543 | D:11     | 13543 ||| Stepping ~*~*~tactically~*~*~ (outnumbered).
 13545 | D:11     | 13545 ||| Stepping ~*~*~tactically~*~*~ (outnumbered).
 13547 | D:11     | 13547 ||| Stepping ~*~*~tactically~*~*~ (outnumbered).
 13549 | D:11     | 13549 ||| Stepping ~*~*~tactically~*~*~ (outnumbered).
 13551 | D:11     | 13551 ||| Stepping ~*~*~tactically~*~*~ (outnumbered).
 13553 | D:11     | 13553 ||| Stepping ~*~*~tactically~*~*~ (outnumbered).
 13555 | D:11     | 13555 ||| Stepping ~*~*~tactically~*~*~ (outnumbered).
 13557 | D:11     | 13557 ||| Stepping ~*~*~tactically~*~*~ (outnumbered).
 13559 | D:11     | 13559 ||| Stepping ~*~*~tactically~*~*~ (outnumbered).
 13561 | D:11     | 13561 ||| Stepping ~*~*~tactically~*~*~ (outnumbered).
 13563 | D:11     | 13563 ||| Stepping ~*~*~tactically~*~*~ (outnumbered).
 13565 | D:11     | 13565 ||| Stepping ~*~*~tactically~*~*~ (outnumbered).
 13567 | D:11     | 13567 ||| Stepping ~*~*~tactically~*~*~ (outnumbered).
 13569 | D:11     | 13569 ||| Stepping ~*~*~tactically~*~*~ (outnumbered).
 13571 | D:11     | 13571 ||| Stepping ~*~*~tactically~*~*~ (outnumbered).
 13573 | D:11     | 13573 ||| Stepping ~*~*~tactically~*~*~ (outnumbered).
 13575 | D:11     | 13575 ||| Stepping ~*~*~tactically~*~*~ (outnumbered).
 13577 | D:11     | 13577 ||| Stepping ~*~*~tactically~*~*~ (outnumbered).
 13579 | D:11     | 13579 ||| Stepping ~*~*~tactically~*~*~ (outnumbered).
 13581 | D:11     | 13581 ||| Stepping ~*~*~tactically~*~*~ (outnumbered).
 13583 | D:11     | 13583 ||| Stepping ~*~*~tactically~*~*~ (outnumbered).
 13585 | D:11     | 13585 ||| Stepping ~*~*~tactically~*~*~ (outnumbered).
 13587 | D:11     | 13587 ||| Stepping ~*~*~tactically~*~*~ (outnumbered).
 13589 | D:11     | 13589 ||| Stepping ~*~*~tactically~*~*~ (outnumbered).
 13591 | D:11     | 13591 ||| Stepping ~*~*~tactically~*~*~ (outnumbered).
 13593 | D:11     | 13593 ||| Stepping ~*~*~tactically~*~*~ (outnumbered).
 13595 | D:11     | 13595 ||| Stepping ~*~*~tactically~*~*~ (outnumbered).
 13597 | D:11     | 13597 ||| Stepping ~*~*~tactically~*~*~ (outnumbered).
 13599 | D:11     | 13599 ||| Stepping ~*~*~tactically~*~*~ (outnumbered).
 13601 | D:11     | 13601 ||| Stepping ~*~*~tactically~*~*~ (outnumbered).
 13603 | D:11     | 13603 ||| Stepping ~*~*~tactically~*~*~ (outnumbered).
 13605 | D:11     | 13605 ||| Stepping ~*~*~tactically~*~*~ (outnumbered).
 13607 | D:11     | 13607 ||| Stepping ~*~*~tactically~*~*~ (outnumbered).
 13609 | D:11     | 13609 ||| Stepping ~*~*~tactically~*~*~ (outnumbered).
 13611 | D:11     | 13611 ||| Stepping ~*~*~tactically~*~*~ (outnumbered).
 13613 | D:11     | 13613 ||| Stepping ~*~*~tactically~*~*~ (outnumbered).
 13615 | D:11     | 13615 ||| Stepping ~*~*~tactically~*~*~ (outnumbered).
 13617 | D:11     | 13617 ||| Stepping ~*~*~tactically~*~*~ (outnumbered).
 13619 | D:11     | 13619 ||| Stepping ~*~*~tactically~*~*~ (outnumbered).
 13621 | D:11     | 13621 ||| Stepping ~*~*~tactically~*~*~ (outnumbered).
 13623 | D:11     | 13623 ||| Stepping ~*~*~tactically~*~*~ (outnumbered).
 13625 | D:11     | 13625 ||| Stepping ~*~*~tactically~*~*~ (outnumbered).
 13627 | D:11     | 13627 ||| Stepping ~*~*~tactically~*~*~ (outnumbered).
 13629 | D:11     | 13629 ||| Stepping ~*~*~tactically~*~*~ (outnumbered).
 13631 | D:11     | 13631 ||| Stepping ~*~*~tactically~*~*~ (outnumbered).
 13633 | D:11     | 13633 ||| Stepping ~*~*~tactically~*~*~ (outnumbered).
 13635 | D:11     | 13635 ||| Stepping ~*~*~tactically~*~*~ (outnumbered).
 13637 | D:11     | 13637 ||| Stepping ~*~*~tactically~*~*~ (outnumbered).
 13639 | D:11     | 13639 ||| Stepping ~*~*~tactically~*~*~ (outnumbered).
 13641 | D:11     | 13641 ||| Stepping ~*~*~tactically~*~*~ (outnumbered).
 13643 | D:11     | 13643 ||| Stepping ~*~*~tactically~*~*~ (outnumbered).
 13645 | D:11     | 13645 ||| Stepping ~*~*~tactically~*~*~ (outnumbered).
 13647 | D:11     | 13647 ||| Stepping ~*~*~tactically~*~*~ (outnumbered).
 13649 | D:11     | 13649 ||| Stepping ~*~*~tactically~*~*~ (outnumbered).
 13651 | D:11     | 13651 ||| Stepping ~*~*~tactically~*~*~ (outnumbered).
 13653 | D:11     | 13653 ||| Stepping ~*~*~tactically~*~*~ (outnumbered).
 13655 | D:11     | 13655 ||| Stepping ~*~*~tactically~*~*~ (outnumbered).
 13657 | D:11     | 13657 ||| Stepping ~*~*~tactically~*~*~ (outnumbered).
 13659 | D:11     | 13659 ||| Stepping ~*~*~tactically~*~*~ (outnumbered).
 13661 | D:11     | 13661 ||| Stepping ~*~*~tactically~*~*~ (outnumbered).
 13663 | D:11     | 13663 ||| Stepping ~*~*~tactically~*~*~ (outnumbered).
 13665 | D:11     | 13665 ||| Stepping ~*~*~tactically~*~*~ (outnumbered).
 13667 | D:11     | 13667 ||| Stepping ~*~*~tactically~*~*~ (outnumbered).
 13669 | D:11     | 13669 ||| Stepping ~*~*~tactically~*~*~ (outnumbered).
 13671 | D:11     | 13671 ||| Stepping ~*~*~tactically~*~*~ (outnumbered).
 13673 | D:11     | 13673 ||| Stepping ~*~*~tactically~*~*~ (outnumbered).
 13675 | D:11     | 13675 ||| Stepping ~*~*~tactically~*~*~ (outnumbered).
 13677 | D:11     | 13677 ||| Stepping ~*~*~tactically~*~*~ (outnumbered).
 13679 | D:11     | 13679 ||| Stepping ~*~*~tactically~*~*~ (outnumbered).
 13681 | D:11     | 13681 ||| Stepping ~*~*~tactically~*~*~ (outnumbered).
 13683 | D:11     | 13683 ||| Stepping ~*~*~tactically~*~*~ (outnumbered).
 13685 | D:11     | 13685 ||| Stepping ~*~*~tactically~*~*~ (outnumbered).
 13687 | D:11     | 13687 ||| Stepping ~*~*~tactically~*~*~ (outnumbered).
 13689 | D:11     | 13689 ||| Stepping ~*~*~tactically~*~*~ (outnumbered).
 13691 | D:11     | 13691 ||| Stepping ~*~*~tactically~*~*~ (outnumbered).
 13693 | D:11     | 13693 ||| Stepping ~*~*~tactically~*~*~ (outnumbered).
 13695 | D:11     | 13695 ||| Stepping ~*~*~tactically~*~*~ (outnumbered).
 13697 | D:11     | 13697 ||| Stepping ~*~*~tactically~*~*~ (outnumbered).
 13699 | D:11     | 13699 ||| Stepping ~*~*~tactically~*~*~ (outnumbered).
 13701 | D:11     | 13701 ||| Stepping ~*~*~tactically~*~*~ (outnumbered).
 13703 | D:11     | 13703 ||| Stepping ~*~*~tactically~*~*~ (outnumbered).
 13705 | D:11     | 13705 ||| Stepping ~*~*~tactically~*~*~ (outnumbered).
 13707 | D:11     | 13707 ||| Stepping ~*~*~tactically~*~*~ (outnumbered).
 13709 | D:11     | 13709 ||| Stepping ~*~*~tactically~*~*~ (outnumbered).
 13711 | D:11     | 13711 ||| Stepping ~*~*~tactically~*~*~ (outnumbered).
 13713 | D:11     | 13713 ||| Stepping ~*~*~tactically~*~*~ (outnumbered).
 13715 | D:11     | 13715 ||| Stepping ~*~*~tactically~*~*~ (outnumbered).
 13717 | D:11     | 13717 ||| Stepping ~*~*~tactically~*~*~ (outnumbered).
 13719 | D:11     | 13719 ||| Stepping ~*~*~tactically~*~*~ (outnumbered).
 13721 | D:11     | 13721 ||| Stepping ~*~*~tactically~*~*~ (outnumbered).
 13723 | D:11     | 13723 ||| Stepping ~*~*~tactically~*~*~ (outnumbered).
 13725 | D:11     | 13725 ||| Stepping ~*~*~tactically~*~*~ (outnumbered).
 13727 | D:11     | 13727 ||| Stepping ~*~*~tactically~*~*~ (outnumbered).
 13729 | D:11     | 13729 ||| Stepping ~*~*~tactically~*~*~ (outnumbered).
 13731 | D:11     | 13731 ||| Stepping ~*~*~tactically~*~*~ (outnumbered).
 13733 | D:11     | 13733 ||| Stepping ~*~*~tactically~*~*~ (outnumbered).
 13735 | D:11     | 13735 ||| Stepping ~*~*~tactically~*~*~ (outnumbered).
 13737 | D:11     | 13737 ||| Stepping ~*~*~tactically~*~*~ (outnumbered).
 13739 | D:11     | 13739 ||| Stepping ~*~*~tactically~*~*~ (outnumbered).
 13741 | D:11     | 13741 ||| Stepping ~*~*~tactically~*~*~ (outnumbered).
 13743 | D:11     | 13743 ||| Stepping ~*~*~tactically~*~*~ (outnumbered).
 13745 | D:11     | 13745 ||| Stepping ~*~*~tactically~*~*~ (outnumbered).
 13747 | D:11     | 13747 ||| Stepping ~*~*~tactically~*~*~ (outnumbered).
 13749 | D:11     | 13749 ||| Stepping ~*~*~tactically~*~*~ (outnumbered).
 13751 | D:11     | 13751 ||| Stepping ~*~*~tactically~*~*~ (outnumbered).
 13753 | D:11     | 13753 ||| Stepping ~*~*~tactically~*~*~ (outnumbered).
 13755 | D:11     | 13755 ||| Stepping ~*~*~tactically~*~*~ (outnumbered).
 13757 | D:11     | 13757 ||| Stepping ~*~*~tactically~*~*~ (outnumbered).
 13759 | D:11     | 13759 ||| Stepping ~*~*~tactically~*~*~ (outnumbered).
 13761 | D:11     | 13761 ||| Stepping ~*~*~tactically~*~*~ (outnumbered).
 13763 | D:11     | 13763 ||| Stepping ~*~*~tactically~*~*~ (outnumbered).
 13765 | D:11     | 13765 ||| Stepping ~*~*~tactically~*~*~ (outnumbered).
 13767 | D:11     | 13767 ||| Stepping ~*~*~tactically~*~*~ (outnumbered).
 13769 | D:11     | 13769 ||| Stepping ~*~*~tactically~*~*~ (outnumbered).
 13771 | D:11     | 13771 ||| Stepping ~*~*~tactically~*~*~ (outnumbered).
 13773 | D:11     | 13773 ||| Stepping ~*~*~tactically~*~*~ (outnumbered).
 13775 | D:11     | 13775 ||| Stepping ~*~*~tactically~*~*~ (outnumbered).
 13777 | D:11     | 13777 ||| Stepping ~*~*~tactically~*~*~ (outnumbered).
 13779 | D:11     | 13779 ||| Stepping ~*~*~tactically~*~*~ (outnumbered).
 13781 | D:11     | 13781 ||| Stepping ~*~*~tactically~*~*~ (outnumbered).
 13783 | D:11     | 13783 ||| Stepping ~*~*~tactically~*~*~ (outnumbered).
 13785 | D:11     | 13785 ||| Stepping ~*~*~tactically~*~*~ (outnumbered).
 13787 | D:11     | 13787 ||| Stepping ~*~*~tactically~*~*~ (outnumbered).
 13789 | D:11     | 13789 ||| Stepping ~*~*~tactically~*~*~ (outnumbered).
 13791 | D:11     | 13791 ||| Stepping ~*~*~tactically~*~*~ (outnumbered).
 13793 | D:11     | 13793 ||| Stepping ~*~*~tactically~*~*~ (outnumbered).
 13795 | D:11     | 13795 ||| Stepping ~*~*~tactically~*~*~ (outnumbered).
 13797 | D:11     | 13797 ||| Stepping ~*~*~tactically~*~*~ (outnumbered).
 13799 | D:11     | 13799 ||| Stepping ~*~*~tactically~*~*~ (outnumbered).
 13801 | D:11     | 13801 ||| Stepping ~*~*~tactically~*~*~ (outnumbered).
 13803 | D:11     | 13803 ||| Stepping ~*~*~tactically~*~*~ (outnumbered).
 13805 | D:11     | 13805 ||| Stepping ~*~*~tactically~*~*~ (outnumbered).
 13807 | D:11     | 13807 ||| Stepping ~*~*~tactically~*~*~ (outnumbered).
 13809 | D:11     | 13809 ||| Stepping ~*~*~tactically~*~*~ (outnumbered).
 13811 | D:11     | 13811 ||| Stepping ~*~*~tactically~*~*~ (outnumbered).
 13813 | D:11     | 13813 ||| Stepping ~*~*~tactically~*~*~ (outnumbered).
 13815 | D:11     | 13815 ||| Stepping ~*~*~tactically~*~*~ (outnumbered).
 13817 | D:11     | 13817 ||| Stepping ~*~*~tactically~*~*~ (outnumbered).
 13819 | D:11     | 13819 ||| Stepping ~*~*~tactically~*~*~ (outnumbered).
 13821 | D:11     | 13821 ||| Stepping ~*~*~tactically~*~*~ (outnumbered).
 13823 | D:11     | 13823 ||| Stepping ~*~*~tactically~*~*~ (outnumbered).
 13825 | D:11     | 13825 ||| Stepping ~*~*~tactically~*~*~ (outnumbered).
 13827 | D:11     | 13827 ||| Stepping ~*~*~tactically~*~*~ (outnumbered).
 13829 | D:11     | 13829 ||| Stepping ~*~*~tactically~*~*~ (outnumbered).
 13831 | D:11     | 13831 ||| Stepping ~*~*~tactically~*~*~ (outnumbered).
 13833 | D:11     | 13833 ||| Stepping ~*~*~tactically~*~*~ (outnumbered).
 13835 | D:11     | 13835 ||| Stepping ~*~*~tactically~*~*~ (outnumbered).
 13837 | D:11     | 13837 ||| Stepping ~*~*~tactically~*~*~ (outnumbered).
 13839 | D:11     | 13839 ||| Stepping ~*~*~tactically~*~*~ (outnumbered).
 13841 | D:11     | 13841 ||| Stepping ~*~*~tactically~*~*~ (outnumbered).
 13843 | D:11     | 13843 ||| Stepping ~*~*~tactically~*~*~ (outnumbered).
 13845 | D:11     | 13845 ||| Stepping ~*~*~tactically~*~*~ (outnumbered).
 13847 | D:11     | 13847 ||| Stepping ~*~*~tactically~*~*~ (outnumbered).
 13849 | D:11     | 13849 ||| Stepping ~*~*~tactically~*~*~ (outnumbered).
 13851 | D:11     | 13851 ||| Stepping ~*~*~tactically~*~*~ (outnumbered).
 13853 | D:11     | 13853 ||| Stepping ~*~*~tactically~*~*~ (outnumbered).
 13855 | D:11     | 13855 ||| Stepping ~*~*~tactically~*~*~ (outnumbered).
 13857 | D:11     | 13857 ||| Stepping ~*~*~tactically~*~*~ (outnumbered).
 13859 | D:11     | 13859 ||| Stepping ~*~*~tactically~*~*~ (outnumbered).
 13861 | D:11     | 13861 ||| Stepping ~*~*~tactically~*~*~ (outnumbered).
 13863 | D:11     | 13863 ||| Stepping ~*~*~tactically~*~*~ (outnumbered).
 13865 | D:11     | 13865 ||| Stepping ~*~*~tactically~*~*~ (outnumbered).
 13867 | D:11     | 13867 ||| Stepping ~*~*~tactically~*~*~ (outnumbered).
 13869 | D:11     | 13869 ||| Stepping ~*~*~tactically~*~*~ (outnumbered).
 13871 | D:11     | 13871 ||| Stepping ~*~*~tactically~*~*~ (outnumbered).
 13873 | D:11     | 13873 ||| Stepping ~*~*~tactically~*~*~ (outnumbered).
 13875 | D:11     | 13875 ||| Stepping ~*~*~tactically~*~*~ (outnumbered).
 13877 | D:11     | 13877 ||| Stepping ~*~*~tactically~*~*~ (outnumbered).
 13879 | D:11     | 13879 ||| Stepping ~*~*~tactically~*~*~ (outnumbered).
 13881 | D:11     | 13881 ||| Stepping ~*~*~tactically~*~*~ (outnumbered).
 13883 | D:11     | 13883 ||| Stepping ~*~*~tactically~*~*~ (outnumbered).
 13885 | D:11     | 13885 ||| Stepping ~*~*~tactically~*~*~ (outnumbered).
 13887 | D:11     | 13887 ||| Stepping ~*~*~tactically~*~*~ (outnumbered).
 13889 | D:11     | 13889 ||| Stepping ~*~*~tactically~*~*~ (outnumbered).
 13891 | D:11     | 13891 ||| Stepping ~*~*~tactically~*~*~ (outnumbered).
 13893 | D:11     | 13893 ||| Stepping ~*~*~tactically~*~*~ (outnumbered).
 13895 | D:11     | 13895 ||| Stepping ~*~*~tactically~*~*~ (outnumbered).
 13897 | D:11     | 13897 ||| Stepping ~*~*~tactically~*~*~ (outnumbered).
 13899 | D:11     | 13899 ||| Stepping ~*~*~tactically~*~*~ (outnumbered).
 13901 | D:11     | 13901 ||| Stepping ~*~*~tactically~*~*~ (outnumbered).
 13903 | D:11     | 13903 ||| Stepping ~*~*~tactically~*~*~ (outnumbered).
 13905 | D:11     | 13905 ||| Stepping ~*~*~tactically~*~*~ (outnumbered).
 13907 | D:11     | 13907 ||| Stepping ~*~*~tactically~*~*~ (outnumbered).
 13909 | D:11     | 13909 ||| Stepping ~*~*~tactically~*~*~ (outnumbered).
 13911 | D:11     | 13911 ||| Stepping ~*~*~tactically~*~*~ (outnumbered).
 13913 | D:11     | 13913 ||| Stepping ~*~*~tactically~*~*~ (outnumbered).
 13915 | D:11     | 13915 ||| Stepping ~*~*~tactically~*~*~ (outnumbered).
 13917 | D:11     | 13917 ||| Stepping ~*~*~tactically~*~*~ (outnumbered).
 13919 | D:11     | 13919 ||| Stepping ~*~*~tactically~*~*~ (outnumbered).
 13921 | D:11     | 13921 ||| Stepping ~*~*~tactically~*~*~ (outnumbered).
 13923 | D:11     | 13923 ||| Stepping ~*~*~tactically~*~*~ (outnumbered).
 13925 | D:11     | 13925 ||| Stepping ~*~*~tactically~*~*~ (outnumbered).
 13927 | D:11     | 13927 ||| Stepping ~*~*~tactically~*~*~ (outnumbered).
 13929 | D:11     | 13929 ||| Stepping ~*~*~tactically~*~*~ (outnumbered).
 13931 | D:11     | 13931 ||| Stepping ~*~*~tactically~*~*~ (outnumbered).
 13933 | D:11     | 13933 ||| Stepping ~*~*~tactically~*~*~ (outnumbered).
 13935 | D:11     | 13935 ||| Stepping ~*~*~tactically~*~*~ (outnumbered).
 13937 | D:11     | 13937 ||| Stepping ~*~*~tactically~*~*~ (outnumbered).
 13939 | D:11     | 13939 ||| Stepping ~*~*~tactically~*~*~ (outnumbered).
 13941 | D:11     | 13941 ||| Stepping ~*~*~tactically~*~*~ (outnumbered).
 13943 | D:11     | 13943 ||| Stepping ~*~*~tactically~*~*~ (outnumbered).
 13945 | D:11     | 13945 ||| Stepping ~*~*~tactically~*~*~ (outnumbered).
 13947 | D:11     | 13947 ||| Stepping ~*~*~tactically~*~*~ (outnumbered).
 13949 | D:11     | 13949 ||| Stepping ~*~*~tactically~*~*~ (outnumbered).
 13951 | D:11     | 13951 ||| Stepping ~*~*~tactically~*~*~ (outnumbered).
 13953 | D:11     | 13953 ||| Stepping ~*~*~tactically~*~*~ (outnumbered).
 13955 | D:11     | 13955 ||| Stepping ~*~*~tactically~*~*~ (outnumbered).
 13957 | D:11     | 13957 ||| Stepping ~*~*~tactically~*~*~ (outnumbered).
 13959 | D:11     | 13959 ||| Stepping ~*~*~tactically~*~*~ (outnumbered).
 13961 | D:11     | 13961 ||| Stepping ~*~*~tactically~*~*~ (outnumbered).
 13963 | D:11     | 13963 ||| Stepping ~*~*~tactically~*~*~ (outnumbered).
 13965 | D:11     | 13965 ||| Stepping ~*~*~tactically~*~*~ (outnumbered).
 13967 | D:11     | 13967 ||| Stepping ~*~*~tactically~*~*~ (outnumbered).
 13969 | D:11     | 13969 ||| Stepping ~*~*~tactically~*~*~ (outnumbered).
 13971 | D:11     | 13971 ||| Stepping ~*~*~tactically~*~*~ (outnumbered).
 13973 | D:11     | 13973 ||| Stepping ~*~*~tactically~*~*~ (outnumbered).
 13975 | D:11     | 13975 ||| Stepping ~*~*~tactically~*~*~ (outnumbered).
 13977 | D:11     | 13977 ||| Stepping ~*~*~tactically~*~*~ (outnumbered).
 13979 | D:11     | 13979 ||| Stepping ~*~*~tactically~*~*~ (outnumbered).
 13981 | D:11     | 13981 ||| Stepping ~*~*~tactically~*~*~ (outnumbered).
 13983 | D:11     | 13983 ||| Stepping ~*~*~tactically~*~*~ (outnumbered).
 13985 | D:11     | 13985 ||| Stepping ~*~*~tactically~*~*~ (outnumbered).
 13987 | D:11     | 13987 ||| Stepping ~*~*~tactically~*~*~ (outnumbered).
 13989 | D:11     | 13989 ||| Stepping ~*~*~tactically~*~*~ (outnumbered).
 13991 | D:11     | 13991 ||| Stepping ~*~*~tactically~*~*~ (outnumbered).
 13993 | D:11     | 13993 ||| Stepping ~*~*~tactically~*~*~ (outnumbered).
 13995 | D:11     | 13995 ||| Stepping ~*~*~tactically~*~*~ (outnumbered).
 13997 | D:11     | 13997 ||| Stepping ~*~*~tactically~*~*~ (outnumbered).
 13999 | D:11     | 13999 ||| Stepping ~*~*~tactically~*~*~ (outnumbered).
 14001 | D:11     | 14001 ||| Stepping ~*~*~tactically~*~*~ (outnumbered).
 14003 | D:11     | 14003 ||| Stepping ~*~*~tactically~*~*~ (outnumbered).
 14005 | D:11     | 14005 ||| Stepping ~*~*~tactically~*~*~ (outnumbered).
 14007 | D:11     | 14007 ||| Stepping ~*~*~tactically~*~*~ (outnumbered).
 14009 | D:11     | 14009 ||| Stepping ~*~*~tactically~*~*~ (outnumbered).
 14011 | D:11     | 14011 ||| Stepping ~*~*~tactically~*~*~ (outnumbered).
 14013 | D:11     | 14013 ||| Stepping ~*~*~tactically~*~*~ (outnumbered).
 14015 | D:11     | 14015 ||| Stepping ~*~*~tactically~*~*~ (outnumbered).
 14017 | D:11     | 14017 ||| Stepping ~*~*~tactically~*~*~ (outnumbered).
 14019 | D:11     | 14019 ||| Stepping ~*~*~tactically~*~*~ (outnumbered).
 14021 | D:11     | 14021 ||| Stepping ~*~*~tactically~*~*~ (outnumbered).
 14023 | D:11     | 14023 ||| Stepping ~*~*~tactically~*~*~ (outnumbered).
 14025 | D:11     | 14025 ||| Stepping ~*~*~tactically~*~*~ (outnumbered).
 14027 | D:11     | 14027 ||| Stepping ~*~*~tactically~*~*~ (outnumbered).
 14029 | D:11     | 14029 ||| Stepping ~*~*~tactically~*~*~ (outnumbered).
 14031 | D:11     | 14031 ||| Stepping ~*~*~tactically~*~*~ (outnumbered).
 14033 | D:11     | 14033 ||| Stepping ~*~*~tactically~*~*~ (outnumbered).
 14035 | D:11     | 14035 ||| Stepping ~*~*~tactically~*~*~ (outnumbered).
 14037 | D:11     | 14037 ||| Stepping ~*~*~tactically~*~*~ (outnumbered).
 14039 | D:11     | 14039 ||| Stepping ~*~*~tactically~*~*~ (outnumbered).
 14041 | D:11     | 14041 ||| Stepping ~*~*~tactically~*~*~ (outnumbered).
 14043 | D:11     | 14043 ||| Stepping ~*~*~tactically~*~*~ (outnumbered).
 14045 | D:11     | 14045 ||| Stepping ~*~*~tactically~*~*~ (outnumbered).
 14047 | D:11     | 14047 ||| Stepping ~*~*~tactically~*~*~ (outnumbered).
 14049 | D:11     | 14049 ||| Stepping ~*~*~tactically~*~*~ (outnumbered).
 14051 | D:11     | 14051 ||| Stepping ~*~*~tactically~*~*~ (outnumbered).
 14053 | D:11     | 14053 ||| Stepping ~*~*~tactically~*~*~ (outnumbered).
 14055 | D:11     | 14055 ||| Stepping ~*~*~tactically~*~*~ (outnumbered).
 14057 | D:11     | 14057 ||| Stepping ~*~*~tactically~*~*~ (outnumbered).
 14059 | D:11     | 14059 ||| Stepping ~*~*~tactically~*~*~ (outnumbered).
 14061 | D:11     | 14061 ||| Stepping ~*~*~tactically~*~*~ (outnumbered).
 14063 | D:11     | 14063 ||| Stepping ~*~*~tactically~*~*~ (outnumbered).
 14065 | D:11     | 14065 ||| Stepping ~*~*~tactically~*~*~ (outnumbered).
 14067 | D:11     | 14067 ||| Stepping ~*~*~tactically~*~*~ (outnumbered).
 14069 | D:11     | 14069 ||| Stepping ~*~*~tactically~*~*~ (outnumbered).
 14071 | D:11     | 14071 ||| Stepping ~*~*~tactically~*~*~ (outnumbered).
 14073 | D:11     | 14073 ||| Stepping ~*~*~tactically~*~*~ (outnumbered).
 14075 | D:11     | 14075 ||| Stepping ~*~*~tactically~*~*~ (outnumbered).
 14077 | D:11     | 14077 ||| Stepping ~*~*~tactically~*~*~ (outnumbered).
 14079 | D:11     | 14079 ||| Stepping ~*~*~tactically~*~*~ (outnumbered).
 14081 | D:11     | 14081 ||| Stepping ~*~*~tactically~*~*~ (outnumbered).
 14083 | D:11     | 14083 ||| Stepping ~*~*~tactically~*~*~ (outnumbered).
 14085 | D:11     | 14085 ||| Stepping ~*~*~tactically~*~*~ (outnumbered).
 14087 | D:11     | 14087 ||| Stepping ~*~*~tactically~*~*~ (outnumbered).
 14089 | D:11     | 14089 ||| Stepping ~*~*~tactically~*~*~ (outnumbered).
 14091 | D:11     | 14091 ||| Stepping ~*~*~tactically~*~*~ (outnumbered).
 14093 | D:11     | 14093 ||| Stepping ~*~*~tactically~*~*~ (outnumbered).
 14095 | D:11     | 14095 ||| Stepping ~*~*~tactically~*~*~ (outnumbered).
 14097 | D:11     | 14097 ||| Stepping ~*~*~tactically~*~*~ (outnumbered).
 14099 | D:11     | 14099 ||| Stepping ~*~*~tactically~*~*~ (outnumbered).
 14101 | D:11     | 14101 ||| Stepping ~*~*~tactically~*~*~ (outnumbered).
 14103 | D:11     | 14103 ||| Stepping ~*~*~tactically~*~*~ (outnumbered).
 14105 | D:11     | 14105 ||| Stepping ~*~*~tactically~*~*~ (outnumbered).
 14107 | D:11     | 14107 ||| Stepping ~*~*~tactically~*~*~ (outnumbered).
 14109 | D:11     | 14109 ||| Stepping ~*~*~tactically~*~*~ (outnumbered).
 14111 | D:11     | 14111 ||| Stepping ~*~*~tactically~*~*~ (outnumbered).
 14113 | D:11     | 14113 ||| Stepping ~*~*~tactically~*~*~ (outnumbered).
 14115 | D:11     | 14115 ||| Stepping ~*~*~tactically~*~*~ (outnumbered).
 14117 | D:11     | 14117 ||| Stepping ~*~*~tactically~*~*~ (outnumbered).
 14119 | D:11     | 14119 ||| Stepping ~*~*~tactically~*~*~ (outnumbered).
 14121 | D:11     | 14121 ||| Stepping ~*~*~tactically~*~*~ (outnumbered).
 14123 | D:11     | 14123 ||| Stepping ~*~*~tactically~*~*~ (outnumbered).
 14125 | D:11     | 14125 ||| Stepping ~*~*~tactically~*~*~ (outnumbered).
 14127 | D:11     | 14127 ||| Stepping ~*~*~tactically~*~*~ (outnumbered).
 14129 | D:11     | 14129 ||| Stepping ~*~*~tactically~*~*~ (outnumbered).
 14131 | D:11     | 14131 ||| Stepping ~*~*~tactically~*~*~ (outnumbered).
 14133 | D:11     | 14133 ||| Stepping ~*~*~tactically~*~*~ (outnumbered).
 14135 | D:11     | 14135 ||| Stepping ~*~*~tactically~*~*~ (outnumbered).
 14137 | D:11     | 14137 ||| Stepping ~*~*~tactically~*~*~ (outnumbered).
 14139 | D:11     | 14139 ||| Stepping ~*~*~tactically~*~*~ (outnumbered).
 14141 | D:11     | 14141 ||| Stepping ~*~*~tactically~*~*~ (outnumbered).
 14143 | D:11     | 14143 ||| Stepping ~*~*~tactically~*~*~ (outnumbered).
 14145 | D:11     | 14145 ||| Stepping ~*~*~tactically~*~*~ (outnumbered).
 14147 | D:11     | 14147 ||| Stepping ~*~*~tactically~*~*~ (outnumbered).
 14149 | D:11     | 14149 ||| Stepping ~*~*~tactically~*~*~ (outnumbered).
 14151 | D:11     | 14151 ||| Stepping ~*~*~tactically~*~*~ (outnumbered).
 14153 | D:11     | 14153 ||| Stepping ~*~*~tactically~*~*~ (outnumbered).
 14155 | D:11     | 14155 ||| Stepping ~*~*~tactically~*~*~ (outnumbered).
 14157 | D:11     | 14157 ||| Stepping ~*~*~tactically~*~*~ (outnumbered).
 14159 | D:11     | 14159 ||| Stepping ~*~*~tactically~*~*~ (outnumbered).
 14161 | D:11     | 14161 ||| Stepping ~*~*~tactically~*~*~ (outnumbered).
 14163 | D:11     | 14163 ||| Stepping ~*~*~tactically~*~*~ (outnumbered).
 14165 | D:11     | 14165 ||| Stepping ~*~*~tactically~*~*~ (outnumbered).
 14167 | D:11     | 14167 ||| Stepping ~*~*~tactically~*~*~ (outnumbered).
 14169 | D:11     | 14169 ||| Stepping ~*~*~tactically~*~*~ (outnumbered).
 14171 | D:11     | 14171 ||| Stepping ~*~*~tactically~*~*~ (outnumbered).
 14173 | D:11     | 14173 ||| Stepping ~*~*~tactically~*~*~ (outnumbered).
 14175 | D:11     | 14175 ||| Stepping ~*~*~tactically~*~*~ (outnumbered).
 14177 | D:11     | 14177 ||| Stepping ~*~*~tactically~*~*~ (outnumbered).
 14179 | D:11     | 14179 ||| Stepping ~*~*~tactically~*~*~ (outnumbered).
 14181 | D:11     | 14181 ||| Stepping ~*~*~tactically~*~*~ (outnumbered).
 14183 | D:11     | 14183 ||| Stepping ~*~*~tactically~*~*~ (outnumbered).
 14185 | D:11     | 14185 ||| Stepping ~*~*~tactically~*~*~ (outnumbered).
 14187 | D:11     | 14187 ||| Stepping ~*~*~tactically~*~*~ (outnumbered).
 14189 | D:11     | 14189 ||| Stepping ~*~*~tactically~*~*~ (outnumbered).
 14191 | D:11     | 14191 ||| Stepping ~*~*~tactically~*~*~ (outnumbered).
 14193 | D:11     | 14193 ||| Stepping ~*~*~tactically~*~*~ (outnumbered).
 14195 | D:11     | 14195 ||| Stepping ~*~*~tactically~*~*~ (outnumbered).
 14197 | D:11     | 14197 ||| Stepping ~*~*~tactically~*~*~ (outnumbered).
 14199 | D:11     | 14199 ||| Stepping ~*~*~tactically~*~*~ (outnumbered).
 14201 | D:11     | 14201 ||| Stepping ~*~*~tactically~*~*~ (outnumbered).
 14203 | D:11     | 14203 ||| Stepping ~*~*~tactically~*~*~ (outnumbered).
 14205 | D:11     | 14205 ||| Stepping ~*~*~tactically~*~*~ (outnumbered).
 14207 | D:11     | 14207 ||| Stepping ~*~*~tactically~*~*~ (outnumbered).
 14209 | D:11     | 14209 ||| Stepping ~*~*~tactically~*~*~ (outnumbered).
 14211 | D:11     | 14211 ||| Stepping ~*~*~tactically~*~*~ (outnumbered).
 14213 | D:11     | 14213 ||| Stepping ~*~*~tactically~*~*~ (outnumbered).
 14215 | D:11     | 14215 ||| Stepping ~*~*~tactically~*~*~ (outnumbered).
 14217 | D:11     | 14217 ||| Stepping ~*~*~tactically~*~*~ (outnumbered).
 14219 | D:11     | 14219 ||| Stepping ~*~*~tactically~*~*~ (outnumbered).
 14221 | D:11     | 14221 ||| Stepping ~*~*~tactically~*~*~ (outnumbered).
 14223 | D:11     | 14223 ||| Stepping ~*~*~tactically~*~*~ (outnumbered).
 14225 | D:11     | 14225 ||| Stepping ~*~*~tactically~*~*~ (outnumbered).
 14227 | D:11     | 14227 ||| Stepping ~*~*~tactically~*~*~ (outnumbered).
 14229 | D:11     | 14229 ||| Stepping ~*~*~tactically~*~*~ (outnumbered).
 14231 | D:11     | 14231 ||| Stepping ~*~*~tactically~*~*~ (outnumbered).
 14233 | D:11     | 14233 ||| Stepping ~*~*~tactically~*~*~ (outnumbered).
 14235 | D:11     | 14235 ||| Stepping ~*~*~tactically~*~*~ (outnumbered).
 14237 | D:11     | 14237 ||| Stepping ~*~*~tactically~*~*~ (outnumbered).
 14239 | D:11     | 14239 ||| Stepping ~*~*~tactically~*~*~ (outnumbered).
 14241 | D:11     | 14241 ||| Stepping ~*~*~tactically~*~*~ (outnumbered).
 14243 | D:11     | 14243 ||| Stepping ~*~*~tactically~*~*~ (outnumbered).
 14245 | D:11     | 14245 ||| Stepping ~*~*~tactically~*~*~ (outnumbered).
 14247 | D:11     | 14247 ||| Stepping ~*~*~tactically~*~*~ (outnumbered).
 14249 | D:11     | 14249 ||| Stepping ~*~*~tactically~*~*~ (outnumbered).
 14251 | D:11     | 14251 ||| Stepping ~*~*~tactically~*~*~ (outnumbered).
 14253 | D:11     | 14253 ||| Stepping ~*~*~tactically~*~*~ (outnumbered).
 14255 | D:11     | 14255 ||| Stepping ~*~*~tactically~*~*~ (outnumbered).
 14257 | D:11     | 14257 ||| Stepping ~*~*~tactically~*~*~ (outnumbered).
 14259 | D:11     | 14259 ||| Stepping ~*~*~tactically~*~*~ (outnumbered).
 14261 | D:11     | 14261 ||| Stepping ~*~*~tactically~*~*~ (outnumbered).
 14263 | D:11     | 14263 ||| Stepping ~*~*~tactically~*~*~ (outnumbered).
 14265 | D:11     | 14265 ||| Stepping ~*~*~tactically~*~*~ (outnumbered).
 14267 | D:11     | 14267 ||| Stepping ~*~*~tactically~*~*~ (outnumbered).
 14269 | D:11     | 14269 ||| Stepping ~*~*~tactically~*~*~ (outnumbered).
 14271 | D:11     | 14271 ||| Stepping ~*~*~tactically~*~*~ (outnumbered).
 14273 | D:11     | 14273 ||| Stepping ~*~*~tactically~*~*~ (outnumbered).
 14275 | D:11     | 14275 ||| Stepping ~*~*~tactically~*~*~ (outnumbered).
 14277 | D:11     | 14277 ||| Stepping ~*~*~tactically~*~*~ (outnumbered).
 14279 | D:11     | 14279 ||| Stepping ~*~*~tactically~*~*~ (outnumbered).
 14281 | D:11     | 14281 ||| Stepping ~*~*~tactically~*~*~ (outnumbered).
 14283 | D:11     | 14283 ||| Stepping ~*~*~tactically~*~*~ (outnumbered).
 14285 | D:11     | 14285 ||| Stepping ~*~*~tactically~*~*~ (outnumbered).
 14287 | D:11     | 14287 ||| Stepping ~*~*~tactically~*~*~ (outnumbered).
 14289 | D:11     | 14289 ||| Stepping ~*~*~tactically~*~*~ (outnumbered).
 14291 | D:11     | 14291 ||| Stepping ~*~*~tactically~*~*~ (outnumbered).
 14293 | D:11     | 14293 ||| Stepping ~*~*~tactically~*~*~ (outnumbered).
 14295 | D:11     | 14295 ||| Stepping ~*~*~tactically~*~*~ (outnumbered).
 14297 | D:11     | 14297 ||| Stepping ~*~*~tactically~*~*~ (outnumbered).
 14299 | D:11     | 14299 ||| Stepping ~*~*~tactically~*~*~ (outnumbered).
 14301 | D:11     | 14301 ||| Stepping ~*~*~tactically~*~*~ (outnumbered).
 14303 | D:11     | 14303 ||| Stepping ~*~*~tactically~*~*~ (outnumbered).
 14305 | D:11     | 14305 ||| Stepping ~*~*~tactically~*~*~ (outnumbered).
 14307 | D:11     | 14307 ||| Stepping ~*~*~tactically~*~*~ (outnumbered).
 14309 | D:11     | 14309 ||| Stepping ~*~*~tactically~*~*~ (outnumbered).
 14311 | D:11     | 14311 ||| Stepping ~*~*~tactically~*~*~ (outnumbered).
 14313 | D:11     | 14313 ||| Stepping ~*~*~tactically~*~*~ (outnumbered).
 14315 | D:11     | 14315 ||| Stepping ~*~*~tactically~*~*~ (outnumbered).
 14317 | D:11     | 14317 ||| Stepping ~*~*~tactically~*~*~ (outnumbered).
 14319 | D:11     | 14319 ||| Stepping ~*~*~tactically~*~*~ (outnumbered).
 14321 | D:11     | 14321 ||| Stepping ~*~*~tactically~*~*~ (outnumbered).
 14323 | D:11     | 14323 ||| Stepping ~*~*~tactically~*~*~ (outnumbered).
 14325 | D:11     | 14325 ||| Stepping ~*~*~tactically~*~*~ (outnumbered).
 14327 | D:11     | 14327 ||| Stepping ~*~*~tactically~*~*~ (outnumbered).
 14329 | D:11     | 14329 ||| Stepping ~*~*~tactically~*~*~ (outnumbered).
 14331 | D:11     | 14331 ||| Stepping ~*~*~tactically~*~*~ (outnumbered).
 14333 | D:11     | 14333 ||| Stepping ~*~*~tactically~*~*~ (outnumbered).
 14335 | D:11     | 14335 ||| Stepping ~*~*~tactically~*~*~ (outnumbered).
 14337 | D:11     | 14337 ||| Stepping ~*~*~tactically~*~*~ (outnumbered).
 14339 | D:11     | 14339 ||| Stepping ~*~*~tactically~*~*~ (outnumbered).
 14341 | D:11     | 14341 ||| Stepping ~*~*~tactically~*~*~ (outnumbered).
 14343 | D:11     | 14343 ||| Stepping ~*~*~tactically~*~*~ (outnumbered).
 14345 | D:11     | 14345 ||| Stepping ~*~*~tactically~*~*~ (outnumbered).
 14347 | D:11     | 14347 ||| Stepping ~*~*~tactically~*~*~ (outnumbered).
 14349 | D:11     | 14349 ||| Stepping ~*~*~tactically~*~*~ (outnumbered).
 14351 | D:11     | 14351 ||| Stepping ~*~*~tactically~*~*~ (outnumbered).
 14353 | D:11     | 14353 ||| Stepping ~*~*~tactically~*~*~ (outnumbered).
 14355 | D:11     | 14355 ||| Stepping ~*~*~tactically~*~*~ (outnumbered).
 14357 | D:11     | 14357 ||| Stepping ~*~*~tactically~*~*~ (outnumbered).
 14359 | D:11     | 14359 ||| Stepping ~*~*~tactically~*~*~ (outnumbered).
 14361 | D:11     | 14361 ||| Stepping ~*~*~tactically~*~*~ (outnumbered).
 14363 | D:11     | 14363 ||| Stepping ~*~*~tactically~*~*~ (outnumbered).
 14365 | D:11     | 14365 ||| Stepping ~*~*~tactically~*~*~ (outnumbered).
 14367 | D:11     | 14367 ||| Stepping ~*~*~tactically~*~*~ (outnumbered).
 14369 | D:11     | 14369 ||| Stepping ~*~*~tactically~*~*~ (outnumbered).
 14371 | D:11     | 14371 ||| Stepping ~*~*~tactically~*~*~ (outnumbered).
 14373 | D:11     | 14373 ||| Stepping ~*~*~tactically~*~*~ (outnumbered).
 14375 | D:11     | 14375 ||| Stepping ~*~*~tactically~*~*~ (outnumbered).
 14377 | D:11     | 14377 ||| Stepping ~*~*~tactically~*~*~ (outnumbered).
 14379 | D:11     | 14379 ||| Stepping ~*~*~tactically~*~*~ (outnumbered).
 14381 | D:11     | 14381 ||| Stepping ~*~*~tactically~*~*~ (outnumbered).
 14383 | D:11     | 14383 ||| Stepping ~*~*~tactically~*~*~ (outnumbered).
 14385 | D:11     | 14385 ||| Stepping ~*~*~tactically~*~*~ (outnumbered).
 14387 | D:11     | 14387 ||| Stepping ~*~*~tactically~*~*~ (outnumbered).
 14389 | D:11     | 14389 ||| Stepping ~*~*~tactically~*~*~ (outnumbered).
 14391 | D:11     | 14391 ||| Stepping ~*~*~tactically~*~*~ (outnumbered).
 14393 | D:11     | 14393 ||| Stepping ~*~*~tactically~*~*~ (outnumbered).
 14395 | D:11     | 14395 ||| Stepping ~*~*~tactically~*~*~ (outnumbered).
 14397 | D:11     | 14397 ||| Stepping ~*~*~tactically~*~*~ (outnumbered).
 14399 | D:11     | 14399 ||| Stepping ~*~*~tactically~*~*~ (outnumbered).
 14401 | D:11     | 14401 ||| Stepping ~*~*~tactically~*~*~ (outnumbered).
 14403 | D:11     | 14403 ||| Stepping ~*~*~tactically~*~*~ (outnumbered).
 14405 | D:11     | 14405 ||| Stepping ~*~*~tactically~*~*~ (outnumbered).
 14407 | D:11     | 14407 ||| Stepping ~*~*~tactically~*~*~ (outnumbered).
 14409 | D:11     | 14409 ||| Stepping ~*~*~tactically~*~*~ (outnumbered).
 14411 | D:11     | 14411 ||| Stepping ~*~*~tactically~*~*~ (outnumbered).
 14413 | D:11     | 14413 ||| Stepping ~*~*~tactically~*~*~ (outnumbered).
 14415 | D:11     | 14415 ||| Stepping ~*~*~tactically~*~*~ (outnumbered).
 14417 | D:11     | 14417 ||| Stepping ~*~*~tactically~*~*~ (outnumbered).
 14419 | D:11     | 14419 ||| Stepping ~*~*~tactically~*~*~ (outnumbered).
 14421 | D:11     | 14421 ||| Stepping ~*~*~tactically~*~*~ (outnumbered).
 14423 | D:11     | 14423 ||| Stepping ~*~*~tactically~*~*~ (outnumbered).
 14425 | D:11     | 14425 ||| Stepping ~*~*~tactically~*~*~ (outnumbered).
 14427 | D:11     | 14427 ||| Stepping ~*~*~tactically~*~*~ (outnumbered).
 14429 | D:11     | 14429 ||| Stepping ~*~*~tactically~*~*~ (outnumbered).
 14431 | D:11     | 14431 ||| Stepping ~*~*~tactically~*~*~ (outnumbered).
 14433 | D:11     | 14433 ||| Stepping ~*~*~tactically~*~*~ (outnumbered).
 14435 | D:11     | 14435 ||| Stepping ~*~*~tactically~*~*~ (outnumbered).
 14437 | D:11     | 14437 ||| Stepping ~*~*~tactically~*~*~ (outnumbered).
 14439 | D:11     | 14439 ||| Stepping ~*~*~tactically~*~*~ (outnumbered).
 14441 | D:11     | 14441 ||| Stepping ~*~*~tactically~*~*~ (outnumbered).
 14443 | D:11     | 14443 ||| Stepping ~*~*~tactically~*~*~ (outnumbered).
 14445 | D:11     | 14445 ||| Stepping ~*~*~tactically~*~*~ (outnumbered).
 14447 | D:11     | 14447 ||| Stepping ~*~*~tactically~*~*~ (outnumbered).
 14449 | D:11     | 14449 ||| Stepping ~*~*~tactically~*~*~ (outnumbered).
 14451 | D:11     | 14451 ||| Stepping ~*~*~tactically~*~*~ (outnumbered).
 14453 | D:11     | 14453 ||| Stepping ~*~*~tactically~*~*~ (outnumbered).
 14455 | D:11     | 14455 ||| Stepping ~*~*~tactically~*~*~ (outnumbered).
 14457 | D:11     | 14457 ||| Stepping ~*~*~tactically~*~*~ (outnumbered).
 14459 | D:11     | 14459 ||| Stepping ~*~*~tactically~*~*~ (outnumbered).
 14461 | D:11     | 14461 ||| Stepping ~*~*~tactically~*~*~ (outnumbered).
 14463 | D:11     | 14463 ||| Stepping ~*~*~tactically~*~*~ (outnumbered).
 14465 | D:11     | 14465 ||| Stepping ~*~*~tactically~*~*~ (outnumbered).
 14467 | D:11     | 14467 ||| Stepping ~*~*~tactically~*~*~ (outnumbered).
 14469 | D:11     | 14469 ||| Stepping ~*~*~tactically~*~*~ (outnumbered).
 14471 | D:11     | 14471 ||| Stepping ~*~*~tactically~*~*~ (outnumbered).
 14473 | D:11     | 14473 ||| Stepping ~*~*~tactically~*~*~ (outnumbered).
 14475 | D:11     | 14475 ||| Stepping ~*~*~tactically~*~*~ (outnumbered).
 14477 | D:11     | 14477 ||| Stepping ~*~*~tactically~*~*~ (outnumbered).
 14479 | D:11     | 14479 ||| Stepping ~*~*~tactically~*~*~ (outnumbered).
 14481 | D:11     | 14481 ||| Stepping ~*~*~tactically~*~*~ (outnumbered).
 14483 | D:11     | 14483 ||| Stepping ~*~*~tactically~*~*~ (outnumbered).
 14485 | D:11     | 14485 ||| Stepping ~*~*~tactically~*~*~ (outnumbered).
 14487 | D:11     | 14487 ||| Stepping ~*~*~tactically~*~*~ (outnumbered).
 14489 | D:11     | 14489 ||| Stepping ~*~*~tactically~*~*~ (outnumbered).
 14491 | D:11     | 14491 ||| Stepping ~*~*~tactically~*~*~ (outnumbered).
 14493 | D:11     | 14493 ||| Stepping ~*~*~tactically~*~*~ (outnumbered).
 14495 | D:11     | 14495 ||| Stepping ~*~*~tactically~*~*~ (outnumbered).
 14497 | D:11     | 14497 ||| Stepping ~*~*~tactically~*~*~ (outnumbered).
 14499 | D:11     | 14499 ||| Stepping ~*~*~tactically~*~*~ (outnumbered).
 14501 | D:11     | 14501 ||| Stepping ~*~*~tactically~*~*~ (outnumbered).
 14503 | D:11     | 14503 ||| Stepping ~*~*~tactically~*~*~ (outnumbered).
 14505 | D:11     | 14505 ||| Stepping ~*~*~tactically~*~*~ (outnumbered).
 14507 | D:11     | 14507 ||| Stepping ~*~*~tactically~*~*~ (outnumbered).
 14509 | D:11     | 14509 ||| Stepping ~*~*~tactically~*~*~ (outnumbered).
 14511 | D:11     | 14511 ||| Stepping ~*~*~tactically~*~*~ (outnumbered).
 14513 | D:11     | 14513 ||| Stepping ~*~*~tactically~*~*~ (outnumbered).
 14515 | D:11     | 14515 ||| Stepping ~*~*~tactically~*~*~ (outnumbered).
 14517 | D:11     | 14517 ||| Stepping ~*~*~tactically~*~*~ (outnumbered).
 14519 | D:11     | 14519 ||| Stepping ~*~*~tactically~*~*~ (outnumbered).
 14521 | D:11     | 14521 ||| Stepping ~*~*~tactically~*~*~ (outnumbered).
 14523 | D:11     | 14523 ||| Stepping ~*~*~tactically~*~*~ (outnumbered).
 14525 | D:11     | 14525 ||| Stepping ~*~*~tactically~*~*~ (outnumbered).
 14527 | D:11     | 14527 ||| Stepping ~*~*~tactically~*~*~ (outnumbered).
 14529 | D:11     | 14529 ||| Stepping ~*~*~tactically~*~*~ (outnumbered).
 14531 | D:11     | 14531 ||| Stepping ~*~*~tactically~*~*~ (outnumbered).
 14533 | D:11     | 14533 ||| Stepping ~*~*~tactically~*~*~ (outnumbered).
 14535 | D:11     | 14535 ||| Stepping ~*~*~tactically~*~*~ (outnumbered).
 14537 | D:11     | 14537 ||| Stepping ~*~*~tactically~*~*~ (outnumbered).
 14539 | D:11     | 14539 ||| Stepping ~*~*~tactically~*~*~ (outnumbered).
 14541 | D:11     | 14541 ||| Stepping ~*~*~tactically~*~*~ (outnumbered).
 14543 | D:11     | 14543 ||| Stepping ~*~*~tactically~*~*~ (outnumbered).
 14545 | D:11     | 14545 ||| Stepping ~*~*~tactically~*~*~ (outnumbered).
 14547 | D:11     | 14547 ||| Stepping ~*~*~tactically~*~*~ (outnumbered).
 14549 | D:11     | 14549 ||| Stepping ~*~*~tactically~*~*~ (outnumbered).
 14551 | D:11     | 14551 ||| Stepping ~*~*~tactically~*~*~ (outnumbered).
 14553 | D:11     | 14553 ||| Stepping ~*~*~tactically~*~*~ (outnumbered).
 14555 | D:11     | 14555 ||| Stepping ~*~*~tactically~*~*~ (outnumbered).
 14557 | D:11     | 14557 ||| Stepping ~*~*~tactically~*~*~ (outnumbered).
 14559 | D:11     | 14559 ||| Stepping ~*~*~tactically~*~*~ (outnumbered).
 14561 | D:11     | 14561 ||| Stepping ~*~*~tactically~*~*~ (outnumbered).
 14563 | D:11     | 14563 ||| Stepping ~*~*~tactically~*~*~ (outnumbered).
 14565 | D:11     | 14565 ||| Stepping ~*~*~tactically~*~*~ (outnumbered).
 14567 | D:11     | 14567 ||| Stepping ~*~*~tactically~*~*~ (outnumbered).
 14569 | D:11     | 14569 ||| Stepping ~*~*~tactically~*~*~ (outnumbered).
 14571 | D:11     | 14571 ||| Stepping ~*~*~tactically~*~*~ (outnumbered).
 14573 | D:11     | 14573 ||| Stepping ~*~*~tactically~*~*~ (outnumbered).
 14575 | D:11     | 14575 ||| Stepping ~*~*~tactically~*~*~ (outnumbered).
 14577 | D:11     | 14577 ||| Stepping ~*~*~tactically~*~*~ (outnumbered).
 14579 | D:11     | 14579 ||| Stepping ~*~*~tactically~*~*~ (outnumbered).
 14581 | D:11     | 14581 ||| Stepping ~*~*~tactically~*~*~ (outnumbered).
 14583 | D:11     | 14583 ||| Stepping ~*~*~tactically~*~*~ (outnumbered).
 14585 | D:11     | 14585 ||| Stepping ~*~*~tactically~*~*~ (outnumbered).
 14587 | D:11     | 14587 ||| Stepping ~*~*~tactically~*~*~ (outnumbered).
 14589 | D:11     | 14589 ||| Stepping ~*~*~tactically~*~*~ (outnumbered).
 14591 | D:11     | 14591 ||| Stepping ~*~*~tactically~*~*~ (outnumbered).
 14593 | D:11     | 14593 ||| Stepping ~*~*~tactically~*~*~ (outnumbered).
 14595 | D:11     | 14595 ||| Stepping ~*~*~tactically~*~*~ (outnumbered).
 14597 | D:11     | 14597 ||| Stepping ~*~*~tactically~*~*~ (outnumbered).
 14599 | D:11     | 14599 ||| Stepping ~*~*~tactically~*~*~ (outnumbered).
 14601 | D:11     | 14601 ||| Stepping ~*~*~tactically~*~*~ (outnumbered).
 14603 | D:11     | 14603 ||| Stepping ~*~*~tactically~*~*~ (outnumbered).
 14605 | D:11     | 14605 ||| Stepping ~*~*~tactically~*~*~ (outnumbered).
 14607 | D:11     | 14607 ||| Stepping ~*~*~tactically~*~*~ (outnumbered).
 14609 | D:11     | 14609 ||| Stepping ~*~*~tactically~*~*~ (outnumbered).
 14611 | D:11     | 14611 ||| Stepping ~*~*~tactically~*~*~ (outnumbered).
 14613 | D:11     | 14613 ||| Stepping ~*~*~tactically~*~*~ (outnumbered).
 14615 | D:11     | 14615 ||| Stepping ~*~*~tactically~*~*~ (outnumbered).
 14617 | D:11     | 14617 ||| Stepping ~*~*~tactically~*~*~ (outnumbered).
 14619 | D:11     | 14619 ||| Stepping ~*~*~tactically~*~*~ (outnumbered).
 14621 | D:11     | 14621 ||| Stepping ~*~*~tactically~*~*~ (outnumbered).
 14623 | D:11     | 14623 ||| Stepping ~*~*~tactically~*~*~ (outnumbered).
 14625 | D:11     | 14625 ||| Stepping ~*~*~tactically~*~*~ (outnumbered).
 14627 | D:11     | 14627 ||| Stepping ~*~*~tactically~*~*~ (outnumbered).
 14629 | D:11     | 14629 ||| Stepping ~*~*~tactically~*~*~ (outnumbered).
 14631 | D:11     | 14631 ||| Stepping ~*~*~tactically~*~*~ (outnumbered).
 14633 | D:11     | 14633 ||| Stepping ~*~*~tactically~*~*~ (outnumbered).
 14635 | D:11     | 14635 ||| Stepping ~*~*~tactically~*~*~ (outnumbered).
 14637 | D:11     | 14637 ||| Stepping ~*~*~tactically~*~*~ (outnumbered).
 14639 | D:11     | 14639 ||| Stepping ~*~*~tactically~*~*~ (outnumbered).
 14641 | D:11     | 14641 ||| Stepping ~*~*~tactically~*~*~ (outnumbered).
 14643 | D:11     | 14643 ||| Stepping ~*~*~tactically~*~*~ (outnumbered).
 14645 | D:11     | 14645 ||| Stepping ~*~*~tactically~*~*~ (outnumbered).
 14647 | D:11     | 14647 ||| Stepping ~*~*~tactically~*~*~ (outnumbered).
 14649 | D:11     | 14649 ||| Stepping ~*~*~tactically~*~*~ (outnumbered).
 14651 | D:11     | 14651 ||| Stepping ~*~*~tactically~*~*~ (outnumbered).
 14653 | D:11     | 14653 ||| Stepping ~*~*~tactically~*~*~ (outnumbered).
 14655 | D:11     | 14655 ||| Stepping ~*~*~tactically~*~*~ (outnumbered).
 14657 | D:11     | 14657 ||| Stepping ~*~*~tactically~*~*~ (outnumbered).
 14659 | D:11     | 14659 ||| Stepping ~*~*~tactically~*~*~ (outnumbered).
 14661 | D:11     | 14661 ||| Stepping ~*~*~tactically~*~*~ (outnumbered).
 14663 | D:11     | 14663 ||| Stepping ~*~*~tactically~*~*~ (outnumbered).
 14665 | D:11     | 14665 ||| Stepping ~*~*~tactically~*~*~ (outnumbered).
 14667 | D:11     | 14667 ||| Stepping ~*~*~tactically~*~*~ (outnumbered).
 14669 | D:11     | 14669 ||| Stepping ~*~*~tactically~*~*~ (outnumbered).
 14671 | D:11     | 14671 ||| Stepping ~*~*~tactically~*~*~ (outnumbered).
 14673 | D:11     | 14673 ||| Stepping ~*~*~tactically~*~*~ (outnumbered).
 14675 | D:11     | 14675 ||| Stepping ~*~*~tactically~*~*~ (outnumbered).
 14677 | D:11     | 14677 ||| Stepping ~*~*~tactically~*~*~ (outnumbered).
 14679 | D:11     | 14679 ||| Stepping ~*~*~tactically~*~*~ (outnumbered).
 14681 | D:11     | 14681 ||| Stepping ~*~*~tactically~*~*~ (outnumbered).
 14683 | D:11     | 14683 ||| Stepping ~*~*~tactically~*~*~ (outnumbered).
 14685 | D:11     | 14685 ||| Stepping ~*~*~tactically~*~*~ (outnumbered).
 14687 | D:11     | 14687 ||| Stepping ~*~*~tactically~*~*~ (outnumbered).
 14689 | D:11     | 14689 ||| Stepping ~*~*~tactically~*~*~ (outnumbered).
 14691 | D:11     | 14691 ||| Stepping ~*~*~tactically~*~*~ (outnumbered).
 14693 | D:11     | 14693 ||| Stepping ~*~*~tactically~*~*~ (outnumbered).
 14695 | D:11     | 14695 ||| Stepping ~*~*~tactically~*~*~ (outnumbered).
 14697 | D:11     | 14697 ||| Stepping ~*~*~tactically~*~*~ (outnumbered).
 14699 | D:11     | 14699 ||| Stepping ~*~*~tactically~*~*~ (outnumbered).
 14701 | D:11     | 14701 ||| Stepping ~*~*~tactically~*~*~ (outnumbered).
 14703 | D:11     | 14703 ||| Stepping ~*~*~tactically~*~*~ (outnumbered).
 14705 | D:11     | 14705 ||| Stepping ~*~*~tactically~*~*~ (outnumbered).
 14707 | D:11     | 14707 ||| Stepping ~*~*~tactically~*~*~ (outnumbered).
 14709 | D:11     | 14709 ||| Stepping ~*~*~tactically~*~*~ (outnumbered).
 14711 | D:11     | 14711 ||| Stepping ~*~*~tactically~*~*~ (outnumbered).
 14713 | D:11     | 14713 ||| Stepping ~*~*~tactically~*~*~ (outnumbered).
 14715 | D:11     | 14715 ||| Stepping ~*~*~tactically~*~*~ (outnumbered).
 14717 | D:11     | 14717 ||| Stepping ~*~*~tactically~*~*~ (outnumbered).
 14719 | D:11     | 14719 ||| Stepping ~*~*~tactically~*~*~ (outnumbered).
 14721 | D:11     | 14721 ||| Stepping ~*~*~tactically~*~*~ (outnumbered).
 14723 | D:11     | 14723 ||| Stepping ~*~*~tactically~*~*~ (outnumbered).
 14725 | D:11     | 14725 ||| Stepping ~*~*~tactically~*~*~ (outnumbered).
 14727 | D:11     | 14727 ||| Stepping ~*~*~tactically~*~*~ (outnumbered).
 14729 | D:11     | 14729 ||| Stepping ~*~*~tactically~*~*~ (outnumbered).
 14731 | D:11     | 14731 ||| Stepping ~*~*~tactically~*~*~ (outnumbered).
 14733 | D:11     | 14733 ||| Stepping ~*~*~tactically~*~*~ (outnumbered).
 14735 | D:11     | 14735 ||| Stepping ~*~*~tactically~*~*~ (outnumbered).
 14737 | D:11     | 14737 ||| Stepping ~*~*~tactically~*~*~ (outnumbered).
 14739 | D:11     | 14739 ||| Stepping ~*~*~tactically~*~*~ (outnumbered).
 14741 | D:11     | 14741 ||| Stepping ~*~*~tactically~*~*~ (outnumbered).
 14743 | D:11     | 14743 ||| Stepping ~*~*~tactically~*~*~ (outnumbered).
 14745 | D:11     | 14745 ||| Stepping ~*~*~tactically~*~*~ (outnumbered).
 14747 | D:11     | 14747 ||| Stepping ~*~*~tactically~*~*~ (outnumbered).
 14749 | D:11     | 14749 ||| Stepping ~*~*~tactically~*~*~ (outnumbered).
 14751 | D:11     | 14751 ||| Stepping ~*~*~tactically~*~*~ (outnumbered).
 14753 | D:11     | 14753 ||| Stepping ~*~*~tactically~*~*~ (outnumbered).
 14755 | D:11     | 14755 ||| Stepping ~*~*~tactically~*~*~ (outnumbered).
 14757 | D:11     | 14757 ||| Stepping ~*~*~tactically~*~*~ (outnumbered).
 14759 | D:11     | 14759 ||| Stepping ~*~*~tactically~*~*~ (outnumbered).
 14761 | D:11     | 14761 ||| Stepping ~*~*~tactically~*~*~ (outnumbered).
 14763 | D:11     | 14763 ||| Stepping ~*~*~tactically~*~*~ (outnumbered).
 14765 | D:11     | 14765 ||| Stepping ~*~*~tactically~*~*~ (outnumbered).
 14767 | D:11     | 14767 ||| Stepping ~*~*~tactically~*~*~ (outnumbered).
 14769 | D:11     | 14769 ||| Stepping ~*~*~tactically~*~*~ (outnumbered).
 14771 | D:11     | 14771 ||| Stepping ~*~*~tactically~*~*~ (outnumbered).
 14773 | D:11     | 14773 ||| Stepping ~*~*~tactically~*~*~ (outnumbered).
 14775 | D:11     | 14775 ||| Stepping ~*~*~tactically~*~*~ (outnumbered).
 14777 | D:11     | 14777 ||| Stepping ~*~*~tactically~*~*~ (outnumbered).
 14779 | D:11     | 14779 ||| Stepping ~*~*~tactically~*~*~ (outnumbered).
 14781 | D:11     | 14781 ||| Stepping ~*~*~tactically~*~*~ (outnumbered).
 14783 | D:11     | 14783 ||| Stepping ~*~*~tactically~*~*~ (outnumbered).
 14785 | D:11     | 14785 ||| Stepping ~*~*~tactically~*~*~ (outnumbered).
 14787 | D:11     | 14787 ||| Stepping ~*~*~tactically~*~*~ (outnumbered).
 14789 | D:11     | 14789 ||| Stepping ~*~*~tactically~*~*~ (outnumbered).
 14791 | D:11     | 14791 ||| Stepping ~*~*~tactically~*~*~ (outnumbered).
 14793 | D:11     | 14793 ||| Stepping ~*~*~tactically~*~*~ (outnumbered).
 14795 | D:11     | 14795 ||| Stepping ~*~*~tactically~*~*~ (outnumbered).
 14797 | D:11     | 14797 ||| Stepping ~*~*~tactically~*~*~ (outnumbered).
 14799 | D:11     | 14799 ||| Stepping ~*~*~tactically~*~*~ (outnumbered).
 14801 | D:11     | 14801 ||| Stepping ~*~*~tactically~*~*~ (outnumbered).
 14803 | D:11     | 14803 ||| Stepping ~*~*~tactically~*~*~ (outnumbered).
 14805 | D:11     | 14805 ||| Stepping ~*~*~tactically~*~*~ (outnumbered).
 14807 | D:11     | 14807 ||| Stepping ~*~*~tactically~*~*~ (outnumbered).
 14809 | D:11     | 14809 ||| Stepping ~*~*~tactically~*~*~ (outnumbered).
 14811 | D:11     | 14811 ||| Stepping ~*~*~tactically~*~*~ (outnumbered).
 14813 | D:11     | 14813 ||| Stepping ~*~*~tactically~*~*~ (outnumbered).
 14815 | D:11     | 14815 ||| Stepping ~*~*~tactically~*~*~ (outnumbered).
 14817 | D:11     | 14817 ||| Stepping ~*~*~tactically~*~*~ (outnumbered).
 14819 | D:11     | 14819 ||| Stepping ~*~*~tactically~*~*~ (outnumbered).
 14821 | D:11     | 14821 ||| Stepping ~*~*~tactically~*~*~ (outnumbered).
 14823 | D:11     | 14823 ||| Stepping ~*~*~tactically~*~*~ (outnumbered).
 14825 | D:11     | 14825 ||| Stepping ~*~*~tactically~*~*~ (outnumbered).
 14827 | D:11     | 14827 ||| Stepping ~*~*~tactically~*~*~ (outnumbered).
 14829 | D:11     | 14829 ||| Stepping ~*~*~tactically~*~*~ (outnumbered).
 14831 | D:11     | 14831 ||| Stepping ~*~*~tactically~*~*~ (outnumbered).
 14833 | D:11     | 14833 ||| Stepping ~*~*~tactically~*~*~ (outnumbered).
 14835 | D:11     | 14835 ||| Stepping ~*~*~tactically~*~*~ (outnumbered).
 14837 | D:11     | 14837 ||| Stepping ~*~*~tactically~*~*~ (outnumbered).
 14839 | D:11     | 14839 ||| Stepping ~*~*~tactically~*~*~ (outnumbered).
 14841 | D:11     | 14841 ||| Stepping ~*~*~tactically~*~*~ (outnumbered).
 14843 | D:11     | 14843 ||| Stepping ~*~*~tactically~*~*~ (outnumbered).
 14845 | D:11     | 14845 ||| Stepping ~*~*~tactically~*~*~ (outnumbered).
 14847 | D:11     | 14847 ||| Stepping ~*~*~tactically~*~*~ (outnumbered).
 14849 | D:11     | 14849 ||| Stepping ~*~*~tactically~*~*~ (outnumbered).
 14851 | D:11     | 14851 ||| Stepping ~*~*~tactically~*~*~ (outnumbered).
 14853 | D:11     | 14853 ||| Stepping ~*~*~tactically~*~*~ (outnumbered).
 14855 | D:11     | 14855 ||| Stepping ~*~*~tactically~*~*~ (outnumbered).
 14857 | D:11     | 14857 ||| Stepping ~*~*~tactically~*~*~ (outnumbered).
 14859 | D:11     | 14859 ||| Stepping ~*~*~tactically~*~*~ (outnumbered).
 14861 | D:11     | 14861 ||| Stepping ~*~*~tactically~*~*~ (outnumbered).
 14863 | D:11     | 14863 ||| Stepping ~*~*~tactically~*~*~ (outnumbered).
 14865 | D:11     | 14865 ||| Stepping ~*~*~tactically~*~*~ (outnumbered).
 14867 | D:11     | 14867 ||| Stepping ~*~*~tactically~*~*~ (outnumbered).
 14869 | D:11     | 14869 ||| Stepping ~*~*~tactically~*~*~ (outnumbered).
 14871 | D:11     | 14871 ||| Stepping ~*~*~tactically~*~*~ (outnumbered).
 14873 | D:11     | 14873 ||| Stepping ~*~*~tactically~*~*~ (outnumbered).
 14875 | D:11     | 14875 ||| Stepping ~*~*~tactically~*~*~ (outnumbered).
 14877 | D:11     | 14877 ||| Stepping ~*~*~tactically~*~*~ (outnumbered).
 14879 | D:11     | 14879 ||| Stepping ~*~*~tactically~*~*~ (outnumbered).
 14881 | D:11     | 14881 ||| Stepping ~*~*~tactically~*~*~ (outnumbered).
 14883 | D:11     | 14883 ||| Stepping ~*~*~tactically~*~*~ (outnumbered).
 14885 | D:11     | 14885 ||| Stepping ~*~*~tactically~*~*~ (outnumbered).
 14887 | D:11     | 14887 ||| Stepping ~*~*~tactically~*~*~ (outnumbered).
 14889 | D:11     | 14889 ||| Stepping ~*~*~tactically~*~*~ (outnumbered).
 14891 | D:11     | 14891 ||| Stepping ~*~*~tactically~*~*~ (outnumbered).
 14893 | D:11     | 14893 ||| Stepping ~*~*~tactically~*~*~ (outnumbered).
 14895 | D:11     | 14895 ||| Stepping ~*~*~tactically~*~*~ (outnumbered).
 14897 | D:11     | 14897 ||| Stepping ~*~*~tactically~*~*~ (outnumbered).
 14899 | D:11     | 14899 ||| Stepping ~*~*~tactically~*~*~ (outnumbered).
 14901 | D:11     | 14901 ||| Stepping ~*~*~tactically~*~*~ (outnumbered).
 14903 | D:11     | 14903 ||| Stepping ~*~*~tactically~*~*~ (outnumbered).
 14905 | D:11     | 14905 ||| Stepping ~*~*~tactically~*~*~ (outnumbered).
 14907 | D:11     | 14907 ||| Stepping ~*~*~tactically~*~*~ (outnumbered).
 14909 | D:11     | 14909 ||| Stepping ~*~*~tactically~*~*~ (outnumbered).
 14911 | D:11     | 14911 ||| Stepping ~*~*~tactically~*~*~ (outnumbered).
 14913 | D:11     | 14913 ||| Stepping ~*~*~tactically~*~*~ (outnumbered).
 14915 | D:11     | 14915 ||| Stepping ~*~*~tactically~*~*~ (outnumbered).
 14917 | D:11     | 14917 ||| Stepping ~*~*~tactically~*~*~ (outnumbered).
 14919 | D:11     | 14919 ||| Stepping ~*~*~tactically~*~*~ (outnumbered).
 14921 | D:11     | 14921 ||| Stepping ~*~*~tactically~*~*~ (outnumbered).
 14923 | D:11     | 14923 ||| Stepping ~*~*~tactically~*~*~ (outnumbered).
 14925 | D:11     | 14925 ||| Stepping ~*~*~tactically~*~*~ (outnumbered).
 14927 | D:11     | 14927 ||| Stepping ~*~*~tactically~*~*~ (outnumbered).
 14929 | D:11     | 14929 ||| Stepping ~*~*~tactically~*~*~ (outnumbered).
 14931 | D:11     | 14931 ||| Stepping ~*~*~tactically~*~*~ (outnumbered).
 14933 | D:11     | 14933 ||| Stepping ~*~*~tactically~*~*~ (outnumbered).
 14935 | D:11     | 14935 ||| Stepping ~*~*~tactically~*~*~ (outnumbered).
 14937 | D:11     | 14937 ||| Stepping ~*~*~tactically~*~*~ (outnumbered).
 14939 | D:11     | 14939 ||| Stepping ~*~*~tactically~*~*~ (outnumbered).
 14941 | D:11     | 14941 ||| Stepping ~*~*~tactically~*~*~ (outnumbered).
 14943 | D:11     | 14943 ||| Stepping ~*~*~tactically~*~*~ (outnumbered).
 14945 | D:11     | 14945 ||| Stepping ~*~*~tactically~*~*~ (outnumbered).
 14947 | D:11     | 14947 ||| Stepping ~*~*~tactically~*~*~ (outnumbered).
 14949 | D:11     | 14949 ||| Stepping ~*~*~tactically~*~*~ (outnumbered).
 14951 | D:11     | 14951 ||| Stepping ~*~*~tactically~*~*~ (outnumbered).
 14953 | D:11     | 14953 ||| Stepping ~*~*~tactically~*~*~ (outnumbered).
 14955 | D:11     | 14955 ||| Stepping ~*~*~tactically~*~*~ (outnumbered).
 14957 | D:11     | 14957 ||| Stepping ~*~*~tactically~*~*~ (outnumbered).
 14959 | D:11     | 14959 ||| Stepping ~*~*~tactically~*~*~ (outnumbered).
 14961 | D:11     | 14961 ||| Stepping ~*~*~tactically~*~*~ (outnumbered).
 14963 | D:11     | 14963 ||| Stepping ~*~*~tactically~*~*~ (outnumbered).
 14965 | D:11     | 14965 ||| Stepping ~*~*~tactically~*~*~ (outnumbered).
 14967 | D:11     | 14967 ||| Stepping ~*~*~tactically~*~*~ (outnumbered).
 14969 | D:11     | 14969 ||| Stepping ~*~*~tactically~*~*~ (outnumbered).
 14971 | D:11     | 14971 ||| Stepping ~*~*~tactically~*~*~ (outnumbered).
 14973 | D:11     | 14973 ||| Stepping ~*~*~tactically~*~*~ (outnumbered).
 14975 | D:11     | 14975 ||| Stepping ~*~*~tactically~*~*~ (outnumbered).
 14977 | D:11     | 14977 ||| Stepping ~*~*~tactically~*~*~ (outnumbered).
 14979 | D:11     | 14979 ||| Stepping ~*~*~tactically~*~*~ (outnumbered).
 14981 | D:11     | 14981 ||| Stepping ~*~*~tactically~*~*~ (outnumbered).
 14983 | D:11     | 14983 ||| Stepping ~*~*~tactically~*~*~ (outnumbered).
 14985 | D:11     | 14985 ||| Stepping ~*~*~tactically~*~*~ (outnumbered).
 14987 | D:11     | 14987 ||| Stepping ~*~*~tactically~*~*~ (outnumbered).
 14989 | D:11     | 14989 ||| Stepping ~*~*~tactically~*~*~ (outnumbered).
 14991 | D:11     | 14991 ||| Stepping ~*~*~tactically~*~*~ (outnumbered).
 14993 | D:11     | 14993 ||| Stepping ~*~*~tactically~*~*~ (outnumbered).
 14995 | D:11     | 14995 ||| Stepping ~*~*~tactically~*~*~ (outnumbered).
 14997 | D:11     | 14997 ||| Stepping ~*~*~tactically~*~*~ (outnumbered).
 14999 | D:11     | 14999 ||| Stepping ~*~*~tactically~*~*~ (outnumbered).
 15001 | D:11     | 15001 ||| Stepping ~*~*~tactically~*~*~ (outnumbered).
 15003 | D:11     | 15003 ||| Stepping ~*~*~tactically~*~*~ (outnumbered).
 15005 | D:11     | 15005 ||| Stepping ~*~*~tactically~*~*~ (outnumbered).
 15007 | D:11     | 15007 ||| Stepping ~*~*~tactically~*~*~ (outnumbered).
 15009 | D:11     | 15009 ||| Stepping ~*~*~tactically~*~*~ (outnumbered).
 15011 | D:11     | 15011 ||| Stepping ~*~*~tactically~*~*~ (outnumbered).
 15013 | D:11     | 15013 ||| Stepping ~*~*~tactically~*~*~ (outnumbered).
 15015 | D:11     | 15015 ||| Stepping ~*~*~tactically~*~*~ (outnumbered).
 15017 | D:11     | 15017 ||| Stepping ~*~*~tactically~*~*~ (outnumbered).
 15019 | D:11     | 15019 ||| Stepping ~*~*~tactically~*~*~ (outnumbered).
 15021 | D:11     | 15021 ||| Stepping ~*~*~tactically~*~*~ (outnumbered).
 15023 | D:11     | 15023 ||| Stepping ~*~*~tactically~*~*~ (outnumbered).
 15025 | D:11     | 15025 ||| Stepping ~*~*~tactically~*~*~ (outnumbered).
 15027 | D:11     | 15027 ||| Stepping ~*~*~tactically~*~*~ (outnumbered).
 15029 | D:11     | 15029 ||| Stepping ~*~*~tactically~*~*~ (outnumbered).
 15031 | D:11     | 15031 ||| Stepping ~*~*~tactically~*~*~ (outnumbered).
 15033 | D:11     | 15033 ||| Stepping ~*~*~tactically~*~*~ (outnumbered).
 15035 | D:11     | 15035 ||| Stepping ~*~*~tactically~*~*~ (outnumbered).
 15037 | D:11     | 15037 ||| Stepping ~*~*~tactically~*~*~ (outnumbered).
 15039 | D:11     | 15039 ||| Stepping ~*~*~tactically~*~*~ (outnumbered).
 15041 | D:11     | 15041 ||| Stepping ~*~*~tactically~*~*~ (outnumbered).
 15043 | D:11     | 15043 ||| Stepping ~*~*~tactically~*~*~ (outnumbered).
 15045 | D:11     | 15045 ||| Stepping ~*~*~tactically~*~*~ (outnumbered).
 15047 | D:11     | 15047 ||| Stepping ~*~*~tactically~*~*~ (outnumbered).
 15049 | D:11     | 15049 ||| Stepping ~*~*~tactically~*~*~ (outnumbered).
 15051 | D:11     | 15051 ||| Stepping ~*~*~tactically~*~*~ (outnumbered).
 15053 | D:11     | 15053 ||| Stepping ~*~*~tactically~*~*~ (outnumbered).
 15055 | D:11     | 15055 ||| Stepping ~*~*~tactically~*~*~ (outnumbered).
 15057 | D:11     | 15057 ||| Stepping ~*~*~tactically~*~*~ (outnumbered).
 15059 | D:11     | 15059 ||| Stepping ~*~*~tactically~*~*~ (outnumbered).
 15061 | D:11     | 15061 ||| Stepping ~*~*~tactically~*~*~ (outnumbered).
 15063 | D:11     | 15063 ||| Stepping ~*~*~tactically~*~*~ (outnumbered).
 15065 | D:11     | 15065 ||| Stepping ~*~*~tactically~*~*~ (outnumbered).
 15067 | D:11     | 15067 ||| Stepping ~*~*~tactically~*~*~ (outnumbered).
 15069 | D:11     | 15069 ||| Stepping ~*~*~tactically~*~*~ (outnumbered).
 15071 | D:11     | 15071 ||| Stepping ~*~*~tactically~*~*~ (outnumbered).
 15073 | D:11     | 15073 ||| Stepping ~*~*~tactically~*~*~ (outnumbered).
 15075 | D:11     | 15075 ||| Stepping ~*~*~tactically~*~*~ (outnumbered).
 15077 | D:11     | 15077 ||| Stepping ~*~*~tactically~*~*~ (outnumbered).
 15079 | D:11     | 15079 ||| Stepping ~*~*~tactically~*~*~ (outnumbered).
 15081 | D:11     | 15081 ||| Stepping ~*~*~tactically~*~*~ (outnumbered).
 15083 | D:11     | 15083 ||| Stepping ~*~*~tactically~*~*~ (outnumbered).
 15085 | D:11     | 15085 ||| Stepping ~*~*~tactically~*~*~ (outnumbered).
 15087 | D:11     | 15087 ||| Stepping ~*~*~tactically~*~*~ (outnumbered).
 15089 | D:11     | 15089 ||| Stepping ~*~*~tactically~*~*~ (outnumbered).
 15091 | D:11     | 15091 ||| Stepping ~*~*~tactically~*~*~ (outnumbered).
 15093 | D:11     | 15093 ||| Stepping ~*~*~tactically~*~*~ (outnumbered).
 15095 | D:11     | 15095 ||| Stepping ~*~*~tactically~*~*~ (outnumbered).
 15097 | D:11     | 15097 ||| Stepping ~*~*~tactically~*~*~ (outnumbered).
 15099 | D:11     | 15099 ||| Stepping ~*~*~tactically~*~*~ (outnumbered).
 15101 | D:11     | 15101 ||| Stepping ~*~*~tactically~*~*~ (outnumbered).
 15103 | D:11     | 15103 ||| Stepping ~*~*~tactically~*~*~ (outnumbered).
 15105 | D:11     | 15105 ||| Stepping ~*~*~tactically~*~*~ (outnumbered).
 15107 | D:11     | 15107 ||| Stepping ~*~*~tactically~*~*~ (outnumbered).
 15109 | D:11     | 15109 ||| Stepping ~*~*~tactically~*~*~ (outnumbered).
 15111 | D:11     | 15111 ||| Stepping ~*~*~tactically~*~*~ (outnumbered).
 15113 | D:11     | 15113 ||| Stepping ~*~*~tactically~*~*~ (outnumbered).
 15115 | D:11     | 15115 ||| Stepping ~*~*~tactically~*~*~ (outnumbered).
 15117 | D:11     | 15117 ||| Stepping ~*~*~tactically~*~*~ (outnumbered).
 15119 | D:11     | 15119 ||| Stepping ~*~*~tactically~*~*~ (outnumbered).
 15121 | D:11     | 15121 ||| Stepping ~*~*~tactically~*~*~ (outnumbered).
 15123 | D:11     | 15123 ||| Stepping ~*~*~tactically~*~*~ (outnumbered).
 15125 | D:11     | 15125 ||| Stepping ~*~*~tactically~*~*~ (outnumbered).
 15127 | D:11     | 15127 ||| Stepping ~*~*~tactically~*~*~ (outnumbered).
 15129 | D:11     | 15129 ||| Stepping ~*~*~tactically~*~*~ (outnumbered).
 15131 | D:11     | 15131 ||| Stepping ~*~*~tactically~*~*~ (outnumbered).
 15133 | D:11     | 15133 ||| Stepping ~*~*~tactically~*~*~ (outnumbered).
 15135 | D:11     | 15135 ||| Stepping ~*~*~tactically~*~*~ (outnumbered).
 15137 | D:11     | 15137 ||| Stepping ~*~*~tactically~*~*~ (outnumbered).
 15139 | D:11     | 15139 ||| Stepping ~*~*~tactically~*~*~ (outnumbered).
 15141 | D:11     | 15141 ||| Stepping ~*~*~tactically~*~*~ (outnumbered).
 15143 | D:11     | 15143 ||| Stepping ~*~*~tactically~*~*~ (outnumbered).
 15145 | D:11     | 15145 ||| Stepping ~*~*~tactically~*~*~ (outnumbered).
 15147 | D:11     | 15147 ||| Stepping ~*~*~tactically~*~*~ (outnumbered).
 15149 | D:11     | 15149 ||| Stepping ~*~*~tactically~*~*~ (outnumbered).
 15151 | D:11     | 15151 ||| Stepping ~*~*~tactically~*~*~ (outnumbered).
 15153 | D:11     | 15153 ||| Stepping ~*~*~tactically~*~*~ (outnumbered).
 15155 | D:11     | 15155 ||| Stepping ~*~*~tactically~*~*~ (outnumbered).
 15157 | D:11     | 15157 ||| Stepping ~*~*~tactically~*~*~ (outnumbered).
 15159 | D:11     | 15159 ||| Stepping ~*~*~tactically~*~*~ (outnumbered).
 15161 | D:11     | 15161 ||| Stepping ~*~*~tactically~*~*~ (outnumbered).
 15163 | D:11     | 15163 ||| Stepping ~*~*~tactically~*~*~ (outnumbered).
 15165 | D:11     | 15165 ||| Stepping ~*~*~tactically~*~*~ (outnumbered).
 15167 | D:11     | 15167 ||| Stepping ~*~*~tactically~*~*~ (outnumbered).
 15169 | D:11     | 15169 ||| Stepping ~*~*~tactically~*~*~ (outnumbered).
 15171 | D:11     | 15171 ||| Stepping ~*~*~tactically~*~*~ (outnumbered).
 15173 | D:11     | 15173 ||| Stepping ~*~*~tactically~*~*~ (outnumbered).
 15175 | D:11     | 15175 ||| Stepping ~*~*~tactically~*~*~ (outnumbered).
 15177 | D:11     | 15177 ||| Stepping ~*~*~tactically~*~*~ (outnumbered).
 15179 | D:11     | 15179 ||| Stepping ~*~*~tactically~*~*~ (outnumbered).
 15181 | D:11     | 15181 ||| Stepping ~*~*~tactically~*~*~ (outnumbered).
 15183 | D:11     | 15183 ||| Stepping ~*~*~tactically~*~*~ (outnumbered).
 15185 | D:11     | 15185 ||| Stepping ~*~*~tactically~*~*~ (outnumbered).
 15187 | D:11     | 15187 ||| Stepping ~*~*~tactically~*~*~ (outnumbered).
 15189 | D:11     | 15189 ||| Stepping ~*~*~tactically~*~*~ (outnumbered).
 15191 | D:11     | 15191 ||| Stepping ~*~*~tactically~*~*~ (outnumbered).
 15193 | D:11     | 15193 ||| Stepping ~*~*~tactically~*~*~ (outnumbered).
 15195 | D:11     | 15195 ||| Stepping ~*~*~tactically~*~*~ (outnumbered).
 15197 | D:11     | 15197 ||| Stepping ~*~*~tactically~*~*~ (outnumbered).
 15199 | D:11     | 15199 ||| Stepping ~*~*~tactically~*~*~ (outnumbered).
 15201 | D:11     | 15201 ||| Stepping ~*~*~tactically~*~*~ (outnumbered).
 15203 | D:11     | 15203 ||| Stepping ~*~*~tactically~*~*~ (outnumbered).
 15205 | D:11     | 15205 ||| Stepping ~*~*~tactically~*~*~ (outnumbered).
 15207 | D:11     | 15207 ||| Stepping ~*~*~tactically~*~*~ (outnumbered).
 15209 | D:11     | 15209 ||| Stepping ~*~*~tactically~*~*~ (outnumbered).
 15211 | D:11     | 15211 ||| Stepping ~*~*~tactically~*~*~ (outnumbered).
 15213 | D:11     | 15213 ||| Stepping ~*~*~tactically~*~*~ (outnumbered).
 15215 | D:11     | 15215 ||| Stepping ~*~*~tactically~*~*~ (outnumbered).
 15217 | D:11     | 15217 ||| Stepping ~*~*~tactically~*~*~ (outnumbered).
 15219 | D:11     | 15219 ||| Stepping ~*~*~tactically~*~*~ (outnumbered).
 15221 | D:11     | 15221 ||| Stepping ~*~*~tactically~*~*~ (outnumbered).
 15223 | D:11     | 15223 ||| Stepping ~*~*~tactically~*~*~ (outnumbered).
 15225 | D:11     | 15225 ||| Stepping ~*~*~tactically~*~*~ (outnumbered).
 15227 | D:11     | 15227 ||| Stepping ~*~*~tactically~*~*~ (outnumbered).
 15229 | D:11     | 15229 ||| Stepping ~*~*~tactically~*~*~ (outnumbered).
 15231 | D:11     | 15231 ||| Stepping ~*~*~tactically~*~*~ (outnumbered).
 15233 | D:11     | 15233 ||| Stepping ~*~*~tactically~*~*~ (outnumbered).
 15235 | D:11     | 15235 ||| Stepping ~*~*~tactically~*~*~ (outnumbered).
 15237 | D:11     | 15237 ||| Stepping ~*~*~tactically~*~*~ (outnumbered).
 15239 | D:11     | 15239 ||| Stepping ~*~*~tactically~*~*~ (outnumbered).
 15241 | D:11     | 15241 ||| Stepping ~*~*~tactically~*~*~ (outnumbered).
 15243 | D:11     | 15243 ||| Stepping ~*~*~tactically~*~*~ (outnumbered).
 15245 | D:11     | 15245 ||| Stepping ~*~*~tactically~*~*~ (outnumbered).
 15247 | D:11     | 15247 ||| Stepping ~*~*~tactically~*~*~ (outnumbered).
 15249 | D:11     | 15249 ||| Stepping ~*~*~tactically~*~*~ (outnumbered).
 15251 | D:11     | 15251 ||| Stepping ~*~*~tactically~*~*~ (outnumbered).
 15253 | D:11     | 15253 ||| Stepping ~*~*~tactically~*~*~ (outnumbered).
 15255 | D:11     | 15255 ||| Stepping ~*~*~tactically~*~*~ (outnumbered).
 15257 | D:11     | 15257 ||| Stepping ~*~*~tactically~*~*~ (outnumbered).
 15259 | D:11     | 15259 ||| Stepping ~*~*~tactically~*~*~ (outnumbered).
 15261 | D:11     | 15261 ||| Stepping ~*~*~tactically~*~*~ (outnumbered).
 15263 | D:11     | 15263 ||| Stepping ~*~*~tactically~*~*~ (outnumbered).
 15265 | D:11     | 15265 ||| Stepping ~*~*~tactically~*~*~ (outnumbered).
 15267 | D:11     | 15267 ||| Stepping ~*~*~tactically~*~*~ (outnumbered).
 15269 | D:11     | 15269 ||| Stepping ~*~*~tactically~*~*~ (outnumbered).
 15271 | D:11     | 15271 ||| Stepping ~*~*~tactically~*~*~ (outnumbered).
 15273 | D:11     | 15273 ||| Stepping ~*~*~tactically~*~*~ (outnumbered).
 15275 | D:11     | 15275 ||| Stepping ~*~*~tactically~*~*~ (outnumbered).
 15277 | D:11     | 15277 ||| Stepping ~*~*~tactically~*~*~ (outnumbered).
 15279 | D:11     | 15279 ||| Stepping ~*~*~tactically~*~*~ (outnumbered).
 15281 | D:11     | 15281 ||| Stepping ~*~*~tactically~*~*~ (outnumbered).
 15283 | D:11     | 15283 ||| Stepping ~*~*~tactically~*~*~ (outnumbered).
 15285 | D:11     | 15285 ||| Stepping ~*~*~tactically~*~*~ (outnumbered).
 15287 | D:11     | 15287 ||| Stepping ~*~*~tactically~*~*~ (outnumbered).
 15289 | D:11     | 15289 ||| Stepping ~*~*~tactically~*~*~ (outnumbered).
 15291 | D:11     | 15291 ||| Stepping ~*~*~tactically~*~*~ (outnumbered).
 15293 | D:11     | 15293 ||| Stepping ~*~*~tactically~*~*~ (outnumbered).
 15295 | D:11     | 15295 ||| Stepping ~*~*~tactically~*~*~ (outnumbered).
 15297 | D:11     | 15297 ||| Stepping ~*~*~tactically~*~*~ (outnumbered).
 15299 | D:11     | 15299 ||| Stepping ~*~*~tactically~*~*~ (outnumbered).
 15301 | D:11     | 15301 ||| Stepping ~*~*~tactically~*~*~ (outnumbered).
 15303 | D:11     | 15303 ||| Stepping ~*~*~tactically~*~*~ (outnumbered).
 15305 | D:11     | 15305 ||| Stepping ~*~*~tactically~*~*~ (outnumbered).
 15307 | D:11     | 15307 ||| Stepping ~*~*~tactically~*~*~ (outnumbered).
 15309 | D:11     | 15309 ||| Stepping ~*~*~tactically~*~*~ (outnumbered).
 15311 | D:11     | 15311 ||| Stepping ~*~*~tactically~*~*~ (outnumbered).
 15313 | D:11     | 15313 ||| Stepping ~*~*~tactically~*~*~ (outnumbered).
 15315 | D:11     | 15315 ||| Stepping ~*~*~tactically~*~*~ (outnumbered).
 15317 | D:11     | 15317 ||| Stepping ~*~*~tactically~*~*~ (outnumbered).
 15319 | D:11     | 15319 ||| Stepping ~*~*~tactically~*~*~ (outnumbered).
 15321 | D:11     | 15321 ||| Stepping ~*~*~tactically~*~*~ (outnumbered).
 15323 | D:11     | 15323 ||| Stepping ~*~*~tactically~*~*~ (outnumbered).
 15325 | D:11     | 15325 ||| Stepping ~*~*~tactically~*~*~ (outnumbered).
 15327 | D:11     | 15327 ||| Stepping ~*~*~tactically~*~*~ (outnumbered).
 15329 | D:11     | 15329 ||| Stepping ~*~*~tactically~*~*~ (outnumbered).
 15331 | D:11     | 15331 ||| Stepping ~*~*~tactically~*~*~ (outnumbered).
 15333 | D:11     | 15333 ||| Stepping ~*~*~tactically~*~*~ (outnumbered).
 15335 | D:11     | 15335 ||| Stepping ~*~*~tactically~*~*~ (outnumbered).
 15337 | D:11     | 15337 ||| Stepping ~*~*~tactically~*~*~ (outnumbered).
 15339 | D:11     | 15339 ||| Stepping ~*~*~tactically~*~*~ (outnumbered).
 15341 | D:11     | 15341 ||| Stepping ~*~*~tactically~*~*~ (outnumbered).
 15343 | D:11     | 15343 ||| Stepping ~*~*~tactically~*~*~ (outnumbered).
 15345 | D:11     | 15345 ||| Stepping ~*~*~tactically~*~*~ (outnumbered).
 15347 | D:11     | 15347 ||| Stepping ~*~*~tactically~*~*~ (outnumbered).
 15349 | D:11     | 15349 ||| Stepping ~*~*~tactically~*~*~ (outnumbered).
 15351 | D:11     | 15351 ||| Stepping ~*~*~tactically~*~*~ (outnumbered).
 15353 | D:11     | 15353 ||| Stepping ~*~*~tactically~*~*~ (outnumbered).
 15355 | D:11     | 15355 ||| Stepping ~*~*~tactically~*~*~ (outnumbered).
 15357 | D:11     | 15357 ||| Stepping ~*~*~tactically~*~*~ (outnumbered).
 15359 | D:11     | 15359 ||| Stepping ~*~*~tactically~*~*~ (outnumbered).
 15361 | D:11     | 15361 ||| Stepping ~*~*~tactically~*~*~ (outnumbered).
 15363 | D:11     | 15363 ||| Stepping ~*~*~tactically~*~*~ (outnumbered).
 15365 | D:11     | 15365 ||| Stepping ~*~*~tactically~*~*~ (outnumbered).
 15367 | D:11     | 15367 ||| Stepping ~*~*~tactically~*~*~ (outnumbered).
 15369 | D:11     | 15369 ||| Stepping ~*~*~tactically~*~*~ (outnumbered).
 15371 | D:11     | 15371 ||| Stepping ~*~*~tactically~*~*~ (outnumbered).
 15373 | D:11     | 15373 ||| Stepping ~*~*~tactically~*~*~ (outnumbered).
 15375 | D:11     | 15375 ||| Stepping ~*~*~tactically~*~*~ (outnumbered).
 15377 | D:11     | 15377 ||| Stepping ~*~*~tactically~*~*~ (outnumbered).
 15379 | D:11     | 15379 ||| Stepping ~*~*~tactically~*~*~ (outnumbered).
 15381 | D:11     | 15381 ||| Stepping ~*~*~tactically~*~*~ (outnumbered).
 15383 | D:11     | 15383 ||| Stepping ~*~*~tactically~*~*~ (outnumbered).
 15385 | D:11     | 15385 ||| Stepping ~*~*~tactically~*~*~ (outnumbered).
 15387 | D:11     | 15387 ||| Stepping ~*~*~tactically~*~*~ (outnumbered).
 15389 | D:11     | 15389 ||| Stepping ~*~*~tactically~*~*~ (outnumbered).
 15391 | D:11     | 15391 ||| Stepping ~*~*~tactically~*~*~ (outnumbered).
 15393 | D:11     | 15393 ||| Stepping ~*~*~tactically~*~*~ (outnumbered).
 15395 | D:11     | 15395 ||| Stepping ~*~*~tactically~*~*~ (outnumbered).
 15397 | D:11     | 15397 ||| Stepping ~*~*~tactically~*~*~ (outnumbered).
 15399 | D:11     | 15399 ||| Stepping ~*~*~tactically~*~*~ (outnumbered).
 15401 | D:11     | 15401 ||| Stepping ~*~*~tactically~*~*~ (outnumbered).
 15403 | D:11     | 15403 ||| Stepping ~*~*~tactically~*~*~ (outnumbered).
 15405 | D:11     | 15405 ||| Stepping ~*~*~tactically~*~*~ (outnumbered).
 15407 | D:11     | 15407 ||| Stepping ~*~*~tactically~*~*~ (outnumbered).
 15409 | D:11     | 15409 ||| Stepping ~*~*~tactically~*~*~ (outnumbered).
 15411 | D:11     | 15411 ||| Stepping ~*~*~tactically~*~*~ (outnumbered).
 15413 | D:11     | 15413 ||| Stepping ~*~*~tactically~*~*~ (outnumbered).
 15415 | D:11     | 15415 ||| Stepping ~*~*~tactically~*~*~ (outnumbered).
 15417 | D:11     | 15417 ||| Stepping ~*~*~tactically~*~*~ (outnumbered).
 15419 | D:11     | 15419 ||| Stepping ~*~*~tactically~*~*~ (outnumbered).
 15421 | D:11     | 15421 ||| Stepping ~*~*~tactically~*~*~ (outnumbered).
 15423 | D:11     | 15423 ||| Stepping ~*~*~tactically~*~*~ (outnumbered).
 15425 | D:11     | 15425 ||| Stepping ~*~*~tactically~*~*~ (outnumbered).
 15427 | D:11     | 15427 ||| Stepping ~*~*~tactically~*~*~ (outnumbered).
 15429 | D:11     | 15429 ||| Stepping ~*~*~tactically~*~*~ (outnumbered).
 15431 | D:11     | 15431 ||| Stepping ~*~*~tactically~*~*~ (outnumbered).
 15433 | D:11     | 15433 ||| Stepping ~*~*~tactically~*~*~ (outnumbered).
 15435 | D:11     | 15435 ||| Stepping ~*~*~tactically~*~*~ (outnumbered).
 15437 | D:11     | 15437 ||| Stepping ~*~*~tactically~*~*~ (outnumbered).
 15439 | D:11     | 15439 ||| Stepping ~*~*~tactically~*~*~ (outnumbered).
 15441 | D:11     | 15441 ||| Stepping ~*~*~tactically~*~*~ (outnumbered).
 15443 | D:11     | 15443 ||| Stepping ~*~*~tactically~*~*~ (outnumbered).
 15445 | D:11     | 15445 ||| Stepping ~*~*~tactically~*~*~ (outnumbered).
 15447 | D:11     | 15447 ||| Stepping ~*~*~tactically~*~*~ (outnumbered).
 15449 | D:11     | 15449 ||| Stepping ~*~*~tactically~*~*~ (outnumbered).
 15451 | D:11     | 15451 ||| Stepping ~*~*~tactically~*~*~ (outnumbered).
 15453 | D:11     | 15453 ||| Stepping ~*~*~tactically~*~*~ (outnumbered).
 15455 | D:11     | 15455 ||| Stepping ~*~*~tactically~*~*~ (outnumbered).
 15457 | D:11     | 15457 ||| Stepping ~*~*~tactically~*~*~ (outnumbered).
 15459 | D:11     | 15459 ||| Stepping ~*~*~tactically~*~*~ (outnumbered).
 15461 | D:11     | 15461 ||| Stepping ~*~*~tactically~*~*~ (outnumbered).
 15463 | D:11     | 15463 ||| Stepping ~*~*~tactically~*~*~ (outnumbered).
 15465 | D:11     | 15465 ||| Stepping ~*~*~tactically~*~*~ (outnumbered).
 15467 | D:11     | 15467 ||| Stepping ~*~*~tactically~*~*~ (outnumbered).
 15469 | D:11     | 15469 ||| Stepping ~*~*~tactically~*~*~ (outnumbered).
 15471 | D:11     | 15471 ||| Stepping ~*~*~tactically~*~*~ (outnumbered).
 15473 | D:11     | 15473 ||| Stepping ~*~*~tactically~*~*~ (outnumbered).
 15475 | D:11     | 15475 ||| Stepping ~*~*~tactically~*~*~ (outnumbered).
 15477 | D:11     | 15477 ||| Stepping ~*~*~tactically~*~*~ (outnumbered).
 15479 | D:11     | 15479 ||| Stepping ~*~*~tactically~*~*~ (outnumbered).
 15481 | D:11     | 15481 ||| Stepping ~*~*~tactically~*~*~ (outnumbered).
 15483 | D:11     | 15483 ||| Stepping ~*~*~tactically~*~*~ (outnumbered).
 15485 | D:11     | 15485 ||| Stepping ~*~*~tactically~*~*~ (outnumbered).
 15487 | D:11     | 15487 ||| Stepping ~*~*~tactically~*~*~ (outnumbered).
 15489 | D:11     | 15489 ||| Stepping ~*~*~tactically~*~*~ (outnumbered).
 15491 | D:11     | 15491 ||| Stepping ~*~*~tactically~*~*~ (outnumbered).
 15493 | D:11     | 15493 ||| Stepping ~*~*~tactically~*~*~ (outnumbered).
 15495 | D:11     | 15495 ||| Stepping ~*~*~tactically~*~*~ (outnumbered).
 15497 | D:11     | 15497 ||| Stepping ~*~*~tactically~*~*~ (outnumbered).
 15499 | D:11     | 15499 ||| Stepping ~*~*~tactically~*~*~ (outnumbered).
 15501 | D:11     | 15501 ||| Stepping ~*~*~tactically~*~*~ (outnumbered).
 15503 | D:11     | 15503 ||| Stepping ~*~*~tactically~*~*~ (outnumbered).
 15505 | D:11     | 15505 ||| Stepping ~*~*~tactically~*~*~ (outnumbered).
 15507 | D:11     | 15507 ||| Stepping ~*~*~tactically~*~*~ (outnumbered).
 15509 | D:11     | 15509 ||| Stepping ~*~*~tactically~*~*~ (outnumbered).
 15511 | D:11     | 15511 ||| Stepping ~*~*~tactically~*~*~ (outnumbered).
 15513 | D:11     | 15513 ||| Stepping ~*~*~tactically~*~*~ (outnumbered).
 15515 | D:11     | 15515 ||| Stepping ~*~*~tactically~*~*~ (outnumbered).
 15517 | D:11     | 15517 ||| Stepping ~*~*~tactically~*~*~ (outnumbered).
 15519 | D:11     | 15519 ||| Stepping ~*~*~tactically~*~*~ (outnumbered).
 15521 | D:11     | 15521 ||| Stepping ~*~*~tactically~*~*~ (outnumbered).
 15523 | D:11     | 15523 ||| Stepping ~*~*~tactically~*~*~ (outnumbered).
 15525 | D:11     | 15525 ||| Stepping ~*~*~tactically~*~*~ (outnumbered).
 15527 | D:11     | 15527 ||| Stepping ~*~*~tactically~*~*~ (outnumbered).
 15529 | D:11     | 15529 ||| Stepping ~*~*~tactically~*~*~ (outnumbered).
 15531 | D:11     | 15531 ||| Stepping ~*~*~tactically~*~*~ (outnumbered).
 15533 | D:11     | 15533 ||| Stepping ~*~*~tactically~*~*~ (outnumbered).
 15535 | D:11     | 15535 ||| Stepping ~*~*~tactically~*~*~ (outnumbered).
 15537 | D:11     | 15537 ||| Stepping ~*~*~tactically~*~*~ (outnumbered).
 15539 | D:11     | 15539 ||| Stepping ~*~*~tactically~*~*~ (outnumbered).
 15541 | D:11     | 15541 ||| Stepping ~*~*~tactically~*~*~ (outnumbered).
 15543 | D:11     | 15543 ||| Stepping ~*~*~tactically~*~*~ (outnumbered).
 15545 | D:11     | 15545 ||| Stepping ~*~*~tactically~*~*~ (outnumbered).
 15547 | D:11     | 15547 ||| Stepping ~*~*~tactically~*~*~ (outnumbered).
 15549 | D:11     | 15549 ||| Stepping ~*~*~tactically~*~*~ (outnumbered).
 15551 | D:11     | 15551 ||| Stepping ~*~*~tactically~*~*~ (outnumbered).
 15553 | D:11     | 15553 ||| Stepping ~*~*~tactically~*~*~ (outnumbered).
 15555 | D:11     | 15555 ||| Stepping ~*~*~tactically~*~*~ (outnumbered).
 15557 | D:11     | 15557 ||| Stepping ~*~*~tactically~*~*~ (outnumbered).
 15559 | D:11     | 15559 ||| Stepping ~*~*~tactically~*~*~ (outnumbered).
 15561 | D:11     | 15561 ||| Stepping ~*~*~tactically~*~*~ (outnumbered).
 15563 | D:11     | 15563 ||| Stepping ~*~*~tactically~*~*~ (outnumbered).
 15565 | D:11     | 15565 ||| Stepping ~*~*~tactically~*~*~ (outnumbered).
 15567 | D:11     | 15567 ||| Stepping ~*~*~tactically~*~*~ (outnumbered).
 15569 | D:11     | 15569 ||| Stepping ~*~*~tactically~*~*~ (outnumbered).
 15571 | D:11     | 15571 ||| Stepping ~*~*~tactically~*~*~ (outnumbered).
 15573 | D:11     | 15573 ||| Stepping ~*~*~tactically~*~*~ (outnumbered).
 15575 | D:11     | 15575 ||| Stepping ~*~*~tactically~*~*~ (outnumbered).
 15577 | D:11     | 15577 ||| Stepping ~*~*~tactically~*~*~ (outnumbered).
 15579 | D:11     | 15579 ||| Stepping ~*~*~tactically~*~*~ (outnumbered).
 15581 | D:11     | 15581 ||| Stepping ~*~*~tactically~*~*~ (outnumbered).
 15583 | D:11     | 15583 ||| Stepping ~*~*~tactically~*~*~ (outnumbered).
 15585 | D:11     | 15585 ||| Stepping ~*~*~tactically~*~*~ (outnumbered).
 15587 | D:11     | 15587 ||| Stepping ~*~*~tactically~*~*~ (outnumbered).
 15589 | D:11     | 15589 ||| Stepping ~*~*~tactically~*~*~ (outnumbered).
 15591 | D:11     | 15591 ||| Stepping ~*~*~tactically~*~*~ (outnumbered).
 15593 | D:11     | 15593 ||| Stepping ~*~*~tactically~*~*~ (outnumbered).
 15595 | D:11     | 15595 ||| Stepping ~*~*~tactically~*~*~ (outnumbered).
 15597 | D:11     | 15597 ||| Stepping ~*~*~tactically~*~*~ (outnumbered).
 15599 | D:11     | 15599 ||| Stepping ~*~*~tactically~*~*~ (outnumbered).
 15601 | D:11     | 15601 ||| Stepping ~*~*~tactically~*~*~ (outnumbered).
 15603 | D:11     | 15603 ||| Stepping ~*~*~tactically~*~*~ (outnumbered).
 15605 | D:11     | 15605 ||| Stepping ~*~*~tactically~*~*~ (outnumbered).
 15607 | D:11     | 15607 ||| Stepping ~*~*~tactically~*~*~ (outnumbered).
 15609 | D:11     | 15609 ||| Stepping ~*~*~tactically~*~*~ (outnumbered).
 15611 | D:11     | 15611 ||| Stepping ~*~*~tactically~*~*~ (outnumbered).
 15613 | D:11     | 15613 ||| Stepping ~*~*~tactically~*~*~ (outnumbered).
 15615 | D:11     | 15615 ||| Stepping ~*~*~tactically~*~*~ (outnumbered).
 15617 | D:11     | 15617 ||| Stepping ~*~*~tactically~*~*~ (outnumbered).
 15619 | D:11     | 15619 ||| Stepping ~*~*~tactically~*~*~ (outnumbered).
 15621 | D:11     | 15621 ||| Stepping ~*~*~tactically~*~*~ (outnumbered).
 15623 | D:11     | 15623 ||| Stepping ~*~*~tactically~*~*~ (outnumbered).
 15625 | D:11     | 15625 ||| Stepping ~*~*~tactically~*~*~ (outnumbered).
 15627 | D:11     | 15627 ||| Stepping ~*~*~tactically~*~*~ (outnumbered).
 15629 | D:11     | 15629 ||| Stepping ~*~*~tactically~*~*~ (outnumbered).
 15631 | D:11     | 15631 ||| Stepping ~*~*~tactically~*~*~ (outnumbered).
 15633 | D:11     | 15633 ||| Stepping ~*~*~tactically~*~*~ (outnumbered).
 15635 | D:11     | 15635 ||| Stepping ~*~*~tactically~*~*~ (outnumbered).
 15637 | D:11     | 15637 ||| Stepping ~*~*~tactically~*~*~ (outnumbered).
 15639 | D:11     | 15639 ||| Stepping ~*~*~tactically~*~*~ (outnumbered).
 15641 | D:11     | 15641 ||| Stepping ~*~*~tactically~*~*~ (outnumbered).
 15643 | D:11     | 15643 ||| Stepping ~*~*~tactically~*~*~ (outnumbered).
 15645 | D:11     | 15645 ||| Stepping ~*~*~tactically~*~*~ (outnumbered).
 15647 | D:11     | 15647 ||| Stepping ~*~*~tactically~*~*~ (outnumbered).
 15649 | D:11     | 15649 ||| Stepping ~*~*~tactically~*~*~ (outnumbered).
 15651 | D:11     | 15651 ||| Stepping ~*~*~tactically~*~*~ (outnumbered).
 15653 | D:11     | 15653 ||| Stepping ~*~*~tactically~*~*~ (outnumbered).
 15655 | D:11     | 15655 ||| Stepping ~*~*~tactically~*~*~ (outnumbered).
 15657 | D:11     | 15657 ||| Stepping ~*~*~tactically~*~*~ (outnumbered).
 15659 | D:11     | 15659 ||| Stepping ~*~*~tactically~*~*~ (outnumbered).
 15661 | D:11     | 15661 ||| Stepping ~*~*~tactically~*~*~ (outnumbered).
 15663 | D:11     | 15663 ||| Stepping ~*~*~tactically~*~*~ (outnumbered).
 15665 | D:11     | 15665 ||| Stepping ~*~*~tactically~*~*~ (outnumbered).
 15667 | D:11     | 15667 ||| Stepping ~*~*~tactically~*~*~ (outnumbered).
 15669 | D:11     | 15669 ||| Stepping ~*~*~tactically~*~*~ (outnumbered).
 15671 | D:11     | 15671 ||| Stepping ~*~*~tactically~*~*~ (outnumbered).
 15673 | D:11     | 15673 ||| Stepping ~*~*~tactically~*~*~ (outnumbered).
 15675 | D:11     | 15675 ||| Stepping ~*~*~tactically~*~*~ (outnumbered).
 15677 | D:11     | 15677 ||| Stepping ~*~*~tactically~*~*~ (outnumbered).
 15679 | D:11     | 15679 ||| Stepping ~*~*~tactically~*~*~ (outnumbered).
 15681 | D:11     | 15681 ||| Stepping ~*~*~tactically~*~*~ (outnumbered).
 15683 | D:11     | 15683 ||| Stepping ~*~*~tactically~*~*~ (outnumbered).
 15685 | D:11     | 15685 ||| Stepping ~*~*~tactically~*~*~ (outnumbered).
 15687 | D:11     | 15687 ||| Stepping ~*~*~tactically~*~*~ (outnumbered).
 15689 | D:11     | 15689 ||| Stepping ~*~*~tactically~*~*~ (outnumbered).
 15691 | D:11     | 15691 ||| Stepping ~*~*~tactically~*~*~ (outnumbered).
 15693 | D:11     | 15693 ||| Stepping ~*~*~tactically~*~*~ (outnumbered).
 15695 | D:11     | 15695 ||| Stepping ~*~*~tactically~*~*~ (outnumbered).
 15697 | D:11     | 15697 ||| Stepping ~*~*~tactically~*~*~ (outnumbered).
 15699 | D:11     | 15699 ||| Stepping ~*~*~tactically~*~*~ (outnumbered).
 15701 | D:11     | 15701 ||| Stepping ~*~*~tactically~*~*~ (outnumbered).
 15703 | D:11     | 15703 ||| Stepping ~*~*~tactically~*~*~ (outnumbered).
 15705 | D:11     | 15705 ||| Stepping ~*~*~tactically~*~*~ (outnumbered).
 15707 | D:11     | 15707 ||| Stepping ~*~*~tactically~*~*~ (outnumbered).
 15709 | D:11     | 15709 ||| Stepping ~*~*~tactically~*~*~ (outnumbered).
 15711 | D:11     | 15711 ||| Stepping ~*~*~tactically~*~*~ (outnumbered).
 15713 | D:11     | 15713 ||| Stepping ~*~*~tactically~*~*~ (outnumbered).
 15715 | D:11     | 15715 ||| Stepping ~*~*~tactically~*~*~ (outnumbered).
 15717 | D:11     | 15717 ||| Stepping ~*~*~tactically~*~*~ (outnumbered).
 15719 | D:11     | 15719 ||| Stepping ~*~*~tactically~*~*~ (outnumbered).
 15721 | D:11     | 15721 ||| Stepping ~*~*~tactically~*~*~ (outnumbered).
 15723 | D:11     | 15723 ||| Stepping ~*~*~tactically~*~*~ (outnumbered).
 15725 | D:11     | 15725 ||| Stepping ~*~*~tactically~*~*~ (outnumbered).
 15727 | D:11     | 15727 ||| Stepping ~*~*~tactically~*~*~ (outnumbered).
 15729 | D:11     | 15729 ||| Stepping ~*~*~tactically~*~*~ (outnumbered).
 15731 | D:11     | 15731 ||| Stepping ~*~*~tactically~*~*~ (outnumbered).
 15733 | D:11     | 15733 ||| Stepping ~*~*~tactically~*~*~ (outnumbered).
 15735 | D:11     | 15735 ||| Stepping ~*~*~tactically~*~*~ (outnumbered).
 15737 | D:11     | 15737 ||| Stepping ~*~*~tactically~*~*~ (outnumbered).
 15739 | D:11     | 15739 ||| Stepping ~*~*~tactically~*~*~ (outnumbered).
 15741 | D:11     | 15741 ||| Stepping ~*~*~tactically~*~*~ (outnumbered).
 15743 | D:11     | 15743 ||| Stepping ~*~*~tactically~*~*~ (outnumbered).
 15745 | D:11     | 15745 ||| Stepping ~*~*~tactically~*~*~ (outnumbered).
 15747 | D:11     | 15747 ||| Stepping ~*~*~tactically~*~*~ (outnumbered).
 15749 | D:11     | 15749 ||| Stepping ~*~*~tactically~*~*~ (outnumbered).
 15751 | D:11     | 15751 ||| Stepping ~*~*~tactically~*~*~ (outnumbered).
 15753 | D:11     | 15753 ||| Stepping ~*~*~tactically~*~*~ (outnumbered).
 15755 | D:11     | 15755 ||| Stepping ~*~*~tactically~*~*~ (outnumbered).
 15757 | D:11     | 15757 ||| Stepping ~*~*~tactically~*~*~ (outnumbered).
 15759 | D:11     | 15759 ||| Stepping ~*~*~tactically~*~*~ (outnumbered).
 15761 | D:11     | 15761 ||| Stepping ~*~*~tactically~*~*~ (outnumbered).
 15763 | D:11     | 15763 ||| Stepping ~*~*~tactically~*~*~ (outnumbered).
 15765 | D:11     | 15765 ||| Stepping ~*~*~tactically~*~*~ (outnumbered).
 15767 | D:11     | 15767 ||| Stepping ~*~*~tactically~*~*~ (outnumbered).
 15769 | D:11     | 15769 ||| Stepping ~*~*~tactically~*~*~ (outnumbered).
 15771 | D:11     | 15771 ||| Stepping ~*~*~tactically~*~*~ (outnumbered).
 15773 | D:11     | 15773 ||| Stepping ~*~*~tactically~*~*~ (outnumbered).
 15775 | D:11     | 15775 ||| Stepping ~*~*~tactically~*~*~ (outnumbered).
 15777 | D:11     | 15777 ||| Stepping ~*~*~tactically~*~*~ (outnumbered).
 15779 | D:11     | 15779 ||| Stepping ~*~*~tactically~*~*~ (outnumbered).
 15781 | D:11     | 15781 ||| Stepping ~*~*~tactically~*~*~ (outnumbered).
 15783 | D:11     | 15783 ||| Stepping ~*~*~tactically~*~*~ (outnumbered).
 15785 | D:11     | 15785 ||| Stepping ~*~*~tactically~*~*~ (outnumbered).
 15787 | D:11     | 15787 ||| Stepping ~*~*~tactically~*~*~ (outnumbered).
 15789 | D:11     | 15789 ||| Stepping ~*~*~tactically~*~*~ (outnumbered).
 15791 | D:11     | 15791 ||| Stepping ~*~*~tactically~*~*~ (outnumbered).
 15793 | D:11     | 15793 ||| Stepping ~*~*~tactically~*~*~ (outnumbered).
 15795 | D:11     | 15795 ||| Stepping ~*~*~tactically~*~*~ (outnumbered).
 15797 | D:11     | 15797 ||| Stepping ~*~*~tactically~*~*~ (outnumbered).
 15799 | D:11     | 15799 ||| Stepping ~*~*~tactically~*~*~ (outnumbered).
 15801 | D:11     | 15801 ||| Stepping ~*~*~tactically~*~*~ (outnumbered).
 15803 | D:11     | 15803 ||| Stepping ~*~*~tactically~*~*~ (outnumbered).
 15805 | D:11     | 15805 ||| Stepping ~*~*~tactically~*~*~ (outnumbered).
 15807 | D:11     | 15807 ||| Stepping ~*~*~tactically~*~*~ (outnumbered).
 15809 | D:11     | 15809 ||| Stepping ~*~*~tactically~*~*~ (outnumbered).
 15811 | D:11     | 15811 ||| Stepping ~*~*~tactically~*~*~ (outnumbered).
 15813 | D:11     | 15813 ||| Stepping ~*~*~tactically~*~*~ (outnumbered).
 15815 | D:11     | 15815 ||| Stepping ~*~*~tactically~*~*~ (outnumbered).
 15817 | D:11     | 15817 ||| Stepping ~*~*~tactically~*~*~ (outnumbered).
 15819 | D:11     | 15819 ||| Stepping ~*~*~tactically~*~*~ (outnumbered).
 15821 | D:11     | 15821 ||| Stepping ~*~*~tactically~*~*~ (outnumbered).
 15823 | D:11     | 15823 ||| Stepping ~*~*~tactically~*~*~ (outnumbered).
 15825 | D:11     | 15825 ||| Stepping ~*~*~tactically~*~*~ (outnumbered).
 15827 | D:11     | 15827 ||| Stepping ~*~*~tactically~*~*~ (outnumbered).
 15829 | D:11     | 15829 ||| Stepping ~*~*~tactically~*~*~ (outnumbered).
 15831 | D:11     | 15831 ||| Stepping ~*~*~tactically~*~*~ (outnumbered).
 15833 | D:11     | 15833 ||| Stepping ~*~*~tactically~*~*~ (outnumbered).
 15835 | D:11     | 15835 ||| Stepping ~*~*~tactically~*~*~ (outnumbered).
 15837 | D:11     | 15837 ||| Stepping ~*~*~tactically~*~*~ (outnumbered).
 15839 | D:11     | 15839 ||| Stepping ~*~*~tactically~*~*~ (outnumbered).
 15841 | D:11     | 15841 ||| Stepping ~*~*~tactically~*~*~ (outnumbered).
 15843 | D:11     | 15843 ||| Stepping ~*~*~tactically~*~*~ (outnumbered).
 15845 | D:11     | 15845 ||| Stepping ~*~*~tactically~*~*~ (outnumbered).
 15847 | D:11     | 15847 ||| Stepping ~*~*~tactically~*~*~ (outnumbered).
 15849 | D:11     | 15849 ||| Stepping ~*~*~tactically~*~*~ (outnumbered).
 15851 | D:11     | 15851 ||| Stepping ~*~*~tactically~*~*~ (outnumbered).
 15853 | D:11     | 15853 ||| Stepping ~*~*~tactically~*~*~ (outnumbered).
 15855 | D:11     | 15855 ||| Stepping ~*~*~tactically~*~*~ (outnumbered).
 15857 | D:11     | 15857 ||| Stepping ~*~*~tactically~*~*~ (outnumbered).
 15859 | D:11     | 15859 ||| Stepping ~*~*~tactically~*~*~ (outnumbered).
 15861 | D:11     | 15861 ||| Stepping ~*~*~tactically~*~*~ (outnumbered).
 15863 | D:11     | 15863 ||| Stepping ~*~*~tactically~*~*~ (outnumbered).
 15865 | D:11     | 15865 ||| Stepping ~*~*~tactically~*~*~ (outnumbered).
 15867 | D:11     | 15867 ||| Stepping ~*~*~tactically~*~*~ (outnumbered).
 15869 | D:11     | 15869 ||| Stepping ~*~*~tactically~*~*~ (outnumbered).
 15871 | D:11     | 15871 ||| Stepping ~*~*~tactically~*~*~ (outnumbered).
 15873 | D:11     | 15873 ||| Stepping ~*~*~tactically~*~*~ (outnumbered).
 15875 | D:11     | 15875 ||| Stepping ~*~*~tactically~*~*~ (outnumbered).
 15877 | D:11     | 15877 ||| Stepping ~*~*~tactically~*~*~ (outnumbered).
 15879 | D:11     | 15879 ||| Stepping ~*~*~tactically~*~*~ (outnumbered).
 15881 | D:11     | 15881 ||| Stepping ~*~*~tactically~*~*~ (outnumbered).
 15883 | D:11     | 15883 ||| Stepping ~*~*~tactically~*~*~ (outnumbered).
 15885 | D:11     | 15885 ||| Stepping ~*~*~tactically~*~*~ (outnumbered).
 15887 | D:11     | 15887 ||| Stepping ~*~*~tactically~*~*~ (outnumbered).
 15889 | D:11     | 15889 ||| Stepping ~*~*~tactically~*~*~ (outnumbered).
 15891 | D:11     | 15891 ||| Stepping ~*~*~tactically~*~*~ (outnumbered).
 15893 | D:11     | 15893 ||| Stepping ~*~*~tactically~*~*~ (outnumbered).
 15895 | D:11     | 15895 ||| Stepping ~*~*~tactically~*~*~ (outnumbered).
 15897 | D:11     | 15897 ||| Stepping ~*~*~tactically~*~*~ (outnumbered).
 15899 | D:11     | 15899 ||| Stepping ~*~*~tactically~*~*~ (outnumbered).
 15901 | D:11     | 15901 ||| Stepping ~*~*~tactically~*~*~ (outnumbered).
 15903 | D:11     | 15903 ||| Stepping ~*~*~tactically~*~*~ (outnumbered).
 15905 | D:11     | 15905 ||| Stepping ~*~*~tactically~*~*~ (outnumbered).
 15907 | D:11     | 15907 ||| Stepping ~*~*~tactically~*~*~ (outnumbered).
 15909 | D:11     | 15909 ||| Stepping ~*~*~tactically~*~*~ (outnumbered).
 15911 | D:11     | 15911 ||| Stepping ~*~*~tactically~*~*~ (outnumbered).
 15913 | D:11     | 15913 ||| Stepping ~*~*~tactically~*~*~ (outnumbered).
 15915 | D:11     | 15915 ||| Stepping ~*~*~tactically~*~*~ (outnumbered).
 15917 | D:11     | 15917 ||| Stepping ~*~*~tactically~*~*~ (outnumbered).
 15919 | D:11     | 15919 ||| Stepping ~*~*~tactically~*~*~ (outnumbered).
 15921 | D:11     | 15921 ||| Stepping ~*~*~tactically~*~*~ (outnumbered).
 15923 | D:11     | 15923 ||| Stepping ~*~*~tactically~*~*~ (outnumbered).
 15925 | D:11     | 15925 ||| Stepping ~*~*~tactically~*~*~ (outnumbered).
 15927 | D:11     | 15927 ||| Stepping ~*~*~tactically~*~*~ (outnumbered).
 15929 | D:11     | 15929 ||| Stepping ~*~*~tactically~*~*~ (outnumbered).
 15931 | D:11     | 15931 ||| Stepping ~*~*~tactically~*~*~ (outnumbered).
 15933 | D:11     | 15933 ||| Stepping ~*~*~tactically~*~*~ (outnumbered).
 15935 | D:11     | 15935 ||| Stepping ~*~*~tactically~*~*~ (outnumbered).
 15937 | D:11     | 15937 ||| Stepping ~*~*~tactically~*~*~ (outnumbered).
 15939 | D:11     | 15939 ||| Stepping ~*~*~tactically~*~*~ (outnumbered).
 15941 | D:11     | 15941 ||| Stepping ~*~*~tactically~*~*~ (outnumbered).
 15943 | D:11     | 15943 ||| Stepping ~*~*~tactically~*~*~ (outnumbered).
 15945 | D:11     | 15945 ||| Stepping ~*~*~tactically~*~*~ (outnumbered).
 15947 | D:11     | 15947 ||| Stepping ~*~*~tactically~*~*~ (outnumbered).
 15949 | D:11     | 15949 ||| Stepping ~*~*~tactically~*~*~ (outnumbered).
 15951 | D:11     | 15951 ||| Stepping ~*~*~tactically~*~*~ (outnumbered).
 15953 | D:11     | 15953 ||| Stepping ~*~*~tactically~*~*~ (outnumbered).
 15955 | D:11     | 15955 ||| Stepping ~*~*~tactically~*~*~ (outnumbered).
 15957 | D:11     | 15957 ||| Stepping ~*~*~tactically~*~*~ (outnumbered).
 15959 | D:11     | 15959 ||| Stepping ~*~*~tactically~*~*~ (outnumbered).
 15961 | D:11     | 15961 ||| Stepping ~*~*~tactically~*~*~ (outnumbered).
 15963 | D:11     | 15963 ||| Stepping ~*~*~tactically~*~*~ (outnumbered).
 15965 | D:11     | 15965 ||| Stepping ~*~*~tactically~*~*~ (outnumbered).
 15967 | D:11     | 15967 ||| Stepping ~*~*~tactically~*~*~ (outnumbered).
 15969 | D:11     | 15969 ||| Stepping ~*~*~tactically~*~*~ (outnumbered).
 15971 | D:11     | 15971 ||| Stepping ~*~*~tactically~*~*~ (outnumbered).
 15973 | D:11     | 15973 ||| Stepping ~*~*~tactically~*~*~ (outnumbered).
 15975 | D:11     | 15975 ||| Stepping ~*~*~tactically~*~*~ (outnumbered).
 15977 | D:11     | 15977 ||| Stepping ~*~*~tactically~*~*~ (outnumbered).
 15979 | D:11     | 15979 ||| Stepping ~*~*~tactically~*~*~ (outnumbered).
 15981 | D:11     | 15981 ||| Stepping ~*~*~tactically~*~*~ (outnumbered).
 15983 | D:11     | 15983 ||| Stepping ~*~*~tactically~*~*~ (outnumbered).
 15985 | D:11     | 15985 ||| Stepping ~*~*~tactically~*~*~ (outnumbered).
 15987 | D:11     | 15987 ||| Stepping ~*~*~tactically~*~*~ (outnumbered).
 15989 | D:11     | 15989 ||| Stepping ~*~*~tactically~*~*~ (outnumbered).
 15991 | D:11     | 15991 ||| Stepping ~*~*~tactically~*~*~ (outnumbered).
 15993 | D:11     | 15993 ||| Stepping ~*~*~tactically~*~*~ (outnumbered).
 15995 | D:11     | 15995 ||| Stepping ~*~*~tactically~*~*~ (outnumbered).
 15997 | D:11     | 15997 ||| Stepping ~*~*~tactically~*~*~ (outnumbered).
 15999 | D:11     | 15999 ||| Stepping ~*~*~tactically~*~*~ (outnumbered).
 16001 | D:11     | 16001 ||| Stepping ~*~*~tactically~*~*~ (outnumbered).
 16003 | D:11     | 16003 ||| Stepping ~*~*~tactically~*~*~ (outnumbered).
 16005 | D:11     | 16005 ||| Stepping ~*~*~tactically~*~*~ (outnumbered).
 16007 | D:11     | 16007 ||| Stepping ~*~*~tactically~*~*~ (outnumbered).
 16009 | D:11     | 16009 ||| Stepping ~*~*~tactically~*~*~ (outnumbered).
 16011 | D:11     | 16011 ||| Stepping ~*~*~tactically~*~*~ (outnumbered).
 16013 | D:11     | 16013 ||| Stepping ~*~*~tactically~*~*~ (outnumbered).
 16015 | D:11     | 16015 ||| Stepping ~*~*~tactically~*~*~ (outnumbered).
 16017 | D:11     | 16017 ||| Stepping ~*~*~tactically~*~*~ (outnumbered).
 16019 | D:11     | 16019 ||| Stepping ~*~*~tactically~*~*~ (outnumbered).
 16021 | D:11     | 16021 ||| Stepping ~*~*~tactically~*~*~ (outnumbered).
 16023 | D:11     | 16023 ||| Stepping ~*~*~tactically~*~*~ (outnumbered).
 16025 | D:11     | 16025 ||| Stepping ~*~*~tactically~*~*~ (outnumbered).
 16027 | D:11     | 16027 ||| Stepping ~*~*~tactically~*~*~ (outnumbered).
 16029 | D:11     | 16029 ||| Stepping ~*~*~tactically~*~*~ (outnumbered).
 16031 | D:11     | 16031 ||| Stepping ~*~*~tactically~*~*~ (outnumbered).
 16033 | D:11     | 16033 ||| Stepping ~*~*~tactically~*~*~ (outnumbered).
 16035 | D:11     | 16035 ||| Stepping ~*~*~tactically~*~*~ (outnumbered).
 16037 | D:11     | 16037 ||| Stepping ~*~*~tactically~*~*~ (outnumbered).
 16039 | D:11     | 16039 ||| Stepping ~*~*~tactically~*~*~ (outnumbered).
 16041 | D:11     | 16041 ||| Stepping ~*~*~tactically~*~*~ (outnumbered).
 16043 | D:11     | 16043 ||| Stepping ~*~*~tactically~*~*~ (outnumbered).
 16045 | D:11     | 16045 ||| Stepping ~*~*~tactically~*~*~ (outnumbered).
 16047 | D:11     | 16047 ||| Stepping ~*~*~tactically~*~*~ (outnumbered).
 16049 | D:11     | 16049 ||| Stepping ~*~*~tactically~*~*~ (outnumbered).
 16051 | D:11     | 16051 ||| Stepping ~*~*~tactically~*~*~ (outnumbered).
 16053 | D:11     | 16053 ||| Stepping ~*~*~tactically~*~*~ (outnumbered).
 16055 | D:11     | 16055 ||| Stepping ~*~*~tactically~*~*~ (outnumbered).
 16057 | D:11     | 16057 ||| Stepping ~*~*~tactically~*~*~ (outnumbered).
 16059 | D:11     | 16059 ||| Stepping ~*~*~tactically~*~*~ (outnumbered).
 16061 | D:11     | 16061 ||| Stepping ~*~*~tactically~*~*~ (outnumbered).
 16063 | D:11     | 16063 ||| Stepping ~*~*~tactically~*~*~ (outnumbered).
 16065 | D:11     | 16065 ||| Stepping ~*~*~tactically~*~*~ (outnumbered).
 16067 | D:11     | 16067 ||| Stepping ~*~*~tactically~*~*~ (outnumbered).
 16069 | D:11     | 16069 ||| Stepping ~*~*~tactically~*~*~ (outnumbered).
 16071 | D:11     | 16071 ||| Stepping ~*~*~tactically~*~*~ (outnumbered).
 16073 | D:11     | 16073 ||| Stepping ~*~*~tactically~*~*~ (outnumbered).
 16075 | D:11     | 16075 ||| Stepping ~*~*~tactically~*~*~ (outnumbered).
 16077 | D:11     | 16077 ||| Stepping ~*~*~tactically~*~*~ (outnumbered).
 16079 | D:11     | 16079 ||| Stepping ~*~*~tactically~*~*~ (outnumbered).
 16081 | D:11     | 16081 ||| Stepping ~*~*~tactically~*~*~ (outnumbered).
 16083 | D:11     | 16083 ||| Stepping ~*~*~tactically~*~*~ (outnumbered).
 16085 | D:11     | 16085 ||| Stepping ~*~*~tactically~*~*~ (outnumbered).
 16087 | D:11     | 16087 ||| Stepping ~*~*~tactically~*~*~ (outnumbered).
 16089 | D:11     | 16089 ||| Stepping ~*~*~tactically~*~*~ (outnumbered).
 16091 | D:11     | 16091 ||| Stepping ~*~*~tactically~*~*~ (outnumbered).
 16093 | D:11     | 16093 ||| Stepping ~*~*~tactically~*~*~ (outnumbered).
 16095 | D:11     | 16095 ||| Stepping ~*~*~tactically~*~*~ (outnumbered).
 16097 | D:11     | 16097 ||| Stepping ~*~*~tactically~*~*~ (outnumbered).
 16099 | D:11     | 16099 ||| Stepping ~*~*~tactically~*~*~ (outnumbered).
 16101 | D:11     | 16101 ||| Stepping ~*~*~tactically~*~*~ (outnumbered).
 16103 | D:11     | 16103 ||| Stepping ~*~*~tactically~*~*~ (outnumbered).
 16105 | D:11     | 16105 ||| Stepping ~*~*~tactically~*~*~ (outnumbered).
 16107 | D:11     | 16107 ||| Stepping ~*~*~tactically~*~*~ (outnumbered).
 16109 | D:11     | 16109 ||| Stepping ~*~*~tactically~*~*~ (outnumbered).
 16111 | D:11     | 16111 ||| Stepping ~*~*~tactically~*~*~ (outnumbered).
 16113 | D:11     | 16113 ||| Stepping ~*~*~tactically~*~*~ (outnumbered).
 16115 | D:11     | 16115 ||| Stepping ~*~*~tactically~*~*~ (outnumbered).
 16117 | D:11     | 16117 ||| Stepping ~*~*~tactically~*~*~ (outnumbered).
 16119 | D:11     | 16119 ||| Stepping ~*~*~tactically~*~*~ (outnumbered).
 16121 | D:11     | 16121 ||| Stepping ~*~*~tactically~*~*~ (outnumbered).
 16123 | D:11     | 16123 ||| Stepping ~*~*~tactically~*~*~ (outnumbered).
 16125 | D:11     | 16125 ||| Stepping ~*~*~tactically~*~*~ (outnumbered).
 16127 | D:11     | 16127 ||| Stepping ~*~*~tactically~*~*~ (outnumbered).
 16129 | D:11     | 16129 ||| Stepping ~*~*~tactically~*~*~ (outnumbered).
 16131 | D:11     | 16131 ||| Stepping ~*~*~tactically~*~*~ (outnumbered).
 16133 | D:11     | 16133 ||| Stepping ~*~*~tactically~*~*~ (outnumbered).
 16135 | D:11     | 16135 ||| Stepping ~*~*~tactically~*~*~ (outnumbered).
 16137 | D:11     | 16137 ||| Stepping ~*~*~tactically~*~*~ (outnumbered).
 16139 | D:11     | 16139 ||| Stepping ~*~*~tactically~*~*~ (outnumbered).
 16141 | D:11     | 16141 ||| Stepping ~*~*~tactically~*~*~ (outnumbered).
 16143 | D:11     | 16143 ||| Stepping ~*~*~tactically~*~*~ (outnumbered).
 16145 | D:11     | 16145 ||| Stepping ~*~*~tactically~*~*~ (outnumbered).
 16147 | D:11     | 16147 ||| Stepping ~*~*~tactically~*~*~ (outnumbered).
 16149 | D:11     | 16149 ||| Stepping ~*~*~tactically~*~*~ (outnumbered).
 16151 | D:11     | 16151 ||| Stepping ~*~*~tactically~*~*~ (outnumbered).
 16153 | D:11     | 16153 ||| Stepping ~*~*~tactically~*~*~ (outnumbered).
 16155 | D:11     | 16155 ||| Stepping ~*~*~tactically~*~*~ (outnumbered).
 16157 | D:11     | 16157 ||| Stepping ~*~*~tactically~*~*~ (outnumbered).
 16159 | D:11     | 16159 ||| Stepping ~*~*~tactically~*~*~ (outnumbered).
 16161 | D:11     | 16161 ||| Stepping ~*~*~tactically~*~*~ (outnumbered).
 16163 | D:11     | 16163 ||| Stepping ~*~*~tactically~*~*~ (outnumbered).
 16165 | D:11     | 16165 ||| Stepping ~*~*~tactically~*~*~ (outnumbered).
 16167 | D:11     | 16167 ||| Stepping ~*~*~tactically~*~*~ (outnumbered).
 16169 | D:11     | 16169 ||| Stepping ~*~*~tactically~*~*~ (outnumbered).
 16171 | D:11     | 16171 ||| Stepping ~*~*~tactically~*~*~ (outnumbered).
 16173 | D:11     | 16173 ||| Stepping ~*~*~tactically~*~*~ (outnumbered).
 16175 | D:11     | 16175 ||| Stepping ~*~*~tactically~*~*~ (outnumbered).
 16177 | D:11     | 16177 ||| Stepping ~*~*~tactically~*~*~ (outnumbered).
 16179 | D:11     | 16179 ||| Stepping ~*~*~tactically~*~*~ (outnumbered).
 16181 | D:11     | 16181 ||| Stepping ~*~*~tactically~*~*~ (outnumbered).
 16183 | D:11     | 16183 ||| Stepping ~*~*~tactically~*~*~ (outnumbered).
 16185 | D:11     | 16185 ||| Stepping ~*~*~tactically~*~*~ (outnumbered).
 16187 | D:11     | 16187 ||| Stepping ~*~*~tactically~*~*~ (outnumbered).
 16189 | D:11     | 16189 ||| Stepping ~*~*~tactically~*~*~ (outnumbered).
 16191 | D:11     | 16191 ||| Stepping ~*~*~tactically~*~*~ (outnumbered).
 16193 | D:11     | 16193 ||| Stepping ~*~*~tactically~*~*~ (outnumbered).
 16195 | D:11     | 16195 ||| Stepping ~*~*~tactically~*~*~ (outnumbered).
 16197 | D:11     | 16197 ||| Stepping ~*~*~tactically~*~*~ (outnumbered).
 16199 | D:11     | 16199 ||| Stepping ~*~*~tactically~*~*~ (outnumbered).
 16201 | D:11     | 16201 ||| Stepping ~*~*~tactically~*~*~ (outnumbered).
 16203 | D:11     | 16203 ||| Stepping ~*~*~tactically~*~*~ (outnumbered).
 16205 | D:11     | 16205 ||| Stepping ~*~*~tactically~*~*~ (outnumbered).
 16207 | D:11     | 16207 ||| Stepping ~*~*~tactically~*~*~ (outnumbered).
 16209 | D:11     | 16209 ||| Stepping ~*~*~tactically~*~*~ (outnumbered).
 16211 | D:11     | 16211 ||| Stepping ~*~*~tactically~*~*~ (outnumbered).
 16213 | D:11     | 16213 ||| Stepping ~*~*~tactically~*~*~ (outnumbered).
 16215 | D:11     | 16215 ||| Stepping ~*~*~tactically~*~*~ (outnumbered).
 16217 | D:11     | 16217 ||| Stepping ~*~*~tactically~*~*~ (outnumbered).
 16219 | D:11     | 16219 ||| Stepping ~*~*~tactically~*~*~ (outnumbered).
 16221 | D:11     | 16221 ||| Stepping ~*~*~tactically~*~*~ (outnumbered).
 16223 | D:11     | 16223 ||| Stepping ~*~*~tactically~*~*~ (outnumbered).
 16225 | D:11     | 16225 ||| Stepping ~*~*~tactically~*~*~ (outnumbered).
 16227 | D:11     | 16227 ||| Stepping ~*~*~tactically~*~*~ (outnumbered).
 16229 | D:11     | 16229 ||| Stepping ~*~*~tactically~*~*~ (outnumbered).
 16231 | D:11     | 16231 ||| Stepping ~*~*~tactically~*~*~ (outnumbered).
 16233 | D:11     | 16233 ||| Stepping ~*~*~tactically~*~*~ (outnumbered).
 16235 | D:11     | 16235 ||| Stepping ~*~*~tactically~*~*~ (outnumbered).
 16237 | D:11     | 16237 ||| Stepping ~*~*~tactically~*~*~ (outnumbered).
 16239 | D:11     | 16239 ||| Stepping ~*~*~tactically~*~*~ (outnumbered).
 16241 | D:11     | 16241 ||| Stepping ~*~*~tactically~*~*~ (outnumbered).
 16243 | D:11     | 16243 ||| Stepping ~*~*~tactically~*~*~ (outnumbered).
 16245 | D:11     | 16245 ||| Stepping ~*~*~tactically~*~*~ (outnumbered).
 16247 | D:11     | 16247 ||| Stepping ~*~*~tactically~*~*~ (outnumbered).
 16249 | D:11     | 16249 ||| Stepping ~*~*~tactically~*~*~ (outnumbered).
 16251 | D:11     | 16251 ||| Stepping ~*~*~tactically~*~*~ (outnumbered).
 16253 | D:11     | 16253 ||| Stepping ~*~*~tactically~*~*~ (outnumbered).
 16255 | D:11     | 16255 ||| Stepping ~*~*~tactically~*~*~ (outnumbered).
 16257 | D:11     | 16257 ||| Stepping ~*~*~tactically~*~*~ (outnumbered).
 16259 | D:11     | 16259 ||| Stepping ~*~*~tactically~*~*~ (outnumbered).
 16261 | D:11     | 16261 ||| Stepping ~*~*~tactically~*~*~ (outnumbered).
 16263 | D:11     | 16263 ||| Stepping ~*~*~tactically~*~*~ (outnumbered).
 16265 | D:11     | 16265 ||| Stepping ~*~*~tactically~*~*~ (outnumbered).
 16267 | D:11     | 16267 ||| Stepping ~*~*~tactically~*~*~ (outnumbered).
 16269 | D:11     | 16269 ||| Stepping ~*~*~tactically~*~*~ (outnumbered).
 16271 | D:11     | 16271 ||| Stepping ~*~*~tactically~*~*~ (outnumbered).
 16273 | D:11     | 16273 ||| Stepping ~*~*~tactically~*~*~ (outnumbered).
 16275 | D:11     | 16275 ||| Stepping ~*~*~tactically~*~*~ (outnumbered).
 16277 | D:11     | 16277 ||| Stepping ~*~*~tactically~*~*~ (outnumbered).
 16279 | D:11     | 16279 ||| Stepping ~*~*~tactically~*~*~ (outnumbered).
 16281 | D:11     | 16281 ||| Stepping ~*~*~tactically~*~*~ (outnumbered).
 16283 | D:11     | 16283 ||| Stepping ~*~*~tactically~*~*~ (outnumbered).
 16285 | D:11     | 16285 ||| Stepping ~*~*~tactically~*~*~ (outnumbered).
 16287 | D:11     | 16287 ||| Stepping ~*~*~tactically~*~*~ (outnumbered).
 16289 | D:11     | 16289 ||| Stepping ~*~*~tactically~*~*~ (outnumbered).
 16291 | D:11     | 16291 ||| Stepping ~*~*~tactically~*~*~ (outnumbered).
 16293 | D:11     | 16293 ||| Stepping ~*~*~tactically~*~*~ (outnumbered).
 16295 | D:11     | 16295 ||| Stepping ~*~*~tactically~*~*~ (outnumbered).
 16297 | D:11     | 16297 ||| Stepping ~*~*~tactically~*~*~ (outnumbered).
 16299 | D:11     | 16299 ||| Stepping ~*~*~tactically~*~*~ (outnumbered).
 16301 | D:11     | 16301 ||| Stepping ~*~*~tactically~*~*~ (outnumbered).
 16303 | D:11     | 16303 ||| Stepping ~*~*~tactically~*~*~ (outnumbered).
 16305 | D:11     | 16305 ||| Stepping ~*~*~tactically~*~*~ (outnumbered).
 16307 | D:11     | 16307 ||| Stepping ~*~*~tactically~*~*~ (outnumbered).
 16309 | D:11     | 16309 ||| Stepping ~*~*~tactically~*~*~ (outnumbered).
 16311 | D:11     | 16311 ||| Stepping ~*~*~tactically~*~*~ (outnumbered).
 16313 | D:11     | 16313 ||| Stepping ~*~*~tactically~*~*~ (outnumbered).
 16315 | D:11     | 16315 ||| Stepping ~*~*~tactically~*~*~ (outnumbered).
 16317 | D:11     | 16317 ||| Stepping ~*~*~tactically~*~*~ (outnumbered).
 16319 | D:11     | 16319 ||| Stepping ~*~*~tactically~*~*~ (outnumbered).
 16321 | D:11     | 16321 ||| Stepping ~*~*~tactically~*~*~ (outnumbered).
 16323 | D:11     | 16323 ||| Stepping ~*~*~tactically~*~*~ (outnumbered).
 16325 | D:11     | 16325 ||| Stepping ~*~*~tactically~*~*~ (outnumbered).
 16327 | D:11     | 16327 ||| Stepping ~*~*~tactically~*~*~ (outnumbered).
 16329 | D:11     | 16329 ||| Stepping ~*~*~tactically~*~*~ (outnumbered).
 16331 | D:11     | 16331 ||| Stepping ~*~*~tactically~*~*~ (outnumbered).
 16333 | D:11     | 16333 ||| Stepping ~*~*~tactically~*~*~ (outnumbered).
 16335 | D:11     | 16335 ||| Stepping ~*~*~tactically~*~*~ (outnumbered).
 16337 | D:11     | 16337 ||| Stepping ~*~*~tactically~*~*~ (outnumbered).
 16339 | D:11     | 16339 ||| Stepping ~*~*~tactically~*~*~ (outnumbered).
 16341 | D:11     | 16341 ||| Stepping ~*~*~tactically~*~*~ (outnumbered).
 16343 | D:11     | 16343 ||| Stepping ~*~*~tactically~*~*~ (outnumbered).
 16345 | D:11     | 16345 ||| Stepping ~*~*~tactically~*~*~ (outnumbered).
 16347 | D:11     | 16347 ||| Stepping ~*~*~tactically~*~*~ (outnumbered).
 16349 | D:11     | 16349 ||| Stepping ~*~*~tactically~*~*~ (outnumbered).
 16351 | D:11     | 16351 ||| Stepping ~*~*~tactically~*~*~ (outnumbered).
 16353 | D:11     | 16353 ||| Stepping ~*~*~tactically~*~*~ (outnumbered).
 16355 | D:11     | 16355 ||| Stepping ~*~*~tactically~*~*~ (outnumbered).
 16357 | D:11     | 16357 ||| Stepping ~*~*~tactically~*~*~ (outnumbered).
 16359 | D:11     | 16359 ||| Stepping ~*~*~tactically~*~*~ (outnumbered).
 16361 | D:11     | 16361 ||| Stepping ~*~*~tactically~*~*~ (outnumbered).
 16363 | D:11     | 16363 ||| Stepping ~*~*~tactically~*~*~ (outnumbered).
 16365 | D:11     | 16365 ||| Stepping ~*~*~tactically~*~*~ (outnumbered).
 16367 | D:11     | 16367 ||| Stepping ~*~*~tactically~*~*~ (outnumbered).
 16369 | D:11     | 16369 ||| Stepping ~*~*~tactically~*~*~ (outnumbered).
 16371 | D:11     | 16371 ||| Stepping ~*~*~tactically~*~*~ (outnumbered).
 16373 | D:11     | 16373 ||| Stepping ~*~*~tactically~*~*~ (outnumbered).
 16375 | D:11     | 16375 ||| Stepping ~*~*~tactically~*~*~ (outnumbered).
 16377 | D:11     | 16377 ||| Stepping ~*~*~tactically~*~*~ (outnumbered).
 16379 | D:11     | 16379 ||| Stepping ~*~*~tactically~*~*~ (outnumbered).
 16381 | D:11     | 16381 ||| Stepping ~*~*~tactically~*~*~ (outnumbered).
 16383 | D:11     | 16383 ||| Stepping ~*~*~tactically~*~*~ (outnumbered).
 16385 | D:11     | 16385 ||| Stepping ~*~*~tactically~*~*~ (outnumbered).
 16387 | D:11     | 16387 ||| Stepping ~*~*~tactically~*~*~ (outnumbered).
 16389 | D:11     | 16389 ||| Stepping ~*~*~tactically~*~*~ (outnumbered).
 16391 | D:11     | 16391 ||| Stepping ~*~*~tactically~*~*~ (outnumbered).
 16393 | D:11     | 16393 ||| Stepping ~*~*~tactically~*~*~ (outnumbered).
 16395 | D:11     | 16395 ||| Stepping ~*~*~tactically~*~*~ (outnumbered).
 16397 | D:11     | 16397 ||| Stepping ~*~*~tactically~*~*~ (outnumbered).
 16399 | D:11     | 16399 ||| Stepping ~*~*~tactically~*~*~ (outnumbered).
 16401 | D:11     | 16401 ||| Stepping ~*~*~tactically~*~*~ (outnumbered).
 16403 | D:11     | 16403 ||| Stepping ~*~*~tactically~*~*~ (outnumbered).
 16405 | D:11     | 16405 ||| Stepping ~*~*~tactically~*~*~ (outnumbered).
 16407 | D:11     | 16407 ||| Stepping ~*~*~tactically~*~*~ (outnumbered).
 16409 | D:11     | 16409 ||| Stepping ~*~*~tactically~*~*~ (outnumbered).
 16411 | D:11     | 16411 ||| Stepping ~*~*~tactically~*~*~ (outnumbered).
 16413 | D:11     | 16413 ||| Stepping ~*~*~tactically~*~*~ (outnumbered).
 16415 | D:11     | 16415 ||| Stepping ~*~*~tactically~*~*~ (outnumbered).
 16417 | D:11     | 16417 ||| Stepping ~*~*~tactically~*~*~ (outnumbered).
 16419 | D:11     | 16419 ||| Stepping ~*~*~tactically~*~*~ (outnumbered).
 16421 | D:11     | 16421 ||| Stepping ~*~*~tactically~*~*~ (outnumbered).
 16423 | D:11     | 16423 ||| Stepping ~*~*~tactically~*~*~ (outnumbered).
 16425 | D:11     | 16425 ||| Stepping ~*~*~tactically~*~*~ (outnumbered).
 16427 | D:11     | 16427 ||| Stepping ~*~*~tactically~*~*~ (outnumbered).
 16429 | D:11     | 16429 ||| Stepping ~*~*~tactically~*~*~ (outnumbered).
 16431 | D:11     | 16431 ||| Stepping ~*~*~tactically~*~*~ (outnumbered).
 16433 | D:11     | 16433 ||| Stepping ~*~*~tactically~*~*~ (outnumbered).
 16435 | D:11     | 16435 ||| Stepping ~*~*~tactically~*~*~ (outnumbered).
 16437 | D:11     | 16437 ||| Stepping ~*~*~tactically~*~*~ (outnumbered).
 16439 | D:11     | 16439 ||| Stepping ~*~*~tactically~*~*~ (outnumbered).
 16441 | D:11     | 16441 ||| Stepping ~*~*~tactically~*~*~ (outnumbered).
 16443 | D:11     | 16443 ||| Stepping ~*~*~tactically~*~*~ (outnumbered).
 16445 | D:11     | 16445 ||| Stepping ~*~*~tactically~*~*~ (outnumbered).
 16447 | D:11     | 16447 ||| Stepping ~*~*~tactically~*~*~ (outnumbered).
 16449 | D:11     | 16449 ||| Stepping ~*~*~tactically~*~*~ (outnumbered).
 16451 | D:11     | 16451 ||| Stepping ~*~*~tactically~*~*~ (outnumbered).
 16453 | D:11     | 16453 ||| Stepping ~*~*~tactically~*~*~ (outnumbered).
 16455 | D:11     | 16455 ||| Stepping ~*~*~tactically~*~*~ (outnumbered).
 16457 | D:11     | 16457 ||| Stepping ~*~*~tactically~*~*~ (outnumbered).
 16459 | D:11     | 16459 ||| Stepping ~*~*~tactically~*~*~ (outnumbered).
 16461 | D:11     | 16461 ||| Stepping ~*~*~tactically~*~*~ (outnumbered).
 16463 | D:11     | 16463 ||| Stepping ~*~*~tactically~*~*~ (outnumbered).
 16465 | D:11     | 16465 ||| Stepping ~*~*~tactically~*~*~ (outnumbered).
 16467 | D:11     | 16467 ||| Stepping ~*~*~tactically~*~*~ (outnumbered).
 16469 | D:11     | 16469 ||| Stepping ~*~*~tactically~*~*~ (outnumbered).
 16471 | D:11     | 16471 ||| Stepping ~*~*~tactically~*~*~ (outnumbered).
 16473 | D:11     | 16473 ||| Stepping ~*~*~tactically~*~*~ (outnumbered).
 16475 | D:11     | 16475 ||| Stepping ~*~*~tactically~*~*~ (outnumbered).
 16477 | D:11     | 16477 ||| Stepping ~*~*~tactically~*~*~ (outnumbered).
 16479 | D:11     | 16479 ||| Stepping ~*~*~tactically~*~*~ (outnumbered).
 16481 | D:11     | 16481 ||| Stepping ~*~*~tactically~*~*~ (outnumbered).
 16483 | D:11     | 16483 ||| Stepping ~*~*~tactically~*~*~ (outnumbered).
 16485 | D:11     | 16485 ||| Stepping ~*~*~tactically~*~*~ (outnumbered).
 16487 | D:11     | 16487 ||| Stepping ~*~*~tactically~*~*~ (outnumbered).
 16489 | D:11     | 16489 ||| Stepping ~*~*~tactically~*~*~ (outnumbered).
 16491 | D:11     | 16491 ||| Stepping ~*~*~tactically~*~*~ (outnumbered).
 16493 | D:11     | 16493 ||| Stepping ~*~*~tactically~*~*~ (outnumbered).
 16495 | D:11     | 16495 ||| Stepping ~*~*~tactically~*~*~ (outnumbered).
 16497 | D:11     | 16497 ||| Stepping ~*~*~tactically~*~*~ (outnumbered).
 16499 | D:11     | 16499 ||| Stepping ~*~*~tactically~*~*~ (outnumbered).
 16501 | D:11     | 16501 ||| Stepping ~*~*~tactically~*~*~ (outnumbered).
 16503 | D:11     | 16503 ||| Stepping ~*~*~tactically~*~*~ (outnumbered).
 16505 | D:11     | 16505 ||| Stepping ~*~*~tactically~*~*~ (outnumbered).
 16507 | D:11     | 16507 ||| Stepping ~*~*~tactically~*~*~ (outnumbered).
 16509 | D:11     | 16509 ||| Stepping ~*~*~tactically~*~*~ (outnumbered).
 16511 | D:11     | 16511 ||| Stepping ~*~*~tactically~*~*~ (outnumbered).
 16513 | D:11     | 16513 ||| Stepping ~*~*~tactically~*~*~ (outnumbered).
 16515 | D:11     | 16515 ||| Stepping ~*~*~tactically~*~*~ (outnumbered).
 16517 | D:11     | 16517 ||| Stepping ~*~*~tactically~*~*~ (outnumbered).
 16519 | D:11     | 16519 ||| Stepping ~*~*~tactically~*~*~ (outnumbered).
 16521 | D:11     | 16521 ||| Stepping ~*~*~tactically~*~*~ (outnumbered).
 16523 | D:11     | 16523 ||| Stepping ~*~*~tactically~*~*~ (outnumbered).
 16525 | D:11     | 16525 ||| Stepping ~*~*~tactically~*~*~ (outnumbered).
 16527 | D:11     | 16527 ||| Stepping ~*~*~tactically~*~*~ (outnumbered).
 16529 | D:11     | 16529 ||| Stepping ~*~*~tactically~*~*~ (outnumbered).
 16531 | D:11     | 16531 ||| Stepping ~*~*~tactically~*~*~ (outnumbered).
 16533 | D:11     | 16533 ||| Stepping ~*~*~tactically~*~*~ (outnumbered).
 16535 | D:11     | 16535 ||| Stepping ~*~*~tactically~*~*~ (outnumbered).
 16537 | D:11     | 16537 ||| Stepping ~*~*~tactically~*~*~ (outnumbered).
 16539 | D:11     | 16539 ||| Stepping ~*~*~tactically~*~*~ (outnumbered).
 16541 | D:11     | 16541 ||| Stepping ~*~*~tactically~*~*~ (outnumbered).
 16543 | D:11     | 16543 ||| Stepping ~*~*~tactically~*~*~ (outnumbered).
 16545 | D:11     | 16545 ||| Stepping ~*~*~tactically~*~*~ (outnumbered).
 16547 | D:11     | 16547 ||| Stepping ~*~*~tactically~*~*~ (outnumbered).
 16549 | D:11     | 16549 ||| Stepping ~*~*~tactically~*~*~ (outnumbered).
 16551 | D:11     | 16551 ||| Stepping ~*~*~tactically~*~*~ (outnumbered).
 16553 | D:11     | 16553 ||| Stepping ~*~*~tactically~*~*~ (outnumbered).
 16555 | D:11     | 16555 ||| Stepping ~*~*~tactically~*~*~ (outnumbered).
 16557 | D:11     | 16557 ||| Stepping ~*~*~tactically~*~*~ (outnumbered).
 16559 | D:11     | 16559 ||| Stepping ~*~*~tactically~*~*~ (outnumbered).
 16561 | D:11     | 16561 ||| Stepping ~*~*~tactically~*~*~ (outnumbered).
 16563 | D:11     | 16563 ||| Stepping ~*~*~tactically~*~*~ (outnumbered).
 16565 | D:11     | 16565 ||| Stepping ~*~*~tactically~*~*~ (outnumbered).
 16567 | D:11     | 16567 ||| Stepping ~*~*~tactically~*~*~ (outnumbered).
 16569 | D:11     | 16569 ||| Stepping ~*~*~tactically~*~*~ (outnumbered).
 16571 | D:11     | 16571 ||| Stepping ~*~*~tactically~*~*~ (outnumbered).
 16573 | D:11     | 16573 ||| Stepping ~*~*~tactically~*~*~ (outnumbered).
 16575 | D:11     | 16575 ||| Stepping ~*~*~tactically~*~*~ (outnumbered).
 16577 | D:11     | 16577 ||| Stepping ~*~*~tactically~*~*~ (outnumbered).
 16579 | D:11     | 16579 ||| Stepping ~*~*~tactically~*~*~ (outnumbered).
 16581 | D:11     | 16581 ||| Stepping ~*~*~tactically~*~*~ (outnumbered).
 16583 | D:11     | 16583 ||| Stepping ~*~*~tactically~*~*~ (outnumbered).
 16585 | D:11     | 16585 ||| Stepping ~*~*~tactically~*~*~ (outnumbered).
 16587 | D:11     | 16587 ||| Stepping ~*~*~tactically~*~*~ (outnumbered).
 16589 | D:11     | 16589 ||| Stepping ~*~*~tactically~*~*~ (outnumbered).
 16591 | D:11     | 16591 ||| Stepping ~*~*~tactically~*~*~ (outnumbered).
 16593 | D:11     | 16593 ||| Stepping ~*~*~tactically~*~*~ (outnumbered).
 16595 | D:11     | 16595 ||| Stepping ~*~*~tactically~*~*~ (outnumbered).
 16597 | D:11     | 16597 ||| Stepping ~*~*~tactically~*~*~ (outnumbered).
 16599 | D:11     | 16599 ||| Stepping ~*~*~tactically~*~*~ (outnumbered).
 16601 | D:11     | 16601 ||| Stepping ~*~*~tactically~*~*~ (outnumbered).
 16603 | D:11     | 16603 ||| Stepping ~*~*~tactically~*~*~ (outnumbered).
 16605 | D:11     | 16605 ||| Stepping ~*~*~tactically~*~*~ (outnumbered).
 16607 | D:11     | 16607 ||| Stepping ~*~*~tactically~*~*~ (outnumbered).
 16609 | D:11     | 16609 ||| Stepping ~*~*~tactically~*~*~ (outnumbered).
 16611 | D:11     | 16611 ||| Stepping ~*~*~tactically~*~*~ (outnumbered).
 16613 | D:11     | 16613 ||| Stepping ~*~*~tactically~*~*~ (outnumbered).
 16615 | D:11     | 16615 ||| Stepping ~*~*~tactically~*~*~ (outnumbered).
 16617 | D:11     | 16617 ||| Stepping ~*~*~tactically~*~*~ (outnumbered).
 16619 | D:11     | 16619 ||| Stepping ~*~*~tactically~*~*~ (outnumbered).
 16621 | D:11     | 16621 ||| Stepping ~*~*~tactically~*~*~ (outnumbered).
 16623 | D:11     | 16623 ||| Stepping ~*~*~tactically~*~*~ (outnumbered).
 16625 | D:11     | 16625 ||| Stepping ~*~*~tactically~*~*~ (outnumbered).
 16627 | D:11     | 16627 ||| Stepping ~*~*~tactically~*~*~ (outnumbered).
 16629 | D:11     | 16629 ||| Stepping ~*~*~tactically~*~*~ (outnumbered).
 16631 | D:11     | 16631 ||| Stepping ~*~*~tactically~*~*~ (outnumbered).
 16633 | D:11     | 16633 ||| Stepping ~*~*~tactically~*~*~ (outnumbered).
 16635 | D:11     | 16635 ||| Stepping ~*~*~tactically~*~*~ (outnumbered).
 16637 | D:11     | 16637 ||| Stepping ~*~*~tactically~*~*~ (outnumbered).
 16639 | D:11     | 16639 ||| Stepping ~*~*~tactically~*~*~ (outnumbered).
 16641 | D:11     | 16641 ||| Stepping ~*~*~tactically~*~*~ (outnumbered).
 16643 | D:11     | 16643 ||| Stepping ~*~*~tactically~*~*~ (outnumbered).
 16645 | D:11     | 16645 ||| Stepping ~*~*~tactically~*~*~ (outnumbered).
 16647 | D:11     | 16647 ||| Stepping ~*~*~tactically~*~*~ (outnumbered).
 16649 | D:11     | 16649 ||| Stepping ~*~*~tactically~*~*~ (outnumbered).
 16651 | D:11     | 16651 ||| Stepping ~*~*~tactically~*~*~ (outnumbered).
 16653 | D:11     | 16653 ||| Stepping ~*~*~tactically~*~*~ (outnumbered).
 16655 | D:11     | 16655 ||| Stepping ~*~*~tactically~*~*~ (outnumbered).
 16657 | D:11     | 16657 ||| Stepping ~*~*~tactically~*~*~ (outnumbered).
 16659 | D:11     | 16659 ||| Stepping ~*~*~tactically~*~*~ (outnumbered).
 16661 | D:11     | 16661 ||| Stepping ~*~*~tactically~*~*~ (outnumbered).
 16663 | D:11     | 16663 ||| Stepping ~*~*~tactically~*~*~ (outnumbered).
 16665 | D:11     | 16665 ||| Stepping ~*~*~tactically~*~*~ (outnumbered).
 16667 | D:11     | 16667 ||| Stepping ~*~*~tactically~*~*~ (outnumbered).
 16669 | D:11     | 16669 ||| Stepping ~*~*~tactically~*~*~ (outnumbered).
 16671 | D:11     | 16671 ||| Stepping ~*~*~tactically~*~*~ (outnumbered).
 16673 | D:11     | 16673 ||| Stepping ~*~*~tactically~*~*~ (outnumbered).
 16675 | D:11     | 16675 ||| Stepping ~*~*~tactically~*~*~ (outnumbered).
 16677 | D:11     | 16677 ||| Stepping ~*~*~tactically~*~*~ (outnumbered).
 16679 | D:11     | 16679 ||| Stepping ~*~*~tactically~*~*~ (outnumbered).
 16681 | D:11     | 16681 ||| Stepping ~*~*~tactically~*~*~ (outnumbered).
 16683 | D:11     | 16683 ||| Stepping ~*~*~tactically~*~*~ (outnumbered).
 16685 | D:11     | 16685 ||| Stepping ~*~*~tactically~*~*~ (outnumbered).
 16687 | D:11     | 16687 ||| Stepping ~*~*~tactically~*~*~ (outnumbered).
 16689 | D:11     | 16689 ||| Stepping ~*~*~tactically~*~*~ (outnumbered).
 16691 | D:11     | 16691 ||| Stepping ~*~*~tactically~*~*~ (outnumbered).
 16693 | D:11     | 16693 ||| Stepping ~*~*~tactically~*~*~ (outnumbered).
 16695 | D:11     | 16695 ||| Stepping ~*~*~tactically~*~*~ (outnumbered).
 16697 | D:11     | 16697 ||| Stepping ~*~*~tactically~*~*~ (outnumbered).
 16699 | D:11     | 16699 ||| Stepping ~*~*~tactically~*~*~ (outnumbered).
 16701 | D:11     | 16701 ||| Stepping ~*~*~tactically~*~*~ (outnumbered).
 16703 | D:11     | 16703 ||| Stepping ~*~*~tactically~*~*~ (outnumbered).
 16705 | D:11     | 16705 ||| Stepping ~*~*~tactically~*~*~ (outnumbered).
 16707 | D:11     | 16707 ||| Stepping ~*~*~tactically~*~*~ (outnumbered).
 16709 | D:11     | 16709 ||| Stepping ~*~*~tactically~*~*~ (outnumbered).
 16711 | D:11     | 16711 ||| Stepping ~*~*~tactically~*~*~ (outnumbered).
 16713 | D:11     | 16713 ||| Stepping ~*~*~tactically~*~*~ (outnumbered).
 16715 | D:11     | 16715 ||| Stepping ~*~*~tactically~*~*~ (outnumbered).
 16717 | D:11     | 16717 ||| Stepping ~*~*~tactically~*~*~ (outnumbered).
 16719 | D:11     | 16719 ||| Stepping ~*~*~tactically~*~*~ (outnumbered).
 16721 | D:11     | 16721 ||| Stepping ~*~*~tactically~*~*~ (outnumbered).
 16723 | D:11     | 16723 ||| Stepping ~*~*~tactically~*~*~ (outnumbered).
 16725 | D:11     | 16725 ||| Stepping ~*~*~tactically~*~*~ (outnumbered).
 16727 | D:11     | 16727 ||| Stepping ~*~*~tactically~*~*~ (outnumbered).
 16729 | D:11     | 16729 ||| Stepping ~*~*~tactically~*~*~ (outnumbered).
 16731 | D:11     | 16731 ||| Stepping ~*~*~tactically~*~*~ (outnumbered).
 16733 | D:11     | 16733 ||| Stepping ~*~*~tactically~*~*~ (outnumbered).
 16735 | D:11     | 16735 ||| Stepping ~*~*~tactically~*~*~ (outnumbered).
 16737 | D:11     | 16737 ||| Stepping ~*~*~tactically~*~*~ (outnumbered).
 16739 | D:11     | 16739 ||| Stepping ~*~*~tactically~*~*~ (outnumbered).
 16741 | D:11     | 16741 ||| Stepping ~*~*~tactically~*~*~ (outnumbered).
 16743 | D:11     | 16743 ||| Stepping ~*~*~tactically~*~*~ (outnumbered).
 16745 | D:11     | 16745 ||| Stepping ~*~*~tactically~*~*~ (outnumbered).
 16747 | D:11     | 16747 ||| Stepping ~*~*~tactically~*~*~ (outnumbered).
 16749 | D:11     | 16749 ||| Stepping ~*~*~tactically~*~*~ (outnumbered).
 16751 | D:11     | 16751 ||| Stepping ~*~*~tactically~*~*~ (outnumbered).
 16753 | D:11     | 16753 ||| Stepping ~*~*~tactically~*~*~ (outnumbered).
 16755 | D:11     | 16755 ||| Stepping ~*~*~tactically~*~*~ (outnumbered).
 16757 | D:11     | 16757 ||| Stepping ~*~*~tactically~*~*~ (outnumbered).
 16759 | D:11     | 16759 ||| Stepping ~*~*~tactically~*~*~ (outnumbered).
 16761 | D:11     | 16761 ||| Stepping ~*~*~tactically~*~*~ (outnumbered).
 16763 | D:11     | 16763 ||| Stepping ~*~*~tactically~*~*~ (outnumbered).
 16765 | D:11     | 16765 ||| Stepping ~*~*~tactically~*~*~ (outnumbered).
 16767 | D:11     | 16767 ||| Stepping ~*~*~tactically~*~*~ (outnumbered).
 16769 | D:11     | 16769 ||| Stepping ~*~*~tactically~*~*~ (outnumbered).
 16771 | D:11     | 16771 ||| Stepping ~*~*~tactically~*~*~ (outnumbered).
 16773 | D:11     | 16773 ||| Stepping ~*~*~tactically~*~*~ (outnumbered).
 16775 | D:11     | 16775 ||| Stepping ~*~*~tactically~*~*~ (outnumbered).
 16777 | D:11     | 16777 ||| Stepping ~*~*~tactically~*~*~ (outnumbered).
 16779 | D:11     | 16779 ||| Stepping ~*~*~tactically~*~*~ (outnumbered).
 16781 | D:11     | 16781 ||| Stepping ~*~*~tactically~*~*~ (outnumbered).
 16783 | D:11     | 16783 ||| Stepping ~*~*~tactically~*~*~ (outnumbered).
 16785 | D:11     | 16785 ||| Stepping ~*~*~tactically~*~*~ (outnumbered).
 16787 | D:11     | 16787 ||| Stepping ~*~*~tactically~*~*~ (outnumbered).
 16789 | D:11     | 16789 ||| Stepping ~*~*~tactically~*~*~ (outnumbered).
 16791 | D:11     | 16791 ||| Stepping ~*~*~tactically~*~*~ (outnumbered).
 16793 | D:11     | 16793 ||| Stepping ~*~*~tactically~*~*~ (outnumbered).
 16795 | D:11     | 16795 ||| Stepping ~*~*~tactically~*~*~ (outnumbered).
 16797 | D:11     | 16797 ||| Stepping ~*~*~tactically~*~*~ (outnumbered).
 16799 | D:11     | 16799 ||| Stepping ~*~*~tactically~*~*~ (outnumbered).
 16801 | D:11     | 16801 ||| Stepping ~*~*~tactically~*~*~ (outnumbered).
 16803 | D:11     | 16803 ||| Stepping ~*~*~tactically~*~*~ (outnumbered).
 16805 | D:11     | 16805 ||| Stepping ~*~*~tactically~*~*~ (outnumbered).
 16807 | D:11     | 16807 ||| Stepping ~*~*~tactically~*~*~ (outnumbered).
 16809 | D:11     | 16809 ||| Stepping ~*~*~tactically~*~*~ (outnumbered).
 16811 | D:11     | 16811 ||| Stepping ~*~*~tactically~*~*~ (outnumbered).
 16813 | D:11     | 16813 ||| Stepping ~*~*~tactically~*~*~ (outnumbered).
 16815 | D:11     | 16815 ||| Stepping ~*~*~tactically~*~*~ (outnumbered).
 16817 | D:11     | 16817 ||| Stepping ~*~*~tactically~*~*~ (outnumbered).
 16819 | D:11     | 16819 ||| Stepping ~*~*~tactically~*~*~ (outnumbered).
 16821 | D:11     | 16821 ||| Stepping ~*~*~tactically~*~*~ (outnumbered).
 16823 | D:11     | 16823 ||| Stepping ~*~*~tactically~*~*~ (outnumbered).
 16825 | D:11     | 16825 ||| Stepping ~*~*~tactically~*~*~ (outnumbered).
 16827 | D:11     | 16827 ||| Stepping ~*~*~tactically~*~*~ (outnumbered).
 16829 | D:11     | 16829 ||| Stepping ~*~*~tactically~*~*~ (outnumbered).
 16831 | D:11     | 16831 ||| Stepping ~*~*~tactically~*~*~ (outnumbered).
 16833 | D:11     | 16833 ||| Stepping ~*~*~tactically~*~*~ (outnumbered).
 16835 | D:11     | 16835 ||| Stepping ~*~*~tactically~*~*~ (outnumbered).
 16837 | D:11     | 16837 ||| Stepping ~*~*~tactically~*~*~ (outnumbered).
 16839 | D:11     | 16839 ||| Stepping ~*~*~tactically~*~*~ (outnumbered).
 16841 | D:11     | 16841 ||| Stepping ~*~*~tactically~*~*~ (outnumbered).
 16843 | D:11     | 16843 ||| Stepping ~*~*~tactically~*~*~ (outnumbered).
 16845 | D:11     | 16845 ||| Stepping ~*~*~tactically~*~*~ (outnumbered).
 16847 | D:11     | 16847 ||| Stepping ~*~*~tactically~*~*~ (outnumbered).
 16849 | D:11     | 16849 ||| Stepping ~*~*~tactically~*~*~ (outnumbered).
 16851 | D:11     | 16851 ||| Stepping ~*~*~tactically~*~*~ (outnumbered).
 16853 | D:11     | 16853 ||| Stepping ~*~*~tactically~*~*~ (outnumbered).
 16855 | D:11     | 16855 ||| Stepping ~*~*~tactically~*~*~ (outnumbered).
 16857 | D:11     | 16857 ||| Stepping ~*~*~tactically~*~*~ (outnumbered).
 16859 | D:11     | 16859 ||| Stepping ~*~*~tactically~*~*~ (outnumbered).
 16861 | D:11     | 16861 ||| Stepping ~*~*~tactically~*~*~ (outnumbered).
 16863 | D:11     | 16863 ||| Stepping ~*~*~tactically~*~*~ (outnumbered).
 16865 | D:11     | 16865 ||| Stepping ~*~*~tactically~*~*~ (outnumbered).
 16867 | D:11     | 16867 ||| Stepping ~*~*~tactically~*~*~ (outnumbered).
 16869 | D:11     | 16869 ||| Stepping ~*~*~tactically~*~*~ (outnumbered).
 16871 | D:11     | 16871 ||| Stepping ~*~*~tactically~*~*~ (outnumbered).
 16873 | D:11     | 16873 ||| Stepping ~*~*~tactically~*~*~ (outnumbered).
 16875 | D:11     | 16875 ||| Stepping ~*~*~tactically~*~*~ (outnumbered).
 16877 | D:11     | 16877 ||| Stepping ~*~*~tactically~*~*~ (outnumbered).
 16879 | D:11     | 16879 ||| Stepping ~*~*~tactically~*~*~ (outnumbered).
 16881 | D:11     | 16881 ||| Stepping ~*~*~tactically~*~*~ (outnumbered).
 16883 | D:11     | 16883 ||| Stepping ~*~*~tactically~*~*~ (outnumbered).
 16885 | D:11     | 16885 ||| Stepping ~*~*~tactically~*~*~ (outnumbered).
 16887 | D:11     | 16887 ||| Stepping ~*~*~tactically~*~*~ (outnumbered).
 16889 | D:11     | 16889 ||| Stepping ~*~*~tactically~*~*~ (outnumbered).
 16891 | D:11     | 16891 ||| Stepping ~*~*~tactically~*~*~ (outnumbered).
 16893 | D:11     | 16893 ||| Stepping ~*~*~tactically~*~*~ (outnumbered).
 16895 | D:11     | 16895 ||| Stepping ~*~*~tactically~*~*~ (outnumbered).
 16897 | D:11     | 16897 ||| Stepping ~*~*~tactically~*~*~ (outnumbered).
 16899 | D:11     | 16899 ||| Stepping ~*~*~tactically~*~*~ (outnumbered).
 16901 | D:11     | 16901 ||| Stepping ~*~*~tactically~*~*~ (outnumbered).
 16903 | D:11     | 16903 ||| Stepping ~*~*~tactically~*~*~ (outnumbered).
 16905 | D:11     | 16905 ||| Stepping ~*~*~tactically~*~*~ (outnumbered).
 16907 | D:11     | 16907 ||| Stepping ~*~*~tactically~*~*~ (outnumbered).
 16909 | D:11     | 16909 ||| Stepping ~*~*~tactically~*~*~ (outnumbered).
 16911 | D:11     | 16911 ||| Stepping ~*~*~tactically~*~*~ (outnumbered).
 16913 | D:11     | 16913 ||| Stepping ~*~*~tactically~*~*~ (outnumbered).
 16915 | D:11     | 16915 ||| Stepping ~*~*~tactically~*~*~ (outnumbered).
 16917 | D:11     | 16917 ||| Stepping ~*~*~tactically~*~*~ (outnumbered).
 16919 | D:11     | 16919 ||| Stepping ~*~*~tactically~*~*~ (outnumbered).
 16921 | D:11     | 16921 ||| Stepping ~*~*~tactically~*~*~ (outnumbered).
 16923 | D:11     | 16923 ||| Stepping ~*~*~tactically~*~*~ (outnumbered).
 16925 | D:11     | 16925 ||| Stepping ~*~*~tactically~*~*~ (outnumbered).
 16927 | D:11     | 16927 ||| Stepping ~*~*~tactically~*~*~ (outnumbered).
 16929 | D:11     | 16929 ||| Stepping ~*~*~tactically~*~*~ (outnumbered).
 16931 | D:11     | 16931 ||| Stepping ~*~*~tactically~*~*~ (outnumbered).
 16933 | D:11     | 16933 ||| Stepping ~*~*~tactically~*~*~ (outnumbered).
 16935 | D:11     | 16935 ||| Stepping ~*~*~tactically~*~*~ (outnumbered).
 16937 | D:11     | 16937 ||| Stepping ~*~*~tactically~*~*~ (outnumbered).
 16939 | D:11     | 16939 ||| Stepping ~*~*~tactically~*~*~ (outnumbered).
 16941 | D:11     | 16941 ||| Stepping ~*~*~tactically~*~*~ (outnumbered).
 16943 | D:11     | 16943 ||| Stepping ~*~*~tactically~*~*~ (outnumbered).
 16945 | D:11     | 16945 ||| Stepping ~*~*~tactically~*~*~ (outnumbered).
 16947 | D:11     | 16947 ||| Stepping ~*~*~tactically~*~*~ (outnumbered).
 16949 | D:11     | 16949 ||| Stepping ~*~*~tactically~*~*~ (outnumbered).
 16951 | D:11     | 16951 ||| Stepping ~*~*~tactically~*~*~ (outnumbered).
 16953 | D:11     | 16953 ||| Stepping ~*~*~tactically~*~*~ (outnumbered).
 16955 | D:11     | 16955 ||| Stepping ~*~*~tactically~*~*~ (outnumbered).
 16957 | D:11     | 16957 ||| Stepping ~*~*~tactically~*~*~ (outnumbered).
 16959 | D:11     | 16959 ||| Stepping ~*~*~tactically~*~*~ (outnumbered).
 16961 | D:11     | 16961 ||| Stepping ~*~*~tactically~*~*~ (outnumbered).
 16963 | D:11     | 16963 ||| Stepping ~*~*~tactically~*~*~ (outnumbered).
 16965 | D:11     | 16965 ||| Stepping ~*~*~tactically~*~*~ (outnumbered).
 16967 | D:11     | 16967 ||| Stepping ~*~*~tactically~*~*~ (outnumbered).
 16969 | D:11     | 16969 ||| Stepping ~*~*~tactically~*~*~ (outnumbered).
 16971 | D:11     | 16971 ||| Stepping ~*~*~tactically~*~*~ (outnumbered).
 16973 | D:11     | 16973 ||| Stepping ~*~*~tactically~*~*~ (outnumbered).
 16975 | D:11     | 16975 ||| Stepping ~*~*~tactically~*~*~ (outnumbered).
 16977 | D:11     | 16977 ||| Stepping ~*~*~tactically~*~*~ (outnumbered).
 16979 | D:11     | 16979 ||| Stepping ~*~*~tactically~*~*~ (outnumbered).
 16981 | D:11     | 16981 ||| Stepping ~*~*~tactically~*~*~ (outnumbered).
 16983 | D:11     | 16983 ||| Stepping ~*~*~tactically~*~*~ (outnumbered).
 16985 | D:11     | 16985 ||| Stepping ~*~*~tactically~*~*~ (outnumbered).
 16987 | D:11     | 16987 ||| Stepping ~*~*~tactically~*~*~ (outnumbered).
 16989 | D:11     | 16989 ||| Stepping ~*~*~tactically~*~*~ (outnumbered).
 16991 | D:11     | 16991 ||| Stepping ~*~*~tactically~*~*~ (outnumbered).
 16993 | D:11     | 16993 ||| Stepping ~*~*~tactically~*~*~ (outnumbered).
 16995 | D:11     | 16995 ||| Stepping ~*~*~tactically~*~*~ (outnumbered).
 16997 | D:11     | 16997 ||| Stepping ~*~*~tactically~*~*~ (outnumbered).
 16999 | D:11     | 16999 ||| Stepping ~*~*~tactically~*~*~ (outnumbered).
 17001 | D:11     | 17001 ||| Stepping ~*~*~tactically~*~*~ (outnumbered).
 17003 | D:11     | 17003 ||| Stepping ~*~*~tactically~*~*~ (outnumbered).
 17005 | D:11     | 17005 ||| Stepping ~*~*~tactically~*~*~ (outnumbered).
 17007 | D:11     | 17007 ||| Stepping ~*~*~tactically~*~*~ (outnumbered).
 17009 | D:11     | 17009 ||| Stepping ~*~*~tactically~*~*~ (outnumbered).
 17011 | D:11     | 17011 ||| Stepping ~*~*~tactically~*~*~ (outnumbered).
 17013 | D:11     | 17013 ||| Stepping ~*~*~tactically~*~*~ (outnumbered).
 17015 | D:11     | 17015 ||| Stepping ~*~*~tactically~*~*~ (outnumbered).
 17017 | D:11     | 17017 ||| Stepping ~*~*~tactically~*~*~ (outnumbered).
 17019 | D:11     | 17019 ||| Stepping ~*~*~tactically~*~*~ (outnumbered).
 17021 | D:11     | 17021 ||| Stepping ~*~*~tactically~*~*~ (outnumbered).
 17023 | D:11     | 17023 ||| Stepping ~*~*~tactically~*~*~ (outnumbered).
 17025 | D:11     | 17025 ||| Stepping ~*~*~tactically~*~*~ (outnumbered).
 17027 | D:11     | 17027 ||| Stepping ~*~*~tactically~*~*~ (outnumbered).
 17029 | D:11     | 17029 ||| Stepping ~*~*~tactically~*~*~ (outnumbered).
 17031 | D:11     | 17031 ||| Stepping ~*~*~tactically~*~*~ (outnumbered).
 17033 | D:11     | 17033 ||| Stepping ~*~*~tactically~*~*~ (outnumbered).
 17035 | D:11     | 17035 ||| Stepping ~*~*~tactically~*~*~ (outnumbered).
 17037 | D:11     | 17037 ||| Stepping ~*~*~tactically~*~*~ (outnumbered).
 17039 | D:11     | 17039 ||| Stepping ~*~*~tactically~*~*~ (outnumbered).
 17041 | D:11     | 17041 ||| Stepping ~*~*~tactically~*~*~ (outnumbered).
 17043 | D:11     | 17043 ||| Stepping ~*~*~tactically~*~*~ (outnumbered).
 17045 | D:11     | 17045 ||| Stepping ~*~*~tactically~*~*~ (outnumbered).
 17047 | D:11     | 17047 ||| Stepping ~*~*~tactically~*~*~ (outnumbered).
 17049 | D:11     | 17049 ||| Stepping ~*~*~tactically~*~*~ (outnumbered).
 17051 | D:11     | 17051 ||| Stepping ~*~*~tactically~*~*~ (outnumbered).
 17053 | D:11     | 17053 ||| Stepping ~*~*~tactically~*~*~ (outnumbered).
 17055 | D:11     | 17055 ||| Stepping ~*~*~tactically~*~*~ (outnumbered).
 17057 | D:11     | 17057 ||| Stepping ~*~*~tactically~*~*~ (outnumbered).
 17059 | D:11     | 17059 ||| Stepping ~*~*~tactically~*~*~ (outnumbered).
 17061 | D:11     | 17061 ||| Stepping ~*~*~tactically~*~*~ (outnumbered).
 17063 | D:11     | 17063 ||| Stepping ~*~*~tactically~*~*~ (outnumbered).
 17065 | D:11     | 17065 ||| Stepping ~*~*~tactically~*~*~ (outnumbered).
 17067 | D:11     | 17067 ||| Stepping ~*~*~tactically~*~*~ (outnumbered).
 17069 | D:11     | 17069 ||| Stepping ~*~*~tactically~*~*~ (outnumbered).
 17071 | D:11     | 17071 ||| Stepping ~*~*~tactically~*~*~ (outnumbered).
 17073 | D:11     | 17073 ||| Stepping ~*~*~tactically~*~*~ (outnumbered).
 17075 | D:11     | 17075 ||| Stepping ~*~*~tactically~*~*~ (outnumbered).
 17077 | D:11     | 17077 ||| Stepping ~*~*~tactically~*~*~ (outnumbered).
 17079 | D:11     | 17079 ||| Stepping ~*~*~tactically~*~*~ (outnumbered).
 17081 | D:11     | 17081 ||| Stepping ~*~*~tactically~*~*~ (outnumbered).
 17083 | D:11     | 17083 ||| Stepping ~*~*~tactically~*~*~ (outnumbered).
 17085 | D:11     | 17085 ||| Stepping ~*~*~tactically~*~*~ (outnumbered).
 17087 | D:11     | 17087 ||| Stepping ~*~*~tactically~*~*~ (outnumbered).
 17089 | D:11     | 17089 ||| Stepping ~*~*~tactically~*~*~ (outnumbered).
 17091 | D:11     | 17091 ||| Stepping ~*~*~tactically~*~*~ (outnumbered).
 17093 | D:11     | 17093 ||| Stepping ~*~*~tactically~*~*~ (outnumbered).
 17095 | D:11     | 17095 ||| Stepping ~*~*~tactically~*~*~ (outnumbered).
 17097 | D:11     | 17097 ||| Stepping ~*~*~tactically~*~*~ (outnumbered).
 17099 | D:11     | 17099 ||| Stepping ~*~*~tactically~*~*~ (outnumbered).
 17101 | D:11     | 17101 ||| Stepping ~*~*~tactically~*~*~ (outnumbered).
 17103 | D:11     | 17103 ||| Stepping ~*~*~tactically~*~*~ (outnumbered).
 17105 | D:11     | 17105 ||| Stepping ~*~*~tactically~*~*~ (outnumbered).
 17107 | D:11     | 17107 ||| Stepping ~*~*~tactically~*~*~ (outnumbered).
 17109 | D:11     | 17109 ||| Stepping ~*~*~tactically~*~*~ (outnumbered).
 17111 | D:11     | 17111 ||| Stepping ~*~*~tactically~*~*~ (outnumbered).
 17113 | D:11     | 17113 ||| Stepping ~*~*~tactically~*~*~ (outnumbered).
 17115 | D:11     | 17115 ||| Stepping ~*~*~tactically~*~*~ (outnumbered).
 17117 | D:11     | 17117 ||| Stepping ~*~*~tactically~*~*~ (outnumbered).
 17119 | D:11     | 17119 ||| Stepping ~*~*~tactically~*~*~ (outnumbered).
 17121 | D:11     | 17121 ||| Stepping ~*~*~tactically~*~*~ (outnumbered).
 17123 | D:11     | 17123 ||| Stepping ~*~*~tactically~*~*~ (outnumbered).
 17125 | D:11     | 17125 ||| Stepping ~*~*~tactically~*~*~ (outnumbered).
 17127 | D:11     | 17127 ||| Stepping ~*~*~tactically~*~*~ (outnumbered).
 17129 | D:11     | 17129 ||| Stepping ~*~*~tactically~*~*~ (outnumbered).
 17131 | D:11     | 17131 ||| Stepping ~*~*~tactically~*~*~ (outnumbered).
 17133 | D:11     | 17133 ||| Stepping ~*~*~tactically~*~*~ (outnumbered).
 17135 | D:11     | 17135 ||| Stepping ~*~*~tactically~*~*~ (outnumbered).
 17137 | D:11     | 17137 ||| Stepping ~*~*~tactically~*~*~ (outnumbered).
 17139 | D:11     | 17139 ||| Stepping ~*~*~tactically~*~*~ (outnumbered).
 17141 | D:11     | 17141 ||| Stepping ~*~*~tactically~*~*~ (outnumbered).
 17143 | D:11     | 17143 ||| Stepping ~*~*~tactically~*~*~ (outnumbered).
 17145 | D:11     | 17145 ||| Stepping ~*~*~tactically~*~*~ (outnumbered).
 17147 | D:11     | 17147 ||| Stepping ~*~*~tactically~*~*~ (outnumbered).
 17149 | D:11     | 17149 ||| Stepping ~*~*~tactically~*~*~ (outnumbered).
 17151 | D:11     | 17151 ||| Stepping ~*~*~tactically~*~*~ (outnumbered).
 17153 | D:11     | 17153 ||| Stepping ~*~*~tactically~*~*~ (outnumbered).
 17155 | D:11     | 17155 ||| Stepping ~*~*~tactically~*~*~ (outnumbered).
 17157 | D:11     | 17157 ||| Stepping ~*~*~tactically~*~*~ (outnumbered).
 17159 | D:11     | 17159 ||| Stepping ~*~*~tactically~*~*~ (outnumbered).
 17161 | D:11     | 17161 ||| Stepping ~*~*~tactically~*~*~ (outnumbered).
 17163 | D:11     | 17163 ||| Stepping ~*~*~tactically~*~*~ (outnumbered).
 17165 | D:11     | 17165 ||| Stepping ~*~*~tactically~*~*~ (outnumbered).
 17167 | D:11     | 17167 ||| Stepping ~*~*~tactically~*~*~ (outnumbered).
 17169 | D:11     | 17169 ||| Stepping ~*~*~tactically~*~*~ (outnumbered).
 17171 | D:11     | 17171 ||| Stepping ~*~*~tactically~*~*~ (outnumbered).
 17173 | D:11     | 17173 ||| Stepping ~*~*~tactically~*~*~ (outnumbered).
 17175 | D:11     | 17175 ||| Stepping ~*~*~tactically~*~*~ (outnumbered).
 17177 | D:11     | 17177 ||| Stepping ~*~*~tactically~*~*~ (outnumbered).
 17179 | D:11     | 17179 ||| Stepping ~*~*~tactically~*~*~ (outnumbered).
 17181 | D:11     | 17181 ||| Stepping ~*~*~tactically~*~*~ (outnumbered).
 17183 | D:11     | 17183 ||| Stepping ~*~*~tactically~*~*~ (outnumbered).
 17185 | D:11     | 17185 ||| Stepping ~*~*~tactically~*~*~ (outnumbered).
 17187 | D:11     | 17187 ||| Stepping ~*~*~tactically~*~*~ (outnumbered).
 17189 | D:11     | 17189 ||| Stepping ~*~*~tactically~*~*~ (outnumbered).
 17191 | D:11     | 17191 ||| Stepping ~*~*~tactically~*~*~ (outnumbered).
 17193 | D:11     | 17193 ||| Stepping ~*~*~tactically~*~*~ (outnumbered).
 17195 | D:11     | 17195 ||| Stepping ~*~*~tactically~*~*~ (outnumbered).
 17197 | D:11     | 17197 ||| Stepping ~*~*~tactically~*~*~ (outnumbered).
 17199 | D:11     | 17199 ||| Stepping ~*~*~tactically~*~*~ (outnumbered).
 17201 | D:11     | 17201 ||| Stepping ~*~*~tactically~*~*~ (outnumbered).
 17203 | D:11     | 17203 ||| Stepping ~*~*~tactically~*~*~ (outnumbered).
 17205 | D:11     | 17205 ||| Stepping ~*~*~tactically~*~*~ (outnumbered).
 17207 | D:11     | 17207 ||| Stepping ~*~*~tactically~*~*~ (outnumbered).
 17209 | D:11     | 17209 ||| Stepping ~*~*~tactically~*~*~ (outnumbered).
 17211 | D:11     | 17211 ||| Stepping ~*~*~tactically~*~*~ (outnumbered).
 17213 | D:11     | 17213 ||| Stepping ~*~*~tactically~*~*~ (outnumbered).
 17215 | D:11     | 17215 ||| Stepping ~*~*~tactically~*~*~ (outnumbered).
 17217 | D:11     | 17217 ||| Stepping ~*~*~tactically~*~*~ (outnumbered).
 17219 | D:11     | 17219 ||| Stepping ~*~*~tactically~*~*~ (outnumbered).
 17221 | D:11     | 17221 ||| Stepping ~*~*~tactically~*~*~ (outnumbered).
 17223 | D:11     | 17223 ||| Stepping ~*~*~tactically~*~*~ (outnumbered).
 17225 | D:11     | 17225 ||| Stepping ~*~*~tactically~*~*~ (outnumbered).
 17227 | D:11     | 17227 ||| Stepping ~*~*~tactically~*~*~ (outnumbered).
 17229 | D:11     | 17229 ||| Stepping ~*~*~tactically~*~*~ (outnumbered).
 17231 | D:11     | 17231 ||| Stepping ~*~*~tactically~*~*~ (outnumbered).
 17233 | D:11     | 17233 ||| Stepping ~*~*~tactically~*~*~ (outnumbered).
 17235 | D:11     | 17235 ||| Stepping ~*~*~tactically~*~*~ (outnumbered).
 17237 | D:11     | 17237 ||| Stepping ~*~*~tactically~*~*~ (outnumbered).
 17239 | D:11     | 17239 ||| Stepping ~*~*~tactically~*~*~ (outnumbered).
 17241 | D:11     | 17241 ||| Stepping ~*~*~tactically~*~*~ (outnumbered).
 17243 | D:11     | 17243 ||| Stepping ~*~*~tactically~*~*~ (outnumbered).
 17245 | D:11     | 17245 ||| Stepping ~*~*~tactically~*~*~ (outnumbered).
 17247 | D:11     | 17247 ||| Stepping ~*~*~tactically~*~*~ (outnumbered).
 17249 | D:11     | 17249 ||| Stepping ~*~*~tactically~*~*~ (outnumbered).
 17251 | D:11     | 17251 ||| Stepping ~*~*~tactically~*~*~ (outnumbered).
 17253 | D:11     | 17253 ||| Stepping ~*~*~tactically~*~*~ (outnumbered).
 17255 | D:11     | 17255 ||| Stepping ~*~*~tactically~*~*~ (outnumbered).
 17257 | D:11     | 17257 ||| Stepping ~*~*~tactically~*~*~ (outnumbered).
 17259 | D:11     | 17259 ||| Stepping ~*~*~tactically~*~*~ (outnumbered).
 17261 | D:11     | 17261 ||| Stepping ~*~*~tactically~*~*~ (outnumbered).
 17263 | D:11     | 17263 ||| Stepping ~*~*~tactically~*~*~ (outnumbered).
 17265 | D:11     | 17265 ||| Stepping ~*~*~tactically~*~*~ (outnumbered).
 17267 | D:11     | 17267 ||| Stepping ~*~*~tactically~*~*~ (outnumbered).
 17269 | D:11     | 17269 ||| Stepping ~*~*~tactically~*~*~ (outnumbered).
 17271 | D:11     | 17271 ||| Stepping ~*~*~tactically~*~*~ (outnumbered).
 17273 | D:11     | 17273 ||| Stepping ~*~*~tactically~*~*~ (outnumbered).
 17275 | D:11     | 17275 ||| Stepping ~*~*~tactically~*~*~ (outnumbered).
 17277 | D:11     | 17277 ||| Stepping ~*~*~tactically~*~*~ (outnumbered).
 17279 | D:11     | 17279 ||| Stepping ~*~*~tactically~*~*~ (outnumbered).
 17281 | D:11     | 17281 ||| Stepping ~*~*~tactically~*~*~ (outnumbered).
 17283 | D:11     | 17283 ||| Stepping ~*~*~tactically~*~*~ (outnumbered).
 17285 | D:11     | 17285 ||| Stepping ~*~*~tactically~*~*~ (outnumbered).
 17287 | D:11     | 17287 ||| Stepping ~*~*~tactically~*~*~ (outnumbered).
 17289 | D:11     | 17289 ||| Stepping ~*~*~tactically~*~*~ (outnumbered).
 17291 | D:11     | 17291 ||| Stepping ~*~*~tactically~*~*~ (outnumbered).
 17293 | D:11     | 17293 ||| Stepping ~*~*~tactically~*~*~ (outnumbered).
 17295 | D:11     | 17295 ||| Stepping ~*~*~tactically~*~*~ (outnumbered).
 17297 | D:11     | 17297 ||| Stepping ~*~*~tactically~*~*~ (outnumbered).
 17299 | D:11     | 17299 ||| Stepping ~*~*~tactically~*~*~ (outnumbered).
 17301 | D:11     | 17301 ||| Stepping ~*~*~tactically~*~*~ (outnumbered).
 17303 | D:11     | 17303 ||| Stepping ~*~*~tactically~*~*~ (outnumbered).
 17305 | D:11     | 17305 ||| Stepping ~*~*~tactically~*~*~ (outnumbered).
 17307 | D:11     | 17307 ||| Stepping ~*~*~tactically~*~*~ (outnumbered).
 17309 | D:11     | 17309 ||| Stepping ~*~*~tactically~*~*~ (outnumbered).
 17311 | D:11     | 17311 ||| Stepping ~*~*~tactically~*~*~ (outnumbered).
 17313 | D:11     | 17313 ||| Stepping ~*~*~tactically~*~*~ (outnumbered).
 17315 | D:11     | 17315 ||| Stepping ~*~*~tactically~*~*~ (outnumbered).
 17317 | D:11     | 17317 ||| Stepping ~*~*~tactically~*~*~ (outnumbered).
 17319 | D:11     | 17319 ||| Stepping ~*~*~tactically~*~*~ (outnumbered).
 17321 | D:11     | 17321 ||| Stepping ~*~*~tactically~*~*~ (outnumbered).
 17323 | D:11     | 17323 ||| Stepping ~*~*~tactically~*~*~ (outnumbered).
 17325 | D:11     | 17325 ||| Stepping ~*~*~tactically~*~*~ (outnumbered).
 17327 | D:11     | 17327 ||| Stepping ~*~*~tactically~*~*~ (outnumbered).
 17329 | D:11     | 17329 ||| Stepping ~*~*~tactically~*~*~ (outnumbered).
 17331 | D:11     | 17331 ||| Stepping ~*~*~tactically~*~*~ (outnumbered).
 17333 | D:11     | 17333 ||| Stepping ~*~*~tactically~*~*~ (outnumbered).
 17335 | D:11     | 17335 ||| Stepping ~*~*~tactically~*~*~ (outnumbered).
 17337 | D:11     | 17337 ||| Stepping ~*~*~tactically~*~*~ (outnumbered).
 17339 | D:11     | 17339 ||| Stepping ~*~*~tactically~*~*~ (outnumbered).
 17341 | D:11     | 17341 ||| Stepping ~*~*~tactically~*~*~ (outnumbered).
 17343 | D:11     | 17343 ||| Stepping ~*~*~tactically~*~*~ (outnumbered).
 17345 | D:11     | 17345 ||| Stepping ~*~*~tactically~*~*~ (outnumbered).
 17347 | D:11     | 17347 ||| Stepping ~*~*~tactically~*~*~ (outnumbered).
 17349 | D:11     | 17349 ||| Stepping ~*~*~tactically~*~*~ (outnumbered).
 17351 | D:11     | 17351 ||| Stepping ~*~*~tactically~*~*~ (outnumbered).
 17353 | D:11     | 17353 ||| Stepping ~*~*~tactically~*~*~ (outnumbered).
 17355 | D:11     | 17355 ||| Stepping ~*~*~tactically~*~*~ (outnumbered).
 17357 | D:11     | 17357 ||| Stepping ~*~*~tactically~*~*~ (outnumbered).
 17359 | D:11     | 17359 ||| Stepping ~*~*~tactically~*~*~ (outnumbered).
 17361 | D:11     | 17361 ||| Stepping ~*~*~tactically~*~*~ (outnumbered).
 17363 | D:11     | 17363 ||| Stepping ~*~*~tactically~*~*~ (outnumbered).
 17365 | D:11     | 17365 ||| Stepping ~*~*~tactically~*~*~ (outnumbered).
 17367 | D:11     | 17367 ||| Stepping ~*~*~tactically~*~*~ (outnumbered).
 17369 | D:11     | 17369 ||| Stepping ~*~*~tactically~*~*~ (outnumbered).
 17371 | D:11     | 17371 ||| Stepping ~*~*~tactically~*~*~ (outnumbered).
 17373 | D:11     | 17373 ||| Stepping ~*~*~tactically~*~*~ (outnumbered).
 17375 | D:11     | 17375 ||| Stepping ~*~*~tactically~*~*~ (outnumbered).
 17377 | D:11     | 17377 ||| Stepping ~*~*~tactically~*~*~ (outnumbered).
 17379 | D:11     | 17379 ||| Stepping ~*~*~tactically~*~*~ (outnumbered).
 17381 | D:11     | 17381 ||| Stepping ~*~*~tactically~*~*~ (outnumbered).
 17383 | D:11     | 17383 ||| Stepping ~*~*~tactically~*~*~ (outnumbered).
 17385 | D:11     | 17385 ||| Stepping ~*~*~tactically~*~*~ (outnumbered).
 17387 | D:11     | 17387 ||| Stepping ~*~*~tactically~*~*~ (outnumbered).
 17389 | D:11     | 17389 ||| Stepping ~*~*~tactically~*~*~ (outnumbered).
 17391 | D:11     | 17391 ||| Stepping ~*~*~tactically~*~*~ (outnumbered).
 17393 | D:11     | 17393 ||| Stepping ~*~*~tactically~*~*~ (outnumbered).
 17395 | D:11     | 17395 ||| Stepping ~*~*~tactically~*~*~ (outnumbered).
 17397 | D:11     | 17397 ||| Stepping ~*~*~tactically~*~*~ (outnumbered).
 17399 | D:11     | 17399 ||| Stepping ~*~*~tactically~*~*~ (outnumbered).
 17401 | D:11     | 17401 ||| Stepping ~*~*~tactically~*~*~ (outnumbered).
 17403 | D:11     | 17403 ||| Stepping ~*~*~tactically~*~*~ (outnumbered).
 17405 | D:11     | 17405 ||| Stepping ~*~*~tactically~*~*~ (outnumbered).
 17407 | D:11     | 17407 ||| Stepping ~*~*~tactically~*~*~ (outnumbered).
 17409 | D:11     | 17409 ||| Stepping ~*~*~tactically~*~*~ (outnumbered).
 17411 | D:11     | 17411 ||| Stepping ~*~*~tactically~*~*~ (outnumbered).
 17413 | D:11     | 17413 ||| Stepping ~*~*~tactically~*~*~ (outnumbered).
 17415 | D:11     | 17415 ||| Stepping ~*~*~tactically~*~*~ (outnumbered).
 17417 | D:11     | 17417 ||| Stepping ~*~*~tactically~*~*~ (outnumbered).
 17419 | D:11     | 17419 ||| Stepping ~*~*~tactically~*~*~ (outnumbered).
 17421 | D:11     | 17421 ||| Stepping ~*~*~tactically~*~*~ (outnumbered).
 17423 | D:11     | 17423 ||| Stepping ~*~*~tactically~*~*~ (outnumbered).
 17425 | D:11     | 17425 ||| Stepping ~*~*~tactically~*~*~ (outnumbered).
 17427 | D:11     | 17427 ||| Stepping ~*~*~tactically~*~*~ (outnumbered).
 17429 | D:11     | 17429 ||| Stepping ~*~*~tactically~*~*~ (outnumbered).
 17431 | D:11     | 17431 ||| Stepping ~*~*~tactically~*~*~ (outnumbered).
 17433 | D:11     | 17433 ||| Stepping ~*~*~tactically~*~*~ (outnumbered).
 17435 | D:11     | 17435 ||| Stepping ~*~*~tactically~*~*~ (outnumbered).
 17437 | D:11     | 17437 ||| Stepping ~*~*~tactically~*~*~ (outnumbered).
 17439 | D:11     | 17439 ||| Stepping ~*~*~tactically~*~*~ (outnumbered).
 17441 | D:11     | 17441 ||| Stepping ~*~*~tactically~*~*~ (outnumbered).
 17443 | D:11     | 17443 ||| Stepping ~*~*~tactically~*~*~ (outnumbered).
 17445 | D:11     | 17445 ||| Stepping ~*~*~tactically~*~*~ (outnumbered).
 17447 | D:11     | 17447 ||| Stepping ~*~*~tactically~*~*~ (outnumbered).
 17449 | D:11     | 17449 ||| Stepping ~*~*~tactically~*~*~ (outnumbered).
 17451 | D:11     | 17451 ||| Stepping ~*~*~tactically~*~*~ (outnumbered).
 17453 | D:11     | 17453 ||| Stepping ~*~*~tactically~*~*~ (outnumbered).
 17455 | D:11     | 17455 ||| Stepping ~*~*~tactically~*~*~ (outnumbered).
 17457 | D:11     | 17457 ||| Stepping ~*~*~tactically~*~*~ (outnumbered).
 17459 | D:11     | 17459 ||| Stepping ~*~*~tactically~*~*~ (outnumbered).
 17461 | D:11     | 17461 ||| Stepping ~*~*~tactically~*~*~ (outnumbered).
 17463 | D:11     | 17463 ||| Stepping ~*~*~tactically~*~*~ (outnumbered).
 17465 | D:11     | 17465 ||| Stepping ~*~*~tactically~*~*~ (outnumbered).
 17467 | D:11     | 17467 ||| Stepping ~*~*~tactically~*~*~ (outnumbered).
 17469 | D:11     | 17469 ||| Stepping ~*~*~tactically~*~*~ (outnumbered).
 17471 | D:11     | 17471 ||| Stepping ~*~*~tactically~*~*~ (outnumbered).
 17473 | D:11     | 17473 ||| Stepping ~*~*~tactically~*~*~ (outnumbered).
 17475 | D:11     | 17475 ||| Stepping ~*~*~tactically~*~*~ (outnumbered).
 17477 | D:11     | 17477 ||| Stepping ~*~*~tactically~*~*~ (outnumbered).
 17479 | D:11     | 17479 ||| Stepping ~*~*~tactically~*~*~ (outnumbered).
 17481 | D:11     | 17481 ||| Stepping ~*~*~tactically~*~*~ (outnumbered).
 17483 | D:11     | 17483 ||| Stepping ~*~*~tactically~*~*~ (outnumbered).
 17485 | D:11     | 17485 ||| Stepping ~*~*~tactically~*~*~ (outnumbered).
 17487 | D:11     | 17487 ||| Stepping ~*~*~tactically~*~*~ (outnumbered).
 17489 | D:11     | 17489 ||| Stepping ~*~*~tactically~*~*~ (outnumbered).
 17491 | D:11     | 17491 ||| Stepping ~*~*~tactically~*~*~ (outnumbered).
 17493 | D:11     | 17493 ||| Stepping ~*~*~tactically~*~*~ (outnumbered).
 17495 | D:11     | 17495 ||| Stepping ~*~*~tactically~*~*~ (outnumbered).
 17497 | D:11     | 17497 ||| Stepping ~*~*~tactically~*~*~ (outnumbered).
 17499 | D:11     | 17499 ||| Stepping ~*~*~tactically~*~*~ (outnumbered).
 17501 | D:11     | 17501 ||| Stepping ~*~*~tactically~*~*~ (outnumbered).
 17503 | D:11     | 17503 ||| Stepping ~*~*~tactically~*~*~ (outnumbered).
 17505 | D:11     | 17505 ||| Stepping ~*~*~tactically~*~*~ (outnumbered).
 17507 | D:11     | 17507 ||| Stepping ~*~*~tactically~*~*~ (outnumbered).
 17509 | D:11     | 17509 ||| Stepping ~*~*~tactically~*~*~ (outnumbered).
 17511 | D:11     | 17511 ||| Stepping ~*~*~tactically~*~*~ (outnumbered).
 17513 | D:11     | 17513 ||| Stepping ~*~*~tactically~*~*~ (outnumbered).
 17515 | D:11     | 17515 ||| Stepping ~*~*~tactically~*~*~ (outnumbered).
 17517 | D:11     | 17517 ||| Stepping ~*~*~tactically~*~*~ (outnumbered).
 17519 | D:11     | 17519 ||| Stepping ~*~*~tactically~*~*~ (outnumbered).
 17521 | D:11     | 17521 ||| Stepping ~*~*~tactically~*~*~ (outnumbered).
 17523 | D:11     | 17523 ||| Stepping ~*~*~tactically~*~*~ (outnumbered).
 17525 | D:11     | 17525 ||| Stepping ~*~*~tactically~*~*~ (outnumbered).
 17527 | D:11     | 17527 ||| Stepping ~*~*~tactically~*~*~ (outnumbered).
 17529 | D:11     | 17529 ||| Stepping ~*~*~tactically~*~*~ (outnumbered).
 17531 | D:11     | 17531 ||| Stepping ~*~*~tactically~*~*~ (outnumbered).
 17533 | D:11     | 17533 ||| Stepping ~*~*~tactically~*~*~ (outnumbered).
 17535 | D:11     | 17535 ||| Stepping ~*~*~tactically~*~*~ (outnumbered).
 17537 | D:11     | 17537 ||| Stepping ~*~*~tactically~*~*~ (outnumbered).
 17539 | D:11     | 17539 ||| Stepping ~*~*~tactically~*~*~ (outnumbered).
 17541 | D:11     | 17541 ||| Stepping ~*~*~tactically~*~*~ (outnumbered).
 17543 | D:11     | 17543 ||| Stepping ~*~*~tactically~*~*~ (outnumbered).
 17545 | D:11     | 17545 ||| Stepping ~*~*~tactically~*~*~ (outnumbered).
 17547 | D:11     | 17547 ||| Stepping ~*~*~tactically~*~*~ (outnumbered).
 17549 | D:11     | 17549 ||| Stepping ~*~*~tactically~*~*~ (outnumbered).
 17551 | D:11     | 17551 ||| Stepping ~*~*~tactically~*~*~ (outnumbered).
 17553 | D:11     | 17553 ||| Stepping ~*~*~tactically~*~*~ (outnumbered).
 17555 | D:11     | 17555 ||| Stepping ~*~*~tactically~*~*~ (outnumbered).
 17557 | D:11     | 17557 ||| Stepping ~*~*~tactically~*~*~ (outnumbered).
 17559 | D:11     | 17559 ||| Stepping ~*~*~tactically~*~*~ (outnumbered).
 17561 | D:11     | 17561 ||| Stepping ~*~*~tactically~*~*~ (outnumbered).
 17563 | D:11     | 17563 ||| Stepping ~*~*~tactically~*~*~ (outnumbered).
 17565 | D:11     | 17565 ||| Stepping ~*~*~tactically~*~*~ (outnumbered).
 17567 | D:11     | 17567 ||| Stepping ~*~*~tactically~*~*~ (outnumbered).
 17569 | D:11     | 17569 ||| Stepping ~*~*~tactically~*~*~ (outnumbered).
 17571 | D:11     | 17571 ||| Stepping ~*~*~tactically~*~*~ (outnumbered).
 17573 | D:11     | 17573 ||| Stepping ~*~*~tactically~*~*~ (outnumbered).
 17575 | D:11     | 17575 ||| Stepping ~*~*~tactically~*~*~ (outnumbered).
 17577 | D:11     | 17577 ||| Stepping ~*~*~tactically~*~*~ (outnumbered).
 17579 | D:11     | 17579 ||| Stepping ~*~*~tactically~*~*~ (outnumbered).
 17581 | D:11     | 17581 ||| Stepping ~*~*~tactically~*~*~ (outnumbered).
 17583 | D:11     | 17583 ||| Stepping ~*~*~tactically~*~*~ (outnumbered).
 17585 | D:11     | 17585 ||| Stepping ~*~*~tactically~*~*~ (outnumbered).
 17587 | D:11     | 17587 ||| Stepping ~*~*~tactically~*~*~ (outnumbered).
 17589 | D:11     | 17589 ||| Stepping ~*~*~tactically~*~*~ (outnumbered).
 17591 | D:11     | 17591 ||| Stepping ~*~*~tactically~*~*~ (outnumbered).
 17593 | D:11     | 17593 ||| Stepping ~*~*~tactically~*~*~ (outnumbered).
 17595 | D:11     | 17595 ||| Stepping ~*~*~tactically~*~*~ (outnumbered).
 17597 | D:11     | 17597 ||| Stepping ~*~*~tactically~*~*~ (outnumbered).
 17599 | D:11     | 17599 ||| Stepping ~*~*~tactically~*~*~ (outnumbered).
 17601 | D:11     | 17601 ||| Stepping ~*~*~tactically~*~*~ (outnumbered).
 17603 | D:11     | 17603 ||| Stepping ~*~*~tactically~*~*~ (outnumbered).
 17605 | D:11     | 17605 ||| Stepping ~*~*~tactically~*~*~ (outnumbered).
 17607 | D:11     | 17607 ||| Stepping ~*~*~tactically~*~*~ (outnumbered).
 17609 | D:11     | 17609 ||| Stepping ~*~*~tactically~*~*~ (outnumbered).
 17611 | D:11     | 17611 ||| Stepping ~*~*~tactically~*~*~ (outnumbered).
 17613 | D:11     | 17613 ||| Stepping ~*~*~tactically~*~*~ (outnumbered).
 17615 | D:11     | 17615 ||| Stepping ~*~*~tactically~*~*~ (outnumbered).
 17617 | D:11     | 17617 ||| Stepping ~*~*~tactically~*~*~ (outnumbered).
 17619 | D:11     | 17619 ||| Stepping ~*~*~tactically~*~*~ (outnumbered).
 17621 | D:11     | 17621 ||| Stepping ~*~*~tactically~*~*~ (outnumbered).
 17623 | D:11     | 17623 ||| Stepping ~*~*~tactically~*~*~ (outnumbered).
 17625 | D:11     | 17625 ||| Stepping ~*~*~tactically~*~*~ (outnumbered).
 17627 | D:11     | 17627 ||| Stepping ~*~*~tactically~*~*~ (outnumbered).
 17629 | D:11     | 17629 ||| Stepping ~*~*~tactically~*~*~ (outnumbered).
 17631 | D:11     | 17631 ||| Stepping ~*~*~tactically~*~*~ (outnumbered).
 17633 | D:11     | 17633 ||| Stepping ~*~*~tactically~*~*~ (outnumbered).
 17635 | D:11     | 17635 ||| Stepping ~*~*~tactically~*~*~ (outnumbered).
 17637 | D:11     | 17637 ||| Stepping ~*~*~tactically~*~*~ (outnumbered).
 17639 | D:11     | 17639 ||| Stepping ~*~*~tactically~*~*~ (outnumbered).
 17641 | D:11     | 17641 ||| Stepping ~*~*~tactically~*~*~ (outnumbered).
 17643 | D:11     | 17643 ||| Stepping ~*~*~tactically~*~*~ (outnumbered).
 17645 | D:11     | 17645 ||| Stepping ~*~*~tactically~*~*~ (outnumbered).
 17647 | D:11     | 17647 ||| Stepping ~*~*~tactically~*~*~ (outnumbered).
 17649 | D:11     | 17649 ||| Stepping ~*~*~tactically~*~*~ (outnumbered).
 17651 | D:11     | 17651 ||| Stepping ~*~*~tactically~*~*~ (outnumbered).
 17653 | D:11     | 17653 ||| Stepping ~*~*~tactically~*~*~ (outnumbered).
 17655 | D:11     | 17655 ||| Stepping ~*~*~tactically~*~*~ (outnumbered).
 17657 | D:11     | 17657 ||| Stepping ~*~*~tactically~*~*~ (outnumbered).
 17659 | D:11     | 17659 ||| Stepping ~*~*~tactically~*~*~ (outnumbered).
 17661 | D:11     | 17661 ||| Stepping ~*~*~tactically~*~*~ (outnumbered).
 17663 | D:11     | 17663 ||| Stepping ~*~*~tactically~*~*~ (outnumbered).
 17665 | D:11     | 17665 ||| Stepping ~*~*~tactically~*~*~ (outnumbered).
 17667 | D:11     | 17667 ||| Stepping ~*~*~tactically~*~*~ (outnumbered).
 17669 | D:11     | 17669 ||| Stepping ~*~*~tactically~*~*~ (outnumbered).
 17671 | D:11     | 17671 ||| Stepping ~*~*~tactically~*~*~ (outnumbered).
 17673 | D:11     | 17673 ||| Stepping ~*~*~tactically~*~*~ (outnumbered).
 17675 | D:11     | 17675 ||| Stepping ~*~*~tactically~*~*~ (outnumbered).
 17677 | D:11     | 17677 ||| Stepping ~*~*~tactically~*~*~ (outnumbered).
 17679 | D:11     | 17679 ||| Stepping ~*~*~tactically~*~*~ (outnumbered).
 17681 | D:11     | 17681 ||| Stepping ~*~*~tactically~*~*~ (outnumbered).
 17683 | D:11     | 17683 ||| Stepping ~*~*~tactically~*~*~ (outnumbered).
 17685 | D:11     | 17685 ||| Stepping ~*~*~tactically~*~*~ (outnumbered).
 17687 | D:11     | 17687 ||| Stepping ~*~*~tactically~*~*~ (outnumbered).
 17689 | D:11     | 17689 ||| Stepping ~*~*~tactically~*~*~ (outnumbered).
 17691 | D:11     | 17691 ||| Stepping ~*~*~tactically~*~*~ (outnumbered).
 17693 | D:11     | 17693 ||| Stepping ~*~*~tactically~*~*~ (outnumbered).
 17695 | D:11     | 17695 ||| Stepping ~*~*~tactically~*~*~ (outnumbered).
 17697 | D:11     | 17697 ||| Stepping ~*~*~tactically~*~*~ (outnumbered).
 17699 | D:11     | 17699 ||| Stepping ~*~*~tactically~*~*~ (outnumbered).
 17701 | D:11     | 17701 ||| Stepping ~*~*~tactically~*~*~ (outnumbered).
 17703 | D:11     | 17703 ||| Stepping ~*~*~tactically~*~*~ (outnumbered).
 17705 | D:11     | 17705 ||| Stepping ~*~*~tactically~*~*~ (outnumbered).
 17707 | D:11     | 17707 ||| Stepping ~*~*~tactically~*~*~ (outnumbered).
 17709 | D:11     | 17709 ||| Stepping ~*~*~tactically~*~*~ (outnumbered).
 17711 | D:11     | 17711 ||| Stepping ~*~*~tactically~*~*~ (outnumbered).
 17713 | D:11     | 17713 ||| Stepping ~*~*~tactically~*~*~ (outnumbered).
 17715 | D:11     | 17715 ||| Stepping ~*~*~tactically~*~*~ (outnumbered).
 17717 | D:11     | 17717 ||| Stepping ~*~*~tactically~*~*~ (outnumbered).
 17719 | D:11     | 17719 ||| Stepping ~*~*~tactically~*~*~ (outnumbered).
 17721 | D:11     | 17721 ||| Stepping ~*~*~tactically~*~*~ (outnumbered).
 17723 | D:11     | 17723 ||| Stepping ~*~*~tactically~*~*~ (outnumbered).
 17725 | D:11     | 17725 ||| Stepping ~*~*~tactically~*~*~ (outnumbered).
 17727 | D:11     | 17727 ||| Stepping ~*~*~tactically~*~*~ (outnumbered).
 17729 | D:11     | 17729 ||| Stepping ~*~*~tactically~*~*~ (outnumbered).
 17731 | D:11     | 17731 ||| Stepping ~*~*~tactically~*~*~ (outnumbered).
 17733 | D:11     | 17733 ||| Stepping ~*~*~tactically~*~*~ (outnumbered).
 17735 | D:11     | 17735 ||| Stepping ~*~*~tactically~*~*~ (outnumbered).
 17737 | D:11     | 17737 ||| Stepping ~*~*~tactically~*~*~ (outnumbered).
 17739 | D:11     | 17739 ||| Stepping ~*~*~tactically~*~*~ (outnumbered).
 17741 | D:11     | 17741 ||| Stepping ~*~*~tactically~*~*~ (outnumbered).
 17743 | D:11     | 17743 ||| Stepping ~*~*~tactically~*~*~ (outnumbered).
 17745 | D:11     | 17745 ||| Stepping ~*~*~tactically~*~*~ (outnumbered).
 17747 | D:11     | 17747 ||| Stepping ~*~*~tactically~*~*~ (outnumbered).
 17749 | D:11     | 17749 ||| Stepping ~*~*~tactically~*~*~ (outnumbered).
 17751 | D:11     | 17751 ||| Stepping ~*~*~tactically~*~*~ (outnumbered).
 17753 | D:11     | 17753 ||| Stepping ~*~*~tactically~*~*~ (outnumbered).
 17755 | D:11     | 17755 ||| Stepping ~*~*~tactically~*~*~ (outnumbered).
 17757 | D:11     | 17757 ||| Stepping ~*~*~tactically~*~*~ (outnumbered).
 17759 | D:11     | 17759 ||| Stepping ~*~*~tactically~*~*~ (outnumbered).
 17761 | D:11     | 17761 ||| Stepping ~*~*~tactically~*~*~ (outnumbered).
 17763 | D:11     | 17763 ||| Stepping ~*~*~tactically~*~*~ (outnumbered).
 17765 | D:11     | 17765 ||| Stepping ~*~*~tactically~*~*~ (outnumbered).
 17767 | D:11     | 17767 ||| Stepping ~*~*~tactically~*~*~ (outnumbered).
 17769 | D:11     | 17769 ||| Stepping ~*~*~tactically~*~*~ (outnumbered).
 17771 | D:11     | 17771 ||| Stepping ~*~*~tactically~*~*~ (outnumbered).
 17773 | D:11     | 17773 ||| Stepping ~*~*~tactically~*~*~ (outnumbered).
 17775 | D:11     | 17775 ||| Stepping ~*~*~tactically~*~*~ (outnumbered).
 17777 | D:11     | 17777 ||| Stepping ~*~*~tactically~*~*~ (outnumbered).
 17779 | D:11     | 17779 ||| Stepping ~*~*~tactically~*~*~ (outnumbered).
 17781 | D:11     | 17781 ||| Stepping ~*~*~tactically~*~*~ (outnumbered).
 17783 | D:11     | 17783 ||| Stepping ~*~*~tactically~*~*~ (outnumbered).
 17785 | D:11     | 17785 ||| Stepping ~*~*~tactically~*~*~ (outnumbered).
 17787 | D:11     | 17787 ||| Stepping ~*~*~tactically~*~*~ (outnumbered).
 17789 | D:11     | 17789 ||| Stepping ~*~*~tactically~*~*~ (outnumbered).
 17791 | D:11     | 17791 ||| Stepping ~*~*~tactically~*~*~ (outnumbered).
 17793 | D:11     | 17793 ||| Stepping ~*~*~tactically~*~*~ (outnumbered).
 17795 | D:11     | 17795 ||| Stepping ~*~*~tactically~*~*~ (outnumbered).
 17797 | D:11     | 17797 ||| Stepping ~*~*~tactically~*~*~ (outnumbered).
 17799 | D:11     | 17799 ||| Stepping ~*~*~tactically~*~*~ (outnumbered).
 17801 | D:11     | 17801 ||| Stepping ~*~*~tactically~*~*~ (outnumbered).
 17803 | D:11     | 17803 ||| Stepping ~*~*~tactically~*~*~ (outnumbered).
 17805 | D:11     | 17805 ||| Stepping ~*~*~tactically~*~*~ (outnumbered).
 17807 | D:11     | 17807 ||| Stepping ~*~*~tactically~*~*~ (outnumbered).
 17809 | D:11     | 17809 ||| Stepping ~*~*~tactically~*~*~ (outnumbered).
 17811 | D:11     | 17811 ||| Stepping ~*~*~tactically~*~*~ (outnumbered).
 17813 | D:11     | 17813 ||| Stepping ~*~*~tactically~*~*~ (outnumbered).
 17815 | D:11     | 17815 ||| Stepping ~*~*~tactically~*~*~ (outnumbered).
 17817 | D:11     | 17817 ||| Stepping ~*~*~tactically~*~*~ (outnumbered).
 17819 | D:11     | 17819 ||| Stepping ~*~*~tactically~*~*~ (outnumbered).
 17821 | D:11     | 17821 ||| Stepping ~*~*~tactically~*~*~ (outnumbered).
 17823 | D:11     | 17823 ||| Stepping ~*~*~tactically~*~*~ (outnumbered).
 17825 | D:11     | 17825 ||| Stepping ~*~*~tactically~*~*~ (outnumbered).
 17827 | D:11     | 17827 ||| Stepping ~*~*~tactically~*~*~ (outnumbered).
 17829 | D:11     | 17829 ||| Stepping ~*~*~tactically~*~*~ (outnumbered).
 17831 | D:11     | 17831 ||| Stepping ~*~*~tactically~*~*~ (outnumbered).
 17833 | D:11     | 17833 ||| Stepping ~*~*~tactically~*~*~ (outnumbered).
 17835 | D:11     | 17835 ||| Stepping ~*~*~tactically~*~*~ (outnumbered).
 17837 | D:11     | 17837 ||| Stepping ~*~*~tactically~*~*~ (outnumbered).
 17839 | D:11     | 17839 ||| Stepping ~*~*~tactically~*~*~ (outnumbered).
 17841 | D:11     | 17841 ||| Stepping ~*~*~tactically~*~*~ (outnumbered).
 17843 | D:11     | 17843 ||| Stepping ~*~*~tactically~*~*~ (outnumbered).
 17845 | D:11     | 17845 ||| Stepping ~*~*~tactically~*~*~ (outnumbered).
 17847 | D:11     | 17847 ||| Stepping ~*~*~tactically~*~*~ (outnumbered).
 17849 | D:11     | 17849 ||| Stepping ~*~*~tactically~*~*~ (outnumbered).
 17851 | D:11     | 17851 ||| Stepping ~*~*~tactically~*~*~ (outnumbered).
 17853 | D:11     | 17853 ||| Stepping ~*~*~tactically~*~*~ (outnumbered).
 17855 | D:11     | 17855 ||| Stepping ~*~*~tactically~*~*~ (outnumbered).
 17857 | D:11     | 17857 ||| Stepping ~*~*~tactically~*~*~ (outnumbered).
 17859 | D:11     | 17859 ||| Stepping ~*~*~tactically~*~*~ (outnumbered).
 17861 | D:11     | 17861 ||| Stepping ~*~*~tactically~*~*~ (outnumbered).
 17863 | D:11     | 17863 ||| Stepping ~*~*~tactically~*~*~ (outnumbered).
 17865 | D:11     | 17865 ||| Stepping ~*~*~tactically~*~*~ (outnumbered).
 17867 | D:11     | 17867 ||| Stepping ~*~*~tactically~*~*~ (outnumbered).
 17869 | D:11     | 17869 ||| Stepping ~*~*~tactically~*~*~ (outnumbered).
 17871 | D:11     | 17871 ||| Stepping ~*~*~tactically~*~*~ (outnumbered).
 17873 | D:11     | 17873 ||| Stepping ~*~*~tactically~*~*~ (outnumbered).
 17875 | D:11     | 17875 ||| Stepping ~*~*~tactically~*~*~ (outnumbered).
 17877 | D:11     | 17877 ||| Stepping ~*~*~tactically~*~*~ (outnumbered).
 17879 | D:11     | 17879 ||| Stepping ~*~*~tactically~*~*~ (outnumbered).
 17881 | D:11     | 17881 ||| Stepping ~*~*~tactically~*~*~ (outnumbered).
 17883 | D:11     | 17883 ||| Stepping ~*~*~tactically~*~*~ (outnumbered).
 17885 | D:11     | 17885 ||| Stepping ~*~*~tactically~*~*~ (outnumbered).
 17887 | D:11     | 17887 ||| Stepping ~*~*~tactically~*~*~ (outnumbered).
 17889 | D:11     | 17889 ||| Stepping ~*~*~tactically~*~*~ (outnumbered).
 17891 | D:11     | 17891 ||| Stepping ~*~*~tactically~*~*~ (outnumbered).
 17893 | D:11     | 17893 ||| Stepping ~*~*~tactically~*~*~ (outnumbered).
 17895 | D:11     | 17895 ||| Stepping ~*~*~tactically~*~*~ (outnumbered).
 17897 | D:11     | 17897 ||| Stepping ~*~*~tactically~*~*~ (outnumbered).
 17899 | D:11     | 17899 ||| Stepping ~*~*~tactically~*~*~ (outnumbered).
 17901 | D:11     | 17901 ||| Stepping ~*~*~tactically~*~*~ (outnumbered).
 17903 | D:11     | 17903 ||| Stepping ~*~*~tactically~*~*~ (outnumbered).
 17905 | D:11     | 17905 ||| Stepping ~*~*~tactically~*~*~ (outnumbered).
 17907 | D:11     | 17907 ||| Stepping ~*~*~tactically~*~*~ (outnumbered).
 17909 | D:11     | 17909 ||| Stepping ~*~*~tactically~*~*~ (outnumbered).
 17911 | D:11     | 17911 ||| Stepping ~*~*~tactically~*~*~ (outnumbered).
 17913 | D:11     | 17913 ||| Stepping ~*~*~tactically~*~*~ (outnumbered).
 17915 | D:11     | 17915 ||| Stepping ~*~*~tactically~*~*~ (outnumbered).
 17917 | D:11     | 17917 ||| Stepping ~*~*~tactically~*~*~ (outnumbered).
 17919 | D:11     | 17919 ||| Stepping ~*~*~tactically~*~*~ (outnumbered).
 17921 | D:11     | 17921 ||| Stepping ~*~*~tactically~*~*~ (outnumbered).
 17923 | D:11     | 17923 ||| Stepping ~*~*~tactically~*~*~ (outnumbered).
 17925 | D:11     | 17925 ||| Stepping ~*~*~tactically~*~*~ (outnumbered).
 17927 | D:11     | 17927 ||| Stepping ~*~*~tactically~*~*~ (outnumbered).
 17929 | D:11     | 17929 ||| Stepping ~*~*~tactically~*~*~ (outnumbered).
 17931 | D:11     | 17931 ||| Stepping ~*~*~tactically~*~*~ (outnumbered).
 17933 | D:11     | 17933 ||| Stepping ~*~*~tactically~*~*~ (outnumbered).
 17935 | D:11     | 17935 ||| Stepping ~*~*~tactically~*~*~ (outnumbered).
 17937 | D:11     | 17937 ||| Stepping ~*~*~tactically~*~*~ (outnumbered).
 17939 | D:11     | 17939 ||| Stepping ~*~*~tactically~*~*~ (outnumbered).
 17941 | D:11     | 17941 ||| Stepping ~*~*~tactically~*~*~ (outnumbered).
 17943 | D:11     | 17943 ||| Stepping ~*~*~tactically~*~*~ (outnumbered).
 17945 | D:11     | 17945 ||| Stepping ~*~*~tactically~*~*~ (outnumbered).
 17947 | D:11     | 17947 ||| Stepping ~*~*~tactically~*~*~ (outnumbered).
 17949 | D:11     | 17949 ||| Stepping ~*~*~tactically~*~*~ (outnumbered).
 17951 | D:11     | 17951 ||| Stepping ~*~*~tactically~*~*~ (outnumbered).
 17953 | D:11     | 17953 ||| Stepping ~*~*~tactically~*~*~ (outnumbered).
 17955 | D:11     | 17955 ||| Stepping ~*~*~tactically~*~*~ (outnumbered).
 17957 | D:11     | 17957 ||| Stepping ~*~*~tactically~*~*~ (outnumbered).
 17959 | D:11     | 17959 ||| Stepping ~*~*~tactically~*~*~ (outnumbered).
 17961 | D:11     | 17961 ||| Stepping ~*~*~tactically~*~*~ (outnumbered).
 17963 | D:11     | 17963 ||| Stepping ~*~*~tactically~*~*~ (outnumbered).
 17965 | D:11     | 17965 ||| Stepping ~*~*~tactically~*~*~ (outnumbered).
 17967 | D:11     | 17967 ||| Stepping ~*~*~tactically~*~*~ (outnumbered).
 17969 | D:11     | 17969 ||| Stepping ~*~*~tactically~*~*~ (outnumbered).
 17971 | D:11     | 17971 ||| Stepping ~*~*~tactically~*~*~ (outnumbered).
 17973 | D:11     | 17973 ||| Stepping ~*~*~tactically~*~*~ (outnumbered).
 17975 | D:11     | 17975 ||| Stepping ~*~*~tactically~*~*~ (outnumbered).
 17977 | D:11     | 17977 ||| Stepping ~*~*~tactically~*~*~ (outnumbered).
 17979 | D:11     | 17979 ||| Stepping ~*~*~tactically~*~*~ (outnumbered).
 17981 | D:11     | 17981 ||| Stepping ~*~*~tactically~*~*~ (outnumbered).
 17983 | D:11     | 17983 ||| Stepping ~*~*~tactically~*~*~ (outnumbered).
 17985 | D:11     | 17985 ||| Stepping ~*~*~tactically~*~*~ (outnumbered).
 17987 | D:11     | 17987 ||| Stepping ~*~*~tactically~*~*~ (outnumbered).
 17989 | D:11     | 17989 ||| Stepping ~*~*~tactically~*~*~ (outnumbered).
 17991 | D:11     | 17991 ||| Stepping ~*~*~tactically~*~*~ (outnumbered).
 17993 | D:11     | 17993 ||| Stepping ~*~*~tactically~*~*~ (outnumbered).
 17995 | D:11     | 17995 ||| Stepping ~*~*~tactically~*~*~ (outnumbered).
 17997 | D:11     | 17997 ||| Stepping ~*~*~tactically~*~*~ (outnumbered).
 17999 | D:11     | 17999 ||| Stepping ~*~*~tactically~*~*~ (outnumbered).
 18001 | D:11     | 18001 ||| Stepping ~*~*~tactically~*~*~ (outnumbered).
 18003 | D:11     | 18003 ||| Stepping ~*~*~tactically~*~*~ (outnumbered).
 18005 | D:11     | 18005 ||| Stepping ~*~*~tactically~*~*~ (outnumbered).
 18007 | D:11     | 18007 ||| Stepping ~*~*~tactically~*~*~ (outnumbered).
 18009 | D:11     | 18009 ||| Stepping ~*~*~tactically~*~*~ (outnumbered).
 18011 | D:11     | 18011 ||| Stepping ~*~*~tactically~*~*~ (outnumbered).
 18013 | D:11     | 18013 ||| Stepping ~*~*~tactically~*~*~ (outnumbered).
 18015 | D:11     | 18015 ||| Stepping ~*~*~tactically~*~*~ (outnumbered).
 18017 | D:11     | 18017 ||| Stepping ~*~*~tactically~*~*~ (outnumbered).
 18019 | D:11     | 18019 ||| Stepping ~*~*~tactically~*~*~ (outnumbered).
 18021 | D:11     | 18021 ||| Stepping ~*~*~tactically~*~*~ (outnumbered).
 18023 | D:11     | 18023 ||| Stepping ~*~*~tactically~*~*~ (outnumbered).
 18025 | D:11     | 18025 ||| Stepping ~*~*~tactically~*~*~ (outnumbered).
 18027 | D:11     | 18027 ||| Stepping ~*~*~tactically~*~*~ (outnumbered).
 18029 | D:11     | 18029 ||| Stepping ~*~*~tactically~*~*~ (outnumbered).
 18031 | D:11     | 18031 ||| Stepping ~*~*~tactically~*~*~ (outnumbered).
 18033 | D:11     | 18033 ||| Stepping ~*~*~tactically~*~*~ (outnumbered).
 18035 | D:11     | 18035 ||| Stepping ~*~*~tactically~*~*~ (outnumbered).
 18037 | D:11     | 18037 ||| Stepping ~*~*~tactically~*~*~ (outnumbered).
 18039 | D:11     | 18039 ||| Stepping ~*~*~tactically~*~*~ (outnumbered).
 18041 | D:11     | 18041 ||| Stepping ~*~*~tactically~*~*~ (outnumbered).
 18043 | D:11     | 18043 ||| Stepping ~*~*~tactically~*~*~ (outnumbered).
 18045 | D:11     | 18045 ||| Stepping ~*~*~tactically~*~*~ (outnumbered).
 18047 | D:11     | 18047 ||| Stepping ~*~*~tactically~*~*~ (outnumbered).
 18049 | D:11     | 18049 ||| Stepping ~*~*~tactically~*~*~ (outnumbered).
 18051 | D:11     | 18051 ||| Stepping ~*~*~tactically~*~*~ (outnumbered).
 18053 | D:11     | 18053 ||| Stepping ~*~*~tactically~*~*~ (outnumbered).
 18055 | D:11     | 18055 ||| Stepping ~*~*~tactically~*~*~ (outnumbered).
 18057 | D:11     | 18057 ||| Stepping ~*~*~tactically~*~*~ (outnumbered).
 18059 | D:11     | 18059 ||| Stepping ~*~*~tactically~*~*~ (outnumbered).
 18061 | D:11     | 18061 ||| Stepping ~*~*~tactically~*~*~ (outnumbered).
 18063 | D:11     | 18063 ||| Stepping ~*~*~tactically~*~*~ (outnumbered).
 18065 | D:11     | 18065 ||| Stepping ~*~*~tactically~*~*~ (outnumbered).
 18067 | D:11     | 18067 ||| Stepping ~*~*~tactically~*~*~ (outnumbered).
 18069 | D:11     | 18069 ||| Stepping ~*~*~tactically~*~*~ (outnumbered).
 18071 | D:11     | 18071 ||| Stepping ~*~*~tactically~*~*~ (outnumbered).
 18073 | D:11     | 18073 ||| Stepping ~*~*~tactically~*~*~ (outnumbered).
 18075 | D:11     | 18075 ||| Stepping ~*~*~tactically~*~*~ (outnumbered).
 18077 | D:11     | 18077 ||| Stepping ~*~*~tactically~*~*~ (outnumbered).
 18079 | D:11     | 18079 ||| Stepping ~*~*~tactically~*~*~ (outnumbered).
 18081 | D:11     | 18081 ||| Stepping ~*~*~tactically~*~*~ (outnumbered).
 18083 | D:11     | 18083 ||| Stepping ~*~*~tactically~*~*~ (outnumbered).
 18085 | D:11     | 18085 ||| Stepping ~*~*~tactically~*~*~ (outnumbered).
 18087 | D:11     | 18087 ||| Stepping ~*~*~tactically~*~*~ (outnumbered).
 18089 | D:11     | 18089 ||| Stepping ~*~*~tactically~*~*~ (outnumbered).
 18091 | D:11     | 18091 ||| Stepping ~*~*~tactically~*~*~ (outnumbered).
 18093 | D:11     | 18093 ||| Stepping ~*~*~tactically~*~*~ (outnumbered).
 18095 | D:11     | 18095 ||| Stepping ~*~*~tactically~*~*~ (outnumbered).
 18097 | D:11     | 18097 ||| Stepping ~*~*~tactically~*~*~ (outnumbered).
 18099 | D:11     | 18099 ||| Stepping ~*~*~tactically~*~*~ (outnumbered).
 18101 | D:11     | 18101 ||| Stepping ~*~*~tactically~*~*~ (outnumbered).
 18103 | D:11     | 18103 ||| Stepping ~*~*~tactically~*~*~ (outnumbered).
 18105 | D:11     | 18105 ||| Stepping ~*~*~tactically~*~*~ (outnumbered).
 18107 | D:11     | 18107 ||| Stepping ~*~*~tactically~*~*~ (outnumbered).
 18109 | D:11     | 18109 ||| Stepping ~*~*~tactically~*~*~ (outnumbered).
 18111 | D:11     | 18111 ||| Stepping ~*~*~tactically~*~*~ (outnumbered).
 18113 | D:11     | 18113 ||| Stepping ~*~*~tactically~*~*~ (outnumbered).
 18115 | D:11     | 18115 ||| Stepping ~*~*~tactically~*~*~ (outnumbered).
 18117 | D:11     | 18117 ||| Stepping ~*~*~tactically~*~*~ (outnumbered).
 18119 | D:11     | 18119 ||| Stepping ~*~*~tactically~*~*~ (outnumbered).
 18121 | D:11     | 18121 ||| Stepping ~*~*~tactically~*~*~ (outnumbered).
 18123 | D:11     | 18123 ||| Stepping ~*~*~tactically~*~*~ (outnumbered).
 18125 | D:11     | 18125 ||| Stepping ~*~*~tactically~*~*~ (outnumbered).
 18127 | D:11     | 18127 ||| Stepping ~*~*~tactically~*~*~ (outnumbered).
 18129 | D:11     | 18129 ||| Stepping ~*~*~tactically~*~*~ (outnumbered).
 18131 | D:11     | 18131 ||| Stepping ~*~*~tactically~*~*~ (outnumbered).
 18133 | D:11     | 18133 ||| Stepping ~*~*~tactically~*~*~ (outnumbered).
 18135 | D:11     | 18135 ||| Stepping ~*~*~tactically~*~*~ (outnumbered).
 18137 | D:11     | 18137 ||| Stepping ~*~*~tactically~*~*~ (outnumbered).
 18139 | D:11     | 18139 ||| Stepping ~*~*~tactically~*~*~ (outnumbered).
 18141 | D:11     | 18141 ||| Stepping ~*~*~tactically~*~*~ (outnumbered).
 18143 | D:11     | 18143 ||| Stepping ~*~*~tactically~*~*~ (outnumbered).
 18145 | D:11     | 18145 ||| Stepping ~*~*~tactically~*~*~ (outnumbered).
 18147 | D:11     | 18147 ||| Stepping ~*~*~tactically~*~*~ (outnumbered).
 18149 | D:11     | 18149 ||| Stepping ~*~*~tactically~*~*~ (outnumbered).
 18151 | D:11     | 18151 ||| Stepping ~*~*~tactically~*~*~ (outnumbered).
 18153 | D:11     | 18153 ||| Stepping ~*~*~tactically~*~*~ (outnumbered).
 18155 | D:11     | 18155 ||| Stepping ~*~*~tactically~*~*~ (outnumbered).
 18157 | D:11     | 18157 ||| Stepping ~*~*~tactically~*~*~ (outnumbered).
 18159 | D:11     | 18159 ||| Stepping ~*~*~tactically~*~*~ (outnumbered).
 18161 | D:11     | 18161 ||| Stepping ~*~*~tactically~*~*~ (outnumbered).
 18163 | D:11     | 18163 ||| Stepping ~*~*~tactically~*~*~ (outnumbered).
 18165 | D:11     | 18165 ||| Stepping ~*~*~tactically~*~*~ (outnumbered).
 18167 | D:11     | 18167 ||| Stepping ~*~*~tactically~*~*~ (outnumbered).
 18169 | D:11     | 18169 ||| Stepping ~*~*~tactically~*~*~ (outnumbered).
 18171 | D:11     | 18171 ||| Stepping ~*~*~tactically~*~*~ (outnumbered).
 18173 | D:11     | 18173 ||| Stepping ~*~*~tactically~*~*~ (outnumbered).
 18175 | D:11     | 18175 ||| Stepping ~*~*~tactically~*~*~ (outnumbered).
 18177 | D:11     | 18177 ||| Stepping ~*~*~tactically~*~*~ (outnumbered).
 18179 | D:11     | 18179 ||| Stepping ~*~*~tactically~*~*~ (outnumbered).
 18181 | D:11     | 18181 ||| Stepping ~*~*~tactically~*~*~ (outnumbered).
 18183 | D:11     | 18183 ||| Stepping ~*~*~tactically~*~*~ (outnumbered).
 18185 | D:11     | 18185 ||| Stepping ~*~*~tactically~*~*~ (outnumbered).
 18187 | D:11     | 18187 ||| Stepping ~*~*~tactically~*~*~ (outnumbered).
 18189 | D:11     | 18189 ||| Stepping ~*~*~tactically~*~*~ (outnumbered).
 18191 | D:11     | 18191 ||| Stepping ~*~*~tactically~*~*~ (outnumbered).
 18193 | D:11     | 18193 ||| Stepping ~*~*~tactically~*~*~ (outnumbered).
 18195 | D:11     | 18195 ||| Stepping ~*~*~tactically~*~*~ (outnumbered).
 18197 | D:11     | 18197 ||| Stepping ~*~*~tactically~*~*~ (outnumbered).
 18199 | D:11     | 18199 ||| Stepping ~*~*~tactically~*~*~ (outnumbered).
 18201 | D:11     | 18201 ||| Stepping ~*~*~tactically~*~*~ (outnumbered).
 18203 | D:11     | 18203 ||| Stepping ~*~*~tactically~*~*~ (outnumbered).
 18205 | D:11     | 18205 ||| Stepping ~*~*~tactically~*~*~ (outnumbered).
 18207 | D:11     | 18207 ||| Stepping ~*~*~tactically~*~*~ (outnumbered).
 18209 | D:11     | 18209 ||| Stepping ~*~*~tactically~*~*~ (outnumbered).
 18211 | D:11     | 18211 ||| Stepping ~*~*~tactically~*~*~ (outnumbered).
 18213 | D:11     | 18213 ||| Stepping ~*~*~tactically~*~*~ (outnumbered).
 18215 | D:11     | 18215 ||| Stepping ~*~*~tactically~*~*~ (outnumbered).
 18217 | D:11     | 18217 ||| Stepping ~*~*~tactically~*~*~ (outnumbered).
 18219 | D:11     | 18219 ||| Stepping ~*~*~tactically~*~*~ (outnumbered).
 18221 | D:11     | 18221 ||| Stepping ~*~*~tactically~*~*~ (outnumbered).
 18223 | D:11     | 18223 ||| Stepping ~*~*~tactically~*~*~ (outnumbered).
 18225 | D:11     | 18225 ||| Stepping ~*~*~tactically~*~*~ (outnumbered).
 18227 | D:11     | 18227 ||| Stepping ~*~*~tactically~*~*~ (outnumbered).
 18229 | D:11     | 18229 ||| Stepping ~*~*~tactically~*~*~ (outnumbered).
 18231 | D:11     | 18231 ||| Stepping ~*~*~tactically~*~*~ (outnumbered).
 18233 | D:11     | 18233 ||| Stepping ~*~*~tactically~*~*~ (outnumbered).
 18235 | D:11     | 18235 ||| Stepping ~*~*~tactically~*~*~ (outnumbered).
 18237 | D:11     | 18237 ||| Stepping ~*~*~tactically~*~*~ (outnumbered).
 18239 | D:11     | 18239 ||| Stepping ~*~*~tactically~*~*~ (outnumbered).
 18241 | D:11     | 18241 ||| Stepping ~*~*~tactically~*~*~ (outnumbered).
 18243 | D:11     | 18243 ||| Stepping ~*~*~tactically~*~*~ (outnumbered).
 18245 | D:11     | 18245 ||| Stepping ~*~*~tactically~*~*~ (outnumbered).
 18247 | D:11     | 18247 ||| Stepping ~*~*~tactically~*~*~ (outnumbered).
 18249 | D:11     | 18249 ||| Stepping ~*~*~tactically~*~*~ (outnumbered).
 18251 | D:11     | 18251 ||| Stepping ~*~*~tactically~*~*~ (outnumbered).
 18253 | D:11     | 18253 ||| Stepping ~*~*~tactically~*~*~ (outnumbered).
 18255 | D:11     | 18255 ||| Stepping ~*~*~tactically~*~*~ (outnumbered).
 18257 | D:11     | 18257 ||| Stepping ~*~*~tactically~*~*~ (outnumbered).
 18259 | D:11     | 18259 ||| Stepping ~*~*~tactically~*~*~ (outnumbered).
 18261 | D:11     | 18261 ||| Stepping ~*~*~tactically~*~*~ (outnumbered).
 18263 | D:11     | 18263 ||| Stepping ~*~*~tactically~*~*~ (outnumbered).
 18265 | D:11     | 18265 ||| Stepping ~*~*~tactically~*~*~ (outnumbered).
 18267 | D:11     | 18267 ||| Stepping ~*~*~tactically~*~*~ (outnumbered).
 18269 | D:11     | 18269 ||| Stepping ~*~*~tactically~*~*~ (outnumbered).
 18271 | D:11     | 18271 ||| Stepping ~*~*~tactically~*~*~ (outnumbered).
 18273 | D:11     | 18273 ||| Stepping ~*~*~tactically~*~*~ (outnumbered).
 18275 | D:11     | 18275 ||| Stepping ~*~*~tactically~*~*~ (outnumbered).
 18277 | D:11     | 18277 ||| Stepping ~*~*~tactically~*~*~ (outnumbered).
 18279 | D:11     | 18279 ||| Stepping ~*~*~tactically~*~*~ (outnumbered).
 18281 | D:11     | 18281 ||| Stepping ~*~*~tactically~*~*~ (outnumbered).
 18283 | D:11     | 18283 ||| Stepping ~*~*~tactically~*~*~ (outnumbered).
 18285 | D:11     | 18285 ||| Stepping ~*~*~tactically~*~*~ (outnumbered).
 18287 | D:11     | 18287 ||| Stepping ~*~*~tactically~*~*~ (outnumbered).
 18289 | D:11     | 18289 ||| Stepping ~*~*~tactically~*~*~ (outnumbered).
 18291 | D:11     | 18291 ||| Stepping ~*~*~tactically~*~*~ (outnumbered).
 18293 | D:11     | 18293 ||| Stepping ~*~*~tactically~*~*~ (outnumbered).
 18295 | D:11     | 18295 ||| Stepping ~*~*~tactically~*~*~ (outnumbered).
 18297 | D:11     | 18297 ||| Stepping ~*~*~tactically~*~*~ (outnumbered).
 18299 | D:11     | 18299 ||| Stepping ~*~*~tactically~*~*~ (outnumbered).
 18301 | D:11     | 18301 ||| Stepping ~*~*~tactically~*~*~ (outnumbered).
 18303 | D:11     | 18303 ||| Stepping ~*~*~tactically~*~*~ (outnumbered).
 18305 | D:11     | 18305 ||| Stepping ~*~*~tactically~*~*~ (outnumbered).
 18307 | D:11     | 18307 ||| Stepping ~*~*~tactically~*~*~ (outnumbered).
 18309 | D:11     | 18309 ||| Stepping ~*~*~tactically~*~*~ (outnumbered).
 18311 | D:11     | 18311 ||| Stepping ~*~*~tactically~*~*~ (outnumbered).
 18313 | D:11     | 18313 ||| Stepping ~*~*~tactically~*~*~ (outnumbered).
 18315 | D:11     | 18315 ||| Stepping ~*~*~tactically~*~*~ (outnumbered).
 18317 | D:11     | 18317 ||| Stepping ~*~*~tactically~*~*~ (outnumbered).
 18319 | D:11     | 18319 ||| Stepping ~*~*~tactically~*~*~ (outnumbered).
 18321 | D:11     | 18321 ||| Stepping ~*~*~tactically~*~*~ (outnumbered).
 18323 | D:11     | 18323 ||| Stepping ~*~*~tactically~*~*~ (outnumbered).
 18325 | D:11     | 18325 ||| Stepping ~*~*~tactically~*~*~ (outnumbered).
 18327 | D:11     | 18327 ||| Stepping ~*~*~tactically~*~*~ (outnumbered).
 18329 | D:11     | 18329 ||| Stepping ~*~*~tactically~*~*~ (outnumbered).
 18331 | D:11     | 18331 ||| Stepping ~*~*~tactically~*~*~ (outnumbered).
 18333 | D:11     | 18333 ||| Stepping ~*~*~tactically~*~*~ (outnumbered).
 18335 | D:11     | 18335 ||| Stepping ~*~*~tactically~*~*~ (outnumbered).
 18337 | D:11     | 18337 ||| Stepping ~*~*~tactically~*~*~ (outnumbered).
 18339 | D:11     | 18339 ||| Stepping ~*~*~tactically~*~*~ (outnumbered).
 18341 | D:11     | 18341 ||| Stepping ~*~*~tactically~*~*~ (outnumbered).
 18343 | D:11     | 18343 ||| Stepping ~*~*~tactically~*~*~ (outnumbered).
 18345 | D:11     | 18345 ||| Stepping ~*~*~tactically~*~*~ (outnumbered).
 18347 | D:11     | 18347 ||| Stepping ~*~*~tactically~*~*~ (outnumbered).
 18349 | D:11     | 18349 ||| Stepping ~*~*~tactically~*~*~ (outnumbered).
 18351 | D:11     | 18351 ||| Stepping ~*~*~tactically~*~*~ (outnumbered).
 18353 | D:11     | 18353 ||| Stepping ~*~*~tactically~*~*~ (outnumbered).
 18355 | D:11     | 18355 ||| Stepping ~*~*~tactically~*~*~ (outnumbered).
 18357 | D:11     | 18357 ||| Stepping ~*~*~tactically~*~*~ (outnumbered).
 18359 | D:11     | 18359 ||| Stepping ~*~*~tactically~*~*~ (outnumbered).
 18361 | D:11     | 18361 ||| Stepping ~*~*~tactically~*~*~ (outnumbered).
 18363 | D:11     | 18363 ||| Stepping ~*~*~tactically~*~*~ (outnumbered).
 18365 | D:11     | 18365 ||| Stepping ~*~*~tactically~*~*~ (outnumbered).
 18367 | D:11     | 18367 ||| Stepping ~*~*~tactically~*~*~ (outnumbered).
 18369 | D:11     | 18369 ||| Stepping ~*~*~tactically~*~*~ (outnumbered).
 18371 | D:11     | 18371 ||| Stepping ~*~*~tactically~*~*~ (outnumbered).
 18373 | D:11     | 18373 ||| Stepping ~*~*~tactically~*~*~ (outnumbered).
 18375 | D:11     | 18375 ||| Stepping ~*~*~tactically~*~*~ (outnumbered).
 18377 | D:11     | 18377 ||| Stepping ~*~*~tactically~*~*~ (outnumbered).
 18379 | D:11     | 18379 ||| Stepping ~*~*~tactically~*~*~ (outnumbered).
 18381 | D:11     | 18381 ||| Stepping ~*~*~tactically~*~*~ (outnumbered).
 18383 | D:11     | 18383 ||| Stepping ~*~*~tactically~*~*~ (outnumbered).
 18385 | D:11     | 18385 ||| Stepping ~*~*~tactically~*~*~ (outnumbered).
 18387 | D:11     | 18387 ||| Stepping ~*~*~tactically~*~*~ (outnumbered).
 18389 | D:11     | 18389 ||| Stepping ~*~*~tactically~*~*~ (outnumbered).
 18391 | D:11     | 18391 ||| Stepping ~*~*~tactically~*~*~ (outnumbered).
 18393 | D:11     | 18393 ||| Stepping ~*~*~tactically~*~*~ (outnumbered).
 18395 | D:11     | 18395 ||| Stepping ~*~*~tactically~*~*~ (outnumbered).
 18397 | D:11     | 18397 ||| Stepping ~*~*~tactically~*~*~ (outnumbered).
 18399 | D:11     | 18399 ||| Stepping ~*~*~tactically~*~*~ (outnumbered).
 18401 | D:11     | 18401 ||| Stepping ~*~*~tactically~*~*~ (outnumbered).
 18403 | D:11     | 18403 ||| Stepping ~*~*~tactically~*~*~ (outnumbered).
 18405 | D:11     | 18405 ||| Stepping ~*~*~tactically~*~*~ (outnumbered).
 18407 | D:11     | 18407 ||| Stepping ~*~*~tactically~*~*~ (outnumbered).
 18409 | D:11     | 18409 ||| Stepping ~*~*~tactically~*~*~ (outnumbered).
 18411 | D:11     | 18411 ||| Stepping ~*~*~tactically~*~*~ (outnumbered).
 18413 | D:11     | 18413 ||| Stepping ~*~*~tactically~*~*~ (outnumbered).
 18415 | D:11     | 18415 ||| Stepping ~*~*~tactically~*~*~ (outnumbered).
 18417 | D:11     | 18417 ||| Stepping ~*~*~tactically~*~*~ (outnumbered).
 18419 | D:11     | 18419 ||| Stepping ~*~*~tactically~*~*~ (outnumbered).
 18421 | D:11     | 18421 ||| Stepping ~*~*~tactically~*~*~ (outnumbered).
 18423 | D:11     | 18423 ||| Stepping ~*~*~tactically~*~*~ (outnumbered).
 18425 | D:11     | 18425 ||| Stepping ~*~*~tactically~*~*~ (outnumbered).
 18427 | D:11     | 18427 ||| Stepping ~*~*~tactically~*~*~ (outnumbered).
 18429 | D:11     | 18429 ||| Stepping ~*~*~tactically~*~*~ (outnumbered).
 18431 | D:11     | 18431 ||| Stepping ~*~*~tactically~*~*~ (outnumbered).
 18433 | D:11     | 18433 ||| Stepping ~*~*~tactically~*~*~ (outnumbered).
 18435 | D:11     | 18435 ||| Stepping ~*~*~tactically~*~*~ (outnumbered).
 18437 | D:11     | 18437 ||| Stepping ~*~*~tactically~*~*~ (outnumbered).
 18439 | D:11     | 18439 ||| Stepping ~*~*~tactically~*~*~ (outnumbered).
 18441 | D:11     | 18441 ||| Stepping ~*~*~tactically~*~*~ (outnumbered).
 18443 | D:11     | 18443 ||| Stepping ~*~*~tactically~*~*~ (outnumbered).
 18445 | D:11     | 18445 ||| Stepping ~*~*~tactically~*~*~ (outnumbered).
 18447 | D:11     | 18447 ||| Stepping ~*~*~tactically~*~*~ (outnumbered).
 18449 | D:11     | 18449 ||| Stepping ~*~*~tactically~*~*~ (outnumbered).
 18451 | D:11     | 18451 ||| Stepping ~*~*~tactically~*~*~ (outnumbered).
 18453 | D:11     | 18453 ||| Stepping ~*~*~tactically~*~*~ (outnumbered).
 18455 | D:11     | 18455 ||| Stepping ~*~*~tactically~*~*~ (outnumbered).
 18457 | D:11     | 18457 ||| Stepping ~*~*~tactically~*~*~ (outnumbered).
 18459 | D:11     | 18459 ||| Stepping ~*~*~tactically~*~*~ (outnumbered).
 18461 | D:11     | 18461 ||| Stepping ~*~*~tactically~*~*~ (outnumbered).
 18463 | D:11     | 18463 ||| Stepping ~*~*~tactically~*~*~ (outnumbered).
 18465 | D:11     | 18465 ||| Stepping ~*~*~tactically~*~*~ (outnumbered).
 18467 | D:11     | 18467 ||| Stepping ~*~*~tactically~*~*~ (outnumbered).
 18469 | D:11     | 18469 ||| Stepping ~*~*~tactically~*~*~ (outnumbered).
 18471 | D:11     | 18471 ||| Stepping ~*~*~tactically~*~*~ (outnumbered).
 18473 | D:11     | 18473 ||| Stepping ~*~*~tactically~*~*~ (outnumbered).
 18475 | D:11     | 18475 ||| Stepping ~*~*~tactically~*~*~ (outnumbered).
 18477 | D:11     | 18477 ||| Stepping ~*~*~tactically~*~*~ (outnumbered).
 18479 | D:11     | 18479 ||| Stepping ~*~*~tactically~*~*~ (outnumbered).
 18481 | D:11     | 18481 ||| Stepping ~*~*~tactically~*~*~ (outnumbered).
 18483 | D:11     | 18483 ||| Stepping ~*~*~tactically~*~*~ (outnumbered).
 18485 | D:11     | 18485 ||| Stepping ~*~*~tactically~*~*~ (outnumbered).
 18487 | D:11     | 18487 ||| Stepping ~*~*~tactically~*~*~ (outnumbered).
 18489 | D:11     | 18489 ||| Stepping ~*~*~tactically~*~*~ (outnumbered).
 18491 | D:11     | 18491 ||| Stepping ~*~*~tactically~*~*~ (outnumbered).
 18493 | D:11     | 18493 ||| Stepping ~*~*~tactically~*~*~ (outnumbered).
 18495 | D:11     | 18495 ||| Stepping ~*~*~tactically~*~*~ (outnumbered).
 18497 | D:11     | 18497 ||| Stepping ~*~*~tactically~*~*~ (outnumbered).
 18499 | D:11     | 18499 ||| Stepping ~*~*~tactically~*~*~ (outnumbered).
 18501 | D:11     | 18501 ||| Stepping ~*~*~tactically~*~*~ (outnumbered).
 18503 | D:11     | 18503 ||| Stepping ~*~*~tactically~*~*~ (outnumbered).
 18505 | D:11     | 18505 ||| Stepping ~*~*~tactically~*~*~ (outnumbered).
 18507 | D:11     | 18507 ||| Stepping ~*~*~tactically~*~*~ (outnumbered).
 18509 | D:11     | 18509 ||| Stepping ~*~*~tactically~*~*~ (outnumbered).
 18511 | D:11     | 18511 ||| Stepping ~*~*~tactically~*~*~ (outnumbered).
 18513 | D:11     | 18513 ||| Stepping ~*~*~tactically~*~*~ (outnumbered).
 18515 | D:11     | 18515 ||| Stepping ~*~*~tactically~*~*~ (outnumbered).
 18517 | D:11     | 18517 ||| Stepping ~*~*~tactically~*~*~ (outnumbered).
 18519 | D:11     | 18519 ||| Stepping ~*~*~tactically~*~*~ (outnumbered).
 18521 | D:11     | 18521 ||| Stepping ~*~*~tactically~*~*~ (outnumbered).
 18523 | D:11     | 18523 ||| Stepping ~*~*~tactically~*~*~ (outnumbered).
 18525 | D:11     | 18525 ||| Stepping ~*~*~tactically~*~*~ (outnumbered).
 18527 | D:11     | 18527 ||| Stepping ~*~*~tactically~*~*~ (outnumbered).
 18529 | D:11     | 18529 ||| Stepping ~*~*~tactically~*~*~ (outnumbered).
 18531 | D:11     | 18531 ||| Stepping ~*~*~tactically~*~*~ (outnumbered).
 18533 | D:11     | 18533 ||| Stepping ~*~*~tactically~*~*~ (outnumbered).
 18535 | D:11     | 18535 ||| Stepping ~*~*~tactically~*~*~ (outnumbered).
 18537 | D:11     | 18537 ||| Stepping ~*~*~tactically~*~*~ (outnumbered).
 18539 | D:11     | 18539 ||| Stepping ~*~*~tactically~*~*~ (outnumbered).
 18541 | D:11     | 18541 ||| Stepping ~*~*~tactically~*~*~ (outnumbered).
 18543 | D:11     | 18543 ||| Stepping ~*~*~tactically~*~*~ (outnumbered).
 18545 | D:11     | 18545 ||| Stepping ~*~*~tactically~*~*~ (outnumbered).
 18547 | D:11     | 18547 ||| Stepping ~*~*~tactically~*~*~ (outnumbered).
 18549 | D:11     | 18549 ||| Stepping ~*~*~tactically~*~*~ (outnumbered).
 18551 | D:11     | 18551 ||| Stepping ~*~*~tactically~*~*~ (outnumbered).
 18553 | D:11     | 18553 ||| Stepping ~*~*~tactically~*~*~ (outnumbered).
 18555 | D:11     | 18555 ||| Stepping ~*~*~tactically~*~*~ (outnumbered).
 18557 | D:11     | 18557 ||| Stepping ~*~*~tactically~*~*~ (outnumbered).
 18559 | D:11     | 18559 ||| Stepping ~*~*~tactically~*~*~ (outnumbered).
 18561 | D:11     | 18561 ||| Stepping ~*~*~tactically~*~*~ (outnumbered).
 18563 | D:11     | 18563 ||| Stepping ~*~*~tactically~*~*~ (outnumbered).
 18565 | D:11     | 18565 ||| Stepping ~*~*~tactically~*~*~ (outnumbered).
 18567 | D:11     | 18567 ||| Stepping ~*~*~tactically~*~*~ (outnumbered).
 18569 | D:11     | 18569 ||| Stepping ~*~*~tactically~*~*~ (outnumbered).
 18571 | D:11     | 18571 ||| Stepping ~*~*~tactically~*~*~ (outnumbered).
 18573 | D:11     | 18573 ||| Stepping ~*~*~tactically~*~*~ (outnumbered).
 18575 | D:11     | 18575 ||| Stepping ~*~*~tactically~*~*~ (outnumbered).
 18577 | D:11     | 18577 ||| Stepping ~*~*~tactically~*~*~ (outnumbered).
 18579 | D:11     | 18579 ||| Stepping ~*~*~tactically~*~*~ (outnumbered).
 18581 | D:11     | 18581 ||| Stepping ~*~*~tactically~*~*~ (outnumbered).
 18583 | D:11     | 18583 ||| Stepping ~*~*~tactically~*~*~ (outnumbered).
 18585 | D:11     | 18585 ||| Stepping ~*~*~tactically~*~*~ (outnumbered).
 18587 | D:11     | 18587 ||| Stepping ~*~*~tactically~*~*~ (outnumbered).
 18589 | D:11     | 18589 ||| Stepping ~*~*~tactically~*~*~ (outnumbered).
 18591 | D:11     | 18591 ||| Stepping ~*~*~tactically~*~*~ (outnumbered).
 18593 | D:11     | 18593 ||| Stepping ~*~*~tactically~*~*~ (outnumbered).
 18595 | D:11     | 18595 ||| Stepping ~*~*~tactically~*~*~ (outnumbered).
 18597 | D:11     | 18597 ||| Stepping ~*~*~tactically~*~*~ (outnumbered).
 18599 | D:11     | 18599 ||| Stepping ~*~*~tactically~*~*~ (outnumbered).
 18601 | D:11     | 18601 ||| Stepping ~*~*~tactically~*~*~ (outnumbered).
 18603 | D:11     | 18603 ||| Stepping ~*~*~tactically~*~*~ (outnumbered).
 18605 | D:11     | 18605 ||| Stepping ~*~*~tactically~*~*~ (outnumbered).
 18607 | D:11     | 18607 ||| Stepping ~*~*~tactically~*~*~ (outnumbered).
 18609 | D:11     | 18609 ||| Stepping ~*~*~tactically~*~*~ (outnumbered).
 18611 | D:11     | 18611 ||| Stepping ~*~*~tactically~*~*~ (outnumbered).
 18613 | D:11     | 18613 ||| Stepping ~*~*~tactically~*~*~ (outnumbered).
 18615 | D:11     | 18615 ||| Stepping ~*~*~tactically~*~*~ (outnumbered).
 18617 | D:11     | 18617 ||| Stepping ~*~*~tactically~*~*~ (outnumbered).
 18619 | D:11     | 18619 ||| Stepping ~*~*~tactically~*~*~ (outnumbered).
 18621 | D:11     | 18621 ||| Stepping ~*~*~tactically~*~*~ (outnumbered).
 18623 | D:11     | 18623 ||| Stepping ~*~*~tactically~*~*~ (outnumbered).
 18625 | D:11     | 18625 ||| Stepping ~*~*~tactically~*~*~ (outnumbered).
 18627 | D:11     | 18627 ||| Stepping ~*~*~tactically~*~*~ (outnumbered).
 18629 | D:11     | 18629 ||| Stepping ~*~*~tactically~*~*~ (outnumbered).
 18631 | D:11     | 18631 ||| Stepping ~*~*~tactically~*~*~ (outnumbered).
 18633 | D:11     | 18633 ||| Stepping ~*~*~tactically~*~*~ (outnumbered).
 18635 | D:11     | 18635 ||| Stepping ~*~*~tactically~*~*~ (outnumbered).
 18637 | D:11     | 18637 ||| Stepping ~*~*~tactically~*~*~ (outnumbered).
 18639 | D:11     | 18639 ||| Stepping ~*~*~tactically~*~*~ (outnumbered).
 18641 | D:11     | 18641 ||| Stepping ~*~*~tactically~*~*~ (outnumbered).
 18643 | D:11     | 18643 ||| Stepping ~*~*~tactically~*~*~ (outnumbered).
 18645 | D:11     | 18645 ||| Stepping ~*~*~tactically~*~*~ (outnumbered).
 18647 | D:11     | 18647 ||| Stepping ~*~*~tactically~*~*~ (outnumbered).
 18649 | D:11     | 18649 ||| Stepping ~*~*~tactically~*~*~ (outnumbered).
 18651 | D:11     | 18651 ||| Stepping ~*~*~tactically~*~*~ (outnumbered).
 18653 | D:11     | 18653 ||| Stepping ~*~*~tactically~*~*~ (outnumbered).
 18655 | D:11     | 18655 ||| Stepping ~*~*~tactically~*~*~ (outnumbered).
 18657 | D:11     | 18657 ||| Stepping ~*~*~tactically~*~*~ (outnumbered).
 18659 | D:11     | 18659 ||| Stepping ~*~*~tactically~*~*~ (outnumbered).
 18661 | D:11     | 18661 ||| Stepping ~*~*~tactically~*~*~ (outnumbered).
 18663 | D:11     | 18663 ||| Stepping ~*~*~tactically~*~*~ (outnumbered).
 18665 | D:11     | 18665 ||| Stepping ~*~*~tactically~*~*~ (outnumbered).
 18667 | D:11     | 18667 ||| Stepping ~*~*~tactically~*~*~ (outnumbered).
 18669 | D:11     | 18669 ||| Stepping ~*~*~tactically~*~*~ (outnumbered).
 18671 | D:11     | 18671 ||| Stepping ~*~*~tactically~*~*~ (outnumbered).
 18673 | D:11     | 18673 ||| Stepping ~*~*~tactically~*~*~ (outnumbered).
 18675 | D:11     | 18675 ||| Stepping ~*~*~tactically~*~*~ (outnumbered).
 18677 | D:11     | 18677 ||| Stepping ~*~*~tactically~*~*~ (outnumbered).
 18679 | D:11     | 18679 ||| Stepping ~*~*~tactically~*~*~ (outnumbered).
 18681 | D:11     | 18681 ||| Stepping ~*~*~tactically~*~*~ (outnumbered).
 18683 | D:11     | 18683 ||| Stepping ~*~*~tactically~*~*~ (outnumbered).
 18685 | D:11     | 18685 ||| Stepping ~*~*~tactically~*~*~ (outnumbered).
 18687 | D:11     | 18687 ||| Stepping ~*~*~tactically~*~*~ (outnumbered).
 18689 | D:11     | 18689 ||| Stepping ~*~*~tactically~*~*~ (outnumbered).
 18691 | D:11     | 18691 ||| Stepping ~*~*~tactically~*~*~ (outnumbered).
 18693 | D:11     | 18693 ||| Stepping ~*~*~tactically~*~*~ (outnumbered).
 18695 | D:11     | 18695 ||| Stepping ~*~*~tactically~*~*~ (outnumbered).
 18697 | D:11     | 18697 ||| Stepping ~*~*~tactically~*~*~ (outnumbered).
 18699 | D:11     | 18699 ||| Stepping ~*~*~tactically~*~*~ (outnumbered).
 18701 | D:11     | 18701 ||| Stepping ~*~*~tactically~*~*~ (outnumbered).
 18703 | D:11     | 18703 ||| Stepping ~*~*~tactically~*~*~ (outnumbered).
 18705 | D:11     | 18705 ||| Stepping ~*~*~tactically~*~*~ (outnumbered).
 18707 | D:11     | 18707 ||| Stepping ~*~*~tactically~*~*~ (outnumbered).
 18709 | D:11     | 18709 ||| Stepping ~*~*~tactically~*~*~ (outnumbered).
 18711 | D:11     | 18711 ||| Stepping ~*~*~tactically~*~*~ (outnumbered).
 18713 | D:11     | 18713 ||| Stepping ~*~*~tactically~*~*~ (outnumbered).
 18715 | D:11     | 18715 ||| Stepping ~*~*~tactically~*~*~ (outnumbered).
 18717 | D:11     | 18717 ||| Stepping ~*~*~tactically~*~*~ (outnumbered).
 18719 | D:11     | 18719 ||| Stepping ~*~*~tactically~*~*~ (outnumbered).
 18721 | D:11     | 18721 ||| Stepping ~*~*~tactically~*~*~ (outnumbered).
 18723 | D:11     | 18723 ||| Stepping ~*~*~tactically~*~*~ (outnumbered).
 18725 | D:11     | 18725 ||| Stepping ~*~*~tactically~*~*~ (outnumbered).
 18727 | D:11     | 18727 ||| Stepping ~*~*~tactically~*~*~ (outnumbered).
 18729 | D:11     | 18729 ||| Stepping ~*~*~tactically~*~*~ (outnumbered).
 18731 | D:11     | 18731 ||| Stepping ~*~*~tactically~*~*~ (outnumbered).
 18733 | D:11     | 18733 ||| Stepping ~*~*~tactically~*~*~ (outnumbered).
 18735 | D:11     | 18735 ||| Stepping ~*~*~tactically~*~*~ (outnumbered).
 18737 | D:11     | 18737 ||| Stepping ~*~*~tactically~*~*~ (outnumbered).
 18739 | D:11     | 18739 ||| Stepping ~*~*~tactically~*~*~ (outnumbered).
 18741 | D:11     | 18741 ||| Stepping ~*~*~tactically~*~*~ (outnumbered).
 18743 | D:11     | 18743 ||| Stepping ~*~*~tactically~*~*~ (outnumbered).
 18745 | D:11     | 18745 ||| Stepping ~*~*~tactically~*~*~ (outnumbered).
 18747 | D:11     | 18747 ||| Stepping ~*~*~tactically~*~*~ (outnumbered).
 18749 | D:11     | 18749 ||| Stepping ~*~*~tactically~*~*~ (outnumbered).
 18751 | D:11     | 18751 ||| Stepping ~*~*~tactically~*~*~ (outnumbered).
 18753 | D:11     | 18753 ||| Stepping ~*~*~tactically~*~*~ (outnumbered).
 18755 | D:11     | 18755 ||| Stepping ~*~*~tactically~*~*~ (outnumbered).
 18757 | D:11     | 18757 ||| Stepping ~*~*~tactically~*~*~ (outnumbered).
 18759 | D:11     | 18759 ||| Stepping ~*~*~tactically~*~*~ (outnumbered).
 18761 | D:11     | 18761 ||| Stepping ~*~*~tactically~*~*~ (outnumbered).
 18763 | D:11     | 18763 ||| Stepping ~*~*~tactically~*~*~ (outnumbered).
 18765 | D:11     | 18765 ||| Stepping ~*~*~tactically~*~*~ (outnumbered).
 18767 | D:11     | 18767 ||| Stepping ~*~*~tactically~*~*~ (outnumbered).
 18769 | D:11     | 18769 ||| Stepping ~*~*~tactically~*~*~ (outnumbered).
 18771 | D:11     | 18771 ||| Stepping ~*~*~tactically~*~*~ (outnumbered).
 18773 | D:11     | 18773 ||| Stepping ~*~*~tactically~*~*~ (outnumbered).
 18775 | D:11     | 18775 ||| Stepping ~*~*~tactically~*~*~ (outnumbered).
 18777 | D:11     | 18777 ||| Stepping ~*~*~tactically~*~*~ (outnumbered).
 18779 | D:11     | 18779 ||| Stepping ~*~*~tactically~*~*~ (outnumbered).
 18781 | D:11     | 18781 ||| Stepping ~*~*~tactically~*~*~ (outnumbered).
 18783 | D:11     | 18783 ||| Stepping ~*~*~tactically~*~*~ (outnumbered).
 18785 | D:11     | 18785 ||| Stepping ~*~*~tactically~*~*~ (outnumbered).
 18787 | D:11     | 18787 ||| Stepping ~*~*~tactically~*~*~ (outnumbered).
 18789 | D:11     | 18789 ||| Stepping ~*~*~tactically~*~*~ (outnumbered).
 18791 | D:11     | 18791 ||| Stepping ~*~*~tactically~*~*~ (outnumbered).
 18793 | D:11     | 18793 ||| Stepping ~*~*~tactically~*~*~ (outnumbered).
 18795 | D:11     | 18795 ||| Stepping ~*~*~tactically~*~*~ (outnumbered).
 18797 | D:11     | 18797 ||| Stepping ~*~*~tactically~*~*~ (outnumbered).
 18799 | D:11     | 18799 ||| Stepping ~*~*~tactically~*~*~ (outnumbered).
 18801 | D:11     | 18801 ||| Stepping ~*~*~tactically~*~*~ (outnumbered).
 18803 | D:11     | 18803 ||| Stepping ~*~*~tactically~*~*~ (outnumbered).
 18805 | D:11     | 18805 ||| Stepping ~*~*~tactically~*~*~ (outnumbered).
 18807 | D:11     | 18807 ||| Stepping ~*~*~tactically~*~*~ (outnumbered).
 18809 | D:11     | 18809 ||| Stepping ~*~*~tactically~*~*~ (outnumbered).
 18811 | D:11     | 18811 ||| Stepping ~*~*~tactically~*~*~ (outnumbered).
 18813 | D:11     | 18813 ||| Stepping ~*~*~tactically~*~*~ (outnumbered).
 18815 | D:11     | 18815 ||| Stepping ~*~*~tactically~*~*~ (outnumbered).
 18817 | D:11     | 18817 ||| Stepping ~*~*~tactically~*~*~ (outnumbered).
 18819 | D:11     | 18819 ||| Stepping ~*~*~tactically~*~*~ (outnumbered).
 18821 | D:11     | 18821 ||| Stepping ~*~*~tactically~*~*~ (outnumbered).
 18823 | D:11     | 18823 ||| Stepping ~*~*~tactically~*~*~ (outnumbered).
 18825 | D:11     | 18825 ||| Stepping ~*~*~tactically~*~*~ (outnumbered).
 18827 | D:11     | 18827 ||| Stepping ~*~*~tactically~*~*~ (outnumbered).
 18829 | D:11     | 18829 ||| Stepping ~*~*~tactically~*~*~ (outnumbered).
 18831 | D:11     | 18831 ||| Stepping ~*~*~tactically~*~*~ (outnumbered).
 18833 | D:11     | 18833 ||| Stepping ~*~*~tactically~*~*~ (outnumbered).
 18835 | D:11     | 18835 ||| Stepping ~*~*~tactically~*~*~ (outnumbered).
 18837 | D:11     | 18837 ||| Stepping ~*~*~tactically~*~*~ (outnumbered).
 18839 | D:11     | 18839 ||| Stepping ~*~*~tactically~*~*~ (outnumbered).
 18841 | D:11     | 18841 ||| Stepping ~*~*~tactically~*~*~ (outnumbered).
 18843 | D:11     | 18843 ||| Stepping ~*~*~tactically~*~*~ (outnumbered).
 18845 | D:11     | 18845 ||| Stepping ~*~*~tactically~*~*~ (outnumbered).
 18847 | D:11     | 18847 ||| Stepping ~*~*~tactically~*~*~ (outnumbered).
 18849 | D:11     | 18849 ||| Stepping ~*~*~tactically~*~*~ (outnumbered).
 18851 | D:11     | 18851 ||| Stepping ~*~*~tactically~*~*~ (outnumbered).
 18853 | D:11     | 18853 ||| Stepping ~*~*~tactically~*~*~ (outnumbered).
 18855 | D:11     | 18855 ||| Stepping ~*~*~tactically~*~*~ (outnumbered).
 18857 | D:11     | 18857 ||| Stepping ~*~*~tactically~*~*~ (outnumbered).
 18859 | D:11     | 18859 ||| Stepping ~*~*~tactically~*~*~ (outnumbered).
 18861 | D:11     | 18861 ||| Stepping ~*~*~tactically~*~*~ (outnumbered).
 18863 | D:11     | 18863 ||| Stepping ~*~*~tactically~*~*~ (outnumbered).
 18865 | D:11     | 18865 ||| Stepping ~*~*~tactically~*~*~ (outnumbered).
 18867 | D:11     | 18867 ||| Stepping ~*~*~tactically~*~*~ (outnumbered).
 18869 | D:11     | 18869 ||| Stepping ~*~*~tactically~*~*~ (outnumbered).
 18871 | D:11     | 18871 ||| Stepping ~*~*~tactically~*~*~ (outnumbered).
 18873 | D:11     | 18873 ||| Stepping ~*~*~tactically~*~*~ (outnumbered).
 18875 | D:11     | 18875 ||| Stepping ~*~*~tactically~*~*~ (outnumbered).
 18877 | D:11     | 18877 ||| Stepping ~*~*~tactically~*~*~ (outnumbered).
 18879 | D:11     | 18879 ||| Stepping ~*~*~tactically~*~*~ (outnumbered).
 18881 | D:11     | 18881 ||| Stepping ~*~*~tactically~*~*~ (outnumbered).
 18883 | D:11     | 18883 ||| Stepping ~*~*~tactically~*~*~ (outnumbered).
 18885 | D:11     | 18885 ||| Stepping ~*~*~tactically~*~*~ (outnumbered).
 18887 | D:11     | 18887 ||| Stepping ~*~*~tactically~*~*~ (outnumbered).
 18889 | D:11     | 18889 ||| Stepping ~*~*~tactically~*~*~ (outnumbered).
 18891 | D:11     | 18891 ||| Stepping ~*~*~tactically~*~*~ (outnumbered).
 18893 | D:11     | 18893 ||| Stepping ~*~*~tactically~*~*~ (outnumbered).
 18895 | D:11     | 18895 ||| Stepping ~*~*~tactically~*~*~ (outnumbered).
 18897 | D:11     | 18897 ||| Stepping ~*~*~tactically~*~*~ (outnumbered).
 18899 | D:11     | 18899 ||| Stepping ~*~*~tactically~*~*~ (outnumbered).
 18901 | D:11     | 18901 ||| Stepping ~*~*~tactically~*~*~ (outnumbered).
 18903 | D:11     | 18903 ||| Stepping ~*~*~tactically~*~*~ (outnumbered).
 18905 | D:11     | 18905 ||| Stepping ~*~*~tactically~*~*~ (outnumbered).
 18907 | D:11     | 18907 ||| Stepping ~*~*~tactically~*~*~ (outnumbered).
 18909 | D:11     | 18909 ||| Stepping ~*~*~tactically~*~*~ (outnumbered).
 18911 | D:11     | 18911 ||| Stepping ~*~*~tactically~*~*~ (outnumbered).
 18913 | D:11     | 18913 ||| Stepping ~*~*~tactically~*~*~ (outnumbered).
 18915 | D:11     | 18915 ||| Stepping ~*~*~tactically~*~*~ (outnumbered).
 18917 | D:11     | 18917 ||| Stepping ~*~*~tactically~*~*~ (outnumbered).
 18919 | D:11     | 18919 ||| Stepping ~*~*~tactically~*~*~ (outnumbered).
 18921 | D:11     | 18921 ||| Stepping ~*~*~tactically~*~*~ (outnumbered).
 18923 | D:11     | 18923 ||| Stepping ~*~*~tactically~*~*~ (outnumbered).
 18925 | D:11     | 18925 ||| Stepping ~*~*~tactically~*~*~ (outnumbered).
 18927 | D:11     | 18927 ||| Stepping ~*~*~tactically~*~*~ (outnumbered).
 18929 | D:11     | 18929 ||| Stepping ~*~*~tactically~*~*~ (outnumbered).
 18931 | D:11     | 18931 ||| Stepping ~*~*~tactically~*~*~ (outnumbered).
 18933 | D:11     | 18933 ||| Stepping ~*~*~tactically~*~*~ (outnumbered).
 18935 | D:11     | 18935 ||| Stepping ~*~*~tactically~*~*~ (outnumbered).
 18937 | D:11     | 18937 ||| Stepping ~*~*~tactically~*~*~ (outnumbered).
 18939 | D:11     | 18939 ||| Stepping ~*~*~tactically~*~*~ (outnumbered).
 18941 | D:11     | 18941 ||| Stepping ~*~*~tactically~*~*~ (outnumbered).
 18943 | D:11     | 18943 ||| Stepping ~*~*~tactically~*~*~ (outnumbered).
 18945 | D:11     | 18945 ||| Stepping ~*~*~tactically~*~*~ (outnumbered).
 18947 | D:11     | 18947 ||| Stepping ~*~*~tactically~*~*~ (outnumbered).
 18949 | D:11     | 18949 ||| Stepping ~*~*~tactically~*~*~ (outnumbered).
 18951 | D:11     | 18951 ||| Stepping ~*~*~tactically~*~*~ (outnumbered).
 18953 | D:11     | 18953 ||| Stepping ~*~*~tactically~*~*~ (outnumbered).
 18955 | D:11     | 18955 ||| Stepping ~*~*~tactically~*~*~ (outnumbered).
 18957 | D:11     | 18957 ||| Stepping ~*~*~tactically~*~*~ (outnumbered).
 18959 | D:11     | 18959 ||| Stepping ~*~*~tactically~*~*~ (outnumbered).
 18961 | D:11     | 18961 ||| Stepping ~*~*~tactically~*~*~ (outnumbered).
 18963 | D:11     | 18963 ||| Stepping ~*~*~tactically~*~*~ (outnumbered).
 18965 | D:11     | 18965 ||| Stepping ~*~*~tactically~*~*~ (outnumbered).
 18967 | D:11     | 18967 ||| Stepping ~*~*~tactically~*~*~ (outnumbered).
 18969 | D:11     | 18969 ||| Stepping ~*~*~tactically~*~*~ (outnumbered).
 18971 | D:11     | 18971 ||| Stepping ~*~*~tactically~*~*~ (outnumbered).
 18973 | D:11     | 18973 ||| Stepping ~*~*~tactically~*~*~ (outnumbered).
 18975 | D:11     | 18975 ||| Stepping ~*~*~tactically~*~*~ (outnumbered).
 18977 | D:11     | 18977 ||| Stepping ~*~*~tactically~*~*~ (outnumbered).
 18979 | D:11     | 18979 ||| Stepping ~*~*~tactically~*~*~ (outnumbered).
 18981 | D:11     | 18981 ||| Stepping ~*~*~tactically~*~*~ (outnumbered).
 18983 | D:11     | 18983 ||| Stepping ~*~*~tactically~*~*~ (outnumbered).
 18985 | D:11     | 18985 ||| Stepping ~*~*~tactically~*~*~ (outnumbered).
 18987 | D:11     | 18987 ||| Stepping ~*~*~tactically~*~*~ (outnumbered).
 18989 | D:11     | 18989 ||| Stepping ~*~*~tactically~*~*~ (outnumbered).
 18991 | D:11     | 18991 ||| Stepping ~*~*~tactically~*~*~ (outnumbered).
 18993 | D:11     | 18993 ||| Stepping ~*~*~tactically~*~*~ (outnumbered).
 18995 | D:11     | 18995 ||| Stepping ~*~*~tactically~*~*~ (outnumbered).
 18997 | D:11     | 18997 ||| Stepping ~*~*~tactically~*~*~ (outnumbered).
 18999 | D:11     | 18999 ||| Stepping ~*~*~tactically~*~*~ (outnumbered).
 19001 | D:11     | 19001 ||| Stepping ~*~*~tactically~*~*~ (outnumbered).
 19003 | D:11     | 19003 ||| Stepping ~*~*~tactically~*~*~ (outnumbered).
 19005 | D:11     | 19005 ||| Stepping ~*~*~tactically~*~*~ (outnumbered).
 19007 | D:11     | 19007 ||| Stepping ~*~*~tactically~*~*~ (outnumbered).
 19009 | D:11     | 19009 ||| Stepping ~*~*~tactically~*~*~ (outnumbered).
 19011 | D:11     | 19011 ||| Stepping ~*~*~tactically~*~*~ (outnumbered).
 19013 | D:11     | 19013 ||| Stepping ~*~*~tactically~*~*~ (outnumbered).
 19015 | D:11     | 19015 ||| Stepping ~*~*~tactically~*~*~ (outnumbered).
 19017 | D:11     | 19017 ||| Stepping ~*~*~tactically~*~*~ (outnumbered).
 19019 | D:11     | 19019 ||| Stepping ~*~*~tactically~*~*~ (outnumbered).
 19021 | D:11     | 19021 ||| Stepping ~*~*~tactically~*~*~ (outnumbered).
 19023 | D:11     | 19023 ||| Stepping ~*~*~tactically~*~*~ (outnumbered).
 19025 | D:11     | 19025 ||| Stepping ~*~*~tactically~*~*~ (outnumbered).
 19027 | D:11     | 19027 ||| Stepping ~*~*~tactically~*~*~ (outnumbered).
 19029 | D:11     | 19029 ||| Stepping ~*~*~tactically~*~*~ (outnumbered).
 19031 | D:11     | 19031 ||| Stepping ~*~*~tactically~*~*~ (outnumbered).
 19033 | D:11     | 19033 ||| Stepping ~*~*~tactically~*~*~ (outnumbered).
 19035 | D:11     | 19035 ||| Stepping ~*~*~tactically~*~*~ (outnumbered).
 19037 | D:11     | 19037 ||| Stepping ~*~*~tactically~*~*~ (outnumbered).
 19039 | D:11     | 19039 ||| Stepping ~*~*~tactically~*~*~ (outnumbered).
 19041 | D:11     | 19041 ||| Stepping ~*~*~tactically~*~*~ (outnumbered).
 19043 | D:11     | 19043 ||| Stepping ~*~*~tactically~*~*~ (outnumbered).
 19045 | D:11     | 19045 ||| Stepping ~*~*~tactically~*~*~ (outnumbered).
 19047 | D:11     | 19047 ||| Stepping ~*~*~tactically~*~*~ (outnumbered).
 19049 | D:11     | 19049 ||| Stepping ~*~*~tactically~*~*~ (outnumbered).
 19051 | D:11     | 19051 ||| Stepping ~*~*~tactically~*~*~ (outnumbered).
 19053 | D:11     | 19053 ||| Stepping ~*~*~tactically~*~*~ (outnumbered).
 19055 | D:11     | 19055 ||| Stepping ~*~*~tactically~*~*~ (outnumbered).
 19057 | D:11     | 19057 ||| Stepping ~*~*~tactically~*~*~ (outnumbered).
 19059 | D:11     | 19059 ||| Stepping ~*~*~tactically~*~*~ (outnumbered).
 19061 | D:11     | 19061 ||| Stepping ~*~*~tactically~*~*~ (outnumbered).
 19063 | D:11     | 19063 ||| Stepping ~*~*~tactically~*~*~ (outnumbered).
 19065 | D:11     | 19065 ||| Stepping ~*~*~tactically~*~*~ (outnumbered).
 19067 | D:11     | 19067 ||| Stepping ~*~*~tactically~*~*~ (outnumbered).
 19069 | D:11     | 19069 ||| Stepping ~*~*~tactically~*~*~ (outnumbered).
 19071 | D:11     | 19071 ||| Stepping ~*~*~tactically~*~*~ (outnumbered).
 19073 | D:11     | 19073 ||| Stepping ~*~*~tactically~*~*~ (outnumbered).
 19075 | D:11     | 19075 ||| Stepping ~*~*~tactically~*~*~ (outnumbered).
 19077 | D:11     | 19077 ||| Stepping ~*~*~tactically~*~*~ (outnumbered).
 19079 | D:11     | 19079 ||| Stepping ~*~*~tactically~*~*~ (outnumbered).
 19081 | D:11     | 19081 ||| Stepping ~*~*~tactically~*~*~ (outnumbered).
 19083 | D:11     | 19083 ||| Stepping ~*~*~tactically~*~*~ (outnumbered).
 19085 | D:11     | 19085 ||| Stepping ~*~*~tactically~*~*~ (outnumbered).
 19087 | D:11     | 19087 ||| Stepping ~*~*~tactically~*~*~ (outnumbered).
 19089 | D:11     | 19089 ||| Stepping ~*~*~tactically~*~*~ (outnumbered).
 19091 | D:11     | 19091 ||| Stepping ~*~*~tactically~*~*~ (outnumbered).
 19093 | D:11     | 19093 ||| Stepping ~*~*~tactically~*~*~ (outnumbered).
 19095 | D:11     | 19095 ||| Stepping ~*~*~tactically~*~*~ (outnumbered).
 19097 | D:11     | 19097 ||| Stepping ~*~*~tactically~*~*~ (outnumbered).
 19099 | D:11     | 19099 ||| Stepping ~*~*~tactically~*~*~ (outnumbered).
 19101 | D:11     | 19101 ||| Stepping ~*~*~tactically~*~*~ (outnumbered).
 19103 | D:11     | 19103 ||| Stepping ~*~*~tactically~*~*~ (outnumbered).
 19105 | D:11     | 19105 ||| Stepping ~*~*~tactically~*~*~ (outnumbered).
 19107 | D:11     | 19107 ||| Stepping ~*~*~tactically~*~*~ (outnumbered).
 19109 | D:11     | 19109 ||| Stepping ~*~*~tactically~*~*~ (outnumbered).
 19111 | D:11     | 19111 ||| Stepping ~*~*~tactically~*~*~ (outnumbered).
 19113 | D:11     | 19113 ||| Stepping ~*~*~tactically~*~*~ (outnumbered).
 19115 | D:11     | 19115 ||| Stepping ~*~*~tactically~*~*~ (outnumbered).
 19117 | D:11     | 19117 ||| Stepping ~*~*~tactically~*~*~ (outnumbered).
 19119 | D:11     | 19119 ||| Stepping ~*~*~tactically~*~*~ (outnumbered).
 19121 | D:11     | 19121 ||| Stepping ~*~*~tactically~*~*~ (outnumbered).
 19123 | D:11     | 19123 ||| Stepping ~*~*~tactically~*~*~ (outnumbered).
 19125 | D:11     | 19125 ||| Stepping ~*~*~tactically~*~*~ (outnumbered).
 19127 | D:11     | 19127 ||| Stepping ~*~*~tactically~*~*~ (outnumbered).
 19129 | D:11     | 19129 ||| Stepping ~*~*~tactically~*~*~ (outnumbered).
 19131 | D:11     | 19131 ||| Stepping ~*~*~tactically~*~*~ (outnumbered).
 19133 | D:11     | 19133 ||| Stepping ~*~*~tactically~*~*~ (outnumbered).
 19135 | D:11     | 19135 ||| Stepping ~*~*~tactically~*~*~ (outnumbered).
 19137 | D:11     | 19137 ||| Stepping ~*~*~tactically~*~*~ (outnumbered).
 19139 | D:11     | 19139 ||| Stepping ~*~*~tactically~*~*~ (outnumbered).
 19141 | D:11     | 19141 ||| Stepping ~*~*~tactically~*~*~ (outnumbered).
 19143 | D:11     | 19143 ||| Stepping ~*~*~tactically~*~*~ (outnumbered).
 19145 | D:11     | 19145 ||| Stepping ~*~*~tactically~*~*~ (outnumbered).
 19147 | D:11     | 19147 ||| Stepping ~*~*~tactically~*~*~ (outnumbered).
 19149 | D:11     | 19149 ||| Stepping ~*~*~tactically~*~*~ (outnumbered).
 19151 | D:11     | 19151 ||| Stepping ~*~*~tactically~*~*~ (outnumbered).
 19153 | D:11     | 19153 ||| Stepping ~*~*~tactically~*~*~ (outnumbered).
 19155 | D:11     | 19155 ||| Stepping ~*~*~tactically~*~*~ (outnumbered).
 19157 | D:11     | 19157 ||| Stepping ~*~*~tactically~*~*~ (outnumbered).
 19159 | D:11     | 19159 ||| Stepping ~*~*~tactically~*~*~ (outnumbered).
 19161 | D:11     | 19161 ||| Stepping ~*~*~tactically~*~*~ (outnumbered).
 19163 | D:11     | 19163 ||| Stepping ~*~*~tactically~*~*~ (outnumbered).
 19165 | D:11     | 19165 ||| Stepping ~*~*~tactically~*~*~ (outnumbered).
 19167 | D:11     | 19167 ||| Stepping ~*~*~tactically~*~*~ (outnumbered).
 19169 | D:11     | 19169 ||| Stepping ~*~*~tactically~*~*~ (outnumbered).
 19171 | D:11     | 19171 ||| Stepping ~*~*~tactically~*~*~ (outnumbered).
 19173 | D:11     | 19173 ||| Stepping ~*~*~tactically~*~*~ (outnumbered).
 19175 | D:11     | 19175 ||| Stepping ~*~*~tactically~*~*~ (outnumbered).
 19177 | D:11     | 19177 ||| Stepping ~*~*~tactically~*~*~ (outnumbered).
 19179 | D:11     | 19179 ||| Stepping ~*~*~tactically~*~*~ (outnumbered).
 19181 | D:11     | 19181 ||| Stepping ~*~*~tactically~*~*~ (outnumbered).
 19183 | D:11     | 19183 ||| Stepping ~*~*~tactically~*~*~ (outnumbered).
 19185 | D:11     | 19185 ||| Stepping ~*~*~tactically~*~*~ (outnumbered).
 19187 | D:11     | 19187 ||| Stepping ~*~*~tactically~*~*~ (outnumbered).
 19189 | D:11     | 19189 ||| Stepping ~*~*~tactically~*~*~ (outnumbered).
 19191 | D:11     | 19191 ||| Stepping ~*~*~tactically~*~*~ (outnumbered).
 19193 | D:11     | 19193 ||| Stepping ~*~*~tactically~*~*~ (outnumbered).
 19195 | D:11     | 19195 ||| Stepping ~*~*~tactically~*~*~ (outnumbered).
 19197 | D:11     | 19197 ||| Stepping ~*~*~tactically~*~*~ (outnumbered).
 19199 | D:11     | 19199 ||| Stepping ~*~*~tactically~*~*~ (outnumbered).
 19201 | D:11     | 19201 ||| Stepping ~*~*~tactically~*~*~ (outnumbered).
 19203 | D:11     | 19203 ||| Stepping ~*~*~tactically~*~*~ (outnumbered).
 19205 | D:11     | 19205 ||| Stepping ~*~*~tactically~*~*~ (outnumbered).
 19207 | D:11     | 19207 ||| Stepping ~*~*~tactically~*~*~ (outnumbered).
 19209 | D:11     | 19209 ||| Stepping ~*~*~tactically~*~*~ (outnumbered).
 19211 | D:11     | 19211 ||| Stepping ~*~*~tactically~*~*~ (outnumbered).
 19213 | D:11     | 19213 ||| Stepping ~*~*~tactically~*~*~ (outnumbered).
 19215 | D:11     | 19215 ||| Stepping ~*~*~tactically~*~*~ (outnumbered).
 19217 | D:11     | 19217 ||| Stepping ~*~*~tactically~*~*~ (outnumbered).
 19219 | D:11     | 19219 ||| Stepping ~*~*~tactically~*~*~ (outnumbered).
 19221 | D:11     | 19221 ||| Stepping ~*~*~tactically~*~*~ (outnumbered).
 19223 | D:11     | 19223 ||| Stepping ~*~*~tactically~*~*~ (outnumbered).
 19225 | D:11     | 19225 ||| Stepping ~*~*~tactically~*~*~ (outnumbered).
 19227 | D:11     | 19227 ||| Stepping ~*~*~tactically~*~*~ (outnumbered).
 19229 | D:11     | 19229 ||| Stepping ~*~*~tactically~*~*~ (outnumbered).
 19231 | D:11     | 19231 ||| Stepping ~*~*~tactically~*~*~ (outnumbered).
 19233 | D:11     | 19233 ||| Stepping ~*~*~tactically~*~*~ (outnumbered).
 19235 | D:11     | 19235 ||| Stepping ~*~*~tactically~*~*~ (outnumbered).
 19237 | D:11     | 19237 ||| Stepping ~*~*~tactically~*~*~ (outnumbered).
 19239 | D:11     | 19239 ||| Stepping ~*~*~tactically~*~*~ (outnumbered).
 19241 | D:11     | 19241 ||| Stepping ~*~*~tactically~*~*~ (outnumbered).
 19243 | D:11     | 19243 ||| Stepping ~*~*~tactically~*~*~ (outnumbered).
 19245 | D:11     | 19245 ||| Stepping ~*~*~tactically~*~*~ (outnumbered).
 19247 | D:11     | 19247 ||| Stepping ~*~*~tactically~*~*~ (outnumbered).
 19249 | D:11     | 19249 ||| Stepping ~*~*~tactically~*~*~ (outnumbered).
 19251 | D:11     | 19251 ||| Stepping ~*~*~tactically~*~*~ (outnumbered).
 19253 | D:11     | 19253 ||| Stepping ~*~*~tactically~*~*~ (outnumbered).
 19255 | D:11     | 19255 ||| Stepping ~*~*~tactically~*~*~ (outnumbered).
 19257 | D:11     | 19257 ||| Stepping ~*~*~tactically~*~*~ (outnumbered).
 19259 | D:11     | 19259 ||| Stepping ~*~*~tactically~*~*~ (outnumbered).
 19261 | D:11     | 19261 ||| Stepping ~*~*~tactically~*~*~ (outnumbered).
 19263 | D:11     | 19263 ||| Stepping ~*~*~tactically~*~*~ (outnumbered).
 19265 | D:11     | 19265 ||| Stepping ~*~*~tactically~*~*~ (outnumbered).
 19267 | D:11     | 19267 ||| Stepping ~*~*~tactically~*~*~ (outnumbered).
 19269 | D:11     | 19269 ||| Stepping ~*~*~tactically~*~*~ (outnumbered).
 19271 | D:11     | 19271 ||| Stepping ~*~*~tactically~*~*~ (outnumbered).
 19273 | D:11     | 19273 ||| Stepping ~*~*~tactically~*~*~ (outnumbered).
 19275 | D:11     | 19275 ||| Stepping ~*~*~tactically~*~*~ (outnumbered).
 19277 | D:11     | 19277 ||| Stepping ~*~*~tactically~*~*~ (outnumbered).
 19279 | D:11     | 19279 ||| Stepping ~*~*~tactically~*~*~ (outnumbered).
 19281 | D:11     | 19281 ||| Stepping ~*~*~tactically~*~*~ (outnumbered).
 19283 | D:11     | 19283 ||| Stepping ~*~*~tactically~*~*~ (outnumbered).
 19285 | D:11     | 19285 ||| Stepping ~*~*~tactically~*~*~ (outnumbered).
 19287 | D:11     | 19287 ||| Stepping ~*~*~tactically~*~*~ (outnumbered).
 19289 | D:11     | 19289 ||| Stepping ~*~*~tactically~*~*~ (outnumbered).
 19291 | D:11     | 19291 ||| Stepping ~*~*~tactically~*~*~ (outnumbered).
 19293 | D:11     | 19293 ||| Stepping ~*~*~tactically~*~*~ (outnumbered).
 19295 | D:11     | 19295 ||| Stepping ~*~*~tactically~*~*~ (outnumbered).
 19297 | D:11     | 19297 ||| Stepping ~*~*~tactically~*~*~ (outnumbered).
 19299 | D:11     | 19299 ||| Stepping ~*~*~tactically~*~*~ (outnumbered).
 19301 | D:11     | 19301 ||| Stepping ~*~*~tactically~*~*~ (outnumbered).
 19303 | D:11     | 19303 ||| Stepping ~*~*~tactically~*~*~ (outnumbered).
 19305 | D:11     | 19305 ||| Stepping ~*~*~tactically~*~*~ (outnumbered).
 19307 | D:11     | 19307 ||| Stepping ~*~*~tactically~*~*~ (outnumbered).
 19309 | D:11     | 19309 ||| Stepping ~*~*~tactically~*~*~ (outnumbered).
 19311 | D:11     | 19311 ||| Stepping ~*~*~tactically~*~*~ (outnumbered).
 19313 | D:11     | 19313 ||| Stepping ~*~*~tactically~*~*~ (outnumbered).
 19315 | D:11     | 19315 ||| Stepping ~*~*~tactically~*~*~ (outnumbered).
 19317 | D:11     | 19317 ||| Stepping ~*~*~tactically~*~*~ (outnumbered).
 19319 | D:11     | 19319 ||| Stepping ~*~*~tactically~*~*~ (outnumbered).
 19321 | D:11     | 19321 ||| Stepping ~*~*~tactically~*~*~ (outnumbered).
 19323 | D:11     | 19323 ||| Stepping ~*~*~tactically~*~*~ (outnumbered).
 19325 | D:11     | 19325 ||| Stepping ~*~*~tactically~*~*~ (outnumbered).
 19327 | D:11     | 19327 ||| Stepping ~*~*~tactically~*~*~ (outnumbered).
 19329 | D:11     | 19329 ||| Stepping ~*~*~tactically~*~*~ (outnumbered).
 19331 | D:11     | 19331 ||| Stepping ~*~*~tactically~*~*~ (outnumbered).
 19333 | D:11     | 19333 ||| Stepping ~*~*~tactically~*~*~ (outnumbered).
 19335 | D:11     | 19335 ||| Stepping ~*~*~tactically~*~*~ (outnumbered).
 19337 | D:11     | 19337 ||| Stepping ~*~*~tactically~*~*~ (outnumbered).
 19339 | D:11     | 19339 ||| Stepping ~*~*~tactically~*~*~ (outnumbered).
 19341 | D:11     | 19341 ||| Stepping ~*~*~tactically~*~*~ (outnumbered).
 19343 | D:11     | 19343 ||| Stepping ~*~*~tactically~*~*~ (outnumbered).
 19345 | D:11     | 19345 ||| Stepping ~*~*~tactically~*~*~ (outnumbered).
 19347 | D:11     | 19347 ||| Stepping ~*~*~tactically~*~*~ (outnumbered).
 19349 | D:11     | 19349 ||| Stepping ~*~*~tactically~*~*~ (outnumbered).
 19351 | D:11     | 19351 ||| Stepping ~*~*~tactically~*~*~ (outnumbered).
 19353 | D:11     | 19353 ||| Stepping ~*~*~tactically~*~*~ (outnumbered).
 19355 | D:11     | 19355 ||| Stepping ~*~*~tactically~*~*~ (outnumbered).
 19357 | D:11     | 19357 ||| Stepping ~*~*~tactically~*~*~ (outnumbered).
 19359 | D:11     | 19359 ||| Stepping ~*~*~tactically~*~*~ (outnumbered).
 19361 | D:11     | 19361 ||| Stepping ~*~*~tactically~*~*~ (outnumbered).
 19363 | D:11     | 19363 ||| Stepping ~*~*~tactically~*~*~ (outnumbered).
 19365 | D:11     | 19365 ||| Stepping ~*~*~tactically~*~*~ (outnumbered).
 19367 | D:11     | 19367 ||| Stepping ~*~*~tactically~*~*~ (outnumbered).
 19369 | D:11     | 19369 ||| Stepping ~*~*~tactically~*~*~ (outnumbered).
 19371 | D:11     | 19371 ||| Stepping ~*~*~tactically~*~*~ (outnumbered).
 19373 | D:11     | 19373 ||| Stepping ~*~*~tactically~*~*~ (outnumbered).
 19375 | D:11     | 19375 ||| Stepping ~*~*~tactically~*~*~ (outnumbered).
 19377 | D:11     | 19377 ||| Stepping ~*~*~tactically~*~*~ (outnumbered).
 19379 | D:11     | 19379 ||| Stepping ~*~*~tactically~*~*~ (outnumbered).
 19381 | D:11     | 19381 ||| Stepping ~*~*~tactically~*~*~ (outnumbered).
 19383 | D:11     | 19383 ||| Stepping ~*~*~tactically~*~*~ (outnumbered).
 19385 | D:11     | 19385 ||| Stepping ~*~*~tactically~*~*~ (outnumbered).
 19387 | D:11     | 19387 ||| Stepping ~*~*~tactically~*~*~ (outnumbered).
 19389 | D:11     | 19389 ||| Stepping ~*~*~tactically~*~*~ (outnumbered).
 19391 | D:11     | 19391 ||| Stepping ~*~*~tactically~*~*~ (outnumbered).
 19393 | D:11     | 19393 ||| Stepping ~*~*~tactically~*~*~ (outnumbered).
 19395 | D:11     | 19395 ||| Stepping ~*~*~tactically~*~*~ (outnumbered).
 19397 | D:11     | 19397 ||| Stepping ~*~*~tactically~*~*~ (outnumbered).
 19399 | D:11     | 19399 ||| Stepping ~*~*~tactically~*~*~ (outnumbered).
 19401 | D:11     | 19401 ||| Stepping ~*~*~tactically~*~*~ (outnumbered).
 19403 | D:11     | 19403 ||| Stepping ~*~*~tactically~*~*~ (outnumbered).
 19405 | D:11     | 19405 ||| Stepping ~*~*~tactically~*~*~ (outnumbered).
 19407 | D:11     | 19407 ||| Stepping ~*~*~tactically~*~*~ (outnumbered).
 19409 | D:11     | 19409 ||| Stepping ~*~*~tactically~*~*~ (outnumbered).
 19411 | D:11     | 19411 ||| Stepping ~*~*~tactically~*~*~ (outnumbered).
 19413 | D:11     | 19413 ||| Stepping ~*~*~tactically~*~*~ (outnumbered).
 19415 | D:11     | 19415 ||| Stepping ~*~*~tactically~*~*~ (outnumbered).
 19417 | D:11     | 19417 ||| Stepping ~*~*~tactically~*~*~ (outnumbered).
 19419 | D:11     | 19419 ||| Stepping ~*~*~tactically~*~*~ (outnumbered).
 19421 | D:11     | 19421 ||| Stepping ~*~*~tactically~*~*~ (outnumbered).
 19423 | D:11     | 19423 ||| Stepping ~*~*~tactically~*~*~ (outnumbered).
 19425 | D:11     | 19425 ||| Stepping ~*~*~tactically~*~*~ (outnumbered).
 19427 | D:11     | 19427 ||| Stepping ~*~*~tactically~*~*~ (outnumbered).
 19429 | D:11     | 19429 ||| Stepping ~*~*~tactically~*~*~ (outnumbered).
 19431 | D:11     | 19431 ||| Stepping ~*~*~tactically~*~*~ (outnumbered).
 19433 | D:11     | 19433 ||| Stepping ~*~*~tactically~*~*~ (outnumbered).
 19435 | D:11     | 19435 ||| Stepping ~*~*~tactically~*~*~ (outnumbered).
 19437 | D:11     | 19437 ||| Stepping ~*~*~tactically~*~*~ (outnumbered).
 19439 | D:11     | 19439 ||| Stepping ~*~*~tactically~*~*~ (outnumbered).
 19441 | D:11     | 19441 ||| Stepping ~*~*~tactically~*~*~ (outnumbered).
 19443 | D:11     | 19443 ||| Stepping ~*~*~tactically~*~*~ (outnumbered).
 19445 | D:11     | 19445 ||| Stepping ~*~*~tactically~*~*~ (outnumbered).
 19447 | D:11     | 19447 ||| Stepping ~*~*~tactically~*~*~ (outnumbered).
 19449 | D:11     | 19449 ||| Stepping ~*~*~tactically~*~*~ (outnumbered).
 19451 | D:11     | 19451 ||| Stepping ~*~*~tactically~*~*~ (outnumbered).
 19453 | D:11     | 19453 ||| Stepping ~*~*~tactically~*~*~ (outnumbered).
 19455 | D:11     | 19455 ||| Stepping ~*~*~tactically~*~*~ (outnumbered).
 19457 | D:11     | 19457 ||| Stepping ~*~*~tactically~*~*~ (outnumbered).
 19459 | D:11     | 19459 ||| Stepping ~*~*~tactically~*~*~ (outnumbered).
 19461 | D:11     | 19461 ||| Stepping ~*~*~tactically~*~*~ (outnumbered).
 19463 | D:11     | 19463 ||| Stepping ~*~*~tactically~*~*~ (outnumbered).
 19465 | D:11     | 19465 ||| Stepping ~*~*~tactically~*~*~ (outnumbered).
 19467 | D:11     | 19467 ||| Stepping ~*~*~tactically~*~*~ (outnumbered).
 19469 | D:11     | 19469 ||| Stepping ~*~*~tactically~*~*~ (outnumbered).
 19471 | D:11     | 19471 ||| Stepping ~*~*~tactically~*~*~ (outnumbered).
 19473 | D:11     | 19473 ||| Stepping ~*~*~tactically~*~*~ (outnumbered).
 19475 | D:11     | 19475 ||| Stepping ~*~*~tactically~*~*~ (outnumbered).
 19477 | D:11     | 19477 ||| Stepping ~*~*~tactically~*~*~ (outnumbered).
 19479 | D:11     | 19479 ||| Stepping ~*~*~tactically~*~*~ (outnumbered).
 19481 | D:11     | 19481 ||| Stepping ~*~*~tactically~*~*~ (outnumbered).
 19483 | D:11     | 19483 ||| Stepping ~*~*~tactically~*~*~ (outnumbered).
 19485 | D:11     | 19485 ||| Stepping ~*~*~tactically~*~*~ (outnumbered).
 19487 | D:11     | 19487 ||| Stepping ~*~*~tactically~*~*~ (outnumbered).
 19489 | D:11     | 19489 ||| Stepping ~*~*~tactically~*~*~ (outnumbered).
 19491 | D:11     | 19491 ||| Stepping ~*~*~tactically~*~*~ (outnumbered).
 19493 | D:11     | 19493 ||| Stepping ~*~*~tactically~*~*~ (outnumbered).
 19495 | D:11     | 19495 ||| Stepping ~*~*~tactically~*~*~ (outnumbered).
 19497 | D:11     | 19497 ||| Stepping ~*~*~tactically~*~*~ (outnumbered).
 19499 | D:11     | 19499 ||| Stepping ~*~*~tactically~*~*~ (outnumbered).
 19501 | D:11     | 19501 ||| Stepping ~*~*~tactically~*~*~ (outnumbered).
 19503 | D:11     | 19503 ||| Stepping ~*~*~tactically~*~*~ (outnumbered).
 19505 | D:11     | 19505 ||| Stepping ~*~*~tactically~*~*~ (outnumbered).
 19507 | D:11     | 19507 ||| Stepping ~*~*~tactically~*~*~ (outnumbered).
 19509 | D:11     | 19509 ||| Stepping ~*~*~tactically~*~*~ (outnumbered).
 19511 | D:11     | 19511 ||| Stepping ~*~*~tactically~*~*~ (outnumbered).
 19513 | D:11     | 19513 ||| Stepping ~*~*~tactically~*~*~ (outnumbered).
 19515 | D:11     | 19515 ||| Stepping ~*~*~tactically~*~*~ (outnumbered).
 19517 | D:11     | 19517 ||| Stepping ~*~*~tactically~*~*~ (outnumbered).
 19519 | D:11     | 19519 ||| Stepping ~*~*~tactically~*~*~ (outnumbered).
 19521 | D:11     | 19521 ||| Stepping ~*~*~tactically~*~*~ (outnumbered).
 19523 | D:11     | 19523 ||| Stepping ~*~*~tactically~*~*~ (outnumbered).
 19525 | D:11     | 19525 ||| Stepping ~*~*~tactically~*~*~ (outnumbered).
 19527 | D:11     | 19527 ||| Stepping ~*~*~tactically~*~*~ (outnumbered).
 19529 | D:11     | 19529 ||| Stepping ~*~*~tactically~*~*~ (outnumbered).
 19531 | D:11     | 19531 ||| Stepping ~*~*~tactically~*~*~ (outnumbered).
 19533 | D:11     | 19533 ||| Stepping ~*~*~tactically~*~*~ (outnumbered).
 19535 | D:11     | 19535 ||| Stepping ~*~*~tactically~*~*~ (outnumbered).
 19537 | D:11     | 19537 ||| Stepping ~*~*~tactically~*~*~ (outnumbered).
 19539 | D:11     | 19539 ||| Stepping ~*~*~tactically~*~*~ (outnumbered).
 19541 | D:11     | 19541 ||| Stepping ~*~*~tactically~*~*~ (outnumbered).
 19543 | D:11     | 19543 ||| Stepping ~*~*~tactically~*~*~ (outnumbered).
 19545 | D:11     | 19545 ||| Stepping ~*~*~tactically~*~*~ (outnumbered).
 19547 | D:11     | 19547 ||| Stepping ~*~*~tactically~*~*~ (outnumbered).
 19549 | D:11     | 19549 ||| Stepping ~*~*~tactically~*~*~ (outnumbered).
 19551 | D:11     | 19551 ||| Stepping ~*~*~tactically~*~*~ (outnumbered).
 19553 | D:11     | 19553 ||| Stepping ~*~*~tactically~*~*~ (outnumbered).
 19555 | D:11     | 19555 ||| Stepping ~*~*~tactically~*~*~ (outnumbered).
 19557 | D:11     | 19557 ||| Stepping ~*~*~tactically~*~*~ (outnumbered).
 19559 | D:11     | 19559 ||| Stepping ~*~*~tactically~*~*~ (outnumbered).
 19561 | D:11     | 19561 ||| Stepping ~*~*~tactically~*~*~ (outnumbered).
 19563 | D:11     | 19563 ||| Stepping ~*~*~tactically~*~*~ (outnumbered).
 19565 | D:11     | 19565 ||| Stepping ~*~*~tactically~*~*~ (outnumbered).
 19567 | D:11     | 19567 ||| Stepping ~*~*~tactically~*~*~ (outnumbered).
 19569 | D:11     | 19569 ||| Stepping ~*~*~tactically~*~*~ (outnumbered).
 19571 | D:11     | 19571 ||| Stepping ~*~*~tactically~*~*~ (outnumbered).
 19573 | D:11     | 19573 ||| Stepping ~*~*~tactically~*~*~ (outnumbered).
 19575 | D:11     | 19575 ||| Stepping ~*~*~tactically~*~*~ (outnumbered).
 19577 | D:11     | 19577 ||| Stepping ~*~*~tactically~*~*~ (outnumbered).
 19579 | D:11     | 19579 ||| Stepping ~*~*~tactically~*~*~ (outnumbered).
 19581 | D:11     | 19581 ||| Stepping ~*~*~tactically~*~*~ (outnumbered).
 19583 | D:11     | 19583 ||| Stepping ~*~*~tactically~*~*~ (outnumbered).
 19585 | D:11     | 19585 ||| Stepping ~*~*~tactically~*~*~ (outnumbered).
 19587 | D:11     | 19587 ||| Stepping ~*~*~tactically~*~*~ (outnumbered).
 19589 | D:11     | 19589 ||| Stepping ~*~*~tactically~*~*~ (outnumbered).
 19591 | D:11     | 19591 ||| Stepping ~*~*~tactically~*~*~ (outnumbered).
 19593 | D:11     | 19593 ||| Stepping ~*~*~tactically~*~*~ (outnumbered).
 19595 | D:11     | 19595 ||| Stepping ~*~*~tactically~*~*~ (outnumbered).
 19597 | D:11     | 19597 ||| Stepping ~*~*~tactically~*~*~ (outnumbered).
 19599 | D:11     | 19599 ||| Stepping ~*~*~tactically~*~*~ (outnumbered).
 19601 | D:11     | 19601 ||| Stepping ~*~*~tactically~*~*~ (outnumbered).
 19603 | D:11     | 19603 ||| Stepping ~*~*~tactically~*~*~ (outnumbered).
 19605 | D:11     | 19605 ||| Stepping ~*~*~tactically~*~*~ (outnumbered).
 19607 | D:11     | 19607 ||| Stepping ~*~*~tactically~*~*~ (outnumbered).
 19609 | D:11     | 19609 ||| Stepping ~*~*~tactically~*~*~ (outnumbered).
 19611 | D:11     | 19611 ||| Stepping ~*~*~tactically~*~*~ (outnumbered).
 19613 | D:11     | 19613 ||| Stepping ~*~*~tactically~*~*~ (outnumbered).
 19615 | D:11     | 19615 ||| Stepping ~*~*~tactically~*~*~ (outnumbered).
 19617 | D:11     | 19617 ||| Stepping ~*~*~tactically~*~*~ (outnumbered).
 19619 | D:11     | 19619 ||| Stepping ~*~*~tactically~*~*~ (outnumbered).
 19621 | D:11     | 19621 ||| Stepping ~*~*~tactically~*~*~ (outnumbered).
 19623 | D:11     | 19623 ||| Stepping ~*~*~tactically~*~*~ (outnumbered).
 19625 | D:11     | 19625 ||| Stepping ~*~*~tactically~*~*~ (outnumbered).
 19627 | D:11     | 19627 ||| Stepping ~*~*~tactically~*~*~ (outnumbered).
 19629 | D:11     | 19629 ||| Stepping ~*~*~tactically~*~*~ (outnumbered).
 19631 | D:11     | 19631 ||| Stepping ~*~*~tactically~*~*~ (outnumbered).
 19633 | D:11     | 19633 ||| Stepping ~*~*~tactically~*~*~ (outnumbered).
 19635 | D:11     | 19635 ||| Stepping ~*~*~tactically~*~*~ (outnumbered).
 19637 | D:11     | 19637 ||| Stepping ~*~*~tactically~*~*~ (outnumbered).
 19639 | D:11     | 19639 ||| Stepping ~*~*~tactically~*~*~ (outnumbered).
 19641 | D:11     | 19641 ||| Stepping ~*~*~tactically~*~*~ (outnumbered).
 19643 | D:11     | 19643 ||| Stepping ~*~*~tactically~*~*~ (outnumbered).
 19645 | D:11     | 19645 ||| Stepping ~*~*~tactically~*~*~ (outnumbered).
 19647 | D:11     | 19647 ||| Stepping ~*~*~tactically~*~*~ (outnumbered).
 19649 | D:11     | 19649 ||| Stepping ~*~*~tactically~*~*~ (outnumbered).
 19651 | D:11     | 19651 ||| Stepping ~*~*~tactically~*~*~ (outnumbered).
 19653 | D:11     | 19653 ||| Stepping ~*~*~tactically~*~*~ (outnumbered).
 19655 | D:11     | 19655 ||| Stepping ~*~*~tactically~*~*~ (outnumbered).
 19657 | D:11     | 19657 ||| Stepping ~*~*~tactically~*~*~ (outnumbered).
 19659 | D:11     | 19659 ||| Stepping ~*~*~tactically~*~*~ (outnumbered).
 19661 | D:11     | 19661 ||| Stepping ~*~*~tactically~*~*~ (outnumbered).
 19663 | D:11     | 19663 ||| Stepping ~*~*~tactically~*~*~ (outnumbered).
 19665 | D:11     | 19665 ||| Stepping ~*~*~tactically~*~*~ (outnumbered).
 19667 | D:11     | 19667 ||| Stepping ~*~*~tactically~*~*~ (outnumbered).
 19669 | D:11     | 19669 ||| Stepping ~*~*~tactically~*~*~ (outnumbered).
 19671 | D:11     | 19671 ||| Stepping ~*~*~tactically~*~*~ (outnumbered).
 19673 | D:11     | 19673 ||| Stepping ~*~*~tactically~*~*~ (outnumbered).
 19675 | D:11     | 19675 ||| Stepping ~*~*~tactically~*~*~ (outnumbered).
 19677 | D:11     | 19677 ||| Stepping ~*~*~tactically~*~*~ (outnumbered).
 19679 | D:11     | 19679 ||| Stepping ~*~*~tactically~*~*~ (outnumbered).
 19681 | D:11     | 19681 ||| Stepping ~*~*~tactically~*~*~ (outnumbered).
 19683 | D:11     | 19683 ||| Stepping ~*~*~tactically~*~*~ (outnumbered).
 19685 | D:11     | 19685 ||| Stepping ~*~*~tactically~*~*~ (outnumbered).
 19687 | D:11     | 19687 ||| Stepping ~*~*~tactically~*~*~ (outnumbered).
 19689 | D:11     | 19689 ||| Stepping ~*~*~tactically~*~*~ (outnumbered).
 19691 | D:11     | 19691 ||| Stepping ~*~*~tactically~*~*~ (outnumbered).
 19693 | D:11     | 19693 ||| Stepping ~*~*~tactically~*~*~ (outnumbered).
 19695 | D:11     | 19695 ||| Stepping ~*~*~tactically~*~*~ (outnumbered).
 19697 | D:11     | 19697 ||| Stepping ~*~*~tactically~*~*~ (outnumbered).
 19699 | D:11     | 19699 ||| Stepping ~*~*~tactically~*~*~ (outnumbered).
 19701 | D:11     | 19701 ||| Stepping ~*~*~tactically~*~*~ (outnumbered).
 19703 | D:11     | 19703 ||| Stepping ~*~*~tactically~*~*~ (outnumbered).
 19705 | D:11     | 19705 ||| Stepping ~*~*~tactically~*~*~ (outnumbered).
 19707 | D:11     | 19707 ||| Stepping ~*~*~tactically~*~*~ (outnumbered).
 19709 | D:11     | 19709 ||| Stepping ~*~*~tactically~*~*~ (outnumbered).
 19711 | D:11     | 19711 ||| Stepping ~*~*~tactically~*~*~ (outnumbered).
 19713 | D:11     | 19713 ||| Stepping ~*~*~tactically~*~*~ (outnumbered).
 19715 | D:11     | 19715 ||| Stepping ~*~*~tactically~*~*~ (outnumbered).
 19717 | D:11     | 19717 ||| Stepping ~*~*~tactically~*~*~ (outnumbered).
 19719 | D:11     | 19719 ||| Stepping ~*~*~tactically~*~*~ (outnumbered).
 19721 | D:11     | 19721 ||| Stepping ~*~*~tactically~*~*~ (outnumbered).
 19723 | D:11     | 19723 ||| Stepping ~*~*~tactically~*~*~ (outnumbered).
 19725 | D:11     | 19725 ||| Stepping ~*~*~tactically~*~*~ (outnumbered).
 19727 | D:11     | 19727 ||| Stepping ~*~*~tactically~*~*~ (outnumbered).
 19729 | D:11     | 19729 ||| Stepping ~*~*~tactically~*~*~ (outnumbered).
 19731 | D:11     | 19731 ||| Stepping ~*~*~tactically~*~*~ (outnumbered).
 19733 | D:11     | 19733 ||| Stepping ~*~*~tactically~*~*~ (outnumbered).
 19735 | D:11     | 19735 ||| Stepping ~*~*~tactically~*~*~ (outnumbered).
 19737 | D:11     | 19737 ||| Stepping ~*~*~tactically~*~*~ (outnumbered).
 19739 | D:11     | 19739 ||| Stepping ~*~*~tactically~*~*~ (outnumbered).
 19741 | D:11     | 19741 ||| Stepping ~*~*~tactically~*~*~ (outnumbered).
 19743 | D:11     | 19743 ||| Stepping ~*~*~tactically~*~*~ (outnumbered).
 19745 | D:11     | 19745 ||| Stepping ~*~*~tactically~*~*~ (outnumbered).
 19747 | D:11     | 19747 ||| Stepping ~*~*~tactically~*~*~ (outnumbered).
 19749 | D:11     | 19749 ||| Stepping ~*~*~tactically~*~*~ (outnumbered).
 19751 | D:11     | 19751 ||| Stepping ~*~*~tactically~*~*~ (outnumbered).
 19753 | D:11     | 19753 ||| Stepping ~*~*~tactically~*~*~ (outnumbered).
 19755 | D:11     | 19755 ||| Stepping ~*~*~tactically~*~*~ (outnumbered).
 19757 | D:11     | 19757 ||| Stepping ~*~*~tactically~*~*~ (outnumbered).
 19759 | D:11     | 19759 ||| Stepping ~*~*~tactically~*~*~ (outnumbered).
 19761 | D:11     | 19761 ||| Stepping ~*~*~tactically~*~*~ (outnumbered).
 19763 | D:11     | 19763 ||| Stepping ~*~*~tactically~*~*~ (outnumbered).
 19765 | D:11     | 19765 ||| Stepping ~*~*~tactically~*~*~ (outnumbered).
 19767 | D:11     | 19767 ||| Stepping ~*~*~tactically~*~*~ (outnumbered).
 19769 | D:11     | 19769 ||| Stepping ~*~*~tactically~*~*~ (outnumbered).
 19771 | D:11     | 19771 ||| Stepping ~*~*~tactically~*~*~ (outnumbered).
 19773 | D:11     | 19773 ||| Stepping ~*~*~tactically~*~*~ (outnumbered).
 19775 | D:11     | 19775 ||| Stepping ~*~*~tactically~*~*~ (outnumbered).
 19777 | D:11     | 19777 ||| Stepping ~*~*~tactically~*~*~ (outnumbered).
 19779 | D:11     | 19779 ||| Stepping ~*~*~tactically~*~*~ (outnumbered).
 19781 | D:11     | 19781 ||| Stepping ~*~*~tactically~*~*~ (outnumbered).
 19783 | D:11     | 19783 ||| Stepping ~*~*~tactically~*~*~ (outnumbered).
 19785 | D:11     | 19785 ||| Stepping ~*~*~tactically~*~*~ (outnumbered).
 19787 | D:11     | 19787 ||| Stepping ~*~*~tactically~*~*~ (outnumbered).
 19789 | D:11     | 19789 ||| Stepping ~*~*~tactically~*~*~ (outnumbered).
 19791 | D:11     | 19791 ||| Stepping ~*~*~tactically~*~*~ (outnumbered).
 19793 | D:11     | 19793 ||| Stepping ~*~*~tactically~*~*~ (outnumbered).
 19795 | D:11     | 19795 ||| Stepping ~*~*~tactically~*~*~ (outnumbered).
 19797 | D:11     | 19797 ||| Stepping ~*~*~tactically~*~*~ (outnumbered).
 19799 | D:11     | 19799 ||| Stepping ~*~*~tactically~*~*~ (outnumbered).
 19801 | D:11     | 19801 ||| Stepping ~*~*~tactically~*~*~ (outnumbered).
 19803 | D:11     | 19803 ||| Stepping ~*~*~tactically~*~*~ (outnumbered).
 19805 | D:11     | 19805 ||| Stepping ~*~*~tactically~*~*~ (outnumbered).
 19807 | D:11     | 19807 ||| Stepping ~*~*~tactically~*~*~ (outnumbered).
 19809 | D:11     | 19809 ||| Stepping ~*~*~tactically~*~*~ (outnumbered).
 19811 | D:11     | 19811 ||| Stepping ~*~*~tactically~*~*~ (outnumbered).
 19813 | D:11     | 19813 ||| Stepping ~*~*~tactically~*~*~ (outnumbered).
 19815 | D:11     | 19815 ||| Stepping ~*~*~tactically~*~*~ (outnumbered).
 19817 | D:11     | 19817 ||| Stepping ~*~*~tactically~*~*~ (outnumbered).
 19819 | D:11     | 19819 ||| Stepping ~*~*~tactically~*~*~ (outnumbered).
 19821 | D:11     | 19821 ||| Stepping ~*~*~tactically~*~*~ (outnumbered).
 19823 | D:11     | 19823 ||| Stepping ~*~*~tactically~*~*~ (outnumbered).
 19825 | D:11     | 19825 ||| Stepping ~*~*~tactically~*~*~ (outnumbered).
 19827 | D:11     | 19827 ||| Stepping ~*~*~tactically~*~*~ (outnumbered).
 19829 | D:11     | 19829 ||| Stepping ~*~*~tactically~*~*~ (outnumbered).
 19831 | D:11     | 19831 ||| Stepping ~*~*~tactically~*~*~ (outnumbered).
 19833 | D:11     | 19833 ||| Stepping ~*~*~tactically~*~*~ (outnumbered).
 19835 | D:11     | 19835 ||| Stepping ~*~*~tactically~*~*~ (outnumbered).
 19837 | D:11     | 19837 ||| Stepping ~*~*~tactically~*~*~ (outnumbered).
 19839 | D:11     | 19839 ||| Stepping ~*~*~tactically~*~*~ (outnumbered).
 19841 | D:11     | 19841 ||| Stepping ~*~*~tactically~*~*~ (outnumbered).
 19843 | D:11     | 19843 ||| Stepping ~*~*~tactically~*~*~ (outnumbered).
 19845 | D:11     | 19845 ||| Stepping ~*~*~tactically~*~*~ (outnumbered).
 19847 | D:11     | 19847 ||| Stepping ~*~*~tactically~*~*~ (outnumbered).
 19849 | D:11     | 19849 ||| Stepping ~*~*~tactically~*~*~ (outnumbered).
 19851 | D:11     | 19851 ||| Stepping ~*~*~tactically~*~*~ (outnumbered).
 19853 | D:11     | 19853 ||| Stepping ~*~*~tactically~*~*~ (outnumbered).
 19855 | D:11     | 19855 ||| Stepping ~*~*~tactically~*~*~ (outnumbered).
 19857 | D:11     | 19857 ||| Stepping ~*~*~tactically~*~*~ (outnumbered).
 19859 | D:11     | 19859 ||| Stepping ~*~*~tactically~*~*~ (outnumbered).
 19861 | D:11     | 19861 ||| Stepping ~*~*~tactically~*~*~ (outnumbered).
 19863 | D:11     | 19863 ||| Stepping ~*~*~tactically~*~*~ (outnumbered).
 19865 | D:11     | 19865 ||| Stepping ~*~*~tactically~*~*~ (outnumbered).
 19867 | D:11     | 19867 ||| Stepping ~*~*~tactically~*~*~ (outnumbered).
 19869 | D:11     | 19869 ||| Stepping ~*~*~tactically~*~*~ (outnumbered).
 19871 | D:11     | 19871 ||| Stepping ~*~*~tactically~*~*~ (outnumbered).
 19873 | D:11     | 19873 ||| Stepping ~*~*~tactically~*~*~ (outnumbered).
 19875 | D:11     | 19875 ||| Stepping ~*~*~tactically~*~*~ (outnumbered).
 19877 | D:11     | 19877 ||| Stepping ~*~*~tactically~*~*~ (outnumbered).
 19879 | D:11     | 19879 ||| Stepping ~*~*~tactically~*~*~ (outnumbered).
 19881 | D:11     | 19881 ||| Stepping ~*~*~tactically~*~*~ (outnumbered).
 19883 | D:11     | 19883 ||| Stepping ~*~*~tactically~*~*~ (outnumbered).
 19885 | D:11     | 19885 ||| Stepping ~*~*~tactically~*~*~ (outnumbered).
 19887 | D:11     | 19887 ||| Stepping ~*~*~tactically~*~*~ (outnumbered).
 19889 | D:11     | 19889 ||| Stepping ~*~*~tactically~*~*~ (outnumbered).
 19891 | D:11     | 19891 ||| Stepping ~*~*~tactically~*~*~ (outnumbered).
 19893 | D:11     | 19893 ||| Stepping ~*~*~tactically~*~*~ (outnumbered).
 19895 | D:11     | 19895 ||| Stepping ~*~*~tactically~*~*~ (outnumbered).
 19897 | D:11     | 19897 ||| Stepping ~*~*~tactically~*~*~ (outnumbered).
 19899 | D:11     | 19899 ||| Stepping ~*~*~tactically~*~*~ (outnumbered).
 19901 | D:11     | 19901 ||| Stepping ~*~*~tactically~*~*~ (outnumbered).
 19903 | D:11     | 19903 ||| Stepping ~*~*~tactically~*~*~ (outnumbered).
 19905 | D:11     | 19905 ||| Stepping ~*~*~tactically~*~*~ (outnumbered).
 19907 | D:11     | 19907 ||| Stepping ~*~*~tactically~*~*~ (outnumbered).
 19909 | D:11     | 19909 ||| Stepping ~*~*~tactically~*~*~ (outnumbered).
 19911 | D:11     | 19911 ||| Stepping ~*~*~tactically~*~*~ (outnumbered).
 19913 | D:11     | 19913 ||| Stepping ~*~*~tactically~*~*~ (outnumbered).
 19915 | D:11     | 19915 ||| Stepping ~*~*~tactically~*~*~ (outnumbered).
 19917 | D:11     | 19917 ||| Stepping ~*~*~tactically~*~*~ (outnumbered).
 19919 | D:11     | 19919 ||| Stepping ~*~*~tactically~*~*~ (outnumbered).
 19921 | D:11     | 19921 ||| Stepping ~*~*~tactically~*~*~ (outnumbered).
 19923 | D:11     | 19923 ||| Stepping ~*~*~tactically~*~*~ (outnumbered).
 19925 | D:11     | 19925 ||| Stepping ~*~*~tactically~*~*~ (outnumbered).
 19927 | D:11     | 19927 ||| Stepping ~*~*~tactically~*~*~ (outnumbered).
 19929 | D:11     | 19929 ||| Stepping ~*~*~tactically~*~*~ (outnumbered).
 19931 | D:11     | 19931 ||| Stepping ~*~*~tactically~*~*~ (outnumbered).
 19933 | D:11     | 19933 ||| Stepping ~*~*~tactically~*~*~ (outnumbered).
 19935 | D:11     | 19935 ||| Stepping ~*~*~tactically~*~*~ (outnumbered).
 19937 | D:11     | 19937 ||| Stepping ~*~*~tactically~*~*~ (outnumbered).
 19939 | D:11     | 19939 ||| Stepping ~*~*~tactically~*~*~ (outnumbered).
 19941 | D:11     | 19941 ||| Stepping ~*~*~tactically~*~*~ (outnumbered).
 19943 | D:11     | 19943 ||| Stepping ~*~*~tactically~*~*~ (outnumbered).
 19945 | D:11     | 19945 ||| Stepping ~*~*~tactically~*~*~ (outnumbered).
 19947 | D:11     | 19947 ||| Stepping ~*~*~tactically~*~*~ (outnumbered).
 19949 | D:11     | 19949 ||| Stepping ~*~*~tactically~*~*~ (outnumbered).
 19951 | D:11     | 19951 ||| Stepping ~*~*~tactically~*~*~ (outnumbered).
 19953 | D:11     | 19953 ||| Stepping ~*~*~tactically~*~*~ (outnumbered).
 19955 | D:11     | 19955 ||| Stepping ~*~*~tactically~*~*~ (outnumbered).
 19957 | D:11     | 19957 ||| Stepping ~*~*~tactically~*~*~ (outnumbered).
 19959 | D:11     | 19959 ||| Stepping ~*~*~tactically~*~*~ (outnumbered).
 19961 | D:11     | 19961 ||| Stepping ~*~*~tactically~*~*~ (outnumbered).
 19963 | D:11     | 19963 ||| Stepping ~*~*~tactically~*~*~ (outnumbered).
 19965 | D:11     | 19965 ||| Stepping ~*~*~tactically~*~*~ (outnumbered).
 19967 | D:11     | 19967 ||| Stepping ~*~*~tactically~*~*~ (outnumbered).
 19969 | D:11     | 19969 ||| Stepping ~*~*~tactically~*~*~ (outnumbered).
 19971 | D:11     | 19971 ||| Stepping ~*~*~tactically~*~*~ (outnumbered).
 19973 | D:11     | 19973 ||| Stepping ~*~*~tactically~*~*~ (outnumbered).
 19975 | D:11     | 19975 ||| Stepping ~*~*~tactically~*~*~ (outnumbered).
 19977 | D:11     | 19977 ||| Stepping ~*~*~tactically~*~*~ (outnumbered).
 19979 | D:11     | 19979 ||| Stepping ~*~*~tactically~*~*~ (outnumbered).
 19981 | D:11     | 19981 ||| Stepping ~*~*~tactically~*~*~ (outnumbered).
 19983 | D:11     | 19983 ||| Stepping ~*~*~tactically~*~*~ (outnumbered).
 19985 | D:11     | 19985 ||| Stepping ~*~*~tactically~*~*~ (outnumbered).
 19987 | D:11     | 19987 ||| Stepping ~*~*~tactically~*~*~ (outnumbered).
 19989 | D:11     | 19989 ||| Stepping ~*~*~tactically~*~*~ (outnumbered).
 19991 | D:11     | 19991 ||| Stepping ~*~*~tactically~*~*~ (outnumbered).
 19993 | D:11     | 19993 ||| Stepping ~*~*~tactically~*~*~ (outnumbered).
 19995 | D:11     | 19995 ||| Stepping ~*~*~tactically~*~*~ (outnumbered).
 19997 | D:11     | 19997 ||| Stepping ~*~*~tactically~*~*~ (outnumbered).
 19999 | D:11     | 19999 ||| Stepping ~*~*~tactically~*~*~ (outnumbered).
 20001 | D:11     | 20001 ||| Stepping ~*~*~tactically~*~*~ (outnumbered).
 20003 | D:11     | 20003 ||| Stepping ~*~*~tactically~*~*~ (outnumbered).
 20005 | D:11     | 20005 ||| Stepping ~*~*~tactically~*~*~ (outnumbered).
 20007 | D:11     | 20007 ||| Stepping ~*~*~tactically~*~*~ (outnumbered).
 20009 | D:11     | 20009 ||| Stepping ~*~*~tactically~*~*~ (outnumbered).
 20011 | D:11     | 20011 ||| Stepping ~*~*~tactically~*~*~ (outnumbered).
 20013 | D:11     | 20013 ||| Stepping ~*~*~tactically~*~*~ (outnumbered).
 20015 | D:11     | 20015 ||| Stepping ~*~*~tactically~*~*~ (outnumbered).
 20017 | D:11     | 20017 ||| Stepping ~*~*~tactically~*~*~ (outnumbered).
 20019 | D:11     | 20019 ||| Stepping ~*~*~tactically~*~*~ (outnumbered).
 20021 | D:11     | 20021 ||| Stepping ~*~*~tactically~*~*~ (outnumbered).
 20023 | D:11     | 20023 ||| Stepping ~*~*~tactically~*~*~ (outnumbered).
 20025 | D:11     | 20025 ||| Stepping ~*~*~tactically~*~*~ (outnumbered).
 20027 | D:11     | 20027 ||| Stepping ~*~*~tactically~*~*~ (outnumbered).
 20029 | D:11     | 20029 ||| Stepping ~*~*~tactically~*~*~ (outnumbered).
 20031 | D:11     | 20031 ||| Stepping ~*~*~tactically~*~*~ (outnumbered).
 20033 | D:11     | 20033 ||| Stepping ~*~*~tactically~*~*~ (outnumbered).
 20035 | D:11     | 20035 ||| Stepping ~*~*~tactically~*~*~ (outnumbered).
 20037 | D:11     | 20037 ||| Stepping ~*~*~tactically~*~*~ (outnumbered).
 20039 | D:11     | 20039 ||| Stepping ~*~*~tactically~*~*~ (outnumbered).
 20041 | D:11     | 20041 ||| Stepping ~*~*~tactically~*~*~ (outnumbered).
 20043 | D:11     | 20043 ||| Stepping ~*~*~tactically~*~*~ (outnumbered).
 20045 | D:11     | 20045 ||| Stepping ~*~*~tactically~*~*~ (outnumbered).
 20047 | D:11     | 20047 ||| Stepping ~*~*~tactically~*~*~ (outnumbered).
 20049 | D:11     | 20049 ||| Stepping ~*~*~tactically~*~*~ (outnumbered).
 20051 | D:11     | 20051 ||| Stepping ~*~*~tactically~*~*~ (outnumbered).
 20053 | D:11     | 20053 ||| Stepping ~*~*~tactically~*~*~ (outnumbered).
 20055 | D:11     | 20055 ||| Stepping ~*~*~tactically~*~*~ (outnumbered).
 20057 | D:11     | 20057 ||| Stepping ~*~*~tactically~*~*~ (outnumbered).
 20059 | D:11     | 20059 ||| Stepping ~*~*~tactically~*~*~ (outnumbered).
 20061 | D:11     | 20061 ||| Stepping ~*~*~tactically~*~*~ (outnumbered).
 20063 | D:11     | 20063 ||| Stepping ~*~*~tactically~*~*~ (outnumbered).
 20065 | D:11     | 20065 ||| Stepping ~*~*~tactically~*~*~ (outnumbered).
 20067 | D:11     | 20067 ||| Stepping ~*~*~tactically~*~*~ (outnumbered).
 20069 | D:11     | 20069 ||| Stepping ~*~*~tactically~*~*~ (outnumbered).
 20071 | D:11     | 20071 ||| Stepping ~*~*~tactically~*~*~ (outnumbered).
 20073 | D:11     | 20073 ||| Stepping ~*~*~tactically~*~*~ (outnumbered).
 20075 | D:11     | 20075 ||| Stepping ~*~*~tactically~*~*~ (outnumbered).
 20077 | D:11     | 20077 ||| Stepping ~*~*~tactically~*~*~ (outnumbered).
 20079 | D:11     | 20079 ||| Stepping ~*~*~tactically~*~*~ (outnumbered).
 20081 | D:11     | 20081 ||| Stepping ~*~*~tactically~*~*~ (outnumbered).
 20083 | D:11     | 20083 ||| Stepping ~*~*~tactically~*~*~ (outnumbered).
 20085 | D:11     | 20085 ||| Stepping ~*~*~tactically~*~*~ (outnumbered).
 20087 | D:11     | 20087 ||| Stepping ~*~*~tactically~*~*~ (outnumbered).
 20089 | D:11     | 20089 ||| Stepping ~*~*~tactically~*~*~ (outnumbered).
 20091 | D:11     | 20091 ||| Stepping ~*~*~tactically~*~*~ (outnumbered).
 20093 | D:11     | 20093 ||| Stepping ~*~*~tactically~*~*~ (outnumbered).
 20095 | D:11     | 20095 ||| Stepping ~*~*~tactically~*~*~ (outnumbered).
 20097 | D:11     | 20097 ||| Stepping ~*~*~tactically~*~*~ (outnumbered).
 20099 | D:11     | 20099 ||| Stepping ~*~*~tactically~*~*~ (outnumbered).
 20101 | D:11     | 20101 ||| Stepping ~*~*~tactically~*~*~ (outnumbered).
 20103 | D:11     | 20103 ||| Stepping ~*~*~tactically~*~*~ (outnumbered).
 20105 | D:11     | 20105 ||| Stepping ~*~*~tactically~*~*~ (outnumbered).
 20107 | D:11     | 20107 ||| Stepping ~*~*~tactically~*~*~ (outnumbered).
 20109 | D:11     | 20109 ||| Stepping ~*~*~tactically~*~*~ (outnumbered).
 20111 | D:11     | 20111 ||| Stepping ~*~*~tactically~*~*~ (outnumbered).
 20113 | D:11     | 20113 ||| Stepping ~*~*~tactically~*~*~ (outnumbered).
 20115 | D:11     | 20115 ||| Stepping ~*~*~tactically~*~*~ (outnumbered).
 20117 | D:11     | 20117 ||| Stepping ~*~*~tactically~*~*~ (outnumbered).
 20119 | D:11     | 20119 ||| Stepping ~*~*~tactically~*~*~ (outnumbered).
 20121 | D:11     | 20121 ||| Stepping ~*~*~tactically~*~*~ (outnumbered).
 20123 | D:11     | 20123 ||| Stepping ~*~*~tactically~*~*~ (outnumbered).
 20125 | D:11     | 20125 ||| Stepping ~*~*~tactically~*~*~ (outnumbered).
 20127 | D:11     | 20127 ||| Stepping ~*~*~tactically~*~*~ (outnumbered).
 20129 | D:11     | 20129 ||| Stepping ~*~*~tactically~*~*~ (outnumbered).
 20131 | D:11     | 20131 ||| Stepping ~*~*~tactically~*~*~ (outnumbered).
 20133 | D:11     | 20133 ||| Stepping ~*~*~tactically~*~*~ (outnumbered).
 20135 | D:11     | 20135 ||| Stepping ~*~*~tactically~*~*~ (outnumbered).
 20137 | D:11     | 20137 ||| Stepping ~*~*~tactically~*~*~ (outnumbered).
 20139 | D:11     | 20139 ||| Stepping ~*~*~tactically~*~*~ (outnumbered).
 20141 | D:11     | 20141 ||| Stepping ~*~*~tactically~*~*~ (outnumbered).
 20143 | D:11     | 20143 ||| Stepping ~*~*~tactically~*~*~ (outnumbered).
 20145 | D:11     | 20145 ||| Stepping ~*~*~tactically~*~*~ (outnumbered).
 20147 | D:11     | 20147 ||| Stepping ~*~*~tactically~*~*~ (outnumbered).
 20149 | D:11     | 20149 ||| Stepping ~*~*~tactically~*~*~ (outnumbered).
 20151 | D:11     | 20151 ||| Stepping ~*~*~tactically~*~*~ (outnumbered).
 20153 | D:11     | 20153 ||| Stepping ~*~*~tactically~*~*~ (outnumbered).
 20155 | D:11     | 20155 ||| Stepping ~*~*~tactically~*~*~ (outnumbered).
 20157 | D:11     | 20157 ||| Stepping ~*~*~tactically~*~*~ (outnumbered).
 20159 | D:11     | 20159 ||| Stepping ~*~*~tactically~*~*~ (outnumbered).
 20161 | D:11     | 20161 ||| Stepping ~*~*~tactically~*~*~ (outnumbered).
 20163 | D:11     | 20163 ||| Stepping ~*~*~tactically~*~*~ (outnumbered).
 20165 | D:11     | 20165 ||| Stepping ~*~*~tactically~*~*~ (outnumbered).
 20167 | D:11     | 20167 ||| Stepping ~*~*~tactically~*~*~ (outnumbered).
 20169 | D:11     | 20169 ||| Stepping ~*~*~tactically~*~*~ (outnumbered).
 20171 | D:11     | 20171 ||| Stepping ~*~*~tactically~*~*~ (outnumbered).
 20173 | D:11     | 20173 ||| Stepping ~*~*~tactically~*~*~ (outnumbered).
 20175 | D:11     | 20175 ||| Stepping ~*~*~tactically~*~*~ (outnumbered).
 20177 | D:11     | 20177 ||| Stepping ~*~*~tactically~*~*~ (outnumbered).
 20179 | D:11     | 20179 ||| Stepping ~*~*~tactically~*~*~ (outnumbered).
 20181 | D:11     | 20181 ||| Stepping ~*~*~tactically~*~*~ (outnumbered).
 20183 | D:11     | 20183 ||| Stepping ~*~*~tactically~*~*~ (outnumbered).
 20185 | D:11     | 20185 ||| Stepping ~*~*~tactically~*~*~ (outnumbered).
 20187 | D:11     | 20187 ||| Stepping ~*~*~tactically~*~*~ (outnumbered).
 20189 | D:11     | 20189 ||| Stepping ~*~*~tactically~*~*~ (outnumbered).
 20191 | D:11     | 20191 ||| Stepping ~*~*~tactically~*~*~ (outnumbered).
 20193 | D:11     | 20193 ||| Stepping ~*~*~tactically~*~*~ (outnumbered).
 20195 | D:11     | 20195 ||| Stepping ~*~*~tactically~*~*~ (outnumbered).
 20197 | D:11     | 20197 ||| Stepping ~*~*~tactically~*~*~ (outnumbered).
 20199 | D:11     | 20199 ||| Stepping ~*~*~tactically~*~*~ (outnumbered).
 20201 | D:11     | 20201 ||| Stepping ~*~*~tactically~*~*~ (outnumbered).
 20203 | D:11     | 20203 ||| Stepping ~*~*~tactically~*~*~ (outnumbered).
 20205 | D:11     | 20205 ||| Stepping ~*~*~tactically~*~*~ (outnumbered).
 20207 | D:11     | 20207 ||| Stepping ~*~*~tactically~*~*~ (outnumbered).
 20209 | D:11     | 20209 ||| Stepping ~*~*~tactically~*~*~ (outnumbered).
 20211 | D:11     | 20211 ||| Stepping ~*~*~tactically~*~*~ (outnumbered).
 20213 | D:11     | 20213 ||| Stepping ~*~*~tactically~*~*~ (outnumbered).
 20215 | D:11     | 20215 ||| Stepping ~*~*~tactically~*~*~ (outnumbered).
 20217 | D:11     | 20217 ||| Stepping ~*~*~tactically~*~*~ (outnumbered).
 20219 | D:11     | 20219 ||| Stepping ~*~*~tactically~*~*~ (outnumbered).
 20221 | D:11     | 20221 ||| Stepping ~*~*~tactically~*~*~ (outnumbered).
 20223 | D:11     | 20223 ||| Stepping ~*~*~tactically~*~*~ (outnumbered).
 20225 | D:11     | 20225 ||| Stepping ~*~*~tactically~*~*~ (outnumbered).
 20227 | D:11     | 20227 ||| Stepping ~*~*~tactically~*~*~ (outnumbered).
 20229 | D:11     | 20229 ||| Stepping ~*~*~tactically~*~*~ (outnumbered).
 20231 | D:11     | 20231 ||| Stepping ~*~*~tactically~*~*~ (outnumbered).
 20233 | D:11     | 20233 ||| Stepping ~*~*~tactically~*~*~ (outnumbered).
 20235 | D:11     | 20235 ||| Stepping ~*~*~tactically~*~*~ (outnumbered).
 20237 | D:11     | 20237 ||| Stepping ~*~*~tactically~*~*~ (outnumbered).
 20239 | D:11     | 20239 ||| Stepping ~*~*~tactically~*~*~ (outnumbered).
 20241 | D:11     | 20241 ||| Stepping ~*~*~tactically~*~*~ (outnumbered).
 20243 | D:11     | 20243 ||| Stepping ~*~*~tactically~*~*~ (outnumbered).
 20245 | D:11     | 20245 ||| Stepping ~*~*~tactically~*~*~ (outnumbered).
 20247 | D:11     | 20247 ||| Stepping ~*~*~tactically~*~*~ (outnumbered).
 20249 | D:11     | 20249 ||| Stepping ~*~*~tactically~*~*~ (outnumbered).
 20251 | D:11     | 20251 ||| Stepping ~*~*~tactically~*~*~ (outnumbered).
 20253 | D:11     | 20253 ||| Stepping ~*~*~tactically~*~*~ (outnumbered).
 20255 | D:11     | 20255 ||| Stepping ~*~*~tactically~*~*~ (outnumbered).
 20257 | D:11     | 20257 ||| Stepping ~*~*~tactically~*~*~ (outnumbered).
 20259 | D:11     | 20259 ||| Stepping ~*~*~tactically~*~*~ (outnumbered).
 20261 | D:11     | 20261 ||| Stepping ~*~*~tactically~*~*~ (outnumbered).
 20263 | D:11     | 20263 ||| Stepping ~*~*~tactically~*~*~ (outnumbered).
 20265 | D:11     | 20265 ||| Stepping ~*~*~tactically~*~*~ (outnumbered).
 20267 | D:11     | 20267 ||| Stepping ~*~*~tactically~*~*~ (outnumbered).
 20269 | D:11     | 20269 ||| Stepping ~*~*~tactically~*~*~ (outnumbered).
 20271 | D:11     | 20271 ||| Stepping ~*~*~tactically~*~*~ (outnumbered).
 20273 | D:11     | 20273 ||| Stepping ~*~*~tactically~*~*~ (outnumbered).
 20275 | D:11     | 20275 ||| Stepping ~*~*~tactically~*~*~ (outnumbered).
 20277 | D:11     | 20277 ||| Stepping ~*~*~tactically~*~*~ (outnumbered).
 20279 | D:11     | 20279 ||| Stepping ~*~*~tactically~*~*~ (outnumbered).
 20281 | D:11     | 20281 ||| Stepping ~*~*~tactically~*~*~ (outnumbered).
 20283 | D:11     | 20283 ||| Stepping ~*~*~tactically~*~*~ (outnumbered).
 20285 | D:11     | 20285 ||| Stepping ~*~*~tactically~*~*~ (outnumbered).
 20287 | D:11     | 20287 ||| Stepping ~*~*~tactically~*~*~ (outnumbered).
 20289 | D:11     | 20289 ||| Stepping ~*~*~tactically~*~*~ (outnumbered).
 20291 | D:11     | 20291 ||| Stepping ~*~*~tactically~*~*~ (outnumbered).
 20293 | D:11     | 20293 ||| Stepping ~*~*~tactically~*~*~ (outnumbered).
 20295 | D:11     | 20295 ||| Stepping ~*~*~tactically~*~*~ (outnumbered).
 20297 | D:11     | 20297 ||| Stepping ~*~*~tactically~*~*~ (outnumbered).
 20299 | D:11     | 20299 ||| Stepping ~*~*~tactically~*~*~ (outnumbered).
 20301 | D:11     | 20301 ||| Stepping ~*~*~tactically~*~*~ (outnumbered).
 20303 | D:11     | 20303 ||| Stepping ~*~*~tactically~*~*~ (outnumbered).
 20305 | D:11     | 20305 ||| Stepping ~*~*~tactically~*~*~ (outnumbered).
 20307 | D:11     | 20307 ||| Stepping ~*~*~tactically~*~*~ (outnumbered).
 20309 | D:11     | 20309 ||| Stepping ~*~*~tactically~*~*~ (outnumbered).
 20311 | D:11     | 20311 ||| Stepping ~*~*~tactically~*~*~ (outnumbered).
 20313 | D:11     | 20313 ||| Stepping ~*~*~tactically~*~*~ (outnumbered).
 20315 | D:11     | 20315 ||| Stepping ~*~*~tactically~*~*~ (outnumbered).
 20317 | D:11     | 20317 ||| Stepping ~*~*~tactically~*~*~ (outnumbered).
 20319 | D:11     | 20319 ||| Stepping ~*~*~tactically~*~*~ (outnumbered).
 20321 | D:11     | 20321 ||| Stepping ~*~*~tactically~*~*~ (outnumbered).
 20323 | D:11     | 20323 ||| Stepping ~*~*~tactically~*~*~ (outnumbered).
 20325 | D:11     | 20325 ||| Stepping ~*~*~tactically~*~*~ (outnumbered).
 20327 | D:11     | 20327 ||| Stepping ~*~*~tactically~*~*~ (outnumbered).
 20329 | D:11     | 20329 ||| Stepping ~*~*~tactically~*~*~ (outnumbered).
 20331 | D:11     | 20331 ||| Stepping ~*~*~tactically~*~*~ (outnumbered).
 20333 | D:11     | 20333 ||| Stepping ~*~*~tactically~*~*~ (outnumbered).
 20335 | D:11     | 20335 ||| Stepping ~*~*~tactically~*~*~ (outnumbered).
 20337 | D:11     | 20337 ||| Stepping ~*~*~tactically~*~*~ (outnumbered).
 20339 | D:11     | 20339 ||| Stepping ~*~*~tactically~*~*~ (outnumbered).
 20341 | D:11     | 20341 ||| Stepping ~*~*~tactically~*~*~ (outnumbered).
 20343 | D:11     | 20343 ||| Stepping ~*~*~tactically~*~*~ (outnumbered).
 20345 | D:11     | 20345 ||| Stepping ~*~*~tactically~*~*~ (outnumbered).
 20347 | D:11     | 20347 ||| Stepping ~*~*~tactically~*~*~ (outnumbered).
 20349 | D:11     | 20349 ||| Stepping ~*~*~tactically~*~*~ (outnumbered).
 20351 | D:11     | 20351 ||| Stepping ~*~*~tactically~*~*~ (outnumbered).
 20353 | D:11     | 20353 ||| Stepping ~*~*~tactically~*~*~ (outnumbered).
 20355 | D:11     | 20355 ||| Stepping ~*~*~tactically~*~*~ (outnumbered).
 20357 | D:11     | 20357 ||| Stepping ~*~*~tactically~*~*~ (outnumbered).
 20359 | D:11     | 20359 ||| Stepping ~*~*~tactically~*~*~ (outnumbered).
 20361 | D:11     | 20361 ||| Stepping ~*~*~tactically~*~*~ (outnumbered).
 20363 | D:11     | 20363 ||| Stepping ~*~*~tactically~*~*~ (outnumbered).
 20365 | D:11     | 20365 ||| Stepping ~*~*~tactically~*~*~ (outnumbered).
 20367 | D:11     | 20367 ||| Stepping ~*~*~tactically~*~*~ (outnumbered).
 20369 | D:11     | 20369 ||| Stepping ~*~*~tactically~*~*~ (outnumbered).
 20371 | D:11     | 20371 ||| Stepping ~*~*~tactically~*~*~ (outnumbered).
 20373 | D:11     | 20373 ||| Stepping ~*~*~tactically~*~*~ (outnumbered).
 20375 | D:11     | 20375 ||| Stepping ~*~*~tactically~*~*~ (outnumbered).
 20377 | D:11     | 20377 ||| Stepping ~*~*~tactically~*~*~ (outnumbered).
 20379 | D:11     | 20379 ||| Stepping ~*~*~tactically~*~*~ (outnumbered).
 20381 | D:11     | 20381 ||| Stepping ~*~*~tactically~*~*~ (outnumbered).
 20383 | D:11     | 20383 ||| Stepping ~*~*~tactically~*~*~ (outnumbered).
 20385 | D:11     | 20385 ||| Stepping ~*~*~tactically~*~*~ (outnumbered).
 20387 | D:11     | 20387 ||| Stepping ~*~*~tactically~*~*~ (outnumbered).
 20389 | D:11     | 20389 ||| Stepping ~*~*~tactically~*~*~ (outnumbered).
 20391 | D:11     | 20391 ||| Stepping ~*~*~tactically~*~*~ (outnumbered).
 20393 | D:11     | 20393 ||| Stepping ~*~*~tactically~*~*~ (outnumbered).
 20395 | D:11     | 20395 ||| Stepping ~*~*~tactically~*~*~ (outnumbered).
 20397 | D:11     | 20397 ||| Stepping ~*~*~tactically~*~*~ (outnumbered).
 20399 | D:11     | 20399 ||| Stepping ~*~*~tactically~*~*~ (outnumbered).
 20401 | D:11     | 20401 ||| Stepping ~*~*~tactically~*~*~ (outnumbered).
 20403 | D:11     | 20403 ||| Stepping ~*~*~tactically~*~*~ (outnumbered).
 20405 | D:11     | 20405 ||| Stepping ~*~*~tactically~*~*~ (outnumbered).
 20407 | D:11     | 20407 ||| Stepping ~*~*~tactically~*~*~ (outnumbered).
 20409 | D:11     | 20409 ||| Stepping ~*~*~tactically~*~*~ (outnumbered).
 20411 | D:11     | 20411 ||| Stepping ~*~*~tactically~*~*~ (outnumbered).
 20413 | D:11     | 20413 ||| Stepping ~*~*~tactically~*~*~ (outnumbered).
 20415 | D:11     | 20415 ||| Stepping ~*~*~tactically~*~*~ (outnumbered).
 20417 | D:11     | 20417 ||| Stepping ~*~*~tactically~*~*~ (outnumbered).
 20419 | D:11     | 20419 ||| Stepping ~*~*~tactically~*~*~ (outnumbered).
 20421 | D:11     | 20421 ||| Stepping ~*~*~tactically~*~*~ (outnumbered).
 20423 | D:11     | 20423 ||| Stepping ~*~*~tactically~*~*~ (outnumbered).
 20425 | D:11     | 20425 ||| Stepping ~*~*~tactically~*~*~ (outnumbered).
 20427 | D:11     | 20427 ||| Stepping ~*~*~tactically~*~*~ (outnumbered).
 20429 | D:11     | 20429 ||| Stepping ~*~*~tactically~*~*~ (outnumbered).
 20431 | D:11     | 20431 ||| Stepping ~*~*~tactically~*~*~ (outnumbered).
 20433 | D:11     | 20433 ||| Stepping ~*~*~tactically~*~*~ (outnumbered).
 20435 | D:11     | 20435 ||| Stepping ~*~*~tactically~*~*~ (outnumbered).
 20437 | D:11     | 20437 ||| Stepping ~*~*~tactically~*~*~ (outnumbered).
 20439 | D:11     | 20439 ||| Stepping ~*~*~tactically~*~*~ (outnumbered).
 20441 | D:11     | 20441 ||| Stepping ~*~*~tactically~*~*~ (outnumbered).
 20443 | D:11     | 20443 ||| Stepping ~*~*~tactically~*~*~ (outnumbered).
 20445 | D:11     | 20445 ||| Stepping ~*~*~tactically~*~*~ (outnumbered).
 20447 | D:11     | 20447 ||| Stepping ~*~*~tactically~*~*~ (outnumbered).
 20449 | D:11     | 20449 ||| Stepping ~*~*~tactically~*~*~ (outnumbered).
 20451 | D:11     | 20451 ||| Stepping ~*~*~tactically~*~*~ (outnumbered).
 20453 | D:11     | 20453 ||| Stepping ~*~*~tactically~*~*~ (outnumbered).
 20455 | D:11     | 20455 ||| Stepping ~*~*~tactically~*~*~ (outnumbered).
 20457 | D:11     | 20457 ||| Stepping ~*~*~tactically~*~*~ (outnumbered).
 20459 | D:11     | 20459 ||| Stepping ~*~*~tactically~*~*~ (outnumbered).
 20461 | D:11     | 20461 ||| Stepping ~*~*~tactically~*~*~ (outnumbered).
 20463 | D:11     | 20463 ||| Stepping ~*~*~tactically~*~*~ (outnumbered).
 20465 | D:11     | 20465 ||| Stepping ~*~*~tactically~*~*~ (outnumbered).
 20467 | D:11     | 20467 ||| Stepping ~*~*~tactically~*~*~ (outnumbered).
 20469 | D:11     | 20469 ||| Stepping ~*~*~tactically~*~*~ (outnumbered).
 20471 | D:11     | 20471 ||| Stepping ~*~*~tactically~*~*~ (outnumbered).
 20473 | D:11     | 20473 ||| Stepping ~*~*~tactically~*~*~ (outnumbered).
 20475 | D:11     | 20475 ||| Stepping ~*~*~tactically~*~*~ (outnumbered).
 20477 | D:11     | 20477 ||| Stepping ~*~*~tactically~*~*~ (outnumbered).
 20479 | D:11     | 20479 ||| Stepping ~*~*~tactically~*~*~ (outnumbered).
 20481 | D:11     | 20481 ||| Stepping ~*~*~tactically~*~*~ (outnumbered).
 20483 | D:11     | 20483 ||| Stepping ~*~*~tactically~*~*~ (outnumbered).
 20485 | D:11     | 20485 ||| Stepping ~*~*~tactically~*~*~ (outnumbered).
 20487 | D:11     | 20487 ||| Stepping ~*~*~tactically~*~*~ (outnumbered).
 20489 | D:11     | 20489 ||| Stepping ~*~*~tactically~*~*~ (outnumbered).
 20491 | D:11     | 20491 ||| Stepping ~*~*~tactically~*~*~ (outnumbered).
 20493 | D:11     | 20493 ||| Stepping ~*~*~tactically~*~*~ (outnumbered).
 20495 | D:11     | 20495 ||| Stepping ~*~*~tactically~*~*~ (outnumbered).
 20497 | D:11     | 20497 ||| Stepping ~*~*~tactically~*~*~ (outnumbered).
 20499 | D:11     | 20499 ||| Stepping ~*~*~tactically~*~*~ (outnumbered).
 20501 | D:11     | 20501 ||| Stepping ~*~*~tactically~*~*~ (outnumbered).
 20503 | D:11     | 20503 ||| Stepping ~*~*~tactically~*~*~ (outnumbered).
 20505 | D:11     | 20505 ||| Stepping ~*~*~tactically~*~*~ (outnumbered).
 20507 | D:11     | 20507 ||| Stepping ~*~*~tactically~*~*~ (outnumbered).
 20509 | D:11     | 20509 ||| Stepping ~*~*~tactically~*~*~ (outnumbered).
 20511 | D:11     | 20511 ||| Stepping ~*~*~tactically~*~*~ (outnumbered).
 20513 | D:11     | 20513 ||| Stepping ~*~*~tactically~*~*~ (outnumbered).
 20515 | D:11     | 20515 ||| Stepping ~*~*~tactically~*~*~ (outnumbered).
 20517 | D:11     | 20517 ||| Stepping ~*~*~tactically~*~*~ (outnumbered).
 20519 | D:11     | 20519 ||| Stepping ~*~*~tactically~*~*~ (outnumbered).
 20521 | D:11     | 20521 ||| Stepping ~*~*~tactically~*~*~ (outnumbered).
 20523 | D:11     | 20523 ||| Stepping ~*~*~tactically~*~*~ (outnumbered).
 20525 | D:11     | 20525 ||| Stepping ~*~*~tactically~*~*~ (outnumbered).
 20527 | D:11     | 20527 ||| Stepping ~*~*~tactically~*~*~ (outnumbered).
 20529 | D:11     | 20529 ||| Stepping ~*~*~tactically~*~*~ (outnumbered).
 20531 | D:11     | 20531 ||| Stepping ~*~*~tactically~*~*~ (outnumbered).
 20533 | D:11     | 20533 ||| Stepping ~*~*~tactically~*~*~ (outnumbered).
 20535 | D:11     | 20535 ||| Stepping ~*~*~tactically~*~*~ (outnumbered).
 20537 | D:11     | 20537 ||| Stepping ~*~*~tactically~*~*~ (outnumbered).
 20539 | D:11     | 20539 ||| Stepping ~*~*~tactically~*~*~ (outnumbered).
 20541 | D:11     | 20541 ||| Stepping ~*~*~tactically~*~*~ (outnumbered).
 20543 | D:11     | 20543 ||| Stepping ~*~*~tactically~*~*~ (outnumbered).
 20545 | D:11     | 20545 ||| Stepping ~*~*~tactically~*~*~ (outnumbered).
 20547 | D:11     | 20547 ||| Stepping ~*~*~tactically~*~*~ (outnumbered).
 20549 | D:11     | 20549 ||| Stepping ~*~*~tactically~*~*~ (outnumbered).
 20551 | D:11     | 20551 ||| Stepping ~*~*~tactically~*~*~ (outnumbered).
 20553 | D:11     | 20553 ||| Stepping ~*~*~tactically~*~*~ (outnumbered).
 20555 | D:11     | 20555 ||| Stepping ~*~*~tactically~*~*~ (outnumbered).
 20557 | D:11     | 20557 ||| Stepping ~*~*~tactically~*~*~ (outnumbered).
 20559 | D:11     | 20559 ||| Stepping ~*~*~tactically~*~*~ (outnumbered).
 20561 | D:11     | 20561 ||| Stepping ~*~*~tactically~*~*~ (outnumbered).
 20563 | D:11     | 20563 ||| Stepping ~*~*~tactically~*~*~ (outnumbered).
 20565 | D:11     | 20565 ||| Stepping ~*~*~tactically~*~*~ (outnumbered).
 20567 | D:11     | 20567 ||| Stepping ~*~*~tactically~*~*~ (outnumbered).
 20569 | D:11     | 20569 ||| Stepping ~*~*~tactically~*~*~ (outnumbered).
 20571 | D:11     | 20571 ||| Stepping ~*~*~tactically~*~*~ (outnumbered).
 20573 | D:11     | 20573 ||| Stepping ~*~*~tactically~*~*~ (outnumbered).
 20575 | D:11     | 20575 ||| Stepping ~*~*~tactically~*~*~ (outnumbered).
 20577 | D:11     | 20577 ||| Stepping ~*~*~tactically~*~*~ (outnumbered).
 20579 | D:11     | 20579 ||| Stepping ~*~*~tactically~*~*~ (outnumbered).
 20581 | D:11     | 20581 ||| Stepping ~*~*~tactically~*~*~ (outnumbered).
 20583 | D:11     | 20583 ||| Stepping ~*~*~tactically~*~*~ (outnumbered).
 20585 | D:11     | 20585 ||| Stepping ~*~*~tactically~*~*~ (outnumbered).
 20587 | D:11     | 20587 ||| Stepping ~*~*~tactically~*~*~ (outnumbered).
 20589 | D:11     | 20589 ||| Stepping ~*~*~tactically~*~*~ (outnumbered).
 20591 | D:11     | 20591 ||| Stepping ~*~*~tactically~*~*~ (outnumbered).
 20593 | D:11     | 20593 ||| Stepping ~*~*~tactically~*~*~ (outnumbered).
 20595 | D:11     | 20595 ||| Stepping ~*~*~tactically~*~*~ (outnumbered).
 20597 | D:11     | 20597 ||| Stepping ~*~*~tactically~*~*~ (outnumbered).
 20599 | D:11     | 20599 ||| Stepping ~*~*~tactically~*~*~ (outnumbered).
 20601 | D:11     | 20601 ||| Stepping ~*~*~tactically~*~*~ (outnumbered).
 20603 | D:11     | 20603 ||| Stepping ~*~*~tactically~*~*~ (outnumbered).
 20605 | D:11     | 20605 ||| Stepping ~*~*~tactically~*~*~ (outnumbered).
 20607 | D:11     | 20607 ||| Stepping ~*~*~tactically~*~*~ (outnumbered).
 20609 | D:11     | 20609 ||| Stepping ~*~*~tactically~*~*~ (outnumbered).
 20611 | D:11     | 20611 ||| Stepping ~*~*~tactically~*~*~ (outnumbered).
 20613 | D:11     | 20613 ||| Stepping ~*~*~tactically~*~*~ (outnumbered).
 20615 | D:11     | 20615 ||| Stepping ~*~*~tactically~*~*~ (outnumbered).
 20617 | D:11     | 20617 ||| Stepping ~*~*~tactically~*~*~ (outnumbered).
 20619 | D:11     | 20619 ||| Stepping ~*~*~tactically~*~*~ (outnumbered).
 20621 | D:11     | 20621 ||| Stepping ~*~*~tactically~*~*~ (outnumbered).
 20623 | D:11     | 20623 ||| Stepping ~*~*~tactically~*~*~ (outnumbered).
 20625 | D:11     | 20625 ||| Stepping ~*~*~tactically~*~*~ (outnumbered).
 20627 | D:11     | 20627 ||| Stepping ~*~*~tactically~*~*~ (outnumbered).
 20629 | D:11     | 20629 ||| Stepping ~*~*~tactically~*~*~ (outnumbered).
 20631 | D:11     | 20631 ||| Stepping ~*~*~tactically~*~*~ (outnumbered).
 20633 | D:11     | 20633 ||| Stepping ~*~*~tactically~*~*~ (outnumbered).
 20635 | D:11     | 20635 ||| Stepping ~*~*~tactically~*~*~ (outnumbered).
 20637 | D:11     | 20637 ||| Stepping ~*~*~tactically~*~*~ (outnumbered).
 20639 | D:11     | 20639 ||| Stepping ~*~*~tactically~*~*~ (outnumbered).
 20641 | D:11     | 20641 ||| Stepping ~*~*~tactically~*~*~ (outnumbered).
 20643 | D:11     | 20643 ||| Stepping ~*~*~tactically~*~*~ (outnumbered).
 20645 | D:11     | 20645 ||| Stepping ~*~*~tactically~*~*~ (outnumbered).
 20647 | D:11     | 20647 ||| Stepping ~*~*~tactically~*~*~ (outnumbered).
 20649 | D:11     | 20649 ||| Stepping ~*~*~tactically~*~*~ (outnumbered).
 20651 | D:11     | 20651 ||| Stepping ~*~*~tactically~*~*~ (outnumbered).
 20653 | D:11     | 20653 ||| Stepping ~*~*~tactically~*~*~ (outnumbered).
 20655 | D:11     | 20655 ||| Stepping ~*~*~tactically~*~*~ (outnumbered).
 20657 | D:11     | 20657 ||| Stepping ~*~*~tactically~*~*~ (outnumbered).
 20659 | D:11     | 20659 ||| Stepping ~*~*~tactically~*~*~ (outnumbered).
 20661 | D:11     | 20661 ||| Stepping ~*~*~tactically~*~*~ (outnumbered).
 20663 | D:11     | 20663 ||| Stepping ~*~*~tactically~*~*~ (outnumbered).
 20665 | D:11     | 20665 ||| Stepping ~*~*~tactically~*~*~ (outnumbered).
 20667 | D:11     | 20667 ||| Stepping ~*~*~tactically~*~*~ (outnumbered).
 20669 | D:11     | 20669 ||| Stepping ~*~*~tactically~*~*~ (outnumbered).
 20671 | D:11     | 20671 ||| Stepping ~*~*~tactically~*~*~ (outnumbered).
 20673 | D:11     | 20673 ||| Stepping ~*~*~tactically~*~*~ (outnumbered).
 20675 | D:11     | 20675 ||| Stepping ~*~*~tactically~*~*~ (outnumbered).
 20677 | D:11     | 20677 ||| Stepping ~*~*~tactically~*~*~ (outnumbered).
 20679 | D:11     | 20679 ||| Stepping ~*~*~tactically~*~*~ (outnumbered).
 20681 | D:11     | 20681 ||| Stepping ~*~*~tactically~*~*~ (outnumbered).
 20683 | D:11     | 20683 ||| Stepping ~*~*~tactically~*~*~ (outnumbered).
 20685 | D:11     | 20685 ||| Stepping ~*~*~tactically~*~*~ (outnumbered).
 20687 | D:11     | 20687 ||| Stepping ~*~*~tactically~*~*~ (outnumbered).
 20689 | D:11     | 20689 ||| Stepping ~*~*~tactically~*~*~ (outnumbered).
 20691 | D:11     | 20691 ||| Stepping ~*~*~tactically~*~*~ (outnumbered).
 20693 | D:11     | 20693 ||| Stepping ~*~*~tactically~*~*~ (outnumbered).
 20695 | D:11     | 20695 ||| Stepping ~*~*~tactically~*~*~ (outnumbered).
 20697 | D:11     | 20697 ||| Stepping ~*~*~tactically~*~*~ (outnumbered).
 20699 | D:11     | 20699 ||| Stepping ~*~*~tactically~*~*~ (outnumbered).
 20701 | D:11     | 20701 ||| Stepping ~*~*~tactically~*~*~ (outnumbered).
 20703 | D:11     | 20703 ||| Stepping ~*~*~tactically~*~*~ (outnumbered).
 20705 | D:11     | 20705 ||| Stepping ~*~*~tactically~*~*~ (outnumbered).
 20707 | D:11     | 20707 ||| Stepping ~*~*~tactically~*~*~ (outnumbered).
 20709 | D:11     | 20709 ||| Stepping ~*~*~tactically~*~*~ (outnumbered).
 20711 | D:11     | 20711 ||| Stepping ~*~*~tactically~*~*~ (outnumbered).
 20713 | D:11     | 20713 ||| Stepping ~*~*~tactically~*~*~ (outnumbered).
 20715 | D:11     | 20715 ||| Stepping ~*~*~tactically~*~*~ (outnumbered).
 20717 | D:11     | 20717 ||| Stepping ~*~*~tactically~*~*~ (outnumbered).
 20719 | D:11     | 20719 ||| Stepping ~*~*~tactically~*~*~ (outnumbered).
 20721 | D:11     | 20721 ||| Stepping ~*~*~tactically~*~*~ (outnumbered).
 20723 | D:11     | 20723 ||| Stepping ~*~*~tactically~*~*~ (outnumbered).
 20725 | D:11     | 20725 ||| Stepping ~*~*~tactically~*~*~ (outnumbered).
 20727 | D:11     | 20727 ||| Stepping ~*~*~tactically~*~*~ (outnumbered).
 20729 | D:11     | 20729 ||| Stepping ~*~*~tactically~*~*~ (outnumbered).
 20731 | D:11     | 20731 ||| Stepping ~*~*~tactically~*~*~ (outnumbered).
 20733 | D:11     | 20733 ||| Stepping ~*~*~tactically~*~*~ (outnumbered).
 20735 | D:11     | 20735 ||| Stepping ~*~*~tactically~*~*~ (outnumbered).
 20737 | D:11     | 20737 ||| Stepping ~*~*~tactically~*~*~ (outnumbered).
 20739 | D:11     | 20739 ||| Stepping ~*~*~tactically~*~*~ (outnumbered).
 20741 | D:11     | 20741 ||| Stepping ~*~*~tactically~*~*~ (outnumbered).
 20743 | D:11     | 20743 ||| Stepping ~*~*~tactically~*~*~ (outnumbered).
 20745 | D:11     | 20745 ||| Stepping ~*~*~tactically~*~*~ (outnumbered).
 20747 | D:11     | 20747 ||| Stepping ~*~*~tactically~*~*~ (outnumbered).
 20749 | D:11     | 20749 ||| Stepping ~*~*~tactically~*~*~ (outnumbered).
 20751 | D:11     | 20751 ||| Stepping ~*~*~tactically~*~*~ (outnumbered).
 20753 | D:11     | 20753 ||| Stepping ~*~*~tactically~*~*~ (outnumbered).
 20755 | D:11     | 20755 ||| Stepping ~*~*~tactically~*~*~ (outnumbered).
 20757 | D:11     | 20757 ||| Stepping ~*~*~tactically~*~*~ (outnumbered).
 20759 | D:11     | 20759 ||| Stepping ~*~*~tactically~*~*~ (outnumbered).
 20761 | D:11     | 20761 ||| Stepping ~*~*~tactically~*~*~ (outnumbered).
 20763 | D:11     | 20763 ||| Stepping ~*~*~tactically~*~*~ (outnumbered).
 20765 | D:11     | 20765 ||| Stepping ~*~*~tactically~*~*~ (outnumbered).
 20767 | D:11     | 20767 ||| Stepping ~*~*~tactically~*~*~ (outnumbered).
 20769 | D:11     | 20769 ||| Stepping ~*~*~tactically~*~*~ (outnumbered).
 20771 | D:11     | 20771 ||| Stepping ~*~*~tactically~*~*~ (outnumbered).
 20773 | D:11     | 20773 ||| Stepping ~*~*~tactically~*~*~ (outnumbered).
 20775 | D:11     | 20775 ||| Stepping ~*~*~tactically~*~*~ (outnumbered).
 20777 | D:11     | 20777 ||| Stepping ~*~*~tactically~*~*~ (outnumbered).
 20779 | D:11     | 20779 ||| Stepping ~*~*~tactically~*~*~ (outnumbered).
 20781 | D:11     | 20781 ||| Stepping ~*~*~tactically~*~*~ (outnumbered).
 20783 | D:11     | 20783 ||| Stepping ~*~*~tactically~*~*~ (outnumbered).
 20785 | D:11     | 20785 ||| Stepping ~*~*~tactically~*~*~ (outnumbered).
 20787 | D:11     | 20787 ||| Stepping ~*~*~tactically~*~*~ (outnumbered).
 20789 | D:11     | 20789 ||| Stepping ~*~*~tactically~*~*~ (outnumbered).
 20791 | D:11     | 20791 ||| Stepping ~*~*~tactically~*~*~ (outnumbered).
 20793 | D:11     | 20793 ||| Stepping ~*~*~tactically~*~*~ (outnumbered).
 20795 | D:11     | 20795 ||| Stepping ~*~*~tactically~*~*~ (outnumbered).
 20797 | D:11     | 20797 ||| Stepping ~*~*~tactically~*~*~ (outnumbered).
 20799 | D:11     | 20799 ||| Stepping ~*~*~tactically~*~*~ (outnumbered).
 20801 | D:11     | 20801 ||| Stepping ~*~*~tactically~*~*~ (outnumbered).
 20803 | D:11     | 20803 ||| Stepping ~*~*~tactically~*~*~ (outnumbered).
 20805 | D:11     | 20805 ||| Stepping ~*~*~tactically~*~*~ (outnumbered).
 20807 | D:11     | 20807 ||| Stepping ~*~*~tactically~*~*~ (outnumbered).
 20809 | D:11     | 20809 ||| Stepping ~*~*~tactically~*~*~ (outnumbered).
 20811 | D:11     | 20811 ||| Stepping ~*~*~tactically~*~*~ (outnumbered).
 20813 | D:11     | 20813 ||| Stepping ~*~*~tactically~*~*~ (outnumbered).
 20815 | D:11     | 20815 ||| Stepping ~*~*~tactically~*~*~ (outnumbered).
 20817 | D:11     | 20817 ||| Stepping ~*~*~tactically~*~*~ (outnumbered).
 20819 | D:11     | 20819 ||| Stepping ~*~*~tactically~*~*~ (outnumbered).
 20821 | D:11     | 20821 ||| Stepping ~*~*~tactically~*~*~ (outnumbered).
 20823 | D:11     | 20823 ||| Stepping ~*~*~tactically~*~*~ (outnumbered).
 20825 | D:11     | 20825 ||| Stepping ~*~*~tactically~*~*~ (outnumbered).
 20827 | D:11     | 20827 ||| Stepping ~*~*~tactically~*~*~ (outnumbered).
 20829 | D:11     | 20829 ||| Stepping ~*~*~tactically~*~*~ (outnumbered).
 20831 | D:11     | 20831 ||| Stepping ~*~*~tactically~*~*~ (outnumbered).
 20833 | D:11     | 20833 ||| Stepping ~*~*~tactically~*~*~ (outnumbered).
 20835 | D:11     | 20835 ||| Stepping ~*~*~tactically~*~*~ (outnumbered).
 20837 | D:11     | 20837 ||| Stepping ~*~*~tactically~*~*~ (outnumbered).
 20839 | D:11     | 20839 ||| Stepping ~*~*~tactically~*~*~ (outnumbered).
 20841 | D:11     | 20841 ||| Stepping ~*~*~tactically~*~*~ (outnumbered).
 20843 | D:11     | 20843 ||| Stepping ~*~*~tactically~*~*~ (outnumbered).
 20845 | D:11     | 20845 ||| Stepping ~*~*~tactically~*~*~ (outnumbered).
 20847 | D:11     | 20847 ||| Stepping ~*~*~tactically~*~*~ (outnumbered).
 20849 | D:11     | 20849 ||| Stepping ~*~*~tactically~*~*~ (outnumbered).
 20851 | D:11     | 20851 ||| Stepping ~*~*~tactically~*~*~ (outnumbered).
 20853 | D:11     | 20853 ||| Stepping ~*~*~tactically~*~*~ (outnumbered).
 20855 | D:11     | 20855 ||| Stepping ~*~*~tactically~*~*~ (outnumbered).
 20857 | D:11     | 20857 ||| Stepping ~*~*~tactically~*~*~ (outnumbered).
 20859 | D:11     | 20859 ||| Stepping ~*~*~tactically~*~*~ (outnumbered).
 20861 | D:11     | 20861 ||| Stepping ~*~*~tactically~*~*~ (outnumbered).
 20863 | D:11     | 20863 ||| Stepping ~*~*~tactically~*~*~ (outnumbered).
 20865 | D:11     | 20865 ||| Stepping ~*~*~tactically~*~*~ (outnumbered).
 20867 | D:11     | 20867 ||| Stepping ~*~*~tactically~*~*~ (outnumbered).
 20869 | D:11     | 20869 ||| Stepping ~*~*~tactically~*~*~ (outnumbered).
 20871 | D:11     | 20871 ||| Stepping ~*~*~tactically~*~*~ (outnumbered).
 20873 | D:11     | 20873 ||| Stepping ~*~*~tactically~*~*~ (outnumbered).
 20875 | D:11     | 20875 ||| Stepping ~*~*~tactically~*~*~ (outnumbered).
 20877 | D:11     | 20877 ||| Stepping ~*~*~tactically~*~*~ (outnumbered).
 20879 | D:11     | 20879 ||| Stepping ~*~*~tactically~*~*~ (outnumbered).
 20881 | D:11     | 20881 ||| Stepping ~*~*~tactically~*~*~ (outnumbered).
 20883 | D:11     | 20883 ||| Stepping ~*~*~tactically~*~*~ (outnumbered).
 20885 | D:11     | 20885 ||| Stepping ~*~*~tactically~*~*~ (outnumbered).
 20887 | D:11     | 20887 ||| Stepping ~*~*~tactically~*~*~ (outnumbered).
 20889 | D:11     | 20889 ||| Stepping ~*~*~tactically~*~*~ (outnumbered).
 20891 | D:11     | 20891 ||| Stepping ~*~*~tactically~*~*~ (outnumbered).
 20893 | D:11     | 20893 ||| Stepping ~*~*~tactically~*~*~ (outnumbered).
 20895 | D:11     | 20895 ||| Stepping ~*~*~tactically~*~*~ (outnumbered).
 20897 | D:11     | 20897 ||| Stepping ~*~*~tactically~*~*~ (outnumbered).
 20899 | D:11     | 20899 ||| Stepping ~*~*~tactically~*~*~ (outnumbered).
 20901 | D:11     | 20901 ||| Stepping ~*~*~tactically~*~*~ (outnumbered).
 20903 | D:11     | 20903 ||| Stepping ~*~*~tactically~*~*~ (outnumbered).
 20905 | D:11     | 20905 ||| Stepping ~*~*~tactically~*~*~ (outnumbered).
 20907 | D:11     | 20907 ||| Stepping ~*~*~tactically~*~*~ (outnumbered).
 20909 | D:11     | 20909 ||| Stepping ~*~*~tactically~*~*~ (outnumbered).
 20911 | D:11     | 20911 ||| Stepping ~*~*~tactically~*~*~ (outnumbered).
 20913 | D:11     | 20913 ||| Stepping ~*~*~tactically~*~*~ (outnumbered).
 20915 | D:11     | 20915 ||| Stepping ~*~*~tactically~*~*~ (outnumbered).
 20917 | D:11     | 20917 ||| Stepping ~*~*~tactically~*~*~ (outnumbered).
 20919 | D:11     | 20919 ||| Stepping ~*~*~tactically~*~*~ (outnumbered).
 20921 | D:11     | 20921 ||| Stepping ~*~*~tactically~*~*~ (outnumbered).
 20923 | D:11     | 20923 ||| Stepping ~*~*~tactically~*~*~ (outnumbered).
 20925 | D:11     | 20925 ||| Stepping ~*~*~tactically~*~*~ (outnumbered).
 20927 | D:11     | 20927 ||| Stepping ~*~*~tactically~*~*~ (outnumbered).
 20929 | D:11     | 20929 ||| Stepping ~*~*~tactically~*~*~ (outnumbered).
 20931 | D:11     | 20931 ||| Stepping ~*~*~tactically~*~*~ (outnumbered).
 20933 | D:11     | 20933 ||| Stepping ~*~*~tactically~*~*~ (outnumbered).
 20935 | D:11     | 20935 ||| Stepping ~*~*~tactically~*~*~ (outnumbered).
 20937 | D:11     | 20937 ||| Stepping ~*~*~tactically~*~*~ (outnumbered).
 20939 | D:11     | 20939 ||| Stepping ~*~*~tactically~*~*~ (outnumbered).
 20941 | D:11     | 20941 ||| Stepping ~*~*~tactically~*~*~ (outnumbered).
 20943 | D:11     | 20943 ||| Stepping ~*~*~tactically~*~*~ (outnumbered).
 20945 | D:11     | 20945 ||| Stepping ~*~*~tactically~*~*~ (outnumbered).
 20947 | D:11     | 20947 ||| Stepping ~*~*~tactically~*~*~ (outnumbered).
 20949 | D:11     | 20949 ||| Stepping ~*~*~tactically~*~*~ (outnumbered).
 20951 | D:11     | 20951 ||| Stepping ~*~*~tactically~*~*~ (outnumbered).
 20953 | D:11     | 20953 ||| Stepping ~*~*~tactically~*~*~ (outnumbered).
 20955 | D:11     | 20955 ||| Stepping ~*~*~tactically~*~*~ (outnumbered).
 20957 | D:11     | 20957 ||| Stepping ~*~*~tactically~*~*~ (outnumbered).
 20959 | D:11     | 20959 ||| Stepping ~*~*~tactically~*~*~ (outnumbered).
 20961 | D:11     | 20961 ||| Stepping ~*~*~tactically~*~*~ (outnumbered).
 20963 | D:11     | 20963 ||| Stepping ~*~*~tactically~*~*~ (outnumbered).
 20965 | D:11     | 20965 ||| Stepping ~*~*~tactically~*~*~ (outnumbered).
 20967 | D:11     | 20967 ||| Stepping ~*~*~tactically~*~*~ (outnumbered).
 20969 | D:11     | 20969 ||| Stepping ~*~*~tactically~*~*~ (outnumbered).
 20971 | D:11     | 20971 ||| Stepping ~*~*~tactically~*~*~ (outnumbered).
 20973 | D:11     | 20973 ||| Stepping ~*~*~tactically~*~*~ (outnumbered).
 20975 | D:11     | 20975 ||| Stepping ~*~*~tactically~*~*~ (outnumbered).
 20977 | D:11     | 20977 ||| Stepping ~*~*~tactically~*~*~ (outnumbered).
 20979 | D:11     | 20979 ||| Stepping ~*~*~tactically~*~*~ (outnumbered).
 20981 | D:11     | 20981 ||| Stepping ~*~*~tactically~*~*~ (outnumbered).
 20983 | D:11     | 20983 ||| Stepping ~*~*~tactically~*~*~ (outnumbered).
 20985 | D:11     | 20985 ||| Stepping ~*~*~tactically~*~*~ (outnumbered).
 20987 | D:11     | 20987 ||| Stepping ~*~*~tactically~*~*~ (outnumbered).
 20989 | D:11     | 20989 ||| Stepping ~*~*~tactically~*~*~ (outnumbered).
 20991 | D:11     | 20991 ||| Stepping ~*~*~tactically~*~*~ (outnumbered).
 20993 | D:11     | 20993 ||| Stepping ~*~*~tactically~*~*~ (outnumbered).
 20995 | D:11     | 20995 ||| Stepping ~*~*~tactically~*~*~ (outnumbered).
 20997 | D:11     | 20997 ||| Stepping ~*~*~tactically~*~*~ (outnumbered).
 20999 | D:11     | 20999 ||| Stepping ~*~*~tactically~*~*~ (outnumbered).
 21001 | D:11     | 21001 ||| Stepping ~*~*~tactically~*~*~ (outnumbered).
 21003 | D:11     | 21003 ||| Stepping ~*~*~tactically~*~*~ (outnumbered).
 21005 | D:11     | 21005 ||| Stepping ~*~*~tactically~*~*~ (outnumbered).
 21007 | D:11     | 21007 ||| Stepping ~*~*~tactically~*~*~ (outnumbered).
 21009 | D:11     | 21009 ||| Stepping ~*~*~tactically~*~*~ (outnumbered).
 21011 | D:11     | 21011 ||| Stepping ~*~*~tactically~*~*~ (outnumbered).
 21013 | D:11     | 21013 ||| Stepping ~*~*~tactically~*~*~ (outnumbered).
 21015 | D:11     | 21015 ||| Stepping ~*~*~tactically~*~*~ (outnumbered).
 21017 | D:11     | 21017 ||| Stepping ~*~*~tactically~*~*~ (outnumbered).
 21019 | D:11     | 21019 ||| Stepping ~*~*~tactically~*~*~ (outnumbered).
 21021 | D:11     | 21021 ||| Stepping ~*~*~tactically~*~*~ (outnumbered).
 21023 | D:11     | 21023 ||| Stepping ~*~*~tactically~*~*~ (outnumbered).
 21025 | D:11     | 21025 ||| Stepping ~*~*~tactically~*~*~ (outnumbered).
 21027 | D:11     | 21027 ||| Stepping ~*~*~tactically~*~*~ (outnumbered).
 21029 | D:11     | 21029 ||| Stepping ~*~*~tactically~*~*~ (outnumbered).
 21031 | D:11     | 21031 ||| Stepping ~*~*~tactically~*~*~ (outnumbered).
 21033 | D:11     | 21033 ||| Stepping ~*~*~tactically~*~*~ (outnumbered).
 21035 | D:11     | 21035 ||| Stepping ~*~*~tactically~*~*~ (outnumbered).
 21037 | D:11     | 21037 ||| Stepping ~*~*~tactically~*~*~ (outnumbered).
 21039 | D:11     | 21039 ||| Stepping ~*~*~tactically~*~*~ (outnumbered).
 21041 | D:11     | 21041 ||| Stepping ~*~*~tactically~*~*~ (outnumbered).
 21043 | D:11     | 21043 ||| Stepping ~*~*~tactically~*~*~ (outnumbered).
 21045 | D:11     | 21045 ||| Stepping ~*~*~tactically~*~*~ (outnumbered).
 21047 | D:11     | 21047 ||| Stepping ~*~*~tactically~*~*~ (outnumbered).
 21049 | D:11     | 21049 ||| Stepping ~*~*~tactically~*~*~ (outnumbered).
 21051 | D:11     | 21051 ||| Stepping ~*~*~tactically~*~*~ (outnumbered).
 21053 | D:11     | 21053 ||| Stepping ~*~*~tactically~*~*~ (outnumbered).
 21055 | D:11     | 21055 ||| Stepping ~*~*~tactically~*~*~ (outnumbered).
 21057 | D:11     | 21057 ||| Stepping ~*~*~tactically~*~*~ (outnumbered).
 21059 | D:11     | 21059 ||| Stepping ~*~*~tactically~*~*~ (outnumbered).
 21061 | D:11     | 21061 ||| Stepping ~*~*~tactically~*~*~ (outnumbered).
 21063 | D:11     | 21063 ||| Stepping ~*~*~tactically~*~*~ (outnumbered).
 21065 | D:11     | 21065 ||| Stepping ~*~*~tactically~*~*~ (outnumbered).
 21067 | D:11     | 21067 ||| Stepping ~*~*~tactically~*~*~ (outnumbered).
 21069 | D:11     | 21069 ||| Stepping ~*~*~tactically~*~*~ (outnumbered).
 21071 | D:11     | 21071 ||| Stepping ~*~*~tactically~*~*~ (outnumbered).
 21073 | D:11     | 21073 ||| Stepping ~*~*~tactically~*~*~ (outnumbered).
 21075 | D:11     | 21075 ||| Stepping ~*~*~tactically~*~*~ (outnumbered).
 21077 | D:11     | 21077 ||| Stepping ~*~*~tactically~*~*~ (outnumbered).
 21079 | D:11     | 21079 ||| Stepping ~*~*~tactically~*~*~ (outnumbered).
 21081 | D:11     | 21081 ||| Stepping ~*~*~tactically~*~*~ (outnumbered).
 21083 | D:11     | 21083 ||| Stepping ~*~*~tactically~*~*~ (outnumbered).
 21085 | D:11     | 21085 ||| Stepping ~*~*~tactically~*~*~ (outnumbered).
 21087 | D:11     | 21087 ||| Stepping ~*~*~tactically~*~*~ (outnumbered).
 21089 | D:11     | 21089 ||| Stepping ~*~*~tactically~*~*~ (outnumbered).
 21091 | D:11     | 21091 ||| Stepping ~*~*~tactically~*~*~ (outnumbered).
 21093 | D:11     | 21093 ||| Stepping ~*~*~tactically~*~*~ (outnumbered).
 21095 | D:11     | 21095 ||| Stepping ~*~*~tactically~*~*~ (outnumbered).
 21097 | D:11     | 21097 ||| Stepping ~*~*~tactically~*~*~ (outnumbered).
 21099 | D:11     | 21099 ||| Stepping ~*~*~tactically~*~*~ (outnumbered).
 21101 | D:11     | 21101 ||| Stepping ~*~*~tactically~*~*~ (outnumbered).
 21103 | D:11     | 21103 ||| Stepping ~*~*~tactically~*~*~ (outnumbered).
 21105 | D:11     | 21105 ||| Stepping ~*~*~tactically~*~*~ (outnumbered).
 21107 | D:11     | 21107 ||| Stepping ~*~*~tactically~*~*~ (outnumbered).
 21109 | D:11     | 21109 ||| Stepping ~*~*~tactically~*~*~ (outnumbered).
 21111 | D:11     | 21111 ||| Stepping ~*~*~tactically~*~*~ (outnumbered).
 21113 | D:11     | 21113 ||| Stepping ~*~*~tactically~*~*~ (outnumbered).
 21115 | D:11     | 21115 ||| Stepping ~*~*~tactically~*~*~ (outnumbered).
 21117 | D:11     | 21117 ||| Stepping ~*~*~tactically~*~*~ (outnumbered).
 21119 | D:11     | 21119 ||| Stepping ~*~*~tactically~*~*~ (outnumbered).
 21121 | D:11     | 21121 ||| Stepping ~*~*~tactically~*~*~ (outnumbered).
 21123 | D:11     | 21123 ||| Stepping ~*~*~tactically~*~*~ (outnumbered).
 21125 | D:11     | 21125 ||| Stepping ~*~*~tactically~*~*~ (outnumbered).
 21127 | D:11     | 21127 ||| Stepping ~*~*~tactically~*~*~ (outnumbered).
 21129 | D:11     | 21129 ||| Stepping ~*~*~tactically~*~*~ (outnumbered).
 21131 | D:11     | 21131 ||| Stepping ~*~*~tactically~*~*~ (outnumbered).
 21133 | D:11     | 21133 ||| Stepping ~*~*~tactically~*~*~ (outnumbered).
 21135 | D:11     | 21135 ||| Stepping ~*~*~tactically~*~*~ (outnumbered).
 21137 | D:11     | 21137 ||| Stepping ~*~*~tactically~*~*~ (outnumbered).
 21139 | D:11     | 21139 ||| Stepping ~*~*~tactically~*~*~ (outnumbered).
 21141 | D:11     | 21141 ||| Stepping ~*~*~tactically~*~*~ (outnumbered).
 21143 | D:11     | 21143 ||| Stepping ~*~*~tactically~*~*~ (outnumbered).
 21145 | D:11     | 21145 ||| Stepping ~*~*~tactically~*~*~ (outnumbered).
 21147 | D:11     | 21147 ||| Stepping ~*~*~tactically~*~*~ (outnumbered).
 21149 | D:11     | 21149 ||| Stepping ~*~*~tactically~*~*~ (outnumbered).
 21151 | D:11     | 21151 ||| Stepping ~*~*~tactically~*~*~ (outnumbered).
 21153 | D:11     | 21153 ||| Stepping ~*~*~tactically~*~*~ (outnumbered).
 21155 | D:11     | 21155 ||| Stepping ~*~*~tactically~*~*~ (outnumbered).
 21157 | D:11     | 21157 ||| Stepping ~*~*~tactically~*~*~ (outnumbered).
 21159 | D:11     | 21159 ||| Stepping ~*~*~tactically~*~*~ (outnumbered).
 21161 | D:11     | 21161 ||| Stepping ~*~*~tactically~*~*~ (outnumbered).
 21163 | D:11     | 21163 ||| Stepping ~*~*~tactically~*~*~ (outnumbered).
 21165 | D:11     | 21165 ||| Stepping ~*~*~tactically~*~*~ (outnumbered).
 21167 | D:11     | 21167 ||| Stepping ~*~*~tactically~*~*~ (outnumbered).
 21169 | D:11     | 21169 ||| Stepping ~*~*~tactically~*~*~ (outnumbered).
 21171 | D:11     | 21171 ||| Stepping ~*~*~tactically~*~*~ (outnumbered).
 21173 | D:11     | 21173 ||| Stepping ~*~*~tactically~*~*~ (outnumbered).
 21175 | D:11     | 21175 ||| Stepping ~*~*~tactically~*~*~ (outnumbered).
 21177 | D:11     | 21177 ||| Stepping ~*~*~tactically~*~*~ (outnumbered).
 21179 | D:11     | 21179 ||| Stepping ~*~*~tactically~*~*~ (outnumbered).
 21181 | D:11     | 21181 ||| Stepping ~*~*~tactically~*~*~ (outnumbered).
 21183 | D:11     | 21183 ||| Stepping ~*~*~tactically~*~*~ (outnumbered).
 21185 | D:11     | 21185 ||| Stepping ~*~*~tactically~*~*~ (outnumbered).
 21187 | D:11     | 21187 ||| Stepping ~*~*~tactically~*~*~ (outnumbered).
 21189 | D:11     | 21189 ||| Stepping ~*~*~tactically~*~*~ (outnumbered).
 21191 | D:11     | 21191 ||| Stepping ~*~*~tactically~*~*~ (outnumbered).
 21193 | D:11     | 21193 ||| Stepping ~*~*~tactically~*~*~ (outnumbered).
 21195 | D:11     | 21195 ||| Stepping ~*~*~tactically~*~*~ (outnumbered).
 21197 | D:11     | 21197 ||| Stepping ~*~*~tactically~*~*~ (outnumbered).
 21199 | D:11     | 21199 ||| Stepping ~*~*~tactically~*~*~ (outnumbered).
 21201 | D:11     | 21201 ||| Stepping ~*~*~tactically~*~*~ (outnumbered).
 21203 | D:11     | 21203 ||| Stepping ~*~*~tactically~*~*~ (outnumbered).
 21205 | D:11     | 21205 ||| Stepping ~*~*~tactically~*~*~ (outnumbered).
 21207 | D:11     | 21207 ||| Stepping ~*~*~tactically~*~*~ (outnumbered).
 21209 | D:11     | 21209 ||| Stepping ~*~*~tactically~*~*~ (outnumbered).
 21211 | D:11     | 21211 ||| Stepping ~*~*~tactically~*~*~ (outnumbered).
 21213 | D:11     | 21213 ||| Stepping ~*~*~tactically~*~*~ (outnumbered).
 21215 | D:11     | 21215 ||| Stepping ~*~*~tactically~*~*~ (outnumbered).
 21217 | D:11     | 21217 ||| Stepping ~*~*~tactically~*~*~ (outnumbered).
 21219 | D:11     | 21219 ||| Stepping ~*~*~tactically~*~*~ (outnumbered).
 21221 | D:11     | 21221 ||| Stepping ~*~*~tactically~*~*~ (outnumbered).
 21223 | D:11     | 21223 ||| Stepping ~*~*~tactically~*~*~ (outnumbered).
 21225 | D:11     | 21225 ||| Stepping ~*~*~tactically~*~*~ (outnumbered).
 21227 | D:11     | 21227 ||| Stepping ~*~*~tactically~*~*~ (outnumbered).
 21229 | D:11     | 21229 ||| Stepping ~*~*~tactically~*~*~ (outnumbered).
 21231 | D:11     | 21231 ||| Stepping ~*~*~tactically~*~*~ (outnumbered).
 21233 | D:11     | 21233 ||| Stepping ~*~*~tactically~*~*~ (outnumbered).
 21235 | D:11     | 21235 ||| Stepping ~*~*~tactically~*~*~ (outnumbered).
 21237 | D:11     | 21237 ||| Stepping ~*~*~tactically~*~*~ (outnumbered).
 21239 | D:11     | 21239 ||| Stepping ~*~*~tactically~*~*~ (outnumbered).
 21241 | D:11     | 21241 ||| Stepping ~*~*~tactically~*~*~ (outnumbered).
 21243 | D:11     | 21243 ||| Stepping ~*~*~tactically~*~*~ (outnumbered).
 21245 | D:11     | 21245 ||| Stepping ~*~*~tactically~*~*~ (outnumbered).
 21247 | D:11     | 21247 ||| Stepping ~*~*~tactically~*~*~ (outnumbered).
 21249 | D:11     | 21249 ||| Stepping ~*~*~tactically~*~*~ (outnumbered).
 21251 | D:11     | 21251 ||| Stepping ~*~*~tactically~*~*~ (outnumbered).
 21253 | D:11     | 21253 ||| Stepping ~*~*~tactically~*~*~ (outnumbered).
 21255 | D:11     | 21255 ||| Stepping ~*~*~tactically~*~*~ (outnumbered).
 21257 | D:11     | 21257 ||| Stepping ~*~*~tactically~*~*~ (outnumbered).
 21259 | D:11     | 21259 ||| Stepping ~*~*~tactically~*~*~ (outnumbered).
 21261 | D:11     | 21261 ||| Stepping ~*~*~tactically~*~*~ (outnumbered).
 21263 | D:11     | 21263 ||| Stepping ~*~*~tactically~*~*~ (outnumbered).
 21265 | D:11     | 21265 ||| Stepping ~*~*~tactically~*~*~ (outnumbered).
 21267 | D:11     | 21267 ||| Stepping ~*~*~tactically~*~*~ (outnumbered).
 21269 | D:11     | 21269 ||| Stepping ~*~*~tactically~*~*~ (outnumbered).
 21271 | D:11     | 21271 ||| Stepping ~*~*~tactically~*~*~ (outnumbered).
 21273 | D:11     | 21273 ||| Stepping ~*~*~tactically~*~*~ (outnumbered).
 21275 | D:11     | 21275 ||| Stepping ~*~*~tactically~*~*~ (outnumbered).
 21277 | D:11     | 21277 ||| Stepping ~*~*~tactically~*~*~ (outnumbered).
 21279 | D:11     | 21279 ||| Stepping ~*~*~tactically~*~*~ (outnumbered).
 21281 | D:11     | 21281 ||| Stepping ~*~*~tactically~*~*~ (outnumbered).
 21283 | D:11     | 21283 ||| Stepping ~*~*~tactically~*~*~ (outnumbered).
 21285 | D:11     | 21285 ||| Stepping ~*~*~tactically~*~*~ (outnumbered).
 21287 | D:11     | 21287 ||| Stepping ~*~*~tactically~*~*~ (outnumbered).
 21289 | D:11     | 21289 ||| Stepping ~*~*~tactically~*~*~ (outnumbered).
 21291 | D:11     | 21291 ||| Stepping ~*~*~tactically~*~*~ (outnumbered).
 21293 | D:11     | 21293 ||| Stepping ~*~*~tactically~*~*~ (outnumbered).
 21295 | D:11     | 21295 ||| Stepping ~*~*~tactically~*~*~ (outnumbered).
 21297 | D:11     | 21297 ||| Stepping ~*~*~tactically~*~*~ (outnumbered).
 21299 | D:11     | 21299 ||| Stepping ~*~*~tactically~*~*~ (outnumbered).
 21301 | D:11     | 21301 ||| Stepping ~*~*~tactically~*~*~ (outnumbered).
 21303 | D:11     | 21303 ||| Stepping ~*~*~tactically~*~*~ (outnumbered).
 21305 | D:11     | 21305 ||| Stepping ~*~*~tactically~*~*~ (outnumbered).
 21307 | D:11     | 21307 ||| Stepping ~*~*~tactically~*~*~ (outnumbered).
 21309 | D:11     | 21309 ||| Stepping ~*~*~tactically~*~*~ (outnumbered).
 21311 | D:11     | 21311 ||| Stepping ~*~*~tactically~*~*~ (outnumbered).
 21313 | D:11     | 21313 ||| Stepping ~*~*~tactically~*~*~ (outnumbered).
 21315 | D:11     | 21315 ||| Stepping ~*~*~tactically~*~*~ (outnumbered).
 21317 | D:11     | 21317 ||| Stepping ~*~*~tactically~*~*~ (outnumbered).
 21319 | D:11     | 21319 ||| Stepping ~*~*~tactically~*~*~ (outnumbered).
 21321 | D:11     | 21321 ||| Stepping ~*~*~tactically~*~*~ (outnumbered).
 21323 | D:11     | 21323 ||| Stepping ~*~*~tactically~*~*~ (outnumbered).
 21325 | D:11     | 21325 ||| Stepping ~*~*~tactically~*~*~ (outnumbered).
 21327 | D:11     | 21327 ||| Stepping ~*~*~tactically~*~*~ (outnumbered).
 21329 | D:11     | 21329 ||| Stepping ~*~*~tactically~*~*~ (outnumbered).
 21331 | D:11     | 21331 ||| Stepping ~*~*~tactically~*~*~ (outnumbered).
 21333 | D:11     | 21333 ||| Stepping ~*~*~tactically~*~*~ (outnumbered).
 21335 | D:11     | 21335 ||| Stepping ~*~*~tactically~*~*~ (outnumbered).
 21337 | D:11     | 21337 ||| Stepping ~*~*~tactically~*~*~ (outnumbered).
 21339 | D:11     | 21339 ||| Stepping ~*~*~tactically~*~*~ (outnumbered).
 21341 | D:11     | 21341 ||| Stepping ~*~*~tactically~*~*~ (outnumbered).
 21343 | D:11     | 21343 ||| Stepping ~*~*~tactically~*~*~ (outnumbered).
 21345 | D:11     | 21345 ||| Stepping ~*~*~tactically~*~*~ (outnumbered).
 21347 | D:11     | 21347 ||| Stepping ~*~*~tactically~*~*~ (outnumbered).
 21349 | D:11     | 21349 ||| Stepping ~*~*~tactically~*~*~ (outnumbered).
 21351 | D:11     | 21351 ||| Stepping ~*~*~tactically~*~*~ (outnumbered).
 21353 | D:11     | 21353 ||| Stepping ~*~*~tactically~*~*~ (outnumbered).
 21355 | D:11     | 21355 ||| Stepping ~*~*~tactically~*~*~ (outnumbered).
 21357 | D:11     | 21357 ||| Stepping ~*~*~tactically~*~*~ (outnumbered).
 21359 | D:11     | 21359 ||| Stepping ~*~*~tactically~*~*~ (outnumbered).
 21361 | D:11     | 21361 ||| Stepping ~*~*~tactically~*~*~ (outnumbered).
 21363 | D:11     | 21363 ||| Stepping ~*~*~tactically~*~*~ (outnumbered).
 21365 | D:11     | 21365 ||| Stepping ~*~*~tactically~*~*~ (outnumbered).
 21367 | D:11     | 21367 ||| Stepping ~*~*~tactically~*~*~ (outnumbered).
 21369 | D:11     | 21369 ||| Stepping ~*~*~tactically~*~*~ (outnumbered).
 21371 | D:11     | 21371 ||| Stepping ~*~*~tactically~*~*~ (outnumbered).
 21373 | D:11     | 21373 ||| Stepping ~*~*~tactically~*~*~ (outnumbered).
 21375 | D:11     | 21375 ||| Stepping ~*~*~tactically~*~*~ (outnumbered).
 21377 | D:11     | 21377 ||| Stepping ~*~*~tactically~*~*~ (outnumbered).
 21379 | D:11     | 21379 ||| Stepping ~*~*~tactically~*~*~ (outnumbered).
 21381 | D:11     | 21381 ||| Stepping ~*~*~tactically~*~*~ (outnumbered).
 21383 | D:11     | 21383 ||| Stepping ~*~*~tactically~*~*~ (outnumbered).
 21385 | D:11     | 21385 ||| Stepping ~*~*~tactically~*~*~ (outnumbered).
 21387 | D:11     | 21387 ||| Stepping ~*~*~tactically~*~*~ (outnumbered).
 21389 | D:11     | 21389 ||| Stepping ~*~*~tactically~*~*~ (outnumbered).
 21391 | D:11     | 21391 ||| Stepping ~*~*~tactically~*~*~ (outnumbered).
 21393 | D:11     | 21393 ||| Stepping ~*~*~tactically~*~*~ (outnumbered).
 21395 | D:11     | 21395 ||| Stepping ~*~*~tactically~*~*~ (outnumbered).
 21397 | D:11     | 21397 ||| Stepping ~*~*~tactically~*~*~ (outnumbered).
 21399 | D:11     | 21399 ||| Stepping ~*~*~tactically~*~*~ (outnumbered).
 21401 | D:11     | 21401 ||| Stepping ~*~*~tactically~*~*~ (outnumbered).
 21403 | D:11     | 21403 ||| Stepping ~*~*~tactically~*~*~ (outnumbered).
 21405 | D:11     | 21405 ||| Stepping ~*~*~tactically~*~*~ (outnumbered).
 21407 | D:11     | 21407 ||| Stepping ~*~*~tactically~*~*~ (outnumbered).
 21409 | D:11     | 21409 ||| Stepping ~*~*~tactically~*~*~ (outnumbered).
 21411 | D:11     | 21411 ||| Stepping ~*~*~tactically~*~*~ (outnumbered).
 21413 | D:11     | 21413 ||| Stepping ~*~*~tactically~*~*~ (outnumbered).
 21415 | D:11     | 21415 ||| Stepping ~*~*~tactically~*~*~ (outnumbered).
 21417 | D:11     | 21417 ||| Stepping ~*~*~tactically~*~*~ (outnumbered).
 21419 | D:11     | 21419 ||| Stepping ~*~*~tactically~*~*~ (outnumbered).
 21421 | D:11     | 21421 ||| Stepping ~*~*~tactically~*~*~ (outnumbered).
 21423 | D:11     | 21423 ||| Stepping ~*~*~tactically~*~*~ (outnumbered).
 21425 | D:11     | 21425 ||| Stepping ~*~*~tactically~*~*~ (outnumbered).
 21427 | D:11     | 21427 ||| Stepping ~*~*~tactically~*~*~ (outnumbered).
 21429 | D:11     | 21429 ||| Stepping ~*~*~tactically~*~*~ (outnumbered).
 21431 | D:11     | 21431 ||| Stepping ~*~*~tactically~*~*~ (outnumbered).
 21433 | D:11     | 21433 ||| Stepping ~*~*~tactically~*~*~ (outnumbered).
 21435 | D:11     | 21435 ||| Stepping ~*~*~tactically~*~*~ (outnumbered).
 21437 | D:11     | 21437 ||| Stepping ~*~*~tactically~*~*~ (outnumbered).
 21439 | D:11     | 21439 ||| Stepping ~*~*~tactically~*~*~ (outnumbered).
 21441 | D:11     | 21441 ||| Stepping ~*~*~tactically~*~*~ (outnumbered).
 21443 | D:11     | 21443 ||| Stepping ~*~*~tactically~*~*~ (outnumbered).
 21445 | D:11     | 21445 ||| Stepping ~*~*~tactically~*~*~ (outnumbered).
 21447 | D:11     | 21447 ||| Stepping ~*~*~tactically~*~*~ (outnumbered).
 21449 | D:11     | 21449 ||| Stepping ~*~*~tactically~*~*~ (outnumbered).
 21451 | D:11     | 21451 ||| Stepping ~*~*~tactically~*~*~ (outnumbered).
 21453 | D:11     | 21453 ||| Stepping ~*~*~tactically~*~*~ (outnumbered).
 21455 | D:11     | 21455 ||| Stepping ~*~*~tactically~*~*~ (outnumbered).
 21457 | D:11     | 21457 ||| Stepping ~*~*~tactically~*~*~ (outnumbered).
 21459 | D:11     | 21459 ||| Stepping ~*~*~tactically~*~*~ (outnumbered).
 21461 | D:11     | 21461 ||| Stepping ~*~*~tactically~*~*~ (outnumbered).
 21463 | D:11     | 21463 ||| Stepping ~*~*~tactically~*~*~ (outnumbered).
 21465 | D:11     | 21465 ||| Stepping ~*~*~tactically~*~*~ (outnumbered).
 21467 | D:11     | 21467 ||| Stepping ~*~*~tactically~*~*~ (outnumbered).
 21469 | D:11     | 21469 ||| Stepping ~*~*~tactically~*~*~ (outnumbered).
 21471 | D:11     | 21471 ||| Stepping ~*~*~tactically~*~*~ (outnumbered).
 21473 | D:11     | 21473 ||| Stepping ~*~*~tactically~*~*~ (outnumbered).
 21475 | D:11     | 21475 ||| Stepping ~*~*~tactically~*~*~ (outnumbered).
 21477 | D:11     | 21477 ||| Stepping ~*~*~tactically~*~*~ (outnumbered).
 21479 | D:11     | 21479 ||| Stepping ~*~*~tactically~*~*~ (outnumbered).
 21481 | D:11     | 21481 ||| Stepping ~*~*~tactically~*~*~ (outnumbered).
 21483 | D:11     | 21483 ||| Stepping ~*~*~tactically~*~*~ (outnumbered).
 21485 | D:11     | 21485 ||| Stepping ~*~*~tactically~*~*~ (outnumbered).
 21487 | D:11     | 21487 ||| Stepping ~*~*~tactically~*~*~ (outnumbered).
 21489 | D:11     | 21489 ||| Stepping ~*~*~tactically~*~*~ (outnumbered).
 21491 | D:11     | 21491 ||| Stepping ~*~*~tactically~*~*~ (outnumbered).
 21493 | D:11     | 21493 ||| Stepping ~*~*~tactically~*~*~ (outnumbered).
 21495 | D:11     | 21495 ||| Stepping ~*~*~tactically~*~*~ (outnumbered).
 21497 | D:11     | 21497 ||| Stepping ~*~*~tactically~*~*~ (outnumbered).
 21499 | D:11     | 21499 ||| Stepping ~*~*~tactically~*~*~ (outnumbered).
 21501 | D:11     | 21501 ||| Stepping ~*~*~tactically~*~*~ (outnumbered).
 21503 | D:11     | 21503 ||| Stepping ~*~*~tactically~*~*~ (outnumbered).
 21505 | D:11     | 21505 ||| Stepping ~*~*~tactically~*~*~ (outnumbered).
 21507 | D:11     | 21507 ||| Stepping ~*~*~tactically~*~*~ (outnumbered).
 21509 | D:11     | 21509 ||| Stepping ~*~*~tactically~*~*~ (outnumbered).
 21511 | D:11     | 21511 ||| Stepping ~*~*~tactically~*~*~ (outnumbered).
 21513 | D:11     | 21513 ||| Stepping ~*~*~tactically~*~*~ (outnumbered).
 21515 | D:11     | 21515 ||| Stepping ~*~*~tactically~*~*~ (outnumbered).
 21517 | D:11     | 21517 ||| Stepping ~*~*~tactically~*~*~ (outnumbered).
 21519 | D:11     | 21519 ||| Stepping ~*~*~tactically~*~*~ (outnumbered).
 21521 | D:11     | 21521 ||| Stepping ~*~*~tactically~*~*~ (outnumbered).
 21523 | D:11     | 21523 ||| Stepping ~*~*~tactically~*~*~ (outnumbered).
 21525 | D:11     | 21525 ||| Stepping ~*~*~tactically~*~*~ (outnumbered).
 21527 | D:11     | 21527 ||| Stepping ~*~*~tactically~*~*~ (outnumbered).
 21529 | D:11     | 21529 ||| Stepping ~*~*~tactically~*~*~ (outnumbered).
 21531 | D:11     | 21531 ||| Stepping ~*~*~tactically~*~*~ (outnumbered).
 21533 | D:11     | 21533 ||| Stepping ~*~*~tactically~*~*~ (outnumbered).
 21535 | D:11     | 21535 ||| Stepping ~*~*~tactically~*~*~ (outnumbered).
 21537 | D:11     | 21537 ||| Stepping ~*~*~tactically~*~*~ (outnumbered).
 21539 | D:11     | 21539 ||| Stepping ~*~*~tactically~*~*~ (outnumbered).
 21541 | D:11     | 21541 ||| Stepping ~*~*~tactically~*~*~ (outnumbered).
 21543 | D:11     | 21543 ||| Stepping ~*~*~tactically~*~*~ (outnumbered).
 21545 | D:11     | 21545 ||| Stepping ~*~*~tactically~*~*~ (outnumbered).
 21547 | D:11     | 21547 ||| Stepping ~*~*~tactically~*~*~ (outnumbered).
 21549 | D:11     | 21549 ||| Stepping ~*~*~tactically~*~*~ (outnumbered).
 21551 | D:11     | 21551 ||| Stepping ~*~*~tactically~*~*~ (outnumbered).
 21553 | D:11     | 21553 ||| Stepping ~*~*~tactically~*~*~ (outnumbered).
 21555 | D:11     | 21555 ||| Stepping ~*~*~tactically~*~*~ (outnumbered).
 21557 | D:11     | 21557 ||| Stepping ~*~*~tactically~*~*~ (outnumbered).
 21559 | D:11     | 21559 ||| Stepping ~*~*~tactically~*~*~ (outnumbered).
 21561 | D:11     | 21561 ||| Stepping ~*~*~tactically~*~*~ (outnumbered).
 21563 | D:11     | 21563 ||| Stepping ~*~*~tactically~*~*~ (outnumbered).
 21565 | D:11     | 21565 ||| Stepping ~*~*~tactically~*~*~ (outnumbered).
 21567 | D:11     | 21567 ||| Stepping ~*~*~tactically~*~*~ (outnumbered).
 21569 | D:11     | 21569 ||| Stepping ~*~*~tactically~*~*~ (outnumbered).
 21571 | D:11     | 21571 ||| Stepping ~*~*~tactically~*~*~ (outnumbered).
 21573 | D:11     | 21573 ||| Stepping ~*~*~tactically~*~*~ (outnumbered).
 21575 | D:11     | 21575 ||| Stepping ~*~*~tactically~*~*~ (outnumbered).
 21577 | D:11     | 21577 ||| Stepping ~*~*~tactically~*~*~ (outnumbered).
 21579 | D:11     | 21579 ||| Stepping ~*~*~tactically~*~*~ (outnumbered).
 21581 | D:11     | 21581 ||| Stepping ~*~*~tactically~*~*~ (outnumbered).
 21583 | D:11     | 21583 ||| Stepping ~*~*~tactically~*~*~ (outnumbered).
 21585 | D:11     | 21585 ||| Stepping ~*~*~tactically~*~*~ (outnumbered).
 21587 | D:11     | 21587 ||| Stepping ~*~*~tactically~*~*~ (outnumbered).
 21589 | D:11     | 21589 ||| Stepping ~*~*~tactically~*~*~ (outnumbered).
 21591 | D:11     | 21591 ||| Stepping ~*~*~tactically~*~*~ (outnumbered).
 21593 | D:11     | 21593 ||| Stepping ~*~*~tactically~*~*~ (outnumbered).
 21595 | D:11     | 21595 ||| Stepping ~*~*~tactically~*~*~ (outnumbered).
 21597 | D:11     | 21597 ||| Stepping ~*~*~tactically~*~*~ (outnumbered).
 21599 | D:11     | 21599 ||| Stepping ~*~*~tactically~*~*~ (outnumbered).
 21601 | D:11     | 21601 ||| Stepping ~*~*~tactically~*~*~ (outnumbered).
 21603 | D:11     | 21603 ||| Stepping ~*~*~tactically~*~*~ (outnumbered).
 21605 | D:11     | 21605 ||| Stepping ~*~*~tactically~*~*~ (outnumbered).
 21607 | D:11     | 21607 ||| Stepping ~*~*~tactically~*~*~ (outnumbered).
 21609 | D:11     | 21609 ||| Stepping ~*~*~tactically~*~*~ (outnumbered).
 21611 | D:11     | 21611 ||| Stepping ~*~*~tactically~*~*~ (outnumbered).
 21613 | D:11     | 21613 ||| Stepping ~*~*~tactically~*~*~ (outnumbered).
 21615 | D:11     | 21615 ||| Stepping ~*~*~tactically~*~*~ (outnumbered).
 21617 | D:11     | 21617 ||| Stepping ~*~*~tactically~*~*~ (outnumbered).
 21619 | D:11     | 21619 ||| Stepping ~*~*~tactically~*~*~ (outnumbered).
 21621 | D:11     | 21621 ||| Stepping ~*~*~tactically~*~*~ (outnumbered).
 21623 | D:11     | 21623 ||| Stepping ~*~*~tactically~*~*~ (outnumbered).
 21625 | D:11     | 21625 ||| Stepping ~*~*~tactically~*~*~ (outnumbered).
 21627 | D:11     | 21627 ||| Stepping ~*~*~tactically~*~*~ (outnumbered).
 21629 | D:11     | 21629 ||| Stepping ~*~*~tactically~*~*~ (outnumbered).
 21631 | D:11     | 21631 ||| Stepping ~*~*~tactically~*~*~ (outnumbered).
 21633 | D:11     | 21633 ||| Stepping ~*~*~tactically~*~*~ (outnumbered).
 21635 | D:11     | 21635 ||| Stepping ~*~*~tactically~*~*~ (outnumbered).
 21637 | D:11     | 21637 ||| Stepping ~*~*~tactically~*~*~ (outnumbered).
 21639 | D:11     | 21639 ||| Stepping ~*~*~tactically~*~*~ (outnumbered).
 21641 | D:11     | 21641 ||| Stepping ~*~*~tactically~*~*~ (outnumbered).
 21643 | D:11     | 21643 ||| Stepping ~*~*~tactically~*~*~ (outnumbered).
 21645 | D:11     | 21645 ||| Stepping ~*~*~tactically~*~*~ (outnumbered).
 21647 | D:11     | 21647 ||| Stepping ~*~*~tactically~*~*~ (outnumbered).
 21649 | D:11     | 21649 ||| Stepping ~*~*~tactically~*~*~ (outnumbered).
 21651 | D:11     | 21651 ||| Stepping ~*~*~tactically~*~*~ (outnumbered).
 21653 | D:11     | 21653 ||| Stepping ~*~*~tactically~*~*~ (outnumbered).
 21655 | D:11     | 21655 ||| Stepping ~*~*~tactically~*~*~ (outnumbered).
 21657 | D:11     | 21657 ||| Stepping ~*~*~tactically~*~*~ (outnumbered).
 21659 | D:11     | 21659 ||| Stepping ~*~*~tactically~*~*~ (outnumbered).
 21661 | D:11     | 21661 ||| Stepping ~*~*~tactically~*~*~ (outnumbered).
 21663 | D:11     | 21663 ||| Stepping ~*~*~tactically~*~*~ (outnumbered).
 21665 | D:11     | 21665 ||| Stepping ~*~*~tactically~*~*~ (outnumbered).
 21667 | D:11     | 21667 ||| Stepping ~*~*~tactically~*~*~ (outnumbered).
 21669 | D:11     | 21669 ||| Stepping ~*~*~tactically~*~*~ (outnumbered).
 21671 | D:11     | 21671 ||| Stepping ~*~*~tactically~*~*~ (outnumbered).
 21673 | D:11     | 21673 ||| Stepping ~*~*~tactically~*~*~ (outnumbered).
 21675 | D:11     | 21675 ||| Stepping ~*~*~tactically~*~*~ (outnumbered).
 21677 | D:11     | 21677 ||| Stepping ~*~*~tactically~*~*~ (outnumbered).
 21679 | D:11     | 21679 ||| Stepping ~*~*~tactically~*~*~ (outnumbered).
 21681 | D:11     | 21681 ||| Stepping ~*~*~tactically~*~*~ (outnumbered).
 21683 | D:11     | 21683 ||| Stepping ~*~*~tactically~*~*~ (outnumbered).
 21685 | D:11     | 21685 ||| Stepping ~*~*~tactically~*~*~ (outnumbered).
 21687 | D:11     | 21687 ||| Stepping ~*~*~tactically~*~*~ (outnumbered).
 21689 | D:11     | 21689 ||| Stepping ~*~*~tactically~*~*~ (outnumbered).
 21691 | D:11     | 21691 ||| Stepping ~*~*~tactically~*~*~ (outnumbered).
 21693 | D:11     | 21693 ||| Stepping ~*~*~tactically~*~*~ (outnumbered).
 21695 | D:11     | 21695 ||| Stepping ~*~*~tactically~*~*~ (outnumbered).
 21697 | D:11     | 21697 ||| Stepping ~*~*~tactically~*~*~ (outnumbered).
 21699 | D:11     | 21699 ||| Stepping ~*~*~tactically~*~*~ (outnumbered).
 21701 | D:11     | 21701 ||| Stepping ~*~*~tactically~*~*~ (outnumbered).
 21703 | D:11     | 21703 ||| Stepping ~*~*~tactically~*~*~ (outnumbered).
 21705 | D:11     | 21705 ||| Stepping ~*~*~tactically~*~*~ (outnumbered).
 21707 | D:11     | 21707 ||| Stepping ~*~*~tactically~*~*~ (outnumbered).
 21709 | D:11     | 21709 ||| Stepping ~*~*~tactically~*~*~ (outnumbered).
 21711 | D:11     | 21711 ||| Stepping ~*~*~tactically~*~*~ (outnumbered).
 21713 | D:11     | 21713 ||| Stepping ~*~*~tactically~*~*~ (outnumbered).
 21715 | D:11     | 21715 ||| Stepping ~*~*~tactically~*~*~ (outnumbered).
 21717 | D:11     | 21717 ||| Stepping ~*~*~tactically~*~*~ (outnumbered).
 21719 | D:11     | 21719 ||| Stepping ~*~*~tactically~*~*~ (outnumbered).
 21721 | D:11     | 21721 ||| Stepping ~*~*~tactically~*~*~ (outnumbered).
 21723 | D:11     | 21723 ||| Stepping ~*~*~tactically~*~*~ (outnumbered).
 21725 | D:11     | 21725 ||| Stepping ~*~*~tactically~*~*~ (outnumbered).
 21727 | D:11     | 21727 ||| Stepping ~*~*~tactically~*~*~ (outnumbered).
 21729 | D:11     | 21729 ||| Stepping ~*~*~tactically~*~*~ (outnumbered).
 21731 | D:11     | 21731 ||| Stepping ~*~*~tactically~*~*~ (outnumbered).
 21733 | D:11     | 21733 ||| Stepping ~*~*~tactically~*~*~ (outnumbered).
 21735 | D:11     | 21735 ||| Stepping ~*~*~tactically~*~*~ (outnumbered).
 21737 | D:11     | 21737 ||| Stepping ~*~*~tactically~*~*~ (outnumbered).
 21739 | D:11     | 21739 ||| Stepping ~*~*~tactically~*~*~ (outnumbered).
 21741 | D:11     | 21741 ||| Stepping ~*~*~tactically~*~*~ (outnumbered).
 21743 | D:11     | 21743 ||| Stepping ~*~*~tactically~*~*~ (outnumbered).
 21745 | D:11     | 21745 ||| Stepping ~*~*~tactically~*~*~ (outnumbered).
 21747 | D:11     | 21747 ||| Stepping ~*~*~tactically~*~*~ (outnumbered).
 21749 | D:11     | 21749 ||| Stepping ~*~*~tactically~*~*~ (outnumbered).
 21751 | D:11     | 21751 ||| Stepping ~*~*~tactically~*~*~ (outnumbered).
 21753 | D:11     | 21753 ||| Stepping ~*~*~tactically~*~*~ (outnumbered).
 21755 | D:11     | 21755 ||| Stepping ~*~*~tactically~*~*~ (outnumbered).
 21757 | D:11     | 21757 ||| Stepping ~*~*~tactically~*~*~ (outnumbered).
 21759 | D:11     | 21759 ||| Stepping ~*~*~tactically~*~*~ (outnumbered).
 21761 | D:11     | 21761 ||| Stepping ~*~*~tactically~*~*~ (outnumbered).
 21763 | D:11     | 21763 ||| Stepping ~*~*~tactically~*~*~ (outnumbered).
 21765 | D:11     | 21765 ||| Stepping ~*~*~tactically~*~*~ (outnumbered).
 21767 | D:11     | 21767 ||| Stepping ~*~*~tactically~*~*~ (outnumbered).
 21769 | D:11     | 21769 ||| Stepping ~*~*~tactically~*~*~ (outnumbered).
 21771 | D:11     | 21771 ||| Stepping ~*~*~tactically~*~*~ (outnumbered).
 21773 | D:11     | 21773 ||| Stepping ~*~*~tactically~*~*~ (outnumbered).
 21775 | D:11     | 21775 ||| Stepping ~*~*~tactically~*~*~ (outnumbered).
 21777 | D:11     | 21777 ||| Stepping ~*~*~tactically~*~*~ (outnumbered).
 21779 | D:11     | 21779 ||| Stepping ~*~*~tactically~*~*~ (outnumbered).
 21781 | D:11     | 21781 ||| Stepping ~*~*~tactically~*~*~ (outnumbered).
 21783 | D:11     | 21783 ||| Stepping ~*~*~tactically~*~*~ (outnumbered).
 21785 | D:11     | 21785 ||| Stepping ~*~*~tactically~*~*~ (outnumbered).
 21787 | D:11     | 21787 ||| Stepping ~*~*~tactically~*~*~ (outnumbered).
 21789 | D:11     | 21789 ||| Stepping ~*~*~tactically~*~*~ (outnumbered).
 21791 | D:11     | 21791 ||| Stepping ~*~*~tactically~*~*~ (outnumbered).
 21793 | D:11     | 21793 ||| Stepping ~*~*~tactically~*~*~ (outnumbered).
 21795 | D:11     | 21795 ||| Stepping ~*~*~tactically~*~*~ (outnumbered).
 21797 | D:11     | 21797 ||| Stepping ~*~*~tactically~*~*~ (outnumbered).
 21799 | D:11     | 21799 ||| Stepping ~*~*~tactically~*~*~ (outnumbered).
 21801 | D:11     | 21801 ||| Stepping ~*~*~tactically~*~*~ (outnumbered).
 21803 | D:11     | 21803 ||| Stepping ~*~*~tactically~*~*~ (outnumbered).
 21805 | D:11     | 21805 ||| Stepping ~*~*~tactically~*~*~ (outnumbered).
 21807 | D:11     | 21807 ||| Stepping ~*~*~tactically~*~*~ (outnumbered).
 21809 | D:11     | 21809 ||| Stepping ~*~*~tactically~*~*~ (outnumbered).
 21811 | D:11     | 21811 ||| Stepping ~*~*~tactically~*~*~ (outnumbered).
 21813 | D:11     | 21813 ||| Stepping ~*~*~tactically~*~*~ (outnumbered).
 21815 | D:11     | 21815 ||| Stepping ~*~*~tactically~*~*~ (outnumbered).
 21817 | D:11     | 21817 ||| Stepping ~*~*~tactically~*~*~ (outnumbered).
 21819 | D:11     | 21819 ||| Stepping ~*~*~tactically~*~*~ (outnumbered).
 21821 | D:11     | 21821 ||| Stepping ~*~*~tactically~*~*~ (outnumbered).
 21823 | D:11     | 21823 ||| Stepping ~*~*~tactically~*~*~ (outnumbered).
 21825 | D:11     | 21825 ||| Stepping ~*~*~tactically~*~*~ (outnumbered).
 21827 | D:11     | 21827 ||| Stepping ~*~*~tactically~*~*~ (outnumbered).
 21829 | D:11     | 21829 ||| Stepping ~*~*~tactically~*~*~ (outnumbered).
 21831 | D:11     | 21831 ||| Stepping ~*~*~tactically~*~*~ (outnumbered).
 21833 | D:11     | 21833 ||| Stepping ~*~*~tactically~*~*~ (outnumbered).
 21835 | D:11     | 21835 ||| Stepping ~*~*~tactically~*~*~ (outnumbered).
 21837 | D:11     | 21837 ||| Stepping ~*~*~tactically~*~*~ (outnumbered).
 21839 | D:11     | 21839 ||| Stepping ~*~*~tactically~*~*~ (outnumbered).
 21841 | D:11     | 21841 ||| Stepping ~*~*~tactically~*~*~ (outnumbered).
 21843 | D:11     | 21843 ||| Stepping ~*~*~tactically~*~*~ (outnumbered).
 21845 | D:11     | 21845 ||| Stepping ~*~*~tactically~*~*~ (outnumbered).
 21847 | D:11     | 21847 ||| Stepping ~*~*~tactically~*~*~ (outnumbered).
 21849 | D:11     | 21849 ||| Stepping ~*~*~tactically~*~*~ (outnumbered).
 21851 | D:11     | 21851 ||| Stepping ~*~*~tactically~*~*~ (outnumbered).
 21853 | D:11     | 21853 ||| Stepping ~*~*~tactically~*~*~ (outnumbered).
 21855 | D:11     | 21855 ||| Stepping ~*~*~tactically~*~*~ (outnumbered).
 21857 | D:11     | 21857 ||| Stepping ~*~*~tactically~*~*~ (outnumbered).
 21859 | D:11     | 21859 ||| Stepping ~*~*~tactically~*~*~ (outnumbered).
 21861 | D:11     | 21861 ||| Stepping ~*~*~tactically~*~*~ (outnumbered).
 21863 | D:11     | 21863 ||| Stepping ~*~*~tactically~*~*~ (outnumbered).
 21865 | D:11     | 21865 ||| Stepping ~*~*~tactically~*~*~ (outnumbered).
 21867 | D:11     | 21867 ||| Stepping ~*~*~tactically~*~*~ (outnumbered).
 21869 | D:11     | 21869 ||| Stepping ~*~*~tactically~*~*~ (outnumbered).
 21871 | D:11     | 21871 ||| Stepping ~*~*~tactically~*~*~ (outnumbered).
 21873 | D:11     | 21873 ||| Stepping ~*~*~tactically~*~*~ (outnumbered).
 21875 | D:11     | 21875 ||| Stepping ~*~*~tactically~*~*~ (outnumbered).
 21877 | D:11     | 21877 ||| Stepping ~*~*~tactically~*~*~ (outnumbered).
 21879 | D:11     | 21879 ||| Stepping ~*~*~tactically~*~*~ (outnumbered).
 21881 | D:11     | 21881 ||| Stepping ~*~*~tactically~*~*~ (outnumbered).
 21883 | D:11     | 21883 ||| Stepping ~*~*~tactically~*~*~ (outnumbered).
 21885 | D:11     | 21885 ||| Stepping ~*~*~tactically~*~*~ (outnumbered).
 21887 | D:11     | 21887 ||| Stepping ~*~*~tactically~*~*~ (outnumbered).
 21889 | D:11     | 21889 ||| Stepping ~*~*~tactically~*~*~ (outnumbered).
 21891 | D:11     | 21891 ||| Stepping ~*~*~tactically~*~*~ (outnumbered).
 21893 | D:11     | 21893 ||| Stepping ~*~*~tactically~*~*~ (outnumbered).
 21895 | D:11     | 21895 ||| Stepping ~*~*~tactically~*~*~ (outnumbered).
 21897 | D:11     | 21897 ||| Stepping ~*~*~tactically~*~*~ (outnumbered).
 21899 | D:11     | 21899 ||| Stepping ~*~*~tactically~*~*~ (outnumbered).
 21901 | D:11     | 21901 ||| Stepping ~*~*~tactically~*~*~ (outnumbered).
 21903 | D:11     | 21903 ||| Stepping ~*~*~tactically~*~*~ (outnumbered).
 21905 | D:11     | 21905 ||| Stepping ~*~*~tactically~*~*~ (outnumbered).
 21907 | D:11     | 21907 ||| Stepping ~*~*~tactically~*~*~ (outnumbered).
 21909 | D:11     | 21909 ||| Stepping ~*~*~tactically~*~*~ (outnumbered).
 21911 | D:11     | 21911 ||| Stepping ~*~*~tactically~*~*~ (outnumbered).
 21913 | D:11     | 21913 ||| Stepping ~*~*~tactically~*~*~ (outnumbered).
 21915 | D:11     | 21915 ||| Stepping ~*~*~tactically~*~*~ (outnumbered).
 21917 | D:11     | 21917 ||| Stepping ~*~*~tactically~*~*~ (outnumbered).
 21919 | D:11     | 21919 ||| Stepping ~*~*~tactically~*~*~ (outnumbered).
 21921 | D:11     | 21921 ||| Stepping ~*~*~tactically~*~*~ (outnumbered).
 21923 | D:11     | 21923 ||| Stepping ~*~*~tactically~*~*~ (outnumbered).
 21925 | D:11     | 21925 ||| Stepping ~*~*~tactically~*~*~ (outnumbered).
 21927 | D:11     | 21927 ||| Stepping ~*~*~tactically~*~*~ (outnumbered).
 21929 | D:11     | 21929 ||| Stepping ~*~*~tactically~*~*~ (outnumbered).
 21931 | D:11     | 21931 ||| Stepping ~*~*~tactically~*~*~ (outnumbered).
 21933 | D:11     | 21933 ||| Stepping ~*~*~tactically~*~*~ (outnumbered).
 21935 | D:11     | 21935 ||| Stepping ~*~*~tactically~*~*~ (outnumbered).
 21937 | D:11     | 21937 ||| Stepping ~*~*~tactically~*~*~ (outnumbered).
 21939 | D:11     | 21939 ||| Stepping ~*~*~tactically~*~*~ (outnumbered).
 21941 | D:11     | 21941 ||| Stepping ~*~*~tactically~*~*~ (outnumbered).
 21943 | D:11     | 21943 ||| Stepping ~*~*~tactically~*~*~ (outnumbered).
 21945 | D:11     | 21945 ||| Stepping ~*~*~tactically~*~*~ (outnumbered).
 21947 | D:11     | 21947 ||| Stepping ~*~*~tactically~*~*~ (outnumbered).
 21949 | D:11     | 21949 ||| Stepping ~*~*~tactically~*~*~ (outnumbered).
 21951 | D:11     | 21951 ||| Stepping ~*~*~tactically~*~*~ (outnumbered).
 21953 | D:11     | 21953 ||| Stepping ~*~*~tactically~*~*~ (outnumbered).
 21955 | D:11     | 21955 ||| Stepping ~*~*~tactically~*~*~ (outnumbered).
 21957 | D:11     | 21957 ||| Stepping ~*~*~tactically~*~*~ (outnumbered).
 21959 | D:11     | 21959 ||| Stepping ~*~*~tactically~*~*~ (outnumbered).
 21961 | D:11     | 21961 ||| Stepping ~*~*~tactically~*~*~ (outnumbered).
 21963 | D:11     | 21963 ||| Stepping ~*~*~tactically~*~*~ (outnumbered).
 21965 | D:11     | 21965 ||| Stepping ~*~*~tactically~*~*~ (outnumbered).
 21967 | D:11     | 21967 ||| Stepping ~*~*~tactically~*~*~ (outnumbered).
 21969 | D:11     | 21969 ||| Stepping ~*~*~tactically~*~*~ (outnumbered).
 21971 | D:11     | 21971 ||| Stepping ~*~*~tactically~*~*~ (outnumbered).
 21973 | D:11     | 21973 ||| Stepping ~*~*~tactically~*~*~ (outnumbered).
 21975 | D:11     | 21975 ||| Stepping ~*~*~tactically~*~*~ (outnumbered).
 21977 | D:11     | 21977 ||| Stepping ~*~*~tactically~*~*~ (outnumbered).
 21979 | D:11     | 21979 ||| Stepping ~*~*~tactically~*~*~ (outnumbered).
 21981 | D:11     | 21981 ||| Stepping ~*~*~tactically~*~*~ (outnumbered).
 21983 | D:11     | 21983 ||| Stepping ~*~*~tactically~*~*~ (outnumbered).
 21985 | D:11     | 21985 ||| Stepping ~*~*~tactically~*~*~ (outnumbered).
 21987 | D:11     | 21987 ||| Stepping ~*~*~tactically~*~*~ (outnumbered).
 21989 | D:11     | 21989 ||| Stepping ~*~*~tactically~*~*~ (outnumbered).
 21991 | D:11     | 21991 ||| Stepping ~*~*~tactically~*~*~ (outnumbered).
 21993 | D:11     | 21993 ||| Stepping ~*~*~tactically~*~*~ (outnumbered).
 21995 | D:11     | 21995 ||| Stepping ~*~*~tactically~*~*~ (outnumbered).
 21997 | D:11     | 21997 ||| Stepping ~*~*~tactically~*~*~ (outnumbered).
 21999 | D:11     | 21999 ||| Stepping ~*~*~tactically~*~*~ (outnumbered).
 22001 | D:11     | 22001 ||| Stepping ~*~*~tactically~*~*~ (outnumbered).
 22003 | D:11     | 22003 ||| Stepping ~*~*~tactically~*~*~ (outnumbered).
 22005 | D:11     | 22005 ||| Stepping ~*~*~tactically~*~*~ (outnumbered).
 22007 | D:11     | 22007 ||| Stepping ~*~*~tactically~*~*~ (outnumbered).
 22009 | D:11     | 22009 ||| Stepping ~*~*~tactically~*~*~ (outnumbered).
 22011 | D:11     | 22011 ||| Stepping ~*~*~tactically~*~*~ (outnumbered).
 22013 | D:11     | 22013 ||| Stepping ~*~*~tactically~*~*~ (outnumbered).
 22015 | D:11     | 22015 ||| Stepping ~*~*~tactically~*~*~ (outnumbered).
 22017 | D:11     | 22017 ||| Stepping ~*~*~tactically~*~*~ (outnumbered).
 22019 | D:11     | 22019 ||| Stepping ~*~*~tactically~*~*~ (outnumbered).
 22021 | D:11     | 22021 ||| Stepping ~*~*~tactically~*~*~ (outnumbered).
 22023 | D:11     | 22023 ||| Stepping ~*~*~tactically~*~*~ (outnumbered).
 22025 | D:11     | 22025 ||| Stepping ~*~*~tactically~*~*~ (outnumbered).
 22027 | D:11     | 22027 ||| Stepping ~*~*~tactically~*~*~ (outnumbered).
 22029 | D:11     | 22029 ||| Stepping ~*~*~tactically~*~*~ (outnumbered).
 22031 | D:11     | 22031 ||| Stepping ~*~*~tactically~*~*~ (outnumbered).
 22033 | D:11     | 22033 ||| Stepping ~*~*~tactically~*~*~ (outnumbered).
 22035 | D:11     | 22035 ||| Stepping ~*~*~tactically~*~*~ (outnumbered).
 22037 | D:11     | 22037 ||| Stepping ~*~*~tactically~*~*~ (outnumbered).
 22039 | D:11     | 22039 ||| Stepping ~*~*~tactically~*~*~ (outnumbered).
 22041 | D:11     | 22041 ||| Stepping ~*~*~tactically~*~*~ (outnumbered).
 22043 | D:11     | 22043 ||| Stepping ~*~*~tactically~*~*~ (outnumbered).
 22045 | D:11     | 22045 ||| Stepping ~*~*~tactically~*~*~ (outnumbered).
 22047 | D:11     | 22047 ||| Stepping ~*~*~tactically~*~*~ (outnumbered).
 22049 | D:11     | 22049 ||| Stepping ~*~*~tactically~*~*~ (outnumbered).
 22051 | D:11     | 22051 ||| Stepping ~*~*~tactically~*~*~ (outnumbered).
 22053 | D:11     | 22053 ||| Stepping ~*~*~tactically~*~*~ (outnumbered).
 22055 | D:11     | 22055 ||| Stepping ~*~*~tactically~*~*~ (outnumbered).
 22057 | D:11     | 22057 ||| Stepping ~*~*~tactically~*~*~ (outnumbered).
 22059 | D:11     | 22059 ||| Stepping ~*~*~tactically~*~*~ (outnumbered).
 22061 | D:11     | 22061 ||| Stepping ~*~*~tactically~*~*~ (outnumbered).
 22063 | D:11     | 22063 ||| Stepping ~*~*~tactically~*~*~ (outnumbered).
 22065 | D:11     | 22065 ||| Stepping ~*~*~tactically~*~*~ (outnumbered).
 22067 | D:11     | 22067 ||| Stepping ~*~*~tactically~*~*~ (outnumbered).
 22069 | D:11     | 22069 ||| Stepping ~*~*~tactically~*~*~ (outnumbered).
 22071 | D:11     | 22071 ||| Stepping ~*~*~tactically~*~*~ (outnumbered).
 22073 | D:11     | 22073 ||| Stepping ~*~*~tactically~*~*~ (outnumbered).
 22075 | D:11     | 22075 ||| Stepping ~*~*~tactically~*~*~ (outnumbered).
 22077 | D:11     | 22077 ||| Stepping ~*~*~tactically~*~*~ (outnumbered).
 22079 | D:11     | 22079 ||| Stepping ~*~*~tactically~*~*~ (outnumbered).
 22081 | D:11     | 22081 ||| Stepping ~*~*~tactically~*~*~ (outnumbered).
 22083 | D:11     | 22083 ||| Stepping ~*~*~tactically~*~*~ (outnumbered).
 22085 | D:11     | 22085 ||| Stepping ~*~*~tactically~*~*~ (outnumbered).
 22087 | D:11     | 22087 ||| Stepping ~*~*~tactically~*~*~ (outnumbered).
 22089 | D:11     | 22089 ||| Stepping ~*~*~tactically~*~*~ (outnumbered).
 22091 | D:11     | 22091 ||| Stepping ~*~*~tactically~*~*~ (outnumbered).
 22093 | D:11     | 22093 ||| Stepping ~*~*~tactically~*~*~ (outnumbered).
 22095 | D:11     | 22095 ||| Stepping ~*~*~tactically~*~*~ (outnumbered).
 22097 | D:11     | 22097 ||| Stepping ~*~*~tactically~*~*~ (outnumbered).
 22099 | D:11     | 22099 ||| Stepping ~*~*~tactically~*~*~ (outnumbered).
 22101 | D:11     | 22101 ||| Stepping ~*~*~tactically~*~*~ (outnumbered).
 22103 | D:11     | 22103 ||| Stepping ~*~*~tactically~*~*~ (outnumbered).
 22105 | D:11     | 22105 ||| Stepping ~*~*~tactically~*~*~ (outnumbered).
 22107 | D:11     | 22107 ||| Stepping ~*~*~tactically~*~*~ (outnumbered).
 22109 | D:11     | 22109 ||| Stepping ~*~*~tactically~*~*~ (outnumbered).
 22111 | D:11     | 22111 ||| Stepping ~*~*~tactically~*~*~ (outnumbered).
 22113 | D:11     | 22113 ||| Stepping ~*~*~tactically~*~*~ (outnumbered).
 22115 | D:11     | 22115 ||| Stepping ~*~*~tactically~*~*~ (outnumbered).
 22117 | D:11     | 22117 ||| Stepping ~*~*~tactically~*~*~ (outnumbered).
 22119 | D:11     | 22119 ||| Stepping ~*~*~tactically~*~*~ (outnumbered).
 22121 | D:11     | 22121 ||| Stepping ~*~*~tactically~*~*~ (outnumbered).
 22123 | D:11     | 22123 ||| Stepping ~*~*~tactically~*~*~ (outnumbered).
 22125 | D:11     | 22125 ||| Stepping ~*~*~tactically~*~*~ (outnumbered).
 22127 | D:11     | 22127 ||| Stepping ~*~*~tactically~*~*~ (outnumbered).
 22129 | D:11     | 22129 ||| Stepping ~*~*~tactically~*~*~ (outnumbered).
 22131 | D:11     | 22131 ||| Stepping ~*~*~tactically~*~*~ (outnumbered).
 22133 | D:11     | 22133 ||| Stepping ~*~*~tactically~*~*~ (outnumbered).
 22135 | D:11     | 22135 ||| Stepping ~*~*~tactically~*~*~ (outnumbered).
 22137 | D:11     | 22137 ||| Stepping ~*~*~tactically~*~*~ (outnumbered).
 22139 | D:11     | 22139 ||| Stepping ~*~*~tactically~*~*~ (outnumbered).
 22141 | D:11     | 22141 ||| Stepping ~*~*~tactically~*~*~ (outnumbered).
 22143 | D:11     | 22143 ||| Stepping ~*~*~tactically~*~*~ (outnumbered).
 22145 | D:11     | 22145 ||| Stepping ~*~*~tactically~*~*~ (outnumbered).
 22147 | D:11     | 22147 ||| Stepping ~*~*~tactically~*~*~ (outnumbered).
 22149 | D:11     | 22149 ||| Stepping ~*~*~tactically~*~*~ (outnumbered).
 22151 | D:11     | 22151 ||| Stepping ~*~*~tactically~*~*~ (outnumbered).
 22153 | D:11     | 22153 ||| Stepping ~*~*~tactically~*~*~ (outnumbered).
 22155 | D:11     | 22155 ||| Stepping ~*~*~tactically~*~*~ (outnumbered).
 22157 | D:11     | 22157 ||| Stepping ~*~*~tactically~*~*~ (outnumbered).
 22159 | D:11     | 22159 ||| Stepping ~*~*~tactically~*~*~ (outnumbered).
 22161 | D:11     | 22161 ||| Stepping ~*~*~tactically~*~*~ (outnumbered).
 22163 | D:11     | 22163 ||| Stepping ~*~*~tactically~*~*~ (outnumbered).
 22165 | D:11     | 22165 ||| Stepping ~*~*~tactically~*~*~ (outnumbered).
 22167 | D:11     | 22167 ||| Stepping ~*~*~tactically~*~*~ (outnumbered).
 22169 | D:11     | 22169 ||| Stepping ~*~*~tactically~*~*~ (outnumbered).
 22171 | D:11     | 22171 ||| Stepping ~*~*~tactically~*~*~ (outnumbered).
 22173 | D:11     | 22173 ||| Stepping ~*~*~tactically~*~*~ (outnumbered).
 22175 | D:11     | 22175 ||| Stepping ~*~*~tactically~*~*~ (outnumbered).
 22177 | D:11     | 22177 ||| Stepping ~*~*~tactically~*~*~ (outnumbered).
 22179 | D:11     | 22179 ||| Stepping ~*~*~tactically~*~*~ (outnumbered).
 22181 | D:11     | 22181 ||| Stepping ~*~*~tactically~*~*~ (outnumbered).
 22183 | D:11     | 22183 ||| Stepping ~*~*~tactically~*~*~ (outnumbered).
 22185 | D:11     | 22185 ||| Stepping ~*~*~tactically~*~*~ (outnumbered).
 22187 | D:11     | 22187 ||| Stepping ~*~*~tactically~*~*~ (outnumbered).
 22189 | D:11     | 22189 ||| Stepping ~*~*~tactically~*~*~ (outnumbered).
 22191 | D:11     | 22191 ||| Stepping ~*~*~tactically~*~*~ (outnumbered).
 22193 | D:11     | 22193 ||| Stepping ~*~*~tactically~*~*~ (outnumbered).
 22195 | D:11     | 22195 ||| Stepping ~*~*~tactically~*~*~ (outnumbered).
 22197 | D:11     | 22197 ||| Stepping ~*~*~tactically~*~*~ (outnumbered).
 22199 | D:11     | 22199 ||| Stepping ~*~*~tactically~*~*~ (outnumbered).
 22201 | D:11     | 22201 ||| Stepping ~*~*~tactically~*~*~ (outnumbered).
 22203 | D:11     | 22203 ||| Stepping ~*~*~tactically~*~*~ (outnumbered).
 22205 | D:11     | 22205 ||| Stepping ~*~*~tactically~*~*~ (outnumbered).
 22207 | D:11     | 22207 ||| Stepping ~*~*~tactically~*~*~ (outnumbered).
 22209 | D:11     | 22209 ||| Stepping ~*~*~tactically~*~*~ (outnumbered).
 22211 | D:11     | 22211 ||| Stepping ~*~*~tactically~*~*~ (outnumbered).
 22213 | D:11     | 22213 ||| Stepping ~*~*~tactically~*~*~ (outnumbered).
 22215 | D:11     | 22215 ||| Stepping ~*~*~tactically~*~*~ (outnumbered).
 22217 | D:11     | 22217 ||| Stepping ~*~*~tactically~*~*~ (outnumbered).
 22219 | D:11     | 22219 ||| Stepping ~*~*~tactically~*~*~ (outnumbered).
 22221 | D:11     | 22221 ||| Stepping ~*~*~tactically~*~*~ (outnumbered).
 22223 | D:11     | 22223 ||| Stepping ~*~*~tactically~*~*~ (outnumbered).
 22225 | D:11     | 22225 ||| Stepping ~*~*~tactically~*~*~ (outnumbered).
 22227 | D:11     | 22227 ||| Stepping ~*~*~tactically~*~*~ (outnumbered).
 22229 | D:11     | 22229 ||| Stepping ~*~*~tactically~*~*~ (outnumbered).
 22231 | D:11     | 22231 ||| Stepping ~*~*~tactically~*~*~ (outnumbered).
 22233 | D:11     | 22233 ||| Stepping ~*~*~tactically~*~*~ (outnumbered).
 22235 | D:11     | 22235 ||| Stepping ~*~*~tactically~*~*~ (outnumbered).
 22237 | D:11     | 22237 ||| Stepping ~*~*~tactically~*~*~ (outnumbered).
 22239 | D:11     | 22239 ||| Stepping ~*~*~tactically~*~*~ (outnumbered).
 22241 | D:11     | 22241 ||| Stepping ~*~*~tactically~*~*~ (outnumbered).
 22243 | D:11     | 22243 ||| Stepping ~*~*~tactically~*~*~ (outnumbered).
 22245 | D:11     | 22245 ||| Stepping ~*~*~tactically~*~*~ (outnumbered).
 22247 | D:11     | 22247 ||| Stepping ~*~*~tactically~*~*~ (outnumbered).
 22249 | D:11     | 22249 ||| Stepping ~*~*~tactically~*~*~ (outnumbered).
 22251 | D:11     | 22251 ||| Stepping ~*~*~tactically~*~*~ (outnumbered).
 22253 | D:11     | 22253 ||| Stepping ~*~*~tactically~*~*~ (outnumbered).
 22255 | D:11     | 22255 ||| Stepping ~*~*~tactically~*~*~ (outnumbered).
 22257 | D:11     | 22257 ||| Stepping ~*~*~tactically~*~*~ (outnumbered).
 22259 | D:11     | 22259 ||| Stepping ~*~*~tactically~*~*~ (outnumbered).
 22261 | D:11     | 22261 ||| Stepping ~*~*~tactically~*~*~ (outnumbered).
 22263 | D:11     | 22263 ||| Stepping ~*~*~tactically~*~*~ (outnumbered).
 22265 | D:11     | 22265 ||| Stepping ~*~*~tactically~*~*~ (outnumbered).
 22267 | D:11     | 22267 ||| Stepping ~*~*~tactically~*~*~ (outnumbered).
 22269 | D:11     | 22269 ||| Stepping ~*~*~tactically~*~*~ (outnumbered).
 22271 | D:11     | 22271 ||| Stepping ~*~*~tactically~*~*~ (outnumbered).
 22273 | D:11     | 22273 ||| Stepping ~*~*~tactically~*~*~ (outnumbered).
 22275 | D:11     | 22275 ||| Stepping ~*~*~tactically~*~*~ (outnumbered).
 22277 | D:11     | 22277 ||| Stepping ~*~*~tactically~*~*~ (outnumbered).
 22279 | D:11     | 22279 ||| Stepping ~*~*~tactically~*~*~ (outnumbered).
 22281 | D:11     | 22281 ||| Stepping ~*~*~tactically~*~*~ (outnumbered).
 22283 | D:11     | 22283 ||| Stepping ~*~*~tactically~*~*~ (outnumbered).
 22285 | D:11     | 22285 ||| Stepping ~*~*~tactically~*~*~ (outnumbered).
 22287 | D:11     | 22287 ||| Stepping ~*~*~tactically~*~*~ (outnumbered).
 22289 | D:11     | 22289 ||| Stepping ~*~*~tactically~*~*~ (outnumbered).
 22291 | D:11     | 22291 ||| Stepping ~*~*~tactically~*~*~ (outnumbered).
 22293 | D:11     | 22293 ||| Stepping ~*~*~tactically~*~*~ (outnumbered).
 22295 | D:11     | 22295 ||| Stepping ~*~*~tactically~*~*~ (outnumbered).
 22297 | D:11     | 22297 ||| Stepping ~*~*~tactically~*~*~ (outnumbered).
 22299 | D:11     | 22299 ||| Stepping ~*~*~tactically~*~*~ (outnumbered).
 22301 | D:11     | 22301 ||| Stepping ~*~*~tactically~*~*~ (outnumbered).
 22303 | D:11     | 22303 ||| Stepping ~*~*~tactically~*~*~ (outnumbered).
 22305 | D:11     | 22305 ||| Stepping ~*~*~tactically~*~*~ (outnumbered).
 22307 | D:11     | 22307 ||| Stepping ~*~*~tactically~*~*~ (outnumbered).
 22309 | D:11     | 22309 ||| Stepping ~*~*~tactically~*~*~ (outnumbered).
 22311 | D:11     | 22311 ||| Stepping ~*~*~tactically~*~*~ (outnumbered).
 22313 | D:11     | 22313 ||| Stepping ~*~*~tactically~*~*~ (outnumbered).
 22315 | D:11     | 22315 ||| Stepping ~*~*~tactically~*~*~ (outnumbered).
 22317 | D:11     | 22317 ||| Stepping ~*~*~tactically~*~*~ (outnumbered).
 22319 | D:11     | 22319 ||| Stepping ~*~*~tactically~*~*~ (outnumbered).
 22321 | D:11     | 22321 ||| Stepping ~*~*~tactically~*~*~ (outnumbered).
 22323 | D:11     | 22323 ||| Stepping ~*~*~tactically~*~*~ (outnumbered).
 22325 | D:11     | 22325 ||| Stepping ~*~*~tactically~*~*~ (outnumbered).
 22327 | D:11     | 22327 ||| Stepping ~*~*~tactically~*~*~ (outnumbered).
 22329 | D:11     | 22329 ||| Stepping ~*~*~tactically~*~*~ (outnumbered).
 22331 | D:11     | 22331 ||| Stepping ~*~*~tactically~*~*~ (outnumbered).
 22333 | D:11     | 22333 ||| Stepping ~*~*~tactically~*~*~ (outnumbered).
 22335 | D:11     | 22335 ||| Stepping ~*~*~tactically~*~*~ (outnumbered).
 22337 | D:11     | 22337 ||| Stepping ~*~*~tactically~*~*~ (outnumbered).
 22339 | D:11     | 22339 ||| Stepping ~*~*~tactically~*~*~ (outnumbered).
 22341 | D:11     | 22341 ||| Stepping ~*~*~tactically~*~*~ (outnumbered).
 22343 | D:11     | 22343 ||| Stepping ~*~*~tactically~*~*~ (outnumbered).
 22345 | D:11     | 22345 ||| Stepping ~*~*~tactically~*~*~ (outnumbered).
 22347 | D:11     | 22347 ||| Stepping ~*~*~tactically~*~*~ (outnumbered).
 22349 | D:11     | 22349 ||| Stepping ~*~*~tactically~*~*~ (outnumbered).
 22351 | D:11     | 22351 ||| Stepping ~*~*~tactically~*~*~ (outnumbered).
 22353 | D:11     | 22353 ||| Stepping ~*~*~tactically~*~*~ (outnumbered).
 22355 | D:11     | 22355 ||| Stepping ~*~*~tactically~*~*~ (outnumbered).
 22357 | D:11     | 22357 ||| Stepping ~*~*~tactically~*~*~ (outnumbered).
 22359 | D:11     | 22359 ||| Stepping ~*~*~tactically~*~*~ (outnumbered).
 22361 | D:11     | 22361 ||| Stepping ~*~*~tactically~*~*~ (outnumbered).
 22363 | D:11     | 22363 ||| Stepping ~*~*~tactically~*~*~ (outnumbered).
 22365 | D:11     | 22365 ||| Stepping ~*~*~tactically~*~*~ (outnumbered).
 22367 | D:11     | 22367 ||| Stepping ~*~*~tactically~*~*~ (outnumbered).
 22369 | D:11     | 22369 ||| Stepping ~*~*~tactically~*~*~ (outnumbered).
 22371 | D:11     | 22371 ||| Stepping ~*~*~tactically~*~*~ (outnumbered).
 22373 | D:11     | 22373 ||| Stepping ~*~*~tactically~*~*~ (outnumbered).
 22375 | D:11     | 22375 ||| Stepping ~*~*~tactically~*~*~ (outnumbered).
 22377 | D:11     | 22377 ||| Stepping ~*~*~tactically~*~*~ (outnumbered).
 22379 | D:11     | 22379 ||| Stepping ~*~*~tactically~*~*~ (outnumbered).
 22381 | D:11     | 22381 ||| Stepping ~*~*~tactically~*~*~ (outnumbered).
 22383 | D:11     | 22383 ||| Stepping ~*~*~tactically~*~*~ (outnumbered).
 22385 | D:11     | 22385 ||| Stepping ~*~*~tactically~*~*~ (outnumbered).
 22387 | D:11     | 22387 ||| Stepping ~*~*~tactically~*~*~ (outnumbered).
 22389 | D:11     | 22389 ||| Stepping ~*~*~tactically~*~*~ (outnumbered).
 22391 | D:11     | 22391 ||| Stepping ~*~*~tactically~*~*~ (outnumbered).
 22393 | D:11     | 22393 ||| Stepping ~*~*~tactically~*~*~ (outnumbered).
 22395 | D:11     | 22395 ||| Stepping ~*~*~tactically~*~*~ (outnumbered).
 22397 | D:11     | 22397 ||| Stepping ~*~*~tactically~*~*~ (outnumbered).
 22399 | D:11     | 22399 ||| Stepping ~*~*~tactically~*~*~ (outnumbered).
 22401 | D:11     | 22401 ||| Stepping ~*~*~tactically~*~*~ (outnumbered).
 22403 | D:11     | 22403 ||| Stepping ~*~*~tactically~*~*~ (outnumbered).
 22405 | D:11     | 22405 ||| Stepping ~*~*~tactically~*~*~ (outnumbered).
 22407 | D:11     | 22407 ||| Stepping ~*~*~tactically~*~*~ (outnumbered).
 22409 | D:11     | 22409 ||| Stepping ~*~*~tactically~*~*~ (outnumbered).
 22411 | D:11     | 22411 ||| Stepping ~*~*~tactically~*~*~ (outnumbered).
 22413 | D:11     | 22413 ||| Stepping ~*~*~tactically~*~*~ (outnumbered).
 22415 | D:11     | 22415 ||| Stepping ~*~*~tactically~*~*~ (outnumbered).
 22417 | D:11     | 22417 ||| Stepping ~*~*~tactically~*~*~ (outnumbered).
 22419 | D:11     | 22419 ||| Stepping ~*~*~tactically~*~*~ (outnumbered).
 22421 | D:11     | 22421 ||| Stepping ~*~*~tactically~*~*~ (outnumbered).
 22423 | D:11     | 22423 ||| Stepping ~*~*~tactically~*~*~ (outnumbered).
 22425 | D:11     | 22425 ||| Stepping ~*~*~tactically~*~*~ (outnumbered).
 22427 | D:11     | 22427 ||| Stepping ~*~*~tactically~*~*~ (outnumbered).
 22429 | D:11     | 22429 ||| Stepping ~*~*~tactically~*~*~ (outnumbered).
 22431 | D:11     | 22431 ||| Stepping ~*~*~tactically~*~*~ (outnumbered).
 22433 | D:11     | 22433 ||| Stepping ~*~*~tactically~*~*~ (outnumbered).
 22435 | D:11     | 22435 ||| Stepping ~*~*~tactically~*~*~ (outnumbered).
 22437 | D:11     | 22437 ||| Stepping ~*~*~tactically~*~*~ (outnumbered).
 22439 | D:11     | 22439 ||| Stepping ~*~*~tactically~*~*~ (outnumbered).
 22441 | D:11     | 22441 ||| Stepping ~*~*~tactically~*~*~ (outnumbered).
 22443 | D:11     | 22443 ||| Stepping ~*~*~tactically~*~*~ (outnumbered).
 22445 | D:11     | 22445 ||| Stepping ~*~*~tactically~*~*~ (outnumbered).
 22447 | D:11     | 22447 ||| Stepping ~*~*~tactically~*~*~ (outnumbered).
 22449 | D:11     | 22449 ||| Stepping ~*~*~tactically~*~*~ (outnumbered).
 22451 | D:11     | 22451 ||| Stepping ~*~*~tactically~*~*~ (outnumbered).
 22453 | D:11     | 22453 ||| Stepping ~*~*~tactically~*~*~ (outnumbered).
 22455 | D:11     | 22455 ||| Stepping ~*~*~tactically~*~*~ (outnumbered).
 22457 | D:11     | 22457 ||| Stepping ~*~*~tactically~*~*~ (outnumbered).
 22459 | D:11     | 22459 ||| Stepping ~*~*~tactically~*~*~ (outnumbered).
 22461 | D:11     | 22461 ||| Stepping ~*~*~tactically~*~*~ (outnumbered).
 22463 | D:11     | 22463 ||| Stepping ~*~*~tactically~*~*~ (outnumbered).
 22465 | D:11     | 22465 ||| Stepping ~*~*~tactically~*~*~ (outnumbered).
 22467 | D:11     | 22467 ||| Stepping ~*~*~tactically~*~*~ (outnumbered).
 22469 | D:11     | 22469 ||| Stepping ~*~*~tactically~*~*~ (outnumbered).
 22471 | D:11     | 22471 ||| Stepping ~*~*~tactically~*~*~ (outnumbered).
 22473 | D:11     | 22473 ||| Stepping ~*~*~tactically~*~*~ (outnumbered).
 22475 | D:11     | 22475 ||| Stepping ~*~*~tactically~*~*~ (outnumbered).
 22477 | D:11     | 22477 ||| Stepping ~*~*~tactically~*~*~ (outnumbered).
 22479 | D:11     | 22479 ||| Stepping ~*~*~tactically~*~*~ (outnumbered).
 22481 | D:11     | 22481 ||| Stepping ~*~*~tactically~*~*~ (outnumbered).
 22483 | D:11     | 22483 ||| Stepping ~*~*~tactically~*~*~ (outnumbered).
 22485 | D:11     | 22485 ||| Stepping ~*~*~tactically~*~*~ (outnumbered).
 22487 | D:11     | 22487 ||| Stepping ~*~*~tactically~*~*~ (outnumbered).
 22489 | D:11     | 22489 ||| Stepping ~*~*~tactically~*~*~ (outnumbered).
 22491 | D:11     | 22491 ||| Stepping ~*~*~tactically~*~*~ (outnumbered).
 22493 | D:11     | 22493 ||| Stepping ~*~*~tactically~*~*~ (outnumbered).
 22495 | D:11     | 22495 ||| Stepping ~*~*~tactically~*~*~ (outnumbered).
 22497 | D:11     | 22497 ||| Stepping ~*~*~tactically~*~*~ (outnumbered).
 22499 | D:11     | 22499 ||| Stepping ~*~*~tactically~*~*~ (outnumbered).
 22501 | D:11     | 22501 ||| Stepping ~*~*~tactically~*~*~ (outnumbered).
 22503 | D:11     | 22503 ||| Stepping ~*~*~tactically~*~*~ (outnumbered).
 22505 | D:11     | 22505 ||| Stepping ~*~*~tactically~*~*~ (outnumbered).
 22507 | D:11     | 22507 ||| Stepping ~*~*~tactically~*~*~ (outnumbered).
 22509 | D:11     | 22509 ||| Stepping ~*~*~tactically~*~*~ (outnumbered).
 22511 | D:11     | 22511 ||| Stepping ~*~*~tactically~*~*~ (outnumbered).
 22513 | D:11     | 22513 ||| Stepping ~*~*~tactically~*~*~ (outnumbered).
 22515 | D:11     | 22515 ||| Stepping ~*~*~tactically~*~*~ (outnumbered).
 22517 | D:11     | 22517 ||| Stepping ~*~*~tactically~*~*~ (outnumbered).
 22519 | D:11     | 22519 ||| Stepping ~*~*~tactically~*~*~ (outnumbered).
 22521 | D:11     | 22521 ||| Stepping ~*~*~tactically~*~*~ (outnumbered).
 22523 | D:11     | 22523 ||| Stepping ~*~*~tactically~*~*~ (outnumbered).
 22525 | D:11     | 22525 ||| Stepping ~*~*~tactically~*~*~ (outnumbered).
 22527 | D:11     | 22527 ||| Stepping ~*~*~tactically~*~*~ (outnumbered).
 22529 | D:11     | 22529 ||| Stepping ~*~*~tactically~*~*~ (outnumbered).
 22531 | D:11     | 22531 ||| Stepping ~*~*~tactically~*~*~ (outnumbered).
 22533 | D:11     | 22533 ||| Stepping ~*~*~tactically~*~*~ (outnumbered).
 22535 | D:11     | 22535 ||| Stepping ~*~*~tactically~*~*~ (outnumbered).
 22537 | D:11     | 22537 ||| Stepping ~*~*~tactically~*~*~ (outnumbered).
 22539 | D:11     | 22539 ||| Stepping ~*~*~tactically~*~*~ (outnumbered).
 22541 | D:11     | 22541 ||| Stepping ~*~*~tactically~*~*~ (outnumbered).
 22543 | D:11     | 22543 ||| Stepping ~*~*~tactically~*~*~ (outnumbered).
 22545 | D:11     | 22545 ||| Stepping ~*~*~tactically~*~*~ (outnumbered).
 22547 | D:11     | 22547 ||| Stepping ~*~*~tactically~*~*~ (outnumbered).
 22549 | D:11     | 22549 ||| Stepping ~*~*~tactically~*~*~ (outnumbered).
 22551 | D:11     | 22551 ||| Stepping ~*~*~tactically~*~*~ (outnumbered).
 22553 | D:11     | 22553 ||| Stepping ~*~*~tactically~*~*~ (outnumbered).
 22555 | D:11     | 22555 ||| Stepping ~*~*~tactically~*~*~ (outnumbered).
 22557 | D:11     | 22557 ||| Stepping ~*~*~tactically~*~*~ (outnumbered).
 22559 | D:11     | 22559 ||| Stepping ~*~*~tactically~*~*~ (outnumbered).
 22561 | D:11     | 22561 ||| Stepping ~*~*~tactically~*~*~ (outnumbered).
 22563 | D:11     | 22563 ||| Stepping ~*~*~tactically~*~*~ (outnumbered).
 22565 | D:11     | 22565 ||| Stepping ~*~*~tactically~*~*~ (outnumbered).
 22567 | D:11     | 22567 ||| Stepping ~*~*~tactically~*~*~ (outnumbered).
 22569 | D:11     | 22569 ||| Stepping ~*~*~tactically~*~*~ (outnumbered).
 22571 | D:11     | 22571 ||| Stepping ~*~*~tactically~*~*~ (outnumbered).
 22573 | D:11     | 22573 ||| Stepping ~*~*~tactically~*~*~ (outnumbered).
 22575 | D:11     | 22575 ||| Stepping ~*~*~tactically~*~*~ (outnumbered).
 22577 | D:11     | 22577 ||| Stepping ~*~*~tactically~*~*~ (outnumbered).
 22579 | D:11     | 22579 ||| Stepping ~*~*~tactically~*~*~ (outnumbered).
 22581 | D:11     | 22581 ||| Stepping ~*~*~tactically~*~*~ (outnumbered).
 22583 | D:11     | 22583 ||| Stepping ~*~*~tactically~*~*~ (outnumbered).
 22585 | D:11     | 22585 ||| Stepping ~*~*~tactically~*~*~ (outnumbered).
 22587 | D:11     | 22587 ||| Stepping ~*~*~tactically~*~*~ (outnumbered).
 22589 | D:11     | 22589 ||| Stepping ~*~*~tactically~*~*~ (outnumbered).
 22591 | D:11     | 22591 ||| Stepping ~*~*~tactically~*~*~ (outnumbered).
 22593 | D:11     | 22593 ||| Stepping ~*~*~tactically~*~*~ (outnumbered).
 22595 | D:11     | 22595 ||| Stepping ~*~*~tactically~*~*~ (outnumbered).
 22597 | D:11     | 22597 ||| Stepping ~*~*~tactically~*~*~ (outnumbered).
 22599 | D:11     | 22599 ||| Stepping ~*~*~tactically~*~*~ (outnumbered).
 22601 | D:11     | 22601 ||| Stepping ~*~*~tactically~*~*~ (outnumbered).
 22603 | D:11     | 22603 ||| Stepping ~*~*~tactically~*~*~ (outnumbered).
 22605 | D:11     | 22605 ||| Stepping ~*~*~tactically~*~*~ (outnumbered).
 22607 | D:11     | 22607 ||| Stepping ~*~*~tactically~*~*~ (outnumbered).
 22609 | D:11     | 22609 ||| Stepping ~*~*~tactically~*~*~ (outnumbered).
 22611 | D:11     | 22611 ||| Stepping ~*~*~tactically~*~*~ (outnumbered).
 22613 | D:11     | 22613 ||| Stepping ~*~*~tactically~*~*~ (outnumbered).
 22615 | D:11     | 22615 ||| Stepping ~*~*~tactically~*~*~ (outnumbered).
 22617 | D:11     | 22617 ||| Stepping ~*~*~tactically~*~*~ (outnumbered).
 22619 | D:11     | 22619 ||| Stepping ~*~*~tactically~*~*~ (outnumbered).
 22621 | D:11     | 22621 ||| Stepping ~*~*~tactically~*~*~ (outnumbered).
 22623 | D:11     | 22623 ||| Stepping ~*~*~tactically~*~*~ (outnumbered).
 22625 | D:11     | 22625 ||| Stepping ~*~*~tactically~*~*~ (outnumbered).
 22627 | D:11     | 22627 ||| Stepping ~*~*~tactically~*~*~ (outnumbered).
 22629 | D:11     | 22629 ||| Stepping ~*~*~tactically~*~*~ (outnumbered).
 22631 | D:11     | 22631 ||| Stepping ~*~*~tactically~*~*~ (outnumbered).
 22633 | D:11     | 22633 ||| Stepping ~*~*~tactically~*~*~ (outnumbered).
 22635 | D:11     | 22635 ||| Stepping ~*~*~tactically~*~*~ (outnumbered).
 22637 | D:11     | 22637 ||| Stepping ~*~*~tactically~*~*~ (outnumbered).
 22639 | D:11     | 22639 ||| Stepping ~*~*~tactically~*~*~ (outnumbered).
 22641 | D:11     | 22641 ||| Stepping ~*~*~tactically~*~*~ (outnumbered).
 22643 | D:11     | 22643 ||| Stepping ~*~*~tactically~*~*~ (outnumbered).
 22645 | D:11     | 22645 ||| Stepping ~*~*~tactically~*~*~ (outnumbered).
 22647 | D:11     | 22647 ||| Stepping ~*~*~tactically~*~*~ (outnumbered).
 22649 | D:11     | 22649 ||| Stepping ~*~*~tactically~*~*~ (outnumbered).
 22651 | D:11     | 22651 ||| Stepping ~*~*~tactically~*~*~ (outnumbered).
 22653 | D:11     | 22653 ||| Stepping ~*~*~tactically~*~*~ (outnumbered).
 22655 | D:11     | 22655 ||| Stepping ~*~*~tactically~*~*~ (outnumbered).
 22657 | D:11     | 22657 ||| Stepping ~*~*~tactically~*~*~ (outnumbered).
 22659 | D:11     | 22659 ||| Stepping ~*~*~tactically~*~*~ (outnumbered).
 22661 | D:11     | 22661 ||| Stepping ~*~*~tactically~*~*~ (outnumbered).
 22663 | D:11     | 22663 ||| Stepping ~*~*~tactically~*~*~ (outnumbered).
 22665 | D:11     | 22665 ||| Stepping ~*~*~tactically~*~*~ (outnumbered).
 22667 | D:11     | 22667 ||| Stepping ~*~*~tactically~*~*~ (outnumbered).
 22669 | D:11     | 22669 ||| Stepping ~*~*~tactically~*~*~ (outnumbered).
 22671 | D:11     | 22671 ||| Stepping ~*~*~tactically~*~*~ (outnumbered).
 22673 | D:11     | 22673 ||| Stepping ~*~*~tactically~*~*~ (outnumbered).
 22675 | D:11     | 22675 ||| Stepping ~*~*~tactically~*~*~ (outnumbered).
 22677 | D:11     | 22677 ||| Stepping ~*~*~tactically~*~*~ (outnumbered).
 22679 | D:11     | 22679 ||| Stepping ~*~*~tactically~*~*~ (outnumbered).
 22681 | D:11     | 22681 ||| Stepping ~*~*~tactically~*~*~ (outnumbered).
 22683 | D:11     | 22683 ||| Stepping ~*~*~tactically~*~*~ (outnumbered).
 22685 | D:11     | 22685 ||| Stepping ~*~*~tactically~*~*~ (outnumbered).
 22687 | D:11     | 22687 ||| Stepping ~*~*~tactically~*~*~ (outnumbered).
 22689 | D:11     | 22689 ||| Stepping ~*~*~tactically~*~*~ (outnumbered).
 22691 | D:11     | 22691 ||| Stepping ~*~*~tactically~*~*~ (outnumbered).
 22693 | D:11     | 22693 ||| Stepping ~*~*~tactically~*~*~ (outnumbered).
 22695 | D:11     | 22695 ||| Stepping ~*~*~tactically~*~*~ (outnumbered).
 22697 | D:11     | 22697 ||| Stepping ~*~*~tactically~*~*~ (outnumbered).
 22699 | D:11     | 22699 ||| Stepping ~*~*~tactically~*~*~ (outnumbered).
 22701 | D:11     | 22701 ||| Stepping ~*~*~tactically~*~*~ (outnumbered).
 22703 | D:11     | 22703 ||| Stepping ~*~*~tactically~*~*~ (outnumbered).
 22705 | D:11     | 22705 ||| Stepping ~*~*~tactically~*~*~ (outnumbered).
 22707 | D:11     | 22707 ||| Stepping ~*~*~tactically~*~*~ (outnumbered).
 22709 | D:11     | 22709 ||| Stepping ~*~*~tactically~*~*~ (outnumbered).
 22711 | D:11     | 22711 ||| Stepping ~*~*~tactically~*~*~ (outnumbered).
 22713 | D:11     | 22713 ||| Stepping ~*~*~tactically~*~*~ (outnumbered).
 22715 | D:11     | 22715 ||| Stepping ~*~*~tactically~*~*~ (outnumbered).
 22717 | D:11     | 22717 ||| Stepping ~*~*~tactically~*~*~ (outnumbered).
 22719 | D:11     | 22719 ||| Stepping ~*~*~tactically~*~*~ (outnumbered).
 22721 | D:11     | 22721 ||| Stepping ~*~*~tactically~*~*~ (outnumbered).
 22723 | D:11     | 22723 ||| Stepping ~*~*~tactically~*~*~ (outnumbered).
 22725 | D:11     | 22725 ||| Stepping ~*~*~tactically~*~*~ (outnumbered).
 22727 | D:11     | 22727 ||| Stepping ~*~*~tactically~*~*~ (outnumbered).
 22729 | D:11     | 22729 ||| Stepping ~*~*~tactically~*~*~ (outnumbered).
 22731 | D:11     | 22731 ||| Stepping ~*~*~tactically~*~*~ (outnumbered).
 22733 | D:11     | 22733 ||| Stepping ~*~*~tactically~*~*~ (outnumbered).
 22735 | D:11     | 22735 ||| Stepping ~*~*~tactically~*~*~ (outnumbered).
 22737 | D:11     | 22737 ||| Stepping ~*~*~tactically~*~*~ (outnumbered).
 22739 | D:11     | 22739 ||| Stepping ~*~*~tactically~*~*~ (outnumbered).
 22741 | D:11     | 22741 ||| Stepping ~*~*~tactically~*~*~ (outnumbered).
 22743 | D:11     | 22743 ||| Stepping ~*~*~tactically~*~*~ (outnumbered).
 22745 | D:11     | 22745 ||| Stepping ~*~*~tactically~*~*~ (outnumbered).
 22747 | D:11     | 22747 ||| Stepping ~*~*~tactically~*~*~ (outnumbered).
 22749 | D:11     | 22749 ||| Stepping ~*~*~tactically~*~*~ (outnumbered).
 22751 | D:11     | 22751 ||| Stepping ~*~*~tactically~*~*~ (outnumbered).
 22753 | D:11     | 22753 ||| Stepping ~*~*~tactically~*~*~ (outnumbered).
 22755 | D:11     | 22755 ||| Stepping ~*~*~tactically~*~*~ (outnumbered).
 22757 | D:11     | 22757 ||| Stepping ~*~*~tactically~*~*~ (outnumbered).
 22759 | D:11     | 22759 ||| Stepping ~*~*~tactically~*~*~ (outnumbered).
 22761 | D:11     | 22761 ||| Stepping ~*~*~tactically~*~*~ (outnumbered).
 22763 | D:11     | 22763 ||| Stepping ~*~*~tactically~*~*~ (outnumbered).
 22765 | D:11     | 22765 ||| Stepping ~*~*~tactically~*~*~ (outnumbered).
 22767 | D:11     | 22767 ||| Stepping ~*~*~tactically~*~*~ (outnumbered).
 22769 | D:11     | 22769 ||| Stepping ~*~*~tactically~*~*~ (outnumbered).
 22771 | D:11     | 22771 ||| Stepping ~*~*~tactically~*~*~ (outnumbered).
 22773 | D:11     | 22773 ||| Stepping ~*~*~tactically~*~*~ (outnumbered).
 22775 | D:11     | 22775 ||| Stepping ~*~*~tactically~*~*~ (outnumbered).
 22777 | D:11     | 22777 ||| Stepping ~*~*~tactically~*~*~ (outnumbered).
 22779 | D:11     | 22779 ||| Stepping ~*~*~tactically~*~*~ (outnumbered).
 22781 | D:11     | 22781 ||| Stepping ~*~*~tactically~*~*~ (outnumbered).
 22783 | D:11     | 22783 ||| Stepping ~*~*~tactically~*~*~ (outnumbered).
 22785 | D:11     | 22785 ||| Stepping ~*~*~tactically~*~*~ (outnumbered).
 22787 | D:11     | 22787 ||| Stepping ~*~*~tactically~*~*~ (outnumbered).
 22789 | D:11     | 22789 ||| Stepping ~*~*~tactically~*~*~ (outnumbered).
 22791 | D:11     | 22791 ||| Stepping ~*~*~tactically~*~*~ (outnumbered).
 22793 | D:11     | 22793 ||| Stepping ~*~*~tactically~*~*~ (outnumbered).
 22795 | D:11     | 22795 ||| Stepping ~*~*~tactically~*~*~ (outnumbered).
 22797 | D:11     | 22797 ||| Stepping ~*~*~tactically~*~*~ (outnumbered).
 22799 | D:11     | 22799 ||| Stepping ~*~*~tactically~*~*~ (outnumbered).
 22801 | D:11     | 22801 ||| Stepping ~*~*~tactically~*~*~ (outnumbered).
 22803 | D:11     | 22803 ||| Stepping ~*~*~tactically~*~*~ (outnumbered).
 22805 | D:11     | 22805 ||| Stepping ~*~*~tactically~*~*~ (outnumbered).
 22807 | D:11     | 22807 ||| Stepping ~*~*~tactically~*~*~ (outnumbered).
 22809 | D:11     | 22809 ||| Stepping ~*~*~tactically~*~*~ (outnumbered).
 22811 | D:11     | 22811 ||| Stepping ~*~*~tactically~*~*~ (outnumbered).
 22813 | D:11     | 22813 ||| Stepping ~*~*~tactically~*~*~ (outnumbered).
 22815 | D:11     | 22815 ||| Stepping ~*~*~tactically~*~*~ (outnumbered).
 22817 | D:11     | 22817 ||| Stepping ~*~*~tactically~*~*~ (outnumbered).
 22819 | D:11     | 22819 ||| Stepping ~*~*~tactically~*~*~ (outnumbered).
 22821 | D:11     | 22821 ||| Stepping ~*~*~tactically~*~*~ (outnumbered).
 22823 | D:11     | 22823 ||| Stepping ~*~*~tactically~*~*~ (outnumbered).
 22825 | D:11     | 22825 ||| Stepping ~*~*~tactically~*~*~ (outnumbered).
 22827 | D:11     | 22827 ||| Stepping ~*~*~tactically~*~*~ (outnumbered).
 22829 | D:11     | 22829 ||| Stepping ~*~*~tactically~*~*~ (outnumbered).
 22831 | D:11     | 22831 ||| Stepping ~*~*~tactically~*~*~ (outnumbered).
 22833 | D:11     | 22833 ||| Stepping ~*~*~tactically~*~*~ (outnumbered).
 22835 | D:11     | 22835 ||| Stepping ~*~*~tactically~*~*~ (outnumbered).
 22837 | D:11     | 22837 ||| Stepping ~*~*~tactically~*~*~ (outnumbered).
 22839 | D:11     | 22839 ||| Stepping ~*~*~tactically~*~*~ (outnumbered).
 22841 | D:11     | 22841 ||| Stepping ~*~*~tactically~*~*~ (outnumbered).
 22843 | D:11     | 22843 ||| Stepping ~*~*~tactically~*~*~ (outnumbered).
 22845 | D:11     | 22845 ||| Stepping ~*~*~tactically~*~*~ (outnumbered).
 22847 | D:11     | 22847 ||| Stepping ~*~*~tactically~*~*~ (outnumbered).
 22849 | D:11     | 22849 ||| Stepping ~*~*~tactically~*~*~ (outnumbered).
 22851 | D:11     | 22851 ||| Stepping ~*~*~tactically~*~*~ (outnumbered).
 22853 | D:11     | 22853 ||| Stepping ~*~*~tactically~*~*~ (outnumbered).
 22855 | D:11     | 22855 ||| Stepping ~*~*~tactically~*~*~ (outnumbered).
 22857 | D:11     | 22857 ||| Stepping ~*~*~tactically~*~*~ (outnumbered).
 22859 | D:11     | 22859 ||| Stepping ~*~*~tactically~*~*~ (outnumbered).
 22861 | D:11     | 22861 ||| Stepping ~*~*~tactically~*~*~ (outnumbered).
 22863 | D:11     | 22863 ||| Stepping ~*~*~tactically~*~*~ (outnumbered).
 22865 | D:11     | 22865 ||| Stepping ~*~*~tactically~*~*~ (outnumbered).
 22867 | D:11     | 22867 ||| Stepping ~*~*~tactically~*~*~ (outnumbered).
 22869 | D:11     | 22869 ||| Stepping ~*~*~tactically~*~*~ (outnumbered).
 22871 | D:11     | 22871 ||| Stepping ~*~*~tactically~*~*~ (outnumbered).
 22873 | D:11     | 22873 ||| Stepping ~*~*~tactically~*~*~ (outnumbered).
 22875 | D:11     | 22875 ||| Stepping ~*~*~tactically~*~*~ (outnumbered).
 22877 | D:11     | 22877 ||| Stepping ~*~*~tactically~*~*~ (outnumbered).
 22879 | D:11     | 22879 ||| Stepping ~*~*~tactically~*~*~ (outnumbered).
 22881 | D:11     | 22881 ||| Stepping ~*~*~tactically~*~*~ (outnumbered).
 22883 | D:11     | 22883 ||| Stepping ~*~*~tactically~*~*~ (outnumbered).
 22885 | D:11     | 22885 ||| Stepping ~*~*~tactically~*~*~ (outnumbered).
 22887 | D:11     | 22887 ||| Stepping ~*~*~tactically~*~*~ (outnumbered).
 22889 | D:11     | 22889 ||| Stepping ~*~*~tactically~*~*~ (outnumbered).
 22891 | D:11     | 22891 ||| Stepping ~*~*~tactically~*~*~ (outnumbered).
 22893 | D:11     | 22893 ||| Stepping ~*~*~tactically~*~*~ (outnumbered).
 22895 | D:11     | 22895 ||| Stepping ~*~*~tactically~*~*~ (outnumbered).
 22897 | D:11     | 22897 ||| Stepping ~*~*~tactically~*~*~ (outnumbered).
 22899 | D:11     | 22899 ||| Stepping ~*~*~tactically~*~*~ (outnumbered).
 22901 | D:11     | 22901 ||| Stepping ~*~*~tactically~*~*~ (outnumbered).
 22903 | D:11     | 22903 ||| Stepping ~*~*~tactically~*~*~ (outnumbered).
 22905 | D:11     | 22905 ||| Stepping ~*~*~tactically~*~*~ (outnumbered).
 22907 | D:11     | 22907 ||| Stepping ~*~*~tactically~*~*~ (outnumbered).
 22909 | D:11     | 22909 ||| Stepping ~*~*~tactically~*~*~ (outnumbered).
 22911 | D:11     | 22911 ||| Stepping ~*~*~tactically~*~*~ (outnumbered).
 22913 | D:11     | 22913 ||| Stepping ~*~*~tactically~*~*~ (outnumbered).
 22915 | D:11     | 22915 ||| Stepping ~*~*~tactically~*~*~ (outnumbered).
 22917 | D:11     | 22917 ||| Stepping ~*~*~tactically~*~*~ (outnumbered).
 22919 | D:11     | 22919 ||| Stepping ~*~*~tactically~*~*~ (outnumbered).
 22921 | D:11     | 22921 ||| Stepping ~*~*~tactically~*~*~ (outnumbered).
 22923 | D:11     | 22923 ||| Stepping ~*~*~tactically~*~*~ (outnumbered).
 22925 | D:11     | 22925 ||| Stepping ~*~*~tactically~*~*~ (outnumbered).
 22927 | D:11     | 22927 ||| Stepping ~*~*~tactically~*~*~ (outnumbered).
 22929 | D:11     | 22929 ||| Stepping ~*~*~tactically~*~*~ (outnumbered).
 22931 | D:11     | 22931 ||| Stepping ~*~*~tactically~*~*~ (outnumbered).
 22933 | D:11     | 22933 ||| Stepping ~*~*~tactically~*~*~ (outnumbered).
 22935 | D:11     | 22935 ||| Stepping ~*~*~tactically~*~*~ (outnumbered).
 22937 | D:11     | 22937 ||| Stepping ~*~*~tactically~*~*~ (outnumbered).
 22939 | D:11     | 22939 ||| Stepping ~*~*~tactically~*~*~ (outnumbered).
 22941 | D:11     | 22941 ||| Stepping ~*~*~tactically~*~*~ (outnumbered).
 22943 | D:11     | 22943 ||| Stepping ~*~*~tactically~*~*~ (outnumbered).
 22945 | D:11     | 22945 ||| Stepping ~*~*~tactically~*~*~ (outnumbered).
 22947 | D:11     | 22947 ||| Stepping ~*~*~tactically~*~*~ (outnumbered).
 22949 | D:11     | 22949 ||| Stepping ~*~*~tactically~*~*~ (outnumbered).
 22951 | D:11     | 22951 ||| Stepping ~*~*~tactically~*~*~ (outnumbered).
 22953 | D:11     | 22953 ||| Stepping ~*~*~tactically~*~*~ (outnumbered).
 22955 | D:11     | 22955 ||| Stepping ~*~*~tactically~*~*~ (outnumbered).
 22957 | D:11     | 22957 ||| Stepping ~*~*~tactically~*~*~ (outnumbered).
 22959 | D:11     | 22959 ||| Stepping ~*~*~tactically~*~*~ (outnumbered).
 22961 | D:11     | 22961 ||| Stepping ~*~*~tactically~*~*~ (outnumbered).
 22963 | D:11     | 22963 ||| Stepping ~*~*~tactically~*~*~ (outnumbered).
 22965 | D:11     | 22965 ||| Stepping ~*~*~tactically~*~*~ (outnumbered).
 22967 | D:11     | 22967 ||| Stepping ~*~*~tactically~*~*~ (outnumbered).
 22969 | D:11     | 22969 ||| Stepping ~*~*~tactically~*~*~ (outnumbered).
 22971 | D:11     | 22971 ||| Stepping ~*~*~tactically~*~*~ (outnumbered).
 22973 | D:11     | 22973 ||| Stepping ~*~*~tactically~*~*~ (outnumbered).
 22975 | D:11     | 22975 ||| Stepping ~*~*~tactically~*~*~ (outnumbered).
 22977 | D:11     | 22977 ||| Stepping ~*~*~tactically~*~*~ (outnumbered).
 22979 | D:11     | 22979 ||| Stepping ~*~*~tactically~*~*~ (outnumbered).
 22981 | D:11     | 22981 ||| Stepping ~*~*~tactically~*~*~ (outnumbered).
 22983 | D:11     | 22983 ||| Stepping ~*~*~tactically~*~*~ (outnumbered).
 22985 | D:11     | 22985 ||| Stepping ~*~*~tactically~*~*~ (outnumbered).
 22987 | D:11     | 22987 ||| Stepping ~*~*~tactically~*~*~ (outnumbered).
 22989 | D:11     | 22989 ||| Stepping ~*~*~tactically~*~*~ (outnumbered).
 22991 | D:11     | 22991 ||| Stepping ~*~*~tactically~*~*~ (outnumbered).
 22993 | D:11     | 22993 ||| Stepping ~*~*~tactically~*~*~ (outnumbered).
 22995 | D:11     | 22995 ||| Stepping ~*~*~tactically~*~*~ (outnumbered).
 22997 | D:11     | 22997 ||| Stepping ~*~*~tactically~*~*~ (outnumbered).
 22999 | D:11     | 22999 ||| Stepping ~*~*~tactically~*~*~ (outnumbered).
 23001 | D:11     | 23001 ||| Stepping ~*~*~tactically~*~*~ (outnumbered).
 23003 | D:11     | 23003 ||| Stepping ~*~*~tactically~*~*~ (outnumbered).
 23005 | D:11     | 23005 ||| Stepping ~*~*~tactically~*~*~ (outnumbered).
 23007 | D:11     | 23007 ||| Stepping ~*~*~tactically~*~*~ (outnumbered).
 23009 | D:11     | 23009 ||| Stepping ~*~*~tactically~*~*~ (outnumbered).
 23011 | D:11     | 23011 ||| Stepping ~*~*~tactically~*~*~ (outnumbered).
 23013 | D:11     | 23013 ||| Stepping ~*~*~tactically~*~*~ (outnumbered).
 23015 | D:11     | 23015 ||| Stepping ~*~*~tactically~*~*~ (outnumbered).
 23017 | D:11     | 23017 ||| Stepping ~*~*~tactically~*~*~ (outnumbered).
 23019 | D:11     | 23019 ||| Stepping ~*~*~tactically~*~*~ (outnumbered).
 23021 | D:11     | 23021 ||| Stepping ~*~*~tactically~*~*~ (outnumbered).
 23023 | D:11     | 23023 ||| Stepping ~*~*~tactically~*~*~ (outnumbered).
 23025 | D:11     | 23025 ||| Stepping ~*~*~tactically~*~*~ (outnumbered).
 23027 | D:11     | 23027 ||| Stepping ~*~*~tactically~*~*~ (outnumbered).
 23029 | D:11     | 23029 ||| Stepping ~*~*~tactically~*~*~ (outnumbered).
 23031 | D:11     | 23031 ||| Stepping ~*~*~tactically~*~*~ (outnumbered).
 23033 | D:11     | 23033 ||| Stepping ~*~*~tactically~*~*~ (outnumbered).
 23035 | D:11     | 23035 ||| Stepping ~*~*~tactically~*~*~ (outnumbered).
 23037 | D:11     | 23037 ||| Stepping ~*~*~tactically~*~*~ (outnumbered).
 23039 | D:11     | 23039 ||| Stepping ~*~*~tactically~*~*~ (outnumbered).
 23041 | D:11     | 23041 ||| Stepping ~*~*~tactically~*~*~ (outnumbered).
 23043 | D:11     | 23043 ||| Stepping ~*~*~tactically~*~*~ (outnumbered).
 23045 | D:11     | 23045 ||| Stepping ~*~*~tactically~*~*~ (outnumbered).
 23047 | D:11     | 23047 ||| Stepping ~*~*~tactically~*~*~ (outnumbered).
 23049 | D:11     | 23049 ||| Stepping ~*~*~tactically~*~*~ (outnumbered).
 23051 | D:11     | 23051 ||| Stepping ~*~*~tactically~*~*~ (outnumbered).
 23053 | D:11     | 23053 ||| Stepping ~*~*~tactically~*~*~ (outnumbered).
 23055 | D:11     | 23055 ||| Stepping ~*~*~tactically~*~*~ (outnumbered).
 23057 | D:11     | 23057 ||| Stepping ~*~*~tactically~*~*~ (outnumbered).
 23059 | D:11     | 23059 ||| Stepping ~*~*~tactically~*~*~ (outnumbered).
 23061 | D:11     | 23061 ||| Stepping ~*~*~tactically~*~*~ (outnumbered).
 23063 | D:11     | 23063 ||| Stepping ~*~*~tactically~*~*~ (outnumbered).
 23065 | D:11     | 23065 ||| Stepping ~*~*~tactically~*~*~ (outnumbered).
 23067 | D:11     | 23067 ||| Stepping ~*~*~tactically~*~*~ (outnumbered).
 23069 | D:11     | 23069 ||| Stepping ~*~*~tactically~*~*~ (outnumbered).
 23071 | D:11     | 23071 ||| Stepping ~*~*~tactically~*~*~ (outnumbered).
 23073 | D:11     | 23073 ||| Stepping ~*~*~tactically~*~*~ (outnumbered).
 23075 | D:11     | 23075 ||| Stepping ~*~*~tactically~*~*~ (outnumbered).
 23077 | D:11     | 23077 ||| Stepping ~*~*~tactically~*~*~ (outnumbered).
 23079 | D:11     | 23079 ||| Stepping ~*~*~tactically~*~*~ (outnumbered).
 23081 | D:11     | 23081 ||| Stepping ~*~*~tactically~*~*~ (outnumbered).
 23083 | D:11     | 23083 ||| Stepping ~*~*~tactically~*~*~ (outnumbered).
 23085 | D:11     | 23085 ||| Stepping ~*~*~tactically~*~*~ (outnumbered).
 23087 | D:11     | 23087 ||| Stepping ~*~*~tactically~*~*~ (outnumbered).
 23089 | D:11     | 23089 ||| Stepping ~*~*~tactically~*~*~ (outnumbered).
 23091 | D:11     | 23091 ||| Stepping ~*~*~tactically~*~*~ (outnumbered).
 23093 | D:11     | 23093 ||| Stepping ~*~*~tactically~*~*~ (outnumbered).
 23095 | D:11     | 23095 ||| Stepping ~*~*~tactically~*~*~ (outnumbered).
 23097 | D:11     | 23097 ||| Stepping ~*~*~tactically~*~*~ (outnumbered).
 23099 | D:11     | 23099 ||| Stepping ~*~*~tactically~*~*~ (outnumbered).
 23101 | D:11     | 23101 ||| Stepping ~*~*~tactically~*~*~ (outnumbered).
 23103 | D:11     | 23103 ||| Stepping ~*~*~tactically~*~*~ (outnumbered).
 23105 | D:11     | 23105 ||| Stepping ~*~*~tactically~*~*~ (outnumbered).
 23107 | D:11     | 23107 ||| Stepping ~*~*~tactically~*~*~ (outnumbered).
 23109 | D:11     | 23109 ||| Stepping ~*~*~tactically~*~*~ (outnumbered).
 23111 | D:11     | 23111 ||| Stepping ~*~*~tactically~*~*~ (outnumbered).
 23113 | D:11     | 23113 ||| Stepping ~*~*~tactically~*~*~ (outnumbered).
 23115 | D:11     | 23115 ||| Stepping ~*~*~tactically~*~*~ (outnumbered).
 23117 | D:11     | 23117 ||| Stepping ~*~*~tactically~*~*~ (outnumbered).
 23119 | D:11     | 23119 ||| Stepping ~*~*~tactically~*~*~ (outnumbered).
 23121 | D:11     | 23121 ||| Stepping ~*~*~tactically~*~*~ (outnumbered).
 23123 | D:11     | 23123 ||| Stepping ~*~*~tactically~*~*~ (outnumbered).
 23125 | D:11     | 23125 ||| Stepping ~*~*~tactically~*~*~ (outnumbered).
 23127 | D:11     | 23127 ||| Stepping ~*~*~tactically~*~*~ (outnumbered).
 23129 | D:11     | 23129 ||| Stepping ~*~*~tactically~*~*~ (outnumbered).
 23131 | D:11     | 23131 ||| Stepping ~*~*~tactically~*~*~ (outnumbered).
 23133 | D:11     | 23133 ||| Stepping ~*~*~tactically~*~*~ (outnumbered).
 23135 | D:11     | 23135 ||| Stepping ~*~*~tactically~*~*~ (outnumbered).
 23137 | D:11     | 23137 ||| Stepping ~*~*~tactically~*~*~ (outnumbered).
 23139 | D:11     | 23139 ||| Stepping ~*~*~tactically~*~*~ (outnumbered).
 23141 | D:11     | 23141 ||| Stepping ~*~*~tactically~*~*~ (outnumbered).
 23143 | D:11     | 23143 ||| Stepping ~*~*~tactically~*~*~ (outnumbered).
 23145 | D:11     | 23145 ||| Stepping ~*~*~tactically~*~*~ (outnumbered).
 23147 | D:11     | 23147 ||| Stepping ~*~*~tactically~*~*~ (outnumbered).
 23149 | D:11     | 23149 ||| Stepping ~*~*~tactically~*~*~ (outnumbered).
 23151 | D:11     | 23151 ||| Stepping ~*~*~tactically~*~*~ (outnumbered).
 23153 | D:11     | 23153 ||| Stepping ~*~*~tactically~*~*~ (outnumbered).
 23155 | D:11     | 23155 ||| Stepping ~*~*~tactically~*~*~ (outnumbered).
 23157 | D:11     | 23157 ||| Stepping ~*~*~tactically~*~*~ (outnumbered).
 23159 | D:11     | 23159 ||| Stepping ~*~*~tactically~*~*~ (outnumbered).
 23161 | D:11     | 23161 ||| Stepping ~*~*~tactically~*~*~ (outnumbered).
 23163 | D:11     | 23163 ||| Stepping ~*~*~tactically~*~*~ (outnumbered).
 23165 | D:11     | 23165 ||| Stepping ~*~*~tactically~*~*~ (outnumbered).
 23167 | D:11     | 23167 ||| Stepping ~*~*~tactically~*~*~ (outnumbered).
 23169 | D:11     | 23169 ||| Stepping ~*~*~tactically~*~*~ (outnumbered).
 23171 | D:11     | 23171 ||| Stepping ~*~*~tactically~*~*~ (outnumbered).
 23173 | D:11     | 23173 ||| Stepping ~*~*~tactically~*~*~ (outnumbered).
 23175 | D:11     | 23175 ||| Stepping ~*~*~tactically~*~*~ (outnumbered).
 23177 | D:11     | 23177 ||| Stepping ~*~*~tactically~*~*~ (outnumbered).
 23179 | D:11     | 23179 ||| Stepping ~*~*~tactically~*~*~ (outnumbered).
 23181 | D:11     | 23181 ||| Stepping ~*~*~tactically~*~*~ (outnumbered).
 23183 | D:11     | 23183 ||| Stepping ~*~*~tactically~*~*~ (outnumbered).
 23185 | D:11     | 23185 ||| Stepping ~*~*~tactically~*~*~ (outnumbered).
 23187 | D:11     | 23187 ||| Stepping ~*~*~tactically~*~*~ (outnumbered).
 23189 | D:11     | 23189 ||| Stepping ~*~*~tactically~*~*~ (outnumbered).
 23191 | D:11     | 23191 ||| Stepping ~*~*~tactically~*~*~ (outnumbered).
 23193 | D:11     | 23193 ||| Stepping ~*~*~tactically~*~*~ (outnumbered).
 23195 | D:11     | 23195 ||| Stepping ~*~*~tactically~*~*~ (outnumbered).
 23197 | D:11     | 23197 ||| Stepping ~*~*~tactically~*~*~ (outnumbered).
 23199 | D:11     | 23199 ||| Stepping ~*~*~tactically~*~*~ (outnumbered).
 23201 | D:11     | 23201 ||| Stepping ~*~*~tactically~*~*~ (outnumbered).
 23203 | D:11     | 23203 ||| Stepping ~*~*~tactically~*~*~ (outnumbered).
 23205 | D:11     | 23205 ||| Stepping ~*~*~tactically~*~*~ (outnumbered).
 23207 | D:11     | 23207 ||| Stepping ~*~*~tactically~*~*~ (outnumbered).
 23209 | D:11     | 23209 ||| Stepping ~*~*~tactically~*~*~ (outnumbered).
 23211 | D:11     | 23211 ||| Stepping ~*~*~tactically~*~*~ (outnumbered).
 23213 | D:11     | 23213 ||| Stepping ~*~*~tactically~*~*~ (outnumbered).
 23215 | D:11     | 23215 ||| Stepping ~*~*~tactically~*~*~ (outnumbered).
 23217 | D:11     | 23217 ||| Stepping ~*~*~tactically~*~*~ (outnumbered).
 23219 | D:11     | 23219 ||| Stepping ~*~*~tactically~*~*~ (outnumbered).
 23221 | D:11     | 23221 ||| Stepping ~*~*~tactically~*~*~ (outnumbered).
 23223 | D:11     | 23223 ||| Stepping ~*~*~tactically~*~*~ (outnumbered).
 23225 | D:11     | 23225 ||| Stepping ~*~*~tactically~*~*~ (outnumbered).
 23227 | D:11     | 23227 ||| Stepping ~*~*~tactically~*~*~ (outnumbered).
 23229 | D:11     | 23229 ||| Stepping ~*~*~tactically~*~*~ (outnumbered).
 23231 | D:11     | 23231 ||| Stepping ~*~*~tactically~*~*~ (outnumbered).
 23233 | D:11     | 23233 ||| Stepping ~*~*~tactically~*~*~ (outnumbered).
 23235 | D:11     | 23235 ||| Stepping ~*~*~tactically~*~*~ (outnumbered).
 23237 | D:11     | 23237 ||| Stepping ~*~*~tactically~*~*~ (outnumbered).
 23239 | D:11     | 23239 ||| Stepping ~*~*~tactically~*~*~ (outnumbered).
 23241 | D:11     | 23241 ||| Stepping ~*~*~tactically~*~*~ (outnumbered).
 23243 | D:11     | 23243 ||| Stepping ~*~*~tactically~*~*~ (outnumbered).
 23245 | D:11     | 23245 ||| Stepping ~*~*~tactically~*~*~ (outnumbered).
 23247 | D:11     | 23247 ||| Stepping ~*~*~tactically~*~*~ (outnumbered).
 23249 | D:11     | 23249 ||| Stepping ~*~*~tactically~*~*~ (outnumbered).
 23251 | D:11     | 23251 ||| Stepping ~*~*~tactically~*~*~ (outnumbered).
 23253 | D:11     | 23253 ||| Stepping ~*~*~tactically~*~*~ (outnumbered).
 23255 | D:11     | 23255 ||| Stepping ~*~*~tactically~*~*~ (outnumbered).
 23257 | D:11     | 23257 ||| Stepping ~*~*~tactically~*~*~ (outnumbered).
 23259 | D:11     | 23259 ||| Stepping ~*~*~tactically~*~*~ (outnumbered).
 23261 | D:11     | 23261 ||| Stepping ~*~*~tactically~*~*~ (outnumbered).
 23263 | D:11     | 23263 ||| Stepping ~*~*~tactically~*~*~ (outnumbered).
 23265 | D:11     | 23265 ||| Stepping ~*~*~tactically~*~*~ (outnumbered).
 23267 | D:11     | 23267 ||| Stepping ~*~*~tactically~*~*~ (outnumbered).
 23269 | D:11     | 23269 ||| Stepping ~*~*~tactically~*~*~ (outnumbered).
 23271 | D:11     | 23271 ||| Stepping ~*~*~tactically~*~*~ (outnumbered).
 23273 | D:11     | 23273 ||| Stepping ~*~*~tactically~*~*~ (outnumbered).
 23275 | D:11     | 23275 ||| Stepping ~*~*~tactically~*~*~ (outnumbered).
 23277 | D:11     | 23277 ||| Stepping ~*~*~tactically~*~*~ (outnumbered).
 23279 | D:11     | 23279 ||| Stepping ~*~*~tactically~*~*~ (outnumbered).
 23281 | D:11     | 23281 ||| Stepping ~*~*~tactically~*~*~ (outnumbered).
 23283 | D:11     | 23283 ||| Stepping ~*~*~tactically~*~*~ (outnumbered).
 23285 | D:11     | 23285 ||| Stepping ~*~*~tactically~*~*~ (outnumbered).
 23287 | D:11     | 23287 ||| Stepping ~*~*~tactically~*~*~ (outnumbered).
 23289 | D:11     | 23289 ||| Stepping ~*~*~tactically~*~*~ (outnumbered).
 23291 | D:11     | 23291 ||| Stepping ~*~*~tactically~*~*~ (outnumbered).
 23293 | D:11     | 23293 ||| Stepping ~*~*~tactically~*~*~ (outnumbered).
 23295 | D:11     | 23295 ||| Stepping ~*~*~tactically~*~*~ (outnumbered).
 23297 | D:11     | 23297 ||| Stepping ~*~*~tactically~*~*~ (outnumbered).
 23299 | D:11     | 23299 ||| Stepping ~*~*~tactically~*~*~ (outnumbered).
 23301 | D:11     | 23301 ||| Stepping ~*~*~tactically~*~*~ (outnumbered).
 23303 | D:11     | 23303 ||| Stepping ~*~*~tactically~*~*~ (outnumbered).
 23305 | D:11     | 23305 ||| Stepping ~*~*~tactically~*~*~ (outnumbered).
 23307 | D:11     | 23307 ||| Stepping ~*~*~tactically~*~*~ (outnumbered).
 23309 | D:11     | 23309 ||| Stepping ~*~*~tactically~*~*~ (outnumbered).
 23311 | D:11     | 23311 ||| Stepping ~*~*~tactically~*~*~ (outnumbered).
 23313 | D:11     | 23313 ||| Stepping ~*~*~tactically~*~*~ (outnumbered).
 23315 | D:11     | 23315 ||| Stepping ~*~*~tactically~*~*~ (outnumbered).
 23317 | D:11     | 23317 ||| Stepping ~*~*~tactically~*~*~ (outnumbered).
 23319 | D:11     | 23319 ||| Stepping ~*~*~tactically~*~*~ (outnumbered).
 23321 | D:11     | 23321 ||| Stepping ~*~*~tactically~*~*~ (outnumbered).
 23323 | D:11     | 23323 ||| Stepping ~*~*~tactically~*~*~ (outnumbered).
 23325 | D:11     | 23325 ||| Stepping ~*~*~tactically~*~*~ (outnumbered).
 23327 | D:11     | 23327 ||| Stepping ~*~*~tactically~*~*~ (outnumbered).
 23329 | D:11     | 23329 ||| Stepping ~*~*~tactically~*~*~ (outnumbered).
 23331 | D:11     | 23331 ||| Stepping ~*~*~tactically~*~*~ (outnumbered).
 23333 | D:11     | 23333 ||| Stepping ~*~*~tactically~*~*~ (outnumbered).
 23335 | D:11     | 23335 ||| Stepping ~*~*~tactically~*~*~ (outnumbered).
 23337 | D:11     | 23337 ||| Stepping ~*~*~tactically~*~*~ (outnumbered).
 23339 | D:11     | 23339 ||| Stepping ~*~*~tactically~*~*~ (outnumbered).
 23341 | D:11     | 23341 ||| Stepping ~*~*~tactically~*~*~ (outnumbered).
 23343 | D:11     | 23343 ||| Stepping ~*~*~tactically~*~*~ (outnumbered).
 23345 | D:11     | 23345 ||| Stepping ~*~*~tactically~*~*~ (outnumbered).
 23347 | D:11     | 23347 ||| Stepping ~*~*~tactically~*~*~ (outnumbered).
 23349 | D:11     | 23349 ||| Stepping ~*~*~tactically~*~*~ (outnumbered).
 23351 | D:11     | 23351 ||| Stepping ~*~*~tactically~*~*~ (outnumbered).
 23353 | D:11     | 23353 ||| Stepping ~*~*~tactically~*~*~ (outnumbered).
 23355 | D:11     | 23355 ||| Stepping ~*~*~tactically~*~*~ (outnumbered).
 23357 | D:11     | 23357 ||| Stepping ~*~*~tactically~*~*~ (outnumbered).
 23359 | D:11     | 23359 ||| Stepping ~*~*~tactically~*~*~ (outnumbered).
 23361 | D:11     | 23361 ||| Stepping ~*~*~tactically~*~*~ (outnumbered).
 23363 | D:11     | 23363 ||| Stepping ~*~*~tactically~*~*~ (outnumbered).
 23365 | D:11     | 23365 ||| Stepping ~*~*~tactically~*~*~ (outnumbered).
 23367 | D:11     | 23367 ||| Stepping ~*~*~tactically~*~*~ (outnumbered).
 23369 | D:11     | 23369 ||| Stepping ~*~*~tactically~*~*~ (outnumbered).
 23371 | D:11     | 23371 ||| Stepping ~*~*~tactically~*~*~ (outnumbered).
 23373 | D:11     | 23373 ||| Stepping ~*~*~tactically~*~*~ (outnumbered).
 23375 | D:11     | 23375 ||| Stepping ~*~*~tactically~*~*~ (outnumbered).
 23377 | D:11     | 23377 ||| Stepping ~*~*~tactically~*~*~ (outnumbered).
 23379 | D:11     | 23379 ||| Stepping ~*~*~tactically~*~*~ (outnumbered).
 23381 | D:11     | 23381 ||| Stepping ~*~*~tactically~*~*~ (outnumbered).
 23383 | D:11     | 23383 ||| Stepping ~*~*~tactically~*~*~ (outnumbered).
 23385 | D:11     | 23385 ||| Stepping ~*~*~tactically~*~*~ (outnumbered).
 23387 | D:11     | 23387 ||| Stepping ~*~*~tactically~*~*~ (outnumbered).
 23389 | D:11     | 23389 ||| Stepping ~*~*~tactically~*~*~ (outnumbered).
 23391 | D:11     | 23391 ||| Stepping ~*~*~tactically~*~*~ (outnumbered).
 23393 | D:11     | 23393 ||| Stepping ~*~*~tactically~*~*~ (outnumbered).
 23395 | D:11     | 23395 ||| Stepping ~*~*~tactically~*~*~ (outnumbered).
 23397 | D:11     | 23397 ||| Stepping ~*~*~tactically~*~*~ (outnumbered).
 23399 | D:11     | 23399 ||| Stepping ~*~*~tactically~*~*~ (outnumbered).
 23401 | D:11     | 23401 ||| Stepping ~*~*~tactically~*~*~ (outnumbered).
 23403 | D:11     | 23403 ||| Stepping ~*~*~tactically~*~*~ (outnumbered).
 23405 | D:11     | 23405 ||| Stepping ~*~*~tactically~*~*~ (outnumbered).
 23407 | D:11     | 23407 ||| Stepping ~*~*~tactically~*~*~ (outnumbered).
 23409 | D:11     | 23409 ||| Stepping ~*~*~tactically~*~*~ (outnumbered).
 23411 | D:11     | 23411 ||| Stepping ~*~*~tactically~*~*~ (outnumbered).
 23413 | D:11     | 23413 ||| Stepping ~*~*~tactically~*~*~ (outnumbered).
 23415 | D:11     | 23415 ||| Stepping ~*~*~tactically~*~*~ (outnumbered).
 23417 | D:11     | 23417 ||| Stepping ~*~*~tactically~*~*~ (outnumbered).
 23419 | D:11     | 23419 ||| Stepping ~*~*~tactically~*~*~ (outnumbered).
 23421 | D:11     | 23421 ||| Stepping ~*~*~tactically~*~*~ (outnumbered).
 23423 | D:11     | 23423 ||| Stepping ~*~*~tactically~*~*~ (outnumbered).
 23425 | D:11     | 23425 ||| Stepping ~*~*~tactically~*~*~ (outnumbered).
 23427 | D:11     | 23427 ||| Stepping ~*~*~tactically~*~*~ (outnumbered).
 23429 | D:11     | 23429 ||| Stepping ~*~*~tactically~*~*~ (outnumbered).
 23431 | D:11     | 23431 ||| Stepping ~*~*~tactically~*~*~ (outnumbered).
 23433 | D:11     | 23433 ||| Stepping ~*~*~tactically~*~*~ (outnumbered).
 23435 | D:11     | 23435 ||| Stepping ~*~*~tactically~*~*~ (outnumbered).
 23437 | D:11     | 23437 ||| Stepping ~*~*~tactically~*~*~ (outnumbered).
 23439 | D:11     | 23439 ||| Stepping ~*~*~tactically~*~*~ (outnumbered).
 23441 | D:11     | 23441 ||| Stepping ~*~*~tactically~*~*~ (outnumbered).
 23443 | D:11     | 23443 ||| Stepping ~*~*~tactically~*~*~ (outnumbered).
 23445 | D:11     | 23445 ||| Stepping ~*~*~tactically~*~*~ (outnumbered).
 23447 | D:11     | 23447 ||| Stepping ~*~*~tactically~*~*~ (outnumbered).
 23449 | D:11     | 23449 ||| Stepping ~*~*~tactically~*~*~ (outnumbered).
 23451 | D:11     | 23451 ||| Stepping ~*~*~tactically~*~*~ (outnumbered).
 23453 | D:11     | 23453 ||| Stepping ~*~*~tactically~*~*~ (outnumbered).
 23455 | D:11     | 23455 ||| Stepping ~*~*~tactically~*~*~ (outnumbered).
 23457 | D:11     | 23457 ||| Stepping ~*~*~tactically~*~*~ (outnumbered).
 23459 | D:11     | 23459 ||| Stepping ~*~*~tactically~*~*~ (outnumbered).
 23461 | D:11     | 23461 ||| Stepping ~*~*~tactically~*~*~ (outnumbered).
 23463 | D:11     | 23463 ||| Stepping ~*~*~tactically~*~*~ (outnumbered).
 23465 | D:11     | 23465 ||| Stepping ~*~*~tactically~*~*~ (outnumbered).
 23467 | D:11     | 23467 ||| Stepping ~*~*~tactically~*~*~ (outnumbered).
 23469 | D:11     | 23469 ||| Stepping ~*~*~tactically~*~*~ (outnumbered).
 23471 | D:11     | 23471 ||| Stepping ~*~*~tactically~*~*~ (outnumbered).
 23473 | D:11     | 23473 ||| Stepping ~*~*~tactically~*~*~ (outnumbered).
 23475 | D:11     | 23475 ||| Stepping ~*~*~tactically~*~*~ (outnumbered).
 23477 | D:11     | 23477 ||| Stepping ~*~*~tactically~*~*~ (outnumbered).
 23479 | D:11     | 23479 ||| Stepping ~*~*~tactically~*~*~ (outnumbered).
 23481 | D:11     | 23481 ||| Stepping ~*~*~tactically~*~*~ (outnumbered).
 23483 | D:11     | 23483 ||| Stepping ~*~*~tactically~*~*~ (outnumbered).
 23485 | D:11     | 23485 ||| Stepping ~*~*~tactically~*~*~ (outnumbered).
 23487 | D:11     | 23487 ||| Stepping ~*~*~tactically~*~*~ (outnumbered).
 23489 | D:11     | 23489 ||| Stepping ~*~*~tactically~*~*~ (outnumbered).
 23491 | D:11     | 23491 ||| Stepping ~*~*~tactically~*~*~ (outnumbered).
 23493 | D:11     | 23493 ||| Stepping ~*~*~tactically~*~*~ (outnumbered).
 23495 | D:11     | 23495 ||| Stepping ~*~*~tactically~*~*~ (outnumbered).
 23497 | D:11     | 23497 ||| Stepping ~*~*~tactically~*~*~ (outnumbered).
 23499 | D:11     | 23499 ||| Stepping ~*~*~tactically~*~*~ (outnumbered).
 23501 | D:11     | 23501 ||| Stepping ~*~*~tactically~*~*~ (outnumbered).
 23503 | D:11     | 23503 ||| Stepping ~*~*~tactically~*~*~ (outnumbered).
 23505 | D:11     | 23505 ||| Stepping ~*~*~tactically~*~*~ (outnumbered).
 23507 | D:11     | 23507 ||| Stepping ~*~*~tactically~*~*~ (outnumbered).
 23509 | D:11     | 23509 ||| Stepping ~*~*~tactically~*~*~ (outnumbered).
 23511 | D:11     | 23511 ||| Stepping ~*~*~tactically~*~*~ (outnumbered).
 23513 | D:11     | 23513 ||| Stepping ~*~*~tactically~*~*~ (outnumbered).
 23515 | D:11     | 23515 ||| Stepping ~*~*~tactically~*~*~ (outnumbered).
 23517 | D:11     | 23517 ||| Stepping ~*~*~tactically~*~*~ (outnumbered).
 23519 | D:11     | 23519 ||| Stepping ~*~*~tactically~*~*~ (outnumbered).
 23521 | D:11     | 23521 ||| Stepping ~*~*~tactically~*~*~ (outnumbered).
 23523 | D:11     | 23523 ||| Stepping ~*~*~tactically~*~*~ (outnumbered).
 23525 | D:11     | 23525 ||| Stepping ~*~*~tactically~*~*~ (outnumbered).
 23527 | D:11     | 23527 ||| Stepping ~*~*~tactically~*~*~ (outnumbered).
 23529 | D:11     | 23529 ||| Stepping ~*~*~tactically~*~*~ (outnumbered).
 23531 | D:11     | 23531 ||| Stepping ~*~*~tactically~*~*~ (outnumbered).
 23533 | D:11     | 23533 ||| Stepping ~*~*~tactically~*~*~ (outnumbered).
 23535 | D:11     | 23535 ||| Stepping ~*~*~tactically~*~*~ (outnumbered).
 23537 | D:11     | 23537 ||| Stepping ~*~*~tactically~*~*~ (outnumbered).
 23539 | D:11     | 23539 ||| Stepping ~*~*~tactically~*~*~ (outnumbered).
 23541 | D:11     | 23541 ||| Stepping ~*~*~tactically~*~*~ (outnumbered).
 23543 | D:11     | 23543 ||| Stepping ~*~*~tactically~*~*~ (outnumbered).
 23545 | D:11     | 23545 ||| Stepping ~*~*~tactically~*~*~ (outnumbered).
 23547 | D:11     | 23547 ||| Stepping ~*~*~tactically~*~*~ (outnumbered).
 23549 | D:11     | 23549 ||| Stepping ~*~*~tactically~*~*~ (outnumbered).
 23551 | D:11     | 23551 ||| Stepping ~*~*~tactically~*~*~ (outnumbered).
 23553 | D:11     | 23553 ||| Stepping ~*~*~tactically~*~*~ (outnumbered).
 23555 | D:11     | 23555 ||| Stepping ~*~*~tactically~*~*~ (outnumbered).
 23557 | D:11     | 23557 ||| Stepping ~*~*~tactically~*~*~ (outnumbered).
 23559 | D:11     | 23559 ||| Stepping ~*~*~tactically~*~*~ (outnumbered).
 23561 | D:11     | 23561 ||| Stepping ~*~*~tactically~*~*~ (outnumbered).
 23563 | D:11     | 23563 ||| Stepping ~*~*~tactically~*~*~ (outnumbered).
 23565 | D:11     | 23565 ||| Stepping ~*~*~tactically~*~*~ (outnumbered).
 23567 | D:11     | 23567 ||| Stepping ~*~*~tactically~*~*~ (outnumbered).
 23569 | D:11     | 23569 ||| Stepping ~*~*~tactically~*~*~ (outnumbered).
 23571 | D:11     | 23571 ||| Stepping ~*~*~tactically~*~*~ (outnumbered).
 23573 | D:11     | 23573 ||| Stepping ~*~*~tactically~*~*~ (outnumbered).
 23575 | D:11     | 23575 ||| Stepping ~*~*~tactically~*~*~ (outnumbered).
 23577 | D:11     | 23577 ||| Stepping ~*~*~tactically~*~*~ (outnumbered).
 23579 | D:11     | 23579 ||| Stepping ~*~*~tactically~*~*~ (outnumbered).
 23581 | D:11     | 23581 ||| Stepping ~*~*~tactically~*~*~ (outnumbered).
 23583 | D:11     | 23583 ||| Stepping ~*~*~tactically~*~*~ (outnumbered).
 23585 | D:11     | 23585 ||| Stepping ~*~*~tactically~*~*~ (outnumbered).
 23587 | D:11     | 23587 ||| Stepping ~*~*~tactically~*~*~ (outnumbered).
 23589 | D:11     | 23589 ||| Stepping ~*~*~tactically~*~*~ (outnumbered).
 23591 | D:11     | 23591 ||| Stepping ~*~*~tactically~*~*~ (outnumbered).
 23593 | D:11     | 23593 ||| Stepping ~*~*~tactically~*~*~ (outnumbered).
 23595 | D:11     | 23595 ||| Stepping ~*~*~tactically~*~*~ (outnumbered).
 23597 | D:11     | 23597 ||| Stepping ~*~*~tactically~*~*~ (outnumbered).
 23599 | D:11     | 23599 ||| Stepping ~*~*~tactically~*~*~ (outnumbered).
 23601 | D:11     | 23601 ||| Stepping ~*~*~tactically~*~*~ (outnumbered).
 23603 | D:11     | 23603 ||| Stepping ~*~*~tactically~*~*~ (outnumbered).
 23605 | D:11     | 23605 ||| Stepping ~*~*~tactically~*~*~ (outnumbered).
 23607 | D:11     | 23607 ||| Stepping ~*~*~tactically~*~*~ (outnumbered).
 23609 | D:11     | 23609 ||| Stepping ~*~*~tactically~*~*~ (outnumbered).
 23611 | D:11     | 23611 ||| Stepping ~*~*~tactically~*~*~ (outnumbered).
 23613 | D:11     | 23613 ||| Stepping ~*~*~tactically~*~*~ (outnumbered).
 23615 | D:11     | 23615 ||| Stepping ~*~*~tactically~*~*~ (outnumbered).
 23617 | D:11     | 23617 ||| Stepping ~*~*~tactically~*~*~ (outnumbered).
 23619 | D:11     | 23619 ||| Stepping ~*~*~tactically~*~*~ (outnumbered).
 23621 | D:11     | 23621 ||| Stepping ~*~*~tactically~*~*~ (outnumbered).
 23623 | D:11     | 23623 ||| Stepping ~*~*~tactically~*~*~ (outnumbered).
 23625 | D:11     | 23625 ||| Stepping ~*~*~tactically~*~*~ (outnumbered).
 23627 | D:11     | 23627 ||| Stepping ~*~*~tactically~*~*~ (outnumbered).
 23629 | D:11     | 23629 ||| Stepping ~*~*~tactically~*~*~ (outnumbered).
 23631 | D:11     | 23631 ||| Stepping ~*~*~tactically~*~*~ (outnumbered).
 23633 | D:11     | 23633 ||| Stepping ~*~*~tactically~*~*~ (outnumbered).
 23635 | D:11     | 23635 ||| Stepping ~*~*~tactically~*~*~ (outnumbered).
 23637 | D:11     | 23637 ||| Stepping ~*~*~tactically~*~*~ (outnumbered).
 23639 | D:11     | 23639 ||| Stepping ~*~*~tactically~*~*~ (outnumbered).
 23641 | D:11     | 23641 ||| Stepping ~*~*~tactically~*~*~ (outnumbered).
 23643 | D:11     | 23643 ||| Stepping ~*~*~tactically~*~*~ (outnumbered).
 23645 | D:11     | 23645 ||| Stepping ~*~*~tactically~*~*~ (outnumbered).
 23647 | D:11     | 23647 ||| Stepping ~*~*~tactically~*~*~ (outnumbered).
 23649 | D:11     | 23649 ||| Stepping ~*~*~tactically~*~*~ (outnumbered).
 23651 | D:11     | 23651 ||| Stepping ~*~*~tactically~*~*~ (outnumbered).
 23653 | D:11     | 23653 ||| Stepping ~*~*~tactically~*~*~ (outnumbered).
 23655 | D:11     | 23655 ||| Stepping ~*~*~tactically~*~*~ (outnumbered).
 23657 | D:11     | 23657 ||| Stepping ~*~*~tactically~*~*~ (outnumbered).
 23659 | D:11     | 23659 ||| Stepping ~*~*~tactically~*~*~ (outnumbered).
 23661 | D:11     | 23661 ||| Stepping ~*~*~tactically~*~*~ (outnumbered).
 23663 | D:11     | 23663 ||| Stepping ~*~*~tactically~*~*~ (outnumbered).
 23665 | D:11     | 23665 ||| Stepping ~*~*~tactically~*~*~ (outnumbered).
 23667 | D:11     | 23667 ||| Stepping ~*~*~tactically~*~*~ (outnumbered).
 23669 | D:11     | 23669 ||| Stepping ~*~*~tactically~*~*~ (outnumbered).
 23671 | D:11     | 23671 ||| Stepping ~*~*~tactically~*~*~ (outnumbered).
 23673 | D:11     | 23673 ||| Stepping ~*~*~tactically~*~*~ (outnumbered).
 23675 | D:11     | 23675 ||| Stepping ~*~*~tactically~*~*~ (outnumbered).
 23677 | D:11     | 23677 ||| Stepping ~*~*~tactically~*~*~ (outnumbered).
 23679 | D:11     | 23679 ||| Stepping ~*~*~tactically~*~*~ (outnumbered).
 23681 | D:11     | 23681 ||| Stepping ~*~*~tactically~*~*~ (outnumbered).
 23683 | D:11     | 23683 ||| Stepping ~*~*~tactically~*~*~ (outnumbered).
 23685 | D:11     | 23685 ||| Stepping ~*~*~tactically~*~*~ (outnumbered).
 23687 | D:11     | 23687 ||| Stepping ~*~*~tactically~*~*~ (outnumbered).
 23689 | D:11     | 23689 ||| Stepping ~*~*~tactically~*~*~ (outnumbered).
 23691 | D:11     | 23691 ||| Stepping ~*~*~tactically~*~*~ (outnumbered).
 23693 | D:11     | 23693 ||| Stepping ~*~*~tactically~*~*~ (outnumbered).
 23695 | D:11     | 23695 ||| Stepping ~*~*~tactically~*~*~ (outnumbered).
 23697 | D:11     | 23697 ||| Stepping ~*~*~tactically~*~*~ (outnumbered).
 23699 | D:11     | 23699 ||| Stepping ~*~*~tactically~*~*~ (outnumbered).
 23701 | D:11     | 23701 ||| Stepping ~*~*~tactically~*~*~ (outnumbered).
 23703 | D:11     | 23703 ||| Stepping ~*~*~tactically~*~*~ (outnumbered).
 23705 | D:11     | 23705 ||| Stepping ~*~*~tactically~*~*~ (outnumbered).
 23707 | D:11     | 23707 ||| Stepping ~*~*~tactically~*~*~ (outnumbered).
 23709 | D:11     | 23709 ||| Stepping ~*~*~tactically~*~*~ (outnumbered).
 23711 | D:11     | 23711 ||| Stepping ~*~*~tactically~*~*~ (outnumbered).
 23713 | D:11     | 23713 ||| Stepping ~*~*~tactically~*~*~ (outnumbered).
 23715 | D:11     | 23715 ||| Stepping ~*~*~tactically~*~*~ (outnumbered).
 23717 | D:11     | 23717 ||| Stepping ~*~*~tactically~*~*~ (outnumbered).
 23719 | D:11     | 23719 ||| Stepping ~*~*~tactically~*~*~ (outnumbered).
 23721 | D:11     | 23721 ||| Stepping ~*~*~tactically~*~*~ (outnumbered).
 23723 | D:11     | 23723 ||| Stepping ~*~*~tactically~*~*~ (outnumbered).
 23725 | D:11     | 23725 ||| Stepping ~*~*~tactically~*~*~ (outnumbered).
 23727 | D:11     | 23727 ||| Stepping ~*~*~tactically~*~*~ (outnumbered).
 23729 | D:11     | 23729 ||| Stepping ~*~*~tactically~*~*~ (outnumbered).
 23731 | D:11     | 23731 ||| Stepping ~*~*~tactically~*~*~ (outnumbered).
 23733 | D:11     | 23733 ||| Stepping ~*~*~tactically~*~*~ (outnumbered).
 23735 | D:11     | 23735 ||| Stepping ~*~*~tactically~*~*~ (outnumbered).
 23737 | D:11     | 23737 ||| Stepping ~*~*~tactically~*~*~ (outnumbered).
 23739 | D:11     | 23739 ||| Stepping ~*~*~tactically~*~*~ (outnumbered).
 23741 | D:11     | 23741 ||| Stepping ~*~*~tactically~*~*~ (outnumbered).
 23743 | D:11     | 23743 ||| Stepping ~*~*~tactically~*~*~ (outnumbered).
 23745 | D:11     | 23745 ||| Stepping ~*~*~tactically~*~*~ (outnumbered).
 23747 | D:11     | 23747 ||| Stepping ~*~*~tactically~*~*~ (outnumbered).
 23749 | D:11     | 23749 ||| Stepping ~*~*~tactically~*~*~ (outnumbered).
 23751 | D:11     | 23751 ||| Stepping ~*~*~tactically~*~*~ (outnumbered).
 23753 | D:11     | 23753 ||| Stepping ~*~*~tactically~*~*~ (outnumbered).
 23755 | D:11     | 23755 ||| Stepping ~*~*~tactically~*~*~ (outnumbered).
 23757 | D:11     | 23757 ||| Stepping ~*~*~tactically~*~*~ (outnumbered).
 23759 | D:11     | 23759 ||| Stepping ~*~*~tactically~*~*~ (outnumbered).
 23761 | D:11     | 23761 ||| Stepping ~*~*~tactically~*~*~ (outnumbered).
 23763 | D:11     | 23763 ||| Stepping ~*~*~tactically~*~*~ (outnumbered).
 23765 | D:11     | 23765 ||| Stepping ~*~*~tactically~*~*~ (outnumbered).
 23767 | D:11     | 23767 ||| Stepping ~*~*~tactically~*~*~ (outnumbered).
 23769 | D:11     | 23769 ||| Stepping ~*~*~tactically~*~*~ (outnumbered).
 23771 | D:11     | 23771 ||| Stepping ~*~*~tactically~*~*~ (outnumbered).
 23773 | D:11     | 23773 ||| Stepping ~*~*~tactically~*~*~ (outnumbered).
 23775 | D:11     | 23775 ||| Stepping ~*~*~tactically~*~*~ (outnumbered).
 23777 | D:11     | 23777 ||| Stepping ~*~*~tactically~*~*~ (outnumbered).
 23779 | D:11     | 23779 ||| Stepping ~*~*~tactically~*~*~ (outnumbered).
 23781 | D:11     | 23781 ||| Stepping ~*~*~tactically~*~*~ (outnumbered).
 23783 | D:11     | 23783 ||| Stepping ~*~*~tactically~*~*~ (outnumbered).
 23785 | D:11     | 23785 ||| Stepping ~*~*~tactically~*~*~ (outnumbered).
 23787 | D:11     | 23787 ||| Stepping ~*~*~tactically~*~*~ (outnumbered).
 23789 | D:11     | 23789 ||| Stepping ~*~*~tactically~*~*~ (outnumbered).
 23791 | D:11     | 23791 ||| Stepping ~*~*~tactically~*~*~ (outnumbered).
 23793 | D:11     | 23793 ||| Stepping ~*~*~tactically~*~*~ (outnumbered).
 23795 | D:11     | 23795 ||| Stepping ~*~*~tactically~*~*~ (outnumbered).
 23797 | D:11     | 23797 ||| Stepping ~*~*~tactically~*~*~ (outnumbered).
 23799 | D:11     | 23799 ||| Stepping ~*~*~tactically~*~*~ (outnumbered).
 23801 | D:11     | 23801 ||| Stepping ~*~*~tactically~*~*~ (outnumbered).
 23803 | D:11     | 23803 ||| Stepping ~*~*~tactically~*~*~ (outnumbered).
 23805 | D:11     | 23805 ||| Stepping ~*~*~tactically~*~*~ (outnumbered).
 23807 | D:11     | 23807 ||| Stepping ~*~*~tactically~*~*~ (outnumbered).
 23809 | D:11     | 23809 ||| Stepping ~*~*~tactically~*~*~ (outnumbered).
 23811 | D:11     | 23811 ||| Stepping ~*~*~tactically~*~*~ (outnumbered).
 23813 | D:11     | 23813 ||| Stepping ~*~*~tactically~*~*~ (outnumbered).
 23815 | D:11     | 23815 ||| Stepping ~*~*~tactically~*~*~ (outnumbered).
 23817 | D:11     | 23817 ||| Stepping ~*~*~tactically~*~*~ (outnumbered).
 23819 | D:11     | 23819 ||| Stepping ~*~*~tactically~*~*~ (outnumbered).
 23821 | D:11     | 23821 ||| Stepping ~*~*~tactically~*~*~ (outnumbered).
 23823 | D:11     | 23823 ||| Stepping ~*~*~tactically~*~*~ (outnumbered).
 23825 | D:11     | 23825 ||| Stepping ~*~*~tactically~*~*~ (outnumbered).
 23827 | D:11     | 23827 ||| Stepping ~*~*~tactically~*~*~ (outnumbered).
 23829 | D:11     | 23829 ||| Stepping ~*~*~tactically~*~*~ (outnumbered).
 23831 | D:11     | 23831 ||| Stepping ~*~*~tactically~*~*~ (outnumbered).
 23833 | D:11     | 23833 ||| Stepping ~*~*~tactically~*~*~ (outnumbered).
 23835 | D:11     | 23835 ||| Stepping ~*~*~tactically~*~*~ (outnumbered).
 23837 | D:11     | 23837 ||| Stepping ~*~*~tactically~*~*~ (outnumbered).
 23839 | D:11     | 23839 ||| Stepping ~*~*~tactically~*~*~ (outnumbered).
 23841 | D:11     | 23841 ||| Stepping ~*~*~tactically~*~*~ (outnumbered).
 23843 | D:11     | 23843 ||| Stepping ~*~*~tactically~*~*~ (outnumbered).
 23845 | D:11     | 23845 ||| Stepping ~*~*~tactically~*~*~ (outnumbered).
 23847 | D:11     | 23847 ||| Stepping ~*~*~tactically~*~*~ (outnumbered).
 23849 | D:11     | 23849 ||| Stepping ~*~*~tactically~*~*~ (outnumbered).
 23851 | D:11     | 23851 ||| Stepping ~*~*~tactically~*~*~ (outnumbered).
 23853 | D:11     | 23853 ||| Stepping ~*~*~tactically~*~*~ (outnumbered).
 23855 | D:11     | 23855 ||| Stepping ~*~*~tactically~*~*~ (outnumbered).
 23857 | D:11     | 23857 ||| Stepping ~*~*~tactically~*~*~ (outnumbered).
 23859 | D:11     | 23859 ||| Stepping ~*~*~tactically~*~*~ (outnumbered).
 23861 | D:11     | 23861 ||| Stepping ~*~*~tactically~*~*~ (outnumbered).
 23863 | D:11     | 23863 ||| Stepping ~*~*~tactically~*~*~ (outnumbered).
 23865 | D:11     | 23865 ||| Stepping ~*~*~tactically~*~*~ (outnumbered).
 23867 | D:11     | 23867 ||| Stepping ~*~*~tactically~*~*~ (outnumbered).
 23869 | D:11     | 23869 ||| Stepping ~*~*~tactically~*~*~ (outnumbered).
 23871 | D:11     | 23871 ||| Stepping ~*~*~tactically~*~*~ (outnumbered).
 23873 | D:11     | 23873 ||| Stepping ~*~*~tactically~*~*~ (outnumbered).
 23875 | D:11     | 23875 ||| Stepping ~*~*~tactically~*~*~ (outnumbered).
 23877 | D:11     | 23877 ||| Stepping ~*~*~tactically~*~*~ (outnumbered).
 23879 | D:11     | 23879 ||| Stepping ~*~*~tactically~*~*~ (outnumbered).
 23881 | D:11     | 23881 ||| Stepping ~*~*~tactically~*~*~ (outnumbered).
 23883 | D:11     | 23883 ||| Stepping ~*~*~tactically~*~*~ (outnumbered).
 23885 | D:11     | 23885 ||| Stepping ~*~*~tactically~*~*~ (outnumbered).
 23887 | D:11     | 23887 ||| Stepping ~*~*~tactically~*~*~ (outnumbered).
 23889 | D:11     | 23889 ||| Stepping ~*~*~tactically~*~*~ (outnumbered).
 23891 | D:11     | 23891 ||| Stepping ~*~*~tactically~*~*~ (outnumbered).
 23893 | D:11     | 23893 ||| Stepping ~*~*~tactically~*~*~ (outnumbered).
 23895 | D:11     | 23895 ||| Stepping ~*~*~tactically~*~*~ (outnumbered).
 23897 | D:11     | 23897 ||| Stepping ~*~*~tactically~*~*~ (outnumbered).
 23899 | D:11     | 23899 ||| Stepping ~*~*~tactically~*~*~ (outnumbered).
 23901 | D:11     | 23901 ||| Stepping ~*~*~tactically~*~*~ (outnumbered).
 23903 | D:11     | 23903 ||| Stepping ~*~*~tactically~*~*~ (outnumbered).
 23905 | D:11     | 23905 ||| Stepping ~*~*~tactically~*~*~ (outnumbered).
 23907 | D:11     | 23907 ||| Stepping ~*~*~tactically~*~*~ (outnumbered).
 23909 | D:11     | 23909 ||| Stepping ~*~*~tactically~*~*~ (outnumbered).
 23911 | D:11     | 23911 ||| Stepping ~*~*~tactically~*~*~ (outnumbered).
 23913 | D:11     | 23913 ||| Stepping ~*~*~tactically~*~*~ (outnumbered).
 23915 | D:11     | 23915 ||| Stepping ~*~*~tactically~*~*~ (outnumbered).
 23917 | D:11     | 23917 ||| Stepping ~*~*~tactically~*~*~ (outnumbered).
 23919 | D:11     | 23919 ||| Stepping ~*~*~tactically~*~*~ (outnumbered).
 23921 | D:11     | 23921 ||| Stepping ~*~*~tactically~*~*~ (outnumbered).
 23923 | D:11     | 23923 ||| Stepping ~*~*~tactically~*~*~ (outnumbered).
 23925 | D:11     | 23925 ||| Stepping ~*~*~tactically~*~*~ (outnumbered).
 23927 | D:11     | 23927 ||| Stepping ~*~*~tactically~*~*~ (outnumbered).
 23929 | D:11     | 23929 ||| Stepping ~*~*~tactically~*~*~ (outnumbered).
 23931 | D:11     | 23931 ||| Stepping ~*~*~tactically~*~*~ (outnumbered).
 23933 | D:11     | 23933 ||| Stepping ~*~*~tactically~*~*~ (outnumbered).
 23935 | D:11     | 23935 ||| Stepping ~*~*~tactically~*~*~ (outnumbered).
 23937 | D:11     | 23937 ||| Stepping ~*~*~tactically~*~*~ (outnumbered).
 23939 | D:11     | 23939 ||| Stepping ~*~*~tactically~*~*~ (outnumbered).
 23941 | D:11     | 23941 ||| Stepping ~*~*~tactically~*~*~ (outnumbered).
 23943 | D:11     | 23943 ||| Stepping ~*~*~tactically~*~*~ (outnumbered).
 23945 | D:11     | 23945 ||| Stepping ~*~*~tactically~*~*~ (outnumbered).
 23947 | D:11     | 23947 ||| Stepping ~*~*~tactically~*~*~ (outnumbered).
 23949 | D:11     | 23949 ||| Stepping ~*~*~tactically~*~*~ (outnumbered).
 23951 | D:11     | 23951 ||| Stepping ~*~*~tactically~*~*~ (outnumbered).
 23953 | D:11     | 23953 ||| Stepping ~*~*~tactically~*~*~ (outnumbered).
 23955 | D:11     | 23955 ||| Stepping ~*~*~tactically~*~*~ (outnumbered).
 23957 | D:11     | 23957 ||| Stepping ~*~*~tactically~*~*~ (outnumbered).
 23959 | D:11     | 23959 ||| Stepping ~*~*~tactically~*~*~ (outnumbered).
 23961 | D:11     | 23961 ||| Stepping ~*~*~tactically~*~*~ (outnumbered).
 23963 | D:11     | 23963 ||| Stepping ~*~*~tactically~*~*~ (outnumbered).
 23965 | D:11     | 23965 ||| Stepping ~*~*~tactically~*~*~ (outnumbered).
 23967 | D:11     | 23967 ||| Stepping ~*~*~tactically~*~*~ (outnumbered).
 23969 | D:11     | 23969 ||| Stepping ~*~*~tactically~*~*~ (outnumbered).
 23971 | D:11     | 23971 ||| Stepping ~*~*~tactically~*~*~ (outnumbered).
 23973 | D:11     | 23973 ||| Stepping ~*~*~tactically~*~*~ (outnumbered).
 23975 | D:11     | 23975 ||| Stepping ~*~*~tactically~*~*~ (outnumbered).
 23977 | D:11     | 23977 ||| Stepping ~*~*~tactically~*~*~ (outnumbered).
 23979 | D:11     | 23979 ||| Stepping ~*~*~tactically~*~*~ (outnumbered).
 23981 | D:11     | 23981 ||| Stepping ~*~*~tactically~*~*~ (outnumbered).
 23983 | D:11     | 23983 ||| Stepping ~*~*~tactically~*~*~ (outnumbered).
 23985 | D:11     | 23985 ||| Stepping ~*~*~tactically~*~*~ (outnumbered).
 23987 | D:11     | 23987 ||| Stepping ~*~*~tactically~*~*~ (outnumbered).
 23989 | D:11     | 23989 ||| Stepping ~*~*~tactically~*~*~ (outnumbered).
 23991 | D:11     | 23991 ||| Stepping ~*~*~tactically~*~*~ (outnumbered).
 23993 | D:11     | 23993 ||| Stepping ~*~*~tactically~*~*~ (outnumbered).
 23995 | D:11     | 23995 ||| Stepping ~*~*~tactically~*~*~ (outnumbered).
 23997 | D:11     | 23997 ||| Stepping ~*~*~tactically~*~*~ (outnumbered).
 23999 | D:11     | 23999 ||| Stepping ~*~*~tactically~*~*~ (outnumbered).
 24001 | D:11     | 24001 ||| Stepping ~*~*~tactically~*~*~ (outnumbered).
 24003 | D:11     | 24003 ||| Stepping ~*~*~tactically~*~*~ (outnumbered).
 24005 | D:11     | 24005 ||| Stepping ~*~*~tactically~*~*~ (outnumbered).
 24007 | D:11     | 24007 ||| Stepping ~*~*~tactically~*~*~ (outnumbered).
 24009 | D:11     | 24009 ||| Stepping ~*~*~tactically~*~*~ (outnumbered).
 24011 | D:11     | 24011 ||| Stepping ~*~*~tactically~*~*~ (outnumbered).
 24013 | D:11     | 24013 ||| Stepping ~*~*~tactically~*~*~ (outnumbered).
 24015 | D:11     | 24015 ||| Stepping ~*~*~tactically~*~*~ (outnumbered).
 24017 | D:11     | 24017 ||| Stepping ~*~*~tactically~*~*~ (outnumbered).
 24019 | D:11     | 24019 ||| Stepping ~*~*~tactically~*~*~ (outnumbered).
 24021 | D:11     | 24021 ||| Stepping ~*~*~tactically~*~*~ (outnumbered).
 24023 | D:11     | 24023 ||| Stepping ~*~*~tactically~*~*~ (outnumbered).
 24025 | D:11     | 24025 ||| Stepping ~*~*~tactically~*~*~ (outnumbered).
 24027 | D:11     | 24027 ||| Stepping ~*~*~tactically~*~*~ (outnumbered).
 24029 | D:11     | 24029 ||| Stepping ~*~*~tactically~*~*~ (outnumbered).
 24031 | D:11     | 24031 ||| Stepping ~*~*~tactically~*~*~ (outnumbered).
 24033 | D:11     | 24033 ||| Stepping ~*~*~tactically~*~*~ (outnumbered).
 24035 | D:11     | 24035 ||| Stepping ~*~*~tactically~*~*~ (outnumbered).
 24037 | D:11     | 24037 ||| Stepping ~*~*~tactically~*~*~ (outnumbered).
 24039 | D:11     | 24039 ||| Stepping ~*~*~tactically~*~*~ (outnumbered).
 24041 | D:11     | 24041 ||| Stepping ~*~*~tactically~*~*~ (outnumbered).
 24043 | D:11     | 24043 ||| Stepping ~*~*~tactically~*~*~ (outnumbered).
 24045 | D:11     | 24045 ||| Stepping ~*~*~tactically~*~*~ (outnumbered).
 24047 | D:11     | 24047 ||| Stepping ~*~*~tactically~*~*~ (outnumbered).
 24049 | D:11     | 24049 ||| Stepping ~*~*~tactically~*~*~ (outnumbered).
 24051 | D:11     | 24051 ||| Stepping ~*~*~tactically~*~*~ (outnumbered).
 24053 | D:11     | 24053 ||| Stepping ~*~*~tactically~*~*~ (outnumbered).
 24055 | D:11     | 24055 ||| Stepping ~*~*~tactically~*~*~ (outnumbered).
 24057 | D:11     | 24057 ||| Stepping ~*~*~tactically~*~*~ (outnumbered).
 24059 | D:11     | 24059 ||| Stepping ~*~*~tactically~*~*~ (outnumbered).
 24061 | D:11     | 24061 ||| Stepping ~*~*~tactically~*~*~ (outnumbered).
 24063 | D:11     | 24063 ||| Stepping ~*~*~tactically~*~*~ (outnumbered).
 24065 | D:11     | 24065 ||| Stepping ~*~*~tactically~*~*~ (outnumbered).
 24067 | D:11     | 24067 ||| Stepping ~*~*~tactically~*~*~ (outnumbered).
 24069 | D:11     | 24069 ||| Stepping ~*~*~tactically~*~*~ (outnumbered).
 24071 | D:11     | 24071 ||| Stepping ~*~*~tactically~*~*~ (outnumbered).
 24073 | D:11     | 24073 ||| Stepping ~*~*~tactically~*~*~ (outnumbered).
 24075 | D:11     | 24075 ||| Stepping ~*~*~tactically~*~*~ (outnumbered).
 24077 | D:11     | 24077 ||| Stepping ~*~*~tactically~*~*~ (outnumbered).
 24079 | D:11     | 24079 ||| Stepping ~*~*~tactically~*~*~ (outnumbered).
 24081 | D:11     | 24081 ||| Stepping ~*~*~tactically~*~*~ (outnumbered).
 24083 | D:11     | 24083 ||| Stepping ~*~*~tactically~*~*~ (outnumbered).
 24085 | D:11     | 24085 ||| Stepping ~*~*~tactically~*~*~ (outnumbered).
 24087 | D:11     | 24087 ||| Stepping ~*~*~tactically~*~*~ (outnumbered).
 24089 | D:11     | 24089 ||| Stepping ~*~*~tactically~*~*~ (outnumbered).
 24091 | D:11     | 24091 ||| Stepping ~*~*~tactically~*~*~ (outnumbered).
 24093 | D:11     | 24093 ||| Stepping ~*~*~tactically~*~*~ (outnumbered).
 24095 | D:11     | 24095 ||| Stepping ~*~*~tactically~*~*~ (outnumbered).
 24097 | D:11     | 24097 ||| Stepping ~*~*~tactically~*~*~ (outnumbered).
 24099 | D:11     | 24099 ||| Stepping ~*~*~tactically~*~*~ (outnumbered).
 24101 | D:11     | 24101 ||| Stepping ~*~*~tactically~*~*~ (outnumbered).
 24103 | D:11     | 24103 ||| Stepping ~*~*~tactically~*~*~ (outnumbered).
 24105 | D:11     | 24105 ||| Stepping ~*~*~tactically~*~*~ (outnumbered).
 24107 | D:11     | 24107 ||| Stepping ~*~*~tactically~*~*~ (outnumbered).
 24109 | D:11     | 24109 ||| Stepping ~*~*~tactically~*~*~ (outnumbered).
 24111 | D:11     | 24111 ||| Stepping ~*~*~tactically~*~*~ (outnumbered).
 24113 | D:11     | 24113 ||| Stepping ~*~*~tactically~*~*~ (outnumbered).
 24115 | D:11     | 24115 ||| Stepping ~*~*~tactically~*~*~ (outnumbered).
 24117 | D:11     | 24117 ||| Stepping ~*~*~tactically~*~*~ (outnumbered).
 24119 | D:11     | 24119 ||| Stepping ~*~*~tactically~*~*~ (outnumbered).
 24121 | D:11     | 24121 ||| Stepping ~*~*~tactically~*~*~ (outnumbered).
 24123 | D:11     | 24123 ||| Stepping ~*~*~tactically~*~*~ (outnumbered).
 24125 | D:11     | 24125 ||| Stepping ~*~*~tactically~*~*~ (outnumbered).
 24127 | D:11     | 24127 ||| Stepping ~*~*~tactically~*~*~ (outnumbered).
 24129 | D:11     | 24129 ||| Stepping ~*~*~tactically~*~*~ (outnumbered).
 24131 | D:11     | 24131 ||| Stepping ~*~*~tactically~*~*~ (outnumbered).
 24133 | D:11     | 24133 ||| Stepping ~*~*~tactically~*~*~ (outnumbered).
 24135 | D:11     | 24135 ||| Stepping ~*~*~tactically~*~*~ (outnumbered).
 24137 | D:11     | 24137 ||| Stepping ~*~*~tactically~*~*~ (outnumbered).
 24139 | D:11     | 24139 ||| Stepping ~*~*~tactically~*~*~ (outnumbered).
 24141 | D:11     | 24141 ||| Stepping ~*~*~tactically~*~*~ (outnumbered).
 24143 | D:11     | 24143 ||| Stepping ~*~*~tactically~*~*~ (outnumbered).
 24145 | D:11     | 24145 ||| Stepping ~*~*~tactically~*~*~ (outnumbered).
 24147 | D:11     | 24147 ||| Stepping ~*~*~tactically~*~*~ (outnumbered).
 24149 | D:11     | 24149 ||| Stepping ~*~*~tactically~*~*~ (outnumbered).
 24151 | D:11     | 24151 ||| Stepping ~*~*~tactically~*~*~ (outnumbered).
 24153 | D:11     | 24153 ||| Stepping ~*~*~tactically~*~*~ (outnumbered).
 24155 | D:11     | 24155 ||| Stepping ~*~*~tactically~*~*~ (outnumbered).
 24157 | D:11     | 24157 ||| Stepping ~*~*~tactically~*~*~ (outnumbered).
 24159 | D:11     | 24159 ||| Stepping ~*~*~tactically~*~*~ (outnumbered).
 24161 | D:11     | 24161 ||| Stepping ~*~*~tactically~*~*~ (outnumbered).
 24163 | D:11     | 24163 ||| Stepping ~*~*~tactically~*~*~ (outnumbered).
 24165 | D:11     | 24165 ||| Stepping ~*~*~tactically~*~*~ (outnumbered).
 24167 | D:11     | 24167 ||| Stepping ~*~*~tactically~*~*~ (outnumbered).
 24169 | D:11     | 24169 ||| Stepping ~*~*~tactically~*~*~ (outnumbered).
 24171 | D:11     | 24171 ||| Stepping ~*~*~tactically~*~*~ (outnumbered).
 24173 | D:11     | 24173 ||| Stepping ~*~*~tactically~*~*~ (outnumbered).
 24175 | D:11     | 24175 ||| Stepping ~*~*~tactically~*~*~ (outnumbered).
 24177 | D:11     | 24177 ||| Stepping ~*~*~tactically~*~*~ (outnumbered).
 24179 | D:11     | 24179 ||| Stepping ~*~*~tactically~*~*~ (outnumbered).
 24181 | D:11     | 24181 ||| Stepping ~*~*~tactically~*~*~ (outnumbered).
 24183 | D:11     | 24183 ||| Stepping ~*~*~tactically~*~*~ (outnumbered).
 24185 | D:11     | 24185 ||| Stepping ~*~*~tactically~*~*~ (outnumbered).
 24187 | D:11     | 24187 ||| Stepping ~*~*~tactically~*~*~ (outnumbered).
 24189 | D:11     | 24189 ||| Stepping ~*~*~tactically~*~*~ (outnumbered).
 24191 | D:11     | 24191 ||| Stepping ~*~*~tactically~*~*~ (outnumbered).
 24193 | D:11     | 24193 ||| Stepping ~*~*~tactically~*~*~ (outnumbered).
 24195 | D:11     | 24195 ||| Stepping ~*~*~tactically~*~*~ (outnumbered).
 24197 | D:11     | 24197 ||| Stepping ~*~*~tactically~*~*~ (outnumbered).
 24199 | D:11     | 24199 ||| Stepping ~*~*~tactically~*~*~ (outnumbered).
 24201 | D:11     | 24201 ||| Stepping ~*~*~tactically~*~*~ (outnumbered).
 24203 | D:11     | 24203 ||| Stepping ~*~*~tactically~*~*~ (outnumbered).
 24205 | D:11     | 24205 ||| Stepping ~*~*~tactically~*~*~ (outnumbered).
 24207 | D:11     | 24207 ||| Stepping ~*~*~tactically~*~*~ (outnumbered).
 24209 | D:11     | 24209 ||| Stepping ~*~*~tactically~*~*~ (outnumbered).
 24211 | D:11     | 24211 ||| Stepping ~*~*~tactically~*~*~ (outnumbered).
 24213 | D:11     | 24213 ||| Stepping ~*~*~tactically~*~*~ (outnumbered).
 24215 | D:11     | 24215 ||| Stepping ~*~*~tactically~*~*~ (outnumbered).
 24217 | D:11     | 24217 ||| Stepping ~*~*~tactically~*~*~ (outnumbered).
 24219 | D:11     | 24219 ||| Stepping ~*~*~tactically~*~*~ (outnumbered).
 24221 | D:11     | 24221 ||| Stepping ~*~*~tactically~*~*~ (outnumbered).
 24223 | D:11     | 24223 ||| Stepping ~*~*~tactically~*~*~ (outnumbered).
 24225 | D:11     | 24225 ||| Stepping ~*~*~tactically~*~*~ (outnumbered).
 24227 | D:11     | 24227 ||| Stepping ~*~*~tactically~*~*~ (outnumbered).
 24229 | D:11     | 24229 ||| Stepping ~*~*~tactically~*~*~ (outnumbered).
 24231 | D:11     | 24231 ||| Stepping ~*~*~tactically~*~*~ (outnumbered).
 24233 | D:11     | 24233 ||| Stepping ~*~*~tactically~*~*~ (outnumbered).
 24235 | D:11     | 24235 ||| Stepping ~*~*~tactically~*~*~ (outnumbered).
 24237 | D:11     | 24237 ||| Stepping ~*~*~tactically~*~*~ (outnumbered).
 24239 | D:11     | 24239 ||| Stepping ~*~*~tactically~*~*~ (outnumbered).
 24241 | D:11     | 24241 ||| Stepping ~*~*~tactically~*~*~ (outnumbered).
 24243 | D:11     | 24243 ||| Stepping ~*~*~tactically~*~*~ (outnumbered).
 24245 | D:11     | 24245 ||| Stepping ~*~*~tactically~*~*~ (outnumbered).
 24247 | D:11     | 24247 ||| Stepping ~*~*~tactically~*~*~ (outnumbered).
 24249 | D:11     | 24249 ||| Stepping ~*~*~tactically~*~*~ (outnumbered).
 24251 | D:11     | 24251 ||| Stepping ~*~*~tactically~*~*~ (outnumbered).
 24253 | D:11     | 24253 ||| Stepping ~*~*~tactically~*~*~ (outnumbered).
 24255 | D:11     | 24255 ||| Stepping ~*~*~tactically~*~*~ (outnumbered).
 24257 | D:11     | 24257 ||| Stepping ~*~*~tactically~*~*~ (outnumbered).
 24259 | D:11     | 24259 ||| Stepping ~*~*~tactically~*~*~ (outnumbered).
 24261 | D:11     | 24261 ||| Stepping ~*~*~tactically~*~*~ (outnumbered).
 24263 | D:11     | 24263 ||| Stepping ~*~*~tactically~*~*~ (outnumbered).
 24265 | D:11     | 24265 ||| Stepping ~*~*~tactically~*~*~ (outnumbered).
 24267 | D:11     | 24267 ||| Stepping ~*~*~tactically~*~*~ (outnumbered).
 24269 | D:11     | 24269 ||| Stepping ~*~*~tactically~*~*~ (outnumbered).
 24271 | D:11     | 24271 ||| Stepping ~*~*~tactically~*~*~ (outnumbered).
 24273 | D:11     | 24273 ||| Stepping ~*~*~tactically~*~*~ (outnumbered).
 24275 | D:11     | 24275 ||| Stepping ~*~*~tactically~*~*~ (outnumbered).
 24277 | D:11     | 24277 ||| Stepping ~*~*~tactically~*~*~ (outnumbered).
 24279 | D:11     | 24279 ||| Stepping ~*~*~tactically~*~*~ (outnumbered).
 24281 | D:11     | 24281 ||| Stepping ~*~*~tactically~*~*~ (outnumbered).
 24283 | D:11     | 24283 ||| Stepping ~*~*~tactically~*~*~ (outnumbered).
 24285 | D:11     | 24285 ||| Stepping ~*~*~tactically~*~*~ (outnumbered).
 24287 | D:11     | 24287 ||| Stepping ~*~*~tactically~*~*~ (outnumbered).
 24289 | D:11     | 24289 ||| Stepping ~*~*~tactically~*~*~ (outnumbered).
 24291 | D:11     | 24291 ||| Stepping ~*~*~tactically~*~*~ (outnumbered).
 24293 | D:11     | 24293 ||| Stepping ~*~*~tactically~*~*~ (outnumbered).
 24295 | D:11     | 24295 ||| Stepping ~*~*~tactically~*~*~ (outnumbered).
 24297 | D:11     | 24297 ||| Stepping ~*~*~tactically~*~*~ (outnumbered).
 24299 | D:11     | 24299 ||| Stepping ~*~*~tactically~*~*~ (outnumbered).
 24301 | D:11     | 24301 ||| Stepping ~*~*~tactically~*~*~ (outnumbered).
 24303 | D:11     | 24303 ||| Stepping ~*~*~tactically~*~*~ (outnumbered).
 24305 | D:11     | 24305 ||| Stepping ~*~*~tactically~*~*~ (outnumbered).
 24307 | D:11     | 24307 ||| Stepping ~*~*~tactically~*~*~ (outnumbered).
 24309 | D:11     | 24309 ||| Stepping ~*~*~tactically~*~*~ (outnumbered).
 24311 | D:11     | 24311 ||| Stepping ~*~*~tactically~*~*~ (outnumbered).
 24313 | D:11     | 24313 ||| Stepping ~*~*~tactically~*~*~ (outnumbered).
 24315 | D:11     | 24315 ||| Stepping ~*~*~tactically~*~*~ (outnumbered).
 24317 | D:11     | 24317 ||| Stepping ~*~*~tactically~*~*~ (outnumbered).
 24319 | D:11     | 24319 ||| Stepping ~*~*~tactically~*~*~ (outnumbered).
 24321 | D:11     | 24321 ||| Stepping ~*~*~tactically~*~*~ (outnumbered).
 24323 | D:11     | 24323 ||| Stepping ~*~*~tactically~*~*~ (outnumbered).
 24325 | D:11     | 24325 ||| Stepping ~*~*~tactically~*~*~ (outnumbered).
 24327 | D:11     | 24327 ||| Stepping ~*~*~tactically~*~*~ (outnumbered).
 24329 | D:11     | 24329 ||| Stepping ~*~*~tactically~*~*~ (outnumbered).
 24331 | D:11     | 24331 ||| Stepping ~*~*~tactically~*~*~ (outnumbered).
 24333 | D:11     | 24333 ||| Stepping ~*~*~tactically~*~*~ (outnumbered).
 24335 | D:11     | 24335 ||| Stepping ~*~*~tactically~*~*~ (outnumbered).
 24337 | D:11     | 24337 ||| Stepping ~*~*~tactically~*~*~ (outnumbered).
 24339 | D:11     | 24339 ||| Stepping ~*~*~tactically~*~*~ (outnumbered).
 24341 | D:11     | 24341 ||| Stepping ~*~*~tactically~*~*~ (outnumbered).
 24343 | D:11     | 24343 ||| Stepping ~*~*~tactically~*~*~ (outnumbered).
 24345 | D:11     | 24345 ||| Stepping ~*~*~tactically~*~*~ (outnumbered).
 24347 | D:11     | 24347 ||| Stepping ~*~*~tactically~*~*~ (outnumbered).
 24349 | D:11     | 24349 ||| Stepping ~*~*~tactically~*~*~ (outnumbered).
 24351 | D:11     | 24351 ||| Stepping ~*~*~tactically~*~*~ (outnumbered).
 24353 | D:11     | 24353 ||| Stepping ~*~*~tactically~*~*~ (outnumbered).
 24355 | D:11     | 24355 ||| Stepping ~*~*~tactically~*~*~ (outnumbered).
 24357 | D:11     | 24357 ||| Stepping ~*~*~tactically~*~*~ (outnumbered).
 24359 | D:11     | 24359 ||| Stepping ~*~*~tactically~*~*~ (outnumbered).
 24361 | D:11     | 24361 ||| Stepping ~*~*~tactically~*~*~ (outnumbered).
 24363 | D:11     | 24363 ||| Stepping ~*~*~tactically~*~*~ (outnumbered).
 24365 | D:11     | 24365 ||| Stepping ~*~*~tactically~*~*~ (outnumbered).
 24367 | D:11     | 24367 ||| Stepping ~*~*~tactically~*~*~ (outnumbered).
 24369 | D:11     | 24369 ||| Stepping ~*~*~tactically~*~*~ (outnumbered).
 24371 | D:11     | 24371 ||| Stepping ~*~*~tactically~*~*~ (outnumbered).
 24373 | D:11     | 24373 ||| Stepping ~*~*~tactically~*~*~ (outnumbered).
 24375 | D:11     | 24375 ||| Stepping ~*~*~tactically~*~*~ (outnumbered).
 24377 | D:11     | 24377 ||| Stepping ~*~*~tactically~*~*~ (outnumbered).
 24379 | D:11     | 24379 ||| Stepping ~*~*~tactically~*~*~ (outnumbered).
 24381 | D:11     | 24381 ||| Stepping ~*~*~tactically~*~*~ (outnumbered).
 24383 | D:11     | 24383 ||| Stepping ~*~*~tactically~*~*~ (outnumbered).
 24385 | D:11     | 24385 ||| Stepping ~*~*~tactically~*~*~ (outnumbered).
 24387 | D:11     | 24387 ||| Stepping ~*~*~tactically~*~*~ (outnumbered).
 24389 | D:11     | 24389 ||| Stepping ~*~*~tactically~*~*~ (outnumbered).
 24391 | D:11     | 24391 ||| Stepping ~*~*~tactically~*~*~ (outnumbered).
 24393 | D:11     | 24393 ||| Stepping ~*~*~tactically~*~*~ (outnumbered).
 24395 | D:11     | 24395 ||| Stepping ~*~*~tactically~*~*~ (outnumbered).
 24397 | D:11     | 24397 ||| Stepping ~*~*~tactically~*~*~ (outnumbered).
 24399 | D:11     | 24399 ||| Stepping ~*~*~tactically~*~*~ (outnumbered).
 24401 | D:11     | 24401 ||| Stepping ~*~*~tactically~*~*~ (outnumbered).
 24403 | D:11     | 24403 ||| Stepping ~*~*~tactically~*~*~ (outnumbered).
 24405 | D:11     | 24405 ||| Stepping ~*~*~tactically~*~*~ (outnumbered).
 24407 | D:11     | 24407 ||| Stepping ~*~*~tactically~*~*~ (outnumbered).
 24409 | D:11     | 24409 ||| Stepping ~*~*~tactically~*~*~ (outnumbered).
 24411 | D:11     | 24411 ||| Stepping ~*~*~tactically~*~*~ (outnumbered).
 24413 | D:11     | 24413 ||| Stepping ~*~*~tactically~*~*~ (outnumbered).
 24415 | D:11     | 24415 ||| Stepping ~*~*~tactically~*~*~ (outnumbered).
 24417 | D:11     | 24417 ||| Stepping ~*~*~tactically~*~*~ (outnumbered).
 24419 | D:11     | 24419 ||| Stepping ~*~*~tactically~*~*~ (outnumbered).
 24421 | D:11     | 24421 ||| Stepping ~*~*~tactically~*~*~ (outnumbered).
 24423 | D:11     | 24423 ||| Stepping ~*~*~tactically~*~*~ (outnumbered).
 24425 | D:11     | 24425 ||| Stepping ~*~*~tactically~*~*~ (outnumbered).
 24427 | D:11     | 24427 ||| Stepping ~*~*~tactically~*~*~ (outnumbered).
 24429 | D:11     | 24429 ||| Stepping ~*~*~tactically~*~*~ (outnumbered).
 24431 | D:11     | 24431 ||| Stepping ~*~*~tactically~*~*~ (outnumbered).
 24433 | D:11     | 24433 ||| Stepping ~*~*~tactically~*~*~ (outnumbered).
 24435 | D:11     | 24435 ||| Stepping ~*~*~tactically~*~*~ (outnumbered).
 24437 | D:11     | 24437 ||| Stepping ~*~*~tactically~*~*~ (outnumbered).
 24439 | D:11     | 24439 ||| Stepping ~*~*~tactically~*~*~ (outnumbered).
 24441 | D:11     | 24441 ||| Stepping ~*~*~tactically~*~*~ (outnumbered).
 24443 | D:11     | 24443 ||| Stepping ~*~*~tactically~*~*~ (outnumbered).
 24445 | D:11     | 24445 ||| Stepping ~*~*~tactically~*~*~ (outnumbered).
 24447 | D:11     | 24447 ||| Stepping ~*~*~tactically~*~*~ (outnumbered).
 24449 | D:11     | 24449 ||| Stepping ~*~*~tactically~*~*~ (outnumbered).
 24451 | D:11     | 24451 ||| Stepping ~*~*~tactically~*~*~ (outnumbered).
 24453 | D:11     | 24453 ||| Stepping ~*~*~tactically~*~*~ (outnumbered).
 24455 | D:11     | 24455 ||| Stepping ~*~*~tactically~*~*~ (outnumbered).
 24457 | D:11     | 24457 ||| Stepping ~*~*~tactically~*~*~ (outnumbered).
 24459 | D:11     | 24459 ||| Stepping ~*~*~tactically~*~*~ (outnumbered).
 24461 | D:11     | 24461 ||| Stepping ~*~*~tactically~*~*~ (outnumbered).
 24463 | D:11     | 24463 ||| Stepping ~*~*~tactically~*~*~ (outnumbered).
 24465 | D:11     | 24465 ||| Stepping ~*~*~tactically~*~*~ (outnumbered).
 24467 | D:11     | 24467 ||| Stepping ~*~*~tactically~*~*~ (outnumbered).
 24469 | D:11     | 24469 ||| Stepping ~*~*~tactically~*~*~ (outnumbered).
 24471 | D:11     | 24471 ||| Stepping ~*~*~tactically~*~*~ (outnumbered).
 24473 | D:11     | 24473 ||| Stepping ~*~*~tactically~*~*~ (outnumbered).
 24475 | D:11     | 24475 ||| Stepping ~*~*~tactically~*~*~ (outnumbered).
 24477 | D:11     | 24477 ||| Stepping ~*~*~tactically~*~*~ (outnumbered).
 24479 | D:11     | 24479 ||| Stepping ~*~*~tactically~*~*~ (outnumbered).
 24481 | D:11     | 24481 ||| Stepping ~*~*~tactically~*~*~ (outnumbered).
 24483 | D:11     | 24483 ||| Stepping ~*~*~tactically~*~*~ (outnumbered).
 24485 | D:11     | 24485 ||| Stepping ~*~*~tactically~*~*~ (outnumbered).
 24487 | D:11     | 24487 ||| Stepping ~*~*~tactically~*~*~ (outnumbered).
 24489 | D:11     | 24489 ||| Stepping ~*~*~tactically~*~*~ (outnumbered).
 24491 | D:11     | 24491 ||| Stepping ~*~*~tactically~*~*~ (outnumbered).
 24493 | D:11     | 24493 ||| Stepping ~*~*~tactically~*~*~ (outnumbered).
 24495 | D:11     | 24495 ||| Stepping ~*~*~tactically~*~*~ (outnumbered).
 24497 | D:11     | 24497 ||| Stepping ~*~*~tactically~*~*~ (outnumbered).
 24499 | D:11     | 24499 ||| Stepping ~*~*~tactically~*~*~ (outnumbered).
 24501 | D:11     | 24501 ||| Stepping ~*~*~tactically~*~*~ (outnumbered).
 24503 | D:11     | 24503 ||| Stepping ~*~*~tactically~*~*~ (outnumbered).
 24505 | D:11     | 24505 ||| Stepping ~*~*~tactically~*~*~ (outnumbered).
 24507 | D:11     | 24507 ||| Stepping ~*~*~tactically~*~*~ (outnumbered).
 24509 | D:11     | 24509 ||| Stepping ~*~*~tactically~*~*~ (outnumbered).
 24511 | D:11     | 24511 ||| Stepping ~*~*~tactically~*~*~ (outnumbered).
 24513 | D:11     | 24513 ||| Stepping ~*~*~tactically~*~*~ (outnumbered).
 24515 | D:11     | 24515 ||| Stepping ~*~*~tactically~*~*~ (outnumbered).
 24517 | D:11     | 24517 ||| Stepping ~*~*~tactically~*~*~ (outnumbered).
 24519 | D:11     | 24519 ||| Stepping ~*~*~tactically~*~*~ (outnumbered).
 24521 | D:11     | 24521 ||| Stepping ~*~*~tactically~*~*~ (outnumbered).
 24523 | D:11     | 24523 ||| Stepping ~*~*~tactically~*~*~ (outnumbered).
 24525 | D:11     | 24525 ||| Stepping ~*~*~tactically~*~*~ (outnumbered).
 24527 | D:11     | 24527 ||| Stepping ~*~*~tactically~*~*~ (outnumbered).
 24529 | D:11     | 24529 ||| Stepping ~*~*~tactically~*~*~ (outnumbered).
 24531 | D:11     | 24531 ||| Stepping ~*~*~tactically~*~*~ (outnumbered).
 24533 | D:11     | 24533 ||| Stepping ~*~*~tactically~*~*~ (outnumbered).
 24535 | D:11     | 24535 ||| Stepping ~*~*~tactically~*~*~ (outnumbered).
 24537 | D:11     | 24537 ||| Stepping ~*~*~tactically~*~*~ (outnumbered).
 24539 | D:11     | 24539 ||| Stepping ~*~*~tactically~*~*~ (outnumbered).
 24541 | D:11     | 24541 ||| Stepping ~*~*~tactically~*~*~ (outnumbered).
 24543 | D:11     | 24543 ||| Stepping ~*~*~tactically~*~*~ (outnumbered).
 24545 | D:11     | 24545 ||| Stepping ~*~*~tactically~*~*~ (outnumbered).
 24547 | D:11     | 24547 ||| Stepping ~*~*~tactically~*~*~ (outnumbered).
 24549 | D:11     | 24549 ||| Stepping ~*~*~tactically~*~*~ (outnumbered).
 24551 | D:11     | 24551 ||| Stepping ~*~*~tactically~*~*~ (outnumbered).
 24553 | D:11     | 24553 ||| Stepping ~*~*~tactically~*~*~ (outnumbered).
 24555 | D:11     | 24555 ||| Stepping ~*~*~tactically~*~*~ (outnumbered).
 24557 | D:11     | 24557 ||| Stepping ~*~*~tactically~*~*~ (outnumbered).
 24559 | D:11     | 24559 ||| Stepping ~*~*~tactically~*~*~ (outnumbered).
 24561 | D:11     | 24561 ||| Stepping ~*~*~tactically~*~*~ (outnumbered).
 24563 | D:11     | 24563 ||| Stepping ~*~*~tactically~*~*~ (outnumbered).
 24565 | D:11     | 24565 ||| Stepping ~*~*~tactically~*~*~ (outnumbered).
 24567 | D:11     | 24567 ||| Stepping ~*~*~tactically~*~*~ (outnumbered).
 24569 | D:11     | 24569 ||| Stepping ~*~*~tactically~*~*~ (outnumbered).
 24571 | D:11     | 24571 ||| Stepping ~*~*~tactically~*~*~ (outnumbered).
 24573 | D:11     | 24573 ||| Stepping ~*~*~tactically~*~*~ (outnumbered).
 24575 | D:11     | 24575 ||| Stepping ~*~*~tactically~*~*~ (outnumbered).
 24577 | D:11     | 24577 ||| Stepping ~*~*~tactically~*~*~ (outnumbered).
 24579 | D:11     | 24579 ||| Stepping ~*~*~tactically~*~*~ (outnumbered).
 24581 | D:11     | 24581 ||| Stepping ~*~*~tactically~*~*~ (outnumbered).
 24583 | D:11     | 24583 ||| Stepping ~*~*~tactically~*~*~ (outnumbered).
 24585 | D:11     | 24585 ||| Stepping ~*~*~tactically~*~*~ (outnumbered).
 24587 | D:11     | 24587 ||| Stepping ~*~*~tactically~*~*~ (outnumbered).
 24589 | D:11     | 24589 ||| Stepping ~*~*~tactically~*~*~ (outnumbered).
 24591 | D:11     | 24591 ||| Stepping ~*~*~tactically~*~*~ (outnumbered).
 24593 | D:11     | 24593 ||| Stepping ~*~*~tactically~*~*~ (outnumbered).
 24595 | D:11     | 24595 ||| Stepping ~*~*~tactically~*~*~ (outnumbered).
 24597 | D:11     | 24597 ||| Stepping ~*~*~tactically~*~*~ (outnumbered).
 24599 | D:11     | 24599 ||| Stepping ~*~*~tactically~*~*~ (outnumbered).
 24601 | D:11     | 24601 ||| Stepping ~*~*~tactically~*~*~ (outnumbered).
 24603 | D:11     | 24603 ||| Stepping ~*~*~tactically~*~*~ (outnumbered).
 24605 | D:11     | 24605 ||| Stepping ~*~*~tactically~*~*~ (outnumbered).
 24607 | D:11     | 24607 ||| Stepping ~*~*~tactically~*~*~ (outnumbered).
 24609 | D:11     | 24609 ||| Stepping ~*~*~tactically~*~*~ (outnumbered).
 24611 | D:11     | 24611 ||| Stepping ~*~*~tactically~*~*~ (outnumbered).
 24613 | D:11     | 24613 ||| Stepping ~*~*~tactically~*~*~ (outnumbered).
 24615 | D:11     | 24615 ||| Stepping ~*~*~tactically~*~*~ (outnumbered).
 24617 | D:11     | 24617 ||| Stepping ~*~*~tactically~*~*~ (outnumbered).
 24619 | D:11     | 24619 ||| Stepping ~*~*~tactically~*~*~ (outnumbered).
 24621 | D:11     | 24621 ||| Stepping ~*~*~tactically~*~*~ (outnumbered).
 24623 | D:11     | 24623 ||| Stepping ~*~*~tactically~*~*~ (outnumbered).
 24625 | D:11     | 24625 ||| Stepping ~*~*~tactically~*~*~ (outnumbered).
 24627 | D:11     | 24627 ||| Stepping ~*~*~tactically~*~*~ (outnumbered).
 24629 | D:11     | 24629 ||| Stepping ~*~*~tactically~*~*~ (outnumbered).
 24631 | D:11     | 24631 ||| Stepping ~*~*~tactically~*~*~ (outnumbered).
 24633 | D:11     | 24633 ||| Stepping ~*~*~tactically~*~*~ (outnumbered).
 24635 | D:11     | 24635 ||| Stepping ~*~*~tactically~*~*~ (outnumbered).
 24637 | D:11     | 24637 ||| Stepping ~*~*~tactically~*~*~ (outnumbered).
 24639 | D:11     | 24639 ||| Stepping ~*~*~tactically~*~*~ (outnumbered).
 24641 | D:11     | 24641 ||| Stepping ~*~*~tactically~*~*~ (outnumbered).
 24643 | D:11     | 24643 ||| Stepping ~*~*~tactically~*~*~ (outnumbered).
 24645 | D:11     | 24645 ||| Stepping ~*~*~tactically~*~*~ (outnumbered).
 24647 | D:11     | 24647 ||| Stepping ~*~*~tactically~*~*~ (outnumbered).
 24649 | D:11     | 24649 ||| Stepping ~*~*~tactically~*~*~ (outnumbered).
 24651 | D:11     | 24651 ||| Stepping ~*~*~tactically~*~*~ (outnumbered).
 24653 | D:11     | 24653 ||| Stepping ~*~*~tactically~*~*~ (outnumbered).
 24655 | D:11     | 24655 ||| Stepping ~*~*~tactically~*~*~ (outnumbered).
 24657 | D:11     | 24657 ||| Stepping ~*~*~tactically~*~*~ (outnumbered).
 24659 | D:11     | 24659 ||| Stepping ~*~*~tactically~*~*~ (outnumbered).
 24661 | D:11     | 24661 ||| Stepping ~*~*~tactically~*~*~ (outnumbered).
 24663 | D:11     | 24663 ||| Stepping ~*~*~tactically~*~*~ (outnumbered).
 24665 | D:11     | 24665 ||| Stepping ~*~*~tactically~*~*~ (outnumbered).
 24667 | D:11     | 24667 ||| Stepping ~*~*~tactically~*~*~ (outnumbered).
 24669 | D:11     | 24669 ||| Stepping ~*~*~tactically~*~*~ (outnumbered).
 24671 | D:11     | 24671 ||| Stepping ~*~*~tactically~*~*~ (outnumbered).
 24673 | D:11     | 24673 ||| Stepping ~*~*~tactically~*~*~ (outnumbered).
 24675 | D:11     | 24675 ||| Stepping ~*~*~tactically~*~*~ (outnumbered).
 24677 | D:11     | 24677 ||| Stepping ~*~*~tactically~*~*~ (outnumbered).
 24679 | D:11     | 24679 ||| Stepping ~*~*~tactically~*~*~ (outnumbered).
 24681 | D:11     | 24681 ||| Stepping ~*~*~tactically~*~*~ (outnumbered).
 24683 | D:11     | 24683 ||| Stepping ~*~*~tactically~*~*~ (outnumbered).
 24685 | D:11     | 24685 ||| Stepping ~*~*~tactically~*~*~ (outnumbered).
 24687 | D:11     | 24687 ||| Stepping ~*~*~tactically~*~*~ (outnumbered).
 24689 | D:11     | 24689 ||| Stepping ~*~*~tactically~*~*~ (outnumbered).
 24691 | D:11     | 24691 ||| Stepping ~*~*~tactically~*~*~ (outnumbered).
 24693 | D:11     | 24693 ||| Stepping ~*~*~tactically~*~*~ (outnumbered).
 24695 | D:11     | 24695 ||| Stepping ~*~*~tactically~*~*~ (outnumbered).
 24697 | D:11     | 24697 ||| Stepping ~*~*~tactically~*~*~ (outnumbered).
 24699 | D:11     | 24699 ||| Stepping ~*~*~tactically~*~*~ (outnumbered).
 24701 | D:11     | 24701 ||| Stepping ~*~*~tactically~*~*~ (outnumbered).
 24703 | D:11     | 24703 ||| Stepping ~*~*~tactically~*~*~ (outnumbered).
 24705 | D:11     | 24705 ||| Stepping ~*~*~tactically~*~*~ (outnumbered).
 24707 | D:11     | 24707 ||| Stepping ~*~*~tactically~*~*~ (outnumbered).
 24709 | D:11     | 24709 ||| Stepping ~*~*~tactically~*~*~ (outnumbered).
 24711 | D:11     | 24711 ||| Stepping ~*~*~tactically~*~*~ (outnumbered).
 24713 | D:11     | 24713 ||| Stepping ~*~*~tactically~*~*~ (outnumbered).
 24715 | D:11     | 24715 ||| Stepping ~*~*~tactically~*~*~ (outnumbered).
 24717 | D:11     | 24717 ||| Stepping ~*~*~tactically~*~*~ (outnumbered).
 24719 | D:11     | 24719 ||| Stepping ~*~*~tactically~*~*~ (outnumbered).
 24721 | D:11     | 24721 ||| Stepping ~*~*~tactically~*~*~ (outnumbered).
 24723 | D:11     | 24723 ||| Stepping ~*~*~tactically~*~*~ (outnumbered).
 24725 | D:11     | 24725 ||| Stepping ~*~*~tactically~*~*~ (outnumbered).
 24727 | D:11     | 24727 ||| Stepping ~*~*~tactically~*~*~ (outnumbered).
 24729 | D:11     | 24729 ||| Stepping ~*~*~tactically~*~*~ (outnumbered).
 24731 | D:11     | 24731 ||| Stepping ~*~*~tactically~*~*~ (outnumbered).
 24733 | D:11     | 24733 ||| Stepping ~*~*~tactically~*~*~ (outnumbered).
 24735 | D:11     | 24735 ||| Stepping ~*~*~tactically~*~*~ (outnumbered).
 24737 | D:11     | 24737 ||| Stepping ~*~*~tactically~*~*~ (outnumbered).
 24739 | D:11     | 24739 ||| Stepping ~*~*~tactically~*~*~ (outnumbered).
 24741 | D:11     | 24741 ||| Stepping ~*~*~tactically~*~*~ (outnumbered).
 24743 | D:11     | 24743 ||| Stepping ~*~*~tactically~*~*~ (outnumbered).
 24745 | D:11     | 24745 ||| Stepping ~*~*~tactically~*~*~ (outnumbered).
 24747 | D:11     | 24747 ||| Stepping ~*~*~tactically~*~*~ (outnumbered).
 24749 | D:11     | 24749 ||| Stepping ~*~*~tactically~*~*~ (outnumbered).
 24751 | D:11     | 24751 ||| Stepping ~*~*~tactically~*~*~ (outnumbered).
 24753 | D:11     | 24753 ||| Stepping ~*~*~tactically~*~*~ (outnumbered).
 24755 | D:11     | 24755 ||| Stepping ~*~*~tactically~*~*~ (outnumbered).
 24757 | D:11     | 24757 ||| Stepping ~*~*~tactically~*~*~ (outnumbered).
 24759 | D:11     | 24759 ||| Stepping ~*~*~tactically~*~*~ (outnumbered).
 24761 | D:11     | 24761 ||| Stepping ~*~*~tactically~*~*~ (outnumbered).
 24763 | D:11     | 24763 ||| Stepping ~*~*~tactically~*~*~ (outnumbered).
 24765 | D:11     | 24765 ||| Stepping ~*~*~tactically~*~*~ (outnumbered).
 24767 | D:11     | 24767 ||| Stepping ~*~*~tactically~*~*~ (outnumbered).
 24769 | D:11     | 24769 ||| Stepping ~*~*~tactically~*~*~ (outnumbered).
 24771 | D:11     | 24771 ||| Stepping ~*~*~tactically~*~*~ (outnumbered).
 24773 | D:11     | 24773 ||| Stepping ~*~*~tactically~*~*~ (outnumbered).
 24775 | D:11     | 24775 ||| Stepping ~*~*~tactically~*~*~ (outnumbered).
 24777 | D:11     | 24777 ||| Stepping ~*~*~tactically~*~*~ (outnumbered).
 24779 | D:11     | 24779 ||| Stepping ~*~*~tactically~*~*~ (outnumbered).
 24781 | D:11     | 24781 ||| Stepping ~*~*~tactically~*~*~ (outnumbered).
 24783 | D:11     | 24783 ||| Stepping ~*~*~tactically~*~*~ (outnumbered).
 24785 | D:11     | 24785 ||| Stepping ~*~*~tactically~*~*~ (outnumbered).
 24787 | D:11     | 24787 ||| Stepping ~*~*~tactically~*~*~ (outnumbered).
 24789 | D:11     | 24789 ||| Stepping ~*~*~tactically~*~*~ (outnumbered).
 24791 | D:11     | 24791 ||| Stepping ~*~*~tactically~*~*~ (outnumbered).
 24793 | D:11     | 24793 ||| Stepping ~*~*~tactically~*~*~ (outnumbered).
 24795 | D:11     | 24795 ||| Stepping ~*~*~tactically~*~*~ (outnumbered).
 24797 | D:11     | 24797 ||| Stepping ~*~*~tactically~*~*~ (outnumbered).
 24799 | D:11     | 24799 ||| Stepping ~*~*~tactically~*~*~ (outnumbered).
 24801 | D:11     | 24801 ||| Stepping ~*~*~tactically~*~*~ (outnumbered).
 24803 | D:11     | 24803 ||| Stepping ~*~*~tactically~*~*~ (outnumbered).
 24805 | D:11     | 24805 ||| Stepping ~*~*~tactically~*~*~ (outnumbered).
 24807 | D:11     | 24807 ||| Stepping ~*~*~tactically~*~*~ (outnumbered).
 24809 | D:11     | 24809 ||| Stepping ~*~*~tactically~*~*~ (outnumbered).
 24811 | D:11     | 24811 ||| Stepping ~*~*~tactically~*~*~ (outnumbered).
 24813 | D:11     | 24813 ||| Stepping ~*~*~tactically~*~*~ (outnumbered).
 24815 | D:11     | 24815 ||| Stepping ~*~*~tactically~*~*~ (outnumbered).
 24817 | D:11     | 24817 ||| Stepping ~*~*~tactically~*~*~ (outnumbered).
 24819 | D:11     | 24819 ||| Stepping ~*~*~tactically~*~*~ (outnumbered).
 24821 | D:11     | 24821 ||| Stepping ~*~*~tactically~*~*~ (outnumbered).
 24823 | D:11     | 24823 ||| Stepping ~*~*~tactically~*~*~ (outnumbered).
 24825 | D:11     | 24825 ||| Stepping ~*~*~tactically~*~*~ (outnumbered).
 24827 | D:11     | 24827 ||| Stepping ~*~*~tactically~*~*~ (outnumbered).
 24829 | D:11     | 24829 ||| Stepping ~*~*~tactically~*~*~ (outnumbered).
 24831 | D:11     | 24831 ||| Stepping ~*~*~tactically~*~*~ (outnumbered).
 24833 | D:11     | 24833 ||| Stepping ~*~*~tactically~*~*~ (outnumbered).
 24835 | D:11     | 24835 ||| Stepping ~*~*~tactically~*~*~ (outnumbered).
 24837 | D:11     | 24837 ||| Stepping ~*~*~tactically~*~*~ (outnumbered).
 24839 | D:11     | 24839 ||| Stepping ~*~*~tactically~*~*~ (outnumbered).
 24841 | D:11     | 24841 ||| Stepping ~*~*~tactically~*~*~ (outnumbered).
 24843 | D:11     | 24843 ||| Stepping ~*~*~tactically~*~*~ (outnumbered).
 24845 | D:11     | 24845 ||| Stepping ~*~*~tactically~*~*~ (outnumbered).
 24847 | D:11     | 24847 ||| Stepping ~*~*~tactically~*~*~ (outnumbered).
 24849 | D:11     | 24849 ||| Stepping ~*~*~tactically~*~*~ (outnumbered).
 24851 | D:11     | 24851 ||| Stepping ~*~*~tactically~*~*~ (outnumbered).
 24853 | D:11     | 24853 ||| Stepping ~*~*~tactically~*~*~ (outnumbered).
 24855 | D:11     | 24855 ||| Stepping ~*~*~tactically~*~*~ (outnumbered).
 24857 | D:11     | 24857 ||| Stepping ~*~*~tactically~*~*~ (outnumbered).
 24859 | D:11     | 24859 ||| Stepping ~*~*~tactically~*~*~ (outnumbered).
 24861 | D:11     | 24861 ||| Stepping ~*~*~tactically~*~*~ (outnumbered).
 24863 | D:11     | 24863 ||| Stepping ~*~*~tactically~*~*~ (outnumbered).
 24865 | D:11     | 24865 ||| Stepping ~*~*~tactically~*~*~ (outnumbered).
 24867 | D:11     | 24867 ||| Stepping ~*~*~tactically~*~*~ (outnumbered).
 24869 | D:11     | 24869 ||| Stepping ~*~*~tactically~*~*~ (outnumbered).
 24871 | D:11     | 24871 ||| Stepping ~*~*~tactically~*~*~ (outnumbered).
 24873 | D:11     | 24873 ||| Stepping ~*~*~tactically~*~*~ (outnumbered).
 24875 | D:11     | 24875 ||| Stepping ~*~*~tactically~*~*~ (outnumbered).
 24877 | D:11     | 24877 ||| Stepping ~*~*~tactically~*~*~ (outnumbered).
 24879 | D:11     | 24879 ||| Stepping ~*~*~tactically~*~*~ (outnumbered).
 24881 | D:11     | 24881 ||| Stepping ~*~*~tactically~*~*~ (outnumbered).
 24883 | D:11     | 24883 ||| Stepping ~*~*~tactically~*~*~ (outnumbered).
 24885 | D:11     | 24885 ||| Stepping ~*~*~tactically~*~*~ (outnumbered).
 24887 | D:11     | 24887 ||| Stepping ~*~*~tactically~*~*~ (outnumbered).
 24889 | D:11     | 24889 ||| Stepping ~*~*~tactically~*~*~ (outnumbered).
 24891 | D:11     | 24891 ||| Stepping ~*~*~tactically~*~*~ (outnumbered).
 24893 | D:11     | 24893 ||| Stepping ~*~*~tactically~*~*~ (outnumbered).
 24895 | D:11     | 24895 ||| Stepping ~*~*~tactically~*~*~ (outnumbered).
 24897 | D:11     | 24897 ||| Stepping ~*~*~tactically~*~*~ (outnumbered).
 24899 | D:11     | 24899 ||| Stepping ~*~*~tactically~*~*~ (outnumbered).
 24901 | D:11     | 24901 ||| Stepping ~*~*~tactically~*~*~ (outnumbered).
 24903 | D:11     | 24903 ||| Stepping ~*~*~tactically~*~*~ (outnumbered).
 24905 | D:11     | 24905 ||| Stepping ~*~*~tactically~*~*~ (outnumbered).
 24907 | D:11     | 24907 ||| Stepping ~*~*~tactically~*~*~ (outnumbered).
 24909 | D:11     | 24909 ||| Stepping ~*~*~tactically~*~*~ (outnumbered).
 24911 | D:11     | 24911 ||| Stepping ~*~*~tactically~*~*~ (outnumbered).
 24913 | D:11     | 24913 ||| Stepping ~*~*~tactically~*~*~ (outnumbered).
 24915 | D:11     | 24915 ||| Stepping ~*~*~tactically~*~*~ (outnumbered).
 24917 | D:11     | 24917 ||| Stepping ~*~*~tactically~*~*~ (outnumbered).
 24919 | D:11     | 24919 ||| Stepping ~*~*~tactically~*~*~ (outnumbered).
 24921 | D:11     | 24921 ||| Stepping ~*~*~tactically~*~*~ (outnumbered).
 24923 | D:11     | 24923 ||| Stepping ~*~*~tactically~*~*~ (outnumbered).
 24925 | D:11     | 24925 ||| Stepping ~*~*~tactically~*~*~ (outnumbered).
 24927 | D:11     | 24927 ||| Stepping ~*~*~tactically~*~*~ (outnumbered).
 24929 | D:11     | 24929 ||| Stepping ~*~*~tactically~*~*~ (outnumbered).
 24931 | D:11     | 24931 ||| Stepping ~*~*~tactically~*~*~ (outnumbered).
 24933 | D:11     | 24933 ||| Stepping ~*~*~tactically~*~*~ (outnumbered).
 24935 | D:11     | 24935 ||| Stepping ~*~*~tactically~*~*~ (outnumbered).
 24937 | D:11     | 24937 ||| Stepping ~*~*~tactically~*~*~ (outnumbered).
 24939 | D:11     | 24939 ||| Stepping ~*~*~tactically~*~*~ (outnumbered).
 24941 | D:11     | 24941 ||| Stepping ~*~*~tactically~*~*~ (outnumbered).
 24943 | D:11     | 24943 ||| Stepping ~*~*~tactically~*~*~ (outnumbered).
 24945 | D:11     | 24945 ||| Stepping ~*~*~tactically~*~*~ (outnumbered).
 24947 | D:11     | 24947 ||| Stepping ~*~*~tactically~*~*~ (outnumbered).
 24949 | D:11     | 24949 ||| Stepping ~*~*~tactically~*~*~ (outnumbered).
 24951 | D:11     | 24951 ||| Stepping ~*~*~tactically~*~*~ (outnumbered).
 24953 | D:11     | 24953 ||| Stepping ~*~*~tactically~*~*~ (outnumbered).
 24955 | D:11     | 24955 ||| Stepping ~*~*~tactically~*~*~ (outnumbered).
 24957 | D:11     | 24957 ||| Stepping ~*~*~tactically~*~*~ (outnumbered).
 24959 | D:11     | 24959 ||| Stepping ~*~*~tactically~*~*~ (outnumbered).
 24961 | D:11     | 24961 ||| Stepping ~*~*~tactically~*~*~ (outnumbered).
 24963 | D:11     | 24963 ||| Stepping ~*~*~tactically~*~*~ (outnumbered).
 24965 | D:11     | 24965 ||| Stepping ~*~*~tactically~*~*~ (outnumbered).
 24967 | D:11     | 24967 ||| Stepping ~*~*~tactically~*~*~ (outnumbered).
 24969 | D:11     | 24969 ||| Stepping ~*~*~tactically~*~*~ (outnumbered).
 24971 | D:11     | 24971 ||| Stepping ~*~*~tactically~*~*~ (outnumbered).
 24973 | D:11     | 24973 ||| Stepping ~*~*~tactically~*~*~ (outnumbered).
 24975 | D:11     | 24975 ||| Stepping ~*~*~tactically~*~*~ (outnumbered).
 24977 | D:11     | 24977 ||| Stepping ~*~*~tactically~*~*~ (outnumbered).
 24979 | D:11     | 24979 ||| Stepping ~*~*~tactically~*~*~ (outnumbered).
 24981 | D:11     | 24981 ||| Stepping ~*~*~tactically~*~*~ (outnumbered).
 24983 | D:11     | 24983 ||| Stepping ~*~*~tactically~*~*~ (outnumbered).
 24985 | D:11     | 24985 ||| Stepping ~*~*~tactically~*~*~ (outnumbered).
 24987 | D:11     | 24987 ||| Stepping ~*~*~tactically~*~*~ (outnumbered).
 24989 | D:11     | 24989 ||| Stepping ~*~*~tactically~*~*~ (outnumbered).
 24991 | D:11     | 24991 ||| Stepping ~*~*~tactically~*~*~ (outnumbered).
 24993 | D:11     | 24993 ||| Stepping ~*~*~tactically~*~*~ (outnumbered).
 24995 | D:11     | 24995 ||| Stepping ~*~*~tactically~*~*~ (outnumbered).
 24997 | D:11     | 24997 ||| Stepping ~*~*~tactically~*~*~ (outnumbered).
 24999 | D:11     | 24999 ||| Stepping ~*~*~tactically~*~*~ (outnumbered).
 25001 | D:11     | 25001 ||| Stepping ~*~*~tactically~*~*~ (outnumbered).
 25003 | D:11     | 25003 ||| Stepping ~*~*~tactically~*~*~ (outnumbered).
 25005 | D:11     | 25005 ||| Stepping ~*~*~tactically~*~*~ (outnumbered).
 25007 | D:11     | 25007 ||| Stepping ~*~*~tactically~*~*~ (outnumbered).
 25009 | D:11     | 25009 ||| Stepping ~*~*~tactically~*~*~ (outnumbered).
 25011 | D:11     | 25011 ||| Stepping ~*~*~tactically~*~*~ (outnumbered).
 25013 | D:11     | 25013 ||| Stepping ~*~*~tactically~*~*~ (outnumbered).
 25015 | D:11     | 25015 ||| Stepping ~*~*~tactically~*~*~ (outnumbered).
 25017 | D:11     | 25017 ||| Stepping ~*~*~tactically~*~*~ (outnumbered).
 25019 | D:11     | 25019 ||| Stepping ~*~*~tactically~*~*~ (outnumbered).
 25021 | D:11     | 25021 ||| Stepping ~*~*~tactically~*~*~ (outnumbered).
 25023 | D:11     | 25023 ||| Stepping ~*~*~tactically~*~*~ (outnumbered).
 25025 | D:11     | 25025 ||| Stepping ~*~*~tactically~*~*~ (outnumbered).
 25027 | D:11     | 25027 ||| Stepping ~*~*~tactically~*~*~ (outnumbered).
 25029 | D:11     | 25029 ||| Stepping ~*~*~tactically~*~*~ (outnumbered).
 25031 | D:11     | 25031 ||| Stepping ~*~*~tactically~*~*~ (outnumbered).
 25033 | D:11     | 25033 ||| Stepping ~*~*~tactically~*~*~ (outnumbered).
 25035 | D:11     | 25035 ||| Stepping ~*~*~tactically~*~*~ (outnumbered).
 25037 | D:11     | 25037 ||| Stepping ~*~*~tactically~*~*~ (outnumbered).
 25039 | D:11     | 25039 ||| Stepping ~*~*~tactically~*~*~ (outnumbered).
 25041 | D:11     | 25041 ||| Stepping ~*~*~tactically~*~*~ (outnumbered).
 25043 | D:11     | 25043 ||| Stepping ~*~*~tactically~*~*~ (outnumbered).
 25045 | D:11     | 25045 ||| Stepping ~*~*~tactically~*~*~ (outnumbered).
 25047 | D:11     | 25047 ||| Stepping ~*~*~tactically~*~*~ (outnumbered).
 25049 | D:11     | 25049 ||| Stepping ~*~*~tactically~*~*~ (outnumbered).
 25051 | D:11     | 25051 ||| Stepping ~*~*~tactically~*~*~ (outnumbered).
 25053 | D:11     | 25053 ||| Stepping ~*~*~tactically~*~*~ (outnumbered).
 25055 | D:11     | 25055 ||| Stepping ~*~*~tactically~*~*~ (outnumbered).
 25057 | D:11     | 25057 ||| Stepping ~*~*~tactically~*~*~ (outnumbered).
 25059 | D:11     | 25059 ||| Stepping ~*~*~tactically~*~*~ (outnumbered).
 25061 | D:11     | 25061 ||| Stepping ~*~*~tactically~*~*~ (outnumbered).
 25063 | D:11     | 25063 ||| Stepping ~*~*~tactically~*~*~ (outnumbered).
 25065 | D:11     | 25065 ||| Stepping ~*~*~tactically~*~*~ (outnumbered).
 25067 | D:11     | 25067 ||| Stepping ~*~*~tactically~*~*~ (outnumbered).
 25069 | D:11     | 25069 ||| Stepping ~*~*~tactically~*~*~ (outnumbered).
 25071 | D:11     | 25071 ||| Stepping ~*~*~tactically~*~*~ (outnumbered).
 25073 | D:11     | 25073 ||| Stepping ~*~*~tactically~*~*~ (outnumbered).
 25075 | D:11     | 25075 ||| Stepping ~*~*~tactically~*~*~ (outnumbered).
 25077 | D:11     | 25077 ||| Stepping ~*~*~tactically~*~*~ (outnumbered).
 25079 | D:11     | 25079 ||| Stepping ~*~*~tactically~*~*~ (outnumbered).
 25081 | D:11     | 25081 ||| Stepping ~*~*~tactically~*~*~ (outnumbered).
 25083 | D:11     | 25083 ||| Stepping ~*~*~tactically~*~*~ (outnumbered).
 25085 | D:11     | 25085 ||| Stepping ~*~*~tactically~*~*~ (outnumbered).
 25087 | D:11     | 25087 ||| Stepping ~*~*~tactically~*~*~ (outnumbered).
 25089 | D:11     | 25089 ||| Stepping ~*~*~tactically~*~*~ (outnumbered).
 25091 | D:11     | 25091 ||| Stepping ~*~*~tactically~*~*~ (outnumbered).
 25093 | D:11     | 25093 ||| Stepping ~*~*~tactically~*~*~ (outnumbered).
 25095 | D:11     | 25095 ||| Stepping ~*~*~tactically~*~*~ (outnumbered).
 25097 | D:11     | 25097 ||| Stepping ~*~*~tactically~*~*~ (outnumbered).
 25099 | D:11     | 25099 ||| Stepping ~*~*~tactically~*~*~ (outnumbered).
 25101 | D:11     | 25101 ||| Stepping ~*~*~tactically~*~*~ (outnumbered).
 25103 | D:11     | 25103 ||| Stepping ~*~*~tactically~*~*~ (outnumbered).
 25105 | D:11     | 25105 ||| Stepping ~*~*~tactically~*~*~ (outnumbered).
 25107 | D:11     | 25107 ||| Stepping ~*~*~tactically~*~*~ (outnumbered).
 25109 | D:11     | 25109 ||| Stepping ~*~*~tactically~*~*~ (outnumbered).
 25111 | D:11     | 25111 ||| Stepping ~*~*~tactically~*~*~ (outnumbered).
 25113 | D:11     | 25113 ||| Stepping ~*~*~tactically~*~*~ (outnumbered).
 25115 | D:11     | 25115 ||| Stepping ~*~*~tactically~*~*~ (outnumbered).
 25117 | D:11     | 25117 ||| Stepping ~*~*~tactically~*~*~ (outnumbered).
 25119 | D:11     | 25119 ||| Stepping ~*~*~tactically~*~*~ (outnumbered).
 25121 | D:11     | 25121 ||| Stepping ~*~*~tactically~*~*~ (outnumbered).
 25123 | D:11     | 25123 ||| Stepping ~*~*~tactically~*~*~ (outnumbered).
 25125 | D:11     | 25125 ||| Stepping ~*~*~tactically~*~*~ (outnumbered).
 25127 | D:11     | 25127 ||| Stepping ~*~*~tactically~*~*~ (outnumbered).
 25129 | D:11     | 25129 ||| Stepping ~*~*~tactically~*~*~ (outnumbered).
 25131 | D:11     | 25131 ||| Stepping ~*~*~tactically~*~*~ (outnumbered).
 25133 | D:11     | 25133 ||| Stepping ~*~*~tactically~*~*~ (outnumbered).
 25135 | D:11     | 25135 ||| Stepping ~*~*~tactically~*~*~ (outnumbered).
 25137 | D:11     | 25137 ||| Stepping ~*~*~tactically~*~*~ (outnumbered).
 25139 | D:11     | 25139 ||| Stepping ~*~*~tactically~*~*~ (outnumbered).
 25141 | D:11     | 25141 ||| Stepping ~*~*~tactically~*~*~ (outnumbered).
 25143 | D:11     | 25143 ||| Stepping ~*~*~tactically~*~*~ (outnumbered).
 25145 | D:11     | 25145 ||| Stepping ~*~*~tactically~*~*~ (outnumbered).
 25147 | D:11     | 25147 ||| Stepping ~*~*~tactically~*~*~ (outnumbered).
 25149 | D:11     | 25149 ||| Stepping ~*~*~tactically~*~*~ (outnumbered).
 25151 | D:11     | 25151 ||| Stepping ~*~*~tactically~*~*~ (outnumbered).
 25153 | D:11     | 25153 ||| Stepping ~*~*~tactically~*~*~ (outnumbered).
 25155 | D:11     | 25155 ||| Stepping ~*~*~tactically~*~*~ (outnumbered).
 25157 | D:11     | 25157 ||| Stepping ~*~*~tactically~*~*~ (outnumbered).
 25159 | D:11     | 25159 ||| Stepping ~*~*~tactically~*~*~ (outnumbered).
 25161 | D:11     | 25161 ||| Stepping ~*~*~tactically~*~*~ (outnumbered).
 25163 | D:11     | 25163 ||| Stepping ~*~*~tactically~*~*~ (outnumbered).
 25165 | D:11     | 25165 ||| Stepping ~*~*~tactically~*~*~ (outnumbered).
 25167 | D:11     | 25167 ||| Stepping ~*~*~tactically~*~*~ (outnumbered).
 25169 | D:11     | 25169 ||| Stepping ~*~*~tactically~*~*~ (outnumbered).
 25171 | D:11     | 25171 ||| Stepping ~*~*~tactically~*~*~ (outnumbered).
 25173 | D:11     | 25173 ||| Stepping ~*~*~tactically~*~*~ (outnumbered).
 25175 | D:11     | 25175 ||| Stepping ~*~*~tactically~*~*~ (outnumbered).
 25177 | D:11     | 25177 ||| Stepping ~*~*~tactically~*~*~ (outnumbered).
 25179 | D:11     | 25179 ||| Stepping ~*~*~tactically~*~*~ (outnumbered).
 25181 | D:11     | 25181 ||| Stepping ~*~*~tactically~*~*~ (outnumbered).
 25183 | D:11     | 25183 ||| Stepping ~*~*~tactically~*~*~ (outnumbered).
 25185 | D:11     | 25185 ||| Stepping ~*~*~tactically~*~*~ (outnumbered).
 25187 | D:11     | 25187 ||| Stepping ~*~*~tactically~*~*~ (outnumbered).
 25189 | D:11     | 25189 ||| Stepping ~*~*~tactically~*~*~ (outnumbered).
 25191 | D:11     | 25191 ||| Stepping ~*~*~tactically~*~*~ (outnumbered).
 25193 | D:11     | 25193 ||| Stepping ~*~*~tactically~*~*~ (outnumbered).
 25195 | D:11     | 25195 ||| Stepping ~*~*~tactically~*~*~ (outnumbered).
 25197 | D:11     | 25197 ||| Stepping ~*~*~tactically~*~*~ (outnumbered).
 25199 | D:11     | 25199 ||| Stepping ~*~*~tactically~*~*~ (outnumbered).
 25201 | D:11     | 25201 ||| Stepping ~*~*~tactically~*~*~ (outnumbered).
 25203 | D:11     | 25203 ||| Stepping ~*~*~tactically~*~*~ (outnumbered).
 25205 | D:11     | 25205 ||| Stepping ~*~*~tactically~*~*~ (outnumbered).
 25207 | D:11     | 25207 ||| Stepping ~*~*~tactically~*~*~ (outnumbered).
 25209 | D:11     | 25209 ||| Stepping ~*~*~tactically~*~*~ (outnumbered).
 25211 | D:11     | 25211 ||| Stepping ~*~*~tactically~*~*~ (outnumbered).
 25213 | D:11     | 25213 ||| Stepping ~*~*~tactically~*~*~ (outnumbered).
 25215 | D:11     | 25215 ||| Stepping ~*~*~tactically~*~*~ (outnumbered).
 25217 | D:11     | 25217 ||| Stepping ~*~*~tactically~*~*~ (outnumbered).
 25219 | D:11     | 25219 ||| Stepping ~*~*~tactically~*~*~ (outnumbered).
 25221 | D:11     | 25221 ||| Stepping ~*~*~tactically~*~*~ (outnumbered).
 25223 | D:11     | 25223 ||| Stepping ~*~*~tactically~*~*~ (outnumbered).
 25225 | D:11     | 25225 ||| Stepping ~*~*~tactically~*~*~ (outnumbered).
 25227 | D:11     | 25227 ||| Stepping ~*~*~tactically~*~*~ (outnumbered).
 25229 | D:11     | 25229 ||| Stepping ~*~*~tactically~*~*~ (outnumbered).
 25231 | D:11     | 25231 ||| Stepping ~*~*~tactically~*~*~ (outnumbered).
 25233 | D:11     | 25233 ||| Stepping ~*~*~tactically~*~*~ (outnumbered).
 25235 | D:11     | 25235 ||| Stepping ~*~*~tactically~*~*~ (outnumbered).
 25237 | D:11     | 25237 ||| Stepping ~*~*~tactically~*~*~ (outnumbered).
 25239 | D:11     | 25239 ||| Stepping ~*~*~tactically~*~*~ (outnumbered).
 25241 | D:11     | 25241 ||| Stepping ~*~*~tactically~*~*~ (outnumbered).
 25243 | D:11     | 25243 ||| Stepping ~*~*~tactically~*~*~ (outnumbered).
 25245 | D:11     | 25245 ||| Stepping ~*~*~tactically~*~*~ (outnumbered).
 25247 | D:11     | 25247 ||| Stepping ~*~*~tactically~*~*~ (outnumbered).
 25249 | D:11     | 25249 ||| Stepping ~*~*~tactically~*~*~ (outnumbered).
 25251 | D:11     | 25251 ||| Stepping ~*~*~tactically~*~*~ (outnumbered).
 25253 | D:11     | 25253 ||| Stepping ~*~*~tactically~*~*~ (outnumbered).
 25255 | D:11     | 25255 ||| Stepping ~*~*~tactically~*~*~ (outnumbered).
 25257 | D:11     | 25257 ||| Stepping ~*~*~tactically~*~*~ (outnumbered).
 25259 | D:11     | 25259 ||| Stepping ~*~*~tactically~*~*~ (outnumbered).
 25261 | D:11     | 25261 ||| Stepping ~*~*~tactically~*~*~ (outnumbered).
 25263 | D:11     | 25263 ||| Stepping ~*~*~tactically~*~*~ (outnumbered).
 25265 | D:11     | 25265 ||| Stepping ~*~*~tactically~*~*~ (outnumbered).
 25267 | D:11     | 25267 ||| Stepping ~*~*~tactically~*~*~ (outnumbered).
 25269 | D:11     | 25269 ||| Stepping ~*~*~tactically~*~*~ (outnumbered).
 25271 | D:11     | 25271 ||| Stepping ~*~*~tactically~*~*~ (outnumbered).
 25273 | D:11     | 25273 ||| Stepping ~*~*~tactically~*~*~ (outnumbered).
 25275 | D:11     | 25275 ||| Stepping ~*~*~tactically~*~*~ (outnumbered).
 25277 | D:11     | 25277 ||| Stepping ~*~*~tactically~*~*~ (outnumbered).
 25279 | D:11     | 25279 ||| Stepping ~*~*~tactically~*~*~ (outnumbered).
 25281 | D:11     | 25281 ||| Stepping ~*~*~tactically~*~*~ (outnumbered).
 25283 | D:11     | 25283 ||| Stepping ~*~*~tactically~*~*~ (outnumbered).
 25285 | D:11     | 25285 ||| Stepping ~*~*~tactically~*~*~ (outnumbered).
 25287 | D:11     | 25287 ||| Stepping ~*~*~tactically~*~*~ (outnumbered).
 25289 | D:11     | 25289 ||| Stepping ~*~*~tactically~*~*~ (outnumbered).
 25291 | D:11     | 25291 ||| Stepping ~*~*~tactically~*~*~ (outnumbered).
 25293 | D:11     | 25293 ||| Stepping ~*~*~tactically~*~*~ (outnumbered).
 25295 | D:11     | 25295 ||| Stepping ~*~*~tactically~*~*~ (outnumbered).
 25297 | D:11     | 25297 ||| Stepping ~*~*~tactically~*~*~ (outnumbered).
 25299 | D:11     | 25299 ||| Stepping ~*~*~tactically~*~*~ (outnumbered).
 25301 | D:11     | 25301 ||| Stepping ~*~*~tactically~*~*~ (outnumbered).
 25303 | D:11     | 25303 ||| Stepping ~*~*~tactically~*~*~ (outnumbered).
 25305 | D:11     | 25305 ||| Stepping ~*~*~tactically~*~*~ (outnumbered).
 25307 | D:11     | 25307 ||| Stepping ~*~*~tactically~*~*~ (outnumbered).
 25309 | D:11     | 25309 ||| Stepping ~*~*~tactically~*~*~ (outnumbered).
 25311 | D:11     | 25311 ||| Stepping ~*~*~tactically~*~*~ (outnumbered).
 25313 | D:11     | 25313 ||| Stepping ~*~*~tactically~*~*~ (outnumbered).
 25315 | D:11     | 25315 ||| Stepping ~*~*~tactically~*~*~ (outnumbered).
 25317 | D:11     | 25317 ||| Stepping ~*~*~tactically~*~*~ (outnumbered).
 25319 | D:11     | 25319 ||| Stepping ~*~*~tactically~*~*~ (outnumbered).
 25321 | D:11     | 25321 ||| Stepping ~*~*~tactically~*~*~ (outnumbered).
 25323 | D:11     | 25323 ||| Stepping ~*~*~tactically~*~*~ (outnumbered).
 25325 | D:11     | 25325 ||| Stepping ~*~*~tactically~*~*~ (outnumbered).
 25327 | D:11     | 25327 ||| Stepping ~*~*~tactically~*~*~ (outnumbered).
 25329 | D:11     | 25329 ||| Stepping ~*~*~tactically~*~*~ (outnumbered).
 25331 | D:11     | 25331 ||| Stepping ~*~*~tactically~*~*~ (outnumbered).
 25333 | D:11     | 25333 ||| Stepping ~*~*~tactically~*~*~ (outnumbered).
 25335 | D:11     | 25335 ||| Stepping ~*~*~tactically~*~*~ (outnumbered).
 25337 | D:11     | 25337 ||| Stepping ~*~*~tactically~*~*~ (outnumbered).
 25339 | D:11     | 25339 ||| Stepping ~*~*~tactically~*~*~ (outnumbered).
 25341 | D:11     | 25341 ||| Stepping ~*~*~tactically~*~*~ (outnumbered).
 25343 | D:11     | 25343 ||| Stepping ~*~*~tactically~*~*~ (outnumbered).
 25345 | D:11     | 25345 ||| Stepping ~*~*~tactically~*~*~ (outnumbered).
 25347 | D:11     | 25347 ||| Stepping ~*~*~tactically~*~*~ (outnumbered).
 25349 | D:11     | 25349 ||| Stepping ~*~*~tactically~*~*~ (outnumbered).
 25351 | D:11     | 25351 ||| Stepping ~*~*~tactically~*~*~ (outnumbered).
 25353 | D:11     | 25353 ||| Stepping ~*~*~tactically~*~*~ (outnumbered).
 25355 | D:11     | 25355 ||| Stepping ~*~*~tactically~*~*~ (outnumbered).
 25357 | D:11     | 25357 ||| Stepping ~*~*~tactically~*~*~ (outnumbered).
 25359 | D:11     | 25359 ||| Stepping ~*~*~tactically~*~*~ (outnumbered).
 25361 | D:11     | 25361 ||| Stepping ~*~*~tactically~*~*~ (outnumbered).
 25363 | D:11     | 25363 ||| Stepping ~*~*~tactically~*~*~ (outnumbered).
 25365 | D:11     | 25365 ||| Stepping ~*~*~tactically~*~*~ (outnumbered).
 25367 | D:11     | 25367 ||| Stepping ~*~*~tactically~*~*~ (outnumbered).
 25369 | D:11     | 25369 ||| Stepping ~*~*~tactically~*~*~ (outnumbered).
 25371 | D:11     | 25371 ||| Stepping ~*~*~tactically~*~*~ (outnumbered).
 25373 | D:11     | 25373 ||| Stepping ~*~*~tactically~*~*~ (outnumbered).
 25375 | D:11     | 25375 ||| Stepping ~*~*~tactically~*~*~ (outnumbered).
 25377 | D:11     | 25377 ||| Stepping ~*~*~tactically~*~*~ (outnumbered).
 25379 | D:11     | 25379 ||| Stepping ~*~*~tactically~*~*~ (outnumbered).
 25381 | D:11     | 25381 ||| Stepping ~*~*~tactically~*~*~ (outnumbered).
 25383 | D:11     | 25383 ||| Stepping ~*~*~tactically~*~*~ (outnumbered).
 25385 | D:11     | 25385 ||| Stepping ~*~*~tactically~*~*~ (outnumbered).
 25387 | D:11     | 25387 ||| Stepping ~*~*~tactically~*~*~ (outnumbered).
 25389 | D:11     | 25389 ||| Stepping ~*~*~tactically~*~*~ (outnumbered).
 25391 | D:11     | 25391 ||| Stepping ~*~*~tactically~*~*~ (outnumbered).
 25393 | D:11     | 25393 ||| Stepping ~*~*~tactically~*~*~ (outnumbered).
 25395 | D:11     | 25395 ||| Stepping ~*~*~tactically~*~*~ (outnumbered).
 25397 | D:11     | 25397 ||| Stepping ~*~*~tactically~*~*~ (outnumbered).
 25399 | D:11     | 25399 ||| Stepping ~*~*~tactically~*~*~ (outnumbered).
 25401 | D:11     | 25401 ||| Stepping ~*~*~tactically~*~*~ (outnumbered).
 25403 | D:11     | 25403 ||| Stepping ~*~*~tactically~*~*~ (outnumbered).
 25405 | D:11     | 25405 ||| Stepping ~*~*~tactically~*~*~ (outnumbered).
 25407 | D:11     | 25407 ||| Stepping ~*~*~tactically~*~*~ (outnumbered).
 25409 | D:11     | 25409 ||| Stepping ~*~*~tactically~*~*~ (outnumbered).
 25411 | D:11     | 25411 ||| Stepping ~*~*~tactically~*~*~ (outnumbered).
 25413 | D:11     | 25413 ||| Stepping ~*~*~tactically~*~*~ (outnumbered).
 25415 | D:11     | 25415 ||| Stepping ~*~*~tactically~*~*~ (outnumbered).
 25417 | D:11     | 25417 ||| Stepping ~*~*~tactically~*~*~ (outnumbered).
 25419 | D:11     | 25419 ||| Stepping ~*~*~tactically~*~*~ (outnumbered).
 25421 | D:11     | 25421 ||| Stepping ~*~*~tactically~*~*~ (outnumbered).
 25423 | D:11     | 25423 ||| Stepping ~*~*~tactically~*~*~ (outnumbered).
 25425 | D:11     | 25425 ||| Stepping ~*~*~tactically~*~*~ (outnumbered).
 25427 | D:11     | 25427 ||| Stepping ~*~*~tactically~*~*~ (outnumbered).
 25429 | D:11     | 25429 ||| Stepping ~*~*~tactically~*~*~ (outnumbered).
 25431 | D:11     | 25431 ||| Stepping ~*~*~tactically~*~*~ (outnumbered).
 25433 | D:11     | 25433 ||| Stepping ~*~*~tactically~*~*~ (outnumbered).
 25435 | D:11     | 25435 ||| Stepping ~*~*~tactically~*~*~ (outnumbered).
 25437 | D:11     | 25437 ||| Stepping ~*~*~tactically~*~*~ (outnumbered).
 25439 | D:11     | 25439 ||| Stepping ~*~*~tactically~*~*~ (outnumbered).
 25441 | D:11     | 25441 ||| Stepping ~*~*~tactically~*~*~ (outnumbered).
 25443 | D:11     | 25443 ||| Stepping ~*~*~tactically~*~*~ (outnumbered).
 25445 | D:11     | 25445 ||| Stepping ~*~*~tactically~*~*~ (outnumbered).
 25447 | D:11     | 25447 ||| Stepping ~*~*~tactically~*~*~ (outnumbered).
 25449 | D:11     | 25449 ||| Stepping ~*~*~tactically~*~*~ (outnumbered).
 25451 | D:11     | 25451 ||| Stepping ~*~*~tactically~*~*~ (outnumbered).
 25453 | D:11     | 25453 ||| Stepping ~*~*~tactically~*~*~ (outnumbered).
 25455 | D:11     | 25455 ||| Stepping ~*~*~tactically~*~*~ (outnumbered).
 25457 | D:11     | 25457 ||| Stepping ~*~*~tactically~*~*~ (outnumbered).
 25459 | D:11     | 25459 ||| Stepping ~*~*~tactically~*~*~ (outnumbered).
 25461 | D:11     | 25461 ||| Stepping ~*~*~tactically~*~*~ (outnumbered).
 25463 | D:11     | 25463 ||| Stepping ~*~*~tactically~*~*~ (outnumbered).
 25465 | D:11     | 25465 ||| Stepping ~*~*~tactically~*~*~ (outnumbered).
 25467 | D:11     | 25467 ||| Stepping ~*~*~tactically~*~*~ (outnumbered).
 25469 | D:11     | 25469 ||| Stepping ~*~*~tactically~*~*~ (outnumbered).
 25471 | D:11     | 25471 ||| Stepping ~*~*~tactically~*~*~ (outnumbered).
 25473 | D:11     | 25473 ||| Stepping ~*~*~tactically~*~*~ (outnumbered).
 25475 | D:11     | 25475 ||| Stepping ~*~*~tactically~*~*~ (outnumbered).
 25477 | D:11     | 25477 ||| Stepping ~*~*~tactically~*~*~ (outnumbered).
 25479 | D:11     | 25479 ||| Stepping ~*~*~tactically~*~*~ (outnumbered).
 25481 | D:11     | 25481 ||| Stepping ~*~*~tactically~*~*~ (outnumbered).
 25483 | D:11     | 25483 ||| Stepping ~*~*~tactically~*~*~ (outnumbered).
 25485 | D:11     | 25485 ||| Stepping ~*~*~tactically~*~*~ (outnumbered).
 25487 | D:11     | 25487 ||| Stepping ~*~*~tactically~*~*~ (outnumbered).
 25489 | D:11     | 25489 ||| Stepping ~*~*~tactically~*~*~ (outnumbered).
 25491 | D:11     | 25491 ||| Stepping ~*~*~tactically~*~*~ (outnumbered).
 25493 | D:11     | 25493 ||| Stepping ~*~*~tactically~*~*~ (outnumbered).
 25495 | D:11     | 25495 ||| Stepping ~*~*~tactically~*~*~ (outnumbered).
 25497 | D:11     | 25497 ||| Stepping ~*~*~tactically~*~*~ (outnumbered).
 25499 | D:11     | 25499 ||| Stepping ~*~*~tactically~*~*~ (outnumbered).
 25501 | D:11     | 25501 ||| Stepping ~*~*~tactically~*~*~ (outnumbered).
 25503 | D:11     | 25503 ||| Stepping ~*~*~tactically~*~*~ (outnumbered).
 25505 | D:11     | 25505 ||| Stepping ~*~*~tactically~*~*~ (outnumbered).
 25507 | D:11     | 25507 ||| Stepping ~*~*~tactically~*~*~ (outnumbered).
 25509 | D:11     | 25509 ||| Stepping ~*~*~tactically~*~*~ (outnumbered).
 25511 | D:11     | 25511 ||| Stepping ~*~*~tactically~*~*~ (outnumbered).
 25513 | D:11     | 25513 ||| Stepping ~*~*~tactically~*~*~ (outnumbered).
 25515 | D:11     | 25515 ||| Stepping ~*~*~tactically~*~*~ (outnumbered).
 25517 | D:11     | 25517 ||| Stepping ~*~*~tactically~*~*~ (outnumbered).
 25519 | D:11     | 25519 ||| Stepping ~*~*~tactically~*~*~ (outnumbered).
 25521 | D:11     | 25521 ||| Stepping ~*~*~tactically~*~*~ (outnumbered).
 25523 | D:11     | 25523 ||| Stepping ~*~*~tactically~*~*~ (outnumbered).
 25525 | D:11     | 25525 ||| Stepping ~*~*~tactically~*~*~ (outnumbered).
 25527 | D:11     | 25527 ||| Stepping ~*~*~tactically~*~*~ (outnumbered).
 25529 | D:11     | 25529 ||| Stepping ~*~*~tactically~*~*~ (outnumbered).
 25531 | D:11     | 25531 ||| Stepping ~*~*~tactically~*~*~ (outnumbered).
 25533 | D:11     | 25533 ||| Stepping ~*~*~tactically~*~*~ (outnumbered).
 25535 | D:11     | 25535 ||| Stepping ~*~*~tactically~*~*~ (outnumbered).
 25537 | D:11     | 25537 ||| Stepping ~*~*~tactically~*~*~ (outnumbered).
 25539 | D:11     | 25539 ||| Stepping ~*~*~tactically~*~*~ (outnumbered).
 25541 | D:11     | 25541 ||| Stepping ~*~*~tactically~*~*~ (outnumbered).
 25543 | D:11     | 25543 ||| Stepping ~*~*~tactically~*~*~ (outnumbered).
 25545 | D:11     | 25545 ||| Stepping ~*~*~tactically~*~*~ (outnumbered).
 25547 | D:11     | 25547 ||| Stepping ~*~*~tactically~*~*~ (outnumbered).
 25549 | D:11     | 25549 ||| Stepping ~*~*~tactically~*~*~ (outnumbered).
 25551 | D:11     | 25551 ||| Stepping ~*~*~tactically~*~*~ (outnumbered).
 25553 | D:11     | 25553 ||| Stepping ~*~*~tactically~*~*~ (outnumbered).
 25555 | D:11     | 25555 ||| Stepping ~*~*~tactically~*~*~ (outnumbered).
 25557 | D:11     | 25557 ||| Stepping ~*~*~tactically~*~*~ (outnumbered).
 25559 | D:11     | 25559 ||| Stepping ~*~*~tactically~*~*~ (outnumbered).
 25561 | D:11     | 25561 ||| Stepping ~*~*~tactically~*~*~ (outnumbered).
 25563 | D:11     | 25563 ||| Stepping ~*~*~tactically~*~*~ (outnumbered).
 25565 | D:11     | 25565 ||| Stepping ~*~*~tactically~*~*~ (outnumbered).
 25567 | D:11     | 25567 ||| Stepping ~*~*~tactically~*~*~ (outnumbered).
 25569 | D:11     | 25569 ||| Stepping ~*~*~tactically~*~*~ (outnumbered).
 25571 | D:11     | 25571 ||| Stepping ~*~*~tactically~*~*~ (outnumbered).
 25573 | D:11     | 25573 ||| Stepping ~*~*~tactically~*~*~ (outnumbered).
 25575 | D:11     | 25575 ||| Stepping ~*~*~tactically~*~*~ (outnumbered).
 25577 | D:11     | 25577 ||| Stepping ~*~*~tactically~*~*~ (outnumbered).
 25579 | D:11     | 25579 ||| Stepping ~*~*~tactically~*~*~ (outnumbered).
 25581 | D:11     | 25581 ||| Stepping ~*~*~tactically~*~*~ (outnumbered).
 25583 | D:11     | 25583 ||| Stepping ~*~*~tactically~*~*~ (outnumbered).
 25585 | D:11     | 25585 ||| Stepping ~*~*~tactically~*~*~ (outnumbered).
 25587 | D:11     | 25587 ||| Stepping ~*~*~tactically~*~*~ (outnumbered).
 25589 | D:11     | 25589 ||| Stepping ~*~*~tactically~*~*~ (outnumbered).
 25591 | D:11     | 25591 ||| Stepping ~*~*~tactically~*~*~ (outnumbered).
 25593 | D:11     | 25593 ||| Stepping ~*~*~tactically~*~*~ (outnumbered).
 25595 | D:11     | 25595 ||| Stepping ~*~*~tactically~*~*~ (outnumbered).
 25597 | D:11     | 25597 ||| Stepping ~*~*~tactically~*~*~ (outnumbered).
 25599 | D:11     | 25599 ||| Stepping ~*~*~tactically~*~*~ (outnumbered).
 25601 | D:11     | 25601 ||| Stepping ~*~*~tactically~*~*~ (outnumbered).
 25603 | D:11     | 25603 ||| Stepping ~*~*~tactically~*~*~ (outnumbered).
 25605 | D:11     | 25605 ||| Stepping ~*~*~tactically~*~*~ (outnumbered).
 25607 | D:11     | 25607 ||| Stepping ~*~*~tactically~*~*~ (outnumbered).
 25609 | D:11     | 25609 ||| Stepping ~*~*~tactically~*~*~ (outnumbered).
 25611 | D:11     | 25611 ||| Stepping ~*~*~tactically~*~*~ (outnumbered).
 25613 | D:11     | 25613 ||| Stepping ~*~*~tactically~*~*~ (outnumbered).
 25615 | D:11     | 25615 ||| Stepping ~*~*~tactically~*~*~ (outnumbered).
 25617 | D:11     | 25617 ||| Stepping ~*~*~tactically~*~*~ (outnumbered).
 25619 | D:11     | 25619 ||| Stepping ~*~*~tactically~*~*~ (outnumbered).
 25621 | D:11     | 25621 ||| Stepping ~*~*~tactically~*~*~ (outnumbered).
 25623 | D:11     | 25623 ||| Stepping ~*~*~tactically~*~*~ (outnumbered).
 25625 | D:11     | 25625 ||| Stepping ~*~*~tactically~*~*~ (outnumbered).
 25627 | D:11     | 25627 ||| Stepping ~*~*~tactically~*~*~ (outnumbered).
 25629 | D:11     | 25629 ||| Stepping ~*~*~tactically~*~*~ (outnumbered).
 25631 | D:11     | 25631 ||| Stepping ~*~*~tactically~*~*~ (outnumbered).
 25633 | D:11     | 25633 ||| Stepping ~*~*~tactically~*~*~ (outnumbered).
 25635 | D:11     | 25635 ||| Stepping ~*~*~tactically~*~*~ (outnumbered).
 25637 | D:11     | 25637 ||| Stepping ~*~*~tactically~*~*~ (outnumbered).
 25639 | D:11     | 25639 ||| Stepping ~*~*~tactically~*~*~ (outnumbered).
 25641 | D:11     | 25641 ||| Stepping ~*~*~tactically~*~*~ (outnumbered).
 25643 | D:11     | 25643 ||| Stepping ~*~*~tactically~*~*~ (outnumbered).
 25645 | D:11     | 25645 ||| Stepping ~*~*~tactically~*~*~ (outnumbered).
 25647 | D:11     | 25647 ||| Stepping ~*~*~tactically~*~*~ (outnumbered).
 25649 | D:11     | 25649 ||| Stepping ~*~*~tactically~*~*~ (outnumbered).
 25651 | D:11     | 25651 ||| Stepping ~*~*~tactically~*~*~ (outnumbered).
 25653 | D:11     | 25653 ||| Stepping ~*~*~tactically~*~*~ (outnumbered).
 25655 | D:11     | 25655 ||| Stepping ~*~*~tactically~*~*~ (outnumbered).
 25657 | D:11     | 25657 ||| Stepping ~*~*~tactically~*~*~ (outnumbered).
 25659 | D:11     | 25659 ||| Stepping ~*~*~tactically~*~*~ (outnumbered).
 25661 | D:11     | 25661 ||| Stepping ~*~*~tactically~*~*~ (outnumbered).
 25663 | D:11     | 25663 ||| Stepping ~*~*~tactically~*~*~ (outnumbered).
 25665 | D:11     | 25665 ||| Stepping ~*~*~tactically~*~*~ (outnumbered).
 25667 | D:11     | 25667 ||| Stepping ~*~*~tactically~*~*~ (outnumbered).
 25669 | D:11     | 25669 ||| Stepping ~*~*~tactically~*~*~ (outnumbered).
 25671 | D:11     | 25671 ||| Stepping ~*~*~tactically~*~*~ (outnumbered).
 25673 | D:11     | 25673 ||| Stepping ~*~*~tactically~*~*~ (outnumbered).
 25675 | D:11     | 25675 ||| Stepping ~*~*~tactically~*~*~ (outnumbered).
 25677 | D:11     | 25677 ||| Stepping ~*~*~tactically~*~*~ (outnumbered).
 25679 | D:11     | 25679 ||| Stepping ~*~*~tactically~*~*~ (outnumbered).
 25681 | D:11     | 25681 ||| Stepping ~*~*~tactically~*~*~ (outnumbered).
 25683 | D:11     | 25683 ||| Stepping ~*~*~tactically~*~*~ (outnumbered).
 25685 | D:11     | 25685 ||| Stepping ~*~*~tactically~*~*~ (outnumbered).
 25687 | D:11     | 25687 ||| Stepping ~*~*~tactically~*~*~ (outnumbered).
 25689 | D:11     | 25689 ||| Stepping ~*~*~tactically~*~*~ (outnumbered).
 25691 | D:11     | 25691 ||| Stepping ~*~*~tactically~*~*~ (outnumbered).
 25693 | D:11     | 25693 ||| Stepping ~*~*~tactically~*~*~ (outnumbered).
 25695 | D:11     | 25695 ||| Stepping ~*~*~tactically~*~*~ (outnumbered).
 25697 | D:11     | 25697 ||| Stepping ~*~*~tactically~*~*~ (outnumbered).
 25699 | D:11     | 25699 ||| Stepping ~*~*~tactically~*~*~ (outnumbered).
 25701 | D:11     | 25701 ||| Stepping ~*~*~tactically~*~*~ (outnumbered).
 25703 | D:11     | 25703 ||| Stepping ~*~*~tactically~*~*~ (outnumbered).
 25705 | D:11     | 25705 ||| Stepping ~*~*~tactically~*~*~ (outnumbered).
 25707 | D:11     | 25707 ||| Stepping ~*~*~tactically~*~*~ (outnumbered).
 25709 | D:11     | 25709 ||| Stepping ~*~*~tactically~*~*~ (outnumbered).
 25711 | D:11     | 25711 ||| Stepping ~*~*~tactically~*~*~ (outnumbered).
 25713 | D:11     | 25713 ||| Stepping ~*~*~tactically~*~*~ (outnumbered).
 25715 | D:11     | 25715 ||| Stepping ~*~*~tactically~*~*~ (outnumbered).
 25717 | D:11     | 25717 ||| Stepping ~*~*~tactically~*~*~ (outnumbered).
 25719 | D:11     | 25719 ||| Stepping ~*~*~tactically~*~*~ (outnumbered).
 25721 | D:11     | 25721 ||| Stepping ~*~*~tactically~*~*~ (outnumbered).
 25723 | D:11     | 25723 ||| Stepping ~*~*~tactically~*~*~ (outnumbered).
 25725 | D:11     | 25725 ||| Stepping ~*~*~tactically~*~*~ (outnumbered).
 25727 | D:11     | 25727 ||| Stepping ~*~*~tactically~*~*~ (outnumbered).
 25729 | D:11     | 25729 ||| Stepping ~*~*~tactically~*~*~ (outnumbered).
 25731 | D:11     | 25731 ||| Stepping ~*~*~tactically~*~*~ (outnumbered).
 25733 | D:11     | 25733 ||| Stepping ~*~*~tactically~*~*~ (outnumbered).
 25735 | D:11     | 25735 ||| Stepping ~*~*~tactically~*~*~ (outnumbered).
 25737 | D:11     | 25737 ||| Stepping ~*~*~tactically~*~*~ (outnumbered).
 25739 | D:11     | 25739 ||| Stepping ~*~*~tactically~*~*~ (outnumbered).
 25741 | D:11     | 25741 ||| Stepping ~*~*~tactically~*~*~ (outnumbered).
 25743 | D:11     | 25743 ||| Stepping ~*~*~tactically~*~*~ (outnumbered).
 25745 | D:11     | 25745 ||| Stepping ~*~*~tactically~*~*~ (outnumbered).
 25747 | D:11     | 25747 ||| Stepping ~*~*~tactically~*~*~ (outnumbered).
 25749 | D:11     | 25749 ||| Stepping ~*~*~tactically~*~*~ (outnumbered).
 25751 | D:11     | 25751 ||| Stepping ~*~*~tactically~*~*~ (outnumbered).
 25753 | D:11     | 25753 ||| Stepping ~*~*~tactically~*~*~ (outnumbered).
 25755 | D:11     | 25755 ||| Stepping ~*~*~tactically~*~*~ (outnumbered).
 25757 | D:11     | 25757 ||| Stepping ~*~*~tactically~*~*~ (outnumbered).
 25759 | D:11     | 25759 ||| Stepping ~*~*~tactically~*~*~ (outnumbered).
 25761 | D:11     | 25761 ||| Stepping ~*~*~tactically~*~*~ (outnumbered).
 25763 | D:11     | 25763 ||| Stepping ~*~*~tactically~*~*~ (outnumbered).
 25765 | D:11     | 25765 ||| Stepping ~*~*~tactically~*~*~ (outnumbered).
 25767 | D:11     | 25767 ||| Stepping ~*~*~tactically~*~*~ (outnumbered).
 25769 | D:11     | 25769 ||| Stepping ~*~*~tactically~*~*~ (outnumbered).
 25771 | D:11     | 25771 ||| Stepping ~*~*~tactically~*~*~ (outnumbered).
 25773 | D:11     | 25773 ||| Stepping ~*~*~tactically~*~*~ (outnumbered).
 25775 | D:11     | 25775 ||| Stepping ~*~*~tactically~*~*~ (outnumbered).
 25777 | D:11     | 25777 ||| Stepping ~*~*~tactically~*~*~ (outnumbered).
 25779 | D:11     | 25779 ||| Stepping ~*~*~tactically~*~*~ (outnumbered).
 25781 | D:11     | 25781 ||| Stepping ~*~*~tactically~*~*~ (outnumbered).
 25783 | D:11     | 25783 ||| Stepping ~*~*~tactically~*~*~ (outnumbered).
 25785 | D:11     | 25785 ||| Stepping ~*~*~tactically~*~*~ (outnumbered).
 25787 | D:11     | 25787 ||| Stepping ~*~*~tactically~*~*~ (outnumbered).
 25789 | D:11     | 25789 ||| Stepping ~*~*~tactically~*~*~ (outnumbered).
 25791 | D:11     | 25791 ||| Stepping ~*~*~tactically~*~*~ (outnumbered).
 25793 | D:11     | 25793 ||| Stepping ~*~*~tactically~*~*~ (outnumbered).
 25795 | D:11     | 25795 ||| Stepping ~*~*~tactically~*~*~ (outnumbered).
 25797 | D:11     | 25797 ||| Stepping ~*~*~tactically~*~*~ (outnumbered).
 25799 | D:11     | 25799 ||| Stepping ~*~*~tactically~*~*~ (outnumbered).
 25801 | D:11     | 25801 ||| Stepping ~*~*~tactically~*~*~ (outnumbered).
 25803 | D:11     | 25803 ||| Stepping ~*~*~tactically~*~*~ (outnumbered).
 25805 | D:11     | 25805 ||| Stepping ~*~*~tactically~*~*~ (outnumbered).
 25807 | D:11     | 25807 ||| Stepping ~*~*~tactically~*~*~ (outnumbered).
 25809 | D:11     | 25809 ||| Stepping ~*~*~tactically~*~*~ (outnumbered).
 25811 | D:11     | 25811 ||| Stepping ~*~*~tactically~*~*~ (outnumbered).
 25813 | D:11     | 25813 ||| Stepping ~*~*~tactically~*~*~ (outnumbered).
 25815 | D:11     | 25815 ||| Stepping ~*~*~tactically~*~*~ (outnumbered).
 25817 | D:11     | 25817 ||| Stepping ~*~*~tactically~*~*~ (outnumbered).
 25819 | D:11     | 25819 ||| Stepping ~*~*~tactically~*~*~ (outnumbered).
 25821 | D:11     | 25821 ||| Stepping ~*~*~tactically~*~*~ (outnumbered).
 25823 | D:11     | 25823 ||| Stepping ~*~*~tactically~*~*~ (outnumbered).
 25825 | D:11     | 25825 ||| Stepping ~*~*~tactically~*~*~ (outnumbered).
 25827 | D:11     | 25827 ||| Stepping ~*~*~tactically~*~*~ (outnumbered).
 25829 | D:11     | 25829 ||| Stepping ~*~*~tactically~*~*~ (outnumbered).
 25831 | D:11     | 25831 ||| Stepping ~*~*~tactically~*~*~ (outnumbered).
 25833 | D:11     | 25833 ||| Stepping ~*~*~tactically~*~*~ (outnumbered).
 25835 | D:11     | 25835 ||| Stepping ~*~*~tactically~*~*~ (outnumbered).
 25837 | D:11     | 25837 ||| Stepping ~*~*~tactically~*~*~ (outnumbered).
 25839 | D:11     | 25839 ||| Stepping ~*~*~tactically~*~*~ (outnumbered).
 25841 | D:11     | 25841 ||| Stepping ~*~*~tactically~*~*~ (outnumbered).
 25843 | D:11     | 25843 ||| Stepping ~*~*~tactically~*~*~ (outnumbered).
 25845 | D:11     | 25845 ||| Stepping ~*~*~tactically~*~*~ (outnumbered).
 25847 | D:11     | 25847 ||| Stepping ~*~*~tactically~*~*~ (outnumbered).
 25849 | D:11     | 25849 ||| Stepping ~*~*~tactically~*~*~ (outnumbered).
 25851 | D:11     | 25851 ||| Stepping ~*~*~tactically~*~*~ (outnumbered).
 25853 | D:11     | 25853 ||| Stepping ~*~*~tactically~*~*~ (outnumbered).
 25855 | D:11     | 25855 ||| Stepping ~*~*~tactically~*~*~ (outnumbered).
 25857 | D:11     | 25857 ||| Stepping ~*~*~tactically~*~*~ (outnumbered).
 25859 | D:11     | 25859 ||| Stepping ~*~*~tactically~*~*~ (outnumbered).
 25861 | D:11     | 25861 ||| Stepping ~*~*~tactically~*~*~ (outnumbered).
 25863 | D:11     | 25863 ||| Stepping ~*~*~tactically~*~*~ (outnumbered).
 25865 | D:11     | 25865 ||| Stepping ~*~*~tactically~*~*~ (outnumbered).
 25867 | D:11     | 25867 ||| Stepping ~*~*~tactically~*~*~ (outnumbered).
 25869 | D:11     | 25869 ||| Stepping ~*~*~tactically~*~*~ (outnumbered).
 25871 | D:11     | 25871 ||| Stepping ~*~*~tactically~*~*~ (outnumbered).
 25873 | D:11     | 25873 ||| Stepping ~*~*~tactically~*~*~ (outnumbered).
 25875 | D:11     | 25875 ||| Stepping ~*~*~tactically~*~*~ (outnumbered).
 25877 | D:11     | 25877 ||| Stepping ~*~*~tactically~*~*~ (outnumbered).
 25879 | D:11     | 25879 ||| Stepping ~*~*~tactically~*~*~ (outnumbered).
 25881 | D:11     | 25881 ||| Stepping ~*~*~tactically~*~*~ (outnumbered).
 25883 | D:11     | 25883 ||| Stepping ~*~*~tactically~*~*~ (outnumbered).
 25885 | D:11     | 25885 ||| Stepping ~*~*~tactically~*~*~ (outnumbered).
 25887 | D:11     | 25887 ||| Stepping ~*~*~tactically~*~*~ (outnumbered).
 25889 | D:11     | 25889 ||| Stepping ~*~*~tactically~*~*~ (outnumbered).
 25891 | D:11     | 25891 ||| Stepping ~*~*~tactically~*~*~ (outnumbered).
 25893 | D:11     | 25893 ||| Stepping ~*~*~tactically~*~*~ (outnumbered).
 25895 | D:11     | 25895 ||| Stepping ~*~*~tactically~*~*~ (outnumbered).
 25897 | D:11     | 25897 ||| Stepping ~*~*~tactically~*~*~ (outnumbered).
 25899 | D:11     | 25899 ||| Stepping ~*~*~tactically~*~*~ (outnumbered).
 25901 | D:11     | 25901 ||| Stepping ~*~*~tactically~*~*~ (outnumbered).
 25903 | D:11     | 25903 ||| Stepping ~*~*~tactically~*~*~ (outnumbered).
 25905 | D:11     | 25905 ||| Stepping ~*~*~tactically~*~*~ (outnumbered).
 25907 | D:11     | 25907 ||| Stepping ~*~*~tactically~*~*~ (outnumbered).
 25909 | D:11     | 25909 ||| Stepping ~*~*~tactically~*~*~ (outnumbered).
 25911 | D:11     | 25911 ||| Stepping ~*~*~tactically~*~*~ (outnumbered).
 25913 | D:11     | 25913 ||| Stepping ~*~*~tactically~*~*~ (outnumbered).
 25915 | D:11     | 25915 ||| Stepping ~*~*~tactically~*~*~ (outnumbered).
 25917 | D:11     | 25917 ||| Stepping ~*~*~tactically~*~*~ (outnumbered).
 25919 | D:11     | 25919 ||| Stepping ~*~*~tactically~*~*~ (outnumbered).
 25921 | D:11     | 25921 ||| Stepping ~*~*~tactically~*~*~ (outnumbered).
 25923 | D:11     | 25923 ||| Stepping ~*~*~tactically~*~*~ (outnumbered).
 25925 | D:11     | 25925 ||| Stepping ~*~*~tactically~*~*~ (outnumbered).
 25927 | D:11     | 25927 ||| Stepping ~*~*~tactically~*~*~ (outnumbered).
 25929 | D:11     | 25929 ||| Stepping ~*~*~tactically~*~*~ (outnumbered).
 25931 | D:11     | 25931 ||| Stepping ~*~*~tactically~*~*~ (outnumbered).
 25933 | D:11     | 25933 ||| Stepping ~*~*~tactically~*~*~ (outnumbered).
 25935 | D:11     | 25935 ||| Stepping ~*~*~tactically~*~*~ (outnumbered).
 25937 | D:11     | 25937 ||| Stepping ~*~*~tactically~*~*~ (outnumbered).
 25939 | D:11     | 25939 ||| Stepping ~*~*~tactically~*~*~ (outnumbered).
 25941 | D:11     | 25941 ||| Stepping ~*~*~tactically~*~*~ (outnumbered).
 25943 | D:11     | 25943 ||| Stepping ~*~*~tactically~*~*~ (outnumbered).
 25945 | D:11     | 25945 ||| Stepping ~*~*~tactically~*~*~ (outnumbered).
 25947 | D:11     | 25947 ||| Stepping ~*~*~tactically~*~*~ (outnumbered).
 25949 | D:11     | 25949 ||| Stepping ~*~*~tactically~*~*~ (outnumbered).
 25951 | D:11     | 25951 ||| Stepping ~*~*~tactically~*~*~ (outnumbered).
 25953 | D:11     | 25953 ||| Stepping ~*~*~tactically~*~*~ (outnumbered).
 25955 | D:11     | 25955 ||| Stepping ~*~*~tactically~*~*~ (outnumbered).
 25957 | D:11     | 25957 ||| Stepping ~*~*~tactically~*~*~ (outnumbered).
 25959 | D:11     | 25959 ||| Stepping ~*~*~tactically~*~*~ (outnumbered).
 25961 | D:11     | 25961 ||| Stepping ~*~*~tactically~*~*~ (outnumbered).
 25963 | D:11     | 25963 ||| Stepping ~*~*~tactically~*~*~ (outnumbered).
 25965 | D:11     | 25965 ||| Stepping ~*~*~tactically~*~*~ (outnumbered).
 25967 | D:11     | 25967 ||| Stepping ~*~*~tactically~*~*~ (outnumbered).
 25969 | D:11     | 25969 ||| Stepping ~*~*~tactically~*~*~ (outnumbered).
 25971 | D:11     | 25971 ||| Stepping ~*~*~tactically~*~*~ (outnumbered).
 25973 | D:11     | 25973 ||| Stepping ~*~*~tactically~*~*~ (outnumbered).
 25975 | D:11     | 25975 ||| Stepping ~*~*~tactically~*~*~ (outnumbered).
 25977 | D:11     | 25977 ||| Stepping ~*~*~tactically~*~*~ (outnumbered).
 25979 | D:11     | 25979 ||| Stepping ~*~*~tactically~*~*~ (outnumbered).
 25981 | D:11     | 25981 ||| Stepping ~*~*~tactically~*~*~ (outnumbered).
 25983 | D:11     | 25983 ||| Stepping ~*~*~tactically~*~*~ (outnumbered).
 25985 | D:11     | 25985 ||| Stepping ~*~*~tactically~*~*~ (outnumbered).
 25987 | D:11     | 25987 ||| Stepping ~*~*~tactically~*~*~ (outnumbered).
 25989 | D:11     | 25989 ||| Stepping ~*~*~tactically~*~*~ (outnumbered).
 25991 | D:11     | 25991 ||| Stepping ~*~*~tactically~*~*~ (outnumbered).
 25993 | D:11     | 25993 ||| Stepping ~*~*~tactically~*~*~ (outnumbered).
 25995 | D:11     | 25995 ||| Stepping ~*~*~tactically~*~*~ (outnumbered).
 25997 | D:11     | 25997 ||| Stepping ~*~*~tactically~*~*~ (outnumbered).
 25999 | D:11     | 25999 ||| Stepping ~*~*~tactically~*~*~ (outnumbered).
 26001 | D:11     | 26001 ||| Stepping ~*~*~tactically~*~*~ (outnumbered).
 26003 | D:11     | 26003 ||| Stepping ~*~*~tactically~*~*~ (outnumbered).
 26005 | D:11     | 26005 ||| Stepping ~*~*~tactically~*~*~ (outnumbered).
 26007 | D:11     | 26007 ||| Stepping ~*~*~tactically~*~*~ (outnumbered).
 26009 | D:11     | 26009 ||| Stepping ~*~*~tactically~*~*~ (outnumbered).
 26011 | D:11     | 26011 ||| Stepping ~*~*~tactically~*~*~ (outnumbered).
 26013 | D:11     | 26013 ||| Stepping ~*~*~tactically~*~*~ (outnumbered).
 26015 | D:11     | 26015 ||| Stepping ~*~*~tactically~*~*~ (outnumbered).
 26017 | D:11     | 26017 ||| Stepping ~*~*~tactically~*~*~ (outnumbered).
 26019 | D:11     | 26019 ||| Stepping ~*~*~tactically~*~*~ (outnumbered).
 26021 | D:11     | 26021 ||| Stepping ~*~*~tactically~*~*~ (outnumbered).
 26023 | D:11     | 26023 ||| Stepping ~*~*~tactically~*~*~ (outnumbered).
 26025 | D:11     | 26025 ||| Stepping ~*~*~tactically~*~*~ (outnumbered).
 26027 | D:11     | 26027 ||| Stepping ~*~*~tactically~*~*~ (outnumbered).
 26029 | D:11     | 26029 ||| Stepping ~*~*~tactically~*~*~ (outnumbered).
 26031 | D:11     | 26031 ||| Stepping ~*~*~tactically~*~*~ (outnumbered).
 26033 | D:11     | 26033 ||| Stepping ~*~*~tactically~*~*~ (outnumbered).
 26035 | D:11     | 26035 ||| Stepping ~*~*~tactically~*~*~ (outnumbered).
 26037 | D:11     | 26037 ||| Stepping ~*~*~tactically~*~*~ (outnumbered).
 26039 | D:11     | 26039 ||| Stepping ~*~*~tactically~*~*~ (outnumbered).
 26041 | D:11     | 26041 ||| Stepping ~*~*~tactically~*~*~ (outnumbered).
 26043 | D:11     | 26043 ||| Stepping ~*~*~tactically~*~*~ (outnumbered).
 26045 | D:11     | 26045 ||| Stepping ~*~*~tactically~*~*~ (outnumbered).
 26047 | D:11     | 26047 ||| Stepping ~*~*~tactically~*~*~ (outnumbered).
 26049 | D:11     | 26049 ||| Stepping ~*~*~tactically~*~*~ (outnumbered).
 26051 | D:11     | 26051 ||| Stepping ~*~*~tactically~*~*~ (outnumbered).
 26053 | D:11     | 26053 ||| Stepping ~*~*~tactically~*~*~ (outnumbered).
 26055 | D:11     | 26055 ||| Stepping ~*~*~tactically~*~*~ (outnumbered).
 26057 | D:11     | 26057 ||| Stepping ~*~*~tactically~*~*~ (outnumbered).
 26059 | D:11     | 26059 ||| Stepping ~*~*~tactically~*~*~ (outnumbered).
 26061 | D:11     | 26061 ||| Stepping ~*~*~tactically~*~*~ (outnumbered).
 26063 | D:11     | 26063 ||| Stepping ~*~*~tactically~*~*~ (outnumbered).
 26065 | D:11     | 26065 ||| Stepping ~*~*~tactically~*~*~ (outnumbered).
 26067 | D:11     | 26067 ||| Stepping ~*~*~tactically~*~*~ (outnumbered).
 26069 | D:11     | 26069 ||| Stepping ~*~*~tactically~*~*~ (outnumbered).
 26071 | D:11     | 26071 ||| Stepping ~*~*~tactically~*~*~ (outnumbered).
 26073 | D:11     | 26073 ||| Stepping ~*~*~tactically~*~*~ (outnumbered).
 26075 | D:11     | 26075 ||| Stepping ~*~*~tactically~*~*~ (outnumbered).
 26077 | D:11     | 26077 ||| Stepping ~*~*~tactically~*~*~ (outnumbered).
 26079 | D:11     | 26079 ||| Stepping ~*~*~tactically~*~*~ (outnumbered).
 26081 | D:11     | 26081 ||| Stepping ~*~*~tactically~*~*~ (outnumbered).
 26083 | D:11     | 26083 ||| Stepping ~*~*~tactically~*~*~ (outnumbered).
 26085 | D:11     | 26085 ||| Stepping ~*~*~tactically~*~*~ (outnumbered).
 26087 | D:11     | 26087 ||| Stepping ~*~*~tactically~*~*~ (outnumbered).
 26089 | D:11     | 26089 ||| Stepping ~*~*~tactically~*~*~ (outnumbered).
 26091 | D:11     | 26091 ||| Stepping ~*~*~tactically~*~*~ (outnumbered).
 26093 | D:11     | 26093 ||| Stepping ~*~*~tactically~*~*~ (outnumbered).
 26095 | D:11     | 26095 ||| Stepping ~*~*~tactically~*~*~ (outnumbered).
 26097 | D:11     | 26097 ||| Stepping ~*~*~tactically~*~*~ (outnumbered).
 26099 | D:11     | 26099 ||| Stepping ~*~*~tactically~*~*~ (outnumbered).
 26101 | D:11     | 26101 ||| Stepping ~*~*~tactically~*~*~ (outnumbered).
 26103 | D:11     | 26103 ||| Stepping ~*~*~tactically~*~*~ (outnumbered).
 26105 | D:11     | 26105 ||| Stepping ~*~*~tactically~*~*~ (outnumbered).
 26107 | D:11     | 26107 ||| Stepping ~*~*~tactically~*~*~ (outnumbered).
 26109 | D:11     | 26109 ||| Stepping ~*~*~tactically~*~*~ (outnumbered).
 26111 | D:11     | 26111 ||| Stepping ~*~*~tactically~*~*~ (outnumbered).
 26113 | D:11     | 26113 ||| Stepping ~*~*~tactically~*~*~ (outnumbered).
 26115 | D:11     | 26115 ||| Stepping ~*~*~tactically~*~*~ (outnumbered).
 26117 | D:11     | 26117 ||| Stepping ~*~*~tactically~*~*~ (outnumbered).
 26119 | D:11     | 26119 ||| Stepping ~*~*~tactically~*~*~ (outnumbered).
 26121 | D:11     | 26121 ||| Stepping ~*~*~tactically~*~*~ (outnumbered).
 26123 | D:11     | 26123 ||| Stepping ~*~*~tactically~*~*~ (outnumbered).
 26125 | D:11     | 26125 ||| Stepping ~*~*~tactically~*~*~ (outnumbered).
 26127 | D:11     | 26127 ||| Stepping ~*~*~tactically~*~*~ (outnumbered).
 26129 | D:11     | 26129 ||| Stepping ~*~*~tactically~*~*~ (outnumbered).
 26131 | D:11     | 26131 ||| Stepping ~*~*~tactically~*~*~ (outnumbered).
 26133 | D:11     | 26133 ||| Stepping ~*~*~tactically~*~*~ (outnumbered).
 26135 | D:11     | 26135 ||| Stepping ~*~*~tactically~*~*~ (outnumbered).
 26137 | D:11     | 26137 ||| Stepping ~*~*~tactically~*~*~ (outnumbered).
 26139 | D:11     | 26139 ||| Stepping ~*~*~tactically~*~*~ (outnumbered).
 26141 | D:11     | 26141 ||| Stepping ~*~*~tactically~*~*~ (outnumbered).
 26143 | D:11     | 26143 ||| Stepping ~*~*~tactically~*~*~ (outnumbered).
 26145 | D:11     | 26145 ||| Stepping ~*~*~tactically~*~*~ (outnumbered).
 26147 | D:11     | 26147 ||| Stepping ~*~*~tactically~*~*~ (outnumbered).
 26149 | D:11     | 26149 ||| Stepping ~*~*~tactically~*~*~ (outnumbered).
 26151 | D:11     | 26151 ||| Stepping ~*~*~tactically~*~*~ (outnumbered).
 26153 | D:11     | 26153 ||| Stepping ~*~*~tactically~*~*~ (outnumbered).
 26155 | D:11     | 26155 ||| Stepping ~*~*~tactically~*~*~ (outnumbered).
 26157 | D:11     | 26157 ||| Stepping ~*~*~tactically~*~*~ (outnumbered).
 26159 | D:11     | 26159 ||| Stepping ~*~*~tactically~*~*~ (outnumbered).
 26161 | D:11     | 26161 ||| Stepping ~*~*~tactically~*~*~ (outnumbered).
 26163 | D:11     | 26163 ||| Stepping ~*~*~tactically~*~*~ (outnumbered).
 26165 | D:11     | 26165 ||| Stepping ~*~*~tactically~*~*~ (outnumbered).
 26167 | D:11     | 26167 ||| Stepping ~*~*~tactically~*~*~ (outnumbered).
 26169 | D:11     | 26169 ||| Stepping ~*~*~tactically~*~*~ (outnumbered).
 26171 | D:11     | 26171 ||| Stepping ~*~*~tactically~*~*~ (outnumbered).
 26173 | D:11     | 26173 ||| Stepping ~*~*~tactically~*~*~ (outnumbered).
 26175 | D:11     | 26175 ||| Stepping ~*~*~tactically~*~*~ (outnumbered).
 26177 | D:11     | 26177 ||| Stepping ~*~*~tactically~*~*~ (outnumbered).
 26179 | D:11     | 26179 ||| Stepping ~*~*~tactically~*~*~ (outnumbered).
 26181 | D:11     | 26181 ||| Stepping ~*~*~tactically~*~*~ (outnumbered).
 26183 | D:11     | 26183 ||| Stepping ~*~*~tactically~*~*~ (outnumbered).
 26185 | D:11     | 26185 ||| Stepping ~*~*~tactically~*~*~ (outnumbered).
 26187 | D:11     | 26187 ||| Stepping ~*~*~tactically~*~*~ (outnumbered).
 26189 | D:11     | 26189 ||| Stepping ~*~*~tactically~*~*~ (outnumbered).
 26191 | D:11     | 26191 ||| Stepping ~*~*~tactically~*~*~ (outnumbered).
 26193 | D:11     | 26193 ||| Stepping ~*~*~tactically~*~*~ (outnumbered).
 26195 | D:11     | 26195 ||| Stepping ~*~*~tactically~*~*~ (outnumbered).
 26197 | D:11     | 26197 ||| Stepping ~*~*~tactically~*~*~ (outnumbered).
 26199 | D:11     | 26199 ||| Stepping ~*~*~tactically~*~*~ (outnumbered).
 26201 | D:11     | 26201 ||| Stepping ~*~*~tactically~*~*~ (outnumbered).
 26203 | D:11     | 26203 ||| Stepping ~*~*~tactically~*~*~ (outnumbered).
 26205 | D:11     | 26205 ||| Stepping ~*~*~tactically~*~*~ (outnumbered).
 26207 | D:11     | 26207 ||| Stepping ~*~*~tactically~*~*~ (outnumbered).
 26209 | D:11     | 26209 ||| Stepping ~*~*~tactically~*~*~ (outnumbered).
 26211 | D:11     | 26211 ||| Stepping ~*~*~tactically~*~*~ (outnumbered).
 26213 | D:11     | 26213 ||| Stepping ~*~*~tactically~*~*~ (outnumbered).
 26215 | D:11     | 26215 ||| Stepping ~*~*~tactically~*~*~ (outnumbered).
 26217 | D:11     | 26217 ||| Stepping ~*~*~tactically~*~*~ (outnumbered).
 26219 | D:11     | 26219 ||| Stepping ~*~*~tactically~*~*~ (outnumbered).
 26221 | D:11     | 26221 ||| Stepping ~*~*~tactically~*~*~ (outnumbered).
 26223 | D:11     | 26223 ||| Stepping ~*~*~tactically~*~*~ (outnumbered).
 26225 | D:11     | 26225 ||| Stepping ~*~*~tactically~*~*~ (outnumbered).
 26227 | D:11     | 26227 ||| Stepping ~*~*~tactically~*~*~ (outnumbered).
 26229 | D:11     | 26229 ||| Stepping ~*~*~tactically~*~*~ (outnumbered).
 26231 | D:11     | 26231 ||| Stepping ~*~*~tactically~*~*~ (outnumbered).
 26233 | D:11     | 26233 ||| Stepping ~*~*~tactically~*~*~ (outnumbered).
 26235 | D:11     | 26235 ||| Stepping ~*~*~tactically~*~*~ (outnumbered).
 26237 | D:11     | 26237 ||| Stepping ~*~*~tactically~*~*~ (outnumbered).
 26239 | D:11     | 26239 ||| Stepping ~*~*~tactically~*~*~ (outnumbered).
 26241 | D:11     | 26241 ||| Stepping ~*~*~tactically~*~*~ (outnumbered).
 26243 | D:11     | 26243 ||| Stepping ~*~*~tactically~*~*~ (outnumbered).
 26245 | D:11     | 26245 ||| Stepping ~*~*~tactically~*~*~ (outnumbered).
 26247 | D:11     | 26247 ||| Stepping ~*~*~tactically~*~*~ (outnumbered).
 26249 | D:11     | 26249 ||| Stepping ~*~*~tactically~*~*~ (outnumbered).
 26251 | D:11     | 26251 ||| Stepping ~*~*~tactically~*~*~ (outnumbered).
 26253 | D:11     | 26253 ||| Stepping ~*~*~tactically~*~*~ (outnumbered).
 26255 | D:11     | 26255 ||| Stepping ~*~*~tactically~*~*~ (outnumbered).
 26257 | D:11     | 26257 ||| Stepping ~*~*~tactically~*~*~ (outnumbered).
 26259 | D:11     | 26259 ||| Stepping ~*~*~tactically~*~*~ (outnumbered).
 26261 | D:11     | 26261 ||| Stepping ~*~*~tactically~*~*~ (outnumbered).
 26263 | D:11     | 26263 ||| Stepping ~*~*~tactically~*~*~ (outnumbered).
 26265 | D:11     | 26265 ||| Stepping ~*~*~tactically~*~*~ (outnumbered).
 26267 | D:11     | 26267 ||| Stepping ~*~*~tactically~*~*~ (outnumbered).
 26269 | D:11     | 26269 ||| Stepping ~*~*~tactically~*~*~ (outnumbered).
 26271 | D:11     | 26271 ||| Stepping ~*~*~tactically~*~*~ (outnumbered).
 26273 | D:11     | 26273 ||| Stepping ~*~*~tactically~*~*~ (outnumbered).
 26275 | D:11     | 26275 ||| Stepping ~*~*~tactically~*~*~ (outnumbered).
 26277 | D:11     | 26277 ||| Stepping ~*~*~tactically~*~*~ (outnumbered).
 26279 | D:11     | 26279 ||| Stepping ~*~*~tactically~*~*~ (outnumbered).
 26281 | D:11     | 26281 ||| Stepping ~*~*~tactically~*~*~ (outnumbered).
 26283 | D:11     | 26283 ||| Stepping ~*~*~tactically~*~*~ (outnumbered).
 26285 | D:11     | 26285 ||| Stepping ~*~*~tactically~*~*~ (outnumbered).
 26287 | D:11     | 26287 ||| Stepping ~*~*~tactically~*~*~ (outnumbered).
 26289 | D:11     | 26289 ||| Stepping ~*~*~tactically~*~*~ (outnumbered).
 26291 | D:11     | 26291 ||| Stepping ~*~*~tactically~*~*~ (outnumbered).
 26293 | D:11     | 26293 ||| Stepping ~*~*~tactically~*~*~ (outnumbered).
 26295 | D:11     | 26295 ||| Stepping ~*~*~tactically~*~*~ (outnumbered).
 26297 | D:11     | 26297 ||| Stepping ~*~*~tactically~*~*~ (outnumbered).
 26299 | D:11     | 26299 ||| Stepping ~*~*~tactically~*~*~ (outnumbered).
 26301 | D:11     | 26301 ||| Stepping ~*~*~tactically~*~*~ (outnumbered).
 26303 | D:11     | 26303 ||| Stepping ~*~*~tactically~*~*~ (outnumbered).
 26305 | D:11     | 26305 ||| Stepping ~*~*~tactically~*~*~ (outnumbered).
 26307 | D:11     | 26307 ||| Stepping ~*~*~tactically~*~*~ (outnumbered).
 26309 | D:11     | 26309 ||| Stepping ~*~*~tactically~*~*~ (outnumbered).
 26311 | D:11     | 26311 ||| Stepping ~*~*~tactically~*~*~ (outnumbered).
 26313 | D:11     | 26313 ||| Stepping ~*~*~tactically~*~*~ (outnumbered).
 26315 | D:11     | 26315 ||| Stepping ~*~*~tactically~*~*~ (outnumbered).
 26317 | D:11     | 26317 ||| Stepping ~*~*~tactically~*~*~ (outnumbered).
 26319 | D:11     | 26319 ||| Stepping ~*~*~tactically~*~*~ (outnumbered).
 26321 | D:11     | 26321 ||| Stepping ~*~*~tactically~*~*~ (outnumbered).
 26323 | D:11     | 26323 ||| Stepping ~*~*~tactically~*~*~ (outnumbered).
 26325 | D:11     | 26325 ||| Stepping ~*~*~tactically~*~*~ (outnumbered).
 26327 | D:11     | 26327 ||| Stepping ~*~*~tactically~*~*~ (outnumbered).
 26329 | D:11     | 26329 ||| Stepping ~*~*~tactically~*~*~ (outnumbered).
 26331 | D:11     | 26331 ||| Stepping ~*~*~tactically~*~*~ (outnumbered).
 26333 | D:11     | 26333 ||| Stepping ~*~*~tactically~*~*~ (outnumbered).
 26335 | D:11     | 26335 ||| Stepping ~*~*~tactically~*~*~ (outnumbered).
 26337 | D:11     | 26337 ||| Stepping ~*~*~tactically~*~*~ (outnumbered).
 26339 | D:11     | 26339 ||| Stepping ~*~*~tactically~*~*~ (outnumbered).
 26341 | D:11     | 26341 ||| Stepping ~*~*~tactically~*~*~ (outnumbered).
 26343 | D:11     | 26343 ||| Stepping ~*~*~tactically~*~*~ (outnumbered).
 26345 | D:11     | 26345 ||| Stepping ~*~*~tactically~*~*~ (outnumbered).
 26347 | D:11     | 26347 ||| Stepping ~*~*~tactically~*~*~ (outnumbered).
 26349 | D:11     | 26349 ||| Stepping ~*~*~tactically~*~*~ (outnumbered).
 26351 | D:11     | 26351 ||| Stepping ~*~*~tactically~*~*~ (outnumbered).
 26353 | D:11     | 26353 ||| Stepping ~*~*~tactically~*~*~ (outnumbered).
 26355 | D:11     | 26355 ||| Stepping ~*~*~tactically~*~*~ (outnumbered).
 26357 | D:11     | 26357 ||| Stepping ~*~*~tactically~*~*~ (outnumbered).
 26359 | D:11     | 26359 ||| Stepping ~*~*~tactically~*~*~ (outnumbered).
 26361 | D:11     | 26361 ||| Stepping ~*~*~tactically~*~*~ (outnumbered).
 26363 | D:11     | 26363 ||| Stepping ~*~*~tactically~*~*~ (outnumbered).
 26365 | D:11     | 26365 ||| Stepping ~*~*~tactically~*~*~ (outnumbered).
 26367 | D:11     | 26367 ||| Stepping ~*~*~tactically~*~*~ (outnumbered).
 26369 | D:11     | 26369 ||| Stepping ~*~*~tactically~*~*~ (outnumbered).
 26371 | D:11     | 26371 ||| Stepping ~*~*~tactically~*~*~ (outnumbered).
 26373 | D:11     | 26373 ||| Stepping ~*~*~tactically~*~*~ (outnumbered).
 26375 | D:11     | 26375 ||| Stepping ~*~*~tactically~*~*~ (outnumbered).
 26377 | D:11     | 26377 ||| Stepping ~*~*~tactically~*~*~ (outnumbered).
 26379 | D:11     | 26379 ||| Stepping ~*~*~tactically~*~*~ (outnumbered).
 26381 | D:11     | 26381 ||| Stepping ~*~*~tactically~*~*~ (outnumbered).
 26383 | D:11     | 26383 ||| Stepping ~*~*~tactically~*~*~ (outnumbered).
 26385 | D:11     | 26385 ||| Stepping ~*~*~tactically~*~*~ (outnumbered).
 26387 | D:11     | 26387 ||| Stepping ~*~*~tactically~*~*~ (outnumbered).
 26389 | D:11     | 26389 ||| Stepping ~*~*~tactically~*~*~ (outnumbered).
 26391 | D:11     | 26391 ||| Stepping ~*~*~tactically~*~*~ (outnumbered).
 26393 | D:11     | 26393 ||| Stepping ~*~*~tactically~*~*~ (outnumbered).
 26395 | D:11     | 26395 ||| Stepping ~*~*~tactically~*~*~ (outnumbered).
 26397 | D:11     | 26397 ||| Stepping ~*~*~tactically~*~*~ (outnumbered).
 26399 | D:11     | 26399 ||| Stepping ~*~*~tactically~*~*~ (outnumbered).
 26401 | D:11     | 26401 ||| Stepping ~*~*~tactically~*~*~ (outnumbered).
 26403 | D:11     | 26403 ||| Stepping ~*~*~tactically~*~*~ (outnumbered).
 26405 | D:11     | 26405 ||| Stepping ~*~*~tactically~*~*~ (outnumbered).
 26407 | D:11     | 26407 ||| Stepping ~*~*~tactically~*~*~ (outnumbered).
 26409 | D:11     | 26409 ||| Stepping ~*~*~tactically~*~*~ (outnumbered).
 26411 | D:11     | 26411 ||| Stepping ~*~*~tactically~*~*~ (outnumbered).
 26413 | D:11     | 26413 ||| Stepping ~*~*~tactically~*~*~ (outnumbered).
 26415 | D:11     | 26415 ||| Stepping ~*~*~tactically~*~*~ (outnumbered).
 26417 | D:11     | 26417 ||| Stepping ~*~*~tactically~*~*~ (outnumbered).
 26419 | D:11     | 26419 ||| Stepping ~*~*~tactically~*~*~ (outnumbered).
 26421 | D:11     | 26421 ||| Stepping ~*~*~tactically~*~*~ (outnumbered).
 26423 | D:11     | 26423 ||| Stepping ~*~*~tactically~*~*~ (outnumbered).
 26425 | D:11     | 26425 ||| Stepping ~*~*~tactically~*~*~ (outnumbered).
 26427 | D:11     | 26427 ||| Stepping ~*~*~tactically~*~*~ (outnumbered).
 26429 | D:11     | 26429 ||| Stepping ~*~*~tactically~*~*~ (outnumbered).
 26431 | D:11     | 26431 ||| Stepping ~*~*~tactically~*~*~ (outnumbered).
 26433 | D:11     | 26433 ||| Stepping ~*~*~tactically~*~*~ (outnumbered).
 26435 | D:11     | 26435 ||| Stepping ~*~*~tactically~*~*~ (outnumbered).
 26437 | D:11     | 26437 ||| Stepping ~*~*~tactically~*~*~ (outnumbered).
 26439 | D:11     | 26439 ||| Stepping ~*~*~tactically~*~*~ (outnumbered).
 26441 | D:11     | 26441 ||| Stepping ~*~*~tactically~*~*~ (outnumbered).
 26443 | D:11     | 26443 ||| Stepping ~*~*~tactically~*~*~ (outnumbered).
 26445 | D:11     | 26445 ||| Stepping ~*~*~tactically~*~*~ (outnumbered).
 26447 | D:11     | 26447 ||| Stepping ~*~*~tactically~*~*~ (outnumbered).
 26449 | D:11     | 26449 ||| Stepping ~*~*~tactically~*~*~ (outnumbered).
 26451 | D:11     | 26451 ||| Stepping ~*~*~tactically~*~*~ (outnumbered).
 26453 | D:11     | 26453 ||| Stepping ~*~*~tactically~*~*~ (outnumbered).
 26455 | D:11     | 26455 ||| Stepping ~*~*~tactically~*~*~ (outnumbered).
 26457 | D:11     | 26457 ||| Stepping ~*~*~tactically~*~*~ (outnumbered).
 26459 | D:11     | 26459 ||| Stepping ~*~*~tactically~*~*~ (outnumbered).
 26461 | D:11     | 26461 ||| Stepping ~*~*~tactically~*~*~ (outnumbered).
 26463 | D:11     | 26463 ||| Stepping ~*~*~tactically~*~*~ (outnumbered).
 26465 | D:11     | 26465 ||| Stepping ~*~*~tactically~*~*~ (outnumbered).
 26467 | D:11     | 26467 ||| Stepping ~*~*~tactically~*~*~ (outnumbered).
 26469 | D:11     | 26469 ||| Stepping ~*~*~tactically~*~*~ (outnumbered).
 26471 | D:11     | 26471 ||| Stepping ~*~*~tactically~*~*~ (outnumbered).
 26473 | D:11     | 26473 ||| Stepping ~*~*~tactically~*~*~ (outnumbered).
 26475 | D:11     | 26475 ||| Stepping ~*~*~tactically~*~*~ (outnumbered).
 26477 | D:11     | 26477 ||| Stepping ~*~*~tactically~*~*~ (outnumbered).
 26479 | D:11     | 26479 ||| Stepping ~*~*~tactically~*~*~ (outnumbered).
 26481 | D:11     | 26481 ||| Stepping ~*~*~tactically~*~*~ (outnumbered).
 26483 | D:11     | 26483 ||| Stepping ~*~*~tactically~*~*~ (outnumbered).
 26485 | D:11     | 26485 ||| Stepping ~*~*~tactically~*~*~ (outnumbered).
 26487 | D:11     | 26487 ||| Stepping ~*~*~tactically~*~*~ (outnumbered).
 26489 | D:11     | 26489 ||| Stepping ~*~*~tactically~*~*~ (outnumbered).
 26491 | D:11     | 26491 ||| Stepping ~*~*~tactically~*~*~ (outnumbered).
 26493 | D:11     | 26493 ||| Stepping ~*~*~tactically~*~*~ (outnumbered).
 26495 | D:11     | 26495 ||| Stepping ~*~*~tactically~*~*~ (outnumbered).
 26497 | D:11     | 26497 ||| Stepping ~*~*~tactically~*~*~ (outnumbered).
 26499 | D:11     | 26499 ||| Stepping ~*~*~tactically~*~*~ (outnumbered).
 26501 | D:11     | 26501 ||| Stepping ~*~*~tactically~*~*~ (outnumbered).
 26503 | D:11     | 26503 ||| Stepping ~*~*~tactically~*~*~ (outnumbered).
 26505 | D:11     | 26505 ||| Stepping ~*~*~tactically~*~*~ (outnumbered).
 26507 | D:11     | 26507 ||| Stepping ~*~*~tactically~*~*~ (outnumbered).
 26509 | D:11     | 26509 ||| Stepping ~*~*~tactically~*~*~ (outnumbered).
 26511 | D:11     | 26511 ||| Stepping ~*~*~tactically~*~*~ (outnumbered).
 26513 | D:11     | 26513 ||| Stepping ~*~*~tactically~*~*~ (outnumbered).
 26515 | D:11     | 26515 ||| Stepping ~*~*~tactically~*~*~ (outnumbered).
 26517 | D:11     | 26517 ||| Stepping ~*~*~tactically~*~*~ (outnumbered).
 26519 | D:11     | 26519 ||| Stepping ~*~*~tactically~*~*~ (outnumbered).
 26521 | D:11     | 26521 ||| Stepping ~*~*~tactically~*~*~ (outnumbered).
 26523 | D:11     | 26523 ||| Stepping ~*~*~tactically~*~*~ (outnumbered).
 26525 | D:11     | 26525 ||| Stepping ~*~*~tactically~*~*~ (outnumbered).
 26527 | D:11     | 26527 ||| Stepping ~*~*~tactically~*~*~ (outnumbered).
 26529 | D:11     | 26529 ||| Stepping ~*~*~tactically~*~*~ (outnumbered).
 26531 | D:11     | 26531 ||| Stepping ~*~*~tactically~*~*~ (outnumbered).
 26533 | D:11     | 26533 ||| Stepping ~*~*~tactically~*~*~ (outnumbered).
 26535 | D:11     | 26535 ||| Stepping ~*~*~tactically~*~*~ (outnumbered).
 26537 | D:11     | 26537 ||| Stepping ~*~*~tactically~*~*~ (outnumbered).
 26539 | D:11     | 26539 ||| Stepping ~*~*~tactically~*~*~ (outnumbered).
 26541 | D:11     | 26541 ||| Stepping ~*~*~tactically~*~*~ (outnumbered).
 26543 | D:11     | 26543 ||| Stepping ~*~*~tactically~*~*~ (outnumbered).
 26545 | D:11     | 26545 ||| Stepping ~*~*~tactically~*~*~ (outnumbered).
 26547 | D:11     | 26547 ||| Stepping ~*~*~tactically~*~*~ (outnumbered).
 26549 | D:11     | 26549 ||| Stepping ~*~*~tactically~*~*~ (outnumbered).
 26551 | D:11     | 26551 ||| Stepping ~*~*~tactically~*~*~ (outnumbered).
 26553 | D:11     | 26553 ||| Stepping ~*~*~tactically~*~*~ (outnumbered).
 26555 | D:11     | 26555 ||| Stepping ~*~*~tactically~*~*~ (outnumbered).
 26557 | D:11     | 26557 ||| Stepping ~*~*~tactically~*~*~ (outnumbered).
 26559 | D:11     | 26559 ||| Stepping ~*~*~tactically~*~*~ (outnumbered).
 26561 | D:11     | 26561 ||| Stepping ~*~*~tactically~*~*~ (outnumbered).
 26563 | D:11     | 26563 ||| Stepping ~*~*~tactically~*~*~ (outnumbered).
 26565 | D:11     | 26565 ||| Stepping ~*~*~tactically~*~*~ (outnumbered).
 26567 | D:11     | 26567 ||| Stepping ~*~*~tactically~*~*~ (outnumbered).
 26569 | D:11     | 26569 ||| Stepping ~*~*~tactically~*~*~ (outnumbered).
 26571 | D:11     | 26571 ||| Stepping ~*~*~tactically~*~*~ (outnumbered).
 26573 | D:11     | 26573 ||| Stepping ~*~*~tactically~*~*~ (outnumbered).
 26575 | D:11     | 26575 ||| Stepping ~*~*~tactically~*~*~ (outnumbered).
 26577 | D:11     | 26577 ||| Stepping ~*~*~tactically~*~*~ (outnumbered).
 26579 | D:11     | 26579 ||| Stepping ~*~*~tactically~*~*~ (outnumbered).
 26581 | D:11     | 26581 ||| Stepping ~*~*~tactically~*~*~ (outnumbered).
 26583 | D:11     | 26583 ||| Stepping ~*~*~tactically~*~*~ (outnumbered).
 26585 | D:11     | 26585 ||| Stepping ~*~*~tactically~*~*~ (outnumbered).
 26587 | D:11     | 26587 ||| Stepping ~*~*~tactically~*~*~ (outnumbered).
 26589 | D:11     | 26589 ||| Stepping ~*~*~tactically~*~*~ (outnumbered).
 26591 | D:11     | 26591 ||| Stepping ~*~*~tactically~*~*~ (outnumbered).
 26593 | D:11     | 26593 ||| Stepping ~*~*~tactically~*~*~ (outnumbered).
 26595 | D:11     | 26595 ||| Stepping ~*~*~tactically~*~*~ (outnumbered).
 26597 | D:11     | 26597 ||| Stepping ~*~*~tactically~*~*~ (outnumbered).
 26599 | D:11     | 26599 ||| Stepping ~*~*~tactically~*~*~ (outnumbered).
 26601 | D:11     | 26601 ||| Stepping ~*~*~tactically~*~*~ (outnumbered).
 26603 | D:11     | 26603 ||| Stepping ~*~*~tactically~*~*~ (outnumbered).
 26605 | D:11     | 26605 ||| Stepping ~*~*~tactically~*~*~ (outnumbered).
 26607 | D:11     | 26607 ||| Stepping ~*~*~tactically~*~*~ (outnumbered).
 26609 | D:11     | 26609 ||| Stepping ~*~*~tactically~*~*~ (outnumbered).
 26611 | D:11     | 26611 ||| Stepping ~*~*~tactically~*~*~ (outnumbered).
 26613 | D:11     | 26613 ||| Stepping ~*~*~tactically~*~*~ (outnumbered).
 26615 | D:11     | 26615 ||| Stepping ~*~*~tactically~*~*~ (outnumbered).
 26617 | D:11     | 26617 ||| Stepping ~*~*~tactically~*~*~ (outnumbered).
 26619 | D:11     | 26619 ||| Stepping ~*~*~tactically~*~*~ (outnumbered).
 26621 | D:11     | 26621 ||| Stepping ~*~*~tactically~*~*~ (outnumbered).
 26623 | D:11     | 26623 ||| Stepping ~*~*~tactically~*~*~ (outnumbered).
 26625 | D:11     | 26625 ||| Stepping ~*~*~tactically~*~*~ (outnumbered).
 26627 | D:11     | 26627 ||| Stepping ~*~*~tactically~*~*~ (outnumbered).
 26629 | D:11     | 26629 ||| Stepping ~*~*~tactically~*~*~ (outnumbered).
 26631 | D:11     | 26631 ||| Stepping ~*~*~tactically~*~*~ (outnumbered).
 26633 | D:11     | 26633 ||| Stepping ~*~*~tactically~*~*~ (outnumbered).
 26635 | D:11     | 26635 ||| Stepping ~*~*~tactically~*~*~ (outnumbered).
 26637 | D:11     | 26637 ||| Stepping ~*~*~tactically~*~*~ (outnumbered).
 26639 | D:11     | 26639 ||| Stepping ~*~*~tactically~*~*~ (outnumbered).
 26641 | D:11     | 26641 ||| Stepping ~*~*~tactically~*~*~ (outnumbered).
 26643 | D:11     | 26643 ||| Stepping ~*~*~tactically~*~*~ (outnumbered).
 26645 | D:11     | 26645 ||| Stepping ~*~*~tactically~*~*~ (outnumbered).
 26647 | D:11     | 26647 ||| Stepping ~*~*~tactically~*~*~ (outnumbered).
 26649 | D:11     | 26649 ||| Stepping ~*~*~tactically~*~*~ (outnumbered).
 26651 | D:11     | 26651 ||| Stepping ~*~*~tactically~*~*~ (outnumbered).
 26653 | D:11     | 26653 ||| Stepping ~*~*~tactically~*~*~ (outnumbered).
 26655 | D:11     | 26655 ||| Stepping ~*~*~tactically~*~*~ (outnumbered).
 26657 | D:11     | 26657 ||| Stepping ~*~*~tactically~*~*~ (outnumbered).
 26659 | D:11     | 26659 ||| Stepping ~*~*~tactically~*~*~ (outnumbered).
 26661 | D:11     | 26661 ||| Stepping ~*~*~tactically~*~*~ (outnumbered).
 26663 | D:11     | 26663 ||| Stepping ~*~*~tactically~*~*~ (outnumbered).
 26665 | D:11     | 26665 ||| Stepping ~*~*~tactically~*~*~ (outnumbered).
 26667 | D:11     | 26667 ||| Stepping ~*~*~tactically~*~*~ (outnumbered).
 26669 | D:11     | 26669 ||| Stepping ~*~*~tactically~*~*~ (outnumbered).
 26671 | D:11     | 26671 ||| Stepping ~*~*~tactically~*~*~ (outnumbered).
 26673 | D:11     | 26673 ||| Stepping ~*~*~tactically~*~*~ (outnumbered).
 26675 | D:11     | 26675 ||| Stepping ~*~*~tactically~*~*~ (outnumbered).
 26677 | D:11     | 26677 ||| Stepping ~*~*~tactically~*~*~ (outnumbered).
 26679 | D:11     | 26679 ||| Stepping ~*~*~tactically~*~*~ (outnumbered).
 26681 | D:11     | 26681 ||| Stepping ~*~*~tactically~*~*~ (outnumbered).
 26683 | D:11     | 26683 ||| Stepping ~*~*~tactically~*~*~ (outnumbered).
 26685 | D:11     | 26685 ||| Stepping ~*~*~tactically~*~*~ (outnumbered).
 26687 | D:11     | 26687 ||| Stepping ~*~*~tactically~*~*~ (outnumbered).
 26689 | D:11     | 26689 ||| Stepping ~*~*~tactically~*~*~ (outnumbered).
 26691 | D:11     | 26691 ||| Stepping ~*~*~tactically~*~*~ (outnumbered).
 26693 | D:11     | 26693 ||| Stepping ~*~*~tactically~*~*~ (outnumbered).
 26695 | D:11     | 26695 ||| Stepping ~*~*~tactically~*~*~ (outnumbered).
 26697 | D:11     | 26697 ||| Stepping ~*~*~tactically~*~*~ (outnumbered).
 26699 | D:11     | 26699 ||| Stepping ~*~*~tactically~*~*~ (outnumbered).
 26701 | D:11     | 26701 ||| Stepping ~*~*~tactically~*~*~ (outnumbered).
 26703 | D:11     | 26703 ||| Stepping ~*~*~tactically~*~*~ (outnumbered).
 26705 | D:11     | 26705 ||| Stepping ~*~*~tactically~*~*~ (outnumbered).
 26707 | D:11     | 26707 ||| Stepping ~*~*~tactically~*~*~ (outnumbered).
 26709 | D:11     | 26709 ||| Stepping ~*~*~tactically~*~*~ (outnumbered).
 26711 | D:11     | 26711 ||| Stepping ~*~*~tactically~*~*~ (outnumbered).
 26713 | D:11     | 26713 ||| Stepping ~*~*~tactically~*~*~ (outnumbered).
 26715 | D:11     | 26715 ||| Stepping ~*~*~tactically~*~*~ (outnumbered).
 26717 | D:11     | 26717 ||| Stepping ~*~*~tactically~*~*~ (outnumbered).
 26719 | D:11     | 26719 ||| Stepping ~*~*~tactically~*~*~ (outnumbered).
 26721 | D:11     | 26721 ||| Stepping ~*~*~tactically~*~*~ (outnumbered).
 26723 | D:11     | 26723 ||| Stepping ~*~*~tactically~*~*~ (outnumbered).
 26725 | D:11     | 26725 ||| Stepping ~*~*~tactically~*~*~ (outnumbered).
 26727 | D:11     | 26727 ||| Stepping ~*~*~tactically~*~*~ (outnumbered).
 26729 | D:11     | 26729 ||| Stepping ~*~*~tactically~*~*~ (outnumbered).
 26731 | D:11     | 26731 ||| Stepping ~*~*~tactically~*~*~ (outnumbered).
 26733 | D:11     | 26733 ||| Stepping ~*~*~tactically~*~*~ (outnumbered).
 26735 | D:11     | 26735 ||| Stepping ~*~*~tactically~*~*~ (outnumbered).
 26737 | D:11     | 26737 ||| Stepping ~*~*~tactically~*~*~ (outnumbered).
 26739 | D:11     | 26739 ||| Stepping ~*~*~tactically~*~*~ (outnumbered).
 26741 | D:11     | 26741 ||| Stepping ~*~*~tactically~*~*~ (outnumbered).
 26743 | D:11     | 26743 ||| Stepping ~*~*~tactically~*~*~ (outnumbered).
 26745 | D:11     | 26745 ||| Stepping ~*~*~tactically~*~*~ (outnumbered).
 26747 | D:11     | 26747 ||| Stepping ~*~*~tactically~*~*~ (outnumbered).
 26749 | D:11     | 26749 ||| Stepping ~*~*~tactically~*~*~ (outnumbered).
 26751 | D:11     | 26751 ||| Stepping ~*~*~tactically~*~*~ (outnumbered).
 26753 | D:11     | 26753 ||| Stepping ~*~*~tactically~*~*~ (outnumbered).
 26755 | D:11     | 26755 ||| Stepping ~*~*~tactically~*~*~ (outnumbered).
 26757 | D:11     | 26757 ||| Stepping ~*~*~tactically~*~*~ (outnumbered).
 26759 | D:11     | 26759 ||| Stepping ~*~*~tactically~*~*~ (outnumbered).
 26761 | D:11     | 26761 ||| Stepping ~*~*~tactically~*~*~ (outnumbered).
 26763 | D:11     | 26763 ||| Stepping ~*~*~tactically~*~*~ (outnumbered).
 26765 | D:11     | 26765 ||| Stepping ~*~*~tactically~*~*~ (outnumbered).
 26767 | D:11     | 26767 ||| Stepping ~*~*~tactically~*~*~ (outnumbered).
 26769 | D:11     | 26769 ||| Stepping ~*~*~tactically~*~*~ (outnumbered).
 26771 | D:11     | 26771 ||| Stepping ~*~*~tactically~*~*~ (outnumbered).
 26773 | D:11     | 26773 ||| Stepping ~*~*~tactically~*~*~ (outnumbered).
 26775 | D:11     | 26775 ||| Stepping ~*~*~tactically~*~*~ (outnumbered).
 26777 | D:11     | 26777 ||| Stepping ~*~*~tactically~*~*~ (outnumbered).
 26779 | D:11     | 26779 ||| Stepping ~*~*~tactically~*~*~ (outnumbered).
 26781 | D:11     | 26781 ||| Stepping ~*~*~tactically~*~*~ (outnumbered).
 26783 | D:11     | 26783 ||| Stepping ~*~*~tactically~*~*~ (outnumbered).
 26785 | D:11     | 26785 ||| Stepping ~*~*~tactically~*~*~ (outnumbered).
 26787 | D:11     | 26787 ||| Stepping ~*~*~tactically~*~*~ (outnumbered).
 26789 | D:11     | 26789 ||| Stepping ~*~*~tactically~*~*~ (outnumbered).
 26791 | D:11     | 26791 ||| Stepping ~*~*~tactically~*~*~ (outnumbered).
 26793 | D:11     | 26793 ||| Stepping ~*~*~tactically~*~*~ (outnumbered).
 26795 | D:11     | 26795 ||| Stepping ~*~*~tactically~*~*~ (outnumbered).
 26797 | D:11     | 26797 ||| Stepping ~*~*~tactically~*~*~ (outnumbered).
 26799 | D:11     | 26799 ||| Stepping ~*~*~tactically~*~*~ (outnumbered).
 26801 | D:11     | 26801 ||| Stepping ~*~*~tactically~*~*~ (outnumbered).
 26803 | D:11     | 26803 ||| Stepping ~*~*~tactically~*~*~ (outnumbered).
 26805 | D:11     | 26805 ||| Stepping ~*~*~tactically~*~*~ (outnumbered).
 26807 | D:11     | 26807 ||| Stepping ~*~*~tactically~*~*~ (outnumbered).
 26809 | D:11     | 26809 ||| Stepping ~*~*~tactically~*~*~ (outnumbered).
 26811 | D:11     | 26811 ||| Stepping ~*~*~tactically~*~*~ (outnumbered).
 26813 | D:11     | 26813 ||| Stepping ~*~*~tactically~*~*~ (outnumbered).
 26815 | D:11     | 26815 ||| Stepping ~*~*~tactically~*~*~ (outnumbered).
 26817 | D:11     | 26817 ||| Stepping ~*~*~tactically~*~*~ (outnumbered).
 26819 | D:11     | 26819 ||| Stepping ~*~*~tactically~*~*~ (outnumbered).
 26821 | D:11     | 26821 ||| Stepping ~*~*~tactically~*~*~ (outnumbered).
 26823 | D:11     | 26823 ||| Stepping ~*~*~tactically~*~*~ (outnumbered).
 26825 | D:11     | 26825 ||| Stepping ~*~*~tactically~*~*~ (outnumbered).
 26827 | D:11     | 26827 ||| Stepping ~*~*~tactically~*~*~ (outnumbered).
 26829 | D:11     | 26829 ||| Stepping ~*~*~tactically~*~*~ (outnumbered).
 26831 | D:11     | 26831 ||| Stepping ~*~*~tactically~*~*~ (outnumbered).
 26833 | D:11     | 26833 ||| Stepping ~*~*~tactically~*~*~ (outnumbered).
 26835 | D:11     | 26835 ||| Stepping ~*~*~tactically~*~*~ (outnumbered).
 26837 | D:11     | 26837 ||| Stepping ~*~*~tactically~*~*~ (outnumbered).
 26839 | D:11     | 26839 ||| Stepping ~*~*~tactically~*~*~ (outnumbered).
 26841 | D:11     | 26841 ||| Stepping ~*~*~tactically~*~*~ (outnumbered).
 26843 | D:11     | 26843 ||| Stepping ~*~*~tactically~*~*~ (outnumbered).
 26845 | D:11     | 26845 ||| Stepping ~*~*~tactically~*~*~ (outnumbered).
 26847 | D:11     | 26847 ||| Stepping ~*~*~tactically~*~*~ (outnumbered).
 26849 | D:11     | 26849 ||| Stepping ~*~*~tactically~*~*~ (outnumbered).
 26851 | D:11     | 26851 ||| Stepping ~*~*~tactically~*~*~ (outnumbered).
 26853 | D:11     | 26853 ||| Stepping ~*~*~tactically~*~*~ (outnumbered).
 26855 | D:11     | 26855 ||| Stepping ~*~*~tactically~*~*~ (outnumbered).
 26857 | D:11     | 26857 ||| Stepping ~*~*~tactically~*~*~ (outnumbered).
 26859 | D:11     | 26859 ||| Stepping ~*~*~tactically~*~*~ (outnumbered).
 26861 | D:11     | 26861 ||| Stepping ~*~*~tactically~*~*~ (outnumbered).
 26863 | D:11     | 26863 ||| Stepping ~*~*~tactically~*~*~ (outnumbered).
 26865 | D:11     | 26865 ||| Stepping ~*~*~tactically~*~*~ (outnumbered).
 26867 | D:11     | 26867 ||| Stepping ~*~*~tactically~*~*~ (outnumbered).
 26869 | D:11     | 26869 ||| Stepping ~*~*~tactically~*~*~ (outnumbered).
 26871 | D:11     | 26871 ||| Stepping ~*~*~tactically~*~*~ (outnumbered).
 26873 | D:11     | 26873 ||| Stepping ~*~*~tactically~*~*~ (outnumbered).
 26875 | D:11     | 26875 ||| Stepping ~*~*~tactically~*~*~ (outnumbered).
 26877 | D:11     | 26877 ||| Stepping ~*~*~tactically~*~*~ (outnumbered).
 26879 | D:11     | 26879 ||| Stepping ~*~*~tactically~*~*~ (outnumbered).
 26881 | D:11     | 26881 ||| Stepping ~*~*~tactically~*~*~ (outnumbered).
 26883 | D:11     | 26883 ||| Stepping ~*~*~tactically~*~*~ (outnumbered).
 26885 | D:11     | 26885 ||| Stepping ~*~*~tactically~*~*~ (outnumbered).
 26887 | D:11     | 26887 ||| Stepping ~*~*~tactically~*~*~ (outnumbered).
 26889 | D:11     | 26889 ||| Stepping ~*~*~tactically~*~*~ (outnumbered).
 26891 | D:11     | 26891 ||| Stepping ~*~*~tactically~*~*~ (outnumbered).
 26893 | D:11     | 26893 ||| Stepping ~*~*~tactically~*~*~ (outnumbered).
 26895 | D:11     | 26895 ||| Stepping ~*~*~tactically~*~*~ (outnumbered).
 26897 | D:11     | 26897 ||| Stepping ~*~*~tactically~*~*~ (outnumbered).
 26899 | D:11     | 26899 ||| Stepping ~*~*~tactically~*~*~ (outnumbered).
 26901 | D:11     | 26901 ||| Stepping ~*~*~tactically~*~*~ (outnumbered).
 26903 | D:11     | 26903 ||| Stepping ~*~*~tactically~*~*~ (outnumbered).
 26905 | D:11     | 26905 ||| Stepping ~*~*~tactically~*~*~ (outnumbered).
 26907 | D:11     | 26907 ||| Stepping ~*~*~tactically~*~*~ (outnumbered).
 26909 | D:11     | 26909 ||| Stepping ~*~*~tactically~*~*~ (outnumbered).
 26911 | D:11     | 26911 ||| Stepping ~*~*~tactically~*~*~ (outnumbered).
 26913 | D:11     | 26913 ||| Stepping ~*~*~tactically~*~*~ (outnumbered).
 26915 | D:11     | 26915 ||| Stepping ~*~*~tactically~*~*~ (outnumbered).
 26917 | D:11     | 26917 ||| Stepping ~*~*~tactically~*~*~ (outnumbered).
 26919 | D:11     | 26919 ||| Stepping ~*~*~tactically~*~*~ (outnumbered).
 26921 | D:11     | 26921 ||| Stepping ~*~*~tactically~*~*~ (outnumbered).
 26923 | D:11     | 26923 ||| Stepping ~*~*~tactically~*~*~ (outnumbered).
 26925 | D:11     | 26925 ||| Stepping ~*~*~tactically~*~*~ (outnumbered).
 26927 | D:11     | 26927 ||| Stepping ~*~*~tactically~*~*~ (outnumbered).
 26929 | D:11     | 26929 ||| Stepping ~*~*~tactically~*~*~ (outnumbered).
 26931 | D:11     | 26931 ||| Stepping ~*~*~tactically~*~*~ (outnumbered).
 26933 | D:11     | 26933 ||| Stepping ~*~*~tactically~*~*~ (outnumbered).
 26935 | D:11     | 26935 ||| Stepping ~*~*~tactically~*~*~ (outnumbered).
 26937 | D:11     | 26937 ||| Stepping ~*~*~tactically~*~*~ (outnumbered).
 26939 | D:11     | 26939 ||| Stepping ~*~*~tactically~*~*~ (outnumbered).
 26941 | D:11     | 26941 ||| Stepping ~*~*~tactically~*~*~ (outnumbered).
 26943 | D:11     | 26943 ||| Stepping ~*~*~tactically~*~*~ (outnumbered).
 26945 | D:11     | 26945 ||| Stepping ~*~*~tactically~*~*~ (outnumbered).
 26947 | D:11     | 26947 ||| Stepping ~*~*~tactically~*~*~ (outnumbered).
 26949 | D:11     | 26949 ||| Stepping ~*~*~tactically~*~*~ (outnumbered).
 26951 | D:11     | 26951 ||| Stepping ~*~*~tactically~*~*~ (outnumbered).
 26953 | D:11     | 26953 ||| Stepping ~*~*~tactically~*~*~ (outnumbered).
 26955 | D:11     | 26955 ||| Stepping ~*~*~tactically~*~*~ (outnumbered).
 26957 | D:11     | 26957 ||| Stepping ~*~*~tactically~*~*~ (outnumbered).
 26959 | D:11     | 26959 ||| Stepping ~*~*~tactically~*~*~ (outnumbered).
 26961 | D:11     | 26961 ||| Stepping ~*~*~tactically~*~*~ (outnumbered).
 26963 | D:11     | 26963 ||| Stepping ~*~*~tactically~*~*~ (outnumbered).
 26965 | D:11     | 26965 ||| Stepping ~*~*~tactically~*~*~ (outnumbered).
 26967 | D:11     | 26967 ||| Stepping ~*~*~tactically~*~*~ (outnumbered).
 26969 | D:11     | 26969 ||| Stepping ~*~*~tactically~*~*~ (outnumbered).
 26971 | D:11     | 26971 ||| Stepping ~*~*~tactically~*~*~ (outnumbered).
 26973 | D:11     | 26973 ||| Stepping ~*~*~tactically~*~*~ (outnumbered).
 26975 | D:11     | 26975 ||| Stepping ~*~*~tactically~*~*~ (outnumbered).
 26977 | D:11     | 26977 ||| Stepping ~*~*~tactically~*~*~ (outnumbered).
 26979 | D:11     | 26979 ||| Stepping ~*~*~tactically~*~*~ (outnumbered).
 26981 | D:11     | 26981 ||| Stepping ~*~*~tactically~*~*~ (outnumbered).
 26983 | D:11     | 26983 ||| Stepping ~*~*~tactically~*~*~ (outnumbered).
 26985 | D:11     | 26985 ||| Stepping ~*~*~tactically~*~*~ (outnumbered).
 26987 | D:11     | 26987 ||| Stepping ~*~*~tactically~*~*~ (outnumbered).
 26989 | D:11     | 26989 ||| Stepping ~*~*~tactically~*~*~ (outnumbered).
 26991 | D:11     | 26991 ||| Stepping ~*~*~tactically~*~*~ (outnumbered).
 26993 | D:11     | 26993 ||| Stepping ~*~*~tactically~*~*~ (outnumbered).
 26995 | D:11     | 26995 ||| Stepping ~*~*~tactically~*~*~ (outnumbered).
 26997 | D:11     | 26997 ||| Stepping ~*~*~tactically~*~*~ (outnumbered).
 26999 | D:11     | 26999 ||| Stepping ~*~*~tactically~*~*~ (outnumbered).
 27001 | D:11     | 27001 ||| Stepping ~*~*~tactically~*~*~ (outnumbered).
 27003 | D:11     | 27003 ||| Stepping ~*~*~tactically~*~*~ (outnumbered).
 27005 | D:11     | 27005 ||| Stepping ~*~*~tactically~*~*~ (outnumbered).
 27007 | D:11     | 27007 ||| Stepping ~*~*~tactically~*~*~ (outnumbered).
 27009 | D:11     | 27009 ||| Stepping ~*~*~tactically~*~*~ (outnumbered).
 27011 | D:11     | 27011 ||| Stepping ~*~*~tactically~*~*~ (outnumbered).
 27013 | D:11     | 27013 ||| Stepping ~*~*~tactically~*~*~ (outnumbered).
 27015 | D:11     | 27015 ||| Stepping ~*~*~tactically~*~*~ (outnumbered).
 27017 | D:11     | 27017 ||| Stepping ~*~*~tactically~*~*~ (outnumbered).
 27019 | D:11     | 27019 ||| Stepping ~*~*~tactically~*~*~ (outnumbered).
 27021 | D:11     | 27021 ||| Stepping ~*~*~tactically~*~*~ (outnumbered).
 27023 | D:11     | 27023 ||| Stepping ~*~*~tactically~*~*~ (outnumbered).
 27025 | D:11     | 27025 ||| Stepping ~*~*~tactically~*~*~ (outnumbered).
 27027 | D:11     | 27027 ||| Stepping ~*~*~tactically~*~*~ (outnumbered).
 27029 | D:11     | 27029 ||| Stepping ~*~*~tactically~*~*~ (outnumbered).
 27031 | D:11     | 27031 ||| Stepping ~*~*~tactically~*~*~ (outnumbered).
 27033 | D:11     | 27033 ||| Stepping ~*~*~tactically~*~*~ (outnumbered).
 27035 | D:11     | 27035 ||| Stepping ~*~*~tactically~*~*~ (outnumbered).
 27037 | D:11     | 27037 ||| Stepping ~*~*~tactically~*~*~ (outnumbered).
 27039 | D:11     | 27039 ||| Stepping ~*~*~tactically~*~*~ (outnumbered).
 27041 | D:11     | 27041 ||| Stepping ~*~*~tactically~*~*~ (outnumbered).
 27043 | D:11     | 27043 ||| Stepping ~*~*~tactically~*~*~ (outnumbered).
 27045 | D:11     | 27045 ||| Stepping ~*~*~tactically~*~*~ (outnumbered).
 27047 | D:11     | 27047 ||| Stepping ~*~*~tactically~*~*~ (outnumbered).
 27049 | D:11     | 27049 ||| Stepping ~*~*~tactically~*~*~ (outnumbered).
 27051 | D:11     | 27051 ||| Stepping ~*~*~tactically~*~*~ (outnumbered).
 27053 | D:11     | 27053 ||| Stepping ~*~*~tactically~*~*~ (outnumbered).
 27055 | D:11     | 27055 ||| Stepping ~*~*~tactically~*~*~ (outnumbered).
 27057 | D:11     | 27057 ||| Stepping ~*~*~tactically~*~*~ (outnumbered).
 27059 | D:11     | 27059 ||| Stepping ~*~*~tactically~*~*~ (outnumbered).
 27061 | D:11     | 27061 ||| Stepping ~*~*~tactically~*~*~ (outnumbered).
 27063 | D:11     | 27063 ||| Stepping ~*~*~tactically~*~*~ (outnumbered).
 27065 | D:11     | 27065 ||| Stepping ~*~*~tactically~*~*~ (outnumbered).
 27067 | D:11     | 27067 ||| Stepping ~*~*~tactically~*~*~ (outnumbered).
 27069 | D:11     | 27069 ||| Stepping ~*~*~tactically~*~*~ (outnumbered).
 27071 | D:11     | 27071 ||| Stepping ~*~*~tactically~*~*~ (outnumbered).
 27073 | D:11     | 27073 ||| Stepping ~*~*~tactically~*~*~ (outnumbered).
 27075 | D:11     | 27075 ||| Stepping ~*~*~tactically~*~*~ (outnumbered).
 27077 | D:11     | 27077 ||| Stepping ~*~*~tactically~*~*~ (outnumbered).
 27079 | D:11     | 27079 ||| Stepping ~*~*~tactically~*~*~ (outnumbered).
 27081 | D:11     | 27081 ||| Stepping ~*~*~tactically~*~*~ (outnumbered).
 27083 | D:11     | 27083 ||| Stepping ~*~*~tactically~*~*~ (outnumbered).
 27085 | D:11     | 27085 ||| Stepping ~*~*~tactically~*~*~ (outnumbered).
 27087 | D:11     | 27087 ||| Stepping ~*~*~tactically~*~*~ (outnumbered).
 27089 | D:11     | 27089 ||| Stepping ~*~*~tactically~*~*~ (outnumbered).
 27091 | D:11     | 27091 ||| Stepping ~*~*~tactically~*~*~ (outnumbered).
 27093 | D:11     | 27093 ||| Stepping ~*~*~tactically~*~*~ (outnumbered).
 27095 | D:11     | 27095 ||| Stepping ~*~*~tactically~*~*~ (outnumbered).
 27097 | D:11     | 27097 ||| Stepping ~*~*~tactically~*~*~ (outnumbered).
 27099 | D:11     | 27099 ||| Stepping ~*~*~tactically~*~*~ (outnumbered).
 27101 | D:11     | 27101 ||| Stepping ~*~*~tactically~*~*~ (outnumbered).
 27103 | D:11     | 27103 ||| Stepping ~*~*~tactically~*~*~ (outnumbered).
 27105 | D:11     | 27105 ||| Stepping ~*~*~tactically~*~*~ (outnumbered).
 27107 | D:11     | 27107 ||| Stepping ~*~*~tactically~*~*~ (outnumbered).
 27109 | D:11     | 27109 ||| Stepping ~*~*~tactically~*~*~ (outnumbered).
 27111 | D:11     | 27111 ||| Stepping ~*~*~tactically~*~*~ (outnumbered).
 27113 | D:11     | 27113 ||| Stepping ~*~*~tactically~*~*~ (outnumbered).
 27115 | D:11     | 27115 ||| Stepping ~*~*~tactically~*~*~ (outnumbered).
 27117 | D:11     | 27117 ||| Stepping ~*~*~tactically~*~*~ (outnumbered).
 27119 | D:11     | 27119 ||| Stepping ~*~*~tactically~*~*~ (outnumbered).
 27121 | D:11     | 27121 ||| Stepping ~*~*~tactically~*~*~ (outnumbered).
 27123 | D:11     | 27123 ||| Stepping ~*~*~tactically~*~*~ (outnumbered).
 27125 | D:11     | 27125 ||| Stepping ~*~*~tactically~*~*~ (outnumbered).
 27127 | D:11     | 27127 ||| Stepping ~*~*~tactically~*~*~ (outnumbered).
 27129 | D:11     | 27129 ||| Stepping ~*~*~tactically~*~*~ (outnumbered).
 27131 | D:11     | 27131 ||| Stepping ~*~*~tactically~*~*~ (outnumbered).
 27133 | D:11     | 27133 ||| Stepping ~*~*~tactically~*~*~ (outnumbered).
 27135 | D:11     | 27135 ||| Stepping ~*~*~tactically~*~*~ (outnumbered).
 27137 | D:11     | 27137 ||| Stepping ~*~*~tactically~*~*~ (outnumbered).
 27139 | D:11     | 27139 ||| Stepping ~*~*~tactically~*~*~ (outnumbered).
 27141 | D:11     | 27141 ||| Stepping ~*~*~tactically~*~*~ (outnumbered).
 27143 | D:11     | 27143 ||| Stepping ~*~*~tactically~*~*~ (outnumbered).
 27145 | D:11     | 27145 ||| Stepping ~*~*~tactically~*~*~ (outnumbered).
 27147 | D:11     | 27147 ||| Stepping ~*~*~tactically~*~*~ (outnumbered).
 27149 | D:11     | 27149 ||| Stepping ~*~*~tactically~*~*~ (outnumbered).
 27151 | D:11     | 27151 ||| Stepping ~*~*~tactically~*~*~ (outnumbered).
 27153 | D:11     | 27153 ||| Stepping ~*~*~tactically~*~*~ (outnumbered).
 27155 | D:11     | 27155 ||| Stepping ~*~*~tactically~*~*~ (outnumbered).
 27157 | D:11     | 27157 ||| Stepping ~*~*~tactically~*~*~ (outnumbered).
 27159 | D:11     | 27159 ||| Stepping ~*~*~tactically~*~*~ (outnumbered).
 27161 | D:11     | 27161 ||| Stepping ~*~*~tactically~*~*~ (outnumbered).
 27163 | D:11     | 27163 ||| Stepping ~*~*~tactically~*~*~ (outnumbered).
 27165 | D:11     | 27165 ||| Stepping ~*~*~tactically~*~*~ (outnumbered).
 27167 | D:11     | 27167 ||| Stepping ~*~*~tactically~*~*~ (outnumbered).
 27169 | D:11     | 27169 ||| Stepping ~*~*~tactically~*~*~ (outnumbered).
 27171 | D:11     | 27171 ||| Stepping ~*~*~tactically~*~*~ (outnumbered).
 27173 | D:11     | 27173 ||| Stepping ~*~*~tactically~*~*~ (outnumbered).
 27175 | D:11     | 27175 ||| Stepping ~*~*~tactically~*~*~ (outnumbered).
 27177 | D:11     | 27177 ||| Stepping ~*~*~tactically~*~*~ (outnumbered).
 27179 | D:11     | 27179 ||| Stepping ~*~*~tactically~*~*~ (outnumbered).
 27181 | D:11     | 27181 ||| Stepping ~*~*~tactically~*~*~ (outnumbered).
 27183 | D:11     | 27183 ||| Stepping ~*~*~tactically~*~*~ (outnumbered).
 27185 | D:11     | 27185 ||| Stepping ~*~*~tactically~*~*~ (outnumbered).
 27187 | D:11     | 27187 ||| Stepping ~*~*~tactically~*~*~ (outnumbered).
 27189 | D:11     | 27189 ||| Stepping ~*~*~tactically~*~*~ (outnumbered).
 27191 | D:11     | 27191 ||| Stepping ~*~*~tactically~*~*~ (outnumbered).
 27193 | D:11     | 27193 ||| Stepping ~*~*~tactically~*~*~ (outnumbered).
 27195 | D:11     | 27195 ||| Stepping ~*~*~tactically~*~*~ (outnumbered).
 27197 | D:11     | 27197 ||| Stepping ~*~*~tactically~*~*~ (outnumbered).
 27199 | D:11     | 27199 ||| Stepping ~*~*~tactically~*~*~ (outnumbered).
 27201 | D:11     | 27201 ||| Stepping ~*~*~tactically~*~*~ (outnumbered).
 27203 | D:11     | 27203 ||| Stepping ~*~*~tactically~*~*~ (outnumbered).
 27205 | D:11     | 27205 ||| Stepping ~*~*~tactically~*~*~ (outnumbered).
 27207 | D:11     | 27207 ||| Stepping ~*~*~tactically~*~*~ (outnumbered).
 27209 | D:11     | 27209 ||| Stepping ~*~*~tactically~*~*~ (outnumbered).
 27211 | D:11     | 27211 ||| Stepping ~*~*~tactically~*~*~ (outnumbered).
 27213 | D:11     | 27213 ||| Stepping ~*~*~tactically~*~*~ (outnumbered).
 27215 | D:11     | 27215 ||| Stepping ~*~*~tactically~*~*~ (outnumbered).
 27217 | D:11     | 27217 ||| Stepping ~*~*~tactically~*~*~ (outnumbered).
 27219 | D:11     | 27219 ||| Stepping ~*~*~tactically~*~*~ (outnumbered).
 27221 | D:11     | 27221 ||| Stepping ~*~*~tactically~*~*~ (outnumbered).
 27223 | D:11     | 27223 ||| Stepping ~*~*~tactically~*~*~ (outnumbered).
 27225 | D:11     | 27225 ||| Stepping ~*~*~tactically~*~*~ (outnumbered).
 27227 | D:11     | 27227 ||| Stepping ~*~*~tactically~*~*~ (outnumbered).
 27229 | D:11     | 27229 ||| Stepping ~*~*~tactically~*~*~ (outnumbered).
 27231 | D:11     | 27231 ||| Stepping ~*~*~tactically~*~*~ (outnumbered).
 27233 | D:11     | 27233 ||| Stepping ~*~*~tactically~*~*~ (outnumbered).
 27235 | D:11     | 27235 ||| Stepping ~*~*~tactically~*~*~ (outnumbered).
 27237 | D:11     | 27237 ||| Stepping ~*~*~tactically~*~*~ (outnumbered).
 27239 | D:11     | 27239 ||| Stepping ~*~*~tactically~*~*~ (outnumbered).
 27241 | D:11     | 27241 ||| Stepping ~*~*~tactically~*~*~ (outnumbered).
 27243 | D:11     | 27243 ||| Stepping ~*~*~tactically~*~*~ (outnumbered).
 27245 | D:11     | 27245 ||| Stepping ~*~*~tactically~*~*~ (outnumbered).
 27247 | D:11     | 27247 ||| Stepping ~*~*~tactically~*~*~ (outnumbered).
 27249 | D:11     | 27249 ||| Stepping ~*~*~tactically~*~*~ (outnumbered).
 27251 | D:11     | 27251 ||| Stepping ~*~*~tactically~*~*~ (outnumbered).
 27253 | D:11     | 27253 ||| Stepping ~*~*~tactically~*~*~ (outnumbered).
 27255 | D:11     | 27255 ||| Stepping ~*~*~tactically~*~*~ (outnumbered).
 27257 | D:11     | 27257 ||| Stepping ~*~*~tactically~*~*~ (outnumbered).
 27259 | D:11     | 27259 ||| Stepping ~*~*~tactically~*~*~ (outnumbered).
 27261 | D:11     | 27261 ||| Stepping ~*~*~tactically~*~*~ (outnumbered).
 27263 | D:11     | 27263 ||| Stepping ~*~*~tactically~*~*~ (outnumbered).
 27265 | D:11     | 27265 ||| Stepping ~*~*~tactically~*~*~ (outnumbered).
 27267 | D:11     | 27267 ||| Stepping ~*~*~tactically~*~*~ (outnumbered).
 27269 | D:11     | 27269 ||| Stepping ~*~*~tactically~*~*~ (outnumbered).
 27271 | D:11     | 27271 ||| Stepping ~*~*~tactically~*~*~ (outnumbered).
 27273 | D:11     | 27273 ||| Stepping ~*~*~tactically~*~*~ (outnumbered).
 27275 | D:11     | 27275 ||| Stepping ~*~*~tactically~*~*~ (outnumbered).
 27277 | D:11     | 27277 ||| Stepping ~*~*~tactically~*~*~ (outnumbered).
 27279 | D:11     | 27279 ||| Stepping ~*~*~tactically~*~*~ (outnumbered).
 27281 | D:11     | 27281 ||| Stepping ~*~*~tactically~*~*~ (outnumbered).
 27283 | D:11     | 27283 ||| Stepping ~*~*~tactically~*~*~ (outnumbered).
 27285 | D:11     | 27285 ||| Stepping ~*~*~tactically~*~*~ (outnumbered).
 27287 | D:11     | 27287 ||| Stepping ~*~*~tactically~*~*~ (outnumbered).
 27289 | D:11     | 27289 ||| Stepping ~*~*~tactically~*~*~ (outnumbered).
 27291 | D:11     | 27291 ||| Stepping ~*~*~tactically~*~*~ (outnumbered).
 27293 | D:11     | 27293 ||| Stepping ~*~*~tactically~*~*~ (outnumbered).
 27295 | D:11     | 27295 ||| Stepping ~*~*~tactically~*~*~ (outnumbered).
 27297 | D:11     | 27297 ||| Stepping ~*~*~tactically~*~*~ (outnumbered).
 27299 | D:11     | 27299 ||| Stepping ~*~*~tactically~*~*~ (outnumbered).
 27301 | D:11     | 27301 ||| Stepping ~*~*~tactically~*~*~ (outnumbered).
 27303 | D:11     | 27303 ||| Stepping ~*~*~tactically~*~*~ (outnumbered).
 27305 | D:11     | 27305 ||| Stepping ~*~*~tactically~*~*~ (outnumbered).
 27307 | D:11     | 27307 ||| Stepping ~*~*~tactically~*~*~ (outnumbered).
 27309 | D:11     | 27309 ||| Stepping ~*~*~tactically~*~*~ (outnumbered).
 27311 | D:11     | 27311 ||| Stepping ~*~*~tactically~*~*~ (outnumbered).
 27313 | D:11     | 27313 ||| Stepping ~*~*~tactically~*~*~ (outnumbered).
 27315 | D:11     | 27315 ||| Stepping ~*~*~tactically~*~*~ (outnumbered).
 27317 | D:11     | 27317 ||| Stepping ~*~*~tactically~*~*~ (outnumbered).
 27319 | D:11     | 27319 ||| Stepping ~*~*~tactically~*~*~ (outnumbered).
 27321 | D:11     | 27321 ||| Stepping ~*~*~tactically~*~*~ (outnumbered).
 27323 | D:11     | 27323 ||| Stepping ~*~*~tactically~*~*~ (outnumbered).
 27325 | D:11     | 27325 ||| Stepping ~*~*~tactically~*~*~ (outnumbered).
 27327 | D:11     | 27327 ||| Stepping ~*~*~tactically~*~*~ (outnumbered).
 27329 | D:11     | 27329 ||| Stepping ~*~*~tactically~*~*~ (outnumbered).
 27331 | D:11     | 27331 ||| Stepping ~*~*~tactically~*~*~ (outnumbered).
 27333 | D:11     | 27333 ||| Stepping ~*~*~tactically~*~*~ (outnumbered).
 27335 | D:11     | 27335 ||| Stepping ~*~*~tactically~*~*~ (outnumbered).
 27337 | D:11     | 27337 ||| Stepping ~*~*~tactically~*~*~ (outnumbered).
 27339 | D:11     | 27339 ||| Stepping ~*~*~tactically~*~*~ (outnumbered).
 27341 | D:11     | 27341 ||| Stepping ~*~*~tactically~*~*~ (outnumbered).
 27343 | D:11     | 27343 ||| Stepping ~*~*~tactically~*~*~ (outnumbered).
 27345 | D:11     | 27345 ||| Stepping ~*~*~tactically~*~*~ (outnumbered).
 27347 | D:11     | 27347 ||| Stepping ~*~*~tactically~*~*~ (outnumbered).
 27349 | D:11     | 27349 ||| Stepping ~*~*~tactically~*~*~ (outnumbered).
 27351 | D:11     | 27351 ||| Stepping ~*~*~tactically~*~*~ (outnumbered).
 27353 | D:11     | 27353 ||| Stepping ~*~*~tactically~*~*~ (outnumbered).
 27355 | D:11     | 27355 ||| Stepping ~*~*~tactically~*~*~ (outnumbered).
 27357 | D:11     | 27357 ||| Stepping ~*~*~tactically~*~*~ (outnumbered).
 27359 | D:11     | 27359 ||| Stepping ~*~*~tactically~*~*~ (outnumbered).
 27361 | D:11     | 27361 ||| Stepping ~*~*~tactically~*~*~ (outnumbered).
 27363 | D:11     | 27363 ||| Stepping ~*~*~tactically~*~*~ (outnumbered).
 27365 | D:11     | 27365 ||| Stepping ~*~*~tactically~*~*~ (outnumbered).
 27367 | D:11     | 27367 ||| Stepping ~*~*~tactically~*~*~ (outnumbered).
 27369 | D:11     | 27369 ||| Stepping ~*~*~tactically~*~*~ (outnumbered).
 27371 | D:11     | 27371 ||| Stepping ~*~*~tactically~*~*~ (outnumbered).
 27373 | D:11     | 27373 ||| Stepping ~*~*~tactically~*~*~ (outnumbered).
 27375 | D:11     | 27375 ||| Stepping ~*~*~tactically~*~*~ (outnumbered).
 27377 | D:11     | 27377 ||| Stepping ~*~*~tactically~*~*~ (outnumbered).
 27379 | D:11     | 27379 ||| Stepping ~*~*~tactically~*~*~ (outnumbered).
 27381 | D:11     | 27381 ||| Stepping ~*~*~tactically~*~*~ (outnumbered).
 27383 | D:11     | 27383 ||| Stepping ~*~*~tactically~*~*~ (outnumbered).
 27385 | D:11     | 27385 ||| Stepping ~*~*~tactically~*~*~ (outnumbered).
 27387 | D:11     | 27387 ||| Stepping ~*~*~tactically~*~*~ (outnumbered).
 27389 | D:11     | 27389 ||| Stepping ~*~*~tactically~*~*~ (outnumbered).
 27391 | D:11     | 27391 ||| Stepping ~*~*~tactically~*~*~ (outnumbered).
 27393 | D:11     | 27393 ||| Stepping ~*~*~tactically~*~*~ (outnumbered).
 27395 | D:11     | 27395 ||| Stepping ~*~*~tactically~*~*~ (outnumbered).
 27397 | D:11     | 27397 ||| Stepping ~*~*~tactically~*~*~ (outnumbered).
 27399 | D:11     | 27399 ||| Stepping ~*~*~tactically~*~*~ (outnumbered).
 27401 | D:11     | 27401 ||| Stepping ~*~*~tactically~*~*~ (outnumbered).
 27403 | D:11     | 27403 ||| Stepping ~*~*~tactically~*~*~ (outnumbered).
 27405 | D:11     | 27405 ||| Stepping ~*~*~tactically~*~*~ (outnumbered).
 27407 | D:11     | 27407 ||| Stepping ~*~*~tactically~*~*~ (outnumbered).
 27409 | D:11     | 27409 ||| Stepping ~*~*~tactically~*~*~ (outnumbered).
 27411 | D:11     | 27411 ||| Stepping ~*~*~tactically~*~*~ (outnumbered).
 27413 | D:11     | 27413 ||| Stepping ~*~*~tactically~*~*~ (outnumbered).
 27415 | D:11     | 27415 ||| Stepping ~*~*~tactically~*~*~ (outnumbered).
 27417 | D:11     | 27417 ||| Stepping ~*~*~tactically~*~*~ (outnumbered).
 27419 | D:11     | 27419 ||| Stepping ~*~*~tactically~*~*~ (outnumbered).
 27421 | D:11     | 27421 ||| Stepping ~*~*~tactically~*~*~ (outnumbered).
 27423 | D:11     | 27423 ||| Stepping ~*~*~tactically~*~*~ (outnumbered).
 27425 | D:11     | 27425 ||| Stepping ~*~*~tactically~*~*~ (outnumbered).
 27427 | D:11     | 27427 ||| Stepping ~*~*~tactically~*~*~ (outnumbered).
 27429 | D:11     | 27429 ||| Stepping ~*~*~tactically~*~*~ (outnumbered).
 27431 | D:11     | 27431 ||| Stepping ~*~*~tactically~*~*~ (outnumbered).
 27433 | D:11     | 27433 ||| Stepping ~*~*~tactically~*~*~ (outnumbered).
 27435 | D:11     | 27435 ||| Stepping ~*~*~tactically~*~*~ (outnumbered).
 27437 | D:11     | 27437 ||| Stepping ~*~*~tactically~*~*~ (outnumbered).
 27439 | D:11     | 27439 ||| Stepping ~*~*~tactically~*~*~ (outnumbered).
 27441 | D:11     | 27441 ||| Stepping ~*~*~tactically~*~*~ (outnumbered).
 27443 | D:11     | 27443 ||| Stepping ~*~*~tactically~*~*~ (outnumbered).
 27445 | D:11     | 27445 ||| Stepping ~*~*~tactically~*~*~ (outnumbered).
 27447 | D:11     | 27447 ||| Stepping ~*~*~tactically~*~*~ (outnumbered).
 27449 | D:11     | 27449 ||| Stepping ~*~*~tactically~*~*~ (outnumbered).
 27451 | D:11     | 27451 ||| Stepping ~*~*~tactically~*~*~ (outnumbered).
 27453 | D:11     | 27453 ||| Stepping ~*~*~tactically~*~*~ (outnumbered).
 27455 | D:11     | 27455 ||| Stepping ~*~*~tactically~*~*~ (outnumbered).
 27457 | D:11     | 27457 ||| Stepping ~*~*~tactically~*~*~ (outnumbered).
 27459 | D:11     | 27459 ||| Stepping ~*~*~tactically~*~*~ (outnumbered).
 27461 | D:11     | 27461 ||| Stepping ~*~*~tactically~*~*~ (outnumbered).
 27463 | D:11     | 27463 ||| Stepping ~*~*~tactically~*~*~ (outnumbered).
 27465 | D:11     | 27465 ||| Stepping ~*~*~tactically~*~*~ (outnumbered).
 27467 | D:11     | 27467 ||| Stepping ~*~*~tactically~*~*~ (outnumbered).
 27469 | D:11     | 27469 ||| Stepping ~*~*~tactically~*~*~ (outnumbered).
 27471 | D:11     | 27471 ||| Stepping ~*~*~tactically~*~*~ (outnumbered).
 27473 | D:11     | 27473 ||| Stepping ~*~*~tactically~*~*~ (outnumbered).
 27475 | D:11     | 27475 ||| Stepping ~*~*~tactically~*~*~ (outnumbered).
 27477 | D:11     | 27477 ||| Stepping ~*~*~tactically~*~*~ (outnumbered).
 27479 | D:11     | 27479 ||| Stepping ~*~*~tactically~*~*~ (outnumbered).
 27481 | D:11     | 27481 ||| Stepping ~*~*~tactically~*~*~ (outnumbered).
 27483 | D:11     | 27483 ||| Stepping ~*~*~tactically~*~*~ (outnumbered).
 27485 | D:11     | 27485 ||| Stepping ~*~*~tactically~*~*~ (outnumbered).
 27487 | D:11     | 27487 ||| Stepping ~*~*~tactically~*~*~ (outnumbered).
 27489 | D:11     | 27489 ||| Stepping ~*~*~tactically~*~*~ (outnumbered).
 27491 | D:11     | 27491 ||| Stepping ~*~*~tactically~*~*~ (outnumbered).
 27493 | D:11     | 27493 ||| Stepping ~*~*~tactically~*~*~ (outnumbered).
 27495 | D:11     | 27495 ||| Stepping ~*~*~tactically~*~*~ (outnumbered).
 27497 | D:11     | 27497 ||| Stepping ~*~*~tactically~*~*~ (outnumbered).
 27499 | D:11     | 27499 ||| Stepping ~*~*~tactically~*~*~ (outnumbered).
 27501 | D:11     | 27501 ||| Stepping ~*~*~tactically~*~*~ (outnumbered).
 27503 | D:11     | 27503 ||| Stepping ~*~*~tactically~*~*~ (outnumbered).
 27505 | D:11     | 27505 ||| Stepping ~*~*~tactically~*~*~ (outnumbered).
 27507 | D:11     | 27507 ||| Stepping ~*~*~tactically~*~*~ (outnumbered).
 27509 | D:11     | 27509 ||| Stepping ~*~*~tactically~*~*~ (outnumbered).
 27511 | D:11     | 27511 ||| Stepping ~*~*~tactically~*~*~ (outnumbered).
 27513 | D:11     | 27513 ||| Stepping ~*~*~tactically~*~*~ (outnumbered).
 27515 | D:11     | 27515 ||| Stepping ~*~*~tactically~*~*~ (outnumbered).
 27517 | D:11     | 27517 ||| Stepping ~*~*~tactically~*~*~ (outnumbered).
 27519 | D:11     | 27519 ||| Stepping ~*~*~tactically~*~*~ (outnumbered).
 27521 | D:11     | 27521 ||| Stepping ~*~*~tactically~*~*~ (outnumbered).
 27523 | D:11     | 27523 ||| Stepping ~*~*~tactically~*~*~ (outnumbered).
 27525 | D:11     | 27525 ||| Stepping ~*~*~tactically~*~*~ (outnumbered).
 27527 | D:11     | 27527 ||| Stepping ~*~*~tactically~*~*~ (outnumbered).
 27529 | D:11     | 27529 ||| Stepping ~*~*~tactically~*~*~ (outnumbered).
 27531 | D:11     | 27531 ||| Stepping ~*~*~tactically~*~*~ (outnumbered).
 27533 | D:11     | 27533 ||| Stepping ~*~*~tactically~*~*~ (outnumbered).
 27535 | D:11     | 27535 ||| Stepping ~*~*~tactically~*~*~ (outnumbered).
 27537 | D:11     | 27537 ||| Stepping ~*~*~tactically~*~*~ (outnumbered).
 27539 | D:11     | 27539 ||| Stepping ~*~*~tactically~*~*~ (outnumbered).
 27541 | D:11     | 27541 ||| Stepping ~*~*~tactically~*~*~ (outnumbered).
 27543 | D:11     | 27543 ||| Stepping ~*~*~tactically~*~*~ (outnumbered).
 27545 | D:11     | 27545 ||| Stepping ~*~*~tactically~*~*~ (outnumbered).
 27547 | D:11     | 27547 ||| Stepping ~*~*~tactically~*~*~ (outnumbered).
 27549 | D:11     | 27549 ||| Stepping ~*~*~tactically~*~*~ (outnumbered).
 27551 | D:11     | 27551 ||| Stepping ~*~*~tactically~*~*~ (outnumbered).
 27553 | D:11     | 27553 ||| Stepping ~*~*~tactically~*~*~ (outnumbered).
 27555 | D:11     | 27555 ||| Stepping ~*~*~tactically~*~*~ (outnumbered).
 27557 | D:11     | 27557 ||| Stepping ~*~*~tactically~*~*~ (outnumbered).
 27559 | D:11     | 27559 ||| Stepping ~*~*~tactically~*~*~ (outnumbered).
 27561 | D:11     | 27561 ||| Stepping ~*~*~tactically~*~*~ (outnumbered).
 27563 | D:11     | 27563 ||| Stepping ~*~*~tactically~*~*~ (outnumbered).
 27565 | D:11     | 27565 ||| Stepping ~*~*~tactically~*~*~ (outnumbered).
 27567 | D:11     | 27567 ||| Stepping ~*~*~tactically~*~*~ (outnumbered).
 27569 | D:11     | 27569 ||| Stepping ~*~*~tactically~*~*~ (outnumbered).
 27571 | D:11     | 27571 ||| Stepping ~*~*~tactically~*~*~ (outnumbered).
 27573 | D:11     | 27573 ||| Stepping ~*~*~tactically~*~*~ (outnumbered).
 27575 | D:11     | 27575 ||| Stepping ~*~*~tactically~*~*~ (outnumbered).
 27577 | D:11     | 27577 ||| Stepping ~*~*~tactically~*~*~ (outnumbered).
 27579 | D:11     | 27579 ||| Stepping ~*~*~tactically~*~*~ (outnumbered).
 27581 | D:11     | 27581 ||| Stepping ~*~*~tactically~*~*~ (outnumbered).
 27583 | D:11     | 27583 ||| Stepping ~*~*~tactically~*~*~ (outnumbered).
 27585 | D:11     | 27585 ||| Stepping ~*~*~tactically~*~*~ (outnumbered).
 27587 | D:11     | 27587 ||| Stepping ~*~*~tactically~*~*~ (outnumbered).
 27589 | D:11     | 27589 ||| Stepping ~*~*~tactically~*~*~ (outnumbered).
 27591 | D:11     | 27591 ||| Stepping ~*~*~tactically~*~*~ (outnumbered).
 27593 | D:11     | 27593 ||| Stepping ~*~*~tactically~*~*~ (outnumbered).
 27595 | D:11     | 27595 ||| Stepping ~*~*~tactically~*~*~ (outnumbered).
 27597 | D:11     | 27597 ||| Stepping ~*~*~tactically~*~*~ (outnumbered).
 27599 | D:11     | 27599 ||| Stepping ~*~*~tactically~*~*~ (outnumbered).
 27601 | D:11     | 27601 ||| Stepping ~*~*~tactically~*~*~ (outnumbered).
 27603 | D:11     | 27603 ||| Stepping ~*~*~tactically~*~*~ (outnumbered).
 27605 | D:11     | 27605 ||| Stepping ~*~*~tactically~*~*~ (outnumbered).
 27607 | D:11     | 27607 ||| Stepping ~*~*~tactically~*~*~ (outnumbered).
 27609 | D:11     | 27609 ||| Stepping ~*~*~tactically~*~*~ (outnumbered).
 27611 | D:11     | 27611 ||| Stepping ~*~*~tactically~*~*~ (outnumbered).
 27613 | D:11     | 27613 ||| Stepping ~*~*~tactically~*~*~ (outnumbered).
 27615 | D:11     | 27615 ||| Stepping ~*~*~tactically~*~*~ (outnumbered).
 27617 | D:11     | 27617 ||| Stepping ~*~*~tactically~*~*~ (outnumbered).
 27619 | D:11     | 27619 ||| Stepping ~*~*~tactically~*~*~ (outnumbered).
 27621 | D:11     | 27621 ||| Stepping ~*~*~tactically~*~*~ (outnumbered).
 27623 | D:11     | 27623 ||| Stepping ~*~*~tactically~*~*~ (outnumbered).
 27625 | D:11     | 27625 ||| Stepping ~*~*~tactically~*~*~ (outnumbered).
 27627 | D:11     | 27627 ||| Stepping ~*~*~tactically~*~*~ (outnumbered).
 27629 | D:11     | 27629 ||| Stepping ~*~*~tactically~*~*~ (outnumbered).
 27631 | D:11     | 27631 ||| Stepping ~*~*~tactically~*~*~ (outnumbered).
 27633 | D:11     | 27633 ||| Stepping ~*~*~tactically~*~*~ (outnumbered).
 27635 | D:11     | 27635 ||| Stepping ~*~*~tactically~*~*~ (outnumbered).
 27637 | D:11     | 27637 ||| Stepping ~*~*~tactically~*~*~ (outnumbered).
 27639 | D:11     | 27639 ||| Stepping ~*~*~tactically~*~*~ (outnumbered).
 27641 | D:11     | 27641 ||| Stepping ~*~*~tactically~*~*~ (outnumbered).
 27643 | D:11     | 27643 ||| Stepping ~*~*~tactically~*~*~ (outnumbered).
 27645 | D:11     | 27645 ||| Stepping ~*~*~tactically~*~*~ (outnumbered).
 27647 | D:11     | 27647 ||| Stepping ~*~*~tactically~*~*~ (outnumbered).
 27649 | D:11     | 27649 ||| Stepping ~*~*~tactically~*~*~ (outnumbered).
 27651 | D:11     | 27651 ||| Stepping ~*~*~tactically~*~*~ (outnumbered).
 27653 | D:11     | 27653 ||| Stepping ~*~*~tactically~*~*~ (outnumbered).
 27655 | D:11     | 27655 ||| Stepping ~*~*~tactically~*~*~ (outnumbered).
 27657 | D:11     | 27657 ||| Stepping ~*~*~tactically~*~*~ (outnumbered).
 27659 | D:11     | 27659 ||| Stepping ~*~*~tactically~*~*~ (outnumbered).
 27661 | D:11     | 27661 ||| Stepping ~*~*~tactically~*~*~ (outnumbered).
 27663 | D:11     | 27663 ||| Stepping ~*~*~tactically~*~*~ (outnumbered).
 27665 | D:11     | 27665 ||| Stepping ~*~*~tactically~*~*~ (outnumbered).
 27667 | D:11     | 27667 ||| Stepping ~*~*~tactically~*~*~ (outnumbered).
 27669 | D:11     | 27669 ||| Stepping ~*~*~tactically~*~*~ (outnumbered).
 27671 | D:11     | 27671 ||| Stepping ~*~*~tactically~*~*~ (outnumbered).
 27673 | D:11     | 27673 ||| Stepping ~*~*~tactically~*~*~ (outnumbered).
 27675 | D:11     | 27675 ||| Stepping ~*~*~tactically~*~*~ (outnumbered).
 27677 | D:11     | 27677 ||| Stepping ~*~*~tactically~*~*~ (outnumbered).
 27679 | D:11     | 27679 ||| Stepping ~*~*~tactically~*~*~ (outnumbered).
 27681 | D:11     | 27681 ||| Stepping ~*~*~tactically~*~*~ (outnumbered).
 27683 | D:11     | 27683 ||| Stepping ~*~*~tactically~*~*~ (outnumbered).
 27685 | D:11     | 27685 ||| Stepping ~*~*~tactically~*~*~ (outnumbered).
 27687 | D:11     | 27687 ||| Stepping ~*~*~tactically~*~*~ (outnumbered).
 27689 | D:11     | 27689 ||| Stepping ~*~*~tactically~*~*~ (outnumbered).
 27691 | D:11     | 27691 ||| Stepping ~*~*~tactically~*~*~ (outnumbered).
 27693 | D:11     | 27693 ||| Stepping ~*~*~tactically~*~*~ (outnumbered).
 27695 | D:11     | 27695 ||| Stepping ~*~*~tactically~*~*~ (outnumbered).
 27697 | D:11     | 27697 ||| Stepping ~*~*~tactically~*~*~ (outnumbered).
 27699 | D:11     | 27699 ||| Stepping ~*~*~tactically~*~*~ (outnumbered).
 27701 | D:11     | 27701 ||| Stepping ~*~*~tactically~*~*~ (outnumbered).
 27703 | D:11     | 27703 ||| Stepping ~*~*~tactically~*~*~ (outnumbered).
 27705 | D:11     | 27705 ||| Stepping ~*~*~tactically~*~*~ (outnumbered).
 27707 | D:11     | 27707 ||| Stepping ~*~*~tactically~*~*~ (outnumbered).
 27709 | D:11     | 27709 ||| Stepping ~*~*~tactically~*~*~ (outnumbered).
 27711 | D:11     | 27711 ||| Stepping ~*~*~tactically~*~*~ (outnumbered).
 27713 | D:11     | 27713 ||| Stepping ~*~*~tactically~*~*~ (outnumbered).
 27715 | D:11     | 27715 ||| Stepping ~*~*~tactically~*~*~ (outnumbered).
 27717 | D:11     | 27717 ||| Stepping ~*~*~tactically~*~*~ (outnumbered).
 27719 | D:11     | 27719 ||| Stepping ~*~*~tactically~*~*~ (outnumbered).
 27721 | D:11     | 27721 ||| Stepping ~*~*~tactically~*~*~ (outnumbered).
 27723 | D:11     | 27723 ||| Stepping ~*~*~tactically~*~*~ (outnumbered).
 27725 | D:11     | 27725 ||| Stepping ~*~*~tactically~*~*~ (outnumbered).
 27727 | D:11     | 27727 ||| Stepping ~*~*~tactically~*~*~ (outnumbered).
 27729 | D:11     | 27729 ||| Stepping ~*~*~tactically~*~*~ (outnumbered).
 27731 | D:11     | 27731 ||| Stepping ~*~*~tactically~*~*~ (outnumbered).
 27733 | D:11     | 27733 ||| Stepping ~*~*~tactically~*~*~ (outnumbered).
 27735 | D:11     | 27735 ||| Stepping ~*~*~tactically~*~*~ (outnumbered).
 27737 | D:11     | 27737 ||| Stepping ~*~*~tactically~*~*~ (outnumbered).
 27739 | D:11     | 27739 ||| Stepping ~*~*~tactically~*~*~ (outnumbered).
 27741 | D:11     | 27741 ||| Stepping ~*~*~tactically~*~*~ (outnumbered).
 27743 | D:11     | 27743 ||| Stepping ~*~*~tactically~*~*~ (outnumbered).
 27745 | D:11     | 27745 ||| Stepping ~*~*~tactically~*~*~ (outnumbered).
 27747 | D:11     | 27747 ||| Stepping ~*~*~tactically~*~*~ (outnumbered).
 27749 | D:11     | 27749 ||| Stepping ~*~*~tactically~*~*~ (outnumbered).
 27751 | D:11     | 27751 ||| Stepping ~*~*~tactically~*~*~ (outnumbered).
 27753 | D:11     | 27753 ||| Stepping ~*~*~tactically~*~*~ (outnumbered).
 27755 | D:11     | 27755 ||| Stepping ~*~*~tactically~*~*~ (outnumbered).
 27757 | D:11     | 27757 ||| Stepping ~*~*~tactically~*~*~ (outnumbered).
 27759 | D:11     | 27759 ||| Stepping ~*~*~tactically~*~*~ (outnumbered).
 27761 | D:11     | 27761 ||| Stepping ~*~*~tactically~*~*~ (outnumbered).
 27763 | D:11     | 27763 ||| Stepping ~*~*~tactically~*~*~ (outnumbered).
 27765 | D:11     | 27765 ||| Stepping ~*~*~tactically~*~*~ (outnumbered).
 27767 | D:11     | 27767 ||| Stepping ~*~*~tactically~*~*~ (outnumbered).
 27769 | D:11     | 27769 ||| Stepping ~*~*~tactically~*~*~ (outnumbered).
 27771 | D:11     | 27771 ||| Stepping ~*~*~tactically~*~*~ (outnumbered).
 27773 | D:11     | 27773 ||| Stepping ~*~*~tactically~*~*~ (outnumbered).
 27775 | D:11     | 27775 ||| Stepping ~*~*~tactically~*~*~ (outnumbered).
 27777 | D:11     | 27777 ||| Stepping ~*~*~tactically~*~*~ (outnumbered).
 27779 | D:11     | 27779 ||| Stepping ~*~*~tactically~*~*~ (outnumbered).
 27781 | D:11     | 27781 ||| Stepping ~*~*~tactically~*~*~ (outnumbered).
 27783 | D:11     | 27783 ||| Stepping ~*~*~tactically~*~*~ (outnumbered).
 27785 | D:11     | 27785 ||| Stepping ~*~*~tactically~*~*~ (outnumbered).
 27787 | D:11     | 27787 ||| Stepping ~*~*~tactically~*~*~ (outnumbered).
 27789 | D:11     | 27789 ||| Stepping ~*~*~tactically~*~*~ (outnumbered).
 27791 | D:11     | 27791 ||| Stepping ~*~*~tactically~*~*~ (outnumbered).
 27793 | D:11     | 27793 ||| Stepping ~*~*~tactically~*~*~ (outnumbered).
 27795 | D:11     | 27795 ||| Stepping ~*~*~tactically~*~*~ (outnumbered).
 27797 | D:11     | 27797 ||| Stepping ~*~*~tactically~*~*~ (outnumbered).
 27799 | D:11     | 27799 ||| Stepping ~*~*~tactically~*~*~ (outnumbered).
 27801 | D:11     | 27801 ||| Stepping ~*~*~tactically~*~*~ (outnumbered).
 27803 | D:11     | 27803 ||| Stepping ~*~*~tactically~*~*~ (outnumbered).
 27805 | D:11     | 27805 ||| Stepping ~*~*~tactically~*~*~ (outnumbered).
 27807 | D:11     | 27807 ||| Stepping ~*~*~tactically~*~*~ (outnumbered).
 27809 | D:11     | 27809 ||| Stepping ~*~*~tactically~*~*~ (outnumbered).
 27811 | D:11     | 27811 ||| Stepping ~*~*~tactically~*~*~ (outnumbered).
 27813 | D:11     | 27813 ||| Stepping ~*~*~tactically~*~*~ (outnumbered).
 27815 | D:11     | 27815 ||| Stepping ~*~*~tactically~*~*~ (outnumbered).
 27817 | D:11     | 27817 ||| Stepping ~*~*~tactically~*~*~ (outnumbered).
 27819 | D:11     | 27819 ||| Stepping ~*~*~tactically~*~*~ (outnumbered).
 27821 | D:11     | 27821 ||| Stepping ~*~*~tactically~*~*~ (outnumbered).
 27823 | D:11     | 27823 ||| Stepping ~*~*~tactically~*~*~ (outnumbered).
 27825 | D:11     | 27825 ||| Stepping ~*~*~tactically~*~*~ (outnumbered).
 27827 | D:11     | 27827 ||| Stepping ~*~*~tactically~*~*~ (outnumbered).
 27829 | D:11     | 27829 ||| Stepping ~*~*~tactically~*~*~ (outnumbered).
 27831 | D:11     | 27831 ||| Stepping ~*~*~tactically~*~*~ (outnumbered).
 27833 | D:11     | 27833 ||| Stepping ~*~*~tactically~*~*~ (outnumbered).
 27835 | D:11     | 27835 ||| Stepping ~*~*~tactically~*~*~ (outnumbered).
 27837 | D:11     | 27837 ||| Stepping ~*~*~tactically~*~*~ (outnumbered).
 27839 | D:11     | 27839 ||| Stepping ~*~*~tactically~*~*~ (outnumbered).
 27841 | D:11     | 27841 ||| Stepping ~*~*~tactically~*~*~ (outnumbered).
 27843 | D:11     | 27843 ||| Stepping ~*~*~tactically~*~*~ (outnumbered).
 27845 | D:11     | 27845 ||| Stepping ~*~*~tactically~*~*~ (outnumbered).
 27847 | D:11     | 27847 ||| Stepping ~*~*~tactically~*~*~ (outnumbered).
 27849 | D:11     | 27849 ||| Stepping ~*~*~tactically~*~*~ (outnumbered).
 27851 | D:11     | 27851 ||| Stepping ~*~*~tactically~*~*~ (outnumbered).
 27853 | D:11     | 27853 ||| Stepping ~*~*~tactically~*~*~ (outnumbered).
 27855 | D:11     | 27855 ||| Stepping ~*~*~tactically~*~*~ (outnumbered).
 27857 | D:11     | 27857 ||| Stepping ~*~*~tactically~*~*~ (outnumbered).
 27859 | D:11     | 27859 ||| Stepping ~*~*~tactically~*~*~ (outnumbered).
 27861 | D:11     | 27861 ||| Stepping ~*~*~tactically~*~*~ (outnumbered).
 27863 | D:11     | 27863 ||| Stepping ~*~*~tactically~*~*~ (outnumbered).
 27865 | D:11     | 27865 ||| Stepping ~*~*~tactically~*~*~ (outnumbered).
 27867 | D:11     | 27867 ||| Stepping ~*~*~tactically~*~*~ (outnumbered).
 27869 | D:11     | 27869 ||| Stepping ~*~*~tactically~*~*~ (outnumbered).
 27871 | D:11     | 27871 ||| Stepping ~*~*~tactically~*~*~ (outnumbered).
 27873 | D:11     | 27873 ||| Stepping ~*~*~tactically~*~*~ (outnumbered).
 27875 | D:11     | 27875 ||| Stepping ~*~*~tactically~*~*~ (outnumbered).
 27877 | D:11     | 27877 ||| Stepping ~*~*~tactically~*~*~ (outnumbered).
 27879 | D:11     | 27879 ||| Stepping ~*~*~tactically~*~*~ (outnumbered).
 27881 | D:11     | 27881 ||| Stepping ~*~*~tactically~*~*~ (outnumbered).
 27883 | D:11     | 27883 ||| Stepping ~*~*~tactically~*~*~ (outnumbered).
 27885 | D:11     | 27885 ||| Stepping ~*~*~tactically~*~*~ (outnumbered).
 27887 | D:11     | 27887 ||| Stepping ~*~*~tactically~*~*~ (outnumbered).
 27889 | D:11     | 27889 ||| Stepping ~*~*~tactically~*~*~ (outnumbered).
 27891 | D:11     | 27891 ||| Stepping ~*~*~tactically~*~*~ (outnumbered).
 27893 | D:11     | 27893 ||| Stepping ~*~*~tactically~*~*~ (outnumbered).
 27895 | D:11     | 27895 ||| Stepping ~*~*~tactically~*~*~ (outnumbered).
 27897 | D:11     | 27897 ||| Stepping ~*~*~tactically~*~*~ (outnumbered).
 27899 | D:11     | 27899 ||| Stepping ~*~*~tactically~*~*~ (outnumbered).
 27901 | D:11     | 27901 ||| Stepping ~*~*~tactically~*~*~ (outnumbered).
 27903 | D:11     | 27903 ||| Stepping ~*~*~tactically~*~*~ (outnumbered).
 27905 | D:11     | 27905 ||| Stepping ~*~*~tactically~*~*~ (outnumbered).
 27907 | D:11     | 27907 ||| Stepping ~*~*~tactically~*~*~ (outnumbered).
 27909 | D:11     | 27909 ||| Stepping ~*~*~tactically~*~*~ (outnumbered).
 27911 | D:11     | 27911 ||| Stepping ~*~*~tactically~*~*~ (outnumbered).
 27913 | D:11     | 27913 ||| Stepping ~*~*~tactically~*~*~ (outnumbered).
 27915 | D:11     | 27915 ||| Stepping ~*~*~tactically~*~*~ (outnumbered).
 27917 | D:11     | 27917 ||| Stepping ~*~*~tactically~*~*~ (outnumbered).
 27919 | D:11     | 27919 ||| Stepping ~*~*~tactically~*~*~ (outnumbered).
 27921 | D:11     | 27921 ||| Stepping ~*~*~tactically~*~*~ (outnumbered).
 27923 | D:11     | 27923 ||| Stepping ~*~*~tactically~*~*~ (outnumbered).
 27925 | D:11     | 27925 ||| Stepping ~*~*~tactically~*~*~ (outnumbered).
 27927 | D:11     | 27927 ||| Stepping ~*~*~tactically~*~*~ (outnumbered).
 27929 | D:11     | 27929 ||| Stepping ~*~*~tactically~*~*~ (outnumbered).
 27931 | D:11     | 27931 ||| Stepping ~*~*~tactically~*~*~ (outnumbered).
 27933 | D:11     | 27933 ||| Stepping ~*~*~tactically~*~*~ (outnumbered).
 27935 | D:11     | 27935 ||| Stepping ~*~*~tactically~*~*~ (outnumbered).
 27937 | D:11     | 27937 ||| Stepping ~*~*~tactically~*~*~ (outnumbered).
 27939 | D:11     | 27939 ||| Stepping ~*~*~tactically~*~*~ (outnumbered).
 27941 | D:11     | 27941 ||| Stepping ~*~*~tactically~*~*~ (outnumbered).
 27943 | D:11     | 27943 ||| Stepping ~*~*~tactically~*~*~ (outnumbered).
 27945 | D:11     | 27945 ||| Stepping ~*~*~tactically~*~*~ (outnumbered).
 27947 | D:11     | 27947 ||| Stepping ~*~*~tactically~*~*~ (outnumbered).
 27949 | D:11     | 27949 ||| Stepping ~*~*~tactically~*~*~ (outnumbered).
 27951 | D:11     | 27951 ||| Stepping ~*~*~tactically~*~*~ (outnumbered).
 27953 | D:11     | 27953 ||| Stepping ~*~*~tactically~*~*~ (outnumbered).
 27955 | D:11     | 27955 ||| Stepping ~*~*~tactically~*~*~ (outnumbered).
 27957 | D:11     | 27957 ||| Stepping ~*~*~tactically~*~*~ (outnumbered).
 27959 | D:11     | 27959 ||| Stepping ~*~*~tactically~*~*~ (outnumbered).
 27961 | D:11     | 27961 ||| Stepping ~*~*~tactically~*~*~ (outnumbered).
 27963 | D:11     | 27963 ||| Stepping ~*~*~tactically~*~*~ (outnumbered).
 27965 | D:11     | 27965 ||| Stepping ~*~*~tactically~*~*~ (outnumbered).
 27967 | D:11     | 27967 ||| Stepping ~*~*~tactically~*~*~ (outnumbered).
 27969 | D:11     | 27969 ||| Stepping ~*~*~tactically~*~*~ (outnumbered).
 27971 | D:11     | 27971 ||| Stepping ~*~*~tactically~*~*~ (outnumbered).
 27973 | D:11     | 27973 ||| Stepping ~*~*~tactically~*~*~ (outnumbered).
 27975 | D:11     | 27975 ||| Stepping ~*~*~tactically~*~*~ (outnumbered).
 27977 | D:11     | 27977 ||| Stepping ~*~*~tactically~*~*~ (outnumbered).
 27979 | D:11     | 27979 ||| Stepping ~*~*~tactically~*~*~ (outnumbered).
 27981 | D:11     | 27981 ||| Stepping ~*~*~tactically~*~*~ (outnumbered).
 27983 | D:11     | 27983 ||| Stepping ~*~*~tactically~*~*~ (outnumbered).
 27985 | D:11     | 27985 ||| Stepping ~*~*~tactically~*~*~ (outnumbered).
 27987 | D:11     | 27987 ||| Stepping ~*~*~tactically~*~*~ (outnumbered).
 27989 | D:11     | 27989 ||| Stepping ~*~*~tactically~*~*~ (outnumbered).
 27991 | D:11     | 27991 ||| Stepping ~*~*~tactically~*~*~ (outnumbered).
 27993 | D:11     | 27993 ||| Stepping ~*~*~tactically~*~*~ (outnumbered).
 27995 | D:11     | 27995 ||| Stepping ~*~*~tactically~*~*~ (outnumbered).
 27997 | D:11     | 27997 ||| Stepping ~*~*~tactically~*~*~ (outnumbered).
 27999 | D:11     | 27999 ||| Stepping ~*~*~tactically~*~*~ (outnumbered).
 28001 | D:11     | 28001 ||| Stepping ~*~*~tactically~*~*~ (outnumbered).
 28003 | D:11     | 28003 ||| Stepping ~*~*~tactically~*~*~ (outnumbered).
 28005 | D:11     | 28005 ||| Stepping ~*~*~tactically~*~*~ (outnumbered).
 28007 | D:11     | 28007 ||| Stepping ~*~*~tactically~*~*~ (outnumbered).
 28009 | D:11     | 28009 ||| Stepping ~*~*~tactically~*~*~ (outnumbered).
 28011 | D:11     | 28011 ||| Stepping ~*~*~tactically~*~*~ (outnumbered).
 28013 | D:11     | 28013 ||| Stepping ~*~*~tactically~*~*~ (outnumbered).
 28015 | D:11     | 28015 ||| Stepping ~*~*~tactically~*~*~ (outnumbered).
 28017 | D:11     | 28017 ||| Stepping ~*~*~tactically~*~*~ (outnumbered).
 28019 | D:11     | 28019 ||| Stepping ~*~*~tactically~*~*~ (outnumbered).
 28021 | D:11     | 28021 ||| Stepping ~*~*~tactically~*~*~ (outnumbered).
 28023 | D:11     | 28023 ||| Stepping ~*~*~tactically~*~*~ (outnumbered).
 28025 | D:11     | 28025 ||| Stepping ~*~*~tactically~*~*~ (outnumbered).
 28027 | D:11     | 28027 ||| Stepping ~*~*~tactically~*~*~ (outnumbered).
 28029 | D:11     | 28029 ||| Stepping ~*~*~tactically~*~*~ (outnumbered).
 28031 | D:11     | 28031 ||| Stepping ~*~*~tactically~*~*~ (outnumbered).
 28033 | D:11     | 28033 ||| Stepping ~*~*~tactically~*~*~ (outnumbered).
 28035 | D:11     | 28035 ||| Stepping ~*~*~tactically~*~*~ (outnumbered).
 28037 | D:11     | 28037 ||| Stepping ~*~*~tactically~*~*~ (outnumbered).
 28039 | D:11     | 28039 ||| Stepping ~*~*~tactically~*~*~ (outnumbered).
 28041 | D:11     | 28041 ||| Stepping ~*~*~tactically~*~*~ (outnumbered).
 28043 | D:11     | 28043 ||| Stepping ~*~*~tactically~*~*~ (outnumbered).
 28045 | D:11     | 28045 ||| Stepping ~*~*~tactically~*~*~ (outnumbered).
 28047 | D:11     | 28047 ||| Stepping ~*~*~tactically~*~*~ (outnumbered).
 28049 | D:11     | 28049 ||| Stepping ~*~*~tactically~*~*~ (outnumbered).
 28051 | D:11     | 28051 ||| Stepping ~*~*~tactically~*~*~ (outnumbered).
 28053 | D:11     | 28053 ||| Stepping ~*~*~tactically~*~*~ (outnumbered).
 28055 | D:11     | 28055 ||| Stepping ~*~*~tactically~*~*~ (outnumbered).
 28057 | D:11     | 28057 ||| Stepping ~*~*~tactically~*~*~ (outnumbered).
 28059 | D:11     | 28059 ||| Stepping ~*~*~tactically~*~*~ (outnumbered).
 28061 | D:11     | 28061 ||| Stepping ~*~*~tactically~*~*~ (outnumbered).
 28063 | D:11     | 28063 ||| Stepping ~*~*~tactically~*~*~ (outnumbered).
 28065 | D:11     | 28065 ||| Stepping ~*~*~tactically~*~*~ (outnumbered).
 28067 | D:11     | 28067 ||| Stepping ~*~*~tactically~*~*~ (outnumbered).
 28069 | D:11     | 28069 ||| Stepping ~*~*~tactically~*~*~ (outnumbered).
 28071 | D:11     | 28071 ||| Stepping ~*~*~tactically~*~*~ (outnumbered).
 28073 | D:11     | 28073 ||| Stepping ~*~*~tactically~*~*~ (outnumbered).
 28075 | D:11     | 28075 ||| Stepping ~*~*~tactically~*~*~ (outnumbered).
 28077 | D:11     | 28077 ||| Stepping ~*~*~tactically~*~*~ (outnumbered).
 28079 | D:11     | 28079 ||| Stepping ~*~*~tactically~*~*~ (outnumbered).
 28081 | D:11     | 28081 ||| Stepping ~*~*~tactically~*~*~ (outnumbered).
 28083 | D:11     | 28083 ||| Stepping ~*~*~tactically~*~*~ (outnumbered).
 28085 | D:11     | 28085 ||| Stepping ~*~*~tactically~*~*~ (outnumbered).
 28087 | D:11     | 28087 ||| Stepping ~*~*~tactically~*~*~ (outnumbered).
 28089 | D:11     | 28089 ||| Stepping ~*~*~tactically~*~*~ (outnumbered).
 28091 | D:11     | 28091 ||| Stepping ~*~*~tactically~*~*~ (outnumbered).
 28093 | D:11     | 28093 ||| Stepping ~*~*~tactically~*~*~ (outnumbered).
 28095 | D:11     | 28095 ||| Stepping ~*~*~tactically~*~*~ (outnumbered).
 28097 | D:11     | 28097 ||| Stepping ~*~*~tactically~*~*~ (outnumbered).
 28099 | D:11     | 28099 ||| Stepping ~*~*~tactically~*~*~ (outnumbered).
 28101 | D:11     | 28101 ||| Stepping ~*~*~tactically~*~*~ (outnumbered).
 28103 | D:11     | 28103 ||| Stepping ~*~*~tactically~*~*~ (outnumbered).
 28105 | D:11     | 28105 ||| Stepping ~*~*~tactically~*~*~ (outnumbered).
 28107 | D:11     | 28107 ||| Stepping ~*~*~tactically~*~*~ (outnumbered).
 28109 | D:11     | 28109 ||| Stepping ~*~*~tactically~*~*~ (outnumbered).
 28111 | D:11     | 28111 ||| Stepping ~*~*~tactically~*~*~ (outnumbered).
 28113 | D:11     | 28113 ||| Stepping ~*~*~tactically~*~*~ (outnumbered).
 28115 | D:11     | 28115 ||| Stepping ~*~*~tactically~*~*~ (outnumbered).
 28117 | D:11     | 28117 ||| Stepping ~*~*~tactically~*~*~ (outnumbered).
 28119 | D:11     | 28119 ||| Stepping ~*~*~tactically~*~*~ (outnumbered).
 28121 | D:11     | 28121 ||| Stepping ~*~*~tactically~*~*~ (outnumbered).
 28123 | D:11     | 28123 ||| Stepping ~*~*~tactically~*~*~ (outnumbered).
 28125 | D:11     | 28125 ||| Stepping ~*~*~tactically~*~*~ (outnumbered).
 28127 | D:11     | 28127 ||| Stepping ~*~*~tactically~*~*~ (outnumbered).
 28129 | D:11     | 28129 ||| Stepping ~*~*~tactically~*~*~ (outnumbered).
 28131 | D:11     | 28131 ||| Stepping ~*~*~tactically~*~*~ (outnumbered).
 28133 | D:11     | 28133 ||| Stepping ~*~*~tactically~*~*~ (outnumbered).
 28135 | D:11     | 28135 ||| Stepping ~*~*~tactically~*~*~ (outnumbered).
 28137 | D:11     | 28137 ||| Stepping ~*~*~tactically~*~*~ (outnumbered).
 28139 | D:11     | 28139 ||| Stepping ~*~*~tactically~*~*~ (outnumbered).
 28141 | D:11     | 28141 ||| Stepping ~*~*~tactically~*~*~ (outnumbered).
 28143 | D:11     | 28143 ||| Stepping ~*~*~tactically~*~*~ (outnumbered).
 28145 | D:11     | 28145 ||| Stepping ~*~*~tactically~*~*~ (outnumbered).
 28147 | D:11     | 28147 ||| Stepping ~*~*~tactically~*~*~ (outnumbered).
 28149 | D:11     | 28149 ||| Stepping ~*~*~tactically~*~*~ (outnumbered).
 28151 | D:11     | 28151 ||| Stepping ~*~*~tactically~*~*~ (outnumbered).
 28153 | D:11     | 28153 ||| Stepping ~*~*~tactically~*~*~ (outnumbered).
 28155 | D:11     | 28155 ||| Stepping ~*~*~tactically~*~*~ (outnumbered).
 28157 | D:11     | 28157 ||| Stepping ~*~*~tactically~*~*~ (outnumbered).
 28159 | D:11     | 28159 ||| Stepping ~*~*~tactically~*~*~ (outnumbered).
 28161 | D:11     | 28161 ||| Stepping ~*~*~tactically~*~*~ (outnumbered).
 28163 | D:11     | 28163 ||| Stepping ~*~*~tactically~*~*~ (outnumbered).
 28165 | D:11     | 28165 ||| Stepping ~*~*~tactically~*~*~ (outnumbered).
 28167 | D:11     | 28167 ||| Stepping ~*~*~tactically~*~*~ (outnumbered).
 28169 | D:11     | 28169 ||| Stepping ~*~*~tactically~*~*~ (outnumbered).
 28171 | D:11     | 28171 ||| Stepping ~*~*~tactically~*~*~ (outnumbered).
 28173 | D:11     | 28173 ||| Stepping ~*~*~tactically~*~*~ (outnumbered).
 28175 | D:11     | 28175 ||| Stepping ~*~*~tactically~*~*~ (outnumbered).
 28177 | D:11     | 28177 ||| Stepping ~*~*~tactically~*~*~ (outnumbered).
 28179 | D:11     | 28179 ||| Stepping ~*~*~tactically~*~*~ (outnumbered).
 28181 | D:11     | 28181 ||| Stepping ~*~*~tactically~*~*~ (outnumbered).
 28183 | D:11     | 28183 ||| Stepping ~*~*~tactically~*~*~ (outnumbered).
 28185 | D:11     | 28185 ||| Stepping ~*~*~tactically~*~*~ (outnumbered).
 28187 | D:11     | 28187 ||| Stepping ~*~*~tactically~*~*~ (outnumbered).
 28189 | D:11     | 28189 ||| Stepping ~*~*~tactically~*~*~ (outnumbered).
 28191 | D:11     | 28191 ||| Stepping ~*~*~tactically~*~*~ (outnumbered).
 28193 | D:11     | 28193 ||| Stepping ~*~*~tactically~*~*~ (outnumbered).
 28195 | D:11     | 28195 ||| Stepping ~*~*~tactically~*~*~ (outnumbered).
 28197 | D:11     | 28197 ||| Stepping ~*~*~tactically~*~*~ (outnumbered).
 28199 | D:11     | 28199 ||| Stepping ~*~*~tactically~*~*~ (outnumbered).
 28201 | D:11     | 28201 ||| Stepping ~*~*~tactically~*~*~ (outnumbered).
 28203 | D:11     | 28203 ||| Stepping ~*~*~tactically~*~*~ (outnumbered).
 28205 | D:11     | 28205 ||| Stepping ~*~*~tactically~*~*~ (outnumbered).
 28207 | D:11     | 28207 ||| Stepping ~*~*~tactically~*~*~ (outnumbered).
 28209 | D:11     | 28209 ||| Stepping ~*~*~tactically~*~*~ (outnumbered).
 28211 | D:11     | 28211 ||| Stepping ~*~*~tactically~*~*~ (outnumbered).
 28213 | D:11     | 28213 ||| Stepping ~*~*~tactically~*~*~ (outnumbered).
 28215 | D:11     | 28215 ||| Stepping ~*~*~tactically~*~*~ (outnumbered).
 28217 | D:11     | 28217 ||| Stepping ~*~*~tactically~*~*~ (outnumbered).
 28219 | D:11     | 28219 ||| Stepping ~*~*~tactically~*~*~ (outnumbered).
 28221 | D:11     | 28221 ||| Stepping ~*~*~tactically~*~*~ (outnumbered).
 28223 | D:11     | 28223 ||| Stepping ~*~*~tactically~*~*~ (outnumbered).
 28225 | D:11     | 28225 ||| Stepping ~*~*~tactically~*~*~ (outnumbered).
 28227 | D:11     | 28227 ||| Stepping ~*~*~tactically~*~*~ (outnumbered).
 28229 | D:11     | 28229 ||| Stepping ~*~*~tactically~*~*~ (outnumbered).
 28231 | D:11     | 28231 ||| Stepping ~*~*~tactically~*~*~ (outnumbered).
 28233 | D:11     | 28233 ||| Stepping ~*~*~tactically~*~*~ (outnumbered).
 28235 | D:11     | 28235 ||| Stepping ~*~*~tactically~*~*~ (outnumbered).
 28237 | D:11     | 28237 ||| Stepping ~*~*~tactically~*~*~ (outnumbered).
 28239 | D:11     | 28239 ||| Stepping ~*~*~tactically~*~*~ (outnumbered).
 28241 | D:11     | 28241 ||| Stepping ~*~*~tactically~*~*~ (outnumbered).
 28243 | D:11     | 28243 ||| Stepping ~*~*~tactically~*~*~ (outnumbered).
 28245 | D:11     | 28245 ||| Stepping ~*~*~tactically~*~*~ (outnumbered).
 28247 | D:11     | 28247 ||| Stepping ~*~*~tactically~*~*~ (outnumbered).
 28249 | D:11     | 28249 ||| Stepping ~*~*~tactically~*~*~ (outnumbered).
 28251 | D:11     | 28251 ||| Stepping ~*~*~tactically~*~*~ (outnumbered).
 28253 | D:11     | 28253 ||| Stepping ~*~*~tactically~*~*~ (outnumbered).
 28255 | D:11     | 28255 ||| Stepping ~*~*~tactically~*~*~ (outnumbered).
 28257 | D:11     | 28257 ||| Stepping ~*~*~tactically~*~*~ (outnumbered).
 28259 | D:11     | 28259 ||| Stepping ~*~*~tactically~*~*~ (outnumbered).
 28261 | D:11     | 28261 ||| Stepping ~*~*~tactically~*~*~ (outnumbered).
 28263 | D:11     | 28263 ||| Stepping ~*~*~tactically~*~*~ (outnumbered).
 28265 | D:11     | 28265 ||| Stepping ~*~*~tactically~*~*~ (outnumbered).
 28267 | D:11     | 28267 ||| Stepping ~*~*~tactically~*~*~ (outnumbered).
 28269 | D:11     | 28269 ||| Stepping ~*~*~tactically~*~*~ (outnumbered).
 28271 | D:11     | 28271 ||| Stepping ~*~*~tactically~*~*~ (outnumbered).
 28273 | D:11     | 28273 ||| Stepping ~*~*~tactically~*~*~ (outnumbered).
 28275 | D:11     | 28275 ||| Stepping ~*~*~tactically~*~*~ (outnumbered).
 28277 | D:11     | 28277 ||| Stepping ~*~*~tactically~*~*~ (outnumbered).
 28279 | D:11     | 28279 ||| Stepping ~*~*~tactically~*~*~ (outnumbered).
 28281 | D:11     | 28281 ||| Stepping ~*~*~tactically~*~*~ (outnumbered).
 28283 | D:11     | 28283 ||| Stepping ~*~*~tactically~*~*~ (outnumbered).
 28285 | D:11     | 28285 ||| Stepping ~*~*~tactically~*~*~ (outnumbered).
 28287 | D:11     | 28287 ||| Stepping ~*~*~tactically~*~*~ (outnumbered).
 28289 | D:11     | 28289 ||| Stepping ~*~*~tactically~*~*~ (outnumbered).
 28291 | D:11     | 28291 ||| Stepping ~*~*~tactically~*~*~ (outnumbered).
 28293 | D:11     | 28293 ||| Stepping ~*~*~tactically~*~*~ (outnumbered).
 28295 | D:11     | 28295 ||| Stepping ~*~*~tactically~*~*~ (outnumbered).
 28297 | D:11     | 28297 ||| Stepping ~*~*~tactically~*~*~ (outnumbered).
 28299 | D:11     | 28299 ||| Stepping ~*~*~tactically~*~*~ (outnumbered).
 28301 | D:11     | 28301 ||| Stepping ~*~*~tactically~*~*~ (outnumbered).
 28303 | D:11     | 28303 ||| Stepping ~*~*~tactically~*~*~ (outnumbered).
 28305 | D:11     | 28305 ||| Stepping ~*~*~tactically~*~*~ (outnumbered).
 28307 | D:11     | 28307 ||| Stepping ~*~*~tactically~*~*~ (outnumbered).
 28309 | D:11     | 28309 ||| Stepping ~*~*~tactically~*~*~ (outnumbered).
 28311 | D:11     | 28311 ||| Stepping ~*~*~tactically~*~*~ (outnumbered).
 28313 | D:11     | 28313 ||| Stepping ~*~*~tactically~*~*~ (outnumbered).
 28315 | D:11     | 28315 ||| Stepping ~*~*~tactically~*~*~ (outnumbered).
 28317 | D:11     | 28317 ||| Stepping ~*~*~tactically~*~*~ (outnumbered).
 28319 | D:11     | 28319 ||| Stepping ~*~*~tactically~*~*~ (outnumbered).
 28321 | D:11     | 28321 ||| Stepping ~*~*~tactically~*~*~ (outnumbered).
 28323 | D:11     | 28323 ||| Stepping ~*~*~tactically~*~*~ (outnumbered).
 28325 | D:11     | 28325 ||| Stepping ~*~*~tactically~*~*~ (outnumbered).
 28327 | D:11     | 28327 ||| Stepping ~*~*~tactically~*~*~ (outnumbered).
 28329 | D:11     | 28329 ||| Stepping ~*~*~tactically~*~*~ (outnumbered).
 28331 | D:11     | 28331 ||| Stepping ~*~*~tactically~*~*~ (outnumbered).
 28333 | D:11     | 28333 ||| Stepping ~*~*~tactically~*~*~ (outnumbered).
 28335 | D:11     | 28335 ||| Stepping ~*~*~tactically~*~*~ (outnumbered).
 28337 | D:11     | 28337 ||| Stepping ~*~*~tactically~*~*~ (outnumbered).
 28339 | D:11     | 28339 ||| Stepping ~*~*~tactically~*~*~ (outnumbered).
 28341 | D:11     | 28341 ||| Stepping ~*~*~tactically~*~*~ (outnumbered).
 28343 | D:11     | 28343 ||| Stepping ~*~*~tactically~*~*~ (outnumbered).
 28345 | D:11     | 28345 ||| Stepping ~*~*~tactically~*~*~ (outnumbered).
 28347 | D:11     | 28347 ||| Stepping ~*~*~tactically~*~*~ (outnumbered).
 28349 | D:11     | 28349 ||| Stepping ~*~*~tactically~*~*~ (outnumbered).
 28351 | D:11     | 28351 ||| Stepping ~*~*~tactically~*~*~ (outnumbered).
 28353 | D:11     | 28353 ||| Stepping ~*~*~tactically~*~*~ (outnumbered).
 28355 | D:11     | 28355 ||| Stepping ~*~*~tactically~*~*~ (outnumbered).
 28357 | D:11     | 28357 ||| Stepping ~*~*~tactically~*~*~ (outnumbered).
 28359 | D:11     | 28359 ||| Stepping ~*~*~tactically~*~*~ (outnumbered).
 28361 | D:11     | 28361 ||| Stepping ~*~*~tactically~*~*~ (outnumbered).
 28363 | D:11     | 28363 ||| Stepping ~*~*~tactically~*~*~ (outnumbered).
 28365 | D:11     | 28365 ||| Stepping ~*~*~tactically~*~*~ (outnumbered).
 28367 | D:11     | 28367 ||| Stepping ~*~*~tactically~*~*~ (outnumbered).
 28369 | D:11     | 28369 ||| Stepping ~*~*~tactically~*~*~ (outnumbered).
 28371 | D:11     | 28371 ||| Stepping ~*~*~tactically~*~*~ (outnumbered).
 28373 | D:11     | 28373 ||| Stepping ~*~*~tactically~*~*~ (outnumbered).
 28375 | D:11     | 28375 ||| Stepping ~*~*~tactically~*~*~ (outnumbered).
 28377 | D:11     | 28377 ||| Stepping ~*~*~tactically~*~*~ (outnumbered).
 28379 | D:11     | 28379 ||| Stepping ~*~*~tactically~*~*~ (outnumbered).
 28381 | D:11     | 28381 ||| Stepping ~*~*~tactically~*~*~ (outnumbered).
 28383 | D:11     | 28383 ||| Stepping ~*~*~tactically~*~*~ (outnumbered).
 28385 | D:11     | 28385 ||| Stepping ~*~*~tactically~*~*~ (outnumbered).
 28387 | D:11     | 28387 ||| Stepping ~*~*~tactically~*~*~ (outnumbered).
 28389 | D:11     | 28389 ||| Stepping ~*~*~tactically~*~*~ (outnumbered).
 28391 | D:11     | 28391 ||| Stepping ~*~*~tactically~*~*~ (outnumbered).
 28393 | D:11     | 28393 ||| Stepping ~*~*~tactically~*~*~ (outnumbered).
 28395 | D:11     | 28395 ||| Stepping ~*~*~tactically~*~*~ (outnumbered).
 28397 | D:11     | 28397 ||| Stepping ~*~*~tactically~*~*~ (outnumbered).
 28399 | D:11     | 28399 ||| Stepping ~*~*~tactically~*~*~ (outnumbered).
 28401 | D:11     | 28401 ||| Stepping ~*~*~tactically~*~*~ (outnumbered).
 28403 | D:11     | 28403 ||| Stepping ~*~*~tactically~*~*~ (outnumbered).
 28405 | D:11     | 28405 ||| Stepping ~*~*~tactically~*~*~ (outnumbered).
 28407 | D:11     | 28407 ||| Stepping ~*~*~tactically~*~*~ (outnumbered).
 28409 | D:11     | 28409 ||| Stepping ~*~*~tactically~*~*~ (outnumbered).
 28411 | D:11     | 28411 ||| Stepping ~*~*~tactically~*~*~ (outnumbered).
 28413 | D:11     | 28413 ||| Stepping ~*~*~tactically~*~*~ (outnumbered).
 28415 | D:11     | 28415 ||| Stepping ~*~*~tactically~*~*~ (outnumbered).
 28417 | D:11     | 28417 ||| Stepping ~*~*~tactically~*~*~ (outnumbered).
 28419 | D:11     | 28419 ||| Stepping ~*~*~tactically~*~*~ (outnumbered).
 28421 | D:11     | 28421 ||| Stepping ~*~*~tactically~*~*~ (outnumbered).
 28423 | D:11     | 28423 ||| Stepping ~*~*~tactically~*~*~ (outnumbered).
 28425 | D:11     | 28425 ||| Stepping ~*~*~tactically~*~*~ (outnumbered).
 28427 | D:11     | 28427 ||| Stepping ~*~*~tactically~*~*~ (outnumbered).
 28429 | D:11     | 28429 ||| Stepping ~*~*~tactically~*~*~ (outnumbered).
 28431 | D:11     | 28431 ||| Stepping ~*~*~tactically~*~*~ (outnumbered).
 28433 | D:11     | 28433 ||| Stepping ~*~*~tactically~*~*~ (outnumbered).
 28435 | D:11     | 28435 ||| Stepping ~*~*~tactically~*~*~ (outnumbered).
 28437 | D:11     | 28437 ||| Stepping ~*~*~tactically~*~*~ (outnumbered).
 28439 | D:11     | 28439 ||| Stepping ~*~*~tactically~*~*~ (outnumbered).
 28441 | D:11     | 28441 ||| Stepping ~*~*~tactically~*~*~ (outnumbered).
 28443 | D:11     | 28443 ||| Stepping ~*~*~tactically~*~*~ (outnumbered).
 28445 | D:11     | 28445 ||| Stepping ~*~*~tactically~*~*~ (outnumbered).
 28447 | D:11     | 28447 ||| Stepping ~*~*~tactically~*~*~ (outnumbered).
 28449 | D:11     | 28449 ||| Stepping ~*~*~tactically~*~*~ (outnumbered).
 28451 | D:11     | 28451 ||| Stepping ~*~*~tactically~*~*~ (outnumbered).
 28453 | D:11     | 28453 ||| Stepping ~*~*~tactically~*~*~ (outnumbered).
 28455 | D:11     | 28455 ||| Stepping ~*~*~tactically~*~*~ (outnumbered).
 28457 | D:11     | 28457 ||| Stepping ~*~*~tactically~*~*~ (outnumbered).
 28459 | D:11     | 28459 ||| Stepping ~*~*~tactically~*~*~ (outnumbered).
 28461 | D:11     | 28461 ||| Stepping ~*~*~tactically~*~*~ (outnumbered).
 28463 | D:11     | 28463 ||| Stepping ~*~*~tactically~*~*~ (outnumbered).
 28465 | D:11     | 28465 ||| Stepping ~*~*~tactically~*~*~ (outnumbered).
 28467 | D:11     | 28467 ||| Stepping ~*~*~tactically~*~*~ (outnumbered).
 28469 | D:11     | 28469 ||| Stepping ~*~*~tactically~*~*~ (outnumbered).
 28471 | D:11     | 28471 ||| Stepping ~*~*~tactically~*~*~ (outnumbered).
 28473 | D:11     | 28473 ||| Stepping ~*~*~tactically~*~*~ (outnumbered).
 28475 | D:11     | 28475 ||| Stepping ~*~*~tactically~*~*~ (outnumbered).
 28477 | D:11     | 28477 ||| Stepping ~*~*~tactically~*~*~ (outnumbered).
 28479 | D:11     | 28479 ||| Stepping ~*~*~tactically~*~*~ (outnumbered).
 28481 | D:11     | 28481 ||| Stepping ~*~*~tactically~*~*~ (outnumbered).
 28483 | D:11     | 28483 ||| Stepping ~*~*~tactically~*~*~ (outnumbered).
 28485 | D:11     | 28485 ||| Stepping ~*~*~tactically~*~*~ (outnumbered).
 28487 | D:11     | 28487 ||| Stepping ~*~*~tactically~*~*~ (outnumbered).
 28489 | D:11     | 28489 ||| Stepping ~*~*~tactically~*~*~ (outnumbered).
 28491 | D:11     | 28491 ||| Stepping ~*~*~tactically~*~*~ (outnumbered).
 28493 | D:11     | 28493 ||| Stepping ~*~*~tactically~*~*~ (outnumbered).
 28495 | D:11     | 28495 ||| Stepping ~*~*~tactically~*~*~ (outnumbered).
 28497 | D:11     | 28497 ||| Stepping ~*~*~tactically~*~*~ (outnumbered).
 28499 | D:11     | 28499 ||| Stepping ~*~*~tactically~*~*~ (outnumbered).
 28501 | D:11     | 28501 ||| Stepping ~*~*~tactically~*~*~ (outnumbered).
 28503 | D:11     | 28503 ||| Stepping ~*~*~tactically~*~*~ (outnumbered).
 28505 | D:11     | 28505 ||| Stepping ~*~*~tactically~*~*~ (outnumbered).
 28507 | D:11     | 28507 ||| Stepping ~*~*~tactically~*~*~ (outnumbered).
 28509 | D:11     | 28509 ||| Stepping ~*~*~tactically~*~*~ (outnumbered).
 28511 | D:11     | 28511 ||| Stepping ~*~*~tactically~*~*~ (outnumbered).
 28513 | D:11     | 28513 ||| Stepping ~*~*~tactically~*~*~ (outnumbered).
 28515 | D:11     | 28515 ||| Stepping ~*~*~tactically~*~*~ (outnumbered).
 28517 | D:11     | 28517 ||| Stepping ~*~*~tactically~*~*~ (outnumbered).
 28519 | D:11     | 28519 ||| Stepping ~*~*~tactically~*~*~ (outnumbered).
 28521 | D:11     | 28521 ||| Stepping ~*~*~tactically~*~*~ (outnumbered).
 28523 | D:11     | 28523 ||| Stepping ~*~*~tactically~*~*~ (outnumbered).
 28525 | D:11     | 28525 ||| Stepping ~*~*~tactically~*~*~ (outnumbered).
 28527 | D:11     | 28527 ||| Stepping ~*~*~tactically~*~*~ (outnumbered).
 28529 | D:11     | 28529 ||| Stepping ~*~*~tactically~*~*~ (outnumbered).
 28531 | D:11     | 28531 ||| Stepping ~*~*~tactically~*~*~ (outnumbered).
 28533 | D:11     | 28533 ||| Stepping ~*~*~tactically~*~*~ (outnumbered).
 28535 | D:11     | 28535 ||| Stepping ~*~*~tactically~*~*~ (outnumbered).
 28537 | D:11     | 28537 ||| Stepping ~*~*~tactically~*~*~ (outnumbered).
 28539 | D:11     | 28539 ||| Stepping ~*~*~tactically~*~*~ (outnumbered).
 28541 | D:11     | 28541 ||| Stepping ~*~*~tactically~*~*~ (outnumbered).
 28543 | D:11     | 28543 ||| Stepping ~*~*~tactically~*~*~ (outnumbered).
 28545 | D:11     | 28545 ||| Stepping ~*~*~tactically~*~*~ (outnumbered).
 28547 | D:11     | 28547 ||| Stepping ~*~*~tactically~*~*~ (outnumbered).
 28549 | D:11     | 28549 ||| Stepping ~*~*~tactically~*~*~ (outnumbered).
 28551 | D:11     | 28551 ||| Stepping ~*~*~tactically~*~*~ (outnumbered).
 28553 | D:11     | 28553 ||| Stepping ~*~*~tactically~*~*~ (outnumbered).
 28555 | D:11     | 28555 ||| Stepping ~*~*~tactically~*~*~ (outnumbered).
 28557 | D:11     | 28557 ||| Stepping ~*~*~tactically~*~*~ (outnumbered).
 28559 | D:11     | 28559 ||| Stepping ~*~*~tactically~*~*~ (outnumbered).
 28561 | D:11     | 28561 ||| Stepping ~*~*~tactically~*~*~ (outnumbered).
 28563 | D:11     | 28563 ||| Stepping ~*~*~tactically~*~*~ (outnumbered).
 28565 | D:11     | 28565 ||| Stepping ~*~*~tactically~*~*~ (outnumbered).
 28567 | D:11     | 28567 ||| Stepping ~*~*~tactically~*~*~ (outnumbered).
 28569 | D:11     | 28569 ||| Stepping ~*~*~tactically~*~*~ (outnumbered).
 28571 | D:11     | 28571 ||| Stepping ~*~*~tactically~*~*~ (outnumbered).
 28573 | D:11     | 28573 ||| Stepping ~*~*~tactically~*~*~ (outnumbered).
 28575 | D:11     | 28575 ||| Stepping ~*~*~tactically~*~*~ (outnumbered).
 28577 | D:11     | 28577 ||| Stepping ~*~*~tactically~*~*~ (outnumbered).
 28579 | D:11     | 28579 ||| Stepping ~*~*~tactically~*~*~ (outnumbered).
 28581 | D:11     | 28581 ||| Stepping ~*~*~tactically~*~*~ (outnumbered).
 28583 | D:11     | 28583 ||| Stepping ~*~*~tactically~*~*~ (outnumbered).
 28585 | D:11     | 28585 ||| Stepping ~*~*~tactically~*~*~ (outnumbered).
 28587 | D:11     | 28587 ||| Stepping ~*~*~tactically~*~*~ (outnumbered).
 28589 | D:11     | 28589 ||| Stepping ~*~*~tactically~*~*~ (outnumbered).
 28591 | D:11     | 28591 ||| Stepping ~*~*~tactically~*~*~ (outnumbered).
 28593 | D:11     | 28593 ||| Stepping ~*~*~tactically~*~*~ (outnumbered).
 28595 | D:11     | 28595 ||| Stepping ~*~*~tactically~*~*~ (outnumbered).
 28597 | D:11     | 28597 ||| Stepping ~*~*~tactically~*~*~ (outnumbered).
 28599 | D:11     | 28599 ||| Stepping ~*~*~tactically~*~*~ (outnumbered).
 28601 | D:11     | 28601 ||| Stepping ~*~*~tactically~*~*~ (outnumbered).
 28603 | D:11     | 28603 ||| Stepping ~*~*~tactically~*~*~ (outnumbered).
 28605 | D:11     | 28605 ||| Stepping ~*~*~tactically~*~*~ (outnumbered).
 28607 | D:11     | 28607 ||| Stepping ~*~*~tactically~*~*~ (outnumbered).
 28609 | D:11     | 28609 ||| Stepping ~*~*~tactically~*~*~ (outnumbered).
 28611 | D:11     | 28611 ||| Stepping ~*~*~tactically~*~*~ (outnumbered).
 28613 | D:11     | 28613 ||| Stepping ~*~*~tactically~*~*~ (outnumbered).
 28615 | D:11     | 28615 ||| Stepping ~*~*~tactically~*~*~ (outnumbered).
 28617 | D:11     | 28617 ||| Stepping ~*~*~tactically~*~*~ (outnumbered).
 28619 | D:11     | 28619 ||| Stepping ~*~*~tactically~*~*~ (outnumbered).
 28621 | D:11     | 28621 ||| Stepping ~*~*~tactically~*~*~ (outnumbered).
 28623 | D:11     | 28623 ||| Stepping ~*~*~tactically~*~*~ (outnumbered).
 28625 | D:11     | 28625 ||| Stepping ~*~*~tactically~*~*~ (outnumbered).
 28627 | D:11     | 28627 ||| Stepping ~*~*~tactically~*~*~ (outnumbered).
 28629 | D:11     | 28629 ||| Stepping ~*~*~tactically~*~*~ (outnumbered).
 28631 | D:11     | 28631 ||| Stepping ~*~*~tactically~*~*~ (outnumbered).
 28633 | D:11     | 28633 ||| Stepping ~*~*~tactically~*~*~ (outnumbered).
 28635 | D:11     | 28635 ||| Stepping ~*~*~tactically~*~*~ (outnumbered).
 28637 | D:11     | 28637 ||| Stepping ~*~*~tactically~*~*~ (outnumbered).
 28639 | D:11     | 28639 ||| Stepping ~*~*~tactically~*~*~ (outnumbered).
 28641 | D:11     | 28641 ||| Stepping ~*~*~tactically~*~*~ (outnumbered).
 28643 | D:11     | 28643 ||| Stepping ~*~*~tactically~*~*~ (outnumbered).
 28645 | D:11     | 28645 ||| Stepping ~*~*~tactically~*~*~ (outnumbered).
 28647 | D:11     | 28647 ||| Stepping ~*~*~tactically~*~*~ (outnumbered).
 28649 | D:11     | 28649 ||| Stepping ~*~*~tactically~*~*~ (outnumbered).
 28651 | D:11     | 28651 ||| Stepping ~*~*~tactically~*~*~ (outnumbered).
 28653 | D:11     | 28653 ||| Stepping ~*~*~tactically~*~*~ (outnumbered).
 28655 | D:11     | 28655 ||| Stepping ~*~*~tactically~*~*~ (outnumbered).
 28657 | D:11     | 28657 ||| Stepping ~*~*~tactically~*~*~ (outnumbered).
 28659 | D:11     | 28659 ||| Stepping ~*~*~tactically~*~*~ (outnumbered).
 28661 | D:11     | 28661 ||| Stepping ~*~*~tactically~*~*~ (outnumbered).
 28663 | D:11     | 28663 ||| Stepping ~*~*~tactically~*~*~ (outnumbered).
 28665 | D:11     | 28665 ||| Stepping ~*~*~tactically~*~*~ (outnumbered).
 28667 | D:11     | 28667 ||| Stepping ~*~*~tactically~*~*~ (outnumbered).
 28669 | D:11     | 28669 ||| Stepping ~*~*~tactically~*~*~ (outnumbered).
 28671 | D:11     | 28671 ||| Stepping ~*~*~tactically~*~*~ (outnumbered).
 28673 | D:11     | 28673 ||| Stepping ~*~*~tactically~*~*~ (outnumbered).
 28675 | D:11     | 28675 ||| Stepping ~*~*~tactically~*~*~ (outnumbered).
 28677 | D:11     | 28677 ||| Stepping ~*~*~tactically~*~*~ (outnumbered).
 28679 | D:11     | 28679 ||| Stepping ~*~*~tactically~*~*~ (outnumbered).
 28681 | D:11     | 28681 ||| Stepping ~*~*~tactically~*~*~ (outnumbered).
 28683 | D:11     | 28683 ||| Stepping ~*~*~tactically~*~*~ (outnumbered).
 28685 | D:11     | 28685 ||| Stepping ~*~*~tactically~*~*~ (outnumbered).
 28687 | D:11     | 28687 ||| Stepping ~*~*~tactically~*~*~ (outnumbered).
 28689 | D:11     | 28689 ||| Stepping ~*~*~tactically~*~*~ (outnumbered).
 28691 | D:11     | 28691 ||| Stepping ~*~*~tactically~*~*~ (outnumbered).
 28693 | D:11     | 28693 ||| Stepping ~*~*~tactically~*~*~ (outnumbered).
 28695 | D:11     | 28695 ||| Stepping ~*~*~tactically~*~*~ (outnumbered).
 28697 | D:11     | 28697 ||| Stepping ~*~*~tactically~*~*~ (outnumbered).
 28699 | D:11     | 28699 ||| Stepping ~*~*~tactically~*~*~ (outnumbered).
 28701 | D:11     | 28701 ||| Stepping ~*~*~tactically~*~*~ (outnumbered).
 28703 | D:11     | 28703 ||| Stepping ~*~*~tactically~*~*~ (outnumbered).
 28705 | D:11     | 28705 ||| Stepping ~*~*~tactically~*~*~ (outnumbered).
 28707 | D:11     | 28707 ||| Stepping ~*~*~tactically~*~*~ (outnumbered).
 28709 | D:11     | 28709 ||| Stepping ~*~*~tactically~*~*~ (outnumbered).
 28711 | D:11     | 28711 ||| Stepping ~*~*~tactically~*~*~ (outnumbered).
 28713 | D:11     | 28713 ||| Stepping ~*~*~tactically~*~*~ (outnumbered).
 28715 | D:11     | 28715 ||| Stepping ~*~*~tactically~*~*~ (outnumbered).
 28717 | D:11     | 28717 ||| Stepping ~*~*~tactically~*~*~ (outnumbered).
 28719 | D:11     | 28719 ||| Stepping ~*~*~tactically~*~*~ (outnumbered).
 28721 | D:11     | 28721 ||| Stepping ~*~*~tactically~*~*~ (outnumbered).
 28723 | D:11     | 28723 ||| Stepping ~*~*~tactically~*~*~ (outnumbered).
 28725 | D:11     | 28725 ||| Stepping ~*~*~tactically~*~*~ (outnumbered).
 28727 | D:11     | 28727 ||| Stepping ~*~*~tactically~*~*~ (outnumbered).
 28729 | D:11     | 28729 ||| Stepping ~*~*~tactically~*~*~ (outnumbered).
 28731 | D:11     | 28731 ||| Stepping ~*~*~tactically~*~*~ (outnumbered).
 28733 | D:11     | 28733 ||| Stepping ~*~*~tactically~*~*~ (outnumbered).
 28735 | D:11     | 28735 ||| Stepping ~*~*~tactically~*~*~ (outnumbered).
 28737 | D:11     | 28737 ||| Stepping ~*~*~tactically~*~*~ (outnumbered).
 28739 | D:11     | 28739 ||| Stepping ~*~*~tactically~*~*~ (outnumbered).
 28741 | D:11     | 28741 ||| Stepping ~*~*~tactically~*~*~ (outnumbered).
 28743 | D:11     | 28743 ||| Stepping ~*~*~tactically~*~*~ (outnumbered).
 28745 | D:11     | 28745 ||| Stepping ~*~*~tactically~*~*~ (outnumbered).
 28747 | D:11     | 28747 ||| Stepping ~*~*~tactically~*~*~ (outnumbered).
 28749 | D:11     | 28749 ||| Stepping ~*~*~tactically~*~*~ (outnumbered).
 28751 | D:11     | 28751 ||| Stepping ~*~*~tactically~*~*~ (outnumbered).
 28753 | D:11     | 28753 ||| Stepping ~*~*~tactically~*~*~ (outnumbered).
 28755 | D:11     | 28755 ||| Stepping ~*~*~tactically~*~*~ (outnumbered).
 28757 | D:11     | 28757 ||| Stepping ~*~*~tactically~*~*~ (outnumbered).
 28759 | D:11     | 28759 ||| Stepping ~*~*~tactically~*~*~ (outnumbered).
 28761 | D:11     | 28761 ||| Stepping ~*~*~tactically~*~*~ (outnumbered).
 28763 | D:11     | 28763 ||| Stepping ~*~*~tactically~*~*~ (outnumbered).
 28765 | D:11     | 28765 ||| Stepping ~*~*~tactically~*~*~ (outnumbered).
 28767 | D:11     | 28767 ||| Stepping ~*~*~tactically~*~*~ (outnumbered).
 28769 | D:11     | 28769 ||| Stepping ~*~*~tactically~*~*~ (outnumbered).
 28771 | D:11     | 28771 ||| Stepping ~*~*~tactically~*~*~ (outnumbered).
 28773 | D:11     | 28773 ||| Stepping ~*~*~tactically~*~*~ (outnumbered).
 28775 | D:11     | 28775 ||| Stepping ~*~*~tactically~*~*~ (outnumbered).
 28777 | D:11     | 28777 ||| Stepping ~*~*~tactically~*~*~ (outnumbered).
 28779 | D:11     | 28779 ||| Stepping ~*~*~tactically~*~*~ (outnumbered).
 28781 | D:11     | 28781 ||| Stepping ~*~*~tactically~*~*~ (outnumbered).
 28783 | D:11     | 28783 ||| Stepping ~*~*~tactically~*~*~ (outnumbered).
 28785 | D:11     | 28785 ||| Stepping ~*~*~tactically~*~*~ (outnumbered).
 28787 | D:11     | 28787 ||| Stepping ~*~*~tactically~*~*~ (outnumbered).
 28789 | D:11     | 28789 ||| Stepping ~*~*~tactically~*~*~ (outnumbered).
 28791 | D:11     | 28791 ||| Stepping ~*~*~tactically~*~*~ (outnumbered).
 28793 | D:11     | 28793 ||| Stepping ~*~*~tactically~*~*~ (outnumbered).
 28795 | D:11     | 28795 ||| Stepping ~*~*~tactically~*~*~ (outnumbered).
 28797 | D:11     | 28797 ||| Stepping ~*~*~tactically~*~*~ (outnumbered).
 28799 | D:11     | 28799 ||| Stepping ~*~*~tactically~*~*~ (outnumbered).
 28801 | D:11     | 28801 ||| Stepping ~*~*~tactically~*~*~ (outnumbered).
 28803 | D:11     | 28803 ||| Stepping ~*~*~tactically~*~*~ (outnumbered).
 28805 | D:11     | 28805 ||| Stepping ~*~*~tactically~*~*~ (outnumbered).
 28807 | D:11     | 28807 ||| Stepping ~*~*~tactically~*~*~ (outnumbered).
 28809 | D:11     | 28809 ||| Stepping ~*~*~tactically~*~*~ (outnumbered).
 28811 | D:11     | 28811 ||| Stepping ~*~*~tactically~*~*~ (outnumbered).
 28813 | D:11     | 28813 ||| Stepping ~*~*~tactically~*~*~ (outnumbered).
 28815 | D:11     | 28815 ||| Stepping ~*~*~tactically~*~*~ (outnumbered).
 28817 | D:11     | 28817 ||| Stepping ~*~*~tactically~*~*~ (outnumbered).
 28819 | D:11     | 28819 ||| Stepping ~*~*~tactically~*~*~ (outnumbered).
 28821 | D:11     | 28821 ||| Stepping ~*~*~tactically~*~*~ (outnumbered).
 28823 | D:11     | 28823 ||| Stepping ~*~*~tactically~*~*~ (outnumbered).
 28825 | D:11     | 28825 ||| Stepping ~*~*~tactically~*~*~ (outnumbered).
 28827 | D:11     | 28827 ||| Stepping ~*~*~tactically~*~*~ (outnumbered).
 28829 | D:11     | 28829 ||| Stepping ~*~*~tactically~*~*~ (outnumbered).
 28831 | D:11     | 28831 ||| Stepping ~*~*~tactically~*~*~ (outnumbered).
 28833 | D:11     | 28833 ||| Stepping ~*~*~tactically~*~*~ (outnumbered).
 28835 | D:11     | 28835 ||| Stepping ~*~*~tactically~*~*~ (outnumbered).
 28837 | D:11     | 28837 ||| Stepping ~*~*~tactically~*~*~ (outnumbered).
 28839 | D:11     | 28839 ||| Stepping ~*~*~tactically~*~*~ (outnumbered).
 28841 | D:11     | 28841 ||| Stepping ~*~*~tactically~*~*~ (outnumbered).
 28843 | D:11     | 28843 ||| Stepping ~*~*~tactically~*~*~ (outnumbered).
 28845 | D:11     | 28845 ||| Stepping ~*~*~tactically~*~*~ (outnumbered).
 28847 | D:11     | 28847 ||| Stepping ~*~*~tactically~*~*~ (outnumbered).
 28849 | D:11     | 28849 ||| Stepping ~*~*~tactically~*~*~ (outnumbered).
 28851 | D:11     | 28851 ||| Stepping ~*~*~tactically~*~*~ (outnumbered).
 28853 | D:11     | 28853 ||| Stepping ~*~*~tactically~*~*~ (outnumbered).
 28855 | D:11     | 28855 ||| Stepping ~*~*~tactically~*~*~ (outnumbered).
 28857 | D:11     | 28857 ||| Stepping ~*~*~tactically~*~*~ (outnumbered).
 28859 | D:11     | 28859 ||| Stepping ~*~*~tactically~*~*~ (outnumbered).
 28861 | D:11     | 28861 ||| Stepping ~*~*~tactically~*~*~ (outnumbered).
 28863 | D:11     | 28863 ||| Stepping ~*~*~tactically~*~*~ (outnumbered).
 28865 | D:11     | 28865 ||| Stepping ~*~*~tactically~*~*~ (outnumbered).
 28867 | D:11     | 28867 ||| Stepping ~*~*~tactically~*~*~ (outnumbered).
 28869 | D:11     | 28869 ||| Stepping ~*~*~tactically~*~*~ (outnumbered).
 28871 | D:11     | 28871 ||| Stepping ~*~*~tactically~*~*~ (outnumbered).
 28873 | D:11     | 28873 ||| Stepping ~*~*~tactically~*~*~ (outnumbered).
 28875 | D:11     | 28875 ||| Stepping ~*~*~tactically~*~*~ (outnumbered).
 28877 | D:11     | 28877 ||| Stepping ~*~*~tactically~*~*~ (outnumbered).
 28879 | D:11     | 28879 ||| Stepping ~*~*~tactically~*~*~ (outnumbered).
 28881 | D:11     | 28881 ||| Stepping ~*~*~tactically~*~*~ (outnumbered).
 28883 | D:11     | 28883 ||| Stepping ~*~*~tactically~*~*~ (outnumbered).
 28885 | D:11     | 28885 ||| Stepping ~*~*~tactically~*~*~ (outnumbered).
 28887 | D:11     | 28887 ||| Stepping ~*~*~tactically~*~*~ (outnumbered).
 28889 | D:11     | 28889 ||| Stepping ~*~*~tactically~*~*~ (outnumbered).
 28891 | D:11     | 28891 ||| Stepping ~*~*~tactically~*~*~ (outnumbered).
 28893 | D:11     | 28893 ||| Stepping ~*~*~tactically~*~*~ (outnumbered).
 28895 | D:11     | 28895 ||| Stepping ~*~*~tactically~*~*~ (outnumbered).
 28897 | D:11     | 28897 ||| Stepping ~*~*~tactically~*~*~ (outnumbered).
 28899 | D:11     | 28899 ||| Stepping ~*~*~tactically~*~*~ (outnumbered).
 28901 | D:11     | 28901 ||| Stepping ~*~*~tactically~*~*~ (outnumbered).
 28903 | D:11     | 28903 ||| Stepping ~*~*~tactically~*~*~ (outnumbered).
 28905 | D:11     | 28905 ||| Stepping ~*~*~tactically~*~*~ (outnumbered).
 28907 | D:11     | 28907 ||| Stepping ~*~*~tactically~*~*~ (outnumbered).
 28909 | D:11     | 28909 ||| Stepping ~*~*~tactically~*~*~ (outnumbered).
 28911 | D:11     | 28911 ||| Stepping ~*~*~tactically~*~*~ (outnumbered).
 28913 | D:11     | 28913 ||| Stepping ~*~*~tactically~*~*~ (outnumbered).
 28915 | D:11     | 28915 ||| Stepping ~*~*~tactically~*~*~ (outnumbered).
 28917 | D:11     | 28917 ||| Stepping ~*~*~tactically~*~*~ (outnumbered).
 28919 | D:11     | 28919 ||| Stepping ~*~*~tactically~*~*~ (outnumbered).
 28921 | D:11     | 28921 ||| Stepping ~*~*~tactically~*~*~ (outnumbered).
 28923 | D:11     | 28923 ||| Stepping ~*~*~tactically~*~*~ (outnumbered).
 28925 | D:11     | 28925 ||| Stepping ~*~*~tactically~*~*~ (outnumbered).
 28927 | D:11     | 28927 ||| Stepping ~*~*~tactically~*~*~ (outnumbered).
 28929 | D:11     | 28929 ||| Stepping ~*~*~tactically~*~*~ (outnumbered).
 28931 | D:11     | 28931 ||| Stepping ~*~*~tactically~*~*~ (outnumbered).
 28933 | D:11     | 28933 ||| Stepping ~*~*~tactically~*~*~ (outnumbered).
 28935 | D:11     | 28935 ||| Stepping ~*~*~tactically~*~*~ (outnumbered).
 28937 | D:11     | 28937 ||| Stepping ~*~*~tactically~*~*~ (outnumbered).
 28939 | D:11     | 28939 ||| Stepping ~*~*~tactically~*~*~ (outnumbered).
 28941 | D:11     | 28941 ||| Stepping ~*~*~tactically~*~*~ (outnumbered).
 28943 | D:11     | 28943 ||| Stepping ~*~*~tactically~*~*~ (outnumbered).
 28945 | D:11     | 28945 ||| Stepping ~*~*~tactically~*~*~ (outnumbered).
 28947 | D:11     | 28947 ||| Stepping ~*~*~tactically~*~*~ (outnumbered).
 28949 | D:11     | 28949 ||| Stepping ~*~*~tactically~*~*~ (outnumbered).
 28951 | D:11     | 28951 ||| Stepping ~*~*~tactically~*~*~ (outnumbered).
 28953 | D:11     | 28953 ||| Stepping ~*~*~tactically~*~*~ (outnumbered).
 28955 | D:11     | 28955 ||| Stepping ~*~*~tactically~*~*~ (outnumbered).
 28957 | D:11     | 28957 ||| Stepping ~*~*~tactically~*~*~ (outnumbered).
 28959 | D:11     | 28959 ||| Stepping ~*~*~tactically~*~*~ (outnumbered).
 28961 | D:11     | 28961 ||| Stepping ~*~*~tactically~*~*~ (outnumbered).
 28963 | D:11     | 28963 ||| Stepping ~*~*~tactically~*~*~ (outnumbered).
 28965 | D:11     | 28965 ||| Stepping ~*~*~tactically~*~*~ (outnumbered).
 28967 | D:11     | 28967 ||| Stepping ~*~*~tactically~*~*~ (outnumbered).
 28969 | D:11     | 28969 ||| Stepping ~*~*~tactically~*~*~ (outnumbered).
 28971 | D:11     | 28971 ||| Stepping ~*~*~tactically~*~*~ (outnumbered).
 28973 | D:11     | 28973 ||| Stepping ~*~*~tactically~*~*~ (outnumbered).
 28975 | D:11     | 28975 ||| Stepping ~*~*~tactically~*~*~ (outnumbered).
 28977 | D:11     | 28977 ||| Stepping ~*~*~tactically~*~*~ (outnumbered).
 28979 | D:11     | 28979 ||| Stepping ~*~*~tactically~*~*~ (outnumbered).
 28981 | D:11     | 28981 ||| Stepping ~*~*~tactically~*~*~ (outnumbered).
 28983 | D:11     | 28983 ||| Stepping ~*~*~tactically~*~*~ (outnumbered).
 28985 | D:11     | 28985 ||| Stepping ~*~*~tactically~*~*~ (outnumbered).
 28987 | D:11     | 28987 ||| Stepping ~*~*~tactically~*~*~ (outnumbered).
 28989 | D:11     | 28989 ||| Stepping ~*~*~tactically~*~*~ (outnumbered).
 28991 | D:11     | 28991 ||| Stepping ~*~*~tactically~*~*~ (outnumbered).
 28993 | D:11     | 28993 ||| Stepping ~*~*~tactically~*~*~ (outnumbered).
 28995 | D:11     | 28995 ||| Stepping ~*~*~tactically~*~*~ (outnumbered).
 28997 | D:11     | 28997 ||| Stepping ~*~*~tactically~*~*~ (outnumbered).
 28999 | D:11     | 28999 ||| Stepping ~*~*~tactically~*~*~ (outnumbered).
 29001 | D:11     | 29001 ||| Stepping ~*~*~tactically~*~*~ (outnumbered).
 29003 | D:11     | 29003 ||| Stepping ~*~*~tactically~*~*~ (outnumbered).
 29005 | D:11     | 29005 ||| Stepping ~*~*~tactically~*~*~ (outnumbered).
 29007 | D:11     | 29007 ||| Stepping ~*~*~tactically~*~*~ (outnumbered).
 29009 | D:11     | 29009 ||| Stepping ~*~*~tactically~*~*~ (outnumbered).
 29011 | D:11     | 29011 ||| Stepping ~*~*~tactically~*~*~ (outnumbered).
 29013 | D:11     | 29013 ||| Stepping ~*~*~tactically~*~*~ (outnumbered).
 29015 | D:11     | 29015 ||| Stepping ~*~*~tactically~*~*~ (outnumbered).
 29017 | D:11     | 29017 ||| Stepping ~*~*~tactically~*~*~ (outnumbered).
 29019 | D:11     | 29019 ||| Stepping ~*~*~tactically~*~*~ (outnumbered).
 29021 | D:11     | 29021 ||| Stepping ~*~*~tactically~*~*~ (outnumbered).
 29023 | D:11     | 29023 ||| Stepping ~*~*~tactically~*~*~ (outnumbered).
 29025 | D:11     | 29025 ||| Stepping ~*~*~tactically~*~*~ (outnumbered).
 29027 | D:11     | 29027 ||| Stepping ~*~*~tactically~*~*~ (outnumbered).
 29029 | D:11     | 29029 ||| Stepping ~*~*~tactically~*~*~ (outnumbered).
 29031 | D:11     | 29031 ||| Stepping ~*~*~tactically~*~*~ (outnumbered).
 29033 | D:11     | 29033 ||| Stepping ~*~*~tactically~*~*~ (outnumbered).
 29035 | D:11     | 29035 ||| Stepping ~*~*~tactically~*~*~ (outnumbered).
 29037 | D:11     | 29037 ||| Stepping ~*~*~tactically~*~*~ (outnumbered).
 29039 | D:11     | 29039 ||| Stepping ~*~*~tactically~*~*~ (outnumbered).
 29041 | D:11     | 29041 ||| Stepping ~*~*~tactically~*~*~ (outnumbered).
 29043 | D:11     | 29043 ||| Stepping ~*~*~tactically~*~*~ (outnumbered).
 29045 | D:11     | 29045 ||| Stepping ~*~*~tactically~*~*~ (outnumbered).
 29047 | D:11     | 29047 ||| Stepping ~*~*~tactically~*~*~ (outnumbered).
 29049 | D:11     | 29049 ||| Stepping ~*~*~tactically~*~*~ (outnumbered).
 29051 | D:11     | 29051 ||| Stepping ~*~*~tactically~*~*~ (outnumbered).
 29053 | D:11     | 29053 ||| Stepping ~*~*~tactically~*~*~ (outnumbered).
 29055 | D:11     | 29055 ||| Stepping ~*~*~tactically~*~*~ (outnumbered).
 29057 | D:11     | 29057 ||| Stepping ~*~*~tactically~*~*~ (outnumbered).
 29059 | D:11     | 29059 ||| Stepping ~*~*~tactically~*~*~ (outnumbered).
 29061 | D:11     | 29061 ||| Stepping ~*~*~tactically~*~*~ (outnumbered).
 29063 | D:11     | 29063 ||| Stepping ~*~*~tactically~*~*~ (outnumbered).
 29065 | D:11     | 29065 ||| Stepping ~*~*~tactically~*~*~ (outnumbered).
 29067 | D:11     | 29067 ||| Stepping ~*~*~tactically~*~*~ (outnumbered).
 29069 | D:11     | 29069 ||| Stepping ~*~*~tactically~*~*~ (outnumbered).
 29071 | D:11     | 29071 ||| Stepping ~*~*~tactically~*~*~ (outnumbered).
 29073 | D:11     | 29073 ||| Stepping ~*~*~tactically~*~*~ (outnumbered).
 29075 | D:11     | 29075 ||| Stepping ~*~*~tactically~*~*~ (outnumbered).
 29077 | D:11     | 29077 ||| Stepping ~*~*~tactically~*~*~ (outnumbered).
 29079 | D:11     | 29079 ||| Stepping ~*~*~tactically~*~*~ (outnumbered).
 29081 | D:11     | 29081 ||| Stepping ~*~*~tactically~*~*~ (outnumbered).
 29083 | D:11     | 29083 ||| Stepping ~*~*~tactically~*~*~ (outnumbered).
 29085 | D:11     | 29085 ||| Stepping ~*~*~tactically~*~*~ (outnumbered).
 29087 | D:11     | 29087 ||| Stepping ~*~*~tactically~*~*~ (outnumbered).
 29089 | D:11     | 29089 ||| Stepping ~*~*~tactically~*~*~ (outnumbered).
 29091 | D:11     | 29091 ||| Stepping ~*~*~tactically~*~*~ (outnumbered).
 29093 | D:11     | 29093 ||| Stepping ~*~*~tactically~*~*~ (outnumbered).
 29095 | D:11     | 29095 ||| Stepping ~*~*~tactically~*~*~ (outnumbered).
 29097 | D:11     | 29097 ||| Stepping ~*~*~tactically~*~*~ (outnumbered).
 29099 | D:11     | 29099 ||| Stepping ~*~*~tactically~*~*~ (outnumbered).
 29101 | D:11     | 29101 ||| Stepping ~*~*~tactically~*~*~ (outnumbered).
 29103 | D:11     | 29103 ||| Stepping ~*~*~tactically~*~*~ (outnumbered).
 29105 | D:11     | 29105 ||| Stepping ~*~*~tactically~*~*~ (outnumbered).
 29107 | D:11     | 29107 ||| Stepping ~*~*~tactically~*~*~ (outnumbered).
 29109 | D:11     | 29109 ||| Stepping ~*~*~tactically~*~*~ (outnumbered).
 29111 | D:11     | 29111 ||| Stepping ~*~*~tactically~*~*~ (outnumbered).
 29113 | D:11     | 29113 ||| Stepping ~*~*~tactically~*~*~ (outnumbered).
 29115 | D:11     | 29115 ||| Stepping ~*~*~tactically~*~*~ (outnumbered).
 29117 | D:11     | 29117 ||| Stepping ~*~*~tactically~*~*~ (outnumbered).
 29119 | D:11     | 29119 ||| Stepping ~*~*~tactically~*~*~ (outnumbered).
 29121 | D:11     | 29121 ||| Stepping ~*~*~tactically~*~*~ (outnumbered).
 29123 | D:11     | 29123 ||| Stepping ~*~*~tactically~*~*~ (outnumbered).
 29125 | D:11     | 29125 ||| Stepping ~*~*~tactically~*~*~ (outnumbered).
 29127 | D:11     | 29127 ||| Stepping ~*~*~tactically~*~*~ (outnumbered).
 29129 | D:11     | 29129 ||| Stepping ~*~*~tactically~*~*~ (outnumbered).
 29131 | D:11     | 29131 ||| Stepping ~*~*~tactically~*~*~ (outnumbered).
 29133 | D:11     | 29133 ||| Stepping ~*~*~tactically~*~*~ (outnumbered).
 29135 | D:11     | 29135 ||| Stepping ~*~*~tactically~*~*~ (outnumbered).
 29137 | D:11     | 29137 ||| Stepping ~*~*~tactically~*~*~ (outnumbered).
 29139 | D:11     | 29139 ||| Stepping ~*~*~tactically~*~*~ (outnumbered).
 29141 | D:11     | 29141 ||| Stepping ~*~*~tactically~*~*~ (outnumbered).
 29143 | D:11     | 29143 ||| Stepping ~*~*~tactically~*~*~ (outnumbered).
 29145 | D:11     | 29145 ||| Stepping ~*~*~tactically~*~*~ (outnumbered).
 29147 | D:11     | 29147 ||| Stepping ~*~*~tactically~*~*~ (outnumbered).
 29149 | D:11     | 29149 ||| Stepping ~*~*~tactically~*~*~ (outnumbered).
 29151 | D:11     | 29151 ||| Stepping ~*~*~tactically~*~*~ (outnumbered).
 29153 | D:11     | 29153 ||| Stepping ~*~*~tactically~*~*~ (outnumbered).
 29155 | D:11     | 29155 ||| Stepping ~*~*~tactically~*~*~ (outnumbered).
 29157 | D:11     | 29157 ||| Stepping ~*~*~tactically~*~*~ (outnumbered).
 29159 | D:11     | 29159 ||| Stepping ~*~*~tactically~*~*~ (outnumbered).
 29161 | D:11     | 29161 ||| Stepping ~*~*~tactically~*~*~ (outnumbered).
 29163 | D:11     | 29163 ||| Stepping ~*~*~tactically~*~*~ (outnumbered).
 29165 | D:11     | 29165 ||| Stepping ~*~*~tactically~*~*~ (outnumbered).
 29167 | D:11     | 29167 ||| Stepping ~*~*~tactically~*~*~ (outnumbered).
 29169 | D:11     | 29169 ||| Stepping ~*~*~tactically~*~*~ (outnumbered).
 29171 | D:11     | 29171 ||| Stepping ~*~*~tactically~*~*~ (outnumbered).
 29173 | D:11     | 29173 ||| Stepping ~*~*~tactically~*~*~ (outnumbered).
 29175 | D:11     | 29175 ||| Stepping ~*~*~tactically~*~*~ (outnumbered).
 29177 | D:11     | 29177 ||| Stepping ~*~*~tactically~*~*~ (outnumbered).
 29179 | D:11     | 29179 ||| Stepping ~*~*~tactically~*~*~ (outnumbered).
 29181 | D:11     | 29181 ||| Stepping ~*~*~tactically~*~*~ (outnumbered).
 29183 | D:11     | 29183 ||| Stepping ~*~*~tactically~*~*~ (outnumbered).
 29185 | D:11     | 29185 ||| Stepping ~*~*~tactically~*~*~ (outnumbered).
 29187 | D:11     | 29187 ||| Stepping ~*~*~tactically~*~*~ (outnumbered).
 29189 | D:11     | 29189 ||| Stepping ~*~*~tactically~*~*~ (outnumbered).
 29191 | D:11     | 29191 ||| Stepping ~*~*~tactically~*~*~ (outnumbered).
 29193 | D:11     | 29193 ||| Stepping ~*~*~tactically~*~*~ (outnumbered).
 29195 | D:11     | 29195 ||| Stepping ~*~*~tactically~*~*~ (outnumbered).
 29197 | D:11     | 29197 ||| Stepping ~*~*~tactically~*~*~ (outnumbered).
 29199 | D:11     | 29199 ||| Stepping ~*~*~tactically~*~*~ (outnumbered).
 29201 | D:11     | 29201 ||| Stepping ~*~*~tactically~*~*~ (outnumbered).
 29203 | D:11     | 29203 ||| Stepping ~*~*~tactically~*~*~ (outnumbered).
 29205 | D:11     | 29205 ||| Stepping ~*~*~tactically~*~*~ (outnumbered).
 29207 | D:11     | 29207 ||| Stepping ~*~*~tactically~*~*~ (outnumbered).
 29209 | D:11     | 29209 ||| Stepping ~*~*~tactically~*~*~ (outnumbered).
 29211 | D:11     | 29211 ||| Stepping ~*~*~tactically~*~*~ (outnumbered).
 29213 | D:11     | 29213 ||| Stepping ~*~*~tactically~*~*~ (outnumbered).
 29215 | D:11     | 29215 ||| Stepping ~*~*~tactically~*~*~ (outnumbered).
 29217 | D:11     | 29217 ||| Stepping ~*~*~tactically~*~*~ (outnumbered).
 29219 | D:11     | 29219 ||| Stepping ~*~*~tactically~*~*~ (outnumbered).
 29221 | D:11     | 29221 ||| Stepping ~*~*~tactically~*~*~ (outnumbered).
 29223 | D:11     | 29223 ||| Stepping ~*~*~tactically~*~*~ (outnumbered).
 29225 | D:11     | 29225 ||| Stepping ~*~*~tactically~*~*~ (outnumbered).
 29227 | D:11     | 29227 ||| Stepping ~*~*~tactically~*~*~ (outnumbered).
 29229 | D:11     | 29229 ||| Stepping ~*~*~tactically~*~*~ (outnumbered).
 29231 | D:11     | 29231 ||| Stepping ~*~*~tactically~*~*~ (outnumbered).
 29233 | D:11     | 29233 ||| Stepping ~*~*~tactically~*~*~ (outnumbered).
 29235 | D:11     | 29235 ||| Stepping ~*~*~tactically~*~*~ (outnumbered).
 29237 | D:11     | 29237 ||| Stepping ~*~*~tactically~*~*~ (outnumbered).
 29239 | D:11     | 29239 ||| Stepping ~*~*~tactically~*~*~ (outnumbered).
 29241 | D:11     | 29241 ||| Stepping ~*~*~tactically~*~*~ (outnumbered).
 29243 | D:11     | 29243 ||| Stepping ~*~*~tactically~*~*~ (outnumbered).
 29245 | D:11     | 29245 ||| Stepping ~*~*~tactically~*~*~ (outnumbered).
 29247 | D:11     | 29247 ||| Stepping ~*~*~tactically~*~*~ (outnumbered).
 29249 | D:11     | 29249 ||| Stepping ~*~*~tactically~*~*~ (outnumbered).
 29251 | D:11     | 29251 ||| Stepping ~*~*~tactically~*~*~ (outnumbered).
 29253 | D:11     | 29253 ||| Stepping ~*~*~tactically~*~*~ (outnumbered).
 29255 | D:11     | 29255 ||| Stepping ~*~*~tactically~*~*~ (outnumbered).
 29257 | D:11     | 29257 ||| Stepping ~*~*~tactically~*~*~ (outnumbered).
 29259 | D:11     | 29259 ||| Stepping ~*~*~tactically~*~*~ (outnumbered).
 29261 | D:11     | 29261 ||| Stepping ~*~*~tactically~*~*~ (outnumbered).
 29263 | D:11     | 29263 ||| Stepping ~*~*~tactically~*~*~ (outnumbered).
 29265 | D:11     | 29265 ||| Stepping ~*~*~tactically~*~*~ (outnumbered).
 29267 | D:11     | 29267 ||| Stepping ~*~*~tactically~*~*~ (outnumbered).
 29269 | D:11     | 29269 ||| Stepping ~*~*~tactically~*~*~ (outnumbered).
 29271 | D:11     | 29271 ||| Stepping ~*~*~tactically~*~*~ (outnumbered).
 29273 | D:11     | 29273 ||| Stepping ~*~*~tactically~*~*~ (outnumbered).
 29275 | D:11     | 29275 ||| Stepping ~*~*~tactically~*~*~ (outnumbered).
 29277 | D:11     | 29277 ||| Stepping ~*~*~tactically~*~*~ (outnumbered).
 29279 | D:11     | 29279 ||| Stepping ~*~*~tactically~*~*~ (outnumbered).
 29281 | D:11     | 29281 ||| Stepping ~*~*~tactically~*~*~ (outnumbered).
 29283 | D:11     | 29283 ||| Stepping ~*~*~tactically~*~*~ (outnumbered).
 29285 | D:11     | 29285 ||| Stepping ~*~*~tactically~*~*~ (outnumbered).
 29287 | D:11     | 29287 ||| Stepping ~*~*~tactically~*~*~ (outnumbered).
 29289 | D:11     | 29289 ||| Stepping ~*~*~tactically~*~*~ (outnumbered).
 29291 | D:11     | 29291 ||| Stepping ~*~*~tactically~*~*~ (outnumbered).
 29293 | D:11     | 29293 ||| Stepping ~*~*~tactically~*~*~ (outnumbered).
 29295 | D:11     | 29295 ||| Stepping ~*~*~tactically~*~*~ (outnumbered).
 29297 | D:11     | 29297 ||| Stepping ~*~*~tactically~*~*~ (outnumbered).
 29299 | D:11     | 29299 ||| Stepping ~*~*~tactically~*~*~ (outnumbered).
 29301 | D:11     | 29301 ||| Stepping ~*~*~tactically~*~*~ (outnumbered).
 29303 | D:11     | 29303 ||| Stepping ~*~*~tactically~*~*~ (outnumbered).
 29305 | D:11     | 29305 ||| Stepping ~*~*~tactically~*~*~ (outnumbered).
 29307 | D:11     | 29307 ||| Stepping ~*~*~tactically~*~*~ (outnumbered).
 29309 | D:11     | 29309 ||| Stepping ~*~*~tactically~*~*~ (outnumbered).
 29311 | D:11     | 29311 ||| Stepping ~*~*~tactically~*~*~ (outnumbered).
 29313 | D:11     | 29313 ||| Stepping ~*~*~tactically~*~*~ (outnumbered).
 29315 | D:11     | 29315 ||| Stepping ~*~*~tactically~*~*~ (outnumbered).
 29317 | D:11     | 29317 ||| Stepping ~*~*~tactically~*~*~ (outnumbered).
 29319 | D:11     | 29319 ||| Stepping ~*~*~tactically~*~*~ (outnumbered).
 29321 | D:11     | 29321 ||| Stepping ~*~*~tactically~*~*~ (outnumbered).
 29323 | D:11     | 29323 ||| Stepping ~*~*~tactically~*~*~ (outnumbered).
 29325 | D:11     | 29325 ||| Stepping ~*~*~tactically~*~*~ (outnumbered).
 29327 | D:11     | 29327 ||| Stepping ~*~*~tactically~*~*~ (outnumbered).
 29329 | D:11     | 29329 ||| Stepping ~*~*~tactically~*~*~ (outnumbered).
 29331 | D:11     | 29331 ||| Stepping ~*~*~tactically~*~*~ (outnumbered).
 29333 | D:11     | 29333 ||| Stepping ~*~*~tactically~*~*~ (outnumbered).
 29335 | D:11     | 29335 ||| Stepping ~*~*~tactically~*~*~ (outnumbered).
 29337 | D:11     | 29337 ||| Stepping ~*~*~tactically~*~*~ (outnumbered).
 29339 | D:11     | 29339 ||| Stepping ~*~*~tactically~*~*~ (outnumbered).
 29341 | D:11     | 29341 ||| Stepping ~*~*~tactically~*~*~ (outnumbered).
 29343 | D:11     | 29343 ||| Stepping ~*~*~tactically~*~*~ (outnumbered).
 29345 | D:11     | 29345 ||| Stepping ~*~*~tactically~*~*~ (outnumbered).
 29347 | D:11     | 29347 ||| Stepping ~*~*~tactically~*~*~ (outnumbered).
 29349 | D:11     | 29349 ||| Stepping ~*~*~tactically~*~*~ (outnumbered).
 29351 | D:11     | 29351 ||| Stepping ~*~*~tactically~*~*~ (outnumbered).
 29353 | D:11     | 29353 ||| Stepping ~*~*~tactically~*~*~ (outnumbered).
 29355 | D:11     | 29355 ||| Stepping ~*~*~tactically~*~*~ (outnumbered).
 29357 | D:11     | 29357 ||| Stepping ~*~*~tactically~*~*~ (outnumbered).
 29359 | D:11     | 29359 ||| Stepping ~*~*~tactically~*~*~ (outnumbered).
 29361 | D:11     | 29361 ||| Stepping ~*~*~tactically~*~*~ (outnumbered).
 29363 | D:11     | 29363 ||| Stepping ~*~*~tactically~*~*~ (outnumbered).
 29365 | D:11     | 29365 ||| Stepping ~*~*~tactically~*~*~ (outnumbered).
 29367 | D:11     | 29367 ||| Stepping ~*~*~tactically~*~*~ (outnumbered).
 29369 | D:11     | 29369 ||| Stepping ~*~*~tactically~*~*~ (outnumbered).
 29371 | D:11     | 29371 ||| Stepping ~*~*~tactically~*~*~ (outnumbered).
 29373 | D:11     | 29373 ||| Stepping ~*~*~tactically~*~*~ (outnumbered).
 29375 | D:11     | 29375 ||| Stepping ~*~*~tactically~*~*~ (outnumbered).
 29377 | D:11     | 29377 ||| Stepping ~*~*~tactically~*~*~ (outnumbered).
 29379 | D:11     | 29379 ||| Stepping ~*~*~tactically~*~*~ (outnumbered).
 29381 | D:11     | 29381 ||| Stepping ~*~*~tactically~*~*~ (outnumbered).
 29383 | D:11     | 29383 ||| Stepping ~*~*~tactically~*~*~ (outnumbered).
 29385 | D:11     | 29385 ||| Stepping ~*~*~tactically~*~*~ (outnumbered).
 29387 | D:11     | 29387 ||| Stepping ~*~*~tactically~*~*~ (outnumbered).
 29389 | D:11     | 29389 ||| Stepping ~*~*~tactically~*~*~ (outnumbered).
 29391 | D:11     | 29391 ||| Stepping ~*~*~tactically~*~*~ (outnumbered).
 29393 | D:11     | 29393 ||| Stepping ~*~*~tactically~*~*~ (outnumbered).
 29395 | D:11     | 29395 ||| Stepping ~*~*~tactically~*~*~ (outnumbered).
 29397 | D:11     | 29397 ||| Stepping ~*~*~tactically~*~*~ (outnumbered).
 29399 | D:11     | 29399 ||| Stepping ~*~*~tactically~*~*~ (outnumbered).
 29401 | D:11     | 29401 ||| Stepping ~*~*~tactically~*~*~ (outnumbered).
 29403 | D:11     | 29403 ||| Stepping ~*~*~tactically~*~*~ (outnumbered).
 29405 | D:11     | 29405 ||| Stepping ~*~*~tactically~*~*~ (outnumbered).
 29407 | D:11     | 29407 ||| Stepping ~*~*~tactically~*~*~ (outnumbered).
 29409 | D:11     | 29409 ||| Stepping ~*~*~tactically~*~*~ (outnumbered).
 29411 | D:11     | 29411 ||| Stepping ~*~*~tactically~*~*~ (outnumbered).
 29413 | D:11     | 29413 ||| Stepping ~*~*~tactically~*~*~ (outnumbered).
 29415 | D:11     | 29415 ||| Stepping ~*~*~tactically~*~*~ (outnumbered).
 29417 | D:11     | 29417 ||| Stepping ~*~*~tactically~*~*~ (outnumbered).
 29419 | D:11     | 29419 ||| Stepping ~*~*~tactically~*~*~ (outnumbered).
 29421 | D:11     | 29421 ||| Stepping ~*~*~tactically~*~*~ (outnumbered).
 29423 | D:11     | 29423 ||| Stepping ~*~*~tactically~*~*~ (outnumbered).
 29425 | D:11     | 29425 ||| Stepping ~*~*~tactically~*~*~ (outnumbered).
 29427 | D:11     | 29427 ||| Stepping ~*~*~tactically~*~*~ (outnumbered).
 29429 | D:11     | 29429 ||| Stepping ~*~*~tactically~*~*~ (outnumbered).
 29431 | D:11     | 29431 ||| Stepping ~*~*~tactically~*~*~ (outnumbered).
 29433 | D:11     | 29433 ||| Stepping ~*~*~tactically~*~*~ (outnumbered).
 29435 | D:11     | 29435 ||| Stepping ~*~*~tactically~*~*~ (outnumbered).
 29437 | D:11     | 29437 ||| Stepping ~*~*~tactically~*~*~ (outnumbered).
 29439 | D:11     | 29439 ||| Stepping ~*~*~tactically~*~*~ (outnumbered).
 29441 | D:11     | 29441 ||| Stepping ~*~*~tactically~*~*~ (outnumbered).
 29443 | D:11     | 29443 ||| Stepping ~*~*~tactically~*~*~ (outnumbered).
 29445 | D:11     | 29445 ||| Stepping ~*~*~tactically~*~*~ (outnumbered).
 29447 | D:11     | 29447 ||| Stepping ~*~*~tactically~*~*~ (outnumbered).
 29449 | D:11     | 29449 ||| Stepping ~*~*~tactically~*~*~ (outnumbered).
 29451 | D:11     | 29451 ||| Stepping ~*~*~tactically~*~*~ (outnumbered).
 29453 | D:11     | 29453 ||| Stepping ~*~*~tactically~*~*~ (outnumbered).
 29455 | D:11     | 29455 ||| Stepping ~*~*~tactically~*~*~ (outnumbered).
 29457 | D:11     | 29457 ||| Stepping ~*~*~tactically~*~*~ (outnumbered).
 29459 | D:11     | 29459 ||| Stepping ~*~*~tactically~*~*~ (outnumbered).
 29461 | D:11     | 29461 ||| Stepping ~*~*~tactically~*~*~ (outnumbered).
 29463 | D:11     | 29463 ||| Stepping ~*~*~tactically~*~*~ (outnumbered).
 29465 | D:11     | 29465 ||| Stepping ~*~*~tactically~*~*~ (outnumbered).
 29467 | D:11     | 29467 ||| Stepping ~*~*~tactically~*~*~ (outnumbered).
 29469 | D:11     | 29469 ||| Stepping ~*~*~tactically~*~*~ (outnumbered).
 29471 | D:11     | 29471 ||| Stepping ~*~*~tactically~*~*~ (outnumbered).
 29473 | D:11     | 29473 ||| Stepping ~*~*~tactically~*~*~ (outnumbered).
 29475 | D:11     | 29475 ||| Stepping ~*~*~tactically~*~*~ (outnumbered).
 29477 | D:11     | 29477 ||| Stepping ~*~*~tactically~*~*~ (outnumbered).
 29479 | D:11     | 29479 ||| Stepping ~*~*~tactically~*~*~ (outnumbered).
 29481 | D:11     | 29481 ||| Stepping ~*~*~tactically~*~*~ (outnumbered).
 29483 | D:11     | 29483 ||| Stepping ~*~*~tactically~*~*~ (outnumbered).
 29485 | D:11     | 29485 ||| Stepping ~*~*~tactically~*~*~ (outnumbered).
 29487 | D:11     | 29487 ||| Stepping ~*~*~tactically~*~*~ (outnumbered).
 29489 | D:11     | 29489 ||| Stepping ~*~*~tactically~*~*~ (outnumbered).
 29491 | D:11     | 29491 ||| Stepping ~*~*~tactically~*~*~ (outnumbered).
 29493 | D:11     | 29493 ||| Stepping ~*~*~tactically~*~*~ (outnumbered).
 29495 | D:11     | 29495 ||| Stepping ~*~*~tactically~*~*~ (outnumbered).
 29497 | D:11     | 29497 ||| Stepping ~*~*~tactically~*~*~ (outnumbered).
 29499 | D:11     | 29499 ||| Stepping ~*~*~tactically~*~*~ (outnumbered).
 29501 | D:11     | 29501 ||| Stepping ~*~*~tactically~*~*~ (outnumbered).
 29503 | D:11     | 29503 ||| Stepping ~*~*~tactically~*~*~ (outnumbered).
 29505 | D:11     | 29505 ||| Stepping ~*~*~tactically~*~*~ (outnumbered).
 29507 | D:11     | 29507 ||| Stepping ~*~*~tactically~*~*~ (outnumbered).
 29509 | D:11     | 29509 ||| Stepping ~*~*~tactically~*~*~ (outnumbered).
 29511 | D:11     | 29511 ||| Stepping ~*~*~tactically~*~*~ (outnumbered).
 29513 | D:11     | 29513 ||| Stepping ~*~*~tactically~*~*~ (outnumbered).
 29515 | D:11     | 29515 ||| Stepping ~*~*~tactically~*~*~ (outnumbered).
 29517 | D:11     | 29517 ||| Stepping ~*~*~tactically~*~*~ (outnumbered).
 29519 | D:11     | 29519 ||| Stepping ~*~*~tactically~*~*~ (outnumbered).
 29521 | D:11     | 29521 ||| Stepping ~*~*~tactically~*~*~ (outnumbered).
 29523 | D:11     | 29523 ||| Stepping ~*~*~tactically~*~*~ (outnumbered).
 29525 | D:11     | 29525 ||| Stepping ~*~*~tactically~*~*~ (outnumbered).
 29527 | D:11     | 29527 ||| Stepping ~*~*~tactically~*~*~ (outnumbered).
 29529 | D:11     | 29529 ||| Stepping ~*~*~tactically~*~*~ (outnumbered).
 29531 | D:11     | 29531 ||| Stepping ~*~*~tactically~*~*~ (outnumbered).
 29533 | D:11     | 29533 ||| Stepping ~*~*~tactically~*~*~ (outnumbered).
 29535 | D:11     | 29535 ||| Stepping ~*~*~tactically~*~*~ (outnumbered).
 29537 | D:11     | 29537 ||| Stepping ~*~*~tactically~*~*~ (outnumbered).
 29539 | D:11     | 29539 ||| Stepping ~*~*~tactically~*~*~ (outnumbered).
 29541 | D:11     | 29541 ||| Stepping ~*~*~tactically~*~*~ (outnumbered).
 29543 | D:11     | 29543 ||| Stepping ~*~*~tactically~*~*~ (outnumbered).
 29545 | D:11     | 29545 ||| Stepping ~*~*~tactically~*~*~ (outnumbered).
 29547 | D:11     | 29547 ||| Stepping ~*~*~tactically~*~*~ (outnumbered).
 29549 | D:11     | 29549 ||| Stepping ~*~*~tactically~*~*~ (outnumbered).
 29551 | D:11     | 29551 ||| Stepping ~*~*~tactically~*~*~ (outnumbered).
 29553 | D:11     | 29553 ||| Stepping ~*~*~tactically~*~*~ (outnumbered).
 29555 | D:11     | 29555 ||| Stepping ~*~*~tactically~*~*~ (outnumbered).
 29557 | D:11     | 29557 ||| Stepping ~*~*~tactically~*~*~ (outnumbered).
 29559 | D:11     | 29559 ||| Stepping ~*~*~tactically~*~*~ (outnumbered).
 29561 | D:11     | 29561 ||| Stepping ~*~*~tactically~*~*~ (outnumbered).
 29563 | D:11     | 29563 ||| Stepping ~*~*~tactically~*~*~ (outnumbered).
 29565 | D:11     | 29565 ||| Stepping ~*~*~tactically~*~*~ (outnumbered).
 29567 | D:11     | 29567 ||| Stepping ~*~*~tactically~*~*~ (outnumbered).
 29569 | D:11     | 29569 ||| Stepping ~*~*~tactically~*~*~ (outnumbered).
 29571 | D:11     | 29571 ||| Stepping ~*~*~tactically~*~*~ (outnumbered).
 29573 | D:11     | 29573 ||| Stepping ~*~*~tactically~*~*~ (outnumbered).
 29575 | D:11     | 29575 ||| Stepping ~*~*~tactically~*~*~ (outnumbered).
 29577 | D:11     | 29577 ||| Stepping ~*~*~tactically~*~*~ (outnumbered).
 29579 | D:11     | 29579 ||| Stepping ~*~*~tactically~*~*~ (outnumbered).
 29581 | D:11     | 29581 ||| Stepping ~*~*~tactically~*~*~ (outnumbered).
 29583 | D:11     | 29583 ||| Stepping ~*~*~tactically~*~*~ (outnumbered).
 29585 | D:11     | 29585 ||| Stepping ~*~*~tactically~*~*~ (outnumbered).
 29587 | D:11     | 29587 ||| Stepping ~*~*~tactically~*~*~ (outnumbered).
 29589 | D:11     | 29589 ||| Stepping ~*~*~tactically~*~*~ (outnumbered).
 29591 | D:11     | 29591 ||| Stepping ~*~*~tactically~*~*~ (outnumbered).
 29593 | D:11     | 29593 ||| Stepping ~*~*~tactically~*~*~ (outnumbered).
 29595 | D:11     | 29595 ||| Stepping ~*~*~tactically~*~*~ (outnumbered).
 29597 | D:11     | 29597 ||| Stepping ~*~*~tactically~*~*~ (outnumbered).
 29599 | D:11     | 29599 ||| Stepping ~*~*~tactically~*~*~ (outnumbered).
 29601 | D:11     | 29601 ||| Stepping ~*~*~tactically~*~*~ (outnumbered).
 29603 | D:11     | 29603 ||| Stepping ~*~*~tactically~*~*~ (outnumbered).
 29605 | D:11     | 29605 ||| Stepping ~*~*~tactically~*~*~ (outnumbered).
 29607 | D:11     | 29607 ||| Stepping ~*~*~tactically~*~*~ (outnumbered).
 29609 | D:11     | 29609 ||| Stepping ~*~*~tactically~*~*~ (outnumbered).
 29611 | D:11     | 29611 ||| Stepping ~*~*~tactically~*~*~ (outnumbered).
 29613 | D:11     | 29613 ||| Stepping ~*~*~tactically~*~*~ (outnumbered).
 29615 | D:11     | 29615 ||| Stepping ~*~*~tactically~*~*~ (outnumbered).
 29617 | D:11     | 29617 ||| Stepping ~*~*~tactically~*~*~ (outnumbered).
 29619 | D:11     | 29619 ||| Stepping ~*~*~tactically~*~*~ (outnumbered).
 29621 | D:11     | 29621 ||| Stepping ~*~*~tactically~*~*~ (outnumbered).
 29623 | D:11     | 29623 ||| Stepping ~*~*~tactically~*~*~ (outnumbered).
 29625 | D:11     | 29625 ||| Stepping ~*~*~tactically~*~*~ (outnumbered).
 29627 | D:11     | 29627 ||| Stepping ~*~*~tactically~*~*~ (outnumbered).
 29629 | D:11     | 29629 ||| Stepping ~*~*~tactically~*~*~ (outnumbered).
 29631 | D:11     | 29631 ||| Stepping ~*~*~tactically~*~*~ (outnumbered).
 29633 | D:11     | 29633 ||| Stepping ~*~*~tactically~*~*~ (outnumbered).
 29635 | D:11     | 29635 ||| Stepping ~*~*~tactically~*~*~ (outnumbered).
 29637 | D:11     | 29637 ||| Stepping ~*~*~tactically~*~*~ (outnumbered).
 29639 | D:11     | 29639 ||| Stepping ~*~*~tactically~*~*~ (outnumbered).
 29641 | D:11     | 29641 ||| Stepping ~*~*~tactically~*~*~ (outnumbered).
 29643 | D:11     | 29643 ||| Stepping ~*~*~tactically~*~*~ (outnumbered).
 29645 | D:11     | 29645 ||| Stepping ~*~*~tactically~*~*~ (outnumbered).
 29647 | D:11     | 29647 ||| Stepping ~*~*~tactically~*~*~ (outnumbered).
 29649 | D:11     | 29649 ||| Stepping ~*~*~tactically~*~*~ (outnumbered).
 29651 | D:11     | 29651 ||| Stepping ~*~*~tactically~*~*~ (outnumbered).
 29653 | D:11     | 29653 ||| Stepping ~*~*~tactically~*~*~ (outnumbered).
 29655 | D:11     | 29655 ||| Stepping ~*~*~tactically~*~*~ (outnumbered).
 29657 | D:11     | 29657 ||| Stepping ~*~*~tactically~*~*~ (outnumbered).
 29659 | D:11     | 29659 ||| Stepping ~*~*~tactically~*~*~ (outnumbered).
 29661 | D:11     | 29661 ||| Stepping ~*~*~tactically~*~*~ (outnumbered).
 29663 | D:11     | 29663 ||| Stepping ~*~*~tactically~*~*~ (outnumbered).
 29665 | D:11     | 29665 ||| Stepping ~*~*~tactically~*~*~ (outnumbered).
 29667 | D:11     | 29667 ||| Stepping ~*~*~tactically~*~*~ (outnumbered).
 29669 | D:11     | 29669 ||| Stepping ~*~*~tactically~*~*~ (outnumbered).
 29671 | D:11     | 29671 ||| Stepping ~*~*~tactically~*~*~ (outnumbered).
 29673 | D:11     | 29673 ||| Stepping ~*~*~tactically~*~*~ (outnumbered).
 29675 | D:11     | 29675 ||| Stepping ~*~*~tactically~*~*~ (outnumbered).
 29677 | D:11     | 29677 ||| Stepping ~*~*~tactically~*~*~ (outnumbered).
 29679 | D:11     | 29679 ||| Stepping ~*~*~tactically~*~*~ (outnumbered).
 29681 | D:11     | 29681 ||| Stepping ~*~*~tactically~*~*~ (outnumbered).
 29683 | D:11     | 29683 ||| Stepping ~*~*~tactically~*~*~ (outnumbered).
 29685 | D:11     | 29685 ||| Stepping ~*~*~tactically~*~*~ (outnumbered).
 29687 | D:11     | 29687 ||| Stepping ~*~*~tactically~*~*~ (outnumbered).
 29689 | D:11     | 29689 ||| Stepping ~*~*~tactically~*~*~ (outnumbered).
 29691 | D:11     | 29691 ||| Stepping ~*~*~tactically~*~*~ (outnumbered).
 29693 | D:11     | 29693 ||| Stepping ~*~*~tactically~*~*~ (outnumbered).
 29695 | D:11     | 29695 ||| Stepping ~*~*~tactically~*~*~ (outnumbered).
 29697 | D:11     | 29697 ||| Stepping ~*~*~tactically~*~*~ (outnumbered).
 29699 | D:11     | 29699 ||| Stepping ~*~*~tactically~*~*~ (outnumbered).
 29701 | D:11     | 29701 ||| Stepping ~*~*~tactically~*~*~ (outnumbered).
 29703 | D:11     | 29703 ||| Stepping ~*~*~tactically~*~*~ (outnumbered).
 29705 | D:11     | 29705 ||| Stepping ~*~*~tactically~*~*~ (outnumbered).
 29707 | D:11     | 29707 ||| Stepping ~*~*~tactically~*~*~ (outnumbered).
 29709 | D:11     | 29709 ||| Stepping ~*~*~tactically~*~*~ (outnumbered).
 29711 | D:11     | 29711 ||| Stepping ~*~*~tactically~*~*~ (outnumbered).
 29713 | D:11     | 29713 ||| Stepping ~*~*~tactically~*~*~ (outnumbered).
 29715 | D:11     | 29715 ||| Stepping ~*~*~tactically~*~*~ (outnumbered).
 29717 | D:11     | 29717 ||| Stepping ~*~*~tactically~*~*~ (outnumbered).
 29719 | D:11     | 29719 ||| Stepping ~*~*~tactically~*~*~ (outnumbered).
 29721 | D:11     | 29721 ||| Stepping ~*~*~tactically~*~*~ (outnumbered).
 29723 | D:11     | 29723 ||| Stepping ~*~*~tactically~*~*~ (outnumbered).
 29725 | D:11     | 29725 ||| Stepping ~*~*~tactically~*~*~ (outnumbered).
 29727 | D:11     | 29727 ||| Stepping ~*~*~tactically~*~*~ (outnumbered).
 29729 | D:11     | 29729 ||| Stepping ~*~*~tactically~*~*~ (outnumbered).
 29731 | D:11     | 29731 ||| Stepping ~*~*~tactically~*~*~ (outnumbered).
 29733 | D:11     | 29733 ||| Stepping ~*~*~tactically~*~*~ (outnumbered).
 29735 | D:11     | 29735 ||| Stepping ~*~*~tactically~*~*~ (outnumbered).
 29737 | D:11     | 29737 ||| Stepping ~*~*~tactically~*~*~ (outnumbered).
 29739 | D:11     | 29739 ||| Stepping ~*~*~tactically~*~*~ (outnumbered).
 29741 | D:11     | 29741 ||| Stepping ~*~*~tactically~*~*~ (outnumbered).
 29743 | D:11     | 29743 ||| Stepping ~*~*~tactically~*~*~ (outnumbered).
 29745 | D:11     | 29745 ||| Stepping ~*~*~tactically~*~*~ (outnumbered).
 29747 | D:11     | 29747 ||| Stepping ~*~*~tactically~*~*~ (outnumbered).
 29749 | D:11     | 29749 ||| Stepping ~*~*~tactically~*~*~ (outnumbered).
 29751 | D:11     | 29751 ||| Stepping ~*~*~tactically~*~*~ (outnumbered).
 29753 | D:11     | 29753 ||| Stepping ~*~*~tactically~*~*~ (outnumbered).
 29755 | D:11     | 29755 ||| Stepping ~*~*~tactically~*~*~ (outnumbered).
 29757 | D:11     | 29757 ||| Stepping ~*~*~tactically~*~*~ (outnumbered).
 29759 | D:11     | 29759 ||| Stepping ~*~*~tactically~*~*~ (outnumbered).
 29761 | D:11     | 29761 ||| Stepping ~*~*~tactically~*~*~ (outnumbered).
 29763 | D:11     | 29763 ||| Stepping ~*~*~tactically~*~*~ (outnumbered).
 29765 | D:11     | 29765 ||| Stepping ~*~*~tactically~*~*~ (outnumbered).
 29767 | D:11     | 29767 ||| Stepping ~*~*~tactically~*~*~ (outnumbered).
 29769 | D:11     | 29769 ||| Stepping ~*~*~tactically~*~*~ (outnumbered).
 29771 | D:11     | 29771 ||| Stepping ~*~*~tactically~*~*~ (outnumbered).
 29773 | D:11     | 29773 ||| Stepping ~*~*~tactically~*~*~ (outnumbered).
 29775 | D:11     | 29775 ||| Stepping ~*~*~tactically~*~*~ (outnumbered).
 29777 | D:11     | 29777 ||| Stepping ~*~*~tactically~*~*~ (outnumbered).
 29779 | D:11     | 29779 ||| Stepping ~*~*~tactically~*~*~ (outnumbered).
 29781 | D:11     | 29781 ||| Stepping ~*~*~tactically~*~*~ (outnumbered).
 29783 | D:11     | 29783 ||| Stepping ~*~*~tactically~*~*~ (outnumbered).
 29785 | D:11     | 29785 ||| Stepping ~*~*~tactically~*~*~ (outnumbered).
 29787 | D:11     | 29787 ||| Stepping ~*~*~tactically~*~*~ (outnumbered).
 29789 | D:11     | 29789 ||| Stepping ~*~*~tactically~*~*~ (outnumbered).
 29791 | D:11     | 29791 ||| Stepping ~*~*~tactically~*~*~ (outnumbered).
 29793 | D:11     | 29793 ||| Stepping ~*~*~tactically~*~*~ (outnumbered).
 29795 | D:11     | 29795 ||| Stepping ~*~*~tactically~*~*~ (outnumbered).
 29797 | D:11     | 29797 ||| Stepping ~*~*~tactically~*~*~ (outnumbered).
 29799 | D:11     | 29799 ||| Stepping ~*~*~tactically~*~*~ (outnumbered).
 29801 | D:11     | 29801 ||| Stepping ~*~*~tactically~*~*~ (outnumbered).
 29803 | D:11     | 29803 ||| Stepping ~*~*~tactically~*~*~ (outnumbered).
 29805 | D:11     | 29805 ||| Stepping ~*~*~tactically~*~*~ (outnumbered).
 29807 | D:11     | 29807 ||| Stepping ~*~*~tactically~*~*~ (outnumbered).
 29809 | D:11     | 29809 ||| Stepping ~*~*~tactically~*~*~ (outnumbered).
 29811 | D:11     | 29811 ||| Stepping ~*~*~tactically~*~*~ (outnumbered).
 29813 | D:11     | 29813 ||| Stepping ~*~*~tactically~*~*~ (outnumbered).
 29815 | D:11     | 29815 ||| Stepping ~*~*~tactically~*~*~ (outnumbered).
 29817 | D:11     | 29817 ||| Stepping ~*~*~tactically~*~*~ (outnumbered).
 29819 | D:11     | 29819 ||| Stepping ~*~*~tactically~*~*~ (outnumbered).
 29821 | D:11     | 29821 ||| Stepping ~*~*~tactically~*~*~ (outnumbered).
 29823 | D:11     | 29823 ||| Stepping ~*~*~tactically~*~*~ (outnumbered).
 29825 | D:11     | 29825 ||| Stepping ~*~*~tactically~*~*~ (outnumbered).
 29827 | D:11     | 29827 ||| Stepping ~*~*~tactically~*~*~ (outnumbered).
 29829 | D:11     | 29829 ||| Stepping ~*~*~tactically~*~*~ (outnumbered).
 29831 | D:11     | 29831 ||| Stepping ~*~*~tactically~*~*~ (outnumbered).
 29833 | D:11     | 29833 ||| Stepping ~*~*~tactically~*~*~ (outnumbered).
 29835 | D:11     | 29835 ||| Stepping ~*~*~tactically~*~*~ (outnumbered).
 29837 | D:11     | 29837 ||| Stepping ~*~*~tactically~*~*~ (outnumbered).
 29839 | D:11     | 29839 ||| Stepping ~*~*~tactically~*~*~ (outnumbered).
 29841 | D:11     | 29841 ||| Stepping ~*~*~tactically~*~*~ (outnumbered).
 29843 | D:11     | 29843 ||| Stepping ~*~*~tactically~*~*~ (outnumbered).
 29845 | D:11     | 29845 ||| Stepping ~*~*~tactically~*~*~ (outnumbered).
 29847 | D:11     | 29847 ||| Stepping ~*~*~tactically~*~*~ (outnumbered).
 29849 | D:11     | 29849 ||| Stepping ~*~*~tactically~*~*~ (outnumbered).
 29851 | D:11     | 29851 ||| Stepping ~*~*~tactically~*~*~ (outnumbered).
 29853 | D:11     | 29853 ||| Stepping ~*~*~tactically~*~*~ (outnumbered).
 29855 | D:11     | 29855 ||| Stepping ~*~*~tactically~*~*~ (outnumbered).
 29857 | D:11     | 29857 ||| Stepping ~*~*~tactically~*~*~ (outnumbered).
 29859 | D:11     | 29859 ||| Stepping ~*~*~tactically~*~*~ (outnumbered).
 29861 | D:11     | 29861 ||| Stepping ~*~*~tactically~*~*~ (outnumbered).
 29863 | D:11     | 29863 ||| Stepping ~*~*~tactically~*~*~ (outnumbered).
 29865 | D:11     | 29865 ||| Stepping ~*~*~tactically~*~*~ (outnumbered).
 29867 | D:11     | 29867 ||| Stepping ~*~*~tactically~*~*~ (outnumbered).
 29869 | D:11     | 29869 ||| Stepping ~*~*~tactically~*~*~ (outnumbered).
 29871 | D:11     | 29871 ||| Stepping ~*~*~tactically~*~*~ (outnumbered).
 29873 | D:11     | 29873 ||| Stepping ~*~*~tactically~*~*~ (outnumbered).
 29875 | D:11     | 29875 ||| Stepping ~*~*~tactically~*~*~ (outnumbered).
 29877 | D:11     | 29877 ||| Stepping ~*~*~tactically~*~*~ (outnumbered).
 29879 | D:11     | 29879 ||| Stepping ~*~*~tactically~*~*~ (outnumbered).
 29881 | D:11     | 29881 ||| Stepping ~*~*~tactically~*~*~ (outnumbered).
 29883 | D:11     | 29883 ||| Stepping ~*~*~tactically~*~*~ (outnumbered).
 29885 | D:11     | 29885 ||| Stepping ~*~*~tactically~*~*~ (outnumbered).
 29887 | D:11     | 29887 ||| Stepping ~*~*~tactically~*~*~ (outnumbered).
 29889 | D:11     | 29889 ||| Stepping ~*~*~tactically~*~*~ (outnumbered).
 29891 | D:11     | 29891 ||| Stepping ~*~*~tactically~*~*~ (outnumbered).
 29893 | D:11     | 29893 ||| Stepping ~*~*~tactically~*~*~ (outnumbered).
 29895 | D:11     | 29895 ||| Stepping ~*~*~tactically~*~*~ (outnumbered).
 29897 | D:11     | 29897 ||| Stepping ~*~*~tactically~*~*~ (outnumbered).
 29899 | D:11     | 29899 ||| Stepping ~*~*~tactically~*~*~ (outnumbered).
 29901 | D:11     | 29901 ||| Stepping ~*~*~tactically~*~*~ (outnumbered).
 29903 | D:11     | 29903 ||| Stepping ~*~*~tactically~*~*~ (outnumbered).
 29905 | D:11     | 29905 ||| Stepping ~*~*~tactically~*~*~ (outnumbered).
 29907 | D:11     | 29907 ||| Stepping ~*~*~tactically~*~*~ (outnumbered).
 29909 | D:11     | 29909 ||| Stepping ~*~*~tactically~*~*~ (outnumbered).
 29911 | D:11     | 29911 ||| Stepping ~*~*~tactically~*~*~ (outnumbered).
 29913 | D:11     | 29913 ||| Stepping ~*~*~tactically~*~*~ (outnumbered).
 29915 | D:11     | 29915 ||| Stepping ~*~*~tactically~*~*~ (outnumbered).
 29917 | D:11     | 29917 ||| Stepping ~*~*~tactically~*~*~ (outnumbered).
 29919 | D:11     | 29919 ||| Stepping ~*~*~tactically~*~*~ (outnumbered).
 29921 | D:11     | 29921 ||| Stepping ~*~*~tactically~*~*~ (outnumbered).
 29923 | D:11     | 29923 ||| Stepping ~*~*~tactically~*~*~ (outnumbered).
 29925 | D:11     | 29925 ||| Stepping ~*~*~tactically~*~*~ (outnumbered).
 29927 | D:11     | 29927 ||| Stepping ~*~*~tactically~*~*~ (outnumbered).
 29929 | D:11     | 29929 ||| Stepping ~*~*~tactically~*~*~ (outnumbered).
 29931 | D:11     | 29931 ||| Stepping ~*~*~tactically~*~*~ (outnumbered).
 29933 | D:11     | 29933 ||| Stepping ~*~*~tactically~*~*~ (outnumbered).
 29935 | D:11     | 29935 ||| Stepping ~*~*~tactically~*~*~ (outnumbered).
 29937 | D:11     | 29937 ||| Stepping ~*~*~tactically~*~*~ (outnumbered).
 29939 | D:11     | 29939 ||| Stepping ~*~*~tactically~*~*~ (outnumbered).
 29941 | D:11     | 29941 ||| Stepping ~*~*~tactically~*~*~ (outnumbered).
 29943 | D:11     | 29943 ||| Stepping ~*~*~tactically~*~*~ (outnumbered).
 29945 | D:11     | 29945 ||| Stepping ~*~*~tactically~*~*~ (outnumbered).
 29947 | D:11     | 29947 ||| Stepping ~*~*~tactically~*~*~ (outnumbered).
 29949 | D:11     | 29949 ||| Stepping ~*~*~tactically~*~*~ (outnumbered).
 29951 | D:11     | 29951 ||| Stepping ~*~*~tactically~*~*~ (outnumbered).
 29953 | D:11     | 29953 ||| Stepping ~*~*~tactically~*~*~ (outnumbered).
 29955 | D:11     | 29955 ||| Stepping ~*~*~tactically~*~*~ (outnumbered).
 29957 | D:11     | 29957 ||| Stepping ~*~*~tactically~*~*~ (outnumbered).
 29959 | D:11     | 29959 ||| Stepping ~*~*~tactically~*~*~ (outnumbered).
 29961 | D:11     | 29961 ||| Stepping ~*~*~tactically~*~*~ (outnumbered).
 29963 | D:11     | 29963 ||| Stepping ~*~*~tactically~*~*~ (outnumbered).
 29965 | D:11     | 29965 ||| Stepping ~*~*~tactically~*~*~ (outnumbered).
 29967 | D:11     | 29967 ||| Stepping ~*~*~tactically~*~*~ (outnumbered).
 29969 | D:11     | 29969 ||| Stepping ~*~*~tactically~*~*~ (outnumbered).
 29971 | D:11     | 29971 ||| Stepping ~*~*~tactically~*~*~ (outnumbered).
 29973 | D:11     | 29973 ||| Stepping ~*~*~tactically~*~*~ (outnumbered).
 29975 | D:11     | 29975 ||| Stepping ~*~*~tactically~*~*~ (outnumbered).
 29977 | D:11     | 29977 ||| Stepping ~*~*~tactically~*~*~ (outnumbered).
 29979 | D:11     | 29979 ||| Stepping ~*~*~tactically~*~*~ (outnumbered).
 29981 | D:11     | 29981 ||| Stepping ~*~*~tactically~*~*~ (outnumbered).
 29983 | D:11     | 29983 ||| Stepping ~*~*~tactically~*~*~ (outnumbered).
 29985 | D:11     | 29985 ||| Stepping ~*~*~tactically~*~*~ (outnumbered).
 29987 | D:11     | 29987 ||| Stepping ~*~*~tactically~*~*~ (outnumbered).
 29989 | D:11     | 29989 ||| Stepping ~*~*~tactically~*~*~ (outnumbered).
 29991 | D:11     | 29991 ||| Stepping ~*~*~tactically~*~*~ (outnumbered).
 29993 | D:11     | 29993 ||| Stepping ~*~*~tactically~*~*~ (outnumbered).
 29995 | D:11     | 29995 ||| Stepping ~*~*~tactically~*~*~ (outnumbered).
 29997 | D:11     | 29997 ||| Stepping ~*~*~tactically~*~*~ (outnumbered).
 29999 | D:11     | 29999 ||| Stepping ~*~*~tactically~*~*~ (outnumbered).
 30001 | D:11     | 30001 ||| Stepping ~*~*~tactically~*~*~ (outnumbered).
 30003 | D:11     | 30003 ||| Stepping ~*~*~tactically~*~*~ (outnumbered).
 30005 | D:11     | 30005 ||| Stepping ~*~*~tactically~*~*~ (outnumbered).
 30007 | D:11     | 30007 ||| Stepping ~*~*~tactically~*~*~ (outnumbered).
 30009 | D:11     | 30009 ||| Stepping ~*~*~tactically~*~*~ (outnumbered).
 30011 | D:11     | 30011 ||| Stepping ~*~*~tactically~*~*~ (outnumbered).
 30013 | D:11     | 30013 ||| Stepping ~*~*~tactically~*~*~ (outnumbered).
 30015 | D:11     | 30015 ||| Stepping ~*~*~tactically~*~*~ (outnumbered).
 30017 | D:11     | 30017 ||| Stepping ~*~*~tactically~*~*~ (outnumbered).
 30019 | D:11     | 30019 ||| Stepping ~*~*~tactically~*~*~ (outnumbered).
 30021 | D:11     | 30021 ||| Stepping ~*~*~tactically~*~*~ (outnumbered).
 30023 | D:11     | 30023 ||| Stepping ~*~*~tactically~*~*~ (outnumbered).
 30025 | D:11     | 30025 ||| Stepping ~*~*~tactically~*~*~ (outnumbered).
 30027 | D:11     | 30027 ||| Stepping ~*~*~tactically~*~*~ (outnumbered).
 30029 | D:11     | 30029 ||| Stepping ~*~*~tactically~*~*~ (outnumbered).
 30031 | D:11     | 30031 ||| Stepping ~*~*~tactically~*~*~ (outnumbered).
 30033 | D:11     | 30033 ||| Stepping ~*~*~tactically~*~*~ (outnumbered).
 30035 | D:11     | 30035 ||| Stepping ~*~*~tactically~*~*~ (outnumbered).
 30037 | D:11     | 30037 ||| Stepping ~*~*~tactically~*~*~ (outnumbered).
 30039 | D:11     | 30039 ||| Stepping ~*~*~tactically~*~*~ (outnumbered).
 30041 | D:11     | 30041 ||| Stepping ~*~*~tactically~*~*~ (outnumbered).
 30043 | D:11     | 30043 ||| Stepping ~*~*~tactically~*~*~ (outnumbered).
 30045 | D:11     | 30045 ||| Stepping ~*~*~tactically~*~*~ (outnumbered).
 30047 | D:11     | 30047 ||| Stepping ~*~*~tactically~*~*~ (outnumbered).
 30049 | D:11     | 30049 ||| Stepping ~*~*~tactically~*~*~ (outnumbered).
 30051 | D:11     | 30051 ||| Stepping ~*~*~tactically~*~*~ (outnumbered).
 30053 | D:11     | 30053 ||| Stepping ~*~*~tactically~*~*~ (outnumbered).
 30055 | D:11     | 30055 ||| Stepping ~*~*~tactically~*~*~ (outnumbered).
 30057 | D:11     | 30057 ||| Stepping ~*~*~tactically~*~*~ (outnumbered).
 30059 | D:11     | 30059 ||| Stepping ~*~*~tactically~*~*~ (outnumbered).
 30061 | D:11     | 30061 ||| Stepping ~*~*~tactically~*~*~ (outnumbered).
 30063 | D:11     | 30063 ||| Stepping ~*~*~tactically~*~*~ (outnumbered).
 30065 | D:11     | 30065 ||| Stepping ~*~*~tactically~*~*~ (outnumbered).
 30067 | D:11     | 30067 ||| Stepping ~*~*~tactically~*~*~ (outnumbered).
 30069 | D:11     | 30069 ||| Stepping ~*~*~tactically~*~*~ (outnumbered).
 30071 | D:11     | 30071 ||| Stepping ~*~*~tactically~*~*~ (outnumbered).
 30073 | D:11     | 30073 ||| Stepping ~*~*~tactically~*~*~ (outnumbered).
 30075 | D:11     | 30075 ||| Stepping ~*~*~tactically~*~*~ (outnumbered).
 30077 | D:11     | 30077 ||| Stepping ~*~*~tactically~*~*~ (outnumbered).
 30079 | D:11     | 30079 ||| Stepping ~*~*~tactically~*~*~ (outnumbered).
 30081 | D:11     | 30081 ||| Stepping ~*~*~tactically~*~*~ (outnumbered).
 30083 | D:11     | 30083 ||| Stepping ~*~*~tactically~*~*~ (outnumbered).
 30085 | D:11     | 30085 ||| Stepping ~*~*~tactically~*~*~ (outnumbered).
 30087 | D:11     | 30087 ||| Stepping ~*~*~tactically~*~*~ (outnumbered).
 30089 | D:11     | 30089 ||| Stepping ~*~*~tactically~*~*~ (outnumbered).
 30091 | D:11     | 30091 ||| Stepping ~*~*~tactically~*~*~ (outnumbered).
 30093 | D:11     | 30093 ||| Stepping ~*~*~tactically~*~*~ (outnumbered).
 30095 | D:11     | 30095 ||| Stepping ~*~*~tactically~*~*~ (outnumbered).
 30097 | D:11     | 30097 ||| Stepping ~*~*~tactically~*~*~ (outnumbered).
 30099 | D:11     | 30099 ||| Stepping ~*~*~tactically~*~*~ (outnumbered).
 30101 | D:11     | 30101 ||| Stepping ~*~*~tactically~*~*~ (outnumbered).
 30103 | D:11     | 30103 ||| Stepping ~*~*~tactically~*~*~ (outnumbered).
 30105 | D:11     | 30105 ||| Stepping ~*~*~tactically~*~*~ (outnumbered).
 30107 | D:11     | 30107 ||| Stepping ~*~*~tactically~*~*~ (outnumbered).
 30109 | D:11     | 30109 ||| Stepping ~*~*~tactically~*~*~ (outnumbered).
 30111 | D:11     | 30111 ||| Stepping ~*~*~tactically~*~*~ (outnumbered).
 30113 | D:11     | 30113 ||| Stepping ~*~*~tactically~*~*~ (outnumbered).
 30115 | D:11     | 30115 ||| Stepping ~*~*~tactically~*~*~ (outnumbered).
 30117 | D:11     | 30117 ||| Stepping ~*~*~tactically~*~*~ (outnumbered).
 30119 | D:11     | 30119 ||| Stepping ~*~*~tactically~*~*~ (outnumbered).
 30121 | D:11     | 30121 ||| Stepping ~*~*~tactically~*~*~ (outnumbered).
 30123 | D:11     | 30123 ||| Stepping ~*~*~tactically~*~*~ (outnumbered).
 30125 | D:11     | 30125 ||| Stepping ~*~*~tactically~*~*~ (outnumbered).
 30127 | D:11     | 30127 ||| Stepping ~*~*~tactically~*~*~ (outnumbered).
 30129 | D:11     | 30129 ||| Stepping ~*~*~tactically~*~*~ (outnumbered).
 30131 | D:11     | 30131 ||| Stepping ~*~*~tactically~*~*~ (outnumbered).
 30133 | D:11     | 30133 ||| Stepping ~*~*~tactically~*~*~ (outnumbered).
 30135 | D:11     | 30135 ||| Stepping ~*~*~tactically~*~*~ (outnumbered).
 30137 | D:11     | 30137 ||| Stepping ~*~*~tactically~*~*~ (outnumbered).
 30139 | D:11     | 30139 ||| Stepping ~*~*~tactically~*~*~ (outnumbered).
 30141 | D:11     | 30141 ||| Stepping ~*~*~tactically~*~*~ (outnumbered).
 30143 | D:11     | 30143 ||| Stepping ~*~*~tactically~*~*~ (outnumbered).
 30145 | D:11     | 30145 ||| Stepping ~*~*~tactically~*~*~ (outnumbered).
 30147 | D:11     | 30147 ||| Stepping ~*~*~tactically~*~*~ (outnumbered).
 30149 | D:11     | 30149 ||| Stepping ~*~*~tactically~*~*~ (outnumbered).
 30151 | D:11     | 30151 ||| Stepping ~*~*~tactically~*~*~ (outnumbered).
 30153 | D:11     | 30153 ||| Stepping ~*~*~tactically~*~*~ (outnumbered).
 30155 | D:11     | 30155 ||| Stepping ~*~*~tactically~*~*~ (outnumbered).
 30157 | D:11     | 30157 ||| Stepping ~*~*~tactically~*~*~ (outnumbered).
 30159 | D:11     | 30159 ||| Stepping ~*~*~tactically~*~*~ (outnumbered).
 30161 | D:11     | 30161 ||| Stepping ~*~*~tactically~*~*~ (outnumbered).
 30163 | D:11     | 30163 ||| Stepping ~*~*~tactically~*~*~ (outnumbered).
 30165 | D:11     | 30165 ||| Stepping ~*~*~tactically~*~*~ (outnumbered).
 30167 | D:11     | 30167 ||| Stepping ~*~*~tactically~*~*~ (outnumbered).
 30169 | D:11     | 30169 ||| Stepping ~*~*~tactically~*~*~ (outnumbered).
 30171 | D:11     | 30171 ||| Stepping ~*~*~tactically~*~*~ (outnumbered).
 30173 | D:11     | 30173 ||| Stepping ~*~*~tactically~*~*~ (outnumbered).
 30175 | D:11     | 30175 ||| Stepping ~*~*~tactically~*~*~ (outnumbered).
 30177 | D:11     | 30177 ||| Stepping ~*~*~tactically~*~*~ (outnumbered).
 30179 | D:11     | 30179 ||| Stepping ~*~*~tactically~*~*~ (outnumbered).
 30181 | D:11     | 30181 ||| Stepping ~*~*~tactically~*~*~ (outnumbered).
 30183 | D:11     | 30183 ||| Stepping ~*~*~tactically~*~*~ (outnumbered).
 30185 | D:11     | 30185 ||| Stepping ~*~*~tactically~*~*~ (outnumbered).
 30187 | D:11     | 30187 ||| Stepping ~*~*~tactically~*~*~ (outnumbered).
 30189 | D:11     | 30189 ||| Stepping ~*~*~tactically~*~*~ (outnumbered).
 30191 | D:11     | 30191 ||| Stepping ~*~*~tactically~*~*~ (outnumbered).
 30193 | D:11     | 30193 ||| Stepping ~*~*~tactically~*~*~ (outnumbered).
 30195 | D:11     | 30195 ||| Stepping ~*~*~tactically~*~*~ (outnumbered).
 30197 | D:11     | 30197 ||| Stepping ~*~*~tactically~*~*~ (outnumbered).
 30199 | D:11     | 30199 ||| Stepping ~*~*~tactically~*~*~ (outnumbered).
 30201 | D:11     | 30201 ||| Stepping ~*~*~tactically~*~*~ (outnumbered).
 30203 | D:11     | 30203 ||| Stepping ~*~*~tactically~*~*~ (outnumbered).
 30205 | D:11     | 30205 ||| Stepping ~*~*~tactically~*~*~ (outnumbered).
 30207 | D:11     | 30207 ||| Stepping ~*~*~tactically~*~*~ (outnumbered).
 30209 | D:11     | 30209 ||| Stepping ~*~*~tactically~*~*~ (outnumbered).
 30211 | D:11     | 30211 ||| Stepping ~*~*~tactically~*~*~ (outnumbered).
 30213 | D:11     | 30213 ||| Stepping ~*~*~tactically~*~*~ (outnumbered).
 30215 | D:11     | 30215 ||| Stepping ~*~*~tactically~*~*~ (outnumbered).
 30217 | D:11     | 30217 ||| Stepping ~*~*~tactically~*~*~ (outnumbered).
 30219 | D:11     | 30219 ||| Stepping ~*~*~tactically~*~*~ (outnumbered).
 30221 | D:11     | 30221 ||| Stepping ~*~*~tactically~*~*~ (outnumbered).
 30223 | D:11     | 30223 ||| Stepping ~*~*~tactically~*~*~ (outnumbered).
 30225 | D:11     | 30225 ||| Stepping ~*~*~tactically~*~*~ (outnumbered).
 30227 | D:11     | 30227 ||| Stepping ~*~*~tactically~*~*~ (outnumbered).
 30229 | D:11     | 30229 ||| Stepping ~*~*~tactically~*~*~ (outnumbered).
 30231 | D:11     | 30231 ||| Stepping ~*~*~tactically~*~*~ (outnumbered).
 30233 | D:11     | 30233 ||| Stepping ~*~*~tactically~*~*~ (outnumbered).
 30235 | D:11     | 30235 ||| Stepping ~*~*~tactically~*~*~ (outnumbered).
 30237 | D:11     | 30237 ||| Stepping ~*~*~tactically~*~*~ (outnumbered).
 30239 | D:11     | 30239 ||| Stepping ~*~*~tactically~*~*~ (outnumbered).
 30241 | D:11     | 30241 ||| Stepping ~*~*~tactically~*~*~ (outnumbered).
 30243 | D:11     | 30243 ||| Stepping ~*~*~tactically~*~*~ (outnumbered).
 30245 | D:11     | 30245 ||| Stepping ~*~*~tactically~*~*~ (outnumbered).
 30247 | D:11     | 30247 ||| Stepping ~*~*~tactically~*~*~ (outnumbered).
 30249 | D:11     | 30249 ||| Stepping ~*~*~tactically~*~*~ (outnumbered).
 30251 | D:11     | 30251 ||| Stepping ~*~*~tactically~*~*~ (outnumbered).
 30253 | D:11     | 30253 ||| Stepping ~*~*~tactically~*~*~ (outnumbered).
 30255 | D:11     | 30255 ||| Stepping ~*~*~tactically~*~*~ (outnumbered).
 30257 | D:11     | 30257 ||| Stepping ~*~*~tactically~*~*~ (outnumbered).
 30259 | D:11     | 30259 ||| Stepping ~*~*~tactically~*~*~ (outnumbered).
 30261 | D:11     | 30261 ||| Stepping ~*~*~tactically~*~*~ (outnumbered).
 30263 | D:11     | 30263 ||| Stepping ~*~*~tactically~*~*~ (outnumbered).
 30265 | D:11     | 30265 ||| Stepping ~*~*~tactically~*~*~ (outnumbered).
 30267 | D:11     | 30267 ||| Stepping ~*~*~tactically~*~*~ (outnumbered).
 30269 | D:11     | 30269 ||| Stepping ~*~*~tactically~*~*~ (outnumbered).
 30271 | D:11     | 30271 ||| Stepping ~*~*~tactically~*~*~ (outnumbered).
 30273 | D:11     | 30273 ||| Stepping ~*~*~tactically~*~*~ (outnumbered).
 30275 | D:11     | 30275 ||| Stepping ~*~*~tactically~*~*~ (outnumbered).
 30277 | D:11     | 30277 ||| Stepping ~*~*~tactically~*~*~ (outnumbered).
 30279 | D:11     | 30279 ||| Stepping ~*~*~tactically~*~*~ (outnumbered).
 30281 | D:11     | 30281 ||| Stepping ~*~*~tactically~*~*~ (outnumbered).
 30283 | D:11     | 30283 ||| Stepping ~*~*~tactically~*~*~ (outnumbered).
 30285 | D:11     | 30285 ||| Stepping ~*~*~tactically~*~*~ (outnumbered).
 30287 | D:11     | 30287 ||| Stepping ~*~*~tactically~*~*~ (outnumbered).
 30289 | D:11     | 30289 ||| Stepping ~*~*~tactically~*~*~ (outnumbered).
 30291 | D:11     | 30291 ||| Stepping ~*~*~tactically~*~*~ (outnumbered).
 30293 | D:11     | 30293 ||| Stepping ~*~*~tactically~*~*~ (outnumbered).
 30295 | D:11     | 30295 ||| Stepping ~*~*~tactically~*~*~ (outnumbered).
 30297 | D:11     | 30297 ||| Stepping ~*~*~tactically~*~*~ (outnumbered).
 30299 | D:11     | 30299 ||| Stepping ~*~*~tactically~*~*~ (outnumbered).
 30301 | D:11     | 30301 ||| Stepping ~*~*~tactically~*~*~ (outnumbered).
 30303 | D:11     | 30303 ||| Stepping ~*~*~tactically~*~*~ (outnumbered).
 30305 | D:11     | 30305 ||| Stepping ~*~*~tactically~*~*~ (outnumbered).
 30307 | D:11     | 30307 ||| Stepping ~*~*~tactically~*~*~ (outnumbered).
 30309 | D:11     | 30309 ||| Stepping ~*~*~tactically~*~*~ (outnumbered).
 30311 | D:11     | 30311 ||| Stepping ~*~*~tactically~*~*~ (outnumbered).
 30313 | D:11     | 30313 ||| Stepping ~*~*~tactically~*~*~ (outnumbered).
 30315 | D:11     | 30315 ||| Stepping ~*~*~tactically~*~*~ (outnumbered).
 30317 | D:11     | 30317 ||| Stepping ~*~*~tactically~*~*~ (outnumbered).
 30319 | D:11     | 30319 ||| Stepping ~*~*~tactically~*~*~ (outnumbered).
 30321 | D:11     | 30321 ||| Stepping ~*~*~tactically~*~*~ (outnumbered).
 30323 | D:11     | 30323 ||| Stepping ~*~*~tactically~*~*~ (outnumbered).
 30325 | D:11     | 30325 ||| Stepping ~*~*~tactically~*~*~ (outnumbered).
 30327 | D:11     | 30327 ||| Stepping ~*~*~tactically~*~*~ (outnumbered).
 30329 | D:11     | 30329 ||| Stepping ~*~*~tactically~*~*~ (outnumbered).
 30331 | D:11     | 30331 ||| Stepping ~*~*~tactically~*~*~ (outnumbered).
 30333 | D:11     | 30333 ||| Stepping ~*~*~tactically~*~*~ (outnumbered).
 30335 | D:11     | 30335 ||| Stepping ~*~*~tactically~*~*~ (outnumbered).
 30337 | D:11     | 30337 ||| Stepping ~*~*~tactically~*~*~ (outnumbered).
 30339 | D:11     | 30339 ||| Stepping ~*~*~tactically~*~*~ (outnumbered).
 30341 | D:11     | 30341 ||| Stepping ~*~*~tactically~*~*~ (outnumbered).
 30343 | D:11     | 30343 ||| Stepping ~*~*~tactically~*~*~ (outnumbered).
 30345 | D:11     | 30345 ||| Stepping ~*~*~tactically~*~*~ (outnumbered).
 30347 | D:11     | 30347 ||| Stepping ~*~*~tactically~*~*~ (outnumbered).
 30349 | D:11     | 30349 ||| Stepping ~*~*~tactically~*~*~ (outnumbered).
 30351 | D:11     | 30351 ||| Stepping ~*~*~tactically~*~*~ (outnumbered).
 30353 | D:11     | 30353 ||| Stepping ~*~*~tactically~*~*~ (outnumbered).
 30355 | D:11     | 30355 ||| Stepping ~*~*~tactically~*~*~ (outnumbered).
 30357 | D:11     | 30357 ||| Stepping ~*~*~tactically~*~*~ (outnumbered).
 30359 | D:11     | 30359 ||| Stepping ~*~*~tactically~*~*~ (outnumbered).
 30361 | D:11     | 30361 ||| Stepping ~*~*~tactically~*~*~ (outnumbered).
 30363 | D:11     | 30363 ||| Stepping ~*~*~tactically~*~*~ (outnumbered).
 30365 | D:11     | 30365 ||| Stepping ~*~*~tactically~*~*~ (outnumbered).
 30367 | D:11     | 30367 ||| Stepping ~*~*~tactically~*~*~ (outnumbered).
 30369 | D:11     | 30369 ||| Stepping ~*~*~tactically~*~*~ (outnumbered).
 30371 | D:11     | 30371 ||| Stepping ~*~*~tactically~*~*~ (outnumbered).
 30373 | D:11     | 30373 ||| Stepping ~*~*~tactically~*~*~ (outnumbered).
 30375 | D:11     | 30375 ||| Stepping ~*~*~tactically~*~*~ (outnumbered).
 30377 | D:11     | 30377 ||| Stepping ~*~*~tactically~*~*~ (outnumbered).
 30379 | D:11     | 30379 ||| Stepping ~*~*~tactically~*~*~ (outnumbered).
 30381 | D:11     | 30381 ||| Stepping ~*~*~tactically~*~*~ (outnumbered).
 30383 | D:11     | 30383 ||| Stepping ~*~*~tactically~*~*~ (outnumbered).
 30385 | D:11     | 30385 ||| Stepping ~*~*~tactically~*~*~ (outnumbered).
 30387 | D:11     | 30387 ||| Stepping ~*~*~tactically~*~*~ (outnumbered).
 30389 | D:11     | 30389 ||| Stepping ~*~*~tactically~*~*~ (outnumbered).
 30391 | D:11     | 30391 ||| Stepping ~*~*~tactically~*~*~ (outnumbered).
 30393 | D:11     | 30393 ||| Stepping ~*~*~tactically~*~*~ (outnumbered).
 30395 | D:11     | 30395 ||| Stepping ~*~*~tactically~*~*~ (outnumbered).
 30397 | D:11     | 30397 ||| Stepping ~*~*~tactically~*~*~ (outnumbered).
 30399 | D:11     | 30399 ||| Stepping ~*~*~tactically~*~*~ (outnumbered).
 30401 | D:11     | 30401 ||| Stepping ~*~*~tactically~*~*~ (outnumbered).
 30403 | D:11     | 30403 ||| Stepping ~*~*~tactically~*~*~ (outnumbered).
 30405 | D:11     | 30405 ||| Stepping ~*~*~tactically~*~*~ (outnumbered).
 30407 | D:11     | 30407 ||| Stepping ~*~*~tactically~*~*~ (outnumbered).
 30409 | D:11     | 30409 ||| Stepping ~*~*~tactically~*~*~ (outnumbered).
 30411 | D:11     | 30411 ||| Stepping ~*~*~tactically~*~*~ (outnumbered).
 30413 | D:11     | 30413 ||| Stepping ~*~*~tactically~*~*~ (outnumbered).
 30415 | D:11     | 30415 ||| Stepping ~*~*~tactically~*~*~ (outnumbered).
 30417 | D:11     | 30417 ||| Stepping ~*~*~tactically~*~*~ (outnumbered).
 30419 | D:11     | 30419 ||| Stepping ~*~*~tactically~*~*~ (outnumbered).
 30421 | D:11     | 30421 ||| Stepping ~*~*~tactically~*~*~ (outnumbered).
 30423 | D:11     | 30423 ||| Stepping ~*~*~tactically~*~*~ (outnumbered).
 30425 | D:11     | 30425 ||| Stepping ~*~*~tactically~*~*~ (outnumbered).
 30427 | D:11     | 30427 ||| Stepping ~*~*~tactically~*~*~ (outnumbered).
 30429 | D:11     | 30429 ||| Stepping ~*~*~tactically~*~*~ (outnumbered).
 30431 | D:11     | 30431 ||| Stepping ~*~*~tactically~*~*~ (outnumbered).
 30433 | D:11     | 30433 ||| Stepping ~*~*~tactically~*~*~ (outnumbered).
 30435 | D:11     | 30435 ||| Stepping ~*~*~tactically~*~*~ (outnumbered).
 30437 | D:11     | 30437 ||| Stepping ~*~*~tactically~*~*~ (outnumbered).
 30439 | D:11     | 30439 ||| Stepping ~*~*~tactically~*~*~ (outnumbered).
 30441 | D:11     | 30441 ||| Stepping ~*~*~tactically~*~*~ (outnumbered).
 30443 | D:11     | 30443 ||| Stepping ~*~*~tactically~*~*~ (outnumbered).
 30445 | D:11     | 30445 ||| Stepping ~*~*~tactically~*~*~ (outnumbered).
 30447 | D:11     | 30447 ||| Stepping ~*~*~tactically~*~*~ (outnumbered).
 30449 | D:11     | 30449 ||| Stepping ~*~*~tactically~*~*~ (outnumbered).
 30451 | D:11     | 30451 ||| Stepping ~*~*~tactically~*~*~ (outnumbered).
 30453 | D:11     | 30453 ||| Stepping ~*~*~tactically~*~*~ (outnumbered).
 30455 | D:11     | 30455 ||| Stepping ~*~*~tactically~*~*~ (outnumbered).
 30457 | D:11     | 30457 ||| Stepping ~*~*~tactically~*~*~ (outnumbered).
 30459 | D:11     | 30459 ||| Stepping ~*~*~tactically~*~*~ (outnumbered).
 30461 | D:11     | 30461 ||| Stepping ~*~*~tactically~*~*~ (outnumbered).
 30463 | D:11     | 30463 ||| Stepping ~*~*~tactically~*~*~ (outnumbered).
 30465 | D:11     | 30465 ||| Stepping ~*~*~tactically~*~*~ (outnumbered).
 30467 | D:11     | 30467 ||| Stepping ~*~*~tactically~*~*~ (outnumbered).
 30469 | D:11     | 30469 ||| Stepping ~*~*~tactically~*~*~ (outnumbered).
 30471 | D:11     | 30471 ||| Stepping ~*~*~tactically~*~*~ (outnumbered).
 30473 | D:11     | 30473 ||| Stepping ~*~*~tactically~*~*~ (outnumbered).
 30475 | D:11     | 30475 ||| Stepping ~*~*~tactically~*~*~ (outnumbered).
 30477 | D:11     | 30477 ||| Stepping ~*~*~tactically~*~*~ (outnumbered).
 30479 | D:11     | 30479 ||| Stepping ~*~*~tactically~*~*~ (outnumbered).
 30481 | D:11     | 30481 ||| Stepping ~*~*~tactically~*~*~ (outnumbered).
 30483 | D:11     | 30483 ||| Stepping ~*~*~tactically~*~*~ (outnumbered).
 30485 | D:11     | 30485 ||| Stepping ~*~*~tactically~*~*~ (outnumbered).
 30487 | D:11     | 30487 ||| Stepping ~*~*~tactically~*~*~ (outnumbered).
 30489 | D:11     | 30489 ||| Stepping ~*~*~tactically~*~*~ (outnumbered).
 30491 | D:11     | 30491 ||| Stepping ~*~*~tactically~*~*~ (outnumbered).
 30493 | D:11     | 30493 ||| Stepping ~*~*~tactically~*~*~ (outnumbered).
 30495 | D:11     | 30495 ||| Stepping ~*~*~tactically~*~*~ (outnumbered).
 30497 | D:11     | 30497 ||| Stepping ~*~*~tactically~*~*~ (outnumbered).
 30499 | D:11     | 30499 ||| Stepping ~*~*~tactically~*~*~ (outnumbered).
 30501 | D:11     | 30501 ||| Stepping ~*~*~tactically~*~*~ (outnumbered).
 30503 | D:11     | 30503 ||| Stepping ~*~*~tactically~*~*~ (outnumbered).
 30505 | D:11     | 30505 ||| Stepping ~*~*~tactically~*~*~ (outnumbered).
 30507 | D:11     | 30507 ||| Stepping ~*~*~tactically~*~*~ (outnumbered).
 30509 | D:11     | 30509 ||| Stepping ~*~*~tactically~*~*~ (outnumbered).
 30511 | D:11     | 30511 ||| Stepping ~*~*~tactically~*~*~ (outnumbered).
 30513 | D:11     | 30513 ||| Stepping ~*~*~tactically~*~*~ (outnumbered).
 30515 | D:11     | 30515 ||| Stepping ~*~*~tactically~*~*~ (outnumbered).
 30517 | D:11     | 30517 ||| Stepping ~*~*~tactically~*~*~ (outnumbered).
 30519 | D:11     | 30519 ||| Stepping ~*~*~tactically~*~*~ (outnumbered).
 30521 | D:11     | 30521 ||| Stepping ~*~*~tactically~*~*~ (outnumbered).
 30523 | D:11     | 30523 ||| Stepping ~*~*~tactically~*~*~ (outnumbered).
 30525 | D:11     | 30525 ||| Stepping ~*~*~tactically~*~*~ (outnumbered).
 30527 | D:11     | 30527 ||| Stepping ~*~*~tactically~*~*~ (outnumbered).
 30529 | D:11     | 30529 ||| Stepping ~*~*~tactically~*~*~ (outnumbered).
 30531 | D:11     | 30531 ||| Stepping ~*~*~tactically~*~*~ (outnumbered).
 30533 | D:11     | 30533 ||| Stepping ~*~*~tactically~*~*~ (outnumbered).
 30535 | D:11     | 30535 ||| Stepping ~*~*~tactically~*~*~ (outnumbered).
 30537 | D:11     | 30537 ||| Stepping ~*~*~tactically~*~*~ (outnumbered).
 30539 | D:11     | 30539 ||| Stepping ~*~*~tactically~*~*~ (outnumbered).
 30541 | D:11     | 30541 ||| Stepping ~*~*~tactically~*~*~ (outnumbered).
 30543 | D:11     | 30543 ||| Stepping ~*~*~tactically~*~*~ (outnumbered).
 30545 | D:11     | 30545 ||| Stepping ~*~*~tactically~*~*~ (outnumbered).
 30547 | D:11     | 30547 ||| Stepping ~*~*~tactically~*~*~ (outnumbered).
 30549 | D:11     | 30549 ||| Stepping ~*~*~tactically~*~*~ (outnumbered).
 30551 | D:11     | 30551 ||| Stepping ~*~*~tactically~*~*~ (outnumbered).
 30553 | D:11     | 30553 ||| Stepping ~*~*~tactically~*~*~ (outnumbered).
 30555 | D:11     | 30555 ||| Stepping ~*~*~tactically~*~*~ (outnumbered).
 30557 | D:11     | 30557 ||| Stepping ~*~*~tactically~*~*~ (outnumbered).
 30559 | D:11     | 30559 ||| Stepping ~*~*~tactically~*~*~ (outnumbered).
 30561 | D:11     | 30561 ||| Stepping ~*~*~tactically~*~*~ (outnumbered).
 30563 | D:11     | 30563 ||| Stepping ~*~*~tactically~*~*~ (outnumbered).
 30565 | D:11     | 30565 ||| Stepping ~*~*~tactically~*~*~ (outnumbered).
 30567 | D:11     | 30567 ||| Stepping ~*~*~tactically~*~*~ (outnumbered).
 30569 | D:11     | 30569 ||| Stepping ~*~*~tactically~*~*~ (outnumbered).
 30571 | D:11     | 30571 ||| Stepping ~*~*~tactically~*~*~ (outnumbered).
 30573 | D:11     | 30573 ||| Stepping ~*~*~tactically~*~*~ (outnumbered).
 30575 | D:11     | 30575 ||| Stepping ~*~*~tactically~*~*~ (outnumbered).
 30577 | D:11     | 30577 ||| Stepping ~*~*~tactically~*~*~ (outnumbered).
 30579 | D:11     | 30579 ||| Stepping ~*~*~tactically~*~*~ (outnumbered).
 30581 | D:11     | 30581 ||| Stepping ~*~*~tactically~*~*~ (outnumbered).
 30583 | D:11     | 30583 ||| Stepping ~*~*~tactically~*~*~ (outnumbered).
 30585 | D:11     | 30585 ||| Stepping ~*~*~tactically~*~*~ (outnumbered).
 30587 | D:11     | 30587 ||| Stepping ~*~*~tactically~*~*~ (outnumbered).
 30589 | D:11     | 30589 ||| Stepping ~*~*~tactically~*~*~ (outnumbered).
 30591 | D:11     | 30591 ||| Stepping ~*~*~tactically~*~*~ (outnumbered).
 30593 | D:11     | 30593 ||| Stepping ~*~*~tactically~*~*~ (outnumbered).
 30595 | D:11     | 30595 ||| Stepping ~*~*~tactically~*~*~ (outnumbered).
 30597 | D:11     | 30597 ||| Stepping ~*~*~tactically~*~*~ (outnumbered).
 30599 | D:11     | 30599 ||| Stepping ~*~*~tactically~*~*~ (outnumbered).
 30601 | D:11     | 30601 ||| Stepping ~*~*~tactically~*~*~ (outnumbered).
 30603 | D:11     | 30603 ||| Stepping ~*~*~tactically~*~*~ (outnumbered).
 30605 | D:11     | 30605 ||| Stepping ~*~*~tactically~*~*~ (outnumbered).
 30607 | D:11     | 30607 ||| Stepping ~*~*~tactically~*~*~ (outnumbered).
 30609 | D:11     | 30609 ||| Stepping ~*~*~tactically~*~*~ (outnumbered).
 30611 | D:11     | 30611 ||| Stepping ~*~*~tactically~*~*~ (outnumbered).
 30613 | D:11     | 30613 ||| Stepping ~*~*~tactically~*~*~ (outnumbered).
 30615 | D:11     | 30615 ||| Stepping ~*~*~tactically~*~*~ (outnumbered).
 30617 | D:11     | 30617 ||| Stepping ~*~*~tactically~*~*~ (outnumbered).
 30619 | D:11     | 30619 ||| Stepping ~*~*~tactically~*~*~ (outnumbered).
 30621 | D:11     | 30621 ||| Stepping ~*~*~tactically~*~*~ (outnumbered).
 30623 | D:11     | 30623 ||| Stepping ~*~*~tactically~*~*~ (outnumbered).
 30625 | D:11     | 30625 ||| Stepping ~*~*~tactically~*~*~ (outnumbered).
 30627 | D:11     | 30627 ||| Stepping ~*~*~tactically~*~*~ (outnumbered).
 30629 | D:11     | 30629 ||| Stepping ~*~*~tactically~*~*~ (outnumbered).
 30631 | D:11     | 30631 ||| Stepping ~*~*~tactically~*~*~ (outnumbered).
 30633 | D:11     | 30633 ||| Stepping ~*~*~tactically~*~*~ (outnumbered).
 30635 | D:11     | 30635 ||| Stepping ~*~*~tactically~*~*~ (outnumbered).
 30637 | D:11     | 30637 ||| Stepping ~*~*~tactically~*~*~ (outnumbered).
 30639 | D:11     | 30639 ||| Stepping ~*~*~tactically~*~*~ (outnumbered).
 30641 | D:11     | 30641 ||| Stepping ~*~*~tactically~*~*~ (outnumbered).
 30643 | D:11     | 30643 ||| Stepping ~*~*~tactically~*~*~ (outnumbered).
 30645 | D:11     | 30645 ||| Stepping ~*~*~tactically~*~*~ (outnumbered).
 30647 | D:11     | 30647 ||| Stepping ~*~*~tactically~*~*~ (outnumbered).
 30649 | D:11     | 30649 ||| Stepping ~*~*~tactically~*~*~ (outnumbered).
 30651 | D:11     | 30651 ||| Stepping ~*~*~tactically~*~*~ (outnumbered).
 30653 | D:11     | 30653 ||| Stepping ~*~*~tactically~*~*~ (outnumbered).
 30655 | D:11     | 30655 ||| Stepping ~*~*~tactically~*~*~ (outnumbered).
 30657 | D:11     | 30657 ||| Stepping ~*~*~tactically~*~*~ (outnumbered).
 30659 | D:11     | 30659 ||| Stepping ~*~*~tactically~*~*~ (outnumbered).
 30661 | D:11     | 30661 ||| Stepping ~*~*~tactically~*~*~ (outnumbered).
 30663 | D:11     | 30663 ||| Stepping ~*~*~tactically~*~*~ (outnumbered).
 30665 | D:11     | 30665 ||| Stepping ~*~*~tactically~*~*~ (outnumbered).
 30667 | D:11     | 30667 ||| Stepping ~*~*~tactically~*~*~ (outnumbered).
 30669 | D:11     | 30669 ||| Stepping ~*~*~tactically~*~*~ (outnumbered).
 30671 | D:11     | 30671 ||| Stepping ~*~*~tactically~*~*~ (outnumbered).
 30673 | D:11     | 30673 ||| Stepping ~*~*~tactically~*~*~ (outnumbered).
 30675 | D:11     | 30675 ||| Stepping ~*~*~tactically~*~*~ (outnumbered).
 30677 | D:11     | 30677 ||| Stepping ~*~*~tactically~*~*~ (outnumbered).
 30679 | D:11     | 30679 ||| Stepping ~*~*~tactically~*~*~ (outnumbered).
 30681 | D:11     | 30681 ||| Stepping ~*~*~tactically~*~*~ (outnumbered).
 30683 | D:11     | 30683 ||| Stepping ~*~*~tactically~*~*~ (outnumbered).
 30685 | D:11     | 30685 ||| Stepping ~*~*~tactically~*~*~ (outnumbered).
 30687 | D:11     | 30687 ||| Stepping ~*~*~tactically~*~*~ (outnumbered).
 30689 | D:11     | 30689 ||| Stepping ~*~*~tactically~*~*~ (outnumbered).
 30691 | D:11     | 30691 ||| Stepping ~*~*~tactically~*~*~ (outnumbered).
 30693 | D:11     | 30693 ||| Stepping ~*~*~tactically~*~*~ (outnumbered).
 30695 | D:11     | 30695 ||| Stepping ~*~*~tactically~*~*~ (outnumbered).
 30697 | D:11     | 30697 ||| Stepping ~*~*~tactically~*~*~ (outnumbered).
 30699 | D:11     | 30699 ||| Stepping ~*~*~tactically~*~*~ (outnumbered).
 30701 | D:11     | 30701 ||| Stepping ~*~*~tactically~*~*~ (outnumbered).
 30703 | D:11     | 30703 ||| Stepping ~*~*~tactically~*~*~ (outnumbered).
 30705 | D:11     | 30705 ||| Stepping ~*~*~tactically~*~*~ (outnumbered).
 30707 | D:11     | 30707 ||| Stepping ~*~*~tactically~*~*~ (outnumbered).
 30709 | D:11     | 30709 ||| Stepping ~*~*~tactically~*~*~ (outnumbered).
 30711 | D:11     | 30711 ||| Stepping ~*~*~tactically~*~*~ (outnumbered).
 30713 | D:11     | 30713 ||| Stepping ~*~*~tactically~*~*~ (outnumbered).
 30715 | D:11     | 30715 ||| Stepping ~*~*~tactically~*~*~ (outnumbered).
 30717 | D:11     | 30717 ||| Stepping ~*~*~tactically~*~*~ (outnumbered).
 30719 | D:11     | 30719 ||| Stepping ~*~*~tactically~*~*~ (outnumbered).
 30721 | D:11     | 30721 ||| Stepping ~*~*~tactically~*~*~ (outnumbered).
 30723 | D:11     | 30723 ||| Stepping ~*~*~tactically~*~*~ (outnumbered).
 30725 | D:11     | 30725 ||| Stepping ~*~*~tactically~*~*~ (outnumbered).
 30727 | D:11     | 30727 ||| Stepping ~*~*~tactically~*~*~ (outnumbered).
 30729 | D:11     | 30729 ||| Stepping ~*~*~tactically~*~*~ (outnumbered).
 30731 | D:11     | 30731 ||| Stepping ~*~*~tactically~*~*~ (outnumbered).
 30733 | D:11     | 30733 ||| Stepping ~*~*~tactically~*~*~ (outnumbered).
 30735 | D:11     | 30735 ||| Stepping ~*~*~tactically~*~*~ (outnumbered).
 30737 | D:11     | 30737 ||| Stepping ~*~*~tactically~*~*~ (outnumbered).
 30739 | D:11     | 30739 ||| Stepping ~*~*~tactically~*~*~ (outnumbered).
 30741 | D:11     | 30741 ||| Stepping ~*~*~tactically~*~*~ (outnumbered).
 30743 | D:11     | 30743 ||| Stepping ~*~*~tactically~*~*~ (outnumbered).
 30745 | D:11     | 30745 ||| Stepping ~*~*~tactically~*~*~ (outnumbered).
 30747 | D:11     | 30747 ||| Stepping ~*~*~tactically~*~*~ (outnumbered).
 30749 | D:11     | 30749 ||| Stepping ~*~*~tactically~*~*~ (outnumbered).
 30751 | D:11     | 30751 ||| Stepping ~*~*~tactically~*~*~ (outnumbered).
 30753 | D:11     | 30753 ||| Stepping ~*~*~tactically~*~*~ (outnumbered).
 30755 | D:11     | 30755 ||| Stepping ~*~*~tactically~*~*~ (outnumbered).
 30757 | D:11     | 30757 ||| Stepping ~*~*~tactically~*~*~ (outnumbered).
 30759 | D:11     | 30759 ||| Stepping ~*~*~tactically~*~*~ (outnumbered).
 30761 | D:11     | 30761 ||| Stepping ~*~*~tactically~*~*~ (outnumbered).
 30763 | D:11     | 30763 ||| Stepping ~*~*~tactically~*~*~ (outnumbered).
 30765 | D:11     | 30765 ||| Stepping ~*~*~tactically~*~*~ (outnumbered).
 30767 | D:11     | 30767 ||| Stepping ~*~*~tactically~*~*~ (outnumbered).
 30769 | D:11     | 30769 ||| Stepping ~*~*~tactically~*~*~ (outnumbered).
 30771 | D:11     | 30771 ||| Stepping ~*~*~tactically~*~*~ (outnumbered).
 30773 | D:11     | 30773 ||| Stepping ~*~*~tactically~*~*~ (outnumbered).
 30775 | D:11     | 30775 ||| Stepping ~*~*~tactically~*~*~ (outnumbered).
 30777 | D:11     | 30777 ||| Stepping ~*~*~tactically~*~*~ (outnumbered).
 30779 | D:11     | 30779 ||| Stepping ~*~*~tactically~*~*~ (outnumbered).
 30781 | D:11     | 30781 ||| Stepping ~*~*~tactically~*~*~ (outnumbered).
 30783 | D:11     | 30783 ||| Stepping ~*~*~tactically~*~*~ (outnumbered).
 30785 | D:11     | 30785 ||| Stepping ~*~*~tactically~*~*~ (outnumbered).
 30787 | D:11     | 30787 ||| Stepping ~*~*~tactically~*~*~ (outnumbered).
 30789 | D:11     | 30789 ||| Stepping ~*~*~tactically~*~*~ (outnumbered).
 30791 | D:11     | 30791 ||| Stepping ~*~*~tactically~*~*~ (outnumbered).
 30793 | D:11     | 30793 ||| Stepping ~*~*~tactically~*~*~ (outnumbered).
 30795 | D:11     | 30795 ||| Stepping ~*~*~tactically~*~*~ (outnumbered).
 30797 | D:11     | 30797 ||| Stepping ~*~*~tactically~*~*~ (outnumbered).
 30799 | D:11     | 30799 ||| Stepping ~*~*~tactically~*~*~ (outnumbered).
 30801 | D:11     | 30801 ||| Stepping ~*~*~tactically~*~*~ (outnumbered).
 30803 | D:11     | 30803 ||| Stepping ~*~*~tactically~*~*~ (outnumbered).
 30805 | D:11     | 30805 ||| Stepping ~*~*~tactically~*~*~ (outnumbered).
 30807 | D:11     | 30807 ||| Stepping ~*~*~tactically~*~*~ (outnumbered).
 30809 | D:11     | 30809 ||| Stepping ~*~*~tactically~*~*~ (outnumbered).
 30811 | D:11     | 30811 ||| Stepping ~*~*~tactically~*~*~ (outnumbered).
 30813 | D:11     | 30813 ||| Stepping ~*~*~tactically~*~*~ (outnumbered).
 30815 | D:11     | 30815 ||| Stepping ~*~*~tactically~*~*~ (outnumbered).
 30817 | D:11     | 30817 ||| Stepping ~*~*~tactically~*~*~ (outnumbered).
 30819 | D:11     | 30819 ||| Stepping ~*~*~tactically~*~*~ (outnumbered).
 30821 | D:11     | 30821 ||| Stepping ~*~*~tactically~*~*~ (outnumbered).
 30823 | D:11     | 30823 ||| Stepping ~*~*~tactically~*~*~ (outnumbered).
 30825 | D:11     | 30825 ||| Stepping ~*~*~tactically~*~*~ (outnumbered).
 30827 | D:11     | 30827 ||| Stepping ~*~*~tactically~*~*~ (outnumbered).
 30829 | D:11     | 30829 ||| Stepping ~*~*~tactically~*~*~ (outnumbered).
 30831 | D:11     | 30831 ||| Stepping ~*~*~tactically~*~*~ (outnumbered).
 30833 | D:11     | 30833 ||| Stepping ~*~*~tactically~*~*~ (outnumbered).
 30835 | D:11     | 30835 ||| Stepping ~*~*~tactically~*~*~ (outnumbered).
 30837 | D:11     | 30837 ||| Stepping ~*~*~tactically~*~*~ (outnumbered).
 30839 | D:11     | 30839 ||| Stepping ~*~*~tactically~*~*~ (outnumbered).
 30841 | D:11     | 30841 ||| Stepping ~*~*~tactically~*~*~ (outnumbered).
 30843 | D:11     | 30843 ||| Stepping ~*~*~tactically~*~*~ (outnumbered).
 30845 | D:11     | 30845 ||| Stepping ~*~*~tactically~*~*~ (outnumbered).
 30847 | D:11     | 30847 ||| Stepping ~*~*~tactically~*~*~ (outnumbered).
 30849 | D:11     | 30849 ||| Stepping ~*~*~tactically~*~*~ (outnumbered).
 30851 | D:11     | 30851 ||| Stepping ~*~*~tactically~*~*~ (outnumbered).
 30853 | D:11     | 30853 ||| Stepping ~*~*~tactically~*~*~ (outnumbered).
 30855 | D:11     | 30855 ||| Stepping ~*~*~tactically~*~*~ (outnumbered).
 30857 | D:11     | 30857 ||| Stepping ~*~*~tactically~*~*~ (outnumbered).
 30859 | D:11     | 30859 ||| Stepping ~*~*~tactically~*~*~ (outnumbered).
 30861 | D:11     | 30861 ||| Stepping ~*~*~tactically~*~*~ (outnumbered).
 30863 | D:11     | 30863 ||| Stepping ~*~*~tactically~*~*~ (outnumbered).
 30865 | D:11     | 30865 ||| Stepping ~*~*~tactically~*~*~ (outnumbered).
 30867 | D:11     | 30867 ||| Stepping ~*~*~tactically~*~*~ (outnumbered).
 30869 | D:11     | 30869 ||| Stepping ~*~*~tactically~*~*~ (outnumbered).
 30871 | D:11     | 30871 ||| Stepping ~*~*~tactically~*~*~ (outnumbered).
 30873 | D:11     | 30873 ||| Stepping ~*~*~tactically~*~*~ (outnumbered).
 30875 | D:11     | 30875 ||| Stepping ~*~*~tactically~*~*~ (outnumbered).
 30877 | D:11     | 30877 ||| Stepping ~*~*~tactically~*~*~ (outnumbered).
 30879 | D:11     | 30879 ||| Stepping ~*~*~tactically~*~*~ (outnumbered).
 30881 | D:11     | 30881 ||| Stepping ~*~*~tactically~*~*~ (outnumbered).
 30883 | D:11     | 30883 ||| Stepping ~*~*~tactically~*~*~ (outnumbered).
 30885 | D:11     | 30885 ||| Stepping ~*~*~tactically~*~*~ (outnumbered).
 30887 | D:11     | 30887 ||| Stepping ~*~*~tactically~*~*~ (outnumbered).
 30889 | D:11     | 30889 ||| Stepping ~*~*~tactically~*~*~ (outnumbered).
 30891 | D:11     | 30891 ||| Stepping ~*~*~tactically~*~*~ (outnumbered).
 30893 | D:11     | 30893 ||| Stepping ~*~*~tactically~*~*~ (outnumbered).
 30895 | D:11     | 30895 ||| Stepping ~*~*~tactically~*~*~ (outnumbered).
 30897 | D:11     | 30897 ||| Stepping ~*~*~tactically~*~*~ (outnumbered).
 30899 | D:11     | 30899 ||| Stepping ~*~*~tactically~*~*~ (outnumbered).
 30901 | D:11     | 30901 ||| Stepping ~*~*~tactically~*~*~ (outnumbered).
 30903 | D:11     | 30903 ||| Stepping ~*~*~tactically~*~*~ (outnumbered).
 30905 | D:11     | 30905 ||| Stepping ~*~*~tactically~*~*~ (outnumbered).
 30907 | D:11     | 30907 ||| Stepping ~*~*~tactically~*~*~ (outnumbered).
 30909 | D:11     | 30909 ||| Stepping ~*~*~tactically~*~*~ (outnumbered).
 30911 | D:11     | 30911 ||| Stepping ~*~*~tactically~*~*~ (outnumbered).
 30913 | D:11     | 30913 ||| Stepping ~*~*~tactically~*~*~ (outnumbered).
 30915 | D:11     | 30915 ||| Stepping ~*~*~tactically~*~*~ (outnumbered).
 30917 | D:11     | 30917 ||| Stepping ~*~*~tactically~*~*~ (outnumbered).
 30919 | D:11     | 30919 ||| Stepping ~*~*~tactically~*~*~ (outnumbered).
 30921 | D:11     | 30921 ||| Stepping ~*~*~tactically~*~*~ (outnumbered).
 30923 | D:11     | 30923 ||| Stepping ~*~*~tactically~*~*~ (outnumbered).
 30925 | D:11     | 30925 ||| Stepping ~*~*~tactically~*~*~ (outnumbered).
 30927 | D:11     | 30927 ||| Stepping ~*~*~tactically~*~*~ (outnumbered).
 30929 | D:11     | 30929 ||| Stepping ~*~*~tactically~*~*~ (outnumbered).
 30931 | D:11     | 30931 ||| Stepping ~*~*~tactically~*~*~ (outnumbered).
 30933 | D:11     | 30933 ||| Stepping ~*~*~tactically~*~*~ (outnumbered).
 30935 | D:11     | 30935 ||| Stepping ~*~*~tactically~*~*~ (outnumbered).
 30937 | D:11     | 30937 ||| Stepping ~*~*~tactically~*~*~ (outnumbered).
 30939 | D:11     | 30939 ||| Stepping ~*~*~tactically~*~*~ (outnumbered).
 30941 | D:11     | 30941 ||| Stepping ~*~*~tactically~*~*~ (outnumbered).
 30943 | D:11     | 30943 ||| Stepping ~*~*~tactically~*~*~ (outnumbered).
 30945 | D:11     | 30945 ||| Stepping ~*~*~tactically~*~*~ (outnumbered).
 30947 | D:11     | 30947 ||| Stepping ~*~*~tactically~*~*~ (outnumbered).
 30949 | D:11     | 30949 ||| Stepping ~*~*~tactically~*~*~ (outnumbered).
 30951 | D:11     | 30951 ||| Stepping ~*~*~tactically~*~*~ (outnumbered).
 30953 | D:11     | 30953 ||| Stepping ~*~*~tactically~*~*~ (outnumbered).
 30955 | D:11     | 30955 ||| Stepping ~*~*~tactically~*~*~ (outnumbered).
 30957 | D:11     | 30957 ||| Stepping ~*~*~tactically~*~*~ (outnumbered).
 30959 | D:11     | 30959 ||| Stepping ~*~*~tactically~*~*~ (outnumbered).
 30961 | D:11     | 30961 ||| Stepping ~*~*~tactically~*~*~ (outnumbered).
 30963 | D:11     | 30963 ||| Stepping ~*~*~tactically~*~*~ (outnumbered).
 30965 | D:11     | 30965 ||| Stepping ~*~*~tactically~*~*~ (outnumbered).
 30967 | D:11     | 30967 ||| Stepping ~*~*~tactically~*~*~ (outnumbered).
 30969 | D:11     | 30969 ||| Stepping ~*~*~tactically~*~*~ (outnumbered).
 30971 | D:11     | 30971 ||| Stepping ~*~*~tactically~*~*~ (outnumbered).
 30973 | D:11     | 30973 ||| Stepping ~*~*~tactically~*~*~ (outnumbered).
 30975 | D:11     | 30975 ||| Stepping ~*~*~tactically~*~*~ (outnumbered).
 30977 | D:11     | 30977 ||| Stepping ~*~*~tactically~*~*~ (outnumbered).
 30979 | D:11     | 30979 ||| Stepping ~*~*~tactically~*~*~ (outnumbered).
 30981 | D:11     | 30981 ||| Stepping ~*~*~tactically~*~*~ (outnumbered).
 30983 | D:11     | 30983 ||| Stepping ~*~*~tactically~*~*~ (outnumbered).
 30985 | D:11     | 30985 ||| Stepping ~*~*~tactically~*~*~ (outnumbered).
 30987 | D:11     | 30987 ||| Stepping ~*~*~tactically~*~*~ (outnumbered).
 30989 | D:11     | 30989 ||| Stepping ~*~*~tactically~*~*~ (outnumbered).
 30991 | D:11     | 30991 ||| Stepping ~*~*~tactically~*~*~ (outnumbered).
 30993 | D:11     | 30993 ||| Stepping ~*~*~tactically~*~*~ (outnumbered).
 30995 | D:11     | 30995 ||| Stepping ~*~*~tactically~*~*~ (outnumbered).
 30997 | D:11     | 30997 ||| Stepping ~*~*~tactically~*~*~ (outnumbered).
 30999 | D:11     | 30999 ||| Stepping ~*~*~tactically~*~*~ (outnumbered).
 31001 | D:11     | 31001 ||| Stepping ~*~*~tactically~*~*~ (outnumbered).
 31003 | D:11     | 31003 ||| Stepping ~*~*~tactically~*~*~ (outnumbered).
 31005 | D:11     | 31005 ||| Stepping ~*~*~tactically~*~*~ (outnumbered).
 31007 | D:11     | 31007 ||| Stepping ~*~*~tactically~*~*~ (outnumbered).
 31009 | D:11     | 31009 ||| Stepping ~*~*~tactically~*~*~ (outnumbered).
 31011 | D:11     | 31011 ||| Stepping ~*~*~tactically~*~*~ (outnumbered).
 31013 | D:11     | 31013 ||| Stepping ~*~*~tactically~*~*~ (outnumbered).
 31015 | D:11     | 31015 ||| Stepping ~*~*~tactically~*~*~ (outnumbered).
 31017 | D:11     | 31017 ||| Stepping ~*~*~tactically~*~*~ (outnumbered).
 31019 | D:11     | 31019 ||| Stepping ~*~*~tactically~*~*~ (outnumbered).
 31021 | D:11     | 31021 ||| Stepping ~*~*~tactically~*~*~ (outnumbered).
 31023 | D:11     | 31023 ||| Stepping ~*~*~tactically~*~*~ (outnumbered).
 31025 | D:11     | 31025 ||| Stepping ~*~*~tactically~*~*~ (outnumbered).
 31027 | D:11     | 31027 ||| Stepping ~*~*~tactically~*~*~ (outnumbered).
 31029 | D:11     | 31029 ||| Stepping ~*~*~tactically~*~*~ (outnumbered).
 31031 | D:11     | 31031 ||| Stepping ~*~*~tactically~*~*~ (outnumbered).
 31033 | D:11     | 31033 ||| Stepping ~*~*~tactically~*~*~ (outnumbered).
 31035 | D:11     | 31035 ||| Stepping ~*~*~tactically~*~*~ (outnumbered).
 31037 | D:11     | 31037 ||| Stepping ~*~*~tactically~*~*~ (outnumbered).
 31039 | D:11     | 31039 ||| Stepping ~*~*~tactically~*~*~ (outnumbered).
 31041 | D:11     | 31041 ||| Stepping ~*~*~tactically~*~*~ (outnumbered).
 31043 | D:11     | 31043 ||| Stepping ~*~*~tactically~*~*~ (outnumbered).
 31045 | D:11     | 31045 ||| Stepping ~*~*~tactically~*~*~ (outnumbered).
 31047 | D:11     | 31047 ||| Stepping ~*~*~tactically~*~*~ (outnumbered).
 31049 | D:11     | 31049 ||| Stepping ~*~*~tactically~*~*~ (outnumbered).
 31051 | D:11     | 31051 ||| Stepping ~*~*~tactically~*~*~ (outnumbered).
 31053 | D:11     | 31053 ||| Stepping ~*~*~tactically~*~*~ (outnumbered).
 31055 | D:11     | 31055 ||| Stepping ~*~*~tactically~*~*~ (outnumbered).
 31057 | D:11     | 31057 ||| Stepping ~*~*~tactically~*~*~ (outnumbered).
 31059 | D:11     | 31059 ||| Stepping ~*~*~tactically~*~*~ (outnumbered).
 31061 | D:11     | 31061 ||| Stepping ~*~*~tactically~*~*~ (outnumbered).
 31063 | D:11     | 31063 ||| Stepping ~*~*~tactically~*~*~ (outnumbered).
 31065 | D:11     | 31065 ||| Stepping ~*~*~tactically~*~*~ (outnumbered).
 31067 | D:11     | 31067 ||| Stepping ~*~*~tactically~*~*~ (outnumbered).
 31069 | D:11     | 31069 ||| Stepping ~*~*~tactically~*~*~ (outnumbered).
 31071 | D:11     | 31071 ||| Stepping ~*~*~tactically~*~*~ (outnumbered).
 31073 | D:11     | 31073 ||| Stepping ~*~*~tactically~*~*~ (outnumbered).
 31075 | D:11     | 31075 ||| Stepping ~*~*~tactically~*~*~ (outnumbered).
 31077 | D:11     | 31077 ||| Stepping ~*~*~tactically~*~*~ (outnumbered).
 31079 | D:11     | 31079 ||| Stepping ~*~*~tactically~*~*~ (outnumbered).
 31081 | D:11     | 31081 ||| Stepping ~*~*~tactically~*~*~ (outnumbered).
 31083 | D:11     | 31083 ||| Stepping ~*~*~tactically~*~*~ (outnumbered).
 31085 | D:11     | 31085 ||| Stepping ~*~*~tactically~*~*~ (outnumbered).
 31087 | D:11     | 31087 ||| Stepping ~*~*~tactically~*~*~ (outnumbered).
 31089 | D:11     | 31089 ||| Stepping ~*~*~tactically~*~*~ (outnumbered).
 31091 | D:11     | 31091 ||| Stepping ~*~*~tactically~*~*~ (outnumbered).
 31093 | D:11     | 31093 ||| Stepping ~*~*~tactically~*~*~ (outnumbered).
 31095 | D:11     | 31095 ||| Stepping ~*~*~tactically~*~*~ (outnumbered).
 31097 | D:11     | 31097 ||| Stepping ~*~*~tactically~*~*~ (outnumbered).
 31099 | D:11     | 31099 ||| Stepping ~*~*~tactically~*~*~ (outnumbered).
 31101 | D:11     | 31101 ||| Stepping ~*~*~tactically~*~*~ (outnumbered).
 31103 | D:11     | 31103 ||| Stepping ~*~*~tactically~*~*~ (outnumbered).
 31105 | D:11     | 31105 ||| Stepping ~*~*~tactically~*~*~ (outnumbered).
 31107 | D:11     | 31107 ||| Stepping ~*~*~tactically~*~*~ (outnumbered).
 31109 | D:11     | 31109 ||| Stepping ~*~*~tactically~*~*~ (outnumbered).
 31111 | D:11     | 31111 ||| Stepping ~*~*~tactically~*~*~ (outnumbered).
 31113 | D:11     | 31113 ||| Stepping ~*~*~tactically~*~*~ (outnumbered).
 31115 | D:11     | 31115 ||| Stepping ~*~*~tactically~*~*~ (outnumbered).
 31117 | D:11     | 31117 ||| Stepping ~*~*~tactically~*~*~ (outnumbered).
 31119 | D:11     | 31119 ||| Stepping ~*~*~tactically~*~*~ (outnumbered).
 31121 | D:11     | 31121 ||| Stepping ~*~*~tactically~*~*~ (outnumbered).
 31123 | D:11     | 31123 ||| Stepping ~*~*~tactically~*~*~ (outnumbered).
 31125 | D:11     | 31125 ||| Stepping ~*~*~tactically~*~*~ (outnumbered).
 31127 | D:11     | 31127 ||| Stepping ~*~*~tactically~*~*~ (outnumbered).
 31129 | D:11     | 31129 ||| Stepping ~*~*~tactically~*~*~ (outnumbered).
 31131 | D:11     | 31131 ||| Stepping ~*~*~tactically~*~*~ (outnumbered).
 31133 | D:11     | 31133 ||| Stepping ~*~*~tactically~*~*~ (outnumbered).
 31135 | D:11     | 31135 ||| Stepping ~*~*~tactically~*~*~ (outnumbered).
 31137 | D:11     | 31137 ||| Stepping ~*~*~tactically~*~*~ (outnumbered).
 31139 | D:11     | 31139 ||| Stepping ~*~*~tactically~*~*~ (outnumbered).
 31141 | D:11     | 31141 ||| Stepping ~*~*~tactically~*~*~ (outnumbered).
 31143 | D:11     | 31143 ||| Stepping ~*~*~tactically~*~*~ (outnumbered).
 31145 | D:11     | 31145 ||| Stepping ~*~*~tactically~*~*~ (outnumbered).
 31147 | D:11     | 31147 ||| Stepping ~*~*~tactically~*~*~ (outnumbered).
 31149 | D:11     | 31149 ||| Stepping ~*~*~tactically~*~*~ (outnumbered).
 31151 | D:11     | 31151 ||| Stepping ~*~*~tactically~*~*~ (outnumbered).
 31153 | D:11     | 31153 ||| Stepping ~*~*~tactically~*~*~ (outnumbered).
 31155 | D:11     | 31155 ||| Stepping ~*~*~tactically~*~*~ (outnumbered).
 31157 | D:11     | 31157 ||| Stepping ~*~*~tactically~*~*~ (outnumbered).
 31159 | D:11     | 31159 ||| Stepping ~*~*~tactically~*~*~ (outnumbered).
 31161 | D:11     | 31161 ||| Stepping ~*~*~tactically~*~*~ (outnumbered).
 31163 | D:11     | 31163 ||| Stepping ~*~*~tactically~*~*~ (outnumbered).
 31165 | D:11     | 31165 ||| Stepping ~*~*~tactically~*~*~ (outnumbered).
 31167 | D:11     | 31167 ||| Stepping ~*~*~tactically~*~*~ (outnumbered).
 31169 | D:11     | 31169 ||| Stepping ~*~*~tactically~*~*~ (outnumbered).
 31171 | D:11     | 31171 ||| Stepping ~*~*~tactically~*~*~ (outnumbered).
 31173 | D:11     | 31173 ||| Stepping ~*~*~tactically~*~*~ (outnumbered).
 31175 | D:11     | 31175 ||| Stepping ~*~*~tactically~*~*~ (outnumbered).
 31177 | D:11     | 31177 ||| Stepping ~*~*~tactically~*~*~ (outnumbered).
 31179 | D:11     | 31179 ||| Stepping ~*~*~tactically~*~*~ (outnumbered).
 31181 | D:11     | 31181 ||| Stepping ~*~*~tactically~*~*~ (outnumbered).
 31183 | D:11     | 31183 ||| Stepping ~*~*~tactically~*~*~ (outnumbered).
 31185 | D:11     | 31185 ||| Stepping ~*~*~tactically~*~*~ (outnumbered).
 31187 | D:11     | 31187 ||| Stepping ~*~*~tactically~*~*~ (outnumbered).
 31189 | D:11     | 31189 ||| Stepping ~*~*~tactically~*~*~ (outnumbered).
 31191 | D:11     | 31191 ||| Stepping ~*~*~tactically~*~*~ (outnumbered).
 31193 | D:11     | 31193 ||| Stepping ~*~*~tactically~*~*~ (outnumbered).
 31195 | D:11     | 31195 ||| Stepping ~*~*~tactically~*~*~ (outnumbered).
 31197 | D:11     | 31197 ||| Stepping ~*~*~tactically~*~*~ (outnumbered).
 31199 | D:11     | 31199 ||| Stepping ~*~*~tactically~*~*~ (outnumbered).
 31201 | D:11     | 31201 ||| Stepping ~*~*~tactically~*~*~ (outnumbered).
 31203 | D:11     | 31203 ||| Stepping ~*~*~tactically~*~*~ (outnumbered).
 31205 | D:11     | 31205 ||| Stepping ~*~*~tactically~*~*~ (outnumbered).
 31207 | D:11     | 31207 ||| Stepping ~*~*~tactically~*~*~ (outnumbered).
 31209 | D:11     | 31209 ||| Stepping ~*~*~tactically~*~*~ (outnumbered).
 31211 | D:11     | 31211 ||| Stepping ~*~*~tactically~*~*~ (outnumbered).
 31213 | D:11     | 31213 ||| Stepping ~*~*~tactically~*~*~ (outnumbered).
 31215 | D:11     | 31215 ||| Stepping ~*~*~tactically~*~*~ (outnumbered).
 31217 | D:11     | 31217 ||| Stepping ~*~*~tactically~*~*~ (outnumbered).
 31219 | D:11     | 31219 ||| Stepping ~*~*~tactically~*~*~ (outnumbered).
 31221 | D:11     | 31221 ||| Stepping ~*~*~tactically~*~*~ (outnumbered).
 31223 | D:11     | 31223 ||| Stepping ~*~*~tactically~*~*~ (outnumbered).
 31225 | D:11     | 31225 ||| Stepping ~*~*~tactically~*~*~ (outnumbered).
 31227 | D:11     | 31227 ||| Stepping ~*~*~tactically~*~*~ (outnumbered).
 31229 | D:11     | 31229 ||| Stepping ~*~*~tactically~*~*~ (outnumbered).
 31231 | D:11     | 31231 ||| Stepping ~*~*~tactically~*~*~ (outnumbered).
 31233 | D:11     | 31233 ||| Stepping ~*~*~tactically~*~*~ (outnumbered).
 31235 | D:11     | 31235 ||| Stepping ~*~*~tactically~*~*~ (outnumbered).
 31237 | D:11     | 31237 ||| Stepping ~*~*~tactically~*~*~ (outnumbered).
 31239 | D:11     | 31239 ||| Stepping ~*~*~tactically~*~*~ (outnumbered).
 31241 | D:11     | 31241 ||| Stepping ~*~*~tactically~*~*~ (outnumbered).
 31243 | D:11     | 31243 ||| Stepping ~*~*~tactically~*~*~ (outnumbered).
 31245 | D:11     | 31245 ||| Stepping ~*~*~tactically~*~*~ (outnumbered).
 31247 | D:11     | 31247 ||| Stepping ~*~*~tactically~*~*~ (outnumbered).
 31249 | D:11     | 31249 ||| Stepping ~*~*~tactically~*~*~ (outnumbered).
 31251 | D:11     | 31251 ||| Stepping ~*~*~tactically~*~*~ (outnumbered).
 31253 | D:11     | 31253 ||| Stepping ~*~*~tactically~*~*~ (outnumbered).
 31255 | D:11     | 31255 ||| Stepping ~*~*~tactically~*~*~ (outnumbered).
 31257 | D:11     | 31257 ||| Stepping ~*~*~tactically~*~*~ (outnumbered).
 31259 | D:11     | 31259 ||| Stepping ~*~*~tactically~*~*~ (outnumbered).
 31261 | D:11     | 31261 ||| Stepping ~*~*~tactically~*~*~ (outnumbered).
 31263 | D:11     | 31263 ||| Stepping ~*~*~tactically~*~*~ (outnumbered).
 31265 | D:11     | 31265 ||| Stepping ~*~*~tactically~*~*~ (outnumbered).
 31267 | D:11     | 31267 ||| Stepping ~*~*~tactically~*~*~ (outnumbered).
 31269 | D:11     | 31269 ||| Stepping ~*~*~tactically~*~*~ (outnumbered).
 31271 | D:11     | 31271 ||| Stepping ~*~*~tactically~*~*~ (outnumbered).
 31273 | D:11     | 31273 ||| Stepping ~*~*~tactically~*~*~ (outnumbered).
 31275 | D:11     | 31275 ||| Stepping ~*~*~tactically~*~*~ (outnumbered).
 31277 | D:11     | 31277 ||| Stepping ~*~*~tactically~*~*~ (outnumbered).
 31279 | D:11     | 31279 ||| Stepping ~*~*~tactically~*~*~ (outnumbered).
 31281 | D:11     | 31281 ||| Stepping ~*~*~tactically~*~*~ (outnumbered).
 31283 | D:11     | 31283 ||| Stepping ~*~*~tactically~*~*~ (outnumbered).
 31285 | D:11     | 31285 ||| Stepping ~*~*~tactically~*~*~ (outnumbered).
 31287 | D:11     | 31287 ||| Stepping ~*~*~tactically~*~*~ (outnumbered).
 31289 | D:11     | 31289 ||| Stepping ~*~*~tactically~*~*~ (outnumbered).
 31291 | D:11     | 31291 ||| Stepping ~*~*~tactically~*~*~ (outnumbered).
 31293 | D:11     | 31293 ||| Stepping ~*~*~tactically~*~*~ (outnumbered).
 31295 | D:11     | 31295 ||| Stepping ~*~*~tactically~*~*~ (outnumbered).
 31297 | D:11     | 31297 ||| Stepping ~*~*~tactically~*~*~ (outnumbered).
 31299 | D:11     | 31299 ||| Stepping ~*~*~tactically~*~*~ (outnumbered).
 31301 | D:11     | 31301 ||| Stepping ~*~*~tactically~*~*~ (outnumbered).
 31303 | D:11     | 31303 ||| Stepping ~*~*~tactically~*~*~ (outnumbered).
 31305 | D:11     | 31305 ||| Stepping ~*~*~tactically~*~*~ (outnumbered).
 31307 | D:11     | 31307 ||| Stepping ~*~*~tactically~*~*~ (outnumbered).
 31309 | D:11     | 31309 ||| Stepping ~*~*~tactically~*~*~ (outnumbered).
 31311 | D:11     | 31311 ||| Stepping ~*~*~tactically~*~*~ (outnumbered).
 31313 | D:11     | 31313 ||| Stepping ~*~*~tactically~*~*~ (outnumbered).
 31315 | D:11     | 31315 ||| Stepping ~*~*~tactically~*~*~ (outnumbered).
 31317 | D:11     | 31317 ||| Stepping ~*~*~tactically~*~*~ (outnumbered).
 31319 | D:11     | 31319 ||| Stepping ~*~*~tactically~*~*~ (outnumbered).
 31321 | D:11     | 31321 ||| Stepping ~*~*~tactically~*~*~ (outnumbered).
 31323 | D:11     | 31323 ||| Stepping ~*~*~tactically~*~*~ (outnumbered).
 31325 | D:11     | 31325 ||| Stepping ~*~*~tactically~*~*~ (outnumbered).
 31327 | D:11     | 31327 ||| Stepping ~*~*~tactically~*~*~ (outnumbered).
 31329 | D:11     | 31329 ||| Stepping ~*~*~tactically~*~*~ (outnumbered).
 31331 | D:11     | 31331 ||| Stepping ~*~*~tactically~*~*~ (outnumbered).
 31333 | D:11     | 31333 ||| Stepping ~*~*~tactically~*~*~ (outnumbered).
 31335 | D:11     | 31335 ||| Stepping ~*~*~tactically~*~*~ (outnumbered).
 31337 | D:11     | 31337 ||| Stepping ~*~*~tactically~*~*~ (outnumbered).
 31339 | D:11     | 31339 ||| Stepping ~*~*~tactically~*~*~ (outnumbered).
 31341 | D:11     | 31341 ||| Stepping ~*~*~tactically~*~*~ (outnumbered).
 31343 | D:11     | 31343 ||| Stepping ~*~*~tactically~*~*~ (outnumbered).
 31345 | D:11     | 31345 ||| Stepping ~*~*~tactically~*~*~ (outnumbered).
 31347 | D:11     | 31347 ||| Stepping ~*~*~tactically~*~*~ (outnumbered).
 31349 | D:11     | 31349 ||| Stepping ~*~*~tactically~*~*~ (outnumbered).
 31351 | D:11     | 31351 ||| Stepping ~*~*~tactically~*~*~ (outnumbered).
 31353 | D:11     | 31353 ||| Stepping ~*~*~tactically~*~*~ (outnumbered).
 31355 | D:11     | 31355 ||| Stepping ~*~*~tactically~*~*~ (outnumbered).
 31357 | D:11     | 31357 ||| Stepping ~*~*~tactically~*~*~ (outnumbered).
 31359 | D:11     | 31359 ||| Stepping ~*~*~tactically~*~*~ (outnumbered).
 31361 | D:11     | 31361 ||| Stepping ~*~*~tactically~*~*~ (outnumbered).
 31363 | D:11     | 31363 ||| Stepping ~*~*~tactically~*~*~ (outnumbered).
 31365 | D:11     | 31365 ||| Stepping ~*~*~tactically~*~*~ (outnumbered).
 31367 | D:11     | 31367 ||| Stepping ~*~*~tactically~*~*~ (outnumbered).
 31369 | D:11     | 31369 ||| Stepping ~*~*~tactically~*~*~ (outnumbered).
 31371 | D:11     | 31371 ||| Stepping ~*~*~tactically~*~*~ (outnumbered).
 31373 | D:11     | 31373 ||| Stepping ~*~*~tactically~*~*~ (outnumbered).
 31375 | D:11     | 31375 ||| Stepping ~*~*~tactically~*~*~ (outnumbered).
 31377 | D:11     | 31377 ||| Stepping ~*~*~tactically~*~*~ (outnumbered).
 31379 | D:11     | 31379 ||| Stepping ~*~*~tactically~*~*~ (outnumbered).
 31381 | D:11     | 31381 ||| Stepping ~*~*~tactically~*~*~ (outnumbered).
 31383 | D:11     | 31383 ||| Stepping ~*~*~tactically~*~*~ (outnumbered).
 31385 | D:11     | 31385 ||| Stepping ~*~*~tactically~*~*~ (outnumbered).
 31387 | D:11     | 31387 ||| Stepping ~*~*~tactically~*~*~ (outnumbered).
 31389 | D:11     | 31389 ||| Stepping ~*~*~tactically~*~*~ (outnumbered).
 31391 | D:11     | 31391 ||| Stepping ~*~*~tactically~*~*~ (outnumbered).
 31393 | D:11     | 31393 ||| Stepping ~*~*~tactically~*~*~ (outnumbered).
 31395 | D:11     | 31395 ||| Stepping ~*~*~tactically~*~*~ (outnumbered).
 31397 | D:11     | 31397 ||| Stepping ~*~*~tactically~*~*~ (outnumbered).
 31399 | D:11     | 31399 ||| Stepping ~*~*~tactically~*~*~ (outnumbered).
 31401 | D:11     | 31401 ||| Stepping ~*~*~tactically~*~*~ (outnumbered).
 31403 | D:11     | 31403 ||| Stepping ~*~*~tactically~*~*~ (outnumbered).
 31405 | D:11     | 31405 ||| Stepping ~*~*~tactically~*~*~ (outnumbered).
 31407 | D:11     | 31407 ||| Stepping ~*~*~tactically~*~*~ (outnumbered).
 31409 | D:11     | 31409 ||| Stepping ~*~*~tactically~*~*~ (outnumbered).
 31411 | D:11     | 31411 ||| Stepping ~*~*~tactically~*~*~ (outnumbered).
 31413 | D:11     | 31413 ||| Stepping ~*~*~tactically~*~*~ (outnumbered).
 31415 | D:11     | 31415 ||| Stepping ~*~*~tactically~*~*~ (outnumbered).
 31417 | D:11     | 31417 ||| Stepping ~*~*~tactically~*~*~ (outnumbered).
 31419 | D:11     | 31419 ||| Stepping ~*~*~tactically~*~*~ (outnumbered).
 31421 | D:11     | 31421 ||| Stepping ~*~*~tactically~*~*~ (outnumbered).
 31423 | D:11     | 31423 ||| Stepping ~*~*~tactically~*~*~ (outnumbered).
 31425 | D:11     | 31425 ||| Stepping ~*~*~tactically~*~*~ (outnumbered).
 31427 | D:11     | 31427 ||| Stepping ~*~*~tactically~*~*~ (outnumbered).
 31429 | D:11     | 31429 ||| Stepping ~*~*~tactically~*~*~ (outnumbered).
 31431 | D:11     | 31431 ||| Stepping ~*~*~tactically~*~*~ (outnumbered).
 31433 | D:11     | 31433 ||| Stepping ~*~*~tactically~*~*~ (outnumbered).
 31435 | D:11     | 31435 ||| Stepping ~*~*~tactically~*~*~ (outnumbered).
 31437 | D:11     | 31437 ||| Stepping ~*~*~tactically~*~*~ (outnumbered).
 31439 | D:11     | 31439 ||| Stepping ~*~*~tactically~*~*~ (outnumbered).
 31441 | D:11     | 31441 ||| Stepping ~*~*~tactically~*~*~ (outnumbered).
 31443 | D:11     | 31443 ||| Stepping ~*~*~tactically~*~*~ (outnumbered).
 31445 | D:11     | 31445 ||| Stepping ~*~*~tactically~*~*~ (outnumbered).
 31447 | D:11     | 31447 ||| Stepping ~*~*~tactically~*~*~ (outnumbered).
 31449 | D:11     | 31449 ||| Stepping ~*~*~tactically~*~*~ (outnumbered).
 31451 | D:11     | 31451 ||| Stepping ~*~*~tactically~*~*~ (outnumbered).
 31453 | D:11     | 31453 ||| Stepping ~*~*~tactically~*~*~ (outnumbered).
 31455 | D:11     | 31455 ||| Stepping ~*~*~tactically~*~*~ (outnumbered).
 31457 | D:11     | 31457 ||| Stepping ~*~*~tactically~*~*~ (outnumbered).
 31459 | D:11     | 31459 ||| Stepping ~*~*~tactically~*~*~ (outnumbered).
 31461 | D:11     | 31461 ||| Stepping ~*~*~tactically~*~*~ (outnumbered).
 31463 | D:11     | 31463 ||| Stepping ~*~*~tactically~*~*~ (outnumbered).
 31465 | D:11     | 31465 ||| Stepping ~*~*~tactically~*~*~ (outnumbered).
 31467 | D:11     | 31467 ||| Stepping ~*~*~tactically~*~*~ (outnumbered).
 31469 | D:11     | 31469 ||| Stepping ~*~*~tactically~*~*~ (outnumbered).
 31471 | D:11     | 31471 ||| Stepping ~*~*~tactically~*~*~ (outnumbered).
 31473 | D:11     | 31473 ||| Stepping ~*~*~tactically~*~*~ (outnumbered).
 31475 | D:11     | 31475 ||| Stepping ~*~*~tactically~*~*~ (outnumbered).
 31477 | D:11     | 31477 ||| Stepping ~*~*~tactically~*~*~ (outnumbered).
 31479 | D:11     | 31479 ||| Stepping ~*~*~tactically~*~*~ (outnumbered).
 31481 | D:11     | 31481 ||| Stepping ~*~*~tactically~*~*~ (outnumbered).
 31483 | D:11     | 31483 ||| Stepping ~*~*~tactically~*~*~ (outnumbered).
 31485 | D:11     | 31485 ||| Stepping ~*~*~tactically~*~*~ (outnumbered).
 31487 | D:11     | 31487 ||| Stepping ~*~*~tactically~*~*~ (outnumbered).
 31489 | D:11     | 31489 ||| Stepping ~*~*~tactically~*~*~ (outnumbered).
 31491 | D:11     | 31491 ||| Stepping ~*~*~tactically~*~*~ (outnumbered).
 31493 | D:11     | 31493 ||| Stepping ~*~*~tactically~*~*~ (outnumbered).
 31495 | D:11     | 31495 ||| Stepping ~*~*~tactically~*~*~ (outnumbered).
 31497 | D:11     | 31497 ||| Stepping ~*~*~tactically~*~*~ (outnumbered).
 31499 | D:11     | 31499 ||| Stepping ~*~*~tactically~*~*~ (outnumbered).
 31501 | D:11     | 31501 ||| Stepping ~*~*~tactically~*~*~ (outnumbered).
 31503 | D:11     | 31503 ||| Stepping ~*~*~tactically~*~*~ (outnumbered).
 31505 | D:11     | 31505 ||| Stepping ~*~*~tactically~*~*~ (outnumbered).
 31507 | D:11     | 31507 ||| Stepping ~*~*~tactically~*~*~ (outnumbered).
 31509 | D:11     | 31509 ||| Stepping ~*~*~tactically~*~*~ (outnumbered).
 31511 | D:11     | 31511 ||| Stepping ~*~*~tactically~*~*~ (outnumbered).
 31513 | D:11     | 31513 ||| Stepping ~*~*~tactically~*~*~ (outnumbered).
 31515 | D:11     | 31515 ||| Stepping ~*~*~tactically~*~*~ (outnumbered).
 31517 | D:11     | 31517 ||| Stepping ~*~*~tactically~*~*~ (outnumbered).
 31519 | D:11     | 31519 ||| Stepping ~*~*~tactically~*~*~ (outnumbered).
 31521 | D:11     | 31521 ||| Stepping ~*~*~tactically~*~*~ (outnumbered).
 31523 | D:11     | 31523 ||| Stepping ~*~*~tactically~*~*~ (outnumbered).
 31525 | D:11     | 31525 ||| Stepping ~*~*~tactically~*~*~ (outnumbered).
 31527 | D:11     | 31527 ||| Stepping ~*~*~tactically~*~*~ (outnumbered).
 31529 | D:11     | 31529 ||| Stepping ~*~*~tactically~*~*~ (outnumbered).
 31531 | D:11     | 31531 ||| Stepping ~*~*~tactically~*~*~ (outnumbered).
 31533 | D:11     | 31533 ||| Stepping ~*~*~tactically~*~*~ (outnumbered).
 31535 | D:11     | 31535 ||| Stepping ~*~*~tactically~*~*~ (outnumbered).
 31537 | D:11     | 31537 ||| Stepping ~*~*~tactically~*~*~ (outnumbered).
 31539 | D:11     | 31539 ||| Stepping ~*~*~tactically~*~*~ (outnumbered).
 31541 | D:11     | 31541 ||| Stepping ~*~*~tactically~*~*~ (outnumbered).
 31543 | D:11     | 31543 ||| Stepping ~*~*~tactically~*~*~ (outnumbered).
 31545 | D:11     | 31545 ||| Stepping ~*~*~tactically~*~*~ (outnumbered).
 31547 | D:11     | 31547 ||| Stepping ~*~*~tactically~*~*~ (outnumbered).
 31549 | D:11     | 31549 ||| Stepping ~*~*~tactically~*~*~ (outnumbered).
 31551 | D:11     | 31551 ||| Stepping ~*~*~tactically~*~*~ (outnumbered).
 31553 | D:11     | 31553 ||| Stepping ~*~*~tactically~*~*~ (outnumbered).
 31555 | D:11     | 31555 ||| Stepping ~*~*~tactically~*~*~ (outnumbered).
 31557 | D:11     | 31557 ||| Stepping ~*~*~tactically~*~*~ (outnumbered).
 31559 | D:11     | 31559 ||| Stepping ~*~*~tactically~*~*~ (outnumbered).
 31561 | D:11     | 31561 ||| Stepping ~*~*~tactically~*~*~ (outnumbered).
 31563 | D:11     | 31563 ||| Stepping ~*~*~tactically~*~*~ (outnumbered).
 31565 | D:11     | 31565 ||| Stepping ~*~*~tactically~*~*~ (outnumbered).
 31567 | D:11     | 31567 ||| Stepping ~*~*~tactically~*~*~ (outnumbered).
 31569 | D:11     | 31569 ||| Stepping ~*~*~tactically~*~*~ (outnumbered).
 31571 | D:11     | 31571 ||| Stepping ~*~*~tactically~*~*~ (outnumbered).
 31573 | D:11     | 31573 ||| Stepping ~*~*~tactically~*~*~ (outnumbered).
 31575 | D:11     | 31575 ||| Stepping ~*~*~tactically~*~*~ (outnumbered).
 31577 | D:11     | 31577 ||| Stepping ~*~*~tactically~*~*~ (outnumbered).
 31579 | D:11     | 31579 ||| Stepping ~*~*~tactically~*~*~ (outnumbered).
 31581 | D:11     | 31581 ||| Stepping ~*~*~tactically~*~*~ (outnumbered).
 31583 | D:11     | 31583 ||| Stepping ~*~*~tactically~*~*~ (outnumbered).
 31585 | D:11     | 31585 ||| Stepping ~*~*~tactically~*~*~ (outnumbered).
 31587 | D:11     | 31587 ||| Stepping ~*~*~tactically~*~*~ (outnumbered).
 31589 | D:11     | 31589 ||| Stepping ~*~*~tactically~*~*~ (outnumbered).
 31591 | D:11     | 31591 ||| Stepping ~*~*~tactically~*~*~ (outnumbered).
 31593 | D:11     | 31593 ||| Stepping ~*~*~tactically~*~*~ (outnumbered).
 31595 | D:11     | 31595 ||| Stepping ~*~*~tactically~*~*~ (outnumbered).
 31597 | D:11     | 31597 ||| Stepping ~*~*~tactically~*~*~ (outnumbered).
 31599 | D:11     | 31599 ||| Stepping ~*~*~tactically~*~*~ (outnumbered).
 31601 | D:11     | 31601 ||| Stepping ~*~*~tactically~*~*~ (outnumbered).
 31603 | D:11     | 31603 ||| Stepping ~*~*~tactically~*~*~ (outnumbered).
 31605 | D:11     | 31605 ||| Stepping ~*~*~tactically~*~*~ (outnumbered).
 31607 | D:11     | 31607 ||| Stepping ~*~*~tactically~*~*~ (outnumbered).
 31609 | D:11     | 31609 ||| Stepping ~*~*~tactically~*~*~ (outnumbered).
 31611 | D:11     | 31611 ||| Stepping ~*~*~tactically~*~*~ (outnumbered).
 31613 | D:11     | 31613 ||| Stepping ~*~*~tactically~*~*~ (outnumbered).
 31615 | D:11     | 31615 ||| Stepping ~*~*~tactically~*~*~ (outnumbered).
 31617 | D:11     | 31617 ||| Stepping ~*~*~tactically~*~*~ (outnumbered).
 31619 | D:11     | 31619 ||| Stepping ~*~*~tactically~*~*~ (outnumbered).
 31621 | D:11     | 31621 ||| Stepping ~*~*~tactically~*~*~ (outnumbered).
 31623 | D:11     | 31623 ||| Stepping ~*~*~tactically~*~*~ (outnumbered).
 31625 | D:11     | 31625 ||| Stepping ~*~*~tactically~*~*~ (outnumbered).
 31627 | D:11     | 31627 ||| Stepping ~*~*~tactically~*~*~ (outnumbered).
 31629 | D:11     | 31629 ||| Stepping ~*~*~tactically~*~*~ (outnumbered).
 31631 | D:11     | 31631 ||| Stepping ~*~*~tactically~*~*~ (outnumbered).
 31633 | D:11     | 31633 ||| Stepping ~*~*~tactically~*~*~ (outnumbered).
 31635 | D:11     | 31635 ||| Stepping ~*~*~tactically~*~*~ (outnumbered).
 31637 | D:11     | 31637 ||| Stepping ~*~*~tactically~*~*~ (outnumbered).
 31639 | D:11     | 31639 ||| Stepping ~*~*~tactically~*~*~ (outnumbered).
 31641 | D:11     | 31641 ||| Stepping ~*~*~tactically~*~*~ (outnumbered).
 31643 | D:11     | 31643 ||| Stepping ~*~*~tactically~*~*~ (outnumbered).
 31645 | D:11     | 31645 ||| Stepping ~*~*~tactically~*~*~ (outnumbered).
 31647 | D:11     | 31647 ||| Stepping ~*~*~tactically~*~*~ (outnumbered).
 31649 | D:11     | 31649 ||| Stepping ~*~*~tactically~*~*~ (outnumbered).
 31651 | D:11     | 31651 ||| Stepping ~*~*~tactically~*~*~ (outnumbered).
 31653 | D:11     | 31653 ||| Stepping ~*~*~tactically~*~*~ (outnumbered).
 31655 | D:11     | 31655 ||| Stepping ~*~*~tactically~*~*~ (outnumbered).
 31657 | D:11     | 31657 ||| Stepping ~*~*~tactically~*~*~ (outnumbered).
 31659 | D:11     | 31659 ||| Stepping ~*~*~tactically~*~*~ (outnumbered).
 31661 | D:11     | 31661 ||| Stepping ~*~*~tactically~*~*~ (outnumbered).
 31663 | D:11     | 31663 ||| Stepping ~*~*~tactically~*~*~ (outnumbered).
 31665 | D:11     | 31665 ||| Stepping ~*~*~tactically~*~*~ (outnumbered).
 31667 | D:11     | 31667 ||| Stepping ~*~*~tactically~*~*~ (outnumbered).
 31669 | D:11     | 31669 ||| Stepping ~*~*~tactically~*~*~ (outnumbered).
 31671 | D:11     | 31671 ||| Stepping ~*~*~tactically~*~*~ (outnumbered).
 31673 | D:11     | 31673 ||| Stepping ~*~*~tactically~*~*~ (outnumbered).
 31675 | D:11     | 31675 ||| Stepping ~*~*~tactically~*~*~ (outnumbered).
 31677 | D:11     | 31677 ||| Stepping ~*~*~tactically~*~*~ (outnumbered).
 31679 | D:11     | 31679 ||| Stepping ~*~*~tactically~*~*~ (outnumbered).
 31681 | D:11     | 31681 ||| Stepping ~*~*~tactically~*~*~ (outnumbered).
 31683 | D:11     | 31683 ||| Stepping ~*~*~tactically~*~*~ (outnumbered).
 31685 | D:11     | 31685 ||| Stepping ~*~*~tactically~*~*~ (outnumbered).
 31687 | D:11     | 31687 ||| Stepping ~*~*~tactically~*~*~ (outnumbered).
 31689 | D:11     | 31689 ||| Stepping ~*~*~tactically~*~*~ (outnumbered).
 31691 | D:11     | 31691 ||| Stepping ~*~*~tactically~*~*~ (outnumbered).
 31693 | D:11     | 31693 ||| Stepping ~*~*~tactically~*~*~ (outnumbered).
 31695 | D:11     | 31695 ||| Stepping ~*~*~tactically~*~*~ (outnumbered).
 31697 | D:11     | 31697 ||| Stepping ~*~*~tactically~*~*~ (outnumbered).
 31699 | D:11     | 31699 ||| Stepping ~*~*~tactically~*~*~ (outnumbered).
 31701 | D:11     | 31701 ||| Stepping ~*~*~tactically~*~*~ (outnumbered).
 31703 | D:11     | 31703 ||| Stepping ~*~*~tactically~*~*~ (outnumbered).
 31705 | D:11     | 31705 ||| Stepping ~*~*~tactically~*~*~ (outnumbered).
 31707 | D:11     | 31707 ||| Stepping ~*~*~tactically~*~*~ (outnumbered).
 31709 | D:11     | 31709 ||| Stepping ~*~*~tactically~*~*~ (outnumbered).
 31711 | D:11     | 31711 ||| Stepping ~*~*~tactically~*~*~ (outnumbered).
 31713 | D:11     | 31713 ||| Stepping ~*~*~tactically~*~*~ (outnumbered).
 31715 | D:11     | 31715 ||| Stepping ~*~*~tactically~*~*~ (outnumbered).
 31717 | D:11     | 31717 ||| Stepping ~*~*~tactically~*~*~ (outnumbered).
 31719 | D:11     | 31719 ||| Stepping ~*~*~tactically~*~*~ (outnumbered).
 31721 | D:11     | 31721 ||| Stepping ~*~*~tactically~*~*~ (outnumbered).
 31723 | D:11     | 31723 ||| Stepping ~*~*~tactically~*~*~ (outnumbered).
 31725 | D:11     | 31725 ||| Stepping ~*~*~tactically~*~*~ (outnumbered).
 31727 | D:11     | 31727 ||| Stepping ~*~*~tactically~*~*~ (outnumbered).
 31729 | D:11     | 31729 ||| Stepping ~*~*~tactically~*~*~ (outnumbered).
 31731 | D:11     | 31731 ||| Stepping ~*~*~tactically~*~*~ (outnumbered).
 31733 | D:11     | 31733 ||| Stepping ~*~*~tactically~*~*~ (outnumbered).
 31735 | D:11     | 31735 ||| Stepping ~*~*~tactically~*~*~ (outnumbered).
 31737 | D:11     | 31737 ||| Stepping ~*~*~tactically~*~*~ (outnumbered).
 31739 | D:11     | 31739 ||| Stepping ~*~*~tactically~*~*~ (outnumbered).
 31741 | D:11     | 31741 ||| Stepping ~*~*~tactically~*~*~ (outnumbered).
 31743 | D:11     | 31743 ||| Stepping ~*~*~tactically~*~*~ (outnumbered).
 31745 | D:11     | 31745 ||| Stepping ~*~*~tactically~*~*~ (outnumbered).
 31747 | D:11     | 31747 ||| Stepping ~*~*~tactically~*~*~ (outnumbered).
 31749 | D:11     | 31749 ||| Stepping ~*~*~tactically~*~*~ (outnumbered).
 31751 | D:11     | 31751 ||| Stepping ~*~*~tactically~*~*~ (outnumbered).
 31753 | D:11     | 31753 ||| Stepping ~*~*~tactically~*~*~ (outnumbered).
 31755 | D:11     | 31755 ||| Stepping ~*~*~tactically~*~*~ (outnumbered).
 31757 | D:11     | 31757 ||| Stepping ~*~*~tactically~*~*~ (outnumbered).
 31759 | D:11     | 31759 ||| Stepping ~*~*~tactically~*~*~ (outnumbered).
 31761 | D:11     | 31761 ||| Stepping ~*~*~tactically~*~*~ (outnumbered).
 31763 | D:11     | 31763 ||| Stepping ~*~*~tactically~*~*~ (outnumbered).
 31765 | D:11     | 31765 ||| Stepping ~*~*~tactically~*~*~ (outnumbered).
 31767 | D:11     | 31767 ||| Stepping ~*~*~tactically~*~*~ (outnumbered).
 31769 | D:11     | 31769 ||| Stepping ~*~*~tactically~*~*~ (outnumbered).
 31771 | D:11     | 31771 ||| Stepping ~*~*~tactically~*~*~ (outnumbered).
 31773 | D:11     | 31773 ||| Stepping ~*~*~tactically~*~*~ (outnumbered).
 31775 | D:11     | 31775 ||| Stepping ~*~*~tactically~*~*~ (outnumbered).
 31777 | D:11     | 31777 ||| Stepping ~*~*~tactically~*~*~ (outnumbered).
 31779 | D:11     | 31779 ||| Stepping ~*~*~tactically~*~*~ (outnumbered).
 31781 | D:11     | 31781 ||| Stepping ~*~*~tactically~*~*~ (outnumbered).
 31783 | D:11     | 31783 ||| Stepping ~*~*~tactically~*~*~ (outnumbered).
 31785 | D:11     | 31785 ||| Stepping ~*~*~tactically~*~*~ (outnumbered).
 31787 | D:11     | 31787 ||| Stepping ~*~*~tactically~*~*~ (outnumbered).
 31789 | D:11     | 31789 ||| Stepping ~*~*~tactically~*~*~ (outnumbered).
 31791 | D:11     | 31791 ||| Stepping ~*~*~tactically~*~*~ (outnumbered).
 31793 | D:11     | 31793 ||| Stepping ~*~*~tactically~*~*~ (outnumbered).
 31795 | D:11     | 31795 ||| Stepping ~*~*~tactically~*~*~ (outnumbered).
 31797 | D:11     | 31797 ||| Stepping ~*~*~tactically~*~*~ (outnumbered).
 31799 | D:11     | 31799 ||| Stepping ~*~*~tactically~*~*~ (outnumbered).
 31801 | D:11     | 31801 ||| Stepping ~*~*~tactically~*~*~ (outnumbered).
 31803 | D:11     | 31803 ||| Stepping ~*~*~tactically~*~*~ (outnumbered).
 31805 | D:11     | 31805 ||| Stepping ~*~*~tactically~*~*~ (outnumbered).
 31807 | D:11     | 31807 ||| Stepping ~*~*~tactically~*~*~ (outnumbered).
 31809 | D:11     | 31809 ||| Stepping ~*~*~tactically~*~*~ (outnumbered).
 31811 | D:11     | 31811 ||| Stepping ~*~*~tactically~*~*~ (outnumbered).
 31813 | D:11     | 31813 ||| Stepping ~*~*~tactically~*~*~ (outnumbered).
 31815 | D:11     | 31815 ||| Stepping ~*~*~tactically~*~*~ (outnumbered).
 31817 | D:11     | 31817 ||| Stepping ~*~*~tactically~*~*~ (outnumbered).
 31819 | D:11     | 31819 ||| Stepping ~*~*~tactically~*~*~ (outnumbered).
 31821 | D:11     | 31821 ||| Stepping ~*~*~tactically~*~*~ (outnumbered).
 31823 | D:11     | 31823 ||| Stepping ~*~*~tactically~*~*~ (outnumbered).
 31825 | D:11     | 31825 ||| Stepping ~*~*~tactically~*~*~ (outnumbered).
 31827 | D:11     | 31827 ||| Stepping ~*~*~tactically~*~*~ (outnumbered).
 31829 | D:11     | 31829 ||| Stepping ~*~*~tactically~*~*~ (outnumbered).
 31831 | D:11     | 31831 ||| Stepping ~*~*~tactically~*~*~ (outnumbered).
 31833 | D:11     | 31833 ||| Stepping ~*~*~tactically~*~*~ (outnumbered).
 31835 | D:11     | 31835 ||| Stepping ~*~*~tactically~*~*~ (outnumbered).
 31837 | D:11     | 31837 ||| Stepping ~*~*~tactically~*~*~ (outnumbered).
 31839 | D:11     | 31839 ||| Stepping ~*~*~tactically~*~*~ (outnumbered).
 31841 | D:11     | 31841 ||| Stepping ~*~*~tactically~*~*~ (outnumbered).
 31843 | D:11     | 31843 ||| Stepping ~*~*~tactically~*~*~ (outnumbered).
 31845 | D:11     | 31845 ||| Stepping ~*~*~tactically~*~*~ (outnumbered).
 31847 | D:11     | 31847 ||| Stepping ~*~*~tactically~*~*~ (outnumbered).
 31849 | D:11     | 31849 ||| Stepping ~*~*~tactically~*~*~ (outnumbered).
 31851 | D:11     | 31851 ||| Stepping ~*~*~tactically~*~*~ (outnumbered).
 31853 | D:11     | 31853 ||| Stepping ~*~*~tactically~*~*~ (outnumbered).
 31855 | D:11     | 31855 ||| Stepping ~*~*~tactically~*~*~ (outnumbered).
 31857 | D:11     | 31857 ||| Stepping ~*~*~tactically~*~*~ (outnumbered).
 31859 | D:11     | 31859 ||| Stepping ~*~*~tactically~*~*~ (outnumbered).
 31861 | D:11     | 31861 ||| Stepping ~*~*~tactically~*~*~ (outnumbered).
 31863 | D:11     | 31863 ||| Stepping ~*~*~tactically~*~*~ (outnumbered).
 31865 | D:11     | 31865 ||| Stepping ~*~*~tactically~*~*~ (outnumbered).
 31867 | D:11     | 31867 ||| Stepping ~*~*~tactically~*~*~ (outnumbered).
 31869 | D:11     | 31869 ||| Stepping ~*~*~tactically~*~*~ (outnumbered).
 31871 | D:11     | 31871 ||| Stepping ~*~*~tactically~*~*~ (outnumbered).
 31873 | D:11     | 31873 ||| Stepping ~*~*~tactically~*~*~ (outnumbered).
 31875 | D:11     | 31875 ||| Stepping ~*~*~tactically~*~*~ (outnumbered).
 31877 | D:11     | 31877 ||| Stepping ~*~*~tactically~*~*~ (outnumbered).
 31879 | D:11     | 31879 ||| Stepping ~*~*~tactically~*~*~ (outnumbered).
 31881 | D:11     | 31881 ||| Stepping ~*~*~tactically~*~*~ (outnumbered).
 31883 | D:11     | 31883 ||| Stepping ~*~*~tactically~*~*~ (outnumbered).
 31885 | D:11     | 31885 ||| Stepping ~*~*~tactically~*~*~ (outnumbered).
 31887 | D:11     | 31887 ||| Stepping ~*~*~tactically~*~*~ (outnumbered).
 31889 | D:11     | 31889 ||| Stepping ~*~*~tactically~*~*~ (outnumbered).
 31891 | D:11     | 31891 ||| Stepping ~*~*~tactically~*~*~ (outnumbered).
 31893 | D:11     | 31893 ||| Stepping ~*~*~tactically~*~*~ (outnumbered).
 31895 | D:11     | 31895 ||| Stepping ~*~*~tactically~*~*~ (outnumbered).
 31897 | D:11     | 31897 ||| Stepping ~*~*~tactically~*~*~ (outnumbered).
 31899 | D:11     | 31899 ||| Stepping ~*~*~tactically~*~*~ (outnumbered).
 31901 | D:11     | 31901 ||| Stepping ~*~*~tactically~*~*~ (outnumbered).
 31903 | D:11     | 31903 ||| Stepping ~*~*~tactically~*~*~ (outnumbered).
 31905 | D:11     | 31905 ||| Stepping ~*~*~tactically~*~*~ (outnumbered).
 31907 | D:11     | 31907 ||| Stepping ~*~*~tactically~*~*~ (outnumbered).
 31909 | D:11     | 31909 ||| Stepping ~*~*~tactically~*~*~ (outnumbered).
 31911 | D:11     | 31911 ||| Stepping ~*~*~tactically~*~*~ (outnumbered).
 31913 | D:11     | 31913 ||| Stepping ~*~*~tactically~*~*~ (outnumbered).
 31915 | D:11     | 31915 ||| Stepping ~*~*~tactically~*~*~ (outnumbered).
 31917 | D:11     | 31917 ||| Stepping ~*~*~tactically~*~*~ (outnumbered).
 31919 | D:11     | 31919 ||| Stepping ~*~*~tactically~*~*~ (outnumbered).
 31921 | D:11     | 31921 ||| Stepping ~*~*~tactically~*~*~ (outnumbered).
 31923 | D:11     | 31923 ||| Stepping ~*~*~tactically~*~*~ (outnumbered).
 31925 | D:11     | 31925 ||| Stepping ~*~*~tactically~*~*~ (outnumbered).
 31927 | D:11     | 31927 ||| Stepping ~*~*~tactically~*~*~ (outnumbered).
 31929 | D:11     | 31929 ||| Stepping ~*~*~tactically~*~*~ (outnumbered).
 31931 | D:11     | 31931 ||| Stepping ~*~*~tactically~*~*~ (outnumbered).
 31933 | D:11     | 31933 ||| Stepping ~*~*~tactically~*~*~ (outnumbered).
 31935 | D:11     | 31935 ||| Stepping ~*~*~tactically~*~*~ (outnumbered).
 31937 | D:11     | 31937 ||| Stepping ~*~*~tactically~*~*~ (outnumbered).
 31939 | D:11     | 31939 ||| Stepping ~*~*~tactically~*~*~ (outnumbered).
 31941 | D:11     | 31941 ||| Stepping ~*~*~tactically~*~*~ (outnumbered).
 31943 | D:11     | 31943 ||| Stepping ~*~*~tactically~*~*~ (outnumbered).
 31945 | D:11     | 31945 ||| Stepping ~*~*~tactically~*~*~ (outnumbered).
 31947 | D:11     | 31947 ||| Stepping ~*~*~tactically~*~*~ (outnumbered).
 31949 | D:11     | 31949 ||| Stepping ~*~*~tactically~*~*~ (outnumbered).
 31951 | D:11     | 31951 ||| Stepping ~*~*~tactically~*~*~ (outnumbered).
 31953 | D:11     | 31953 ||| Stepping ~*~*~tactically~*~*~ (outnumbered).
 31955 | D:11     | 31955 ||| Stepping ~*~*~tactically~*~*~ (outnumbered).
 31957 | D:11     | 31957 ||| Stepping ~*~*~tactically~*~*~ (outnumbered).
 31959 | D:11     | 31959 ||| Stepping ~*~*~tactically~*~*~ (outnumbered).
 31961 | D:11     | 31961 ||| Stepping ~*~*~tactically~*~*~ (outnumbered).
 31963 | D:11     | 31963 ||| Stepping ~*~*~tactically~*~*~ (outnumbered).
 31965 | D:11     | 31965 ||| Stepping ~*~*~tactically~*~*~ (outnumbered).
 31967 | D:11     | 31967 ||| Stepping ~*~*~tactically~*~*~ (outnumbered).
 31969 | D:11     | 31969 ||| Stepping ~*~*~tactically~*~*~ (outnumbered).
 31971 | D:11     | 31971 ||| Stepping ~*~*~tactically~*~*~ (outnumbered).
 31973 | D:11     | 31973 ||| Stepping ~*~*~tactically~*~*~ (outnumbered).
 31975 | D:11     | 31975 ||| Stepping ~*~*~tactically~*~*~ (outnumbered).
 31977 | D:11     | 31977 ||| Stepping ~*~*~tactically~*~*~ (outnumbered).
 31979 | D:11     | 31979 ||| Stepping ~*~*~tactically~*~*~ (outnumbered).
 31981 | D:11     | 31981 ||| Stepping ~*~*~tactically~*~*~ (outnumbered).
 31983 | D:11     | 31983 ||| Stepping ~*~*~tactically~*~*~ (outnumbered).
 31985 | D:11     | 31985 ||| Stepping ~*~*~tactically~*~*~ (outnumbered).
 31987 | D:11     | 31987 ||| Stepping ~*~*~tactically~*~*~ (outnumbered).
 31989 | D:11     | 31989 ||| Stepping ~*~*~tactically~*~*~ (outnumbered).
 31991 | D:11     | 31991 ||| Stepping ~*~*~tactically~*~*~ (outnumbered).
 31993 | D:11     | 31993 ||| Stepping ~*~*~tactically~*~*~ (outnumbered).
 31995 | D:11     | 31995 ||| Stepping ~*~*~tactically~*~*~ (outnumbered).
 31997 | D:11     | 31997 ||| Stepping ~*~*~tactically~*~*~ (outnumbered).
 31999 | D:11     | 31999 ||| Stepping ~*~*~tactically~*~*~ (outnumbered).
 32001 | D:11     | 32001 ||| Stepping ~*~*~tactically~*~*~ (outnumbered).
 32003 | D:11     | 32003 ||| Stepping ~*~*~tactically~*~*~ (outnumbered).
 32005 | D:11     | 32005 ||| Stepping ~*~*~tactically~*~*~ (outnumbered).
 32007 | D:11     | 32007 ||| Stepping ~*~*~tactically~*~*~ (outnumbered).
 32009 | D:11     | 32009 ||| Stepping ~*~*~tactically~*~*~ (outnumbered).
 32011 | D:11     | 32011 ||| Stepping ~*~*~tactically~*~*~ (outnumbered).
 32013 | D:11     | 32013 ||| Stepping ~*~*~tactically~*~*~ (outnumbered).
 32015 | D:11     | 32015 ||| Stepping ~*~*~tactically~*~*~ (outnumbered).
 32017 | D:11     | 32017 ||| Stepping ~*~*~tactically~*~*~ (outnumbered).
 32019 | D:11     | 32019 ||| Stepping ~*~*~tactically~*~*~ (outnumbered).
 32021 | D:11     | 32021 ||| Stepping ~*~*~tactically~*~*~ (outnumbered).
 32023 | D:11     | 32023 ||| Stepping ~*~*~tactically~*~*~ (outnumbered).
 32025 | D:11     | 32025 ||| Stepping ~*~*~tactically~*~*~ (outnumbered).
 32027 | D:11     | 32027 ||| Stepping ~*~*~tactically~*~*~ (outnumbered).
 32029 | D:11     | 32029 ||| Stepping ~*~*~tactically~*~*~ (outnumbered).
 32031 | D:11     | 32031 ||| Stepping ~*~*~tactically~*~*~ (outnumbered).
 32033 | D:11     | 32033 ||| Stepping ~*~*~tactically~*~*~ (outnumbered).
 32035 | D:11     | 32035 ||| Stepping ~*~*~tactically~*~*~ (outnumbered).
 32037 | D:11     | 32037 ||| Stepping ~*~*~tactically~*~*~ (outnumbered).
 32039 | D:11     | 32039 ||| Stepping ~*~*~tactically~*~*~ (outnumbered).
 32041 | D:11     | 32041 ||| Stepping ~*~*~tactically~*~*~ (outnumbered).
 32043 | D:11     | 32043 ||| Stepping ~*~*~tactically~*~*~ (outnumbered).
 32045 | D:11     | 32045 ||| Stepping ~*~*~tactically~*~*~ (outnumbered).
 32047 | D:11     | 32047 ||| Stepping ~*~*~tactically~*~*~ (outnumbered).
 32049 | D:11     | 32049 ||| Stepping ~*~*~tactically~*~*~ (outnumbered).
 32051 | D:11     | 32051 ||| Stepping ~*~*~tactically~*~*~ (outnumbered).
 32053 | D:11     | 32053 ||| Stepping ~*~*~tactically~*~*~ (outnumbered).
 32055 | D:11     | 32055 ||| Stepping ~*~*~tactically~*~*~ (outnumbered).
 32057 | D:11     | 32057 ||| Stepping ~*~*~tactically~*~*~ (outnumbered).
 32059 | D:11     | 32059 ||| Stepping ~*~*~tactically~*~*~ (outnumbered).
 32061 | D:11     | 32061 ||| Stepping ~*~*~tactically~*~*~ (outnumbered).
 32063 | D:11     | 32063 ||| Stepping ~*~*~tactically~*~*~ (outnumbered).
 32065 | D:11     | 32065 ||| Stepping ~*~*~tactically~*~*~ (outnumbered).
 32067 | D:11     | 32067 ||| Stepping ~*~*~tactically~*~*~ (outnumbered).
 32069 | D:11     | 32069 ||| Stepping ~*~*~tactically~*~*~ (outnumbered).
 32071 | D:11     | 32071 ||| Stepping ~*~*~tactically~*~*~ (outnumbered).
 32073 | D:11     | 32073 ||| Stepping ~*~*~tactically~*~*~ (outnumbered).
 32075 | D:11     | 32075 ||| Stepping ~*~*~tactically~*~*~ (outnumbered).
 32077 | D:11     | 32077 ||| Stepping ~*~*~tactically~*~*~ (outnumbered).
 32079 | D:11     | 32079 ||| Stepping ~*~*~tactically~*~*~ (outnumbered).
 32081 | D:11     | 32081 ||| Stepping ~*~*~tactically~*~*~ (outnumbered).
 32083 | D:11     | 32083 ||| Stepping ~*~*~tactically~*~*~ (outnumbered).
 32085 | D:11     | 32085 ||| Stepping ~*~*~tactically~*~*~ (outnumbered).
 32087 | D:11     | 32087 ||| Stepping ~*~*~tactically~*~*~ (outnumbered).
 32089 | D:11     | 32089 ||| Stepping ~*~*~tactically~*~*~ (outnumbered).
 32091 | D:11     | 32091 ||| Stepping ~*~*~tactically~*~*~ (outnumbered).
 32093 | D:11     | 32093 ||| Stepping ~*~*~tactically~*~*~ (outnumbered).
 32095 | D:11     | 32095 ||| Stepping ~*~*~tactically~*~*~ (outnumbered).
 32097 | D:11     | 32097 ||| Stepping ~*~*~tactically~*~*~ (outnumbered).
 32099 | D:11     | 32099 ||| Stepping ~*~*~tactically~*~*~ (outnumbered).
 32101 | D:11     | 32101 ||| Stepping ~*~*~tactically~*~*~ (outnumbered).
 32103 | D:11     | 32103 ||| Stepping ~*~*~tactically~*~*~ (outnumbered).
 32105 | D:11     | 32105 ||| Stepping ~*~*~tactically~*~*~ (outnumbered).
 32107 | D:11     | 32107 ||| Stepping ~*~*~tactically~*~*~ (outnumbered).
 32109 | D:11     | 32109 ||| Stepping ~*~*~tactically~*~*~ (outnumbered).
 32111 | D:11     | 32111 ||| Stepping ~*~*~tactically~*~*~ (outnumbered).
 32113 | D:11     | 32113 ||| Stepping ~*~*~tactically~*~*~ (outnumbered).
 32115 | D:11     | 32115 ||| Stepping ~*~*~tactically~*~*~ (outnumbered).
 32117 | D:11     | 32117 ||| Stepping ~*~*~tactically~*~*~ (outnumbered).
 32119 | D:11     | 32119 ||| Stepping ~*~*~tactically~*~*~ (outnumbered).
 32121 | D:11     | 32121 ||| Stepping ~*~*~tactically~*~*~ (outnumbered).
 32123 | D:11     | 32123 ||| Stepping ~*~*~tactically~*~*~ (outnumbered).
 32125 | D:11     | 32125 ||| Stepping ~*~*~tactically~*~*~ (outnumbered).
 32127 | D:11     | 32127 ||| Stepping ~*~*~tactically~*~*~ (outnumbered).
 32129 | D:11     | 32129 ||| Stepping ~*~*~tactically~*~*~ (outnumbered).
 32131 | D:11     | 32131 ||| Stepping ~*~*~tactically~*~*~ (outnumbered).
 32133 | D:11     | 32133 ||| Stepping ~*~*~tactically~*~*~ (outnumbered).
 32135 | D:11     | 32135 ||| Stepping ~*~*~tactically~*~*~ (outnumbered).
 32137 | D:11     | 32137 ||| Stepping ~*~*~tactically~*~*~ (outnumbered).
 32139 | D:11     | 32139 ||| Stepping ~*~*~tactically~*~*~ (outnumbered).
 32141 | D:11     | 32141 ||| Stepping ~*~*~tactically~*~*~ (outnumbered).
 32143 | D:11     | 32143 ||| Stepping ~*~*~tactically~*~*~ (outnumbered).
 32145 | D:11     | 32145 ||| Stepping ~*~*~tactically~*~*~ (outnumbered).
 32147 | D:11     | 32147 ||| Stepping ~*~*~tactically~*~*~ (outnumbered).
 32149 | D:11     | 32149 ||| Stepping ~*~*~tactically~*~*~ (outnumbered).
 32151 | D:11     | 32151 ||| Stepping ~*~*~tactically~*~*~ (outnumbered).
 32153 | D:11     | 32153 ||| Stepping ~*~*~tactically~*~*~ (outnumbered).
 32155 | D:11     | 32155 ||| Stepping ~*~*~tactically~*~*~ (outnumbered).
 32157 | D:11     | 32157 ||| Stepping ~*~*~tactically~*~*~ (outnumbered).
 32159 | D:11     | 32159 ||| Stepping ~*~*~tactically~*~*~ (outnumbered).
 32161 | D:11     | 32161 ||| Stepping ~*~*~tactically~*~*~ (outnumbered).
 32163 | D:11     | 32163 ||| Stepping ~*~*~tactically~*~*~ (outnumbered).
 32165 | D:11     | 32165 ||| Stepping ~*~*~tactically~*~*~ (outnumbered).
 32167 | D:11     | 32167 ||| Stepping ~*~*~tactically~*~*~ (outnumbered).
 32169 | D:11     | 32169 ||| Stepping ~*~*~tactically~*~*~ (outnumbered).
 32171 | D:11     | 32171 ||| Stepping ~*~*~tactically~*~*~ (outnumbered).
 32173 | D:11     | 32173 ||| Stepping ~*~*~tactically~*~*~ (outnumbered).
 32175 | D:11     | 32175 ||| Stepping ~*~*~tactically~*~*~ (outnumbered).
 32177 | D:11     | 32177 ||| Stepping ~*~*~tactically~*~*~ (outnumbered).
 32179 | D:11     | 32179 ||| Stepping ~*~*~tactically~*~*~ (outnumbered).
 32181 | D:11     | 32181 ||| Stepping ~*~*~tactically~*~*~ (outnumbered).
 32183 | D:11     | 32183 ||| Stepping ~*~*~tactically~*~*~ (outnumbered).
 32185 | D:11     | 32185 ||| Stepping ~*~*~tactically~*~*~ (outnumbered).
 32187 | D:11     | 32187 ||| Stepping ~*~*~tactically~*~*~ (outnumbered).
 32189 | D:11     | 32189 ||| Stepping ~*~*~tactically~*~*~ (outnumbered).
 32191 | D:11     | 32191 ||| Stepping ~*~*~tactically~*~*~ (outnumbered).
 32193 | D:11     | 32193 ||| Stepping ~*~*~tactically~*~*~ (outnumbered).
 32195 | D:11     | 32195 ||| Stepping ~*~*~tactically~*~*~ (outnumbered).
 32197 | D:11     | 32197 ||| Stepping ~*~*~tactically~*~*~ (outnumbered).
 32199 | D:11     | 32199 ||| Stepping ~*~*~tactically~*~*~ (outnumbered).
 32201 | D:11     | 32201 ||| Stepping ~*~*~tactically~*~*~ (outnumbered).
 32203 | D:11     | 32203 ||| Stepping ~*~*~tactically~*~*~ (outnumbered).
 32205 | D:11     | 32205 ||| Stepping ~*~*~tactically~*~*~ (outnumbered).
 32207 | D:11     | 32207 ||| Stepping ~*~*~tactically~*~*~ (outnumbered).
 32209 | D:11     | 32209 ||| Stepping ~*~*~tactically~*~*~ (outnumbered).
 32211 | D:11     | 32211 ||| Stepping ~*~*~tactically~*~*~ (outnumbered).
 32213 | D:11     | 32213 ||| Stepping ~*~*~tactically~*~*~ (outnumbered).
 32215 | D:11     | 32215 ||| Stepping ~*~*~tactically~*~*~ (outnumbered).
 32217 | D:11     | 32217 ||| Stepping ~*~*~tactically~*~*~ (outnumbered).
 32219 | D:11     | 32219 ||| Stepping ~*~*~tactically~*~*~ (outnumbered).
 32221 | D:11     | 32221 ||| Stepping ~*~*~tactically~*~*~ (outnumbered).
 32223 | D:11     | 32223 ||| Stepping ~*~*~tactically~*~*~ (outnumbered).
 32225 | D:11     | 32225 ||| Stepping ~*~*~tactically~*~*~ (outnumbered).
 32227 | D:11     | 32227 ||| Stepping ~*~*~tactically~*~*~ (outnumbered).
 32229 | D:11     | 32229 ||| Stepping ~*~*~tactically~*~*~ (outnumbered).
 32231 | D:11     | 32231 ||| Stepping ~*~*~tactically~*~*~ (outnumbered).
 32233 | D:11     | 32233 ||| Stepping ~*~*~tactically~*~*~ (outnumbered).
 32235 | D:11     | 32235 ||| Stepping ~*~*~tactically~*~*~ (outnumbered).
 32237 | D:11     | 32237 ||| Stepping ~*~*~tactically~*~*~ (outnumbered).
 32239 | D:11     | 32239 ||| Stepping ~*~*~tactically~*~*~ (outnumbered).
 32241 | D:11     | 32241 ||| Stepping ~*~*~tactically~*~*~ (outnumbered).
 32243 | D:11     | 32243 ||| Stepping ~*~*~tactically~*~*~ (outnumbered).
 32245 | D:11     | 32245 ||| Stepping ~*~*~tactically~*~*~ (outnumbered).
 32247 | D:11     | 32247 ||| Stepping ~*~*~tactically~*~*~ (outnumbered).
 32249 | D:11     | 32249 ||| Stepping ~*~*~tactically~*~*~ (outnumbered).
 32251 | D:11     | 32251 ||| Stepping ~*~*~tactically~*~*~ (outnumbered).
 32253 | D:11     | 32253 ||| Stepping ~*~*~tactically~*~*~ (outnumbered).
 32255 | D:11     | 32255 ||| Stepping ~*~*~tactically~*~*~ (outnumbered).
 32257 | D:11     | 32257 ||| Stepping ~*~*~tactically~*~*~ (outnumbered).
 32259 | D:11     | 32259 ||| Stepping ~*~*~tactically~*~*~ (outnumbered).
 32261 | D:11     | 32261 ||| Stepping ~*~*~tactically~*~*~ (outnumbered).
 32263 | D:11     | 32263 ||| Stepping ~*~*~tactically~*~*~ (outnumbered).
 32265 | D:11     | 32265 ||| Stepping ~*~*~tactically~*~*~ (outnumbered).
 32267 | D:11     | 32267 ||| Stepping ~*~*~tactically~*~*~ (outnumbered).
 32269 | D:11     | 32269 ||| Stepping ~*~*~tactically~*~*~ (outnumbered).
 32271 | D:11     | 32271 ||| Stepping ~*~*~tactically~*~*~ (outnumbered).
 32273 | D:11     | 32273 ||| Stepping ~*~*~tactically~*~*~ (outnumbered).
 32275 | D:11     | 32275 ||| Stepping ~*~*~tactically~*~*~ (outnumbered).
 32277 | D:11     | 32277 ||| Stepping ~*~*~tactically~*~*~ (outnumbered).
 32279 | D:11     | 32279 ||| Stepping ~*~*~tactically~*~*~ (outnumbered).
 32281 | D:11     | 32281 ||| Stepping ~*~*~tactically~*~*~ (outnumbered).
 32283 | D:11     | 32283 ||| Stepping ~*~*~tactically~*~*~ (outnumbered).
 32285 | D:11     | 32285 ||| Stepping ~*~*~tactically~*~*~ (outnumbered).
 32287 | D:11     | 32287 ||| Stepping ~*~*~tactically~*~*~ (outnumbered).
 32289 | D:11     | 32289 ||| Stepping ~*~*~tactically~*~*~ (outnumbered).
 32291 | D:11     | 32291 ||| Stepping ~*~*~tactically~*~*~ (outnumbered).
 32293 | D:11     | 32293 ||| Stepping ~*~*~tactically~*~*~ (outnumbered).
 32295 | D:11     | 32295 ||| Stepping ~*~*~tactically~*~*~ (outnumbered).
 32297 | D:11     | 32297 ||| Stepping ~*~*~tactically~*~*~ (outnumbered).
 32299 | D:11     | 32299 ||| Stepping ~*~*~tactically~*~*~ (outnumbered).
 32301 | D:11     | 32301 ||| Stepping ~*~*~tactically~*~*~ (outnumbered).
 32303 | D:11     | 32303 ||| Stepping ~*~*~tactically~*~*~ (outnumbered).
 32305 | D:11     | 32305 ||| Stepping ~*~*~tactically~*~*~ (outnumbered).
 32307 | D:11     | 32307 ||| Stepping ~*~*~tactically~*~*~ (outnumbered).
 32309 | D:11     | 32309 ||| Stepping ~*~*~tactically~*~*~ (outnumbered).
 32311 | D:11     | 32311 ||| Stepping ~*~*~tactically~*~*~ (outnumbered).
 32313 | D:11     | 32313 ||| Stepping ~*~*~tactically~*~*~ (outnumbered).
 32315 | D:11     | 32315 ||| Stepping ~*~*~tactically~*~*~ (outnumbered).
 32317 | D:11     | 32317 ||| Stepping ~*~*~tactically~*~*~ (outnumbered).
 32319 | D:11     | 32319 ||| Stepping ~*~*~tactically~*~*~ (outnumbered).
 32321 | D:11     | 32321 ||| Stepping ~*~*~tactically~*~*~ (outnumbered).
 32323 | D:11     | 32323 ||| Stepping ~*~*~tactically~*~*~ (outnumbered).
 32325 | D:11     | 32325 ||| Stepping ~*~*~tactically~*~*~ (outnumbered).
 32327 | D:11     | 32327 ||| Stepping ~*~*~tactically~*~*~ (outnumbered).
 32329 | D:11     | 32329 ||| Stepping ~*~*~tactically~*~*~ (outnumbered).
 32331 | D:11     | 32331 ||| Stepping ~*~*~tactically~*~*~ (outnumbered).
 32333 | D:11     | 32333 ||| Stepping ~*~*~tactically~*~*~ (outnumbered).
 32335 | D:11     | 32335 ||| Stepping ~*~*~tactically~*~*~ (outnumbered).
 32337 | D:11     | 32337 ||| Stepping ~*~*~tactically~*~*~ (outnumbered).
 32339 | D:11     | 32339 ||| Stepping ~*~*~tactically~*~*~ (outnumbered).
 32341 | D:11     | 32341 ||| Stepping ~*~*~tactically~*~*~ (outnumbered).
 32343 | D:11     | 32343 ||| Stepping ~*~*~tactically~*~*~ (outnumbered).
 32345 | D:11     | 32345 ||| Stepping ~*~*~tactically~*~*~ (outnumbered).
 32347 | D:11     | 32347 ||| Stepping ~*~*~tactically~*~*~ (outnumbered).
 32349 | D:11     | 32349 ||| Stepping ~*~*~tactically~*~*~ (outnumbered).
 32351 | D:11     | 32351 ||| Stepping ~*~*~tactically~*~*~ (outnumbered).
 32353 | D:11     | 32353 ||| Stepping ~*~*~tactically~*~*~ (outnumbered).
 32355 | D:11     | 32355 ||| Stepping ~*~*~tactically~*~*~ (outnumbered).
 32357 | D:11     | 32357 ||| Stepping ~*~*~tactically~*~*~ (outnumbered).
 32359 | D:11     | 32359 ||| Stepping ~*~*~tactically~*~*~ (outnumbered).
 32361 | D:11     | 32361 ||| Stepping ~*~*~tactically~*~*~ (outnumbered).
 32363 | D:11     | 32363 ||| Stepping ~*~*~tactically~*~*~ (outnumbered).
 32365 | D:11     | 32365 ||| Stepping ~*~*~tactically~*~*~ (outnumbered).
 32367 | D:11     | 32367 ||| Stepping ~*~*~tactically~*~*~ (outnumbered).
 32369 | D:11     | 32369 ||| Stepping ~*~*~tactically~*~*~ (outnumbered).
 32371 | D:11     | 32371 ||| Stepping ~*~*~tactically~*~*~ (outnumbered).
 32373 | D:11     | 32373 ||| Stepping ~*~*~tactically~*~*~ (outnumbered).
 32375 | D:11     | 32375 ||| Stepping ~*~*~tactically~*~*~ (outnumbered).
 32377 | D:11     | 32377 ||| Stepping ~*~*~tactically~*~*~ (outnumbered).
 32379 | D:11     | 32379 ||| Stepping ~*~*~tactically~*~*~ (outnumbered).
 32381 | D:11     | 32381 ||| Stepping ~*~*~tactically~*~*~ (outnumbered).
 32383 | D:11     | 32383 ||| Stepping ~*~*~tactically~*~*~ (outnumbered).
 32385 | D:11     | 32385 ||| Stepping ~*~*~tactically~*~*~ (outnumbered).
 32387 | D:11     | 32387 ||| Stepping ~*~*~tactically~*~*~ (outnumbered).
 32389 | D:11     | 32389 ||| Stepping ~*~*~tactically~*~*~ (outnumbered).
 32391 | D:11     | 32391 ||| Stepping ~*~*~tactically~*~*~ (outnumbered).
 32393 | D:11     | 32393 ||| Stepping ~*~*~tactically~*~*~ (outnumbered).
 32395 | D:11     | 32395 ||| Stepping ~*~*~tactically~*~*~ (outnumbered).
 32397 | D:11     | 32397 ||| Stepping ~*~*~tactically~*~*~ (outnumbered).
 32399 | D:11     | 32399 ||| Stepping ~*~*~tactically~*~*~ (outnumbered).
 32401 | D:11     | 32401 ||| Stepping ~*~*~tactically~*~*~ (outnumbered).
 32403 | D:11     | 32403 ||| Stepping ~*~*~tactically~*~*~ (outnumbered).
 32405 | D:11     | 32405 ||| Stepping ~*~*~tactically~*~*~ (outnumbered).
 32407 | D:11     | 32407 ||| Stepping ~*~*~tactically~*~*~ (outnumbered).
 32409 | D:11     | 32409 ||| Stepping ~*~*~tactically~*~*~ (outnumbered).
 32411 | D:11     | 32411 ||| Stepping ~*~*~tactically~*~*~ (outnumbered).
 32413 | D:11     | 32413 ||| Stepping ~*~*~tactically~*~*~ (outnumbered).
 32415 | D:11     | 32415 ||| Stepping ~*~*~tactically~*~*~ (outnumbered).
 32417 | D:11     | 32417 ||| Stepping ~*~*~tactically~*~*~ (outnumbered).
 32419 | D:11     | 32419 ||| Stepping ~*~*~tactically~*~*~ (outnumbered).
 32421 | D:11     | 32421 ||| Stepping ~*~*~tactically~*~*~ (outnumbered).
 32423 | D:11     | 32423 ||| Stepping ~*~*~tactically~*~*~ (outnumbered).
 32425 | D:11     | 32425 ||| Stepping ~*~*~tactically~*~*~ (outnumbered).
 32427 | D:11     | 32427 ||| Stepping ~*~*~tactically~*~*~ (outnumbered).
 32429 | D:11     | 32429 ||| Stepping ~*~*~tactically~*~*~ (outnumbered).
 32431 | D:11     | 32431 ||| Stepping ~*~*~tactically~*~*~ (outnumbered).
 32433 | D:11     | 32433 ||| Stepping ~*~*~tactically~*~*~ (outnumbered).
 32435 | D:11     | 32435 ||| Stepping ~*~*~tactically~*~*~ (outnumbered).
 32437 | D:11     | 32437 ||| Stepping ~*~*~tactically~*~*~ (outnumbered).
 32439 | D:11     | 32439 ||| Stepping ~*~*~tactically~*~*~ (outnumbered).
 32441 | D:11     | 32441 ||| Stepping ~*~*~tactically~*~*~ (outnumbered).
 32443 | D:11     | 32443 ||| Stepping ~*~*~tactically~*~*~ (outnumbered).
 32445 | D:11     | 32445 ||| Stepping ~*~*~tactically~*~*~ (outnumbered).
 32447 | D:11     | 32447 ||| Stepping ~*~*~tactically~*~*~ (outnumbered).
 32449 | D:11     | 32449 ||| Stepping ~*~*~tactically~*~*~ (outnumbered).
 32451 | D:11     | 32451 ||| Stepping ~*~*~tactically~*~*~ (outnumbered).
 32453 | D:11     | 32453 ||| Stepping ~*~*~tactically~*~*~ (outnumbered).
 32455 | D:11     | 32455 ||| Stepping ~*~*~tactically~*~*~ (outnumbered).
 32457 | D:11     | 32457 ||| Stepping ~*~*~tactically~*~*~ (outnumbered).
 32459 | D:11     | 32459 ||| Stepping ~*~*~tactically~*~*~ (outnumbered).
 32461 | D:11     | 32461 ||| Stepping ~*~*~tactically~*~*~ (outnumbered).
 32463 | D:11     | 32463 ||| Stepping ~*~*~tactically~*~*~ (outnumbered).
 32465 | D:11     | 32465 ||| Stepping ~*~*~tactically~*~*~ (outnumbered).
 32467 | D:11     | 32467 ||| Stepping ~*~*~tactically~*~*~ (outnumbered).
 32469 | D:11     | 32469 ||| Stepping ~*~*~tactically~*~*~ (outnumbered).
 32471 | D:11     | 32471 ||| Stepping ~*~*~tactically~*~*~ (outnumbered).
 32473 | D:11     | 32473 ||| Stepping ~*~*~tactically~*~*~ (outnumbered).
 32475 | D:11     | 32475 ||| Stepping ~*~*~tactically~*~*~ (outnumbered).
 32477 | D:11     | 32477 ||| Stepping ~*~*~tactically~*~*~ (outnumbered).
 32479 | D:11     | 32479 ||| Stepping ~*~*~tactically~*~*~ (outnumbered).
 32481 | D:11     | 32481 ||| Stepping ~*~*~tactically~*~*~ (outnumbered).
 32483 | D:11     | 32483 ||| Stepping ~*~*~tactically~*~*~ (outnumbered).
 32485 | D:11     | 32485 ||| Stepping ~*~*~tactically~*~*~ (outnumbered).
 32487 | D:11     | 32487 ||| Stepping ~*~*~tactically~*~*~ (outnumbered).
 32489 | D:11     | 32489 ||| Stepping ~*~*~tactically~*~*~ (outnumbered).
 32491 | D:11     | 32491 ||| Stepping ~*~*~tactically~*~*~ (outnumbered).
 32493 | D:11     | 32493 ||| Stepping ~*~*~tactically~*~*~ (outnumbered).
 32495 | D:11     | 32495 ||| Stepping ~*~*~tactically~*~*~ (outnumbered).
 32497 | D:11     | 32497 ||| Stepping ~*~*~tactically~*~*~ (outnumbered).
 32499 | D:11     | 32499 ||| Stepping ~*~*~tactically~*~*~ (outnumbered).
 32501 | D:11     | 32501 ||| Stepping ~*~*~tactically~*~*~ (outnumbered).
 32503 | D:11     | 32503 ||| Stepping ~*~*~tactically~*~*~ (outnumbered).
 32505 | D:11     | 32505 ||| Stepping ~*~*~tactically~*~*~ (outnumbered).
 32507 | D:11     | 32507 ||| Stepping ~*~*~tactically~*~*~ (outnumbered).
 32509 | D:11     | 32509 ||| Stepping ~*~*~tactically~*~*~ (outnumbered).
 32511 | D:11     | 32511 ||| Stepping ~*~*~tactically~*~*~ (outnumbered).
 32513 | D:11     | 32513 ||| Stepping ~*~*~tactically~*~*~ (outnumbered).
 32515 | D:11     | 32515 ||| Stepping ~*~*~tactically~*~*~ (outnumbered).
 32517 | D:11     | 32517 ||| Stepping ~*~*~tactically~*~*~ (outnumbered).
 32519 | D:11     | 32519 ||| Stepping ~*~*~tactically~*~*~ (outnumbered).
 32521 | D:11     | 32521 ||| Stepping ~*~*~tactically~*~*~ (outnumbered).
 32523 | D:11     | 32523 ||| Stepping ~*~*~tactically~*~*~ (outnumbered).
 32525 | D:11     | 32525 ||| Stepping ~*~*~tactically~*~*~ (outnumbered).
 32527 | D:11     | 32527 ||| Stepping ~*~*~tactically~*~*~ (outnumbered).
 32529 | D:11     | 32529 ||| Stepping ~*~*~tactically~*~*~ (outnumbered).
 32531 | D:11     | 32531 ||| Stepping ~*~*~tactically~*~*~ (outnumbered).
 32533 | D:11     | 32533 ||| Stepping ~*~*~tactically~*~*~ (outnumbered).
 32535 | D:11     | 32535 ||| Stepping ~*~*~tactically~*~*~ (outnumbered).
 32537 | D:11     | 32537 ||| Stepping ~*~*~tactically~*~*~ (outnumbered).
 32539 | D:11     | 32539 ||| Stepping ~*~*~tactically~*~*~ (outnumbered).
 32541 | D:11     | 32541 ||| Stepping ~*~*~tactically~*~*~ (outnumbered).
 32543 | D:11     | 32543 ||| Stepping ~*~*~tactically~*~*~ (outnumbered).
 32545 | D:11     | 32545 ||| Stepping ~*~*~tactically~*~*~ (outnumbered).
 32547 | D:11     | 32547 ||| Stepping ~*~*~tactically~*~*~ (outnumbered).
 32549 | D:11     | 32549 ||| Stepping ~*~*~tactically~*~*~ (outnumbered).
 32551 | D:11     | 32551 ||| Stepping ~*~*~tactically~*~*~ (outnumbered).
 32553 | D:11     | 32553 ||| Stepping ~*~*~tactically~*~*~ (outnumbered).
 32555 | D:11     | 32555 ||| Stepping ~*~*~tactically~*~*~ (outnumbered).
 32557 | D:11     | 32557 ||| Stepping ~*~*~tactically~*~*~ (outnumbered).
 32559 | D:11     | 32559 ||| Stepping ~*~*~tactically~*~*~ (outnumbered).
 32561 | D:11     | 32561 ||| Stepping ~*~*~tactically~*~*~ (outnumbered).
 32563 | D:11     | 32563 ||| Stepping ~*~*~tactically~*~*~ (outnumbered).
 32565 | D:11     | 32565 ||| Stepping ~*~*~tactically~*~*~ (outnumbered).
 32567 | D:11     | 32567 ||| Stepping ~*~*~tactically~*~*~ (outnumbered).
 32569 | D:11     | 32569 ||| Stepping ~*~*~tactically~*~*~ (outnumbered).
 32571 | D:11     | 32571 ||| Stepping ~*~*~tactically~*~*~ (outnumbered).
 32573 | D:11     | 32573 ||| Stepping ~*~*~tactically~*~*~ (outnumbered).
 32575 | D:11     | 32575 ||| Stepping ~*~*~tactically~*~*~ (outnumbered).
 32577 | D:11     | 32577 ||| Stepping ~*~*~tactically~*~*~ (outnumbered).
 32579 | D:11     | 32579 ||| Stepping ~*~*~tactically~*~*~ (outnumbered).
 32581 | D:11     | 32581 ||| Stepping ~*~*~tactically~*~*~ (outnumbered).
 32583 | D:11     | 32583 ||| Stepping ~*~*~tactically~*~*~ (outnumbered).
 32585 | D:11     | 32585 ||| Stepping ~*~*~tactically~*~*~ (outnumbered).
 32587 | D:11     | 32587 ||| Stepping ~*~*~tactically~*~*~ (outnumbered).
 32589 | D:11     | 32589 ||| Stepping ~*~*~tactically~*~*~ (outnumbered).
 32591 | D:11     | 32591 ||| Stepping ~*~*~tactically~*~*~ (outnumbered).
 32593 | D:11     | 32593 ||| Stepping ~*~*~tactically~*~*~ (outnumbered).
 32595 | D:11     | 32595 ||| Stepping ~*~*~tactically~*~*~ (outnumbered).
 32597 | D:11     | 32597 ||| Stepping ~*~*~tactically~*~*~ (outnumbered).
 32599 | D:11     | 32599 ||| Stepping ~*~*~tactically~*~*~ (outnumbered).
 32601 | D:11     | 32601 ||| Stepping ~*~*~tactically~*~*~ (outnumbered).
 32603 | D:11     | 32603 ||| Stepping ~*~*~tactically~*~*~ (outnumbered).
 32605 | D:11     | 32605 ||| Stepping ~*~*~tactically~*~*~ (outnumbered).
 32607 | D:11     | 32607 ||| Stepping ~*~*~tactically~*~*~ (outnumbered).
 32609 | D:11     | 32609 ||| Stepping ~*~*~tactically~*~*~ (outnumbered).
 32611 | D:11     | 32611 ||| Stepping ~*~*~tactically~*~*~ (outnumbered).
 32613 | D:11     | 32613 ||| Stepping ~*~*~tactically~*~*~ (outnumbered).
 32615 | D:11     | 32615 ||| Stepping ~*~*~tactically~*~*~ (outnumbered).
 32617 | D:11     | 32617 ||| Stepping ~*~*~tactically~*~*~ (outnumbered).
 32619 | D:11     | 32619 ||| Stepping ~*~*~tactically~*~*~ (outnumbered).
 32621 | D:11     | 32621 ||| Stepping ~*~*~tactically~*~*~ (outnumbered).
 32623 | D:11     | 32623 ||| Stepping ~*~*~tactically~*~*~ (outnumbered).
 32625 | D:11     | 32625 ||| Stepping ~*~*~tactically~*~*~ (outnumbered).
 32627 | D:11     | 32627 ||| Stepping ~*~*~tactically~*~*~ (outnumbered).
 32629 | D:11     | 32629 ||| Stepping ~*~*~tactically~*~*~ (outnumbered).
 32631 | D:11     | 32631 ||| Stepping ~*~*~tactically~*~*~ (outnumbered).
 32633 | D:11     | 32633 ||| Stepping ~*~*~tactically~*~*~ (outnumbered).
 32635 | D:11     | 32635 ||| Stepping ~*~*~tactically~*~*~ (outnumbered).
 32637 | D:11     | 32637 ||| Stepping ~*~*~tactically~*~*~ (outnumbered).
 32639 | D:11     | 32639 ||| Stepping ~*~*~tactically~*~*~ (outnumbered).
 32641 | D:11     | 32641 ||| Stepping ~*~*~tactically~*~*~ (outnumbered).
 32643 | D:11     | 32643 ||| Stepping ~*~*~tactically~*~*~ (outnumbered).
 32645 | D:11     | 32645 ||| Stepping ~*~*~tactically~*~*~ (outnumbered).
 32647 | D:11     | 32647 ||| Stepping ~*~*~tactically~*~*~ (outnumbered).
 32649 | D:11     | 32649 ||| Stepping ~*~*~tactically~*~*~ (outnumbered).
 32651 | D:11     | 32651 ||| Stepping ~*~*~tactically~*~*~ (outnumbered).
 32653 | D:11     | 32653 ||| Stepping ~*~*~tactically~*~*~ (outnumbered).
 32655 | D:11     | 32655 ||| Stepping ~*~*~tactically~*~*~ (outnumbered).
 32657 | D:11     | 32657 ||| Stepping ~*~*~tactically~*~*~ (outnumbered).
 32659 | D:11     | 32659 ||| Stepping ~*~*~tactically~*~*~ (outnumbered).
 32661 | D:11     | 32661 ||| Stepping ~*~*~tactically~*~*~ (outnumbered).
 32663 | D:11     | 32663 ||| Stepping ~*~*~tactically~*~*~ (outnumbered).
 32665 | D:11     | 32665 ||| Stepping ~*~*~tactically~*~*~ (outnumbered).
 32667 | D:11     | 32667 ||| Stepping ~*~*~tactically~*~*~ (outnumbered).
 32669 | D:11     | 32669 ||| Stepping ~*~*~tactically~*~*~ (outnumbered).
 32671 | D:11     | 32671 ||| Stepping ~*~*~tactically~*~*~ (outnumbered).
 32673 | D:11     | 32673 ||| Stepping ~*~*~tactically~*~*~ (outnumbered).
 32675 | D:11     | 32675 ||| Stepping ~*~*~tactically~*~*~ (outnumbered).
 32677 | D:11     | 32677 ||| Stepping ~*~*~tactically~*~*~ (outnumbered).
 32679 | D:11     | 32679 ||| Stepping ~*~*~tactically~*~*~ (outnumbered).
 32681 | D:11     | 32681 ||| Stepping ~*~*~tactically~*~*~ (outnumbered).
 32683 | D:11     | 32683 ||| Stepping ~*~*~tactically~*~*~ (outnumbered).
 32685 | D:11     | 32685 ||| Stepping ~*~*~tactically~*~*~ (outnumbered).
 32687 | D:11     | 32687 ||| Stepping ~*~*~tactically~*~*~ (outnumbered).
 32689 | D:11     | 32689 ||| Stepping ~*~*~tactically~*~*~ (outnumbered).
 32691 | D:11     | 32691 ||| Stepping ~*~*~tactically~*~*~ (outnumbered).
 32693 | D:11     | 32693 ||| Stepping ~*~*~tactically~*~*~ (outnumbered).
 32695 | D:11     | 32695 ||| Stepping ~*~*~tactically~*~*~ (outnumbered).
 32697 | D:11     | 32697 ||| Stepping ~*~*~tactically~*~*~ (outnumbered).
 32699 | D:11     | 32699 ||| Stepping ~*~*~tactically~*~*~ (outnumbered).
 32701 | D:11     | 32701 ||| Stepping ~*~*~tactically~*~*~ (outnumbered).
 32703 | D:11     | 32703 ||| Stepping ~*~*~tactically~*~*~ (outnumbered).
 32705 | D:11     | 32705 ||| Stepping ~*~*~tactically~*~*~ (outnumbered).
 32707 | D:11     | 32707 ||| Stepping ~*~*~tactically~*~*~ (outnumbered).
 32709 | D:11     | 32709 ||| Stepping ~*~*~tactically~*~*~ (outnumbered).
 32711 | D:11     | 32711 ||| Stepping ~*~*~tactically~*~*~ (outnumbered).
 32713 | D:11     | 32713 ||| Stepping ~*~*~tactically~*~*~ (outnumbered).
 32715 | D:11     | 32715 ||| Stepping ~*~*~tactically~*~*~ (outnumbered).
 32717 | D:11     | 32717 ||| Stepping ~*~*~tactically~*~*~ (outnumbered).
 32719 | D:11     | 32719 ||| Stepping ~*~*~tactically~*~*~ (outnumbered).
 32721 | D:11     | 32721 ||| Stepping ~*~*~tactically~*~*~ (outnumbered).
 32723 | D:11     | 32723 ||| Stepping ~*~*~tactically~*~*~ (outnumbered).
 32725 | D:11     | 32725 ||| Stepping ~*~*~tactically~*~*~ (outnumbered).
 32727 | D:11     | 32727 ||| Stepping ~*~*~tactically~*~*~ (outnumbered).
 32729 | D:11     | 32729 ||| Stepping ~*~*~tactically~*~*~ (outnumbered).
 32731 | D:11     | 32731 ||| Stepping ~*~*~tactically~*~*~ (outnumbered).
 32733 | D:11     | 32733 ||| Stepping ~*~*~tactically~*~*~ (outnumbered).
 32735 | D:11     | 32735 ||| Stepping ~*~*~tactically~*~*~ (outnumbered).
 32737 | D:11     | 32737 ||| Stepping ~*~*~tactically~*~*~ (outnumbered).
 32739 | D:11     | 32739 ||| Stepping ~*~*~tactically~*~*~ (outnumbered).
 32741 | D:11     | 32741 ||| Stepping ~*~*~tactically~*~*~ (outnumbered).
 32743 | D:11     | 32743 ||| Stepping ~*~*~tactically~*~*~ (outnumbered).
 32745 | D:11     | 32745 ||| Stepping ~*~*~tactically~*~*~ (outnumbered).
 32747 | D:11     | 32747 ||| Stepping ~*~*~tactically~*~*~ (outnumbered).
 32749 | D:11     | 32749 ||| Stepping ~*~*~tactically~*~*~ (outnumbered).
 32751 | D:11     | 32751 ||| Stepping ~*~*~tactically~*~*~ (outnumbered).
 32753 | D:11     | 32753 ||| Stepping ~*~*~tactically~*~*~ (outnumbered).
 32755 | D:11     | 32755 ||| Stepping ~*~*~tactically~*~*~ (outnumbered).
 32757 | D:11     | 32757 ||| Stepping ~*~*~tactically~*~*~ (outnumbered).
 32759 | D:11     | 32759 ||| Stepping ~*~*~tactically~*~*~ (outnumbered).
 32761 | D:11     | 32761 ||| Stepping ~*~*~tactically~*~*~ (outnumbered).
 32763 | D:11     | 32763 ||| Stepping ~*~*~tactically~*~*~ (outnumbered).
 32765 | D:11     | 32765 ||| Stepping ~*~*~tactically~*~*~ (outnumbered).
 32767 | D:11     | 32767 ||| Stepping ~*~*~tactically~*~*~ (outnumbered).
 32769 | D:11     | 32769 ||| Stepping ~*~*~tactically~*~*~ (outnumbered).
 32771 | D:11     | 32771 ||| Stepping ~*~*~tactically~*~*~ (outnumbered).
 32773 | D:11     | 32773 ||| Stepping ~*~*~tactically~*~*~ (outnumbered).
 32775 | D:11     | 32775 ||| Stepping ~*~*~tactically~*~*~ (outnumbered).
 32777 | D:11     | 32777 ||| Stepping ~*~*~tactically~*~*~ (outnumbered).
 32779 | D:11     | 32779 ||| Stepping ~*~*~tactically~*~*~ (outnumbered).
 32781 | D:11     | 32781 ||| Stepping ~*~*~tactically~*~*~ (outnumbered).
 32783 | D:11     | 32783 ||| Stepping ~*~*~tactically~*~*~ (outnumbered).
 32785 | D:11     | 32785 ||| Stepping ~*~*~tactically~*~*~ (outnumbered).
 32787 | D:11     | 32787 ||| Stepping ~*~*~tactically~*~*~ (outnumbered).
 32789 | D:11     | 32789 ||| Stepping ~*~*~tactically~*~*~ (outnumbered).
 32791 | D:11     | 32791 ||| Stepping ~*~*~tactically~*~*~ (outnumbered).
 32793 | D:11     | 32793 ||| Stepping ~*~*~tactically~*~*~ (outnumbered).
 32795 | D:11     | 32795 ||| Stepping ~*~*~tactically~*~*~ (outnumbered).
 32797 | D:11     | 32797 ||| Stepping ~*~*~tactically~*~*~ (outnumbered).
 32799 | D:11     | 32799 ||| Stepping ~*~*~tactically~*~*~ (outnumbered).
 32801 | D:11     | 32801 ||| Stepping ~*~*~tactically~*~*~ (outnumbered).
 32803 | D:11     | 32803 ||| Stepping ~*~*~tactically~*~*~ (outnumbered).
 32805 | D:11     | 32805 ||| Stepping ~*~*~tactically~*~*~ (outnumbered).
 32807 | D:11     | 32807 ||| Stepping ~*~*~tactically~*~*~ (outnumbered).
 32809 | D:11     | 32809 ||| Stepping ~*~*~tactically~*~*~ (outnumbered).
 32811 | D:11     | 32811 ||| Stepping ~*~*~tactically~*~*~ (outnumbered).
 32813 | D:11     | 32813 ||| Stepping ~*~*~tactically~*~*~ (outnumbered).
 32815 | D:11     | 32815 ||| Stepping ~*~*~tactically~*~*~ (outnumbered).
 32817 | D:11     | 32817 ||| Stepping ~*~*~tactically~*~*~ (outnumbered).
 32819 | D:11     | 32819 ||| Stepping ~*~*~tactically~*~*~ (outnumbered).
 32821 | D:11     | 32821 ||| Stepping ~*~*~tactically~*~*~ (outnumbered).
 32823 | D:11     | 32823 ||| Stepping ~*~*~tactically~*~*~ (outnumbered).
 32825 | D:11     | 32825 ||| Stepping ~*~*~tactically~*~*~ (outnumbered).
 32827 | D:11     | 32827 ||| Stepping ~*~*~tactically~*~*~ (outnumbered).
 32829 | D:11     | 32829 ||| Stepping ~*~*~tactically~*~*~ (outnumbered).
 32831 | D:11     | 32831 ||| Stepping ~*~*~tactically~*~*~ (outnumbered).
 32833 | D:11     | 32833 ||| Stepping ~*~*~tactically~*~*~ (outnumbered).
 32835 | D:11     | 32835 ||| Stepping ~*~*~tactically~*~*~ (outnumbered).
 32837 | D:11     | 32837 ||| Stepping ~*~*~tactically~*~*~ (outnumbered).
 32839 | D:11     | 32839 ||| Stepping ~*~*~tactically~*~*~ (outnumbered).
 32841 | D:11     | 32841 ||| Stepping ~*~*~tactically~*~*~ (outnumbered).
 32843 | D:11     | 32843 ||| Stepping ~*~*~tactically~*~*~ (outnumbered).
 32845 | D:11     | 32845 ||| Stepping ~*~*~tactically~*~*~ (outnumbered).
 32847 | D:11     | 32847 ||| Stepping ~*~*~tactically~*~*~ (outnumbered).
 32849 | D:11     | 32849 ||| Stepping ~*~*~tactically~*~*~ (outnumbered).
 32851 | D:11     | 32851 ||| Stepping ~*~*~tactically~*~*~ (outnumbered).
 32853 | D:11     | 32853 ||| Stepping ~*~*~tactically~*~*~ (outnumbered).
 32855 | D:11     | 32855 ||| Stepping ~*~*~tactically~*~*~ (outnumbered).
 32857 | D:11     | 32857 ||| Stepping ~*~*~tactically~*~*~ (outnumbered).
 32859 | D:11     | 32859 ||| Stepping ~*~*~tactically~*~*~ (outnumbered).
 32861 | D:11     | 32861 ||| Stepping ~*~*~tactically~*~*~ (outnumbered).
 32863 | D:11     | 32863 ||| Stepping ~*~*~tactically~*~*~ (outnumbered).
 32865 | D:11     | 32865 ||| Stepping ~*~*~tactically~*~*~ (outnumbered).
 32867 | D:11     | 32867 ||| Stepping ~*~*~tactically~*~*~ (outnumbered).
 32869 | D:11     | 32869 ||| Stepping ~*~*~tactically~*~*~ (outnumbered).
 32871 | D:11     | 32871 ||| Stepping ~*~*~tactically~*~*~ (outnumbered).
 32873 | D:11     | 32873 ||| Stepping ~*~*~tactically~*~*~ (outnumbered).
 32875 | D:11     | 32875 ||| Stepping ~*~*~tactically~*~*~ (outnumbered).
 32877 | D:11     | 32877 ||| Stepping ~*~*~tactically~*~*~ (outnumbered).
 32879 | D:11     | 32879 ||| Stepping ~*~*~tactically~*~*~ (outnumbered).
 32881 | D:11     | 32881 ||| Stepping ~*~*~tactically~*~*~ (outnumbered).
 32883 | D:11     | 32883 ||| Stepping ~*~*~tactically~*~*~ (outnumbered).
 32885 | D:11     | 32885 ||| Stepping ~*~*~tactically~*~*~ (outnumbered).
 32887 | D:11     | 32887 ||| Stepping ~*~*~tactically~*~*~ (outnumbered).
 32889 | D:11     | 32889 ||| Stepping ~*~*~tactically~*~*~ (outnumbered).
 32891 | D:11     | 32891 ||| Stepping ~*~*~tactically~*~*~ (outnumbered).
 32893 | D:11     | 32893 ||| Stepping ~*~*~tactically~*~*~ (outnumbered).
 32895 | D:11     | 32895 ||| Stepping ~*~*~tactically~*~*~ (outnumbered).
 32897 | D:11     | 32897 ||| Stepping ~*~*~tactically~*~*~ (outnumbered).
 32899 | D:11     | 32899 ||| Stepping ~*~*~tactically~*~*~ (outnumbered).
 32901 | D:11     | 32901 ||| Stepping ~*~*~tactically~*~*~ (outnumbered).
 32903 | D:11     | 32903 ||| Stepping ~*~*~tactically~*~*~ (outnumbered).
 32905 | D:11     | 32905 ||| Stepping ~*~*~tactically~*~*~ (outnumbered).
 32907 | D:11     | 32907 ||| Stepping ~*~*~tactically~*~*~ (outnumbered).
 32909 | D:11     | 32909 ||| Stepping ~*~*~tactically~*~*~ (outnumbered).
 32911 | D:11     | 32911 ||| Stepping ~*~*~tactically~*~*~ (outnumbered).
 32913 | D:11     | 32913 ||| Stepping ~*~*~tactically~*~*~ (outnumbered).
 32915 | D:11     | 32915 ||| Stepping ~*~*~tactically~*~*~ (outnumbered).
 32917 | D:11     | 32917 ||| Stepping ~*~*~tactically~*~*~ (outnumbered).
 32919 | D:11     | 32919 ||| Stepping ~*~*~tactically~*~*~ (outnumbered).
 32921 | D:11     | 32921 ||| Stepping ~*~*~tactically~*~*~ (outnumbered).
 32923 | D:11     | 32923 ||| Stepping ~*~*~tactically~*~*~ (outnumbered).
 32925 | D:11     | 32925 ||| Stepping ~*~*~tactically~*~*~ (outnumbered).
 32927 | D:11     | 32927 ||| Stepping ~*~*~tactically~*~*~ (outnumbered).
 32929 | D:11     | 32929 ||| Stepping ~*~*~tactically~*~*~ (outnumbered).
 32931 | D:11     | 32931 ||| Stepping ~*~*~tactically~*~*~ (outnumbered).
 32933 | D:11     | 32933 ||| Stepping ~*~*~tactically~*~*~ (outnumbered).
 32935 | D:11     | 32935 ||| Stepping ~*~*~tactically~*~*~ (outnumbered).
 32937 | D:11     | 32937 ||| Stepping ~*~*~tactically~*~*~ (outnumbered).
 32939 | D:11     | 32939 ||| Stepping ~*~*~tactically~*~*~ (outnumbered).
 32941 | D:11     | 32941 ||| Stepping ~*~*~tactically~*~*~ (outnumbered).
 32943 | D:11     | 32943 ||| Stepping ~*~*~tactically~*~*~ (outnumbered).
 32945 | D:11     | 32945 ||| Stepping ~*~*~tactically~*~*~ (outnumbered).
 32947 | D:11     | 32947 ||| Stepping ~*~*~tactically~*~*~ (outnumbered).
 32949 | D:11     | 32949 ||| Stepping ~*~*~tactically~*~*~ (outnumbered).
 32951 | D:11     | 32951 ||| Stepping ~*~*~tactically~*~*~ (outnumbered).
 32953 | D:11     | 32953 ||| Stepping ~*~*~tactically~*~*~ (outnumbered).
 32955 | D:11     | 32955 ||| Stepping ~*~*~tactically~*~*~ (outnumbered).
 32957 | D:11     | 32957 ||| Stepping ~*~*~tactically~*~*~ (outnumbered).
 32959 | D:11     | 32959 ||| Stepping ~*~*~tactically~*~*~ (outnumbered).
 32961 | D:11     | 32961 ||| Stepping ~*~*~tactically~*~*~ (outnumbered).
 32963 | D:11     | 32963 ||| Stepping ~*~*~tactically~*~*~ (outnumbered).
 32965 | D:11     | 32965 ||| Stepping ~*~*~tactically~*~*~ (outnumbered).
 32967 | D:11     | 32967 ||| Stepping ~*~*~tactically~*~*~ (outnumbered).
 32969 | D:11     | 32969 ||| Stepping ~*~*~tactically~*~*~ (outnumbered).
 32971 | D:11     | 32971 ||| Stepping ~*~*~tactically~*~*~ (outnumbered).
 32973 | D:11     | 32973 ||| Stepping ~*~*~tactically~*~*~ (outnumbered).
 32975 | D:11     | 32975 ||| Stepping ~*~*~tactically~*~*~ (outnumbered).
 32977 | D:11     | 32977 ||| Stepping ~*~*~tactically~*~*~ (outnumbered).
 32979 | D:11     | 32979 ||| Stepping ~*~*~tactically~*~*~ (outnumbered).
 32981 | D:11     | 32981 ||| Stepping ~*~*~tactically~*~*~ (outnumbered).
 32983 | D:11     | 32983 ||| Stepping ~*~*~tactically~*~*~ (outnumbered).
 32985 | D:11     | 32985 ||| Stepping ~*~*~tactically~*~*~ (outnumbered).
 32987 | D:11     | 32987 ||| Stepping ~*~*~tactically~*~*~ (outnumbered).
 32989 | D:11     | 32989 ||| Stepping ~*~*~tactically~*~*~ (outnumbered).
 32991 | D:11     | 32991 ||| Stepping ~*~*~tactically~*~*~ (outnumbered).
 32993 | D:11     | 32993 ||| Stepping ~*~*~tactically~*~*~ (outnumbered).
 32995 | D:11     | 32995 ||| Stepping ~*~*~tactically~*~*~ (outnumbered).
 32997 | D:11     | 32997 ||| Stepping ~*~*~tactically~*~*~ (outnumbered).
 32999 | D:11     | 32999 ||| Stepping ~*~*~tactically~*~*~ (outnumbered).
 33001 | D:11     | 33001 ||| Stepping ~*~*~tactically~*~*~ (outnumbered).
 33003 | D:11     | 33003 ||| Stepping ~*~*~tactically~*~*~ (outnumbered).
 33005 | D:11     | 33005 ||| Stepping ~*~*~tactically~*~*~ (outnumbered).
 33007 | D:11     | 33007 ||| Stepping ~*~*~tactically~*~*~ (outnumbered).
 33009 | D:11     | 33009 ||| Stepping ~*~*~tactically~*~*~ (outnumbered).
 33011 | D:11     | 33011 ||| Stepping ~*~*~tactically~*~*~ (outnumbered).
 33013 | D:11     | 33013 ||| Stepping ~*~*~tactically~*~*~ (outnumbered).
 33015 | D:11     | 33015 ||| Stepping ~*~*~tactically~*~*~ (outnumbered).
 33017 | D:11     | 33017 ||| Stepping ~*~*~tactically~*~*~ (outnumbered).
 33019 | D:11     | 33019 ||| Stepping ~*~*~tactically~*~*~ (outnumbered).
 33021 | D:11     | 33021 ||| Stepping ~*~*~tactically~*~*~ (outnumbered).
 33023 | D:11     | 33023 ||| Stepping ~*~*~tactically~*~*~ (outnumbered).
 33025 | D:11     | 33025 ||| Stepping ~*~*~tactically~*~*~ (outnumbered).
 33027 | D:11     | 33027 ||| Stepping ~*~*~tactically~*~*~ (outnumbered).
 33029 | D:11     | 33029 ||| Stepping ~*~*~tactically~*~*~ (outnumbered).
 33031 | D:11     | 33031 ||| Stepping ~*~*~tactically~*~*~ (outnumbered).
 33033 | D:11     | 33033 ||| Stepping ~*~*~tactically~*~*~ (outnumbered).
 33035 | D:11     | 33035 ||| Stepping ~*~*~tactically~*~*~ (outnumbered).
 33037 | D:11     | 33037 ||| Stepping ~*~*~tactically~*~*~ (outnumbered).
 33039 | D:11     | 33039 ||| Stepping ~*~*~tactically~*~*~ (outnumbered).
 33041 | D:11     | 33041 ||| Stepping ~*~*~tactically~*~*~ (outnumbered).
 33043 | D:11     | 33043 ||| Stepping ~*~*~tactically~*~*~ (outnumbered).
 33045 | D:11     | 33045 ||| Stepping ~*~*~tactically~*~*~ (outnumbered).
 33047 | D:11     | 33047 ||| Stepping ~*~*~tactically~*~*~ (outnumbered).
 33049 | D:11     | 33049 ||| Stepping ~*~*~tactically~*~*~ (outnumbered).
 33051 | D:11     | 33051 ||| Stepping ~*~*~tactically~*~*~ (outnumbered).
 33053 | D:11     | 33053 ||| Stepping ~*~*~tactically~*~*~ (outnumbered).
 33055 | D:11     | 33055 ||| Stepping ~*~*~tactically~*~*~ (outnumbered).
 33057 | D:11     | 33057 ||| Stepping ~*~*~tactically~*~*~ (outnumbered).
 33059 | D:11     | 33059 ||| Stepping ~*~*~tactically~*~*~ (outnumbered).
 33061 | D:11     | 33061 ||| Stepping ~*~*~tactically~*~*~ (outnumbered).
 33063 | D:11     | 33063 ||| Stepping ~*~*~tactically~*~*~ (outnumbered).
 33065 | D:11     | 33065 ||| Stepping ~*~*~tactically~*~*~ (outnumbered).
 33067 | D:11     | 33067 ||| Stepping ~*~*~tactically~*~*~ (outnumbered).
 33069 | D:11     | 33069 ||| Stepping ~*~*~tactically~*~*~ (outnumbered).
 33071 | D:11     | 33071 ||| Stepping ~*~*~tactically~*~*~ (outnumbered).
 33073 | D:11     | 33073 ||| Stepping ~*~*~tactically~*~*~ (outnumbered).
 33075 | D:11     | 33075 ||| Stepping ~*~*~tactically~*~*~ (outnumbered).
 33077 | D:11     | 33077 ||| Stepping ~*~*~tactically~*~*~ (outnumbered).
 33079 | D:11     | 33079 ||| Stepping ~*~*~tactically~*~*~ (outnumbered).
 33081 | D:11     | 33081 ||| Stepping ~*~*~tactically~*~*~ (outnumbered).
 33083 | D:11     | 33083 ||| Stepping ~*~*~tactically~*~*~ (outnumbered).
 33085 | D:11     | 33085 ||| Stepping ~*~*~tactically~*~*~ (outnumbered).
 33087 | D:11     | 33087 ||| Stepping ~*~*~tactically~*~*~ (outnumbered).
 33089 | D:11     | 33089 ||| Stepping ~*~*~tactically~*~*~ (outnumbered).
 33091 | D:11     | 33091 ||| Stepping ~*~*~tactically~*~*~ (outnumbered).
 33093 | D:11     | 33093 ||| Stepping ~*~*~tactically~*~*~ (outnumbered).
 33095 | D:11     | 33095 ||| Stepping ~*~*~tactically~*~*~ (outnumbered).
 33097 | D:11     | 33097 ||| Stepping ~*~*~tactically~*~*~ (outnumbered).
 33099 | D:11     | 33099 ||| Stepping ~*~*~tactically~*~*~ (outnumbered).
 33101 | D:11     | 33101 ||| Stepping ~*~*~tactically~*~*~ (outnumbered).
 33103 | D:11     | 33103 ||| Stepping ~*~*~tactically~*~*~ (outnumbered).
 33105 | D:11     | 33105 ||| Stepping ~*~*~tactically~*~*~ (outnumbered).
 33107 | D:11     | 33107 ||| Stepping ~*~*~tactically~*~*~ (outnumbered).
 33109 | D:11     | 33109 ||| Stepping ~*~*~tactically~*~*~ (outnumbered).
 33111 | D:11     | 33111 ||| Stepping ~*~*~tactically~*~*~ (outnumbered).
 33113 | D:11     | 33113 ||| Stepping ~*~*~tactically~*~*~ (outnumbered).
 33115 | D:11     | 33115 ||| Stepping ~*~*~tactically~*~*~ (outnumbered).
 33117 | D:11     | 33117 ||| Stepping ~*~*~tactically~*~*~ (outnumbered).
 33119 | D:11     | 33119 ||| Stepping ~*~*~tactically~*~*~ (outnumbered).
 33121 | D:11     | 33121 ||| Stepping ~*~*~tactically~*~*~ (outnumbered).
 33123 | D:11     | 33123 ||| Stepping ~*~*~tactically~*~*~ (outnumbered).
 33125 | D:11     | 33125 ||| Stepping ~*~*~tactically~*~*~ (outnumbered).
 33127 | D:11     | 33127 ||| Stepping ~*~*~tactically~*~*~ (outnumbered).
 33129 | D:11     | 33129 ||| Stepping ~*~*~tactically~*~*~ (outnumbered).
 33131 | D:11     | 33131 ||| Stepping ~*~*~tactically~*~*~ (outnumbered).
 33133 | D:11     | 33133 ||| Stepping ~*~*~tactically~*~*~ (outnumbered).
 33135 | D:11     | 33135 ||| Stepping ~*~*~tactically~*~*~ (outnumbered).
 33137 | D:11     | 33137 ||| Stepping ~*~*~tactically~*~*~ (outnumbered).
 33139 | D:11     | 33139 ||| Stepping ~*~*~tactically~*~*~ (outnumbered).
 33141 | D:11     | 33141 ||| Stepping ~*~*~tactically~*~*~ (outnumbered).
 33143 | D:11     | 33143 ||| Stepping ~*~*~tactically~*~*~ (outnumbered).
 33145 | D:11     | 33145 ||| Stepping ~*~*~tactically~*~*~ (outnumbered).
 33147 | D:11     | 33147 ||| Stepping ~*~*~tactically~*~*~ (outnumbered).
 33149 | D:11     | 33149 ||| Stepping ~*~*~tactically~*~*~ (outnumbered).
 33151 | D:11     | 33151 ||| Stepping ~*~*~tactically~*~*~ (outnumbered).
 33153 | D:11     | 33153 ||| Stepping ~*~*~tactically~*~*~ (outnumbered).
 33155 | D:11     | 33155 ||| Stepping ~*~*~tactically~*~*~ (outnumbered).
 33157 | D:11     | 33157 ||| Stepping ~*~*~tactically~*~*~ (outnumbered).
 33159 | D:11     | 33159 ||| Stepping ~*~*~tactically~*~*~ (outnumbered).
 33161 | D:11     | 33161 ||| Stepping ~*~*~tactically~*~*~ (outnumbered).
 33163 | D:11     | 33163 ||| Stepping ~*~*~tactically~*~*~ (outnumbered).
 33165 | D:11     | 33165 ||| Stepping ~*~*~tactically~*~*~ (outnumbered).
 33167 | D:11     | 33167 ||| Stepping ~*~*~tactically~*~*~ (outnumbered).
 33169 | D:11     | 33169 ||| Stepping ~*~*~tactically~*~*~ (outnumbered).
 33171 | D:11     | 33171 ||| Stepping ~*~*~tactically~*~*~ (outnumbered).
 33173 | D:11     | 33173 ||| Stepping ~*~*~tactically~*~*~ (outnumbered).
 33175 | D:11     | 33175 ||| Stepping ~*~*~tactically~*~*~ (outnumbered).
 33177 | D:11     | 33177 ||| Stepping ~*~*~tactically~*~*~ (outnumbered).
 33179 | D:11     | 33179 ||| Stepping ~*~*~tactically~*~*~ (outnumbered).
 33181 | D:11     | 33181 ||| Stepping ~*~*~tactically~*~*~ (outnumbered).
 33183 | D:11     | 33183 ||| Stepping ~*~*~tactically~*~*~ (outnumbered).
 33185 | D:11     | 33185 ||| Stepping ~*~*~tactically~*~*~ (outnumbered).
 33187 | D:11     | 33187 ||| Stepping ~*~*~tactically~*~*~ (outnumbered).
 33189 | D:11     | 33189 ||| Stepping ~*~*~tactically~*~*~ (outnumbered).
 33191 | D:11     | 33191 ||| Stepping ~*~*~tactically~*~*~ (outnumbered).
 33193 | D:11     | 33193 ||| Stepping ~*~*~tactically~*~*~ (outnumbered).
 33195 | D:11     | 33195 ||| Stepping ~*~*~tactically~*~*~ (outnumbered).
 33197 | D:11     | 33197 ||| Stepping ~*~*~tactically~*~*~ (outnumbered).
 33199 | D:11     | 33199 ||| Stepping ~*~*~tactically~*~*~ (outnumbered).
 33201 | D:11     | 33201 ||| Stepping ~*~*~tactically~*~*~ (outnumbered).
 33203 | D:11     | 33203 ||| Stepping ~*~*~tactically~*~*~ (outnumbered).
 33205 | D:11     | 33205 ||| Stepping ~*~*~tactically~*~*~ (outnumbered).
 33207 | D:11     | 33207 ||| Stepping ~*~*~tactically~*~*~ (outnumbered).
 33209 | D:11     | 33209 ||| Stepping ~*~*~tactically~*~*~ (outnumbered).
 33211 | D:11     | 33211 ||| Stepping ~*~*~tactically~*~*~ (outnumbered).
 33213 | D:11     | 33213 ||| Stepping ~*~*~tactically~*~*~ (outnumbered).
 33215 | D:11     | 33215 ||| Stepping ~*~*~tactically~*~*~ (outnumbered).
 33217 | D:11     | 33217 ||| Stepping ~*~*~tactically~*~*~ (outnumbered).
 33219 | D:11     | 33219 ||| Stepping ~*~*~tactically~*~*~ (outnumbered).
 33221 | D:11     | 33221 ||| Stepping ~*~*~tactically~*~*~ (outnumbered).
 33223 | D:11     | 33223 ||| Stepping ~*~*~tactically~*~*~ (outnumbered).
 33225 | D:11     | 33225 ||| Stepping ~*~*~tactically~*~*~ (outnumbered).
 33227 | D:11     | 33227 ||| Stepping ~*~*~tactically~*~*~ (outnumbered).
 33229 | D:11     | 33229 ||| Stepping ~*~*~tactically~*~*~ (outnumbered).
 33231 | D:11     | 33231 ||| Stepping ~*~*~tactically~*~*~ (outnumbered).
 33233 | D:11     | 33233 ||| Stepping ~*~*~tactically~*~*~ (outnumbered).
 33235 | D:11     | 33235 ||| Stepping ~*~*~tactically~*~*~ (outnumbered).
 33237 | D:11     | 33237 ||| Stepping ~*~*~tactically~*~*~ (outnumbered).
 33239 | D:11     | 33239 ||| Stepping ~*~*~tactically~*~*~ (outnumbered).
 33241 | D:11     | 33241 ||| Stepping ~*~*~tactically~*~*~ (outnumbered).
 33243 | D:11     | 33243 ||| Stepping ~*~*~tactically~*~*~ (outnumbered).
 33245 | D:11     | 33245 ||| Stepping ~*~*~tactically~*~*~ (outnumbered).
 33247 | D:11     | 33247 ||| Stepping ~*~*~tactically~*~*~ (outnumbered).
 33249 | D:11     | 33249 ||| Stepping ~*~*~tactically~*~*~ (outnumbered).
 33251 | D:11     | 33251 ||| Stepping ~*~*~tactically~*~*~ (outnumbered).
 33253 | D:11     | 33253 ||| Stepping ~*~*~tactically~*~*~ (outnumbered).
 33255 | D:11     | 33255 ||| Stepping ~*~*~tactically~*~*~ (outnumbered).
 33257 | D:11     | 33257 ||| Stepping ~*~*~tactically~*~*~ (outnumbered).
 33259 | D:11     | 33259 ||| Stepping ~*~*~tactically~*~*~ (outnumbered).
 33261 | D:11     | 33261 ||| Stepping ~*~*~tactically~*~*~ (outnumbered).
 33263 | D:11     | 33263 ||| Stepping ~*~*~tactically~*~*~ (outnumbered).
 33265 | D:11     | 33265 ||| Stepping ~*~*~tactically~*~*~ (outnumbered).
 33267 | D:11     | 33267 ||| Stepping ~*~*~tactically~*~*~ (outnumbered).
 33269 | D:11     | 33269 ||| Stepping ~*~*~tactically~*~*~ (outnumbered).
 33271 | D:11     | 33271 ||| Stepping ~*~*~tactically~*~*~ (outnumbered).
 33273 | D:11     | 33273 ||| Stepping ~*~*~tactically~*~*~ (outnumbered).
 33275 | D:11     | 33275 ||| Stepping ~*~*~tactically~*~*~ (outnumbered).
 33277 | D:11     | 33277 ||| Stepping ~*~*~tactically~*~*~ (outnumbered).
 33279 | D:11     | 33279 ||| Stepping ~*~*~tactically~*~*~ (outnumbered).
 33281 | D:11     | 33281 ||| Stepping ~*~*~tactically~*~*~ (outnumbered).
 33283 | D:11     | 33283 ||| Stepping ~*~*~tactically~*~*~ (outnumbered).
 33285 | D:11     | 33285 ||| Stepping ~*~*~tactically~*~*~ (outnumbered).
 33287 | D:11     | 33287 ||| Stepping ~*~*~tactically~*~*~ (outnumbered).
 33289 | D:11     | 33289 ||| Stepping ~*~*~tactically~*~*~ (outnumbered).
 33291 | D:11     | 33291 ||| Stepping ~*~*~tactically~*~*~ (outnumbered).
 33293 | D:11     | 33293 ||| Stepping ~*~*~tactically~*~*~ (outnumbered).
 33295 | D:11     | 33295 ||| Stepping ~*~*~tactically~*~*~ (outnumbered).
 33297 | D:11     | 33297 ||| Stepping ~*~*~tactically~*~*~ (outnumbered).
 33299 | D:11     | 33299 ||| Stepping ~*~*~tactically~*~*~ (outnumbered).
 33301 | D:11     | 33301 ||| Stepping ~*~*~tactically~*~*~ (outnumbered).
 33303 | D:11     | 33303 ||| Stepping ~*~*~tactically~*~*~ (outnumbered).
 33305 | D:11     | 33305 ||| Stepping ~*~*~tactically~*~*~ (outnumbered).
 33307 | D:11     | 33307 ||| Stepping ~*~*~tactically~*~*~ (outnumbered).
 33309 | D:11     | 33309 ||| Stepping ~*~*~tactically~*~*~ (outnumbered).
 33311 | D:11     | 33311 ||| Stepping ~*~*~tactically~*~*~ (outnumbered).
 33313 | D:11     | 33313 ||| Stepping ~*~*~tactically~*~*~ (outnumbered).
 33315 | D:11     | 33315 ||| Stepping ~*~*~tactically~*~*~ (outnumbered).
 33317 | D:11     | 33317 ||| Stepping ~*~*~tactically~*~*~ (outnumbered).
 33319 | D:11     | 33319 ||| Stepping ~*~*~tactically~*~*~ (outnumbered).
 33321 | D:11     | 33321 ||| Stepping ~*~*~tactically~*~*~ (outnumbered).
 33323 | D:11     | 33323 ||| Stepping ~*~*~tactically~*~*~ (outnumbered).
 33325 | D:11     | 33325 ||| Stepping ~*~*~tactically~*~*~ (outnumbered).
 33327 | D:11     | 33327 ||| Stepping ~*~*~tactically~*~*~ (outnumbered).
 33329 | D:11     | 33329 ||| Stepping ~*~*~tactically~*~*~ (outnumbered).
 33331 | D:11     | 33331 ||| Stepping ~*~*~tactically~*~*~ (outnumbered).
 33333 | D:11     | 33333 ||| Stepping ~*~*~tactically~*~*~ (outnumbered).
 33335 | D:11     | 33335 ||| Stepping ~*~*~tactically~*~*~ (outnumbered).
 33337 | D:11     | 33337 ||| Stepping ~*~*~tactically~*~*~ (outnumbered).
 33339 | D:11     | 33339 ||| Stepping ~*~*~tactically~*~*~ (outnumbered).
 33341 | D:11     | 33341 ||| Stepping ~*~*~tactically~*~*~ (outnumbered).
 33343 | D:11     | 33343 ||| Stepping ~*~*~tactically~*~*~ (outnumbered).
 33345 | D:11     | 33345 ||| Stepping ~*~*~tactically~*~*~ (outnumbered).
 33347 | D:11     | 33347 ||| Stepping ~*~*~tactically~*~*~ (outnumbered).
 33349 | D:11     | 33349 ||| Stepping ~*~*~tactically~*~*~ (outnumbered).
 33351 | D:11     | 33351 ||| Stepping ~*~*~tactically~*~*~ (outnumbered).
 33353 | D:11     | 33353 ||| Stepping ~*~*~tactically~*~*~ (outnumbered).
 33355 | D:11     | 33355 ||| Stepping ~*~*~tactically~*~*~ (outnumbered).
 33357 | D:11     | 33357 ||| Stepping ~*~*~tactically~*~*~ (outnumbered).
 33359 | D:11     | 33359 ||| Stepping ~*~*~tactically~*~*~ (outnumbered).
 33361 | D:11     | 33361 ||| Stepping ~*~*~tactically~*~*~ (outnumbered).
 33363 | D:11     | 33363 ||| Stepping ~*~*~tactically~*~*~ (outnumbered).
 33365 | D:11     | 33365 ||| Stepping ~*~*~tactically~*~*~ (outnumbered).
 33367 | D:11     | 33367 ||| Stepping ~*~*~tactically~*~*~ (outnumbered).
 33369 | D:11     | 33369 ||| Stepping ~*~*~tactically~*~*~ (outnumbered).
 33371 | D:11     | 33371 ||| Stepping ~*~*~tactically~*~*~ (outnumbered).
 33373 | D:11     | 33373 ||| Stepping ~*~*~tactically~*~*~ (outnumbered).
 33375 | D:11     | 33375 ||| Stepping ~*~*~tactically~*~*~ (outnumbered).
 33377 | D:11     | 33377 ||| Stepping ~*~*~tactically~*~*~ (outnumbered).
 33379 | D:11     | 33379 ||| Stepping ~*~*~tactically~*~*~ (outnumbered).
 33381 | D:11     | 33381 ||| Stepping ~*~*~tactically~*~*~ (outnumbered).
 33383 | D:11     | 33383 ||| Stepping ~*~*~tactically~*~*~ (outnumbered).
 33385 | D:11     | 33385 ||| Stepping ~*~*~tactically~*~*~ (outnumbered).
 33387 | D:11     | 33387 ||| Stepping ~*~*~tactically~*~*~ (outnumbered).
 33389 | D:11     | 33389 ||| Stepping ~*~*~tactically~*~*~ (outnumbered).
 33391 | D:11     | 33391 ||| Stepping ~*~*~tactically~*~*~ (outnumbered).
 33393 | D:11     | 33393 ||| Stepping ~*~*~tactically~*~*~ (outnumbered).
 33395 | D:11     | 33395 ||| Stepping ~*~*~tactically~*~*~ (outnumbered).
 33397 | D:11     | 33397 ||| Stepping ~*~*~tactically~*~*~ (outnumbered).
 33399 | D:11     | 33399 ||| Stepping ~*~*~tactically~*~*~ (outnumbered).
 33401 | D:11     | 33401 ||| Stepping ~*~*~tactically~*~*~ (outnumbered).
 33403 | D:11     | 33403 ||| Stepping ~*~*~tactically~*~*~ (outnumbered).
 33405 | D:11     | 33405 ||| Stepping ~*~*~tactically~*~*~ (outnumbered).
 33407 | D:11     | 33407 ||| Stepping ~*~*~tactically~*~*~ (outnumbered).
 33409 | D:11     | 33409 ||| Stepping ~*~*~tactically~*~*~ (outnumbered).
 33411 | D:11     | 33411 ||| Stepping ~*~*~tactically~*~*~ (outnumbered).
 33413 | D:11     | 33413 ||| Stepping ~*~*~tactically~*~*~ (outnumbered).
 33415 | D:11     | 33415 ||| Stepping ~*~*~tactically~*~*~ (outnumbered).
 33417 | D:11     | 33417 ||| Stepping ~*~*~tactically~*~*~ (outnumbered).
 33419 | D:11     | 33419 ||| Stepping ~*~*~tactically~*~*~ (outnumbered).
 33421 | D:11     | 33421 ||| Stepping ~*~*~tactically~*~*~ (outnumbered).
 33423 | D:11     | 33423 ||| Stepping ~*~*~tactically~*~*~ (outnumbered).
 33425 | D:11     | 33425 ||| Stepping ~*~*~tactically~*~*~ (outnumbered).
 33427 | D:11     | 33427 ||| Stepping ~*~*~tactically~*~*~ (outnumbered).
 33429 | D:11     | 33429 ||| Stepping ~*~*~tactically~*~*~ (outnumbered).
 33431 | D:11     | 33431 ||| Stepping ~*~*~tactically~*~*~ (outnumbered).
 33433 | D:11     | 33433 ||| Stepping ~*~*~tactically~*~*~ (outnumbered).
 33435 | D:11     | 33435 ||| Stepping ~*~*~tactically~*~*~ (outnumbered).
 33437 | D:11     | 33437 ||| Stepping ~*~*~tactically~*~*~ (outnumbered).
 33439 | D:11     | 33439 ||| Stepping ~*~*~tactically~*~*~ (outnumbered).
 33441 | D:11     | 33441 ||| Stepping ~*~*~tactically~*~*~ (outnumbered).
 33443 | D:11     | 33443 ||| Stepping ~*~*~tactically~*~*~ (outnumbered).
 33445 | D:11     | 33445 ||| Stepping ~*~*~tactically~*~*~ (outnumbered).
 33447 | D:11     | 33447 ||| Stepping ~*~*~tactically~*~*~ (outnumbered).
 33449 | D:11     | 33449 ||| Stepping ~*~*~tactically~*~*~ (outnumbered).
 33451 | D:11     | 33451 ||| Stepping ~*~*~tactically~*~*~ (outnumbered).
 33453 | D:11     | 33453 ||| Stepping ~*~*~tactically~*~*~ (outnumbered).
 33455 | D:11     | 33455 ||| Stepping ~*~*~tactically~*~*~ (outnumbered).
 33457 | D:11     | 33457 ||| Stepping ~*~*~tactically~*~*~ (outnumbered).
 33459 | D:11     | 33459 ||| Stepping ~*~*~tactically~*~*~ (outnumbered).
 33461 | D:11     | 33461 ||| Stepping ~*~*~tactically~*~*~ (outnumbered).
 33463 | D:11     | 33463 ||| Stepping ~*~*~tactically~*~*~ (outnumbered).
 33465 | D:11     | 33465 ||| Stepping ~*~*~tactically~*~*~ (outnumbered).
 33467 | D:11     | 33467 ||| Stepping ~*~*~tactically~*~*~ (outnumbered).
 33469 | D:11     | 33469 ||| Stepping ~*~*~tactically~*~*~ (outnumbered).
 33471 | D:11     | 33471 ||| Stepping ~*~*~tactically~*~*~ (outnumbered).
 33473 | D:11     | 33473 ||| Stepping ~*~*~tactically~*~*~ (outnumbered).
 33475 | D:11     | 33475 ||| Stepping ~*~*~tactically~*~*~ (outnumbered).
 33477 | D:11     | 33477 ||| Stepping ~*~*~tactically~*~*~ (outnumbered).
 33479 | D:11     | 33479 ||| Stepping ~*~*~tactically~*~*~ (outnumbered).
 33481 | D:11     | 33481 ||| Stepping ~*~*~tactically~*~*~ (outnumbered).
 33483 | D:11     | 33483 ||| Stepping ~*~*~tactically~*~*~ (outnumbered).
 33485 | D:11     | 33485 ||| Stepping ~*~*~tactically~*~*~ (outnumbered).
 33487 | D:11     | 33487 ||| Stepping ~*~*~tactically~*~*~ (outnumbered).
 33489 | D:11     | 33489 ||| Stepping ~*~*~tactically~*~*~ (outnumbered).
 33491 | D:11     | 33491 ||| Stepping ~*~*~tactically~*~*~ (outnumbered).
 33493 | D:11     | 33493 ||| Stepping ~*~*~tactically~*~*~ (outnumbered).
 33495 | D:11     | 33495 ||| Stepping ~*~*~tactically~*~*~ (outnumbered).
 33497 | D:11     | 33497 ||| Stepping ~*~*~tactically~*~*~ (outnumbered).
 33499 | D:11     | 33499 ||| Stepping ~*~*~tactically~*~*~ (outnumbered).
 33501 | D:11     | 33501 ||| Stepping ~*~*~tactically~*~*~ (outnumbered).
 33503 | D:11     | 33503 ||| Stepping ~*~*~tactically~*~*~ (outnumbered).
 33505 | D:11     | 33505 ||| Stepping ~*~*~tactically~*~*~ (outnumbered).
 33507 | D:11     | 33507 ||| Stepping ~*~*~tactically~*~*~ (outnumbered).
 33509 | D:11     | 33509 ||| Stepping ~*~*~tactically~*~*~ (outnumbered).
 33511 | D:11     | 33511 ||| Stepping ~*~*~tactically~*~*~ (outnumbered).
 33513 | D:11     | 33513 ||| Stepping ~*~*~tactically~*~*~ (outnumbered).
 33515 | D:11     | 33515 ||| Stepping ~*~*~tactically~*~*~ (outnumbered).
 33517 | D:11     | 33517 ||| Stepping ~*~*~tactically~*~*~ (outnumbered).
 33519 | D:11     | 33519 ||| Stepping ~*~*~tactically~*~*~ (outnumbered).
 33521 | D:11     | 33521 ||| Stepping ~*~*~tactically~*~*~ (outnumbered).
 33523 | D:11     | 33523 ||| Stepping ~*~*~tactically~*~*~ (outnumbered).
 33525 | D:11     | 33525 ||| Stepping ~*~*~tactically~*~*~ (outnumbered).
 33527 | D:11     | 33527 ||| Stepping ~*~*~tactically~*~*~ (outnumbered).
 33529 | D:11     | 33529 ||| Stepping ~*~*~tactically~*~*~ (outnumbered).
 33531 | D:11     | 33531 ||| Stepping ~*~*~tactically~*~*~ (outnumbered).
 33533 | D:11     | 33533 ||| Stepping ~*~*~tactically~*~*~ (outnumbered).
 33535 | D:11     | 33535 ||| Stepping ~*~*~tactically~*~*~ (outnumbered).
 33537 | D:11     | 33537 ||| Stepping ~*~*~tactically~*~*~ (outnumbered).
 33539 | D:11     | 33539 ||| Stepping ~*~*~tactically~*~*~ (outnumbered).
 33541 | D:11     | 33541 ||| Stepping ~*~*~tactically~*~*~ (outnumbered).
 33543 | D:11     | 33543 ||| Stepping ~*~*~tactically~*~*~ (outnumbered).
 33545 | D:11     | 33545 ||| Stepping ~*~*~tactically~*~*~ (outnumbered).
 33547 | D:11     | 33547 ||| Stepping ~*~*~tactically~*~*~ (outnumbered).
 33549 | D:11     | 33549 ||| Stepping ~*~*~tactically~*~*~ (outnumbered).
 33551 | D:11     | 33551 ||| Stepping ~*~*~tactically~*~*~ (outnumbered).
 33553 | D:11     | 33553 ||| Stepping ~*~*~tactically~*~*~ (outnumbered).
 33555 | D:11     | 33555 ||| Stepping ~*~*~tactically~*~*~ (outnumbered).
 33557 | D:11     | 33557 ||| Stepping ~*~*~tactically~*~*~ (outnumbered).
 33559 | D:11     | 33559 ||| Stepping ~*~*~tactically~*~*~ (outnumbered).
 33561 | D:11     | 33561 ||| Stepping ~*~*~tactically~*~*~ (outnumbered).
 33563 | D:11     | 33563 ||| Stepping ~*~*~tactically~*~*~ (outnumbered).
 33565 | D:11     | 33565 ||| Stepping ~*~*~tactically~*~*~ (outnumbered).
 33567 | D:11     | 33567 ||| Stepping ~*~*~tactically~*~*~ (outnumbered).
 33569 | D:11     | 33569 ||| Stepping ~*~*~tactically~*~*~ (outnumbered).
 33571 | D:11     | 33571 ||| Stepping ~*~*~tactically~*~*~ (outnumbered).
 33573 | D:11     | 33573 ||| Stepping ~*~*~tactically~*~*~ (outnumbered).
 33575 | D:11     | 33575 ||| Stepping ~*~*~tactically~*~*~ (outnumbered).
 33577 | D:11     | 33577 ||| Stepping ~*~*~tactically~*~*~ (outnumbered).
 33579 | D:11     | 33579 ||| Stepping ~*~*~tactically~*~*~ (outnumbered).
 33581 | D:11     | 33581 ||| Stepping ~*~*~tactically~*~*~ (outnumbered).
 33583 | D:11     | 33583 ||| Stepping ~*~*~tactically~*~*~ (outnumbered).
 33585 | D:11     | 33585 ||| Stepping ~*~*~tactically~*~*~ (outnumbered).
 33587 | D:11     | 33587 ||| Stepping ~*~*~tactically~*~*~ (outnumbered).
 33589 | D:11     | 33589 ||| Stepping ~*~*~tactically~*~*~ (outnumbered).
 33591 | D:11     | 33591 ||| Stepping ~*~*~tactically~*~*~ (outnumbered).
 33593 | D:11     | 33593 ||| Stepping ~*~*~tactically~*~*~ (outnumbered).
 33595 | D:11     | 33595 ||| Stepping ~*~*~tactically~*~*~ (outnumbered).
 33597 | D:11     | 33597 ||| Stepping ~*~*~tactically~*~*~ (outnumbered).
 33599 | D:11     | 33599 ||| Stepping ~*~*~tactically~*~*~ (outnumbered).
 33601 | D:11     | 33601 ||| Stepping ~*~*~tactically~*~*~ (outnumbered).
 33603 | D:11     | 33603 ||| Stepping ~*~*~tactically~*~*~ (outnumbered).
 33605 | D:11     | 33605 ||| Stepping ~*~*~tactically~*~*~ (outnumbered).
 33607 | D:11     | 33607 ||| Stepping ~*~*~tactically~*~*~ (outnumbered).
 33609 | D:11     | 33609 ||| Stepping ~*~*~tactically~*~*~ (outnumbered).
 33611 | D:11     | 33611 ||| Stepping ~*~*~tactically~*~*~ (outnumbered).
 33613 | D:11     | 33613 ||| Stepping ~*~*~tactically~*~*~ (outnumbered).
 33615 | D:11     | 33615 ||| Stepping ~*~*~tactically~*~*~ (outnumbered).
 33617 | D:11     | 33617 ||| Stepping ~*~*~tactically~*~*~ (outnumbered).
 33619 | D:11     | 33619 ||| Stepping ~*~*~tactically~*~*~ (outnumbered).
 33621 | D:11     | 33621 ||| Stepping ~*~*~tactically~*~*~ (outnumbered).
 33623 | D:11     | 33623 ||| Stepping ~*~*~tactically~*~*~ (outnumbered).
 33625 | D:11     | 33625 ||| Stepping ~*~*~tactically~*~*~ (outnumbered).
 33627 | D:11     | 33627 ||| Stepping ~*~*~tactically~*~*~ (outnumbered).
 33629 | D:11     | 33629 ||| Stepping ~*~*~tactically~*~*~ (outnumbered).
 33631 | D:11     | 33631 ||| Stepping ~*~*~tactically~*~*~ (outnumbered).
 33633 | D:11     | 33633 ||| Stepping ~*~*~tactically~*~*~ (outnumbered).
 33635 | D:11     | 33635 ||| Stepping ~*~*~tactically~*~*~ (outnumbered).
 33637 | D:11     | 33637 ||| Stepping ~*~*~tactically~*~*~ (outnumbered).
 33639 | D:11     | 33639 ||| Stepping ~*~*~tactically~*~*~ (outnumbered).
 33641 | D:11     | 33641 ||| Stepping ~*~*~tactically~*~*~ (outnumbered).
 33643 | D:11     | 33643 ||| Stepping ~*~*~tactically~*~*~ (outnumbered).
 33645 | D:11     | 33645 ||| Stepping ~*~*~tactically~*~*~ (outnumbered).
 33647 | D:11     | 33647 ||| Stepping ~*~*~tactically~*~*~ (outnumbered).
 33649 | D:11     | 33649 ||| Stepping ~*~*~tactically~*~*~ (outnumbered).
 33651 | D:11     | 33651 ||| Stepping ~*~*~tactically~*~*~ (outnumbered).
 33653 | D:11     | 33653 ||| Stepping ~*~*~tactically~*~*~ (outnumbered).
 33655 | D:11     | 33655 ||| Stepping ~*~*~tactically~*~*~ (outnumbered).
 33657 | D:11     | 33657 ||| Stepping ~*~*~tactically~*~*~ (outnumbered).
 33659 | D:11     | 33659 ||| Stepping ~*~*~tactically~*~*~ (outnumbered).
 33661 | D:11     | 33661 ||| Stepping ~*~*~tactically~*~*~ (outnumbered).
 33663 | D:11     | 33663 ||| Stepping ~*~*~tactically~*~*~ (outnumbered).
 33665 | D:11     | 33665 ||| Stepping ~*~*~tactically~*~*~ (outnumbered).
 33667 | D:11     | 33667 ||| Stepping ~*~*~tactically~*~*~ (outnumbered).
 33669 | D:11     | 33669 ||| Stepping ~*~*~tactically~*~*~ (outnumbered).
 33671 | D:11     | 33671 ||| Stepping ~*~*~tactically~*~*~ (outnumbered).
 33673 | D:11     | 33673 ||| Stepping ~*~*~tactically~*~*~ (outnumbered).
 33675 | D:11     | 33675 ||| Stepping ~*~*~tactically~*~*~ (outnumbered).
 33677 | D:11     | 33677 ||| Stepping ~*~*~tactically~*~*~ (outnumbered).
 33679 | D:11     | 33679 ||| Stepping ~*~*~tactically~*~*~ (outnumbered).
 33681 | D:11     | 33681 ||| Stepping ~*~*~tactically~*~*~ (outnumbered).
 33683 | D:11     | 33683 ||| Stepping ~*~*~tactically~*~*~ (outnumbered).
 33685 | D:11     | 33685 ||| Stepping ~*~*~tactically~*~*~ (outnumbered).
 33687 | D:11     | 33687 ||| Stepping ~*~*~tactically~*~*~ (outnumbered).
 33689 | D:11     | 33689 ||| Stepping ~*~*~tactically~*~*~ (outnumbered).
 33691 | D:11     | 33691 ||| Stepping ~*~*~tactically~*~*~ (outnumbered).
 33693 | D:11     | 33693 ||| Stepping ~*~*~tactically~*~*~ (outnumbered).
 33695 | D:11     | 33695 ||| Stepping ~*~*~tactically~*~*~ (outnumbered).
 33697 | D:11     | 33697 ||| Stepping ~*~*~tactically~*~*~ (outnumbered).
 33699 | D:11     | 33699 ||| Stepping ~*~*~tactically~*~*~ (outnumbered).
 33701 | D:11     | 33701 ||| Stepping ~*~*~tactically~*~*~ (outnumbered).
 33703 | D:11     | 33703 ||| Stepping ~*~*~tactically~*~*~ (outnumbered).
 33705 | D:11     | 33705 ||| Stepping ~*~*~tactically~*~*~ (outnumbered).
 33707 | D:11     | 33707 ||| Stepping ~*~*~tactically~*~*~ (outnumbered).
 33709 | D:11     | 33709 ||| Stepping ~*~*~tactically~*~*~ (outnumbered).
 33711 | D:11     | 33711 ||| Stepping ~*~*~tactically~*~*~ (outnumbered).
 33713 | D:11     | 33713 ||| Stepping ~*~*~tactically~*~*~ (outnumbered).
 33715 | D:11     | 33715 ||| Stepping ~*~*~tactically~*~*~ (outnumbered).
 33717 | D:11     | 33717 ||| Stepping ~*~*~tactically~*~*~ (outnumbered).
 33719 | D:11     | 33719 ||| Stepping ~*~*~tactically~*~*~ (outnumbered).
 33721 | D:11     | 33721 ||| Stepping ~*~*~tactically~*~*~ (outnumbered).
 33723 | D:11     | 33723 ||| Stepping ~*~*~tactically~*~*~ (outnumbered).
 33725 | D:11     | 33725 ||| Stepping ~*~*~tactically~*~*~ (outnumbered).
 33727 | D:11     | 33727 ||| Stepping ~*~*~tactically~*~*~ (outnumbered).
 33729 | D:11     | 33729 ||| Stepping ~*~*~tactically~*~*~ (outnumbered).
 33731 | D:11     | 33731 ||| Stepping ~*~*~tactically~*~*~ (outnumbered).
 33733 | D:11     | 33733 ||| Stepping ~*~*~tactically~*~*~ (outnumbered).
 33735 | D:11     | 33735 ||| Stepping ~*~*~tactically~*~*~ (outnumbered).
 33737 | D:11     | 33737 ||| Stepping ~*~*~tactically~*~*~ (outnumbered).
 33739 | D:11     | 33739 ||| Stepping ~*~*~tactically~*~*~ (outnumbered).
 33741 | D:11     | 33741 ||| Stepping ~*~*~tactically~*~*~ (outnumbered).
 33743 | D:11     | 33743 ||| Stepping ~*~*~tactically~*~*~ (outnumbered).
 33745 | D:11     | 33745 ||| Stepping ~*~*~tactically~*~*~ (outnumbered).
 33747 | D:11     | 33747 ||| Stepping ~*~*~tactically~*~*~ (outnumbered).
 33749 | D:11     | 33749 ||| Stepping ~*~*~tactically~*~*~ (outnumbered).
 33751 | D:11     | 33751 ||| Stepping ~*~*~tactically~*~*~ (outnumbered).
 33753 | D:11     | 33753 ||| Stepping ~*~*~tactically~*~*~ (outnumbered).
 33755 | D:11     | 33755 ||| Stepping ~*~*~tactically~*~*~ (outnumbered).
 33757 | D:11     | 33757 ||| Stepping ~*~*~tactically~*~*~ (outnumbered).
 33759 | D:11     | 33759 ||| Stepping ~*~*~tactically~*~*~ (outnumbered).
 33761 | D:11     | 33761 ||| Stepping ~*~*~tactically~*~*~ (outnumbered).
 33763 | D:11     | 33763 ||| Stepping ~*~*~tactically~*~*~ (outnumbered).
 33765 | D:11     | 33765 ||| Stepping ~*~*~tactically~*~*~ (outnumbered).
 33767 | D:11     | 33767 ||| Stepping ~*~*~tactically~*~*~ (outnumbered).
 33769 | D:11     | 33769 ||| Stepping ~*~*~tactically~*~*~ (outnumbered).
 33771 | D:11     | 33771 ||| Stepping ~*~*~tactically~*~*~ (outnumbered).
 33773 | D:11     | 33773 ||| Stepping ~*~*~tactically~*~*~ (outnumbered).
 33775 | D:11     | 33775 ||| Stepping ~*~*~tactically~*~*~ (outnumbered).
 33777 | D:11     | 33777 ||| Stepping ~*~*~tactically~*~*~ (outnumbered).
 33779 | D:11     | 33779 ||| Stepping ~*~*~tactically~*~*~ (outnumbered).
 33781 | D:11     | 33781 ||| Stepping ~*~*~tactically~*~*~ (outnumbered).
 33783 | D:11     | 33783 ||| Stepping ~*~*~tactically~*~*~ (outnumbered).
 33785 | D:11     | 33785 ||| Stepping ~*~*~tactically~*~*~ (outnumbered).
 33787 | D:11     | 33787 ||| Stepping ~*~*~tactically~*~*~ (outnumbered).
 33789 | D:11     | 33789 ||| Stepping ~*~*~tactically~*~*~ (outnumbered).
 33791 | D:11     | 33791 ||| Stepping ~*~*~tactically~*~*~ (outnumbered).
 33793 | D:11     | 33793 ||| Stepping ~*~*~tactically~*~*~ (outnumbered).
 33795 | D:11     | 33795 ||| Stepping ~*~*~tactically~*~*~ (outnumbered).
 33797 | D:11     | 33797 ||| Stepping ~*~*~tactically~*~*~ (outnumbered).
 33799 | D:11     | 33799 ||| Stepping ~*~*~tactically~*~*~ (outnumbered).
 33801 | D:11     | 33801 ||| Stepping ~*~*~tactically~*~*~ (outnumbered).
 33803 | D:11     | 33803 ||| Stepping ~*~*~tactically~*~*~ (outnumbered).
 33805 | D:11     | 33805 ||| Stepping ~*~*~tactically~*~*~ (outnumbered).
 33807 | D:11     | 33807 ||| Stepping ~*~*~tactically~*~*~ (outnumbered).
 33809 | D:11     | 33809 ||| Stepping ~*~*~tactically~*~*~ (outnumbered).
 33811 | D:11     | 33811 ||| Stepping ~*~*~tactically~*~*~ (outnumbered).
 33813 | D:11     | 33813 ||| Stepping ~*~*~tactically~*~*~ (outnumbered).
 33815 | D:11     | 33815 ||| Stepping ~*~*~tactically~*~*~ (outnumbered).
 33817 | D:11     | 33817 ||| Stepping ~*~*~tactically~*~*~ (outnumbered).
 33819 | D:11     | 33819 ||| Stepping ~*~*~tactically~*~*~ (outnumbered).
 33821 | D:11     | 33821 ||| Stepping ~*~*~tactically~*~*~ (outnumbered).
 33823 | D:11     | 33823 ||| Stepping ~*~*~tactically~*~*~ (outnumbered).
 33825 | D:11     | 33825 ||| Stepping ~*~*~tactically~*~*~ (outnumbered).
 33827 | D:11     | 33827 ||| Stepping ~*~*~tactically~*~*~ (outnumbered).
 33829 | D:11     | 33829 ||| Stepping ~*~*~tactically~*~*~ (outnumbered).
 33831 | D:11     | 33831 ||| Stepping ~*~*~tactically~*~*~ (outnumbered).
 33833 | D:11     | 33833 ||| Stepping ~*~*~tactically~*~*~ (outnumbered).
 33835 | D:11     | 33835 ||| Stepping ~*~*~tactically~*~*~ (outnumbered).
 33837 | D:11     | 33837 ||| Stepping ~*~*~tactically~*~*~ (outnumbered).
 33839 | D:11     | 33839 ||| Stepping ~*~*~tactically~*~*~ (outnumbered).
 33841 | D:11     | 33841 ||| Stepping ~*~*~tactically~*~*~ (outnumbered).
 33843 | D:11     | 33843 ||| Stepping ~*~*~tactically~*~*~ (outnumbered).
 33845 | D:11     | 33845 ||| Stepping ~*~*~tactically~*~*~ (outnumbered).
 33847 | D:11     | 33847 ||| Stepping ~*~*~tactically~*~*~ (outnumbered).
 33849 | D:11     | 33849 ||| Stepping ~*~*~tactically~*~*~ (outnumbered).
 33851 | D:11     | 33851 ||| Stepping ~*~*~tactically~*~*~ (outnumbered).
 33853 | D:11     | 33853 ||| Stepping ~*~*~tactically~*~*~ (outnumbered).
 33855 | D:11     | 33855 ||| Stepping ~*~*~tactically~*~*~ (outnumbered).
 33857 | D:11     | 33857 ||| Stepping ~*~*~tactically~*~*~ (outnumbered).
 33859 | D:11     | 33859 ||| Stepping ~*~*~tactically~*~*~ (outnumbered).
 33861 | D:11     | 33861 ||| Stepping ~*~*~tactically~*~*~ (outnumbered).
 33863 | D:11     | 33863 ||| Stepping ~*~*~tactically~*~*~ (outnumbered).
 33865 | D:11     | 33865 ||| Stepping ~*~*~tactically~*~*~ (outnumbered).
 33867 | D:11     | 33867 ||| Stepping ~*~*~tactically~*~*~ (outnumbered).
 33869 | D:11     | 33869 ||| Stepping ~*~*~tactically~*~*~ (outnumbered).
 33871 | D:11     | 33871 ||| Stepping ~*~*~tactically~*~*~ (outnumbered).
 33873 | D:11     | 33873 ||| Stepping ~*~*~tactically~*~*~ (outnumbered).
 33875 | D:11     | 33875 ||| Stepping ~*~*~tactically~*~*~ (outnumbered).
 33877 | D:11     | 33877 ||| Stepping ~*~*~tactically~*~*~ (outnumbered).
 33879 | D:11     | 33879 ||| Stepping ~*~*~tactically~*~*~ (outnumbered).
 33881 | D:11     | 33881 ||| Stepping ~*~*~tactically~*~*~ (outnumbered).
 33883 | D:11     | 33883 ||| Stepping ~*~*~tactically~*~*~ (outnumbered).
 33885 | D:11     | 33885 ||| Stepping ~*~*~tactically~*~*~ (outnumbered).
 33887 | D:11     | 33887 ||| Stepping ~*~*~tactically~*~*~ (outnumbered).
 33889 | D:11     | 33889 ||| Stepping ~*~*~tactically~*~*~ (outnumbered).
 33891 | D:11     | 33891 ||| Stepping ~*~*~tactically~*~*~ (outnumbered).
 33893 | D:11     | 33893 ||| Stepping ~*~*~tactically~*~*~ (outnumbered).
 33895 | D:11     | 33895 ||| Stepping ~*~*~tactically~*~*~ (outnumbered).
 33897 | D:11     | 33897 ||| Stepping ~*~*~tactically~*~*~ (outnumbered).
 33899 | D:11     | 33899 ||| Stepping ~*~*~tactically~*~*~ (outnumbered).
 33901 | D:11     | 33901 ||| Stepping ~*~*~tactically~*~*~ (outnumbered).
 33903 | D:11     | 33903 ||| Stepping ~*~*~tactically~*~*~ (outnumbered).
 33905 | D:11     | 33905 ||| Stepping ~*~*~tactically~*~*~ (outnumbered).
 33907 | D:11     | 33907 ||| Stepping ~*~*~tactically~*~*~ (outnumbered).
 33909 | D:11     | 33909 ||| Stepping ~*~*~tactically~*~*~ (outnumbered).
 33911 | D:11     | 33911 ||| Stepping ~*~*~tactically~*~*~ (outnumbered).
 33913 | D:11     | 33913 ||| Stepping ~*~*~tactically~*~*~ (outnumbered).
 33915 | D:11     | 33915 ||| Stepping ~*~*~tactically~*~*~ (outnumbered).
 33917 | D:11     | 33917 ||| Stepping ~*~*~tactically~*~*~ (outnumbered).
 33919 | D:11     | 33919 ||| Stepping ~*~*~tactically~*~*~ (outnumbered).
 33921 | D:11     | 33921 ||| Stepping ~*~*~tactically~*~*~ (outnumbered).
 33923 | D:11     | 33923 ||| Stepping ~*~*~tactically~*~*~ (outnumbered).
 33925 | D:11     | 33925 ||| Stepping ~*~*~tactically~*~*~ (outnumbered).
 33927 | D:11     | 33927 ||| Stepping ~*~*~tactically~*~*~ (outnumbered).
 33929 | D:11     | 33929 ||| Stepping ~*~*~tactically~*~*~ (outnumbered).
 33931 | D:11     | 33931 ||| Stepping ~*~*~tactically~*~*~ (outnumbered).
 33933 | D:11     | 33933 ||| Stepping ~*~*~tactically~*~*~ (outnumbered).
 33935 | D:11     | 33935 ||| Stepping ~*~*~tactically~*~*~ (outnumbered).
 33937 | D:11     | 33937 ||| Stepping ~*~*~tactically~*~*~ (outnumbered).
 33939 | D:11     | 33939 ||| Stepping ~*~*~tactically~*~*~ (outnumbered).
 33941 | D:11     | 33941 ||| Stepping ~*~*~tactically~*~*~ (outnumbered).
 33943 | D:11     | 33943 ||| Stepping ~*~*~tactically~*~*~ (outnumbered).
 33945 | D:11     | 33945 ||| Stepping ~*~*~tactically~*~*~ (outnumbered).
 33947 | D:11     | 33947 ||| Stepping ~*~*~tactically~*~*~ (outnumbered).
 33949 | D:11     | 33949 ||| Stepping ~*~*~tactically~*~*~ (outnumbered).
 33951 | D:11     | 33951 ||| Stepping ~*~*~tactically~*~*~ (outnumbered).
 33953 | D:11     | 33953 ||| Stepping ~*~*~tactically~*~*~ (outnumbered).
 33955 | D:11     | 33955 ||| Stepping ~*~*~tactically~*~*~ (outnumbered).
 33957 | D:11     | 33957 ||| Stepping ~*~*~tactically~*~*~ (outnumbered).
 33959 | D:11     | 33959 ||| Stepping ~*~*~tactically~*~*~ (outnumbered).
 33961 | D:11     | 33961 ||| Stepping ~*~*~tactically~*~*~ (outnumbered).
 33963 | D:11     | 33963 ||| Stepping ~*~*~tactically~*~*~ (outnumbered).
 33965 | D:11     | 33965 ||| Stepping ~*~*~tactically~*~*~ (outnumbered).
 33967 | D:11     | 33967 ||| Stepping ~*~*~tactically~*~*~ (outnumbered).
 33969 | D:11     | 33969 ||| Stepping ~*~*~tactically~*~*~ (outnumbered).
 33971 | D:11     | 33971 ||| Stepping ~*~*~tactically~*~*~ (outnumbered).
 33973 | D:11     | 33973 ||| Stepping ~*~*~tactically~*~*~ (outnumbered).
 33975 | D:11     | 33975 ||| Stepping ~*~*~tactically~*~*~ (outnumbered).
 33977 | D:11     | 33977 ||| Stepping ~*~*~tactically~*~*~ (outnumbered).
 33979 | D:11     | 33979 ||| Stepping ~*~*~tactically~*~*~ (outnumbered).
 33981 | D:11     | 33981 ||| Stepping ~*~*~tactically~*~*~ (outnumbered).
 33983 | D:11     | 33983 ||| Stepping ~*~*~tactically~*~*~ (outnumbered).
 33985 | D:11     | 33985 ||| Stepping ~*~*~tactically~*~*~ (outnumbered).
 33987 | D:11     | 33987 ||| Stepping ~*~*~tactically~*~*~ (outnumbered).
 33989 | D:11     | 33989 ||| Stepping ~*~*~tactically~*~*~ (outnumbered).
 33991 | D:11     | 33991 ||| Stepping ~*~*~tactically~*~*~ (outnumbered).
 33993 | D:11     | 33993 ||| Stepping ~*~*~tactically~*~*~ (outnumbered).
 33995 | D:11     | 33995 ||| Stepping ~*~*~tactically~*~*~ (outnumbered).
 33997 | D:11     | 33997 ||| Stepping ~*~*~tactically~*~*~ (outnumbered).
 33999 | D:11     | 33999 ||| Stepping ~*~*~tactically~*~*~ (outnumbered).
 34001 | D:11     | 34001 ||| Stepping ~*~*~tactically~*~*~ (outnumbered).
 34003 | D:11     | 34003 ||| Stepping ~*~*~tactically~*~*~ (outnumbered).
 34005 | D:11     | 34005 ||| Stepping ~*~*~tactically~*~*~ (outnumbered).
 34007 | D:11     | 34007 ||| Stepping ~*~*~tactically~*~*~ (outnumbered).
 34009 | D:11     | 34009 ||| Stepping ~*~*~tactically~*~*~ (outnumbered).
 34011 | D:11     | 34011 ||| Stepping ~*~*~tactically~*~*~ (outnumbered).
 34013 | D:11     | 34013 ||| Stepping ~*~*~tactically~*~*~ (outnumbered).
 34015 | D:11     | 34015 ||| Stepping ~*~*~tactically~*~*~ (outnumbered).
 34017 | D:11     | 34017 ||| Stepping ~*~*~tactically~*~*~ (outnumbered).
 34019 | D:11     | 34019 ||| Stepping ~*~*~tactically~*~*~ (outnumbered).
 34021 | D:11     | 34021 ||| Stepping ~*~*~tactically~*~*~ (outnumbered).
 34023 | D:11     | 34023 ||| Stepping ~*~*~tactically~*~*~ (outnumbered).
 34025 | D:11     | 34025 ||| Stepping ~*~*~tactically~*~*~ (outnumbered).
 34027 | D:11     | 34027 ||| Stepping ~*~*~tactically~*~*~ (outnumbered).
 34029 | D:11     | 34029 ||| Stepping ~*~*~tactically~*~*~ (outnumbered).
 34031 | D:11     | 34031 ||| Stepping ~*~*~tactically~*~*~ (outnumbered).
 34033 | D:11     | 34033 ||| Stepping ~*~*~tactically~*~*~ (outnumbered).
 34035 | D:11     | 34035 ||| Stepping ~*~*~tactically~*~*~ (outnumbered).
 34037 | D:11     | 34037 ||| Stepping ~*~*~tactically~*~*~ (outnumbered).
 34039 | D:11     | 34039 ||| Stepping ~*~*~tactically~*~*~ (outnumbered).
 34041 | D:11     | 34041 ||| Stepping ~*~*~tactically~*~*~ (outnumbered).
 34043 | D:11     | 34043 ||| Stepping ~*~*~tactically~*~*~ (outnumbered).
 34045 | D:11     | 34045 ||| Stepping ~*~*~tactically~*~*~ (outnumbered).
 34047 | D:11     | 34047 ||| Stepping ~*~*~tactically~*~*~ (outnumbered).
 34049 | D:11     | 34049 ||| Stepping ~*~*~tactically~*~*~ (outnumbered).
 34051 | D:11     | 34051 ||| Stepping ~*~*~tactically~*~*~ (outnumbered).
 34053 | D:11     | 34053 ||| Stepping ~*~*~tactically~*~*~ (outnumbered).
 34055 | D:11     | 34055 ||| Stepping ~*~*~tactically~*~*~ (outnumbered).
 34057 | D:11     | 34057 ||| Stepping ~*~*~tactically~*~*~ (outnumbered).
 34059 | D:11     | 34059 ||| Stepping ~*~*~tactically~*~*~ (outnumbered).
 34061 | D:11     | 34061 ||| Stepping ~*~*~tactically~*~*~ (outnumbered).
 34063 | D:11     | 34063 ||| Stepping ~*~*~tactically~*~*~ (outnumbered).
 34065 | D:11     | 34065 ||| Stepping ~*~*~tactically~*~*~ (outnumbered).
 34067 | D:11     | 34067 ||| Stepping ~*~*~tactically~*~*~ (outnumbered).
 34069 | D:11     | 34069 ||| Stepping ~*~*~tactically~*~*~ (outnumbered).
 34071 | D:11     | 34071 ||| Stepping ~*~*~tactically~*~*~ (outnumbered).
 34073 | D:11     | 34073 ||| Stepping ~*~*~tactically~*~*~ (outnumbered).
 34075 | D:11     | 34075 ||| Stepping ~*~*~tactically~*~*~ (outnumbered).
 34077 | D:11     | 34077 ||| Stepping ~*~*~tactically~*~*~ (outnumbered).
 34079 | D:11     | 34079 ||| Stepping ~*~*~tactically~*~*~ (outnumbered).
 34081 | D:11     | 34081 ||| Stepping ~*~*~tactically~*~*~ (outnumbered).
 34083 | D:11     | 34083 ||| Stepping ~*~*~tactically~*~*~ (outnumbered).
 34085 | D:11     | 34085 ||| Stepping ~*~*~tactically~*~*~ (outnumbered).
 34087 | D:11     | 34087 ||| Stepping ~*~*~tactically~*~*~ (outnumbered).
 34089 | D:11     | 34089 ||| Stepping ~*~*~tactically~*~*~ (outnumbered).
 34091 | D:11     | 34091 ||| Stepping ~*~*~tactically~*~*~ (outnumbered).
 34093 | D:11     | 34093 ||| Stepping ~*~*~tactically~*~*~ (outnumbered).
 34095 | D:11     | 34095 ||| Stepping ~*~*~tactically~*~*~ (outnumbered).
 34097 | D:11     | 34097 ||| Stepping ~*~*~tactically~*~*~ (outnumbered).
 34099 | D:11     | 34099 ||| Stepping ~*~*~tactically~*~*~ (outnumbered).
 34101 | D:11     | 34101 ||| Stepping ~*~*~tactically~*~*~ (outnumbered).
 34101 | D:11     | Glimpsed the power of Zot.
 34103 | D:11     | 34103 ||| Stepping ~*~*~tactically~*~*~ (outnumbered).
 34105 | D:11     | 34105 ||| Stepping ~*~*~tactically~*~*~ (outnumbered).
 34107 | D:11     | 34107 ||| Stepping ~*~*~tactically~*~*~ (outnumbered).
 34109 | D:11     | 34109 ||| Stepping ~*~*~tactically~*~*~ (outnumbered).
 34111 | D:11     | 34111 ||| Stepping ~*~*~tactically~*~*~ (outnumbered).
 34113 | D:11     | 34113 ||| Stepping ~*~*~tactically~*~*~ (outnumbered).
 34115 | D:11     | 34115 ||| Stepping ~*~*~tactically~*~*~ (outnumbered).
 34117 | D:11     | 34117 ||| Stepping ~*~*~tactically~*~*~ (outnumbered).
 34119 | D:11     | 34119 ||| Stepping ~*~*~tactically~*~*~ (outnumbered).
 34121 | D:11     | 34121 ||| Stepping ~*~*~tactically~*~*~ (outnumbered).
 34123 | D:11     | 34123 ||| Stepping ~*~*~tactically~*~*~ (outnumbered).
 34125 | D:11     | 34125 ||| Stepping ~*~*~tactically~*~*~ (outnumbered).
 34127 | D:11     | 34127 ||| Stepping ~*~*~tactically~*~*~ (outnumbered).
 34129 | D:11     | 34129 ||| Stepping ~*~*~tactically~*~*~ (outnumbered).
 34131 | D:11     | 34131 ||| Stepping ~*~*~tactically~*~*~ (outnumbered).
 34133 | D:11     | 34133 ||| Stepping ~*~*~tactically~*~*~ (outnumbered).
 34135 | D:11     | 34135 ||| Stepping ~*~*~tactically~*~*~ (outnumbered).
 34137 | D:11     | 34137 ||| Stepping ~*~*~tactically~*~*~ (outnumbered).
 34139 | D:11     | 34139 ||| Stepping ~*~*~tactically~*~*~ (outnumbered).
 34141 | D:11     | 34141 ||| Stepping ~*~*~tactically~*~*~ (outnumbered).
 34143 | D:11     | 34143 ||| Stepping ~*~*~tactically~*~*~ (outnumbered).
 34145 | D:11     | 34145 ||| Stepping ~*~*~tactically~*~*~ (outnumbered).
 34147 | D:11     | 34147 ||| Stepping ~*~*~tactically~*~*~ (outnumbered).
 34149 | D:11     | 34149 ||| Stepping ~*~*~tactically~*~*~ (outnumbered).
 34151 | D:11     | 34151 ||| Stepping ~*~*~tactically~*~*~ (outnumbered).
 34153 | D:11     | 34153 ||| Stepping ~*~*~tactically~*~*~ (outnumbered).
 34155 | D:11     | 34155 ||| Stepping ~*~*~tactically~*~*~ (outnumbered).
 34157 | D:11     | 34157 ||| Stepping ~*~*~tactically~*~*~ (outnumbered).
 34159 | D:11     | 34159 ||| Stepping ~*~*~tactically~*~*~ (outnumbered).
 34161 | D:11     | 34161 ||| Stepping ~*~*~tactically~*~*~ (outnumbered).
 34163 | D:11     | 34163 ||| Stepping ~*~*~tactically~*~*~ (outnumbered).
 34165 | D:11     | 34165 ||| Stepping ~*~*~tactically~*~*~ (outnumbered).
 34167 | D:11     | 34167 ||| Stepping ~*~*~tactically~*~*~ (outnumbered).
 34169 | D:11     | 34169 ||| Stepping ~*~*~tactically~*~*~ (outnumbered).
 34171 | D:11     | 34171 ||| Stepping ~*~*~tactically~*~*~ (outnumbered).
 34173 | D:11     | 34173 ||| Stepping ~*~*~tactically~*~*~ (outnumbered).
 34175 | D:11     | 34175 ||| Stepping ~*~*~tactically~*~*~ (outnumbered).
 34177 | D:11     | 34177 ||| Stepping ~*~*~tactically~*~*~ (outnumbered).
 34179 | D:11     | 34179 ||| Stepping ~*~*~tactically~*~*~ (outnumbered).
 34181 | D:11     | 34181 ||| Stepping ~*~*~tactically~*~*~ (outnumbered).
 34183 | D:11     | 34183 ||| Stepping ~*~*~tactically~*~*~ (outnumbered).
 34185 | D:11     | 34185 ||| Stepping ~*~*~tactically~*~*~ (outnumbered).
 34187 | D:11     | 34187 ||| Stepping ~*~*~tactically~*~*~ (outnumbered).
 34189 | D:11     | 34189 ||| Stepping ~*~*~tactically~*~*~ (outnumbered).
 34191 | D:11     | 34191 ||| Stepping ~*~*~tactically~*~*~ (outnumbered).
 34193 | D:11     | 34193 ||| Stepping ~*~*~tactically~*~*~ (outnumbered).
 34195 | D:11     | 34195 ||| Stepping ~*~*~tactically~*~*~ (outnumbered).
 34197 | D:11     | 34197 ||| Stepping ~*~*~tactically~*~*~ (outnumbered).
 34199 | D:11     | 34199 ||| Stepping ~*~*~tactically~*~*~ (outnumbered).
 34201 | D:11     | 34201 ||| Stepping ~*~*~tactically~*~*~ (outnumbered).
 34203 | D:11     | 34203 ||| Stepping ~*~*~tactically~*~*~ (outnumbered).
 34205 | D:11     | 34205 ||| Stepping ~*~*~tactically~*~*~ (outnumbered).
 34207 | D:11     | 34207 ||| Stepping ~*~*~tactically~*~*~ (outnumbered).
 34209 | D:11     | 34209 ||| Stepping ~*~*~tactically~*~*~ (outnumbered).
 34211 | D:11     | 34211 ||| Stepping ~*~*~tactically~*~*~ (outnumbered).
 34213 | D:11     | 34213 ||| Stepping ~*~*~tactically~*~*~ (outnumbered).
 34215 | D:11     | 34215 ||| Stepping ~*~*~tactically~*~*~ (outnumbered).
 34217 | D:11     | 34217 ||| Stepping ~*~*~tactically~*~*~ (outnumbered).
 34219 | D:11     | 34219 ||| Stepping ~*~*~tactically~*~*~ (outnumbered).
 34221 | D:11     | 34221 ||| Stepping ~*~*~tactically~*~*~ (outnumbered).
 34223 | D:11     | 34223 ||| Stepping ~*~*~tactically~*~*~ (outnumbered).
 34225 | D:11     | 34225 ||| Stepping ~*~*~tactically~*~*~ (outnumbered).
 34227 | D:11     | 34227 ||| Stepping ~*~*~tactically~*~*~ (outnumbered).
 34229 | D:11     | 34229 ||| Stepping ~*~*~tactically~*~*~ (outnumbered).
 34231 | D:11     | 34231 ||| Stepping ~*~*~tactically~*~*~ (outnumbered).
 34233 | D:11     | 34233 ||| Stepping ~*~*~tactically~*~*~ (outnumbered).
 34235 | D:11     | 34235 ||| Stepping ~*~*~tactically~*~*~ (outnumbered).
 34237 | D:11     | 34237 ||| Stepping ~*~*~tactically~*~*~ (outnumbered).
 34239 | D:11     | 34239 ||| Stepping ~*~*~tactically~*~*~ (outnumbered).
 34241 | D:11     | 34241 ||| Stepping ~*~*~tactically~*~*~ (outnumbered).
 34243 | D:11     | 34243 ||| Stepping ~*~*~tactically~*~*~ (outnumbered).
 34245 | D:11     | 34245 ||| Stepping ~*~*~tactically~*~*~ (outnumbered).
 34247 | D:11     | 34247 ||| Stepping ~*~*~tactically~*~*~ (outnumbered).
 34249 | D:11     | 34249 ||| Stepping ~*~*~tactically~*~*~ (outnumbered).
 34251 | D:11     | 34251 ||| Stepping ~*~*~tactically~*~*~ (outnumbered).
 34253 | D:11     | 34253 ||| Stepping ~*~*~tactically~*~*~ (outnumbered).
 34255 | D:11     | 34255 ||| Stepping ~*~*~tactically~*~*~ (outnumbered).
 34257 | D:11     | 34257 ||| Stepping ~*~*~tactically~*~*~ (outnumbered).
 34259 | D:11     | 34259 ||| Stepping ~*~*~tactically~*~*~ (outnumbered).
 34261 | D:11     | 34261 ||| Stepping ~*~*~tactically~*~*~ (outnumbered).
 34263 | D:11     | 34263 ||| Stepping ~*~*~tactically~*~*~ (outnumbered).
 34265 | D:11     | 34265 ||| Stepping ~*~*~tactically~*~*~ (outnumbered).
 34267 | D:11     | 34267 ||| Stepping ~*~*~tactically~*~*~ (outnumbered).
 34269 | D:11     | 34269 ||| Stepping ~*~*~tactically~*~*~ (outnumbered).
 34271 | D:11     | 34271 ||| Stepping ~*~*~tactically~*~*~ (outnumbered).
 34273 | D:11     | 34273 ||| Stepping ~*~*~tactically~*~*~ (outnumbered).
 34275 | D:11     | 34275 ||| Stepping ~*~*~tactically~*~*~ (outnumbered).
 34277 | D:11     | 34277 ||| Stepping ~*~*~tactically~*~*~ (outnumbered).
 34279 | D:11     | 34279 ||| Stepping ~*~*~tactically~*~*~ (outnumbered).
 34281 | D:11     | 34281 ||| Stepping ~*~*~tactically~*~*~ (outnumbered).
 34283 | D:11     | 34283 ||| Stepping ~*~*~tactically~*~*~ (outnumbered).
 34285 | D:11     | 34285 ||| Stepping ~*~*~tactically~*~*~ (outnumbered).
 34287 | D:11     | 34287 ||| Stepping ~*~*~tactically~*~*~ (outnumbered).
 34289 | D:11     | 34289 ||| Stepping ~*~*~tactically~*~*~ (outnumbered).
 34291 | D:11     | 34291 ||| Stepping ~*~*~tactically~*~*~ (outnumbered).
 34293 | D:11     | 34293 ||| Stepping ~*~*~tactically~*~*~ (outnumbered).
 34295 | D:11     | 34295 ||| Stepping ~*~*~tactically~*~*~ (outnumbered).
 34297 | D:11     | 34297 ||| Stepping ~*~*~tactically~*~*~ (outnumbered).
 34299 | D:11     | 34299 ||| Stepping ~*~*~tactically~*~*~ (outnumbered).
 34301 | D:11     | 34301 ||| Stepping ~*~*~tactically~*~*~ (outnumbered).
 34303 | D:11     | 34303 ||| Stepping ~*~*~tactically~*~*~ (outnumbered).
 34305 | D:11     | 34305 ||| Stepping ~*~*~tactically~*~*~ (outnumbered).
 34307 | D:11     | 34307 ||| Stepping ~*~*~tactically~*~*~ (outnumbered).
 34309 | D:11     | 34309 ||| Stepping ~*~*~tactically~*~*~ (outnumbered).
 34311 | D:11     | 34311 ||| Stepping ~*~*~tactically~*~*~ (outnumbered).
 34313 | D:11     | 34313 ||| Stepping ~*~*~tactically~*~*~ (outnumbered).
 34315 | D:11     | 34315 ||| Stepping ~*~*~tactically~*~*~ (outnumbered).
 34317 | D:11     | 34317 ||| Stepping ~*~*~tactically~*~*~ (outnumbered).
 34319 | D:11     | 34319 ||| Stepping ~*~*~tactically~*~*~ (outnumbered).
 34321 | D:11     | 34321 ||| Stepping ~*~*~tactically~*~*~ (outnumbered).
 34323 | D:11     | 34323 ||| Stepping ~*~*~tactically~*~*~ (outnumbered).
 34325 | D:11     | 34325 ||| Stepping ~*~*~tactically~*~*~ (outnumbered).
 34327 | D:11     | 34327 ||| Stepping ~*~*~tactically~*~*~ (outnumbered).
 34329 | D:11     | 34329 ||| Stepping ~*~*~tactically~*~*~ (outnumbered).
 34331 | D:11     | 34331 ||| Stepping ~*~*~tactically~*~*~ (outnumbered).
 34333 | D:11     | 34333 ||| Stepping ~*~*~tactically~*~*~ (outnumbered).
 34335 | D:11     | 34335 ||| Stepping ~*~*~tactically~*~*~ (outnumbered).
 34337 | D:11     | 34337 ||| Stepping ~*~*~tactically~*~*~ (outnumbered).
 34339 | D:11     | 34339 ||| Stepping ~*~*~tactically~*~*~ (outnumbered).
 34341 | D:11     | 34341 ||| Stepping ~*~*~tactically~*~*~ (outnumbered).
 34343 | D:11     | 34343 ||| Stepping ~*~*~tactically~*~*~ (outnumbered).
 34345 | D:11     | 34345 ||| Stepping ~*~*~tactically~*~*~ (outnumbered).
 34347 | D:11     | 34347 ||| Stepping ~*~*~tactically~*~*~ (outnumbered).
 34349 | D:11     | 34349 ||| Stepping ~*~*~tactically~*~*~ (outnumbered).
 34351 | D:11     | 34351 ||| Stepping ~*~*~tactically~*~*~ (outnumbered).
 34353 | D:11     | 34353 ||| Stepping ~*~*~tactically~*~*~ (outnumbered).
 34355 | D:11     | 34355 ||| Stepping ~*~*~tactically~*~*~ (outnumbered).
 34357 | D:11     | 34357 ||| Stepping ~*~*~tactically~*~*~ (outnumbered).
 34359 | D:11     | 34359 ||| Stepping ~*~*~tactically~*~*~ (outnumbered).
 34361 | D:11     | 34361 ||| Stepping ~*~*~tactically~*~*~ (outnumbered).
 34363 | D:11     | 34363 ||| Stepping ~*~*~tactically~*~*~ (outnumbered).
 34365 | D:11     | 34365 ||| Stepping ~*~*~tactically~*~*~ (outnumbered).
 34367 | D:11     | 34367 ||| Stepping ~*~*~tactically~*~*~ (outnumbered).
 34369 | D:11     | 34369 ||| Stepping ~*~*~tactically~*~*~ (outnumbered).
 34371 | D:11     | 34371 ||| Stepping ~*~*~tactically~*~*~ (outnumbered).
 34373 | D:11     | 34373 ||| Stepping ~*~*~tactically~*~*~ (outnumbered).
 34375 | D:11     | 34375 ||| Stepping ~*~*~tactically~*~*~ (outnumbered).
 34377 | D:11     | 34377 ||| Stepping ~*~*~tactically~*~*~ (outnumbered).
 34379 | D:11     | 34379 ||| Stepping ~*~*~tactically~*~*~ (outnumbered).
 34381 | D:11     | 34381 ||| Stepping ~*~*~tactically~*~*~ (outnumbered).
 34383 | D:11     | 34383 ||| Stepping ~*~*~tactically~*~*~ (outnumbered).
 34385 | D:11     | 34385 ||| Stepping ~*~*~tactically~*~*~ (outnumbered).
 34387 | D:11     | 34387 ||| Stepping ~*~*~tactically~*~*~ (outnumbered).
 34389 | D:11     | 34389 ||| Stepping ~*~*~tactically~*~*~ (outnumbered).
 34391 | D:11     | 34391 ||| Stepping ~*~*~tactically~*~*~ (outnumbered).
 34393 | D:11     | 34393 ||| Stepping ~*~*~tactically~*~*~ (outnumbered).
 34395 | D:11     | 34395 ||| Stepping ~*~*~tactically~*~*~ (outnumbered).
 34397 | D:11     | 34397 ||| Stepping ~*~*~tactically~*~*~ (outnumbered).
 34399 | D:11     | 34399 ||| Stepping ~*~*~tactically~*~*~ (outnumbered).
 34401 | D:11     | 34401 ||| Stepping ~*~*~tactically~*~*~ (outnumbered).
 34403 | D:11     | 34403 ||| Stepping ~*~*~tactically~*~*~ (outnumbered).
 34405 | D:11     | 34405 ||| Stepping ~*~*~tactically~*~*~ (outnumbered).
 34407 | D:11     | 34407 ||| Stepping ~*~*~tactically~*~*~ (outnumbered).
 34409 | D:11     | 34409 ||| Stepping ~*~*~tactically~*~*~ (outnumbered).
 34411 | D:11     | 34411 ||| Stepping ~*~*~tactically~*~*~ (outnumbered).
 34413 | D:11     | 34413 ||| Stepping ~*~*~tactically~*~*~ (outnumbered).
 34415 | D:11     | 34415 ||| Stepping ~*~*~tactically~*~*~ (outnumbered).
 34417 | D:11     | 34417 ||| Stepping ~*~*~tactically~*~*~ (outnumbered).
 34419 | D:11     | 34419 ||| Stepping ~*~*~tactically~*~*~ (outnumbered).
 34421 | D:11     | 34421 ||| Stepping ~*~*~tactically~*~*~ (outnumbered).
 34423 | D:11     | 34423 ||| Stepping ~*~*~tactically~*~*~ (outnumbered).
 34425 | D:11     | 34425 ||| Stepping ~*~*~tactically~*~*~ (outnumbered).
 34427 | D:11     | 34427 ||| Stepping ~*~*~tactically~*~*~ (outnumbered).
 34429 | D:11     | 34429 ||| Stepping ~*~*~tactically~*~*~ (outnumbered).
 34431 | D:11     | 34431 ||| Stepping ~*~*~tactically~*~*~ (outnumbered).
 34433 | D:11     | 34433 ||| Stepping ~*~*~tactically~*~*~ (outnumbered).
 34435 | D:11     | 34435 ||| Stepping ~*~*~tactically~*~*~ (outnumbered).
 34437 | D:11     | 34437 ||| Stepping ~*~*~tactically~*~*~ (outnumbered).
 34439 | D:11     | 34439 ||| Stepping ~*~*~tactically~*~*~ (outnumbered).
 34441 | D:11     | 34441 ||| Stepping ~*~*~tactically~*~*~ (outnumbered).
 34443 | D:11     | 34443 ||| Stepping ~*~*~tactically~*~*~ (outnumbered).
 34445 | D:11     | 34445 ||| Stepping ~*~*~tactically~*~*~ (outnumbered).
 34447 | D:11     | 34447 ||| Stepping ~*~*~tactically~*~*~ (outnumbered).
 34449 | D:11     | 34449 ||| Stepping ~*~*~tactically~*~*~ (outnumbered).
 34451 | D:11     | 34451 ||| Stepping ~*~*~tactically~*~*~ (outnumbered).
 34453 | D:11     | 34453 ||| Stepping ~*~*~tactically~*~*~ (outnumbered).
 34455 | D:11     | 34455 ||| Stepping ~*~*~tactically~*~*~ (outnumbered).
 34457 | D:11     | 34457 ||| Stepping ~*~*~tactically~*~*~ (outnumbered).
 34459 | D:11     | 34459 ||| Stepping ~*~*~tactically~*~*~ (outnumbered).
 34461 | D:11     | 34461 ||| Stepping ~*~*~tactically~*~*~ (outnumbered).
 34463 | D:11     | 34463 ||| Stepping ~*~*~tactically~*~*~ (outnumbered).
 34465 | D:11     | 34465 ||| Stepping ~*~*~tactically~*~*~ (outnumbered).
 34467 | D:11     | 34467 ||| Stepping ~*~*~tactically~*~*~ (outnumbered).
 34469 | D:11     | 34469 ||| Stepping ~*~*~tactically~*~*~ (outnumbered).
 34471 | D:11     | 34471 ||| Stepping ~*~*~tactically~*~*~ (outnumbered).
 34473 | D:11     | 34473 ||| Stepping ~*~*~tactically~*~*~ (outnumbered).
 34475 | D:11     | 34475 ||| Stepping ~*~*~tactically~*~*~ (outnumbered).
 34477 | D:11     | 34477 ||| Stepping ~*~*~tactically~*~*~ (outnumbered).
 34479 | D:11     | 34479 ||| Stepping ~*~*~tactically~*~*~ (outnumbered).
 34481 | D:11     | 34481 ||| Stepping ~*~*~tactically~*~*~ (outnumbered).
 34483 | D:11     | 34483 ||| Stepping ~*~*~tactically~*~*~ (outnumbered).
 34485 | D:11     | 34485 ||| Stepping ~*~*~tactically~*~*~ (outnumbered).
 34487 | D:11     | 34487 ||| Stepping ~*~*~tactically~*~*~ (outnumbered).
 34489 | D:11     | 34489 ||| Stepping ~*~*~tactically~*~*~ (outnumbered).
 34491 | D:11     | 34491 ||| Stepping ~*~*~tactically~*~*~ (outnumbered).
 34493 | D:11     | 34493 ||| Stepping ~*~*~tactically~*~*~ (outnumbered).
 34495 | D:11     | 34495 ||| Stepping ~*~*~tactically~*~*~ (outnumbered).
 34497 | D:11     | 34497 ||| Stepping ~*~*~tactically~*~*~ (outnumbered).
 34499 | D:11     | 34499 ||| Stepping ~*~*~tactically~*~*~ (outnumbered).
 34501 | D:11     | 34501 ||| Stepping ~*~*~tactically~*~*~ (outnumbered).
 34503 | D:11     | 34503 ||| Stepping ~*~*~tactically~*~*~ (outnumbered).
 34505 | D:11     | 34505 ||| Stepping ~*~*~tactically~*~*~ (outnumbered).
 34507 | D:11     | 34507 ||| Stepping ~*~*~tactically~*~*~ (outnumbered).
 34509 | D:11     | 34509 ||| Stepping ~*~*~tactically~*~*~ (outnumbered).
 34511 | D:11     | 34511 ||| Stepping ~*~*~tactically~*~*~ (outnumbered).
 34513 | D:11     | 34513 ||| Stepping ~*~*~tactically~*~*~ (outnumbered).
 34515 | D:11     | 34515 ||| Stepping ~*~*~tactically~*~*~ (outnumbered).
 34517 | D:11     | 34517 ||| Stepping ~*~*~tactically~*~*~ (outnumbered).
 34519 | D:11     | 34519 ||| Stepping ~*~*~tactically~*~*~ (outnumbered).
 34521 | D:11     | 34521 ||| Stepping ~*~*~tactically~*~*~ (outnumbered).
 34523 | D:11     | 34523 ||| Stepping ~*~*~tactically~*~*~ (outnumbered).
 34525 | D:11     | 34525 ||| Stepping ~*~*~tactically~*~*~ (outnumbered).
 34527 | D:11     | 34527 ||| Stepping ~*~*~tactically~*~*~ (outnumbered).
 34529 | D:11     | 34529 ||| Stepping ~*~*~tactically~*~*~ (outnumbered).
 34531 | D:11     | 34531 ||| Stepping ~*~*~tactically~*~*~ (outnumbered).
 34533 | D:11     | 34533 ||| Stepping ~*~*~tactically~*~*~ (outnumbered).
 34535 | D:11     | 34535 ||| Stepping ~*~*~tactically~*~*~ (outnumbered).
 34537 | D:11     | 34537 ||| Stepping ~*~*~tactically~*~*~ (outnumbered).
 34539 | D:11     | 34539 ||| Stepping ~*~*~tactically~*~*~ (outnumbered).
 34541 | D:11     | 34541 ||| Stepping ~*~*~tactically~*~*~ (outnumbered).
 34543 | D:11     | 34543 ||| Stepping ~*~*~tactically~*~*~ (outnumbered).
 34545 | D:11     | 34545 ||| Stepping ~*~*~tactically~*~*~ (outnumbered).
 34547 | D:11     | 34547 ||| Stepping ~*~*~tactically~*~*~ (outnumbered).
 34549 | D:11     | 34549 ||| Stepping ~*~*~tactically~*~*~ (outnumbered).
 34551 | D:11     | 34551 ||| Stepping ~*~*~tactically~*~*~ (outnumbered).
 34553 | D:11     | 34553 ||| Stepping ~*~*~tactically~*~*~ (outnumbered).
 34555 | D:11     | 34555 ||| Stepping ~*~*~tactically~*~*~ (outnumbered).
 34557 | D:11     | 34557 ||| Stepping ~*~*~tactically~*~*~ (outnumbered).
 34559 | D:11     | 34559 ||| Stepping ~*~*~tactically~*~*~ (outnumbered).
 34561 | D:11     | 34561 ||| Stepping ~*~*~tactically~*~*~ (outnumbered).
 34563 | D:11     | 34563 ||| Stepping ~*~*~tactically~*~*~ (outnumbered).
 34565 | D:11     | 34565 ||| Stepping ~*~*~tactically~*~*~ (outnumbered).
 34567 | D:11     | 34567 ||| Stepping ~*~*~tactically~*~*~ (outnumbered).
 34569 | D:11     | 34569 ||| Stepping ~*~*~tactically~*~*~ (outnumbered).
 34571 | D:11     | 34571 ||| Stepping ~*~*~tactically~*~*~ (outnumbered).
 34573 | D:11     | 34573 ||| Stepping ~*~*~tactically~*~*~ (outnumbered).
 34575 | D:11     | 34575 ||| Stepping ~*~*~tactically~*~*~ (outnumbered).
 34577 | D:11     | 34577 ||| Stepping ~*~*~tactically~*~*~ (outnumbered).
 34579 | D:11     | 34579 ||| Stepping ~*~*~tactically~*~*~ (outnumbered).
 34581 | D:11     | 34581 ||| Stepping ~*~*~tactically~*~*~ (outnumbered).
 34583 | D:11     | 34583 ||| Stepping ~*~*~tactically~*~*~ (outnumbered).
 34585 | D:11     | 34585 ||| Stepping ~*~*~tactically~*~*~ (outnumbered).
 34587 | D:11     | 34587 ||| Stepping ~*~*~tactically~*~*~ (outnumbered).
 34589 | D:11     | 34589 ||| Stepping ~*~*~tactically~*~*~ (outnumbered).
 34591 | D:11     | 34591 ||| Stepping ~*~*~tactically~*~*~ (outnumbered).
 34593 | D:11     | 34593 ||| Stepping ~*~*~tactically~*~*~ (outnumbered).
 34595 | D:11     | 34595 ||| Stepping ~*~*~tactically~*~*~ (outnumbered).
 34597 | D:11     | 34597 ||| Stepping ~*~*~tactically~*~*~ (outnumbered).
 34599 | D:11     | 34599 ||| Stepping ~*~*~tactically~*~*~ (outnumbered).
 34601 | D:11     | 34601 ||| Stepping ~*~*~tactically~*~*~ (outnumbered).
 34601 | D:11     | Glimpsed the power of Zot.
 34603 | D:11     | 34603 ||| Stepping ~*~*~tactically~*~*~ (outnumbered).
 34605 | D:11     | 34605 ||| Stepping ~*~*~tactically~*~*~ (outnumbered).
 34607 | D:11     | 34607 ||| Stepping ~*~*~tactically~*~*~ (outnumbered).
 34609 | D:11     | 34609 ||| Stepping ~*~*~tactically~*~*~ (outnumbered).
 34611 | D:11     | 34611 ||| Stepping ~*~*~tactically~*~*~ (outnumbered).
 34613 | D:11     | 34613 ||| Stepping ~*~*~tactically~*~*~ (outnumbered).
 34615 | D:11     | 34615 ||| Stepping ~*~*~tactically~*~*~ (outnumbered).
 34617 | D:11     | 34617 ||| Stepping ~*~*~tactically~*~*~ (outnumbered).
 34619 | D:11     | 34619 ||| Stepping ~*~*~tactically~*~*~ (outnumbered).
 34621 | D:11     | 34621 ||| Stepping ~*~*~tactically~*~*~ (outnumbered).
 34623 | D:11     | 34623 ||| Stepping ~*~*~tactically~*~*~ (outnumbered).
 34625 | D:11     | 34625 ||| Stepping ~*~*~tactically~*~*~ (outnumbered).
 34627 | D:11     | 34627 ||| Stepping ~*~*~tactically~*~*~ (outnumbered).
 34629 | D:11     | 34629 ||| Stepping ~*~*~tactically~*~*~ (outnumbered).
 34631 | D:11     | 34631 ||| Stepping ~*~*~tactically~*~*~ (outnumbered).
 34633 | D:11     | 34633 ||| Stepping ~*~*~tactically~*~*~ (outnumbered).
 34635 | D:11     | 34635 ||| Stepping ~*~*~tactically~*~*~ (outnumbered).
 34637 | D:11     | 34637 ||| Stepping ~*~*~tactically~*~*~ (outnumbered).
 34639 | D:11     | 34639 ||| Stepping ~*~*~tactically~*~*~ (outnumbered).
 34641 | D:11     | 34641 ||| Stepping ~*~*~tactically~*~*~ (outnumbered).
 34643 | D:11     | 34643 ||| Stepping ~*~*~tactically~*~*~ (outnumbered).
 34645 | D:11     | 34645 ||| Stepping ~*~*~tactically~*~*~ (outnumbered).
 34647 | D:11     | 34647 ||| Stepping ~*~*~tactically~*~*~ (outnumbered).
 34649 | D:11     | 34649 ||| Stepping ~*~*~tactically~*~*~ (outnumbered).
 34651 | D:11     | 34651 ||| Stepping ~*~*~tactically~*~*~ (outnumbered).
 34653 | D:11     | 34653 ||| Stepping ~*~*~tactically~*~*~ (outnumbered).
 34655 | D:11     | 34655 ||| Stepping ~*~*~tactically~*~*~ (outnumbered).
 34657 | D:11     | 34657 ||| Stepping ~*~*~tactically~*~*~ (outnumbered).
 34659 | D:11     | 34659 ||| Stepping ~*~*~tactically~*~*~ (outnumbered).
 34661 | D:11     | 34661 ||| Stepping ~*~*~tactically~*~*~ (outnumbered).
 34663 | D:11     | 34663 ||| Stepping ~*~*~tactically~*~*~ (outnumbered).
 34665 | D:11     | 34665 ||| Stepping ~*~*~tactically~*~*~ (outnumbered).
 34667 | D:11     | 34667 ||| Stepping ~*~*~tactically~*~*~ (outnumbered).
 34669 | D:11     | 34669 ||| Stepping ~*~*~tactically~*~*~ (outnumbered).
 34671 | D:11     | 34671 ||| Stepping ~*~*~tactically~*~*~ (outnumbered).
 34673 | D:11     | 34673 ||| Stepping ~*~*~tactically~*~*~ (outnumbered).
 34675 | D:11     | 34675 ||| Stepping ~*~*~tactically~*~*~ (outnumbered).
 34677 | D:11     | 34677 ||| Stepping ~*~*~tactically~*~*~ (outnumbered).
 34679 | D:11     | 34679 ||| Stepping ~*~*~tactically~*~*~ (outnumbered).
 34681 | D:11     | 34681 ||| Stepping ~*~*~tactically~*~*~ (outnumbered).
 34683 | D:11     | 34683 ||| Stepping ~*~*~tactically~*~*~ (outnumbered).
 34685 | D:11     | 34685 ||| Stepping ~*~*~tactically~*~*~ (outnumbered).
 34687 | D:11     | 34687 ||| Stepping ~*~*~tactically~*~*~ (outnumbered).
 34689 | D:11     | 34689 ||| Stepping ~*~*~tactically~*~*~ (outnumbered).
 34691 | D:11     | 34691 ||| Stepping ~*~*~tactically~*~*~ (outnumbered).
 34693 | D:11     | 34693 ||| Stepping ~*~*~tactically~*~*~ (outnumbered).
 34695 | D:11     | 34695 ||| Stepping ~*~*~tactically~*~*~ (outnumbered).
 34697 | D:11     | 34697 ||| Stepping ~*~*~tactically~*~*~ (outnumbered).
 34699 | D:11     | 34699 ||| Stepping ~*~*~tactically~*~*~ (outnumbered).
 34701 | D:11     | 34701 ||| Stepping ~*~*~tactically~*~*~ (outnumbered).
 34703 | D:11     | 34703 ||| Stepping ~*~*~tactically~*~*~ (outnumbered).
 34705 | D:11     | 34705 ||| Stepping ~*~*~tactically~*~*~ (outnumbered).
 34707 | D:11     | 34707 ||| Stepping ~*~*~tactically~*~*~ (outnumbered).
 34709 | D:11     | 34709 ||| Stepping ~*~*~tactically~*~*~ (outnumbered).
 34711 | D:11     | 34711 ||| Stepping ~*~*~tactically~*~*~ (outnumbered).
 34713 | D:11     | 34713 ||| Stepping ~*~*~tactically~*~*~ (outnumbered).
 34715 | D:11     | 34715 ||| Stepping ~*~*~tactically~*~*~ (outnumbered).
 34717 | D:11     | 34717 ||| Stepping ~*~*~tactically~*~*~ (outnumbered).
 34719 | D:11     | 34719 ||| Stepping ~*~*~tactically~*~*~ (outnumbered).
 34721 | D:11     | 34721 ||| Stepping ~*~*~tactically~*~*~ (outnumbered).
 34723 | D:11     | 34723 ||| Stepping ~*~*~tactically~*~*~ (outnumbered).
 34725 | D:11     | 34725 ||| Stepping ~*~*~tactically~*~*~ (outnumbered).
 34727 | D:11     | 34727 ||| Stepping ~*~*~tactically~*~*~ (outnumbered).
 34729 | D:11     | 34729 ||| Stepping ~*~*~tactically~*~*~ (outnumbered).
 34731 | D:11     | 34731 ||| Stepping ~*~*~tactically~*~*~ (outnumbered).
 34733 | D:11     | 34733 ||| Stepping ~*~*~tactically~*~*~ (outnumbered).
 34735 | D:11     | 34735 ||| Stepping ~*~*~tactically~*~*~ (outnumbered).
 34737 | D:11     | 34737 ||| Stepping ~*~*~tactically~*~*~ (outnumbered).
 34739 | D:11     | 34739 ||| Stepping ~*~*~tactically~*~*~ (outnumbered).
 34741 | D:11     | 34741 ||| Stepping ~*~*~tactically~*~*~ (outnumbered).
 34743 | D:11     | 34743 ||| Stepping ~*~*~tactically~*~*~ (outnumbered).
 34745 | D:11     | 34745 ||| Stepping ~*~*~tactically~*~*~ (outnumbered).
 34747 | D:11     | 34747 ||| Stepping ~*~*~tactically~*~*~ (outnumbered).
 34749 | D:11     | 34749 ||| Stepping ~*~*~tactically~*~*~ (outnumbered).
 34751 | D:11     | 34751 ||| Stepping ~*~*~tactically~*~*~ (outnumbered).
 34753 | D:11     | 34753 ||| Stepping ~*~*~tactically~*~*~ (outnumbered).
 34755 | D:11     | 34755 ||| Stepping ~*~*~tactically~*~*~ (outnumbered).
 34757 | D:11     | 34757 ||| Stepping ~*~*~tactically~*~*~ (outnumbered).
 34759 | D:11     | 34759 ||| Stepping ~*~*~tactically~*~*~ (outnumbered).
 34761 | D:11     | 34761 ||| Stepping ~*~*~tactically~*~*~ (outnumbered).
 34763 | D:11     | 34763 ||| Stepping ~*~*~tactically~*~*~ (outnumbered).
 34765 | D:11     | 34765 ||| Stepping ~*~*~tactically~*~*~ (outnumbered).
 34767 | D:11     | 34767 ||| Stepping ~*~*~tactically~*~*~ (outnumbered).
 34769 | D:11     | 34769 ||| Stepping ~*~*~tactically~*~*~ (outnumbered).
 34771 | D:11     | 34771 ||| Stepping ~*~*~tactically~*~*~ (outnumbered).
 34773 | D:11     | 34773 ||| Stepping ~*~*~tactically~*~*~ (outnumbered).
 34775 | D:11     | 34775 ||| Stepping ~*~*~tactically~*~*~ (outnumbered).
 34777 | D:11     | 34777 ||| Stepping ~*~*~tactically~*~*~ (outnumbered).
 34779 | D:11     | 34779 ||| Stepping ~*~*~tactically~*~*~ (outnumbered).
 34781 | D:11     | 34781 ||| Stepping ~*~*~tactically~*~*~ (outnumbered).
 34783 | D:11     | 34783 ||| Stepping ~*~*~tactically~*~*~ (outnumbered).
 34785 | D:11     | 34785 ||| Stepping ~*~*~tactically~*~*~ (outnumbered).
 34787 | D:11     | 34787 ||| Stepping ~*~*~tactically~*~*~ (outnumbered).
 34789 | D:11     | 34789 ||| Stepping ~*~*~tactically~*~*~ (outnumbered).
 34791 | D:11     | 34791 ||| Stepping ~*~*~tactically~*~*~ (outnumbered).
 34793 | D:11     | 34793 ||| Stepping ~*~*~tactically~*~*~ (outnumbered).
 34795 | D:11     | 34795 ||| Stepping ~*~*~tactically~*~*~ (outnumbered).
 34797 | D:11     | 34797 ||| Stepping ~*~*~tactically~*~*~ (outnumbered).
 34799 | D:11     | 34799 ||| Stepping ~*~*~tactically~*~*~ (outnumbered).
 34801 | D:11     | 34801 ||| Stepping ~*~*~tactically~*~*~ (outnumbered).
 34803 | D:11     | 34803 ||| Stepping ~*~*~tactically~*~*~ (outnumbered).
 34805 | D:11     | 34805 ||| Stepping ~*~*~tactically~*~*~ (outnumbered).
 34807 | D:11     | 34807 ||| Stepping ~*~*~tactically~*~*~ (outnumbered).
 34809 | D:11     | 34809 ||| Stepping ~*~*~tactically~*~*~ (outnumbered).
 34811 | D:11     | 34811 ||| Stepping ~*~*~tactically~*~*~ (outnumbered).
 34813 | D:11     | 34813 ||| Stepping ~*~*~tactically~*~*~ (outnumbered).
 34815 | D:11     | 34815 ||| Stepping ~*~*~tactically~*~*~ (outnumbered).
 34817 | D:11     | 34817 ||| Stepping ~*~*~tactically~*~*~ (outnumbered).
 34819 | D:11     | 34819 ||| Stepping ~*~*~tactically~*~*~ (outnumbered).
 34821 | D:11     | 34821 ||| Stepping ~*~*~tactically~*~*~ (outnumbered).
 34823 | D:11     | 34823 ||| Stepping ~*~*~tactically~*~*~ (outnumbered).
 34825 | D:11     | 34825 ||| Stepping ~*~*~tactically~*~*~ (outnumbered).
 34827 | D:11     | 34827 ||| Stepping ~*~*~tactically~*~*~ (outnumbered).
 34829 | D:11     | 34829 ||| Stepping ~*~*~tactically~*~*~ (outnumbered).
 34831 | D:11     | 34831 ||| Stepping ~*~*~tactically~*~*~ (outnumbered).
 34833 | D:11     | 34833 ||| Stepping ~*~*~tactically~*~*~ (outnumbered).
 34835 | D:11     | 34835 ||| Stepping ~*~*~tactically~*~*~ (outnumbered).
 34837 | D:11     | 34837 ||| Stepping ~*~*~tactically~*~*~ (outnumbered).
 34839 | D:11     | 34839 ||| Stepping ~*~*~tactically~*~*~ (outnumbered).
 34841 | D:11     | 34841 ||| Stepping ~*~*~tactically~*~*~ (outnumbered).
 34843 | D:11     | 34843 ||| Stepping ~*~*~tactically~*~*~ (outnumbered).
 34845 | D:11     | 34845 ||| Stepping ~*~*~tactically~*~*~ (outnumbered).
 34847 | D:11     | 34847 ||| Stepping ~*~*~tactically~*~*~ (outnumbered).
 34849 | D:11     | 34849 ||| Stepping ~*~*~tactically~*~*~ (outnumbered).
 34851 | D:11     | 34851 ||| Stepping ~*~*~tactically~*~*~ (outnumbered).
 34853 | D:11     | 34853 ||| Stepping ~*~*~tactically~*~*~ (outnumbered).
 34855 | D:11     | 34855 ||| Stepping ~*~*~tactically~*~*~ (outnumbered).
 34857 | D:11     | 34857 ||| Stepping ~*~*~tactically~*~*~ (outnumbered).
 34859 | D:11     | 34859 ||| Stepping ~*~*~tactically~*~*~ (outnumbered).
 34861 | D:11     | 34861 ||| Stepping ~*~*~tactically~*~*~ (outnumbered).
 34863 | D:11     | 34863 ||| Stepping ~*~*~tactically~*~*~ (outnumbered).
 34865 | D:11     | 34865 ||| Stepping ~*~*~tactically~*~*~ (outnumbered).
 34867 | D:11     | 34867 ||| Stepping ~*~*~tactically~*~*~ (outnumbered).
 34869 | D:11     | 34869 ||| Stepping ~*~*~tactically~*~*~ (outnumbered).
 34871 | D:11     | 34871 ||| Stepping ~*~*~tactically~*~*~ (outnumbered).
 34873 | D:11     | 34873 ||| Stepping ~*~*~tactically~*~*~ (outnumbered).
 34875 | D:11     | 34875 ||| Stepping ~*~*~tactically~*~*~ (outnumbered).
 34877 | D:11     | 34877 ||| Stepping ~*~*~tactically~*~*~ (outnumbered).
 34879 | D:11     | 34879 ||| Stepping ~*~*~tactically~*~*~ (outnumbered).
 34881 | D:11     | 34881 ||| Stepping ~*~*~tactically~*~*~ (outnumbered).
 34883 | D:11     | 34883 ||| Stepping ~*~*~tactically~*~*~ (outnumbered).
 34885 | D:11     | 34885 ||| Stepping ~*~*~tactically~*~*~ (outnumbered).
 34887 | D:11     | 34887 ||| Stepping ~*~*~tactically~*~*~ (outnumbered).
 34889 | D:11     | 34889 ||| Stepping ~*~*~tactically~*~*~ (outnumbered).
 34891 | D:11     | 34891 ||| Stepping ~*~*~tactically~*~*~ (outnumbered).
 34893 | D:11     | 34893 ||| Stepping ~*~*~tactically~*~*~ (outnumbered).
 34895 | D:11     | 34895 ||| Stepping ~*~*~tactically~*~*~ (outnumbered).
 34897 | D:11     | 34897 ||| Stepping ~*~*~tactically~*~*~ (outnumbered).
 34899 | D:11     | 34899 ||| Stepping ~*~*~tactically~*~*~ (outnumbered).
 34901 | D:11     | 34901 ||| Stepping ~*~*~tactically~*~*~ (outnumbered).
 34903 | D:11     | 34903 ||| Stepping ~*~*~tactically~*~*~ (outnumbered).
 34905 | D:11     | 34905 ||| Stepping ~*~*~tactically~*~*~ (outnumbered).
 34907 | D:11     | 34907 ||| Stepping ~*~*~tactically~*~*~ (outnumbered).
 34909 | D:11     | 34909 ||| Stepping ~*~*~tactically~*~*~ (outnumbered).
 34911 | D:11     | 34911 ||| Stepping ~*~*~tactically~*~*~ (outnumbered).
 34913 | D:11     | 34913 ||| Stepping ~*~*~tactically~*~*~ (outnumbered).
 34915 | D:11     | 34915 ||| Stepping ~*~*~tactically~*~*~ (outnumbered).
 34917 | D:11     | 34917 ||| Stepping ~*~*~tactically~*~*~ (outnumbered).
 34919 | D:11     | 34919 ||| Stepping ~*~*~tactically~*~*~ (outnumbered).
 34921 | D:11     | 34921 ||| Stepping ~*~*~tactically~*~*~ (outnumbered).
 34923 | D:11     | 34923 ||| Stepping ~*~*~tactically~*~*~ (outnumbered).
 34925 | D:11     | 34925 ||| Stepping ~*~*~tactically~*~*~ (outnumbered).
 34927 | D:11     | 34927 ||| Stepping ~*~*~tactically~*~*~ (outnumbered).
 34929 | D:11     | 34929 ||| Stepping ~*~*~tactically~*~*~ (outnumbered).
 34931 | D:11     | 34931 ||| Stepping ~*~*~tactically~*~*~ (outnumbered).
 34933 | D:11     | 34933 ||| Stepping ~*~*~tactically~*~*~ (outnumbered).
 34935 | D:11     | 34935 ||| Stepping ~*~*~tactically~*~*~ (outnumbered).
 34937 | D:11     | 34937 ||| Stepping ~*~*~tactically~*~*~ (outnumbered).
 34939 | D:11     | 34939 ||| Stepping ~*~*~tactically~*~*~ (outnumbered).
 34941 | D:11     | 34941 ||| Stepping ~*~*~tactically~*~*~ (outnumbered).
 34943 | D:11     | 34943 ||| Stepping ~*~*~tactically~*~*~ (outnumbered).
 34945 | D:11     | 34945 ||| Stepping ~*~*~tactically~*~*~ (outnumbered).
 34947 | D:11     | 34947 ||| Stepping ~*~*~tactically~*~*~ (outnumbered).
 34949 | D:11     | 34949 ||| Stepping ~*~*~tactically~*~*~ (outnumbered).
 34951 | D:11     | 34951 ||| Stepping ~*~*~tactically~*~*~ (outnumbered).
 34953 | D:11     | 34953 ||| Stepping ~*~*~tactically~*~*~ (outnumbered).
 34955 | D:11     | 34955 ||| Stepping ~*~*~tactically~*~*~ (outnumbered).
 34957 | D:11     | 34957 ||| Stepping ~*~*~tactically~*~*~ (outnumbered).
 34959 | D:11     | 34959 ||| Stepping ~*~*~tactically~*~*~ (outnumbered).
 34961 | D:11     | 34961 ||| Stepping ~*~*~tactically~*~*~ (outnumbered).
 34963 | D:11     | 34963 ||| Stepping ~*~*~tactically~*~*~ (outnumbered).
 34965 | D:11     | 34965 ||| Stepping ~*~*~tactically~*~*~ (outnumbered).
 34967 | D:11     | 34967 ||| Stepping ~*~*~tactically~*~*~ (outnumbered).
 34969 | D:11     | 34969 ||| Stepping ~*~*~tactically~*~*~ (outnumbered).
 34971 | D:11     | 34971 ||| Stepping ~*~*~tactically~*~*~ (outnumbered).
 34973 | D:11     | 34973 ||| Stepping ~*~*~tactically~*~*~ (outnumbered).
 34975 | D:11     | 34975 ||| Stepping ~*~*~tactically~*~*~ (outnumbered).
 34977 | D:11     | 34977 ||| Stepping ~*~*~tactically~*~*~ (outnumbered).
 34979 | D:11     | 34979 ||| Stepping ~*~*~tactically~*~*~ (outnumbered).
 34981 | D:11     | 34981 ||| Stepping ~*~*~tactically~*~*~ (outnumbered).
 34983 | D:11     | 34983 ||| Stepping ~*~*~tactically~*~*~ (outnumbered).
 34985 | D:11     | 34985 ||| Stepping ~*~*~tactically~*~*~ (outnumbered).
 34987 | D:11     | 34987 ||| Stepping ~*~*~tactically~*~*~ (outnumbered).
 34989 | D:11     | 34989 ||| Stepping ~*~*~tactically~*~*~ (outnumbered).
 34991 | D:11     | 34991 ||| Stepping ~*~*~tactically~*~*~ (outnumbered).
 34993 | D:11     | 34993 ||| Stepping ~*~*~tactically~*~*~ (outnumbered).
 34995 | D:11     | 34995 ||| Stepping ~*~*~tactically~*~*~ (outnumbered).
 34997 | D:11     | 34997 ||| Stepping ~*~*~tactically~*~*~ (outnumbered).
 34999 | D:11     | 34999 ||| Stepping ~*~*~tactically~*~*~ (outnumbered).
 35001 | D:11     | 35001 ||| Stepping ~*~*~tactically~*~*~ (outnumbered).
 35001 | D:11     | Glimpsed the power of Zot.
 35003 | D:11     | 35003 ||| Stepping ~*~*~tactically~*~*~ (outnumbered).
 35005 | D:11     | 35005 ||| Stepping ~*~*~tactically~*~*~ (outnumbered).
 35007 | D:11     | 35007 ||| Stepping ~*~*~tactically~*~*~ (outnumbered).
 35009 | D:11     | 35009 ||| Stepping ~*~*~tactically~*~*~ (outnumbered).
 35011 | D:11     | 35011 ||| Stepping ~*~*~tactically~*~*~ (outnumbered).
 35013 | D:11     | 35013 ||| Stepping ~*~*~tactically~*~*~ (outnumbered).
 35015 | D:11     | 35015 ||| Stepping ~*~*~tactically~*~*~ (outnumbered).
 35017 | D:11     | 35017 ||| Stepping ~*~*~tactically~*~*~ (outnumbered).
 35019 | D:11     | 35019 ||| Stepping ~*~*~tactically~*~*~ (outnumbered).
 35021 | D:11     | 35021 ||| Stepping ~*~*~tactically~*~*~ (outnumbered).
 35023 | D:11     | 35023 ||| Stepping ~*~*~tactically~*~*~ (outnumbered).
 35025 | D:11     | 35025 ||| Stepping ~*~*~tactically~*~*~ (outnumbered).
 35027 | D:11     | 35027 ||| Stepping ~*~*~tactically~*~*~ (outnumbered).
 35029 | D:11     | 35029 ||| Stepping ~*~*~tactically~*~*~ (outnumbered).
 35031 | D:11     | 35031 ||| Stepping ~*~*~tactically~*~*~ (outnumbered).
 35033 | D:11     | 35033 ||| Stepping ~*~*~tactically~*~*~ (outnumbered).
 35035 | D:11     | 35035 ||| Stepping ~*~*~tactically~*~*~ (outnumbered).
 35037 | D:11     | 35037 ||| Stepping ~*~*~tactically~*~*~ (outnumbered).
 35039 | D:11     | 35039 ||| Stepping ~*~*~tactically~*~*~ (outnumbered).
 35041 | D:11     | 35041 ||| Stepping ~*~*~tactically~*~*~ (outnumbered).
 35043 | D:11     | 35043 ||| Stepping ~*~*~tactically~*~*~ (outnumbered).
 35045 | D:11     | 35045 ||| Stepping ~*~*~tactically~*~*~ (outnumbered).
 35047 | D:11     | 35047 ||| Stepping ~*~*~tactically~*~*~ (outnumbered).
 35049 | D:11     | 35049 ||| Stepping ~*~*~tactically~*~*~ (outnumbered).
 35051 | D:11     | 35051 ||| Stepping ~*~*~tactically~*~*~ (outnumbered).
 35053 | D:11     | 35053 ||| Stepping ~*~*~tactically~*~*~ (outnumbered).
 35055 | D:11     | 35055 ||| Stepping ~*~*~tactically~*~*~ (outnumbered).
 35057 | D:11     | 35057 ||| Stepping ~*~*~tactically~*~*~ (outnumbered).
 35059 | D:11     | 35059 ||| Stepping ~*~*~tactically~*~*~ (outnumbered).
 35061 | D:11     | 35061 ||| Stepping ~*~*~tactically~*~*~ (outnumbered).
 35063 | D:11     | 35063 ||| Stepping ~*~*~tactically~*~*~ (outnumbered).
 35065 | D:11     | 35065 ||| Stepping ~*~*~tactically~*~*~ (outnumbered).
 35067 | D:11     | 35067 ||| Stepping ~*~*~tactically~*~*~ (outnumbered).
 35069 | D:11     | 35069 ||| Stepping ~*~*~tactically~*~*~ (outnumbered).
 35071 | D:11     | 35071 ||| Stepping ~*~*~tactically~*~*~ (outnumbered).
 35073 | D:11     | 35073 ||| Stepping ~*~*~tactically~*~*~ (outnumbered).
 35075 | D:11     | 35075 ||| Stepping ~*~*~tactically~*~*~ (outnumbered).
 35077 | D:11     | 35077 ||| Stepping ~*~*~tactically~*~*~ (outnumbered).
 35079 | D:11     | 35079 ||| Stepping ~*~*~tactically~*~*~ (outnumbered).
 35081 | D:11     | 35081 ||| Stepping ~*~*~tactically~*~*~ (outnumbered).
 35083 | D:11     | 35083 ||| Stepping ~*~*~tactically~*~*~ (outnumbered).
 35085 | D:11     | 35085 ||| Stepping ~*~*~tactically~*~*~ (outnumbered).
 35087 | D:11     | 35087 ||| Stepping ~*~*~tactically~*~*~ (outnumbered).
 35089 | D:11     | 35089 ||| Stepping ~*~*~tactically~*~*~ (outnumbered).
 35091 | D:11     | 35091 ||| Stepping ~*~*~tactically~*~*~ (outnumbered).
 35093 | D:11     | 35093 ||| Stepping ~*~*~tactically~*~*~ (outnumbered).
 35095 | D:11     | 35095 ||| Stepping ~*~*~tactically~*~*~ (outnumbered).
 35097 | D:11     | 35097 ||| Stepping ~*~*~tactically~*~*~ (outnumbered).
 35099 | D:11     | 35099 ||| Stepping ~*~*~tactically~*~*~ (outnumbered).
 35101 | D:11     | 35101 ||| Stepping ~*~*~tactically~*~*~ (outnumbered).
 35101 | D:11     | Touched by the power of Zot.
 35102 | D:11     | Glimpsed the power of Zot.
 35103 | D:11     | 35103 ||| Stepping ~*~*~tactically~*~*~ (outnumbered).
 35105 | D:11     | 35105 ||| Stepping ~*~*~tactically~*~*~ (outnumbered).
 35107 | D:11     | 35107 ||| Stepping ~*~*~tactically~*~*~ (outnumbered).
 35109 | D:11     | 35109 ||| Stepping ~*~*~tactically~*~*~ (outnumbered).
 35111 | D:11     | 35111 ||| Stepping ~*~*~tactically~*~*~ (outnumbered).
 35113 | D:11     | 35113 ||| Stepping ~*~*~tactically~*~*~ (outnumbered).
 35115 | D:11     | 35115 ||| Stepping ~*~*~tactically~*~*~ (outnumbered).
 35117 | D:11     | 35117 ||| Stepping ~*~*~tactically~*~*~ (outnumbered).
 35119 | D:11     | 35119 ||| Stepping ~*~*~tactically~*~*~ (outnumbered).
 35121 | D:11     | 35121 ||| Stepping ~*~*~tactically~*~*~ (outnumbered).
 35123 | D:11     | 35123 ||| Stepping ~*~*~tactically~*~*~ (outnumbered).
 35125 | D:11     | 35125 ||| Stepping ~*~*~tactically~*~*~ (outnumbered).
 35127 | D:11     | 35127 ||| Stepping ~*~*~tactically~*~*~ (outnumbered).
 35129 | D:11     | 35129 ||| Stepping ~*~*~tactically~*~*~ (outnumbered).
 35131 | D:11     | 35131 ||| Stepping ~*~*~tactically~*~*~ (outnumbered).
 35133 | D:11     | 35133 ||| Stepping ~*~*~tactically~*~*~ (outnumbered).
 35135 | D:11     | 35135 ||| Stepping ~*~*~tactically~*~*~ (outnumbered).
 35137 | D:11     | 35137 ||| Stepping ~*~*~tactically~*~*~ (outnumbered).
 35139 | D:11     | 35139 ||| Stepping ~*~*~tactically~*~*~ (outnumbered).
 35141 | D:11     | 35141 ||| Stepping ~*~*~tactically~*~*~ (outnumbered).
 35143 | D:11     | 35143 ||| Stepping ~*~*~tactically~*~*~ (outnumbered).
 35145 | D:11     | 35145 ||| Stepping ~*~*~tactically~*~*~ (outnumbered).
 35147 | D:11     | 35147 ||| Stepping ~*~*~tactically~*~*~ (outnumbered).
 35149 | D:11     | 35149 ||| Stepping ~*~*~tactically~*~*~ (outnumbered).
 35151 | D:11     | 35151 ||| Stepping ~*~*~tactically~*~*~ (outnumbered).
 35153 | D:11     | 35153 ||| Stepping ~*~*~tactically~*~*~ (outnumbered).
 35155 | D:11     | 35155 ||| Stepping ~*~*~tactically~*~*~ (outnumbered).
 35157 | D:11     | 35157 ||| Stepping ~*~*~tactically~*~*~ (outnumbered).
 35159 | D:11     | 35159 ||| Stepping ~*~*~tactically~*~*~ (outnumbered).
 35161 | D:11     | 35161 ||| Stepping ~*~*~tactically~*~*~ (outnumbered).
 35163 | D:11     | 35163 ||| Stepping ~*~*~tactically~*~*~ (outnumbered).
 35165 | D:11     | 35165 ||| Stepping ~*~*~tactically~*~*~ (outnumbered).
 35167 | D:11     | 35167 ||| Stepping ~*~*~tactically~*~*~ (outnumbered).
 35169 | D:11     | 35169 ||| Stepping ~*~*~tactically~*~*~ (outnumbered).
 35171 | D:11     | 35171 ||| Stepping ~*~*~tactically~*~*~ (outnumbered).
 35173 | D:11     | 35173 ||| Stepping ~*~*~tactically~*~*~ (outnumbered).
 35175 | D:11     | 35175 ||| Stepping ~*~*~tactically~*~*~ (outnumbered).
 35177 | D:11     | 35177 ||| Stepping ~*~*~tactically~*~*~ (outnumbered).
 35179 | D:11     | 35179 ||| Stepping ~*~*~tactically~*~*~ (outnumbered).
 35181 | D:11     | 35181 ||| Stepping ~*~*~tactically~*~*~ (outnumbered).
 35183 | D:11     | 35183 ||| Stepping ~*~*~tactically~*~*~ (outnumbered).
 35185 | D:11     | 35185 ||| Stepping ~*~*~tactically~*~*~ (outnumbered).
 35187 | D:11     | 35187 ||| Stepping ~*~*~tactically~*~*~ (outnumbered).
 35189 | D:11     | 35189 ||| Stepping ~*~*~tactically~*~*~ (outnumbered).
 35191 | D:11     | 35191 ||| Stepping ~*~*~tactically~*~*~ (outnumbered).
 35193 | D:11     | 35193 ||| Stepping ~*~*~tactically~*~*~ (outnumbered).
 35195 | D:11     | 35195 ||| Stepping ~*~*~tactically~*~*~ (outnumbered).
 35197 | D:11     | 35197 ||| Stepping ~*~*~tactically~*~*~ (outnumbered).
 35199 | D:11     | 35199 ||| Stepping ~*~*~tactically~*~*~ (outnumbered).
 35201 | D:11     | 35201 ||| Stepping ~*~*~tactically~*~*~ (outnumbered).
 35203 | D:11     | 35203 ||| Stepping ~*~*~tactically~*~*~ (outnumbered).
 35205 | D:11     | 35205 ||| Stepping ~*~*~tactically~*~*~ (outnumbered).
 35207 | D:11     | 35207 ||| Stepping ~*~*~tactically~*~*~ (outnumbered).
 35209 | D:11     | 35209 ||| Stepping ~*~*~tactically~*~*~ (outnumbered).
 35211 | D:11     | 35211 ||| Stepping ~*~*~tactically~*~*~ (outnumbered).
 35213 | D:11     | 35213 ||| Stepping ~*~*~tactically~*~*~ (outnumbered).
 35215 | D:11     | 35215 ||| Stepping ~*~*~tactically~*~*~ (outnumbered).
 35217 | D:11     | 35217 ||| Stepping ~*~*~tactically~*~*~ (outnumbered).
 35219 | D:11     | 35219 ||| Stepping ~*~*~tactically~*~*~ (outnumbered).
 35221 | D:11     | 35221 ||| Stepping ~*~*~tactically~*~*~ (outnumbered).
 35223 | D:11     | 35223 ||| Stepping ~*~*~tactically~*~*~ (outnumbered).
 35225 | D:11     | 35225 ||| Stepping ~*~*~tactically~*~*~ (outnumbered).
 35227 | D:11     | 35227 ||| Stepping ~*~*~tactically~*~*~ (outnumbered).
 35229 | D:11     | 35229 ||| Stepping ~*~*~tactically~*~*~ (outnumbered).
 35231 | D:11     | 35231 ||| Stepping ~*~*~tactically~*~*~ (outnumbered).
 35233 | D:11     | 35233 ||| Stepping ~*~*~tactically~*~*~ (outnumbered).
 35235 | D:11     | 35235 ||| Stepping ~*~*~tactically~*~*~ (outnumbered).
 35237 | D:11     | 35237 ||| Stepping ~*~*~tactically~*~*~ (outnumbered).
 35239 | D:11     | 35239 ||| Stepping ~*~*~tactically~*~*~ (outnumbered).
 35241 | D:11     | 35241 ||| Stepping ~*~*~tactically~*~*~ (outnumbered).
 35243 | D:11     | 35243 ||| Stepping ~*~*~tactically~*~*~ (outnumbered).
 35245 | D:11     | 35245 ||| Stepping ~*~*~tactically~*~*~ (outnumbered).
 35247 | D:11     | 35247 ||| Stepping ~*~*~tactically~*~*~ (outnumbered).
 35249 | D:11     | 35249 ||| Stepping ~*~*~tactically~*~*~ (outnumbered).
 35251 | D:11     | 35251 ||| Stepping ~*~*~tactically~*~*~ (outnumbered).
 35253 | D:11     | 35253 ||| Stepping ~*~*~tactically~*~*~ (outnumbered).
 35255 | D:11     | 35255 ||| Stepping ~*~*~tactically~*~*~ (outnumbered).
 35257 | D:11     | 35257 ||| Stepping ~*~*~tactically~*~*~ (outnumbered).
 35259 | D:11     | 35259 ||| Stepping ~*~*~tactically~*~*~ (outnumbered).
 35261 | D:11     | 35261 ||| Stepping ~*~*~tactically~*~*~ (outnumbered).
 35263 | D:11     | 35263 ||| Stepping ~*~*~tactically~*~*~ (outnumbered).
 35265 | D:11     | 35265 ||| Stepping ~*~*~tactically~*~*~ (outnumbered).
 35267 | D:11     | 35267 ||| Stepping ~*~*~tactically~*~*~ (outnumbered).
 35269 | D:11     | 35269 ||| Stepping ~*~*~tactically~*~*~ (outnumbered).
 35271 | D:11     | 35271 ||| Stepping ~*~*~tactically~*~*~ (outnumbered).
 35273 | D:11     | 35273 ||| Stepping ~*~*~tactically~*~*~ (outnumbered).
 35275 | D:11     | 35275 ||| Stepping ~*~*~tactically~*~*~ (outnumbered).
 35277 | D:11     | 35277 ||| Stepping ~*~*~tactically~*~*~ (outnumbered).
 35279 | D:11     | 35279 ||| Stepping ~*~*~tactically~*~*~ (outnumbered).
 35281 | D:11     | 35281 ||| Stepping ~*~*~tactically~*~*~ (outnumbered).
 35283 | D:11     | 35283 ||| Stepping ~*~*~tactically~*~*~ (outnumbered).
 35285 | D:11     | 35285 ||| Stepping ~*~*~tactically~*~*~ (outnumbered).
 35287 | D:11     | 35287 ||| Stepping ~*~*~tactically~*~*~ (outnumbered).
 35289 | D:11     | 35289 ||| Stepping ~*~*~tactically~*~*~ (outnumbered).
 35291 | D:11     | 35291 ||| Stepping ~*~*~tactically~*~*~ (outnumbered).
 35293 | D:11     | 35293 ||| Stepping ~*~*~tactically~*~*~ (outnumbered).
 35295 | D:11     | 35295 ||| Stepping ~*~*~tactically~*~*~ (outnumbered).
 35297 | D:11     | 35297 ||| Stepping ~*~*~tactically~*~*~ (outnumbered).
 35299 | D:11     | 35299 ||| Stepping ~*~*~tactically~*~*~ (outnumbered).
 35301 | D:11     | 35301 ||| Stepping ~*~*~tactically~*~*~ (outnumbered).
 35303 | D:11     | 35303 ||| Stepping ~*~*~tactically~*~*~ (outnumbered).
 35305 | D:11     | 35305 ||| Stepping ~*~*~tactically~*~*~ (outnumbered).
 35307 | D:11     | 35307 ||| Stepping ~*~*~tactically~*~*~ (outnumbered).
 35309 | D:11     | 35309 ||| Stepping ~*~*~tactically~*~*~ (outnumbered).
 35311 | D:11     | 35311 ||| Stepping ~*~*~tactically~*~*~ (outnumbered).
 35313 | D:11     | 35313 ||| Stepping ~*~*~tactically~*~*~ (outnumbered).
 35315 | D:11     | 35315 ||| Stepping ~*~*~tactically~*~*~ (outnumbered).
 35317 | D:11     | 35317 ||| Stepping ~*~*~tactically~*~*~ (outnumbered).
 35319 | D:11     | 35319 ||| Stepping ~*~*~tactically~*~*~ (outnumbered).
 35321 | D:11     | 35321 ||| Stepping ~*~*~tactically~*~*~ (outnumbered).
 35323 | D:11     | 35323 ||| Stepping ~*~*~tactically~*~*~ (outnumbered).
 35325 | D:11     | 35325 ||| Stepping ~*~*~tactically~*~*~ (outnumbered).
 35327 | D:11     | 35327 ||| Stepping ~*~*~tactically~*~*~ (outnumbered).
 35329 | D:11     | 35329 ||| Stepping ~*~*~tactically~*~*~ (outnumbered).
 35331 | D:11     | 35331 ||| Stepping ~*~*~tactically~*~*~ (outnumbered).
 35333 | D:11     | 35333 ||| Stepping ~*~*~tactically~*~*~ (outnumbered).
 35335 | D:11     | 35335 ||| Stepping ~*~*~tactically~*~*~ (outnumbered).
 35337 | D:11     | 35337 ||| Stepping ~*~*~tactically~*~*~ (outnumbered).
 35339 | D:11     | 35339 ||| Stepping ~*~*~tactically~*~*~ (outnumbered).
 35341 | D:11     | 35341 ||| Stepping ~*~*~tactically~*~*~ (outnumbered).
 35343 | D:11     | 35343 ||| Stepping ~*~*~tactically~*~*~ (outnumbered).
 35345 | D:11     | 35345 ||| Stepping ~*~*~tactically~*~*~ (outnumbered).
 35347 | D:11     | 35347 ||| Stepping ~*~*~tactically~*~*~ (outnumbered).
 35349 | D:11     | 35349 ||| Stepping ~*~*~tactically~*~*~ (outnumbered).
 35351 | D:11     | 35351 ||| Stepping ~*~*~tactically~*~*~ (outnumbered).
 35353 | D:11     | 35353 ||| Stepping ~*~*~tactically~*~*~ (outnumbered).
 35355 | D:11     | 35355 ||| Stepping ~*~*~tactically~*~*~ (outnumbered).
 35357 | D:11     | 35357 ||| Stepping ~*~*~tactically~*~*~ (outnumbered).
 35359 | D:11     | 35359 ||| Stepping ~*~*~tactically~*~*~ (outnumbered).
 35361 | D:11     | 35361 ||| Stepping ~*~*~tactically~*~*~ (outnumbered).
 35363 | D:11     | 35363 ||| Stepping ~*~*~tactically~*~*~ (outnumbered).
 35365 | D:11     | 35365 ||| Stepping ~*~*~tactically~*~*~ (outnumbered).
 35367 | D:11     | 35367 ||| Stepping ~*~*~tactically~*~*~ (outnumbered).
 35369 | D:11     | 35369 ||| Stepping ~*~*~tactically~*~*~ (outnumbered).
 35371 | D:11     | 35371 ||| Stepping ~*~*~tactically~*~*~ (outnumbered).
 35373 | D:11     | 35373 ||| Stepping ~*~*~tactically~*~*~ (outnumbered).
 35375 | D:11     | 35375 ||| Stepping ~*~*~tactically~*~*~ (outnumbered).
 35377 | D:11     | 35377 ||| Stepping ~*~*~tactically~*~*~ (outnumbered).
 35379 | D:11     | 35379 ||| Stepping ~*~*~tactically~*~*~ (outnumbered).
 35381 | D:11     | 35381 ||| Stepping ~*~*~tactically~*~*~ (outnumbered).
 35383 | D:11     | 35383 ||| Stepping ~*~*~tactically~*~*~ (outnumbered).
 35385 | D:11     | 35385 ||| Stepping ~*~*~tactically~*~*~ (outnumbered).
 35387 | D:11     | 35387 ||| Stepping ~*~*~tactically~*~*~ (outnumbered).
 35389 | D:11     | 35389 ||| Stepping ~*~*~tactically~*~*~ (outnumbered).
 35391 | D:11     | 35391 ||| Stepping ~*~*~tactically~*~*~ (outnumbered).
 35393 | D:11     | 35393 ||| Stepping ~*~*~tactically~*~*~ (outnumbered).
 35395 | D:11     | 35395 ||| Stepping ~*~*~tactically~*~*~ (outnumbered).
 35397 | D:11     | 35397 ||| Stepping ~*~*~tactically~*~*~ (outnumbered).
 35399 | D:11     | 35399 ||| Stepping ~*~*~tactically~*~*~ (outnumbered).
 35401 | D:11     | 35401 ||| Stepping ~*~*~tactically~*~*~ (outnumbered).
 35403 | D:11     | 35403 ||| Stepping ~*~*~tactically~*~*~ (outnumbered).
 35405 | D:11     | 35405 ||| Stepping ~*~*~tactically~*~*~ (outnumbered).
 35407 | D:11     | 35407 ||| Stepping ~*~*~tactically~*~*~ (outnumbered).
 35409 | D:11     | 35409 ||| Stepping ~*~*~tactically~*~*~ (outnumbered).
 35411 | D:11     | 35411 ||| Stepping ~*~*~tactically~*~*~ (outnumbered).
 35413 | D:11     | 35413 ||| Stepping ~*~*~tactically~*~*~ (outnumbered).
 35415 | D:11     | 35415 ||| Stepping ~*~*~tactically~*~*~ (outnumbered).
 35417 | D:11     | 35417 ||| Stepping ~*~*~tactically~*~*~ (outnumbered).
 35419 | D:11     | 35419 ||| Stepping ~*~*~tactically~*~*~ (outnumbered).
 35421 | D:11     | 35421 ||| Stepping ~*~*~tactically~*~*~ (outnumbered).
 35423 | D:11     | 35423 ||| Stepping ~*~*~tactically~*~*~ (outnumbered).
 35425 | D:11     | 35425 ||| Stepping ~*~*~tactically~*~*~ (outnumbered).
 35427 | D:11     | 35427 ||| Stepping ~*~*~tactically~*~*~ (outnumbered).
 35429 | D:11     | 35429 ||| Stepping ~*~*~tactically~*~*~ (outnumbered).
 35431 | D:11     | 35431 ||| Stepping ~*~*~tactically~*~*~ (outnumbered).
 35433 | D:11     | 35433 ||| Stepping ~*~*~tactically~*~*~ (outnumbered).
 35435 | D:11     | 35435 ||| Stepping ~*~*~tactically~*~*~ (outnumbered).
 35437 | D:11     | 35437 ||| Stepping ~*~*~tactically~*~*~ (outnumbered).
 35439 | D:11     | 35439 ||| Stepping ~*~*~tactically~*~*~ (outnumbered).
 35441 | D:11     | 35441 ||| Stepping ~*~*~tactically~*~*~ (outnumbered).
 35443 | D:11     | 35443 ||| Stepping ~*~*~tactically~*~*~ (outnumbered).
 35445 | D:11     | 35445 ||| Stepping ~*~*~tactically~*~*~ (outnumbered).
 35447 | D:11     | 35447 ||| Stepping ~*~*~tactically~*~*~ (outnumbered).
 35449 | D:11     | 35449 ||| Stepping ~*~*~tactically~*~*~ (outnumbered).
 35451 | D:11     | 35451 ||| Stepping ~*~*~tactically~*~*~ (outnumbered).
 35453 | D:11     | 35453 ||| Stepping ~*~*~tactically~*~*~ (outnumbered).
 35455 | D:11     | 35455 ||| Stepping ~*~*~tactically~*~*~ (outnumbered).
 35457 | D:11     | 35457 ||| Stepping ~*~*~tactically~*~*~ (outnumbered).
 35459 | D:11     | 35459 ||| Stepping ~*~*~tactically~*~*~ (outnumbered).
 35461 | D:11     | 35461 ||| Stepping ~*~*~tactically~*~*~ (outnumbered).
 35463 | D:11     | 35463 ||| Stepping ~*~*~tactically~*~*~ (outnumbered).
 35465 | D:11     | 35465 ||| Stepping ~*~*~tactically~*~*~ (outnumbered).
 35467 | D:11     | 35467 ||| Stepping ~*~*~tactically~*~*~ (outnumbered).
 35469 | D:11     | 35469 ||| Stepping ~*~*~tactically~*~*~ (outnumbered).
 35471 | D:11     | 35471 ||| Stepping ~*~*~tactically~*~*~ (outnumbered).
 35473 | D:11     | 35473 ||| Stepping ~*~*~tactically~*~*~ (outnumbered).
 35475 | D:11     | 35475 ||| Stepping ~*~*~tactically~*~*~ (outnumbered).
 35477 | D:11     | 35477 ||| Stepping ~*~*~tactically~*~*~ (outnumbered).
 35479 | D:11     | 35479 ||| Stepping ~*~*~tactically~*~*~ (outnumbered).
 35481 | D:11     | 35481 ||| Stepping ~*~*~tactically~*~*~ (outnumbered).
 35483 | D:11     | 35483 ||| Stepping ~*~*~tactically~*~*~ (outnumbered).
 35485 | D:11     | 35485 ||| Stepping ~*~*~tactically~*~*~ (outnumbered).
 35487 | D:11     | 35487 ||| Stepping ~*~*~tactically~*~*~ (outnumbered).
 35489 | D:11     | 35489 ||| Stepping ~*~*~tactically~*~*~ (outnumbered).
 35491 | D:11     | 35491 ||| Stepping ~*~*~tactically~*~*~ (outnumbered).
 35493 | D:11     | 35493 ||| Stepping ~*~*~tactically~*~*~ (outnumbered).
 35495 | D:11     | 35495 ||| Stepping ~*~*~tactically~*~*~ (outnumbered).
 35497 | D:11     | 35497 ||| Stepping ~*~*~tactically~*~*~ (outnumbered).
 35499 | D:11     | 35499 ||| Stepping ~*~*~tactically~*~*~ (outnumbered).
 35501 | D:11     | 35501 ||| Stepping ~*~*~tactically~*~*~ (outnumbered).
 35503 | D:11     | 35503 ||| Stepping ~*~*~tactically~*~*~ (outnumbered).
 35505 | D:11     | 35505 ||| Stepping ~*~*~tactically~*~*~ (outnumbered).
 35507 | D:11     | 35507 ||| Stepping ~*~*~tactically~*~*~ (outnumbered).
 35509 | D:11     | 35509 ||| Stepping ~*~*~tactically~*~*~ (outnumbered).
 35511 | D:11     | 35511 ||| Stepping ~*~*~tactically~*~*~ (outnumbered).
 35513 | D:11     | 35513 ||| Stepping ~*~*~tactically~*~*~ (outnumbered).
 35515 | D:11     | 35515 ||| Stepping ~*~*~tactically~*~*~ (outnumbered).
 35517 | D:11     | 35517 ||| Stepping ~*~*~tactically~*~*~ (outnumbered).
 35519 | D:11     | 35519 ||| Stepping ~*~*~tactically~*~*~ (outnumbered).
 35521 | D:11     | 35521 ||| Stepping ~*~*~tactically~*~*~ (outnumbered).
 35523 | D:11     | 35523 ||| Stepping ~*~*~tactically~*~*~ (outnumbered).
 35525 | D:11     | 35525 ||| Stepping ~*~*~tactically~*~*~ (outnumbered).
 35527 | D:11     | 35527 ||| Stepping ~*~*~tactically~*~*~ (outnumbered).
 35529 | D:11     | 35529 ||| Stepping ~*~*~tactically~*~*~ (outnumbered).
 35531 | D:11     | 35531 ||| Stepping ~*~*~tactically~*~*~ (outnumbered).
 35533 | D:11     | 35533 ||| Stepping ~*~*~tactically~*~*~ (outnumbered).
 35535 | D:11     | 35535 ||| Stepping ~*~*~tactically~*~*~ (outnumbered).
 35537 | D:11     | 35537 ||| Stepping ~*~*~tactically~*~*~ (outnumbered).
 35539 | D:11     | 35539 ||| Stepping ~*~*~tactically~*~*~ (outnumbered).
 35541 | D:11     | 35541 ||| Stepping ~*~*~tactically~*~*~ (outnumbered).
 35543 | D:11     | 35543 ||| Stepping ~*~*~tactically~*~*~ (outnumbered).
 35545 | D:11     | 35545 ||| Stepping ~*~*~tactically~*~*~ (outnumbered).
 35547 | D:11     | 35547 ||| Stepping ~*~*~tactically~*~*~ (outnumbered).
 35549 | D:11     | 35549 ||| Stepping ~*~*~tactically~*~*~ (outnumbered).
 35551 | D:11     | 35551 ||| Stepping ~*~*~tactically~*~*~ (outnumbered).
 35553 | D:11     | 35553 ||| Stepping ~*~*~tactically~*~*~ (outnumbered).
 35555 | D:11     | 35555 ||| Stepping ~*~*~tactically~*~*~ (outnumbered).
 35557 | D:11     | 35557 ||| Stepping ~*~*~tactically~*~*~ (outnumbered).
 35559 | D:11     | 35559 ||| Stepping ~*~*~tactically~*~*~ (outnumbered).
 35561 | D:11     | 35561 ||| Stepping ~*~*~tactically~*~*~ (outnumbered).
 35563 | D:11     | 35563 ||| Stepping ~*~*~tactically~*~*~ (outnumbered).
 35565 | D:11     | 35565 ||| Stepping ~*~*~tactically~*~*~ (outnumbered).
 35567 | D:11     | 35567 ||| Stepping ~*~*~tactically~*~*~ (outnumbered).
 35569 | D:11     | 35569 ||| Stepping ~*~*~tactically~*~*~ (outnumbered).
 35571 | D:11     | 35571 ||| Stepping ~*~*~tactically~*~*~ (outnumbered).
 35573 | D:11     | 35573 ||| Stepping ~*~*~tactically~*~*~ (outnumbered).
 35575 | D:11     | 35575 ||| Stepping ~*~*~tactically~*~*~ (outnumbered).
 35577 | D:11     | 35577 ||| Stepping ~*~*~tactically~*~*~ (outnumbered).
 35579 | D:11     | 35579 ||| Stepping ~*~*~tactically~*~*~ (outnumbered).
 35581 | D:11     | 35581 ||| Stepping ~*~*~tactically~*~*~ (outnumbered).
 35583 | D:11     | 35583 ||| Stepping ~*~*~tactically~*~*~ (outnumbered).
 35585 | D:11     | 35585 ||| Stepping ~*~*~tactically~*~*~ (outnumbered).
 35587 | D:11     | 35587 ||| Stepping ~*~*~tactically~*~*~ (outnumbered).
 35589 | D:11     | 35589 ||| Stepping ~*~*~tactically~*~*~ (outnumbered).
 35591 | D:11     | 35591 ||| Stepping ~*~*~tactically~*~*~ (outnumbered).
 35593 | D:11     | 35593 ||| Stepping ~*~*~tactically~*~*~ (outnumbered).
 35595 | D:11     | 35595 ||| Stepping ~*~*~tactically~*~*~ (outnumbered).
 35597 | D:11     | 35597 ||| Stepping ~*~*~tactically~*~*~ (outnumbered).
 35599 | D:11     | 35599 ||| Stepping ~*~*~tactically~*~*~ (outnumbered).
 35601 | D:11     | 35601 ||| Stepping ~*~*~tactically~*~*~ (outnumbered).
 35602 | D:11     | Glimpsed the power of Zot.
 35603 | D:11     | 35603 ||| Stepping ~*~*~tactically~*~*~ (outnumbered).
 35605 | D:11     | 35605 ||| Stepping ~*~*~tactically~*~*~ (outnumbered).
 35607 | D:11     | 35607 ||| Stepping ~*~*~tactically~*~*~ (outnumbered).
 35609 | D:11     | 35609 ||| Stepping ~*~*~tactically~*~*~ (outnumbered).
 35611 | D:11     | 35611 ||| Stepping ~*~*~tactically~*~*~ (outnumbered).
 35613 | D:11     | 35613 ||| Stepping ~*~*~tactically~*~*~ (outnumbered).
 35615 | D:11     | 35615 ||| Stepping ~*~*~tactically~*~*~ (outnumbered).
 35617 | D:11     | 35617 ||| Stepping ~*~*~tactically~*~*~ (outnumbered).
 35619 | D:11     | 35619 ||| Stepping ~*~*~tactically~*~*~ (outnumbered).
 35621 | D:11     | 35621 ||| Stepping ~*~*~tactically~*~*~ (outnumbered).
 35623 | D:11     | 35623 ||| Stepping ~*~*~tactically~*~*~ (outnumbered).
 35625 | D:11     | 35625 ||| Stepping ~*~*~tactically~*~*~ (outnumbered).
 35627 | D:11     | 35627 ||| Stepping ~*~*~tactically~*~*~ (outnumbered).
 35629 | D:11     | 35629 ||| Stepping ~*~*~tactically~*~*~ (outnumbered).
 35631 | D:11     | 35631 ||| Stepping ~*~*~tactically~*~*~ (outnumbered).
 35633 | D:11     | 35633 ||| Stepping ~*~*~tactically~*~*~ (outnumbered).
 35635 | D:11     | 35635 ||| Stepping ~*~*~tactically~*~*~ (outnumbered).
 35637 | D:11     | 35637 ||| Stepping ~*~*~tactically~*~*~ (outnumbered).
 35639 | D:11     | 35639 ||| Stepping ~*~*~tactically~*~*~ (outnumbered).
 35641 | D:11     | 35641 ||| Stepping ~*~*~tactically~*~*~ (outnumbered).
 35643 | D:11     | 35643 ||| Stepping ~*~*~tactically~*~*~ (outnumbered).
 35645 | D:11     | 35645 ||| Stepping ~*~*~tactically~*~*~ (outnumbered).
 35647 | D:11     | 35647 ||| Stepping ~*~*~tactically~*~*~ (outnumbered).
 35649 | D:11     | 35649 ||| Stepping ~*~*~tactically~*~*~ (outnumbered).
 35651 | D:11     | 35651 ||| Stepping ~*~*~tactically~*~*~ (outnumbered).
 35653 | D:11     | 35653 ||| Stepping ~*~*~tactically~*~*~ (outnumbered).
 35655 | D:11     | 35655 ||| Stepping ~*~*~tactically~*~*~ (outnumbered).
 35657 | D:11     | 35657 ||| Stepping ~*~*~tactically~*~*~ (outnumbered).
 35659 | D:11     | 35659 ||| Stepping ~*~*~tactically~*~*~ (outnumbered).
 35661 | D:11     | 35661 ||| Stepping ~*~*~tactically~*~*~ (outnumbered).
 35663 | D:11     | 35663 ||| Stepping ~*~*~tactically~*~*~ (outnumbered).
 35665 | D:11     | 35665 ||| Stepping ~*~*~tactically~*~*~ (outnumbered).
 35667 | D:11     | 35667 ||| Stepping ~*~*~tactically~*~*~ (outnumbered).
 35669 | D:11     | 35669 ||| Stepping ~*~*~tactically~*~*~ (outnumbered).
 35671 | D:11     | 35671 ||| Stepping ~*~*~tactically~*~*~ (outnumbered).
 35673 | D:11     | 35673 ||| Stepping ~*~*~tactically~*~*~ (outnumbered).
 35675 | D:11     | 35675 ||| Stepping ~*~*~tactically~*~*~ (outnumbered).
 35677 | D:11     | 35677 ||| Stepping ~*~*~tactically~*~*~ (outnumbered).
 35679 | D:11     | 35679 ||| Stepping ~*~*~tactically~*~*~ (outnumbered).
 35681 | D:11     | 35681 ||| Stepping ~*~*~tactically~*~*~ (outnumbered).
 35683 | D:11     | 35683 ||| Stepping ~*~*~tactically~*~*~ (outnumbered).
 35685 | D:11     | 35685 ||| Stepping ~*~*~tactically~*~*~ (outnumbered).
 35687 | D:11     | 35687 ||| Stepping ~*~*~tactically~*~*~ (outnumbered).
 35689 | D:11     | 35689 ||| Stepping ~*~*~tactically~*~*~ (outnumbered).
 35691 | D:11     | 35691 ||| Stepping ~*~*~tactically~*~*~ (outnumbered).
 35693 | D:11     | 35693 ||| Stepping ~*~*~tactically~*~*~ (outnumbered).
 35695 | D:11     | 35695 ||| Stepping ~*~*~tactically~*~*~ (outnumbered).
 35697 | D:11     | 35697 ||| Stepping ~*~*~tactically~*~*~ (outnumbered).
 35699 | D:11     | 35699 ||| Stepping ~*~*~tactically~*~*~ (outnumbered).
 35701 | D:11     | 35701 ||| Stepping ~*~*~tactically~*~*~ (outnumbered).
 35703 | D:11     | 35703 ||| Stepping ~*~*~tactically~*~*~ (outnumbered).
 35705 | D:11     | 35705 ||| Stepping ~*~*~tactically~*~*~ (outnumbered).
 35707 | D:11     | 35707 ||| Stepping ~*~*~tactically~*~*~ (outnumbered).
 35709 | D:11     | 35709 ||| Stepping ~*~*~tactically~*~*~ (outnumbered).
 35711 | D:11     | 35711 ||| Stepping ~*~*~tactically~*~*~ (outnumbered).
 35713 | D:11     | 35713 ||| Stepping ~*~*~tactically~*~*~ (outnumbered).
 35715 | D:11     | 35715 ||| Stepping ~*~*~tactically~*~*~ (outnumbered).
 35717 | D:11     | 35717 ||| Stepping ~*~*~tactically~*~*~ (outnumbered).
 35719 | D:11     | 35719 ||| Stepping ~*~*~tactically~*~*~ (outnumbered).
 35721 | D:11     | 35721 ||| Stepping ~*~*~tactically~*~*~ (outnumbered).
 35723 | D:11     | 35723 ||| Stepping ~*~*~tactically~*~*~ (outnumbered).
 35725 | D:11     | 35725 ||| Stepping ~*~*~tactically~*~*~ (outnumbered).
 35727 | D:11     | 35727 ||| Stepping ~*~*~tactically~*~*~ (outnumbered).
 35729 | D:11     | 35729 ||| Stepping ~*~*~tactically~*~*~ (outnumbered).
 35731 | D:11     | 35731 ||| Stepping ~*~*~tactically~*~*~ (outnumbered).
 35733 | D:11     | 35733 ||| Stepping ~*~*~tactically~*~*~ (outnumbered).
 35735 | D:11     | 35735 ||| Stepping ~*~*~tactically~*~*~ (outnumbered).
 35737 | D:11     | 35737 ||| Stepping ~*~*~tactically~*~*~ (outnumbered).
 35739 | D:11     | 35739 ||| Stepping ~*~*~tactically~*~*~ (outnumbered).
 35741 | D:11     | 35741 ||| Stepping ~*~*~tactically~*~*~ (outnumbered).
 35743 | D:11     | 35743 ||| Stepping ~*~*~tactically~*~*~ (outnumbered).
 35745 | D:11     | 35745 ||| Stepping ~*~*~tactically~*~*~ (outnumbered).
 35747 | D:11     | 35747 ||| Stepping ~*~*~tactically~*~*~ (outnumbered).
 35749 | D:11     | 35749 ||| Stepping ~*~*~tactically~*~*~ (outnumbered).
 35751 | D:11     | 35751 ||| Stepping ~*~*~tactically~*~*~ (outnumbered).
 35753 | D:11     | 35753 ||| Stepping ~*~*~tactically~*~*~ (outnumbered).
 35755 | D:11     | 35755 ||| Stepping ~*~*~tactically~*~*~ (outnumbered).
 35757 | D:11     | 35757 ||| Stepping ~*~*~tactically~*~*~ (outnumbered).
 35759 | D:11     | 35759 ||| Stepping ~*~*~tactically~*~*~ (outnumbered).
 35761 | D:11     | 35761 ||| Stepping ~*~*~tactically~*~*~ (outnumbered).
 35763 | D:11     | 35763 ||| Stepping ~*~*~tactically~*~*~ (outnumbered).
 35765 | D:11     | 35765 ||| Stepping ~*~*~tactically~*~*~ (outnumbered).
 35767 | D:11     | 35767 ||| Stepping ~*~*~tactically~*~*~ (outnumbered).
 35769 | D:11     | 35769 ||| Stepping ~*~*~tactically~*~*~ (outnumbered).
 35771 | D:11     | 35771 ||| Stepping ~*~*~tactically~*~*~ (outnumbered).
 35773 | D:11     | 35773 ||| Stepping ~*~*~tactically~*~*~ (outnumbered).
 35775 | D:11     | 35775 ||| Stepping ~*~*~tactically~*~*~ (outnumbered).
 35777 | D:11     | 35777 ||| Stepping ~*~*~tactically~*~*~ (outnumbered).
 35779 | D:11     | 35779 ||| Stepping ~*~*~tactically~*~*~ (outnumbered).
 35781 | D:11     | 35781 ||| Stepping ~*~*~tactically~*~*~ (outnumbered).
 35783 | D:11     | 35783 ||| Stepping ~*~*~tactically~*~*~ (outnumbered).
 35785 | D:11     | 35785 ||| Stepping ~*~*~tactically~*~*~ (outnumbered).
 35787 | D:11     | 35787 ||| Stepping ~*~*~tactically~*~*~ (outnumbered).
 35789 | D:11     | 35789 ||| Stepping ~*~*~tactically~*~*~ (outnumbered).
 35791 | D:11     | 35791 ||| Stepping ~*~*~tactically~*~*~ (outnumbered).
 35793 | D:11     | 35793 ||| Stepping ~*~*~tactically~*~*~ (outnumbered).
 35795 | D:11     | 35795 ||| Stepping ~*~*~tactically~*~*~ (outnumbered).
 35797 | D:11     | 35797 ||| Stepping ~*~*~tactically~*~*~ (outnumbered).
 35799 | D:11     | 35799 ||| Stepping ~*~*~tactically~*~*~ (outnumbered).
 35801 | D:11     | 35801 ||| Stepping ~*~*~tactically~*~*~ (outnumbered).
 35803 | D:11     | 35803 ||| Stepping ~*~*~tactically~*~*~ (outnumbered).
 35805 | D:11     | 35805 ||| Stepping ~*~*~tactically~*~*~ (outnumbered).
 35807 | D:11     | 35807 ||| Stepping ~*~*~tactically~*~*~ (outnumbered).
 35809 | D:11     | 35809 ||| Stepping ~*~*~tactically~*~*~ (outnumbered).
 35811 | D:11     | 35811 ||| Stepping ~*~*~tactically~*~*~ (outnumbered).
 35813 | D:11     | 35813 ||| Stepping ~*~*~tactically~*~*~ (outnumbered).
 35815 | D:11     | 35815 ||| Stepping ~*~*~tactically~*~*~ (outnumbered).
 35817 | D:11     | 35817 ||| Stepping ~*~*~tactically~*~*~ (outnumbered).
 35819 | D:11     | 35819 ||| Stepping ~*~*~tactically~*~*~ (outnumbered).
 35821 | D:11     | 35821 ||| Stepping ~*~*~tactically~*~*~ (outnumbered).
 35823 | D:11     | 35823 ||| Stepping ~*~*~tactically~*~*~ (outnumbered).
 35825 | D:11     | 35825 ||| Stepping ~*~*~tactically~*~*~ (outnumbered).
 35827 | D:11     | 35827 ||| Stepping ~*~*~tactically~*~*~ (outnumbered).
 35829 | D:11     | 35829 ||| Stepping ~*~*~tactically~*~*~ (outnumbered).
 35831 | D:11     | 35831 ||| Stepping ~*~*~tactically~*~*~ (outnumbered).
 35833 | D:11     | 35833 ||| Stepping ~*~*~tactically~*~*~ (outnumbered).
 35835 | D:11     | 35835 ||| Stepping ~*~*~tactically~*~*~ (outnumbered).
 35837 | D:11     | 35837 ||| Stepping ~*~*~tactically~*~*~ (outnumbered).
 35839 | D:11     | 35839 ||| Stepping ~*~*~tactically~*~*~ (outnumbered).
 35841 | D:11     | 35841 ||| Stepping ~*~*~tactically~*~*~ (outnumbered).
 35843 | D:11     | 35843 ||| Stepping ~*~*~tactically~*~*~ (outnumbered).
 35845 | D:11     | 35845 ||| Stepping ~*~*~tactically~*~*~ (outnumbered).
 35847 | D:11     | 35847 ||| Stepping ~*~*~tactically~*~*~ (outnumbered).
 35849 | D:11     | 35849 ||| Stepping ~*~*~tactically~*~*~ (outnumbered).
 35851 | D:11     | 35851 ||| Stepping ~*~*~tactically~*~*~ (outnumbered).
 35853 | D:11     | 35853 ||| Stepping ~*~*~tactically~*~*~ (outnumbered).
 35855 | D:11     | 35855 ||| Stepping ~*~*~tactically~*~*~ (outnumbered).
 35857 | D:11     | 35857 ||| Stepping ~*~*~tactically~*~*~ (outnumbered).
 35859 | D:11     | 35859 ||| Stepping ~*~*~tactically~*~*~ (outnumbered).
 35861 | D:11     | 35861 ||| Stepping ~*~*~tactically~*~*~ (outnumbered).
 35863 | D:11     | 35863 ||| Stepping ~*~*~tactically~*~*~ (outnumbered).
 35865 | D:11     | 35865 ||| Stepping ~*~*~tactically~*~*~ (outnumbered).
 35867 | D:11     | 35867 ||| Stepping ~*~*~tactically~*~*~ (outnumbered).
 35869 | D:11     | 35869 ||| Stepping ~*~*~tactically~*~*~ (outnumbered).
 35871 | D:11     | 35871 ||| Stepping ~*~*~tactically~*~*~ (outnumbered).
 35873 | D:11     | 35873 ||| Stepping ~*~*~tactically~*~*~ (outnumbered).
 35875 | D:11     | 35875 ||| Stepping ~*~*~tactically~*~*~ (outnumbered).
 35877 | D:11     | 35877 ||| Stepping ~*~*~tactically~*~*~ (outnumbered).
 35879 | D:11     | 35879 ||| Stepping ~*~*~tactically~*~*~ (outnumbered).
 35881 | D:11     | 35881 ||| Stepping ~*~*~tactically~*~*~ (outnumbered).
 35883 | D:11     | 35883 ||| Stepping ~*~*~tactically~*~*~ (outnumbered).
 35885 | D:11     | 35885 ||| Stepping ~*~*~tactically~*~*~ (outnumbered).
 35887 | D:11     | 35887 ||| Stepping ~*~*~tactically~*~*~ (outnumbered).
 35889 | D:11     | 35889 ||| Stepping ~*~*~tactically~*~*~ (outnumbered).
 35891 | D:11     | 35891 ||| Stepping ~*~*~tactically~*~*~ (outnumbered).
 35893 | D:11     | 35893 ||| Stepping ~*~*~tactically~*~*~ (outnumbered).
 35895 | D:11     | 35895 ||| Stepping ~*~*~tactically~*~*~ (outnumbered).
 35897 | D:11     | 35897 ||| Stepping ~*~*~tactically~*~*~ (outnumbered).
 35899 | D:11     | 35899 ||| Stepping ~*~*~tactically~*~*~ (outnumbered).
 35901 | D:11     | 35901 ||| Stepping ~*~*~tactically~*~*~ (outnumbered).
 35903 | D:11     | 35903 ||| Stepping ~*~*~tactically~*~*~ (outnumbered).
 35905 | D:11     | 35905 ||| Stepping ~*~*~tactically~*~*~ (outnumbered).
 35907 | D:11     | 35907 ||| Stepping ~*~*~tactically~*~*~ (outnumbered).
 35909 | D:11     | 35909 ||| Stepping ~*~*~tactically~*~*~ (outnumbered).
 35911 | D:11     | 35911 ||| Stepping ~*~*~tactically~*~*~ (outnumbered).
 35913 | D:11     | 35913 ||| Stepping ~*~*~tactically~*~*~ (outnumbered).
 35915 | D:11     | 35915 ||| Stepping ~*~*~tactically~*~*~ (outnumbered).
 35917 | D:11     | 35917 ||| Stepping ~*~*~tactically~*~*~ (outnumbered).
 35919 | D:11     | 35919 ||| Stepping ~*~*~tactically~*~*~ (outnumbered).
 35921 | D:11     | 35921 ||| Stepping ~*~*~tactically~*~*~ (outnumbered).
 35923 | D:11     | 35923 ||| Stepping ~*~*~tactically~*~*~ (outnumbered).
 35925 | D:11     | 35925 ||| Stepping ~*~*~tactically~*~*~ (outnumbered).
 35927 | D:11     | 35927 ||| Stepping ~*~*~tactically~*~*~ (outnumbered).
 35929 | D:11     | 35929 ||| Stepping ~*~*~tactically~*~*~ (outnumbered).
 35931 | D:11     | 35931 ||| Stepping ~*~*~tactically~*~*~ (outnumbered).
 35933 | D:11     | 35933 ||| Stepping ~*~*~tactically~*~*~ (outnumbered).
 35935 | D:11     | 35935 ||| Stepping ~*~*~tactically~*~*~ (outnumbered).
 35937 | D:11     | 35937 ||| Stepping ~*~*~tactically~*~*~ (outnumbered).
 35939 | D:11     | 35939 ||| Stepping ~*~*~tactically~*~*~ (outnumbered).
 35941 | D:11     | 35941 ||| Stepping ~*~*~tactically~*~*~ (outnumbered).
 35943 | D:11     | 35943 ||| Stepping ~*~*~tactically~*~*~ (outnumbered).
 35945 | D:11     | 35945 ||| Stepping ~*~*~tactically~*~*~ (outnumbered).
 35947 | D:11     | 35947 ||| Stepping ~*~*~tactically~*~*~ (outnumbered).
 35949 | D:11     | 35949 ||| Stepping ~*~*~tactically~*~*~ (outnumbered).
 35951 | D:11     | 35951 ||| Stepping ~*~*~tactically~*~*~ (outnumbered).
 35953 | D:11     | 35953 ||| Stepping ~*~*~tactically~*~*~ (outnumbered).
 35955 | D:11     | 35955 ||| Stepping ~*~*~tactically~*~*~ (outnumbered).
 35957 | D:11     | 35957 ||| Stepping ~*~*~tactically~*~*~ (outnumbered).
 35959 | D:11     | 35959 ||| Stepping ~*~*~tactically~*~*~ (outnumbered).
 35961 | D:11     | 35961 ||| Stepping ~*~*~tactically~*~*~ (outnumbered).
 35963 | D:11     | 35963 ||| Stepping ~*~*~tactically~*~*~ (outnumbered).
 35965 | D:11     | 35965 ||| Stepping ~*~*~tactically~*~*~ (outnumbered).
 35967 | D:11     | 35967 ||| Stepping ~*~*~tactically~*~*~ (outnumbered).
 35969 | D:11     | 35969 ||| Stepping ~*~*~tactically~*~*~ (outnumbered).
 35971 | D:11     | 35971 ||| Stepping ~*~*~tactically~*~*~ (outnumbered).
 35973 | D:11     | 35973 ||| Stepping ~*~*~tactically~*~*~ (outnumbered).
 35975 | D:11     | 35975 ||| Stepping ~*~*~tactically~*~*~ (outnumbered).
 35977 | D:11     | 35977 ||| Stepping ~*~*~tactically~*~*~ (outnumbered).
 35979 | D:11     | 35979 ||| Stepping ~*~*~tactically~*~*~ (outnumbered).
 35981 | D:11     | 35981 ||| Stepping ~*~*~tactically~*~*~ (outnumbered).
 35983 | D:11     | 35983 ||| Stepping ~*~*~tactically~*~*~ (outnumbered).
 35985 | D:11     | 35985 ||| Stepping ~*~*~tactically~*~*~ (outnumbered).
 35987 | D:11     | 35987 ||| Stepping ~*~*~tactically~*~*~ (outnumbered).
 35989 | D:11     | 35989 ||| Stepping ~*~*~tactically~*~*~ (outnumbered).
 35991 | D:11     | 35991 ||| Stepping ~*~*~tactically~*~*~ (outnumbered).
 35993 | D:11     | 35993 ||| Stepping ~*~*~tactically~*~*~ (outnumbered).
 35995 | D:11     | 35995 ||| Stepping ~*~*~tactically~*~*~ (outnumbered).
 35997 | D:11     | 35997 ||| Stepping ~*~*~tactically~*~*~ (outnumbered).
 35999 | D:11     | 35999 ||| Stepping ~*~*~tactically~*~*~ (outnumbered).
 36001 | D:11     | 36001 ||| Stepping ~*~*~tactically~*~*~ (outnumbered).
 36002 | D:11     | Glimpsed the power of Zot.
 36003 | D:11     | 36003 ||| Stepping ~*~*~tactically~*~*~ (outnumbered).
 36005 | D:11     | 36005 ||| Stepping ~*~*~tactically~*~*~ (outnumbered).
 36007 | D:11     | 36007 ||| Stepping ~*~*~tactically~*~*~ (outnumbered).
 36009 | D:11     | 36009 ||| Stepping ~*~*~tactically~*~*~ (outnumbered).
 36011 | D:11     | 36011 ||| Stepping ~*~*~tactically~*~*~ (outnumbered).
 36013 | D:11     | 36013 ||| Stepping ~*~*~tactically~*~*~ (outnumbered).
 36015 | D:11     | 36015 ||| Stepping ~*~*~tactically~*~*~ (outnumbered).
 36017 | D:11     | 36017 ||| Stepping ~*~*~tactically~*~*~ (outnumbered).
 36019 | D:11     | 36019 ||| Stepping ~*~*~tactically~*~*~ (outnumbered).
 36021 | D:11     | 36021 ||| Stepping ~*~*~tactically~*~*~ (outnumbered).
 36023 | D:11     | 36023 ||| Stepping ~*~*~tactically~*~*~ (outnumbered).
 36025 | D:11     | 36025 ||| Stepping ~*~*~tactically~*~*~ (outnumbered).
 36027 | D:11     | 36027 ||| Stepping ~*~*~tactically~*~*~ (outnumbered).
 36029 | D:11     | 36029 ||| Stepping ~*~*~tactically~*~*~ (outnumbered).
 36031 | D:11     | 36031 ||| Stepping ~*~*~tactically~*~*~ (outnumbered).
 36033 | D:11     | 36033 ||| Stepping ~*~*~tactically~*~*~ (outnumbered).
 36035 | D:11     | 36035 ||| Stepping ~*~*~tactically~*~*~ (outnumbered).
 36037 | D:11     | 36037 ||| Stepping ~*~*~tactically~*~*~ (outnumbered).
 36039 | D:11     | 36039 ||| Stepping ~*~*~tactically~*~*~ (outnumbered).
 36041 | D:11     | 36041 ||| Stepping ~*~*~tactically~*~*~ (outnumbered).
 36043 | D:11     | 36043 ||| Stepping ~*~*~tactically~*~*~ (outnumbered).
 36045 | D:11     | 36045 ||| Stepping ~*~*~tactically~*~*~ (outnumbered).
 36047 | D:11     | 36047 ||| Stepping ~*~*~tactically~*~*~ (outnumbered).
 36049 | D:11     | 36049 ||| Stepping ~*~*~tactically~*~*~ (outnumbered).
 36051 | D:11     | 36051 ||| Stepping ~*~*~tactically~*~*~ (outnumbered).
 36053 | D:11     | 36053 ||| Stepping ~*~*~tactically~*~*~ (outnumbered).
 36055 | D:11     | 36055 ||| Stepping ~*~*~tactically~*~*~ (outnumbered).
 36057 | D:11     | 36057 ||| Stepping ~*~*~tactically~*~*~ (outnumbered).
 36059 | D:11     | 36059 ||| Stepping ~*~*~tactically~*~*~ (outnumbered).
 36061 | D:11     | 36061 ||| Stepping ~*~*~tactically~*~*~ (outnumbered).
 36063 | D:11     | 36063 ||| Stepping ~*~*~tactically~*~*~ (outnumbered).
 36065 | D:11     | 36065 ||| Stepping ~*~*~tactically~*~*~ (outnumbered).
 36067 | D:11     | 36067 ||| Stepping ~*~*~tactically~*~*~ (outnumbered).
 36069 | D:11     | 36069 ||| Stepping ~*~*~tactically~*~*~ (outnumbered).
 36071 | D:11     | 36071 ||| Stepping ~*~*~tactically~*~*~ (outnumbered).
 36073 | D:11     | 36073 ||| Stepping ~*~*~tactically~*~*~ (outnumbered).
 36075 | D:11     | 36075 ||| Stepping ~*~*~tactically~*~*~ (outnumbered).
 36077 | D:11     | 36077 ||| Stepping ~*~*~tactically~*~*~ (outnumbered).
 36079 | D:11     | 36079 ||| Stepping ~*~*~tactically~*~*~ (outnumbered).
 36081 | D:11     | 36081 ||| Stepping ~*~*~tactically~*~*~ (outnumbered).
 36083 | D:11     | 36083 ||| Stepping ~*~*~tactically~*~*~ (outnumbered).
 36085 | D:11     | 36085 ||| Stepping ~*~*~tactically~*~*~ (outnumbered).
 36087 | D:11     | 36087 ||| Stepping ~*~*~tactically~*~*~ (outnumbered).
 36089 | D:11     | 36089 ||| Stepping ~*~*~tactically~*~*~ (outnumbered).
 36091 | D:11     | 36091 ||| Stepping ~*~*~tactically~*~*~ (outnumbered).
 36093 | D:11     | 36093 ||| Stepping ~*~*~tactically~*~*~ (outnumbered).
 36095 | D:11     | 36095 ||| Stepping ~*~*~tactically~*~*~ (outnumbered).
 36097 | D:11     | 36097 ||| Stepping ~*~*~tactically~*~*~ (outnumbered).
 36099 | D:11     | 36099 ||| Stepping ~*~*~tactically~*~*~ (outnumbered).
 36101 | D:11     | 36101 ||| Stepping ~*~*~tactically~*~*~ (outnumbered).
 36101 | D:11     | Touched by the power of Zot.
 36102 | D:11     | Glimpsed the power of Zot.
 36103 | D:11     | 36103 ||| Stepping ~*~*~tactically~*~*~ (outnumbered).
 36105 | D:11     | 36105 ||| Stepping ~*~*~tactically~*~*~ (outnumbered).
 36107 | D:11     | 36107 ||| Stepping ~*~*~tactically~*~*~ (outnumbered).
 36109 | D:11     | 36109 ||| Stepping ~*~*~tactically~*~*~ (outnumbered).
 36111 | D:11     | 36111 ||| Stepping ~*~*~tactically~*~*~ (outnumbered).
 36113 | D:11     | 36113 ||| Stepping ~*~*~tactically~*~*~ (outnumbered).
 36115 | D:11     | 36115 ||| Stepping ~*~*~tactically~*~*~ (outnumbered).
 36117 | D:11     | 36117 ||| Stepping ~*~*~tactically~*~*~ (outnumbered).
 36119 | D:11     | 36119 ||| Stepping ~*~*~tactically~*~*~ (outnumbered).
 36121 | D:11     | 36121 ||| Stepping ~*~*~tactically~*~*~ (outnumbered).
 36123 | D:11     | 36123 ||| Stepping ~*~*~tactically~*~*~ (outnumbered).
 36125 | D:11     | 36125 ||| Stepping ~*~*~tactically~*~*~ (outnumbered).
 36127 | D:11     | 36127 ||| Stepping ~*~*~tactically~*~*~ (outnumbered).
 36129 | D:11     | 36129 ||| Stepping ~*~*~tactically~*~*~ (outnumbered).
 36131 | D:11     | 36131 ||| Stepping ~*~*~tactically~*~*~ (outnumbered).
 36133 | D:11     | 36133 ||| Stepping ~*~*~tactically~*~*~ (outnumbered).
 36135 | D:11     | 36135 ||| Stepping ~*~*~tactically~*~*~ (outnumbered).
 36137 | D:11     | 36137 ||| Stepping ~*~*~tactically~*~*~ (outnumbered).
 36139 | D:11     | 36139 ||| Stepping ~*~*~tactically~*~*~ (outnumbered).
 36141 | D:11     | 36141 ||| Stepping ~*~*~tactically~*~*~ (outnumbered).
 36143 | D:11     | 36143 ||| Stepping ~*~*~tactically~*~*~ (outnumbered).
 36145 | D:11     | 36145 ||| Stepping ~*~*~tactically~*~*~ (outnumbered).
 36147 | D:11     | 36147 ||| Stepping ~*~*~tactically~*~*~ (outnumbered).
 36149 | D:11     | 36149 ||| Stepping ~*~*~tactically~*~*~ (outnumbered).
 36151 | D:11     | 36151 ||| Stepping ~*~*~tactically~*~*~ (outnumbered).
 36153 | D:11     | 36153 ||| Stepping ~*~*~tactically~*~*~ (outnumbered).
 36155 | D:11     | 36155 ||| Stepping ~*~*~tactically~*~*~ (outnumbered).
 36157 | D:11     | 36157 ||| Stepping ~*~*~tactically~*~*~ (outnumbered).
 36159 | D:11     | 36159 ||| Stepping ~*~*~tactically~*~*~ (outnumbered).
 36161 | D:11     | 36161 ||| Stepping ~*~*~tactically~*~*~ (outnumbered).
 36163 | D:11     | 36163 ||| Stepping ~*~*~tactically~*~*~ (outnumbered).
 36165 | D:11     | 36165 ||| Stepping ~*~*~tactically~*~*~ (outnumbered).
 36167 | D:11     | 36167 ||| Stepping ~*~*~tactically~*~*~ (outnumbered).
 36169 | D:11     | 36169 ||| Stepping ~*~*~tactically~*~*~ (outnumbered).
 36171 | D:11     | 36171 ||| Stepping ~*~*~tactically~*~*~ (outnumbered).
 36173 | D:11     | 36173 ||| Stepping ~*~*~tactically~*~*~ (outnumbered).
 36175 | D:11     | 36175 ||| Stepping ~*~*~tactically~*~*~ (outnumbered).
 36177 | D:11     | 36177 ||| Stepping ~*~*~tactically~*~*~ (outnumbered).
 36179 | D:11     | 36179 ||| Stepping ~*~*~tactically~*~*~ (outnumbered).
 36181 | D:11     | 36181 ||| Stepping ~*~*~tactically~*~*~ (outnumbered).
 36183 | D:11     | 36183 ||| Stepping ~*~*~tactically~*~*~ (outnumbered).
 36185 | D:11     | 36185 ||| Stepping ~*~*~tactically~*~*~ (outnumbered).
 36187 | D:11     | 36187 ||| Stepping ~*~*~tactically~*~*~ (outnumbered).
 36189 | D:11     | 36189 ||| Stepping ~*~*~tactically~*~*~ (outnumbered).
 36191 | D:11     | 36191 ||| Stepping ~*~*~tactically~*~*~ (outnumbered).
 36193 | D:11     | 36193 ||| Stepping ~*~*~tactically~*~*~ (outnumbered).
 36195 | D:11     | 36195 ||| Stepping ~*~*~tactically~*~*~ (outnumbered).
 36197 | D:11     | 36197 ||| Stepping ~*~*~tactically~*~*~ (outnumbered).
 36199 | D:11     | 36199 ||| Stepping ~*~*~tactically~*~*~ (outnumbered).
 36201 | D:11     | 36201 ||| Stepping ~*~*~tactically~*~*~ (outnumbered).
 36203 | D:11     | 36203 ||| Stepping ~*~*~tactically~*~*~ (outnumbered).
 36205 | D:11     | 36205 ||| Stepping ~*~*~tactically~*~*~ (outnumbered).
 36207 | D:11     | 36207 ||| Stepping ~*~*~tactically~*~*~ (outnumbered).
 36209 | D:11     | 36209 ||| Stepping ~*~*~tactically~*~*~ (outnumbered).
 36211 | D:11     | 36211 ||| Stepping ~*~*~tactically~*~*~ (outnumbered).
 36213 | D:11     | 36213 ||| Stepping ~*~*~tactically~*~*~ (outnumbered).
 36215 | D:11     | 36215 ||| Stepping ~*~*~tactically~*~*~ (outnumbered).
 36217 | D:11     | 36217 ||| Stepping ~*~*~tactically~*~*~ (outnumbered).
 36219 | D:11     | 36219 ||| Stepping ~*~*~tactically~*~*~ (outnumbered).
 36221 | D:11     | 36221 ||| Stepping ~*~*~tactically~*~*~ (outnumbered).
 36223 | D:11     | 36223 ||| Stepping ~*~*~tactically~*~*~ (outnumbered).
 36225 | D:11     | 36225 ||| Stepping ~*~*~tactically~*~*~ (outnumbered).
 36227 | D:11     | 36227 ||| Stepping ~*~*~tactically~*~*~ (outnumbered).
 36229 | D:11     | 36229 ||| Stepping ~*~*~tactically~*~*~ (outnumbered).
 36231 | D:11     | 36231 ||| Stepping ~*~*~tactically~*~*~ (outnumbered).
 36233 | D:11     | 36233 ||| Stepping ~*~*~tactically~*~*~ (outnumbered).
 36235 | D:11     | 36235 ||| Stepping ~*~*~tactically~*~*~ (outnumbered).
 36237 | D:11     | 36237 ||| Stepping ~*~*~tactically~*~*~ (outnumbered).
 36239 | D:11     | 36239 ||| Stepping ~*~*~tactically~*~*~ (outnumbered).
 36241 | D:11     | 36241 ||| Stepping ~*~*~tactically~*~*~ (outnumbered).
 36243 | D:11     | 36243 ||| Stepping ~*~*~tactically~*~*~ (outnumbered).
 36245 | D:11     | 36245 ||| Stepping ~*~*~tactically~*~*~ (outnumbered).
 36247 | D:11     | 36247 ||| Stepping ~*~*~tactically~*~*~ (outnumbered).
 36249 | D:11     | 36249 ||| Stepping ~*~*~tactically~*~*~ (outnumbered).
 36251 | D:11     | 36251 ||| Stepping ~*~*~tactically~*~*~ (outnumbered).
 36253 | D:11     | 36253 ||| Stepping ~*~*~tactically~*~*~ (outnumbered).
 36255 | D:11     | 36255 ||| Stepping ~*~*~tactically~*~*~ (outnumbered).
 36257 | D:11     | 36257 ||| Stepping ~*~*~tactically~*~*~ (outnumbered).
 36259 | D:11     | 36259 ||| Stepping ~*~*~tactically~*~*~ (outnumbered).
 36261 | D:11     | 36261 ||| Stepping ~*~*~tactically~*~*~ (outnumbered).
 36263 | D:11     | 36263 ||| Stepping ~*~*~tactically~*~*~ (outnumbered).
 36265 | D:11     | 36265 ||| Stepping ~*~*~tactically~*~*~ (outnumbered).
 36267 | D:11     | 36267 ||| Stepping ~*~*~tactically~*~*~ (outnumbered).
 36269 | D:11     | 36269 ||| Stepping ~*~*~tactically~*~*~ (outnumbered).
 36271 | D:11     | 36271 ||| Stepping ~*~*~tactically~*~*~ (outnumbered).
 36273 | D:11     | 36273 ||| Stepping ~*~*~tactically~*~*~ (outnumbered).
 36275 | D:11     | 36275 ||| Stepping ~*~*~tactically~*~*~ (outnumbered).
 36277 | D:11     | 36277 ||| Stepping ~*~*~tactically~*~*~ (outnumbered).
 36279 | D:11     | 36279 ||| Stepping ~*~*~tactically~*~*~ (outnumbered).
 36281 | D:11     | 36281 ||| Stepping ~*~*~tactically~*~*~ (outnumbered).
 36283 | D:11     | 36283 ||| Stepping ~*~*~tactically~*~*~ (outnumbered).
 36285 | D:11     | 36285 ||| Stepping ~*~*~tactically~*~*~ (outnumbered).
 36287 | D:11     | 36287 ||| Stepping ~*~*~tactically~*~*~ (outnumbered).
 36289 | D:11     | 36289 ||| Stepping ~*~*~tactically~*~*~ (outnumbered).
 36291 | D:11     | 36291 ||| Stepping ~*~*~tactically~*~*~ (outnumbered).
 36293 | D:11     | 36293 ||| Stepping ~*~*~tactically~*~*~ (outnumbered).
 36295 | D:11     | 36295 ||| Stepping ~*~*~tactically~*~*~ (outnumbered).
 36297 | D:11     | 36297 ||| Stepping ~*~*~tactically~*~*~ (outnumbered).
 36299 | D:11     | 36299 ||| Stepping ~*~*~tactically~*~*~ (outnumbered).
 36301 | D:11     | 36301 ||| Stepping ~*~*~tactically~*~*~ (outnumbered).
 36303 | D:11     | 36303 ||| Stepping ~*~*~tactically~*~*~ (outnumbered).
 36305 | D:11     | 36305 ||| Stepping ~*~*~tactically~*~*~ (outnumbered).
 36307 | D:11     | 36307 ||| Stepping ~*~*~tactically~*~*~ (outnumbered).
 36309 | D:11     | 36309 ||| Stepping ~*~*~tactically~*~*~ (outnumbered).
 36311 | D:11     | 36311 ||| Stepping ~*~*~tactically~*~*~ (outnumbered).
 36313 | D:11     | 36313 ||| Stepping ~*~*~tactically~*~*~ (outnumbered).
 36315 | D:11     | 36315 ||| Stepping ~*~*~tactically~*~*~ (outnumbered).
 36317 | D:11     | 36317 ||| Stepping ~*~*~tactically~*~*~ (outnumbered).
 36319 | D:11     | 36319 ||| Stepping ~*~*~tactically~*~*~ (outnumbered).
 36321 | D:11     | 36321 ||| Stepping ~*~*~tactically~*~*~ (outnumbered).
 36323 | D:11     | 36323 ||| Stepping ~*~*~tactically~*~*~ (outnumbered).
 36325 | D:11     | 36325 ||| Stepping ~*~*~tactically~*~*~ (outnumbered).
 36327 | D:11     | 36327 ||| Stepping ~*~*~tactically~*~*~ (outnumbered).
 36329 | D:11     | 36329 ||| Stepping ~*~*~tactically~*~*~ (outnumbered).
 36331 | D:11     | 36331 ||| Stepping ~*~*~tactically~*~*~ (outnumbered).
 36333 | D:11     | 36333 ||| Stepping ~*~*~tactically~*~*~ (outnumbered).
 36335 | D:11     | 36335 ||| Stepping ~*~*~tactically~*~*~ (outnumbered).
 36337 | D:11     | 36337 ||| Stepping ~*~*~tactically~*~*~ (outnumbered).
 36339 | D:11     | 36339 ||| Stepping ~*~*~tactically~*~*~ (outnumbered).
 36341 | D:11     | 36341 ||| Stepping ~*~*~tactically~*~*~ (outnumbered).
 36343 | D:11     | 36343 ||| Stepping ~*~*~tactically~*~*~ (outnumbered).
 36345 | D:11     | 36345 ||| Stepping ~*~*~tactically~*~*~ (outnumbered).
 36347 | D:11     | 36347 ||| Stepping ~*~*~tactically~*~*~ (outnumbered).
 36349 | D:11     | 36349 ||| Stepping ~*~*~tactically~*~*~ (outnumbered).
 36351 | D:11     | 36351 ||| Stepping ~*~*~tactically~*~*~ (outnumbered).
 36353 | D:11     | 36353 ||| Stepping ~*~*~tactically~*~*~ (outnumbered).
 36355 | D:11     | 36355 ||| Stepping ~*~*~tactically~*~*~ (outnumbered).
 36357 | D:11     | 36357 ||| Stepping ~*~*~tactically~*~*~ (outnumbered).
 36359 | D:11     | 36359 ||| Stepping ~*~*~tactically~*~*~ (outnumbered).
 36361 | D:11     | 36361 ||| Stepping ~*~*~tactically~*~*~ (outnumbered).
 36363 | D:11     | 36363 ||| Stepping ~*~*~tactically~*~*~ (outnumbered).
 36365 | D:11     | 36365 ||| Stepping ~*~*~tactically~*~*~ (outnumbered).
 36367 | D:11     | 36367 ||| Stepping ~*~*~tactically~*~*~ (outnumbered).
 36369 | D:11     | 36369 ||| Stepping ~*~*~tactically~*~*~ (outnumbered).
 36371 | D:11     | 36371 ||| Stepping ~*~*~tactically~*~*~ (outnumbered).
 36373 | D:11     | 36373 ||| Stepping ~*~*~tactically~*~*~ (outnumbered).
 36375 | D:11     | 36375 ||| Stepping ~*~*~tactically~*~*~ (outnumbered).
 36377 | D:11     | 36377 ||| Stepping ~*~*~tactically~*~*~ (outnumbered).
 36379 | D:11     | 36379 ||| Stepping ~*~*~tactically~*~*~ (outnumbered).
 36381 | D:11     | 36381 ||| Stepping ~*~*~tactically~*~*~ (outnumbered).
 36383 | D:11     | 36383 ||| Stepping ~*~*~tactically~*~*~ (outnumbered).
 36385 | D:11     | 36385 ||| Stepping ~*~*~tactically~*~*~ (outnumbered).
 36387 | D:11     | 36387 ||| Stepping ~*~*~tactically~*~*~ (outnumbered).
 36389 | D:11     | 36389 ||| Stepping ~*~*~tactically~*~*~ (outnumbered).
 36391 | D:11     | 36391 ||| Stepping ~*~*~tactically~*~*~ (outnumbered).
 36393 | D:11     | 36393 ||| Stepping ~*~*~tactically~*~*~ (outnumbered).
 36395 | D:11     | 36395 ||| Stepping ~*~*~tactically~*~*~ (outnumbered).
 36397 | D:11     | 36397 ||| Stepping ~*~*~tactically~*~*~ (outnumbered).
 36399 | D:11     | 36399 ||| Stepping ~*~*~tactically~*~*~ (outnumbered).
 36401 | D:11     | 36401 ||| Stepping ~*~*~tactically~*~*~ (outnumbered).
 36403 | D:11     | 36403 ||| Stepping ~*~*~tactically~*~*~ (outnumbered).
 36405 | D:11     | 36405 ||| Stepping ~*~*~tactically~*~*~ (outnumbered).
 36407 | D:11     | 36407 ||| Stepping ~*~*~tactically~*~*~ (outnumbered).
 36409 | D:11     | 36409 ||| Stepping ~*~*~tactically~*~*~ (outnumbered).
 36411 | D:11     | 36411 ||| Stepping ~*~*~tactically~*~*~ (outnumbered).
 36413 | D:11     | 36413 ||| Stepping ~*~*~tactically~*~*~ (outnumbered).
 36415 | D:11     | 36415 ||| Stepping ~*~*~tactically~*~*~ (outnumbered).
 36417 | D:11     | 36417 ||| Stepping ~*~*~tactically~*~*~ (outnumbered).
 36419 | D:11     | 36419 ||| Stepping ~*~*~tactically~*~*~ (outnumbered).
 36421 | D:11     | 36421 ||| Stepping ~*~*~tactically~*~*~ (outnumbered).
 36423 | D:11     | 36423 ||| Stepping ~*~*~tactically~*~*~ (outnumbered).
 36425 | D:11     | 36425 ||| Stepping ~*~*~tactically~*~*~ (outnumbered).
 36427 | D:11     | 36427 ||| Stepping ~*~*~tactically~*~*~ (outnumbered).
 36429 | D:11     | 36429 ||| Stepping ~*~*~tactically~*~*~ (outnumbered).
 36431 | D:11     | 36431 ||| Stepping ~*~*~tactically~*~*~ (outnumbered).
 36433 | D:11     | 36433 ||| Stepping ~*~*~tactically~*~*~ (outnumbered).
 36435 | D:11     | 36435 ||| Stepping ~*~*~tactically~*~*~ (outnumbered).
 36437 | D:11     | 36437 ||| Stepping ~*~*~tactically~*~*~ (outnumbered).
 36439 | D:11     | 36439 ||| Stepping ~*~*~tactically~*~*~ (outnumbered).
 36441 | D:11     | 36441 ||| Stepping ~*~*~tactically~*~*~ (outnumbered).
 36443 | D:11     | 36443 ||| Stepping ~*~*~tactically~*~*~ (outnumbered).
 36445 | D:11     | 36445 ||| Stepping ~*~*~tactically~*~*~ (outnumbered).
 36447 | D:11     | 36447 ||| Stepping ~*~*~tactically~*~*~ (outnumbered).
 36449 | D:11     | 36449 ||| Stepping ~*~*~tactically~*~*~ (outnumbered).
 36451 | D:11     | 36451 ||| Stepping ~*~*~tactically~*~*~ (outnumbered).
 36453 | D:11     | 36453 ||| Stepping ~*~*~tactically~*~*~ (outnumbered).
 36455 | D:11     | 36455 ||| Stepping ~*~*~tactically~*~*~ (outnumbered).
 36457 | D:11     | 36457 ||| Stepping ~*~*~tactically~*~*~ (outnumbered).
 36459 | D:11     | 36459 ||| Stepping ~*~*~tactically~*~*~ (outnumbered).
 36461 | D:11     | 36461 ||| Stepping ~*~*~tactically~*~*~ (outnumbered).
 36463 | D:11     | 36463 ||| Stepping ~*~*~tactically~*~*~ (outnumbered).
 36465 | D:11     | 36465 ||| Stepping ~*~*~tactically~*~*~ (outnumbered).
 36467 | D:11     | 36467 ||| Stepping ~*~*~tactically~*~*~ (outnumbered).
 36469 | D:11     | 36469 ||| Stepping ~*~*~tactically~*~*~ (outnumbered).
 36471 | D:11     | 36471 ||| Stepping ~*~*~tactically~*~*~ (outnumbered).
 36473 | D:11     | 36473 ||| Stepping ~*~*~tactically~*~*~ (outnumbered).
 36475 | D:11     | 36475 ||| Stepping ~*~*~tactically~*~*~ (outnumbered).
 36477 | D:11     | 36477 ||| Stepping ~*~*~tactically~*~*~ (outnumbered).
 36479 | D:11     | 36479 ||| Stepping ~*~*~tactically~*~*~ (outnumbered).
 36481 | D:11     | 36481 ||| Stepping ~*~*~tactically~*~*~ (outnumbered).
 36483 | D:11     | 36483 ||| Stepping ~*~*~tactically~*~*~ (outnumbered).
 36485 | D:11     | 36485 ||| Stepping ~*~*~tactically~*~*~ (outnumbered).
 36487 | D:11     | 36487 ||| Stepping ~*~*~tactically~*~*~ (outnumbered).
 36489 | D:11     | 36489 ||| Stepping ~*~*~tactically~*~*~ (outnumbered).
 36491 | D:11     | 36491 ||| Stepping ~*~*~tactically~*~*~ (outnumbered).
 36493 | D:11     | 36493 ||| Stepping ~*~*~tactically~*~*~ (outnumbered).
 36495 | D:11     | 36495 ||| Stepping ~*~*~tactically~*~*~ (outnumbered).
 36497 | D:11     | 36497 ||| Stepping ~*~*~tactically~*~*~ (outnumbered).
 36499 | D:11     | 36499 ||| Stepping ~*~*~tactically~*~*~ (outnumbered).
 36501 | D:11     | 36501 ||| Stepping ~*~*~tactically~*~*~ (outnumbered).
 36503 | D:11     | 36503 ||| Stepping ~*~*~tactically~*~*~ (outnumbered).
 36505 | D:11     | 36505 ||| Stepping ~*~*~tactically~*~*~ (outnumbered).
 36507 | D:11     | 36507 ||| Stepping ~*~*~tactically~*~*~ (outnumbered).
 36509 | D:11     | 36509 ||| Stepping ~*~*~tactically~*~*~ (outnumbered).
 36511 | D:11     | 36511 ||| Stepping ~*~*~tactically~*~*~ (outnumbered).
 36513 | D:11     | 36513 ||| Stepping ~*~*~tactically~*~*~ (outnumbered).
 36515 | D:11     | 36515 ||| Stepping ~*~*~tactically~*~*~ (outnumbered).
 36517 | D:11     | 36517 ||| Stepping ~*~*~tactically~*~*~ (outnumbered).
 36519 | D:11     | 36519 ||| Stepping ~*~*~tactically~*~*~ (outnumbered).
 36521 | D:11     | 36521 ||| Stepping ~*~*~tactically~*~*~ (outnumbered).
 36523 | D:11     | 36523 ||| Stepping ~*~*~tactically~*~*~ (outnumbered).
 36525 | D:11     | 36525 ||| Stepping ~*~*~tactically~*~*~ (outnumbered).
 36527 | D:11     | 36527 ||| Stepping ~*~*~tactically~*~*~ (outnumbered).
 36529 | D:11     | 36529 ||| Stepping ~*~*~tactically~*~*~ (outnumbered).
 36531 | D:11     | 36531 ||| Stepping ~*~*~tactically~*~*~ (outnumbered).
 36533 | D:11     | 36533 ||| Stepping ~*~*~tactically~*~*~ (outnumbered).
 36535 | D:11     | 36535 ||| Stepping ~*~*~tactically~*~*~ (outnumbered).
 36537 | D:11     | 36537 ||| Stepping ~*~*~tactically~*~*~ (outnumbered).
 36539 | D:11     | 36539 ||| Stepping ~*~*~tactically~*~*~ (outnumbered).
 36541 | D:11     | 36541 ||| Stepping ~*~*~tactically~*~*~ (outnumbered).
 36543 | D:11     | 36543 ||| Stepping ~*~*~tactically~*~*~ (outnumbered).
 36545 | D:11     | 36545 ||| Stepping ~*~*~tactically~*~*~ (outnumbered).
 36547 | D:11     | 36547 ||| Stepping ~*~*~tactically~*~*~ (outnumbered).
 36549 | D:11     | 36549 ||| Stepping ~*~*~tactically~*~*~ (outnumbered).
 36551 | D:11     | 36551 ||| Stepping ~*~*~tactically~*~*~ (outnumbered).
 36553 | D:11     | 36553 ||| Stepping ~*~*~tactically~*~*~ (outnumbered).
 36555 | D:11     | 36555 ||| Stepping ~*~*~tactically~*~*~ (outnumbered).
 36557 | D:11     | 36557 ||| Stepping ~*~*~tactically~*~*~ (outnumbered).
 36559 | D:11     | 36559 ||| Stepping ~*~*~tactically~*~*~ (outnumbered).
 36561 | D:11     | 36561 ||| Stepping ~*~*~tactically~*~*~ (outnumbered).
 36563 | D:11     | 36563 ||| Stepping ~*~*~tactically~*~*~ (outnumbered).
 36565 | D:11     | 36565 ||| Stepping ~*~*~tactically~*~*~ (outnumbered).
 36567 | D:11     | 36567 ||| Stepping ~*~*~tactically~*~*~ (outnumbered).
 36569 | D:11     | 36569 ||| Stepping ~*~*~tactically~*~*~ (outnumbered).
 36571 | D:11     | 36571 ||| Stepping ~*~*~tactically~*~*~ (outnumbered).
 36573 | D:11     | 36573 ||| Stepping ~*~*~tactically~*~*~ (outnumbered).
 36575 | D:11     | 36575 ||| Stepping ~*~*~tactically~*~*~ (outnumbered).
 36577 | D:11     | 36577 ||| Stepping ~*~*~tactically~*~*~ (outnumbered).
 36579 | D:11     | 36579 ||| Stepping ~*~*~tactically~*~*~ (outnumbered).
 36581 | D:11     | 36581 ||| Stepping ~*~*~tactically~*~*~ (outnumbered).
 36583 | D:11     | 36583 ||| Stepping ~*~*~tactically~*~*~ (outnumbered).
 36585 | D:11     | 36585 ||| Stepping ~*~*~tactically~*~*~ (outnumbered).
 36587 | D:11     | 36587 ||| Stepping ~*~*~tactically~*~*~ (outnumbered).
 36589 | D:11     | 36589 ||| Stepping ~*~*~tactically~*~*~ (outnumbered).
 36591 | D:11     | 36591 ||| Stepping ~*~*~tactically~*~*~ (outnumbered).
 36593 | D:11     | 36593 ||| Stepping ~*~*~tactically~*~*~ (outnumbered).
 36595 | D:11     | 36595 ||| Stepping ~*~*~tactically~*~*~ (outnumbered).
 36597 | D:11     | 36597 ||| Stepping ~*~*~tactically~*~*~ (outnumbered).
 36599 | D:11     | 36599 ||| Stepping ~*~*~tactically~*~*~ (outnumbered).
 36601 | D:11     | 36601 ||| Stepping ~*~*~tactically~*~*~ (outnumbered).
 36602 | D:11     | Glimpsed the power of Zot.
 36603 | D:11     | 36603 ||| Stepping ~*~*~tactically~*~*~ (outnumbered).
 36605 | D:11     | 36605 ||| Stepping ~*~*~tactically~*~*~ (outnumbered).
 36607 | D:11     | 36607 ||| Stepping ~*~*~tactically~*~*~ (outnumbered).
 36609 | D:11     | 36609 ||| Stepping ~*~*~tactically~*~*~ (outnumbered).
 36611 | D:11     | 36611 ||| Stepping ~*~*~tactically~*~*~ (outnumbered).
 36613 | D:11     | 36613 ||| Stepping ~*~*~tactically~*~*~ (outnumbered).
 36615 | D:11     | 36615 ||| Stepping ~*~*~tactically~*~*~ (outnumbered).
 36617 | D:11     | 36617 ||| Stepping ~*~*~tactically~*~*~ (outnumbered).
 36619 | D:11     | 36619 ||| Stepping ~*~*~tactically~*~*~ (outnumbered).
 36621 | D:11     | 36621 ||| Stepping ~*~*~tactically~*~*~ (outnumbered).
 36623 | D:11     | 36623 ||| Stepping ~*~*~tactically~*~*~ (outnumbered).
 36625 | D:11     | 36625 ||| Stepping ~*~*~tactically~*~*~ (outnumbered).
 36627 | D:11     | 36627 ||| Stepping ~*~*~tactically~*~*~ (outnumbered).
 36629 | D:11     | 36629 ||| Stepping ~*~*~tactically~*~*~ (outnumbered).
 36631 | D:11     | 36631 ||| Stepping ~*~*~tactically~*~*~ (outnumbered).
 36633 | D:11     | 36633 ||| Stepping ~*~*~tactically~*~*~ (outnumbered).
 36635 | D:11     | 36635 ||| Stepping ~*~*~tactically~*~*~ (outnumbered).
 36637 | D:11     | 36637 ||| Stepping ~*~*~tactically~*~*~ (outnumbered).
 36639 | D:11     | 36639 ||| Stepping ~*~*~tactically~*~*~ (outnumbered).
 36641 | D:11     | 36641 ||| Stepping ~*~*~tactically~*~*~ (outnumbered).
 36643 | D:11     | 36643 ||| Stepping ~*~*~tactically~*~*~ (outnumbered).
 36645 | D:11     | 36645 ||| Stepping ~*~*~tactically~*~*~ (outnumbered).
 36647 | D:11     | 36647 ||| Stepping ~*~*~tactically~*~*~ (outnumbered).
 36649 | D:11     | 36649 ||| Stepping ~*~*~tactically~*~*~ (outnumbered).
 36651 | D:11     | 36651 ||| Stepping ~*~*~tactically~*~*~ (outnumbered).
 36653 | D:11     | 36653 ||| Stepping ~*~*~tactically~*~*~ (outnumbered).
 36655 | D:11     | 36655 ||| Stepping ~*~*~tactically~*~*~ (outnumbered).
 36657 | D:11     | 36657 ||| Stepping ~*~*~tactically~*~*~ (outnumbered).
 36659 | D:11     | 36659 ||| Stepping ~*~*~tactically~*~*~ (outnumbered).
 36661 | D:11     | 36661 ||| Stepping ~*~*~tactically~*~*~ (outnumbered).
 36663 | D:11     | 36663 ||| Stepping ~*~*~tactically~*~*~ (outnumbered).
 36665 | D:11     | 36665 ||| Stepping ~*~*~tactically~*~*~ (outnumbered).
 36667 | D:11     | 36667 ||| Stepping ~*~*~tactically~*~*~ (outnumbered).
 36669 | D:11     | 36669 ||| Stepping ~*~*~tactically~*~*~ (outnumbered).
 36671 | D:11     | 36671 ||| Stepping ~*~*~tactically~*~*~ (outnumbered).
 36673 | D:11     | 36673 ||| Stepping ~*~*~tactically~*~*~ (outnumbered).
 36675 | D:11     | 36675 ||| Stepping ~*~*~tactically~*~*~ (outnumbered).
 36677 | D:11     | 36677 ||| Stepping ~*~*~tactically~*~*~ (outnumbered).
 36679 | D:11     | 36679 ||| Stepping ~*~*~tactically~*~*~ (outnumbered).
 36681 | D:11     | 36681 ||| Stepping ~*~*~tactically~*~*~ (outnumbered).
 36683 | D:11     | 36683 ||| Stepping ~*~*~tactically~*~*~ (outnumbered).
 36685 | D:11     | 36685 ||| Stepping ~*~*~tactically~*~*~ (outnumbered).
 36687 | D:11     | 36687 ||| Stepping ~*~*~tactically~*~*~ (outnumbered).
 36689 | D:11     | 36689 ||| Stepping ~*~*~tactically~*~*~ (outnumbered).
 36691 | D:11     | 36691 ||| Stepping ~*~*~tactically~*~*~ (outnumbered).
 36693 | D:11     | 36693 ||| Stepping ~*~*~tactically~*~*~ (outnumbered).
 36695 | D:11     | 36695 ||| Stepping ~*~*~tactically~*~*~ (outnumbered).
 36697 | D:11     | 36697 ||| Stepping ~*~*~tactically~*~*~ (outnumbered).
 36699 | D:11     | 36699 ||| Stepping ~*~*~tactically~*~*~ (outnumbered).
 36701 | D:11     | 36701 ||| Stepping ~*~*~tactically~*~*~ (outnumbered).
 36703 | D:11     | 36703 ||| Stepping ~*~*~tactically~*~*~ (outnumbered).
 36705 | D:11     | 36705 ||| Stepping ~*~*~tactically~*~*~ (outnumbered).
 36707 | D:11     | 36707 ||| Stepping ~*~*~tactically~*~*~ (outnumbered).
 36709 | D:11     | 36709 ||| Stepping ~*~*~tactically~*~*~ (outnumbered).
 36711 | D:11     | 36711 ||| Stepping ~*~*~tactically~*~*~ (outnumbered).
 36713 | D:11     | 36713 ||| Stepping ~*~*~tactically~*~*~ (outnumbered).
 36715 | D:11     | 36715 ||| Stepping ~*~*~tactically~*~*~ (outnumbered).
 36717 | D:11     | 36717 ||| Stepping ~*~*~tactically~*~*~ (outnumbered).
 36719 | D:11     | 36719 ||| Stepping ~*~*~tactically~*~*~ (outnumbered).
 36721 | D:11     | 36721 ||| Stepping ~*~*~tactically~*~*~ (outnumbered).
 36723 | D:11     | 36723 ||| Stepping ~*~*~tactically~*~*~ (outnumbered).
 36725 | D:11     | 36725 ||| Stepping ~*~*~tactically~*~*~ (outnumbered).
 36727 | D:11     | 36727 ||| Stepping ~*~*~tactically~*~*~ (outnumbered).
 36729 | D:11     | 36729 ||| Stepping ~*~*~tactically~*~*~ (outnumbered).
 36731 | D:11     | 36731 ||| Stepping ~*~*~tactically~*~*~ (outnumbered).
 36733 | D:11     | 36733 ||| Stepping ~*~*~tactically~*~*~ (outnumbered).
 36735 | D:11     | 36735 ||| Stepping ~*~*~tactically~*~*~ (outnumbered).
 36737 | D:11     | 36737 ||| Stepping ~*~*~tactically~*~*~ (outnumbered).
 36739 | D:11     | 36739 ||| Stepping ~*~*~tactically~*~*~ (outnumbered).
 36741 | D:11     | 36741 ||| Stepping ~*~*~tactically~*~*~ (outnumbered).
 36743 | D:11     | 36743 ||| Stepping ~*~*~tactically~*~*~ (outnumbered).
 36745 | D:11     | 36745 ||| Stepping ~*~*~tactically~*~*~ (outnumbered).
 36747 | D:11     | 36747 ||| Stepping ~*~*~tactically~*~*~ (outnumbered).
 36749 | D:11     | 36749 ||| Stepping ~*~*~tactically~*~*~ (outnumbered).
 36751 | D:11     | 36751 ||| Stepping ~*~*~tactically~*~*~ (outnumbered).
 36753 | D:11     | 36753 ||| Stepping ~*~*~tactically~*~*~ (outnumbered).
 36755 | D:11     | 36755 ||| Stepping ~*~*~tactically~*~*~ (outnumbered).
 36757 | D:11     | 36757 ||| Stepping ~*~*~tactically~*~*~ (outnumbered).
 36759 | D:11     | 36759 ||| Stepping ~*~*~tactically~*~*~ (outnumbered).
 36761 | D:11     | 36761 ||| Stepping ~*~*~tactically~*~*~ (outnumbered).
 36763 | D:11     | 36763 ||| Stepping ~*~*~tactically~*~*~ (outnumbered).
 36765 | D:11     | 36765 ||| Stepping ~*~*~tactically~*~*~ (outnumbered).
 36767 | D:11     | 36767 ||| Stepping ~*~*~tactically~*~*~ (outnumbered).
 36769 | D:11     | 36769 ||| Stepping ~*~*~tactically~*~*~ (outnumbered).
 36771 | D:11     | 36771 ||| Stepping ~*~*~tactically~*~*~ (outnumbered).
 36773 | D:11     | 36773 ||| Stepping ~*~*~tactically~*~*~ (outnumbered).
 36775 | D:11     | 36775 ||| Stepping ~*~*~tactically~*~*~ (outnumbered).
 36777 | D:11     | 36777 ||| Stepping ~*~*~tactically~*~*~ (outnumbered).
 36779 | D:11     | 36779 ||| Stepping ~*~*~tactically~*~*~ (outnumbered).
 36781 | D:11     | 36781 ||| Stepping ~*~*~tactically~*~*~ (outnumbered).
 36783 | D:11     | 36783 ||| Stepping ~*~*~tactically~*~*~ (outnumbered).
 36785 | D:11     | 36785 ||| Stepping ~*~*~tactically~*~*~ (outnumbered).
 36787 | D:11     | 36787 ||| Stepping ~*~*~tactically~*~*~ (outnumbered).
 36789 | D:11     | 36789 ||| Stepping ~*~*~tactically~*~*~ (outnumbered).
 36791 | D:11     | 36791 ||| Stepping ~*~*~tactically~*~*~ (outnumbered).
 36793 | D:11     | 36793 ||| Stepping ~*~*~tactically~*~*~ (outnumbered).
 36795 | D:11     | 36795 ||| Stepping ~*~*~tactically~*~*~ (outnumbered).
 36797 | D:11     | 36797 ||| Stepping ~*~*~tactically~*~*~ (outnumbered).
 36799 | D:11     | 36799 ||| Stepping ~*~*~tactically~*~*~ (outnumbered).
 36801 | D:11     | 36801 ||| Stepping ~*~*~tactically~*~*~ (outnumbered).
 36803 | D:11     | 36803 ||| Stepping ~*~*~tactically~*~*~ (outnumbered).
 36805 | D:11     | 36805 ||| Stepping ~*~*~tactically~*~*~ (outnumbered).
 36807 | D:11     | 36807 ||| Stepping ~*~*~tactically~*~*~ (outnumbered).
 36809 | D:11     | 36809 ||| Stepping ~*~*~tactically~*~*~ (outnumbered).
 36811 | D:11     | 36811 ||| Stepping ~*~*~tactically~*~*~ (outnumbered).
 36813 | D:11     | 36813 ||| Stepping ~*~*~tactically~*~*~ (outnumbered).
 36815 | D:11     | 36815 ||| Stepping ~*~*~tactically~*~*~ (outnumbered).
 36817 | D:11     | 36817 ||| Stepping ~*~*~tactically~*~*~ (outnumbered).
 36819 | D:11     | 36819 ||| Stepping ~*~*~tactically~*~*~ (outnumbered).
 36821 | D:11     | 36821 ||| Stepping ~*~*~tactically~*~*~ (outnumbered).
 36823 | D:11     | 36823 ||| Stepping ~*~*~tactically~*~*~ (outnumbered).
 36825 | D:11     | 36825 ||| Stepping ~*~*~tactically~*~*~ (outnumbered).
 36827 | D:11     | 36827 ||| Stepping ~*~*~tactically~*~*~ (outnumbered).
 36829 | D:11     | 36829 ||| Stepping ~*~*~tactically~*~*~ (outnumbered).
 36831 | D:11     | 36831 ||| Stepping ~*~*~tactically~*~*~ (outnumbered).
 36833 | D:11     | 36833 ||| Stepping ~*~*~tactically~*~*~ (outnumbered).
 36835 | D:11     | 36835 ||| Stepping ~*~*~tactically~*~*~ (outnumbered).
 36837 | D:11     | 36837 ||| Stepping ~*~*~tactically~*~*~ (outnumbered).
 36839 | D:11     | 36839 ||| Stepping ~*~*~tactically~*~*~ (outnumbered).
 36841 | D:11     | 36841 ||| Stepping ~*~*~tactically~*~*~ (outnumbered).
 36843 | D:11     | 36843 ||| Stepping ~*~*~tactically~*~*~ (outnumbered).
 36845 | D:11     | 36845 ||| Stepping ~*~*~tactically~*~*~ (outnumbered).
 36847 | D:11     | 36847 ||| Stepping ~*~*~tactically~*~*~ (outnumbered).
 36849 | D:11     | 36849 ||| Stepping ~*~*~tactically~*~*~ (outnumbered).
 36851 | D:11     | 36851 ||| Stepping ~*~*~tactically~*~*~ (outnumbered).
 36853 | D:11     | 36853 ||| Stepping ~*~*~tactically~*~*~ (outnumbered).
 36855 | D:11     | 36855 ||| Stepping ~*~*~tactically~*~*~ (outnumbered).
 36857 | D:11     | 36857 ||| Stepping ~*~*~tactically~*~*~ (outnumbered).
 36859 | D:11     | 36859 ||| Stepping ~*~*~tactically~*~*~ (outnumbered).
 36861 | D:11     | 36861 ||| Stepping ~*~*~tactically~*~*~ (outnumbered).
 36863 | D:11     | 36863 ||| Stepping ~*~*~tactically~*~*~ (outnumbered).
 36865 | D:11     | 36865 ||| Stepping ~*~*~tactically~*~*~ (outnumbered).
 36867 | D:11     | 36867 ||| Stepping ~*~*~tactically~*~*~ (outnumbered).
 36869 | D:11     | 36869 ||| Stepping ~*~*~tactically~*~*~ (outnumbered).
 36871 | D:11     | 36871 ||| Stepping ~*~*~tactically~*~*~ (outnumbered).
 36873 | D:11     | 36873 ||| Stepping ~*~*~tactically~*~*~ (outnumbered).
 36875 | D:11     | 36875 ||| Stepping ~*~*~tactically~*~*~ (outnumbered).
 36877 | D:11     | 36877 ||| Stepping ~*~*~tactically~*~*~ (outnumbered).
 36879 | D:11     | 36879 ||| Stepping ~*~*~tactically~*~*~ (outnumbered).
 36881 | D:11     | 36881 ||| Stepping ~*~*~tactically~*~*~ (outnumbered).
 36883 | D:11     | 36883 ||| Stepping ~*~*~tactically~*~*~ (outnumbered).
 36885 | D:11     | 36885 ||| Stepping ~*~*~tactically~*~*~ (outnumbered).
 36887 | D:11     | 36887 ||| Stepping ~*~*~tactically~*~*~ (outnumbered).
 36889 | D:11     | 36889 ||| Stepping ~*~*~tactically~*~*~ (outnumbered).
 36891 | D:11     | 36891 ||| Stepping ~*~*~tactically~*~*~ (outnumbered).
 36893 | D:11     | 36893 ||| Stepping ~*~*~tactically~*~*~ (outnumbered).
 36895 | D:11     | 36895 ||| Stepping ~*~*~tactically~*~*~ (outnumbered).
 36897 | D:11     | 36897 ||| Stepping ~*~*~tactically~*~*~ (outnumbered).
 36899 | D:11     | 36899 ||| Stepping ~*~*~tactically~*~*~ (outnumbered).
 36901 | D:11     | 36901 ||| Stepping ~*~*~tactically~*~*~ (outnumbered).
 36903 | D:11     | 36903 ||| Stepping ~*~*~tactically~*~*~ (outnumbered).
 36905 | D:11     | 36905 ||| Stepping ~*~*~tactically~*~*~ (outnumbered).
 36907 | D:11     | 36907 ||| Stepping ~*~*~tactically~*~*~ (outnumbered).
 36909 | D:11     | 36909 ||| Stepping ~*~*~tactically~*~*~ (outnumbered).
 36911 | D:11     | 36911 ||| Stepping ~*~*~tactically~*~*~ (outnumbered).
 36913 | D:11     | 36913 ||| Stepping ~*~*~tactically~*~*~ (outnumbered).
 36915 | D:11     | 36915 ||| Stepping ~*~*~tactically~*~*~ (outnumbered).
 36917 | D:11     | 36917 ||| Stepping ~*~*~tactically~*~*~ (outnumbered).
 36919 | D:11     | 36919 ||| Stepping ~*~*~tactically~*~*~ (outnumbered).
 36921 | D:11     | 36921 ||| Stepping ~*~*~tactically~*~*~ (outnumbered).
 36923 | D:11     | 36923 ||| Stepping ~*~*~tactically~*~*~ (outnumbered).
 36925 | D:11     | 36925 ||| Stepping ~*~*~tactically~*~*~ (outnumbered).
 36927 | D:11     | 36927 ||| Stepping ~*~*~tactically~*~*~ (outnumbered).
 36929 | D:11     | 36929 ||| Stepping ~*~*~tactically~*~*~ (outnumbered).
 36931 | D:11     | 36931 ||| Stepping ~*~*~tactically~*~*~ (outnumbered).
 36933 | D:11     | 36933 ||| Stepping ~*~*~tactically~*~*~ (outnumbered).
 36935 | D:11     | 36935 ||| Stepping ~*~*~tactically~*~*~ (outnumbered).
 36937 | D:11     | 36937 ||| Stepping ~*~*~tactically~*~*~ (outnumbered).
 36939 | D:11     | 36939 ||| Stepping ~*~*~tactically~*~*~ (outnumbered).
 36941 | D:11     | 36941 ||| Stepping ~*~*~tactically~*~*~ (outnumbered).
 36943 | D:11     | 36943 ||| Stepping ~*~*~tactically~*~*~ (outnumbered).
 36945 | D:11     | 36945 ||| Stepping ~*~*~tactically~*~*~ (outnumbered).
 36947 | D:11     | 36947 ||| Stepping ~*~*~tactically~*~*~ (outnumbered).
 36949 | D:11     | 36949 ||| Stepping ~*~*~tactically~*~*~ (outnumbered).
 36951 | D:11     | 36951 ||| Stepping ~*~*~tactically~*~*~ (outnumbered).
 36953 | D:11     | 36953 ||| Stepping ~*~*~tactically~*~*~ (outnumbered).
 36955 | D:11     | 36955 ||| Stepping ~*~*~tactically~*~*~ (outnumbered).
 36957 | D:11     | 36957 ||| Stepping ~*~*~tactically~*~*~ (outnumbered).
 36959 | D:11     | 36959 ||| Stepping ~*~*~tactically~*~*~ (outnumbered).
 36961 | D:11     | 36961 ||| Stepping ~*~*~tactically~*~*~ (outnumbered).
 36963 | D:11     | 36963 ||| Stepping ~*~*~tactically~*~*~ (outnumbered).
 36965 | D:11     | 36965 ||| Stepping ~*~*~tactically~*~*~ (outnumbered).
 36967 | D:11     | 36967 ||| Stepping ~*~*~tactically~*~*~ (outnumbered).
 36969 | D:11     | 36969 ||| Stepping ~*~*~tactically~*~*~ (outnumbered).
 36971 | D:11     | 36971 ||| Stepping ~*~*~tactically~*~*~ (outnumbered).
 36973 | D:11     | 36973 ||| Stepping ~*~*~tactically~*~*~ (outnumbered).
 36975 | D:11     | 36975 ||| Stepping ~*~*~tactically~*~*~ (outnumbered).
 36977 | D:11     | 36977 ||| Stepping ~*~*~tactically~*~*~ (outnumbered).
 36979 | D:11     | 36979 ||| Stepping ~*~*~tactically~*~*~ (outnumbered).
 36981 | D:11     | 36981 ||| Stepping ~*~*~tactically~*~*~ (outnumbered).
 36983 | D:11     | 36983 ||| Stepping ~*~*~tactically~*~*~ (outnumbered).
 36985 | D:11     | 36985 ||| Stepping ~*~*~tactically~*~*~ (outnumbered).
 36987 | D:11     | 36987 ||| Stepping ~*~*~tactically~*~*~ (outnumbered).
 36989 | D:11     | 36989 ||| Stepping ~*~*~tactically~*~*~ (outnumbered).
 36991 | D:11     | 36991 ||| Stepping ~*~*~tactically~*~*~ (outnumbered).
 36993 | D:11     | 36993 ||| Stepping ~*~*~tactically~*~*~ (outnumbered).
 36995 | D:11     | 36995 ||| Stepping ~*~*~tactically~*~*~ (outnumbered).
 36997 | D:11     | 36997 ||| Stepping ~*~*~tactically~*~*~ (outnumbered).
 36999 | D:11     | 36999 ||| Stepping ~*~*~tactically~*~*~ (outnumbered).
 37001 | D:11     | 37001 ||| Stepping ~*~*~tactically~*~*~ (outnumbered).
 37002 | D:11     | Glimpsed the power of Zot.
 37003 | D:11     | 37003 ||| Stepping ~*~*~tactically~*~*~ (outnumbered).
 37005 | D:11     | 37005 ||| Stepping ~*~*~tactically~*~*~ (outnumbered).
 37007 | D:11     | 37007 ||| Stepping ~*~*~tactically~*~*~ (outnumbered).
 37009 | D:11     | 37009 ||| Stepping ~*~*~tactically~*~*~ (outnumbered).
 37011 | D:11     | 37011 ||| Stepping ~*~*~tactically~*~*~ (outnumbered).
 37013 | D:11     | 37013 ||| Stepping ~*~*~tactically~*~*~ (outnumbered).
 37015 | D:11     | 37015 ||| Stepping ~*~*~tactically~*~*~ (outnumbered).
 37017 | D:11     | 37017 ||| Stepping ~*~*~tactically~*~*~ (outnumbered).
 37019 | D:11     | 37019 ||| Stepping ~*~*~tactically~*~*~ (outnumbered).
 37021 | D:11     | 37021 ||| Stepping ~*~*~tactically~*~*~ (outnumbered).
 37023 | D:11     | 37023 ||| Stepping ~*~*~tactically~*~*~ (outnumbered).
 37025 | D:11     | 37025 ||| Stepping ~*~*~tactically~*~*~ (outnumbered).
 37027 | D:11     | 37027 ||| Stepping ~*~*~tactically~*~*~ (outnumbered).
 37029 | D:11     | 37029 ||| Stepping ~*~*~tactically~*~*~ (outnumbered).
 37031 | D:11     | 37031 ||| Stepping ~*~*~tactically~*~*~ (outnumbered).
 37033 | D:11     | 37033 ||| Stepping ~*~*~tactically~*~*~ (outnumbered).
 37035 | D:11     | 37035 ||| Stepping ~*~*~tactically~*~*~ (outnumbered).
 37037 | D:11     | 37037 ||| Stepping ~*~*~tactically~*~*~ (outnumbered).
 37039 | D:11     | 37039 ||| Stepping ~*~*~tactically~*~*~ (outnumbered).
 37041 | D:11     | 37041 ||| Stepping ~*~*~tactically~*~*~ (outnumbered).
 37043 | D:11     | 37043 ||| Stepping ~*~*~tactically~*~*~ (outnumbered).
 37045 | D:11     | 37045 ||| Stepping ~*~*~tactically~*~*~ (outnumbered).
 37047 | D:11     | 37047 ||| Stepping ~*~*~tactically~*~*~ (outnumbered).
 37049 | D:11     | 37049 ||| Stepping ~*~*~tactically~*~*~ (outnumbered).
 37051 | D:11     | 37051 ||| Stepping ~*~*~tactically~*~*~ (outnumbered).
 37053 | D:11     | 37053 ||| Stepping ~*~*~tactically~*~*~ (outnumbered).
 37055 | D:11     | 37055 ||| Stepping ~*~*~tactically~*~*~ (outnumbered).
 37057 | D:11     | 37057 ||| Stepping ~*~*~tactically~*~*~ (outnumbered).
 37059 | D:11     | 37059 ||| Stepping ~*~*~tactically~*~*~ (outnumbered).
 37061 | D:11     | 37061 ||| Stepping ~*~*~tactically~*~*~ (outnumbered).
 37063 | D:11     | 37063 ||| Stepping ~*~*~tactically~*~*~ (outnumbered).
 37065 | D:11     | 37065 ||| Stepping ~*~*~tactically~*~*~ (outnumbered).
 37067 | D:11     | 37067 ||| Stepping ~*~*~tactically~*~*~ (outnumbered).
 37069 | D:11     | 37069 ||| Stepping ~*~*~tactically~*~*~ (outnumbered).
 37071 | D:11     | 37071 ||| Stepping ~*~*~tactically~*~*~ (outnumbered).
 37073 | D:11     | 37073 ||| Stepping ~*~*~tactically~*~*~ (outnumbered).
 37075 | D:11     | 37075 ||| Stepping ~*~*~tactically~*~*~ (outnumbered).
 37077 | D:11     | 37077 ||| Stepping ~*~*~tactically~*~*~ (outnumbered).
 37079 | D:11     | 37079 ||| Stepping ~*~*~tactically~*~*~ (outnumbered).
 37081 | D:11     | 37081 ||| Stepping ~*~*~tactically~*~*~ (outnumbered).
 37083 | D:11     | 37083 ||| Stepping ~*~*~tactically~*~*~ (outnumbered).
 37085 | D:11     | 37085 ||| Stepping ~*~*~tactically~*~*~ (outnumbered).
 37087 | D:11     | 37087 ||| Stepping ~*~*~tactically~*~*~ (outnumbered).
 37089 | D:11     | 37089 ||| Stepping ~*~*~tactically~*~*~ (outnumbered).
 37091 | D:11     | 37091 ||| Stepping ~*~*~tactically~*~*~ (outnumbered).
 37093 | D:11     | 37093 ||| Stepping ~*~*~tactically~*~*~ (outnumbered).
 37095 | D:11     | 37095 ||| Stepping ~*~*~tactically~*~*~ (outnumbered).
 37097 | D:11     | 37097 ||| Stepping ~*~*~tactically~*~*~ (outnumbered).
 37099 | D:11     | 37099 ||| Stepping ~*~*~tactically~*~*~ (outnumbered).
 37101 | D:11     | 37101 ||| Stepping ~*~*~tactically~*~*~ (outnumbered).
 37101 | D:11     | Touched by the power of Zot.
 37102 | D:11     | Glimpsed the power of Zot.
 37103 | D:11     | 37103 ||| Stepping ~*~*~tactically~*~*~ (outnumbered).
 37105 | D:11     | 37105 ||| Stepping ~*~*~tactically~*~*~ (outnumbered).
 37107 | D:11     | 37107 ||| Stepping ~*~*~tactically~*~*~ (outnumbered).
 37109 | D:11     | 37109 ||| Stepping ~*~*~tactically~*~*~ (outnumbered).
 37111 | D:11     | 37111 ||| Stepping ~*~*~tactically~*~*~ (outnumbered).
 37113 | D:11     | 37113 ||| Stepping ~*~*~tactically~*~*~ (outnumbered).
 37115 | D:11     | 37115 ||| Stepping ~*~*~tactically~*~*~ (outnumbered).
 37117 | D:11     | 37117 ||| Stepping ~*~*~tactically~*~*~ (outnumbered).
 37119 | D:11     | 37119 ||| Stepping ~*~*~tactically~*~*~ (outnumbered).
 37121 | D:11     | 37121 ||| Stepping ~*~*~tactically~*~*~ (outnumbered).
 37123 | D:11     | 37123 ||| Stepping ~*~*~tactically~*~*~ (outnumbered).
 37125 | D:11     | 37125 ||| Stepping ~*~*~tactically~*~*~ (outnumbered).
 37127 | D:11     | 37127 ||| Stepping ~*~*~tactically~*~*~ (outnumbered).
 37129 | D:11     | 37129 ||| Stepping ~*~*~tactically~*~*~ (outnumbered).
 37131 | D:11     | 37131 ||| Stepping ~*~*~tactically~*~*~ (outnumbered).
 37133 | D:11     | 37133 ||| Stepping ~*~*~tactically~*~*~ (outnumbered).
 37135 | D:11     | 37135 ||| Stepping ~*~*~tactically~*~*~ (outnumbered).
 37137 | D:11     | 37137 ||| Stepping ~*~*~tactically~*~*~ (outnumbered).
 37139 | D:11     | 37139 ||| Stepping ~*~*~tactically~*~*~ (outnumbered).
 37141 | D:11     | 37141 ||| Stepping ~*~*~tactically~*~*~ (outnumbered).
 37143 | D:11     | 37143 ||| Stepping ~*~*~tactically~*~*~ (outnumbered).
 37145 | D:11     | 37145 ||| Stepping ~*~*~tactically~*~*~ (outnumbered).
 37147 | D:11     | 37147 ||| Stepping ~*~*~tactically~*~*~ (outnumbered).
 37149 | D:11     | 37149 ||| Stepping ~*~*~tactically~*~*~ (outnumbered).
 37151 | D:11     | 37151 ||| Stepping ~*~*~tactically~*~*~ (outnumbered).
 37153 | D:11     | 37153 ||| Stepping ~*~*~tactically~*~*~ (outnumbered).
 37155 | D:11     | 37155 ||| Stepping ~*~*~tactically~*~*~ (outnumbered).
 37157 | D:11     | 37157 ||| Stepping ~*~*~tactically~*~*~ (outnumbered).
 37159 | D:11     | 37159 ||| Stepping ~*~*~tactically~*~*~ (outnumbered).
 37161 | D:11     | 37161 ||| Stepping ~*~*~tactically~*~*~ (outnumbered).
 37163 | D:11     | 37163 ||| Stepping ~*~*~tactically~*~*~ (outnumbered).
 37165 | D:11     | 37165 ||| Stepping ~*~*~tactically~*~*~ (outnumbered).
 37167 | D:11     | 37167 ||| Stepping ~*~*~tactically~*~*~ (outnumbered).
 37169 | D:11     | 37169 ||| Stepping ~*~*~tactically~*~*~ (outnumbered).
 37171 | D:11     | 37171 ||| Stepping ~*~*~tactically~*~*~ (outnumbered).
 37173 | D:11     | 37173 ||| Stepping ~*~*~tactically~*~*~ (outnumbered).
 37175 | D:11     | 37175 ||| Stepping ~*~*~tactically~*~*~ (outnumbered).
 37177 | D:11     | 37177 ||| Stepping ~*~*~tactically~*~*~ (outnumbered).
 37179 | D:11     | 37179 ||| Stepping ~*~*~tactically~*~*~ (outnumbered).
 37181 | D:11     | 37181 ||| Stepping ~*~*~tactically~*~*~ (outnumbered).
 37183 | D:11     | 37183 ||| Stepping ~*~*~tactically~*~*~ (outnumbered).
 37185 | D:11     | 37185 ||| Stepping ~*~*~tactically~*~*~ (outnumbered).
 37187 | D:11     | 37187 ||| Stepping ~*~*~tactically~*~*~ (outnumbered).
 37189 | D:11     | 37189 ||| Stepping ~*~*~tactically~*~*~ (outnumbered).
 37191 | D:11     | 37191 ||| Stepping ~*~*~tactically~*~*~ (outnumbered).
 37193 | D:11     | 37193 ||| Stepping ~*~*~tactically~*~*~ (outnumbered).
 37195 | D:11     | 37195 ||| Stepping ~*~*~tactically~*~*~ (outnumbered).
 37197 | D:11     | 37197 ||| Stepping ~*~*~tactically~*~*~ (outnumbered).
 37199 | D:11     | 37199 ||| Stepping ~*~*~tactically~*~*~ (outnumbered).
 37201 | D:11     | 37201 ||| Stepping ~*~*~tactically~*~*~ (outnumbered).
 37203 | D:11     | 37203 ||| Stepping ~*~*~tactically~*~*~ (outnumbered).
 37205 | D:11     | 37205 ||| Stepping ~*~*~tactically~*~*~ (outnumbered).
 37207 | D:11     | 37207 ||| Stepping ~*~*~tactically~*~*~ (outnumbered).
 37209 | D:11     | 37209 ||| Stepping ~*~*~tactically~*~*~ (outnumbered).
 37211 | D:11     | 37211 ||| Stepping ~*~*~tactically~*~*~ (outnumbered).
 37213 | D:11     | 37213 ||| Stepping ~*~*~tactically~*~*~ (outnumbered).
 37215 | D:11     | 37215 ||| Stepping ~*~*~tactically~*~*~ (outnumbered).
 37217 | D:11     | 37217 ||| Stepping ~*~*~tactically~*~*~ (outnumbered).
 37219 | D:11     | 37219 ||| Stepping ~*~*~tactically~*~*~ (outnumbered).
 37221 | D:11     | 37221 ||| Stepping ~*~*~tactically~*~*~ (outnumbered).
 37223 | D:11     | 37223 ||| Stepping ~*~*~tactically~*~*~ (outnumbered).
 37225 | D:11     | 37225 ||| Stepping ~*~*~tactically~*~*~ (outnumbered).
 37227 | D:11     | 37227 ||| Stepping ~*~*~tactically~*~*~ (outnumbered).
 37229 | D:11     | 37229 ||| Stepping ~*~*~tactically~*~*~ (outnumbered).
 37231 | D:11     | 37231 ||| Stepping ~*~*~tactically~*~*~ (outnumbered).
 37233 | D:11     | 37233 ||| Stepping ~*~*~tactically~*~*~ (outnumbered).
 37235 | D:11     | 37235 ||| Stepping ~*~*~tactically~*~*~ (outnumbered).
 37237 | D:11     | 37237 ||| Stepping ~*~*~tactically~*~*~ (outnumbered).
 37239 | D:11     | 37239 ||| Stepping ~*~*~tactically~*~*~ (outnumbered).
 37241 | D:11     | 37241 ||| Stepping ~*~*~tactically~*~*~ (outnumbered).
 37243 | D:11     | 37243 ||| Stepping ~*~*~tactically~*~*~ (outnumbered).
 37245 | D:11     | 37245 ||| Stepping ~*~*~tactically~*~*~ (outnumbered).
 37247 | D:11     | 37247 ||| Stepping ~*~*~tactically~*~*~ (outnumbered).
 37249 | D:11     | 37249 ||| Stepping ~*~*~tactically~*~*~ (outnumbered).
 37251 | D:11     | 37251 ||| Stepping ~*~*~tactically~*~*~ (outnumbered).
 37253 | D:11     | 37253 ||| Stepping ~*~*~tactically~*~*~ (outnumbered).
 37255 | D:11     | 37255 ||| Stepping ~*~*~tactically~*~*~ (outnumbered).
 37257 | D:11     | 37257 ||| Stepping ~*~*~tactically~*~*~ (outnumbered).
 37259 | D:11     | 37259 ||| Stepping ~*~*~tactically~*~*~ (outnumbered).
 37261 | D:11     | 37261 ||| Stepping ~*~*~tactically~*~*~ (outnumbered).
 37263 | D:11     | 37263 ||| Stepping ~*~*~tactically~*~*~ (outnumbered).
 37265 | D:11     | 37265 ||| Stepping ~*~*~tactically~*~*~ (outnumbered).
 37267 | D:11     | 37267 ||| Stepping ~*~*~tactically~*~*~ (outnumbered).
 37269 | D:11     | 37269 ||| Stepping ~*~*~tactically~*~*~ (outnumbered).
 37271 | D:11     | 37271 ||| Stepping ~*~*~tactically~*~*~ (outnumbered).
 37273 | D:11     | 37273 ||| Stepping ~*~*~tactically~*~*~ (outnumbered).
 37275 | D:11     | 37275 ||| Stepping ~*~*~tactically~*~*~ (outnumbered).
 37277 | D:11     | 37277 ||| Stepping ~*~*~tactically~*~*~ (outnumbered).
 37279 | D:11     | 37279 ||| Stepping ~*~*~tactically~*~*~ (outnumbered).
 37281 | D:11     | 37281 ||| Stepping ~*~*~tactically~*~*~ (outnumbered).
 37283 | D:11     | 37283 ||| Stepping ~*~*~tactically~*~*~ (outnumbered).
 37285 | D:11     | 37285 ||| Stepping ~*~*~tactically~*~*~ (outnumbered).
 37287 | D:11     | 37287 ||| Stepping ~*~*~tactically~*~*~ (outnumbered).
 37289 | D:11     | 37289 ||| Stepping ~*~*~tactically~*~*~ (outnumbered).
 37291 | D:11     | 37291 ||| Stepping ~*~*~tactically~*~*~ (outnumbered).
 37293 | D:11     | 37293 ||| Stepping ~*~*~tactically~*~*~ (outnumbered).
 37295 | D:11     | 37295 ||| Stepping ~*~*~tactically~*~*~ (outnumbered).
 37297 | D:11     | 37297 ||| Stepping ~*~*~tactically~*~*~ (outnumbered).
 37299 | D:11     | 37299 ||| Stepping ~*~*~tactically~*~*~ (outnumbered).
 37301 | D:11     | 37301 ||| Stepping ~*~*~tactically~*~*~ (outnumbered).
 37303 | D:11     | 37303 ||| Stepping ~*~*~tactically~*~*~ (outnumbered).
 37305 | D:11     | 37305 ||| Stepping ~*~*~tactically~*~*~ (outnumbered).
 37307 | D:11     | 37307 ||| Stepping ~*~*~tactically~*~*~ (outnumbered).
 37309 | D:11     | 37309 ||| Stepping ~*~*~tactically~*~*~ (outnumbered).
 37311 | D:11     | 37311 ||| Stepping ~*~*~tactically~*~*~ (outnumbered).
 37313 | D:11     | 37313 ||| Stepping ~*~*~tactically~*~*~ (outnumbered).
 37315 | D:11     | 37315 ||| Stepping ~*~*~tactically~*~*~ (outnumbered).
 37317 | D:11     | 37317 ||| Stepping ~*~*~tactically~*~*~ (outnumbered).
 37319 | D:11     | 37319 ||| Stepping ~*~*~tactically~*~*~ (outnumbered).
 37321 | D:11     | 37321 ||| Stepping ~*~*~tactically~*~*~ (outnumbered).
 37323 | D:11     | 37323 ||| Stepping ~*~*~tactically~*~*~ (outnumbered).
 37325 | D:11     | 37325 ||| Stepping ~*~*~tactically~*~*~ (outnumbered).
 37327 | D:11     | 37327 ||| Stepping ~*~*~tactically~*~*~ (outnumbered).
 37329 | D:11     | 37329 ||| Stepping ~*~*~tactically~*~*~ (outnumbered).
 37331 | D:11     | 37331 ||| Stepping ~*~*~tactically~*~*~ (outnumbered).
 37333 | D:11     | 37333 ||| Stepping ~*~*~tactically~*~*~ (outnumbered).
 37335 | D:11     | 37335 ||| Stepping ~*~*~tactically~*~*~ (outnumbered).
 37337 | D:11     | 37337 ||| Stepping ~*~*~tactically~*~*~ (outnumbered).
 37339 | D:11     | 37339 ||| Stepping ~*~*~tactically~*~*~ (outnumbered).
 37341 | D:11     | 37341 ||| Stepping ~*~*~tactically~*~*~ (outnumbered).
 37343 | D:11     | 37343 ||| Stepping ~*~*~tactically~*~*~ (outnumbered).
 37345 | D:11     | 37345 ||| Stepping ~*~*~tactically~*~*~ (outnumbered).
 37347 | D:11     | 37347 ||| Stepping ~*~*~tactically~*~*~ (outnumbered).
 37349 | D:11     | 37349 ||| Stepping ~*~*~tactically~*~*~ (outnumbered).
 37351 | D:11     | 37351 ||| Stepping ~*~*~tactically~*~*~ (outnumbered).
 37353 | D:11     | 37353 ||| Stepping ~*~*~tactically~*~*~ (outnumbered).
 37355 | D:11     | 37355 ||| Stepping ~*~*~tactically~*~*~ (outnumbered).
 37357 | D:11     | 37357 ||| Stepping ~*~*~tactically~*~*~ (outnumbered).
 37359 | D:11     | 37359 ||| Stepping ~*~*~tactically~*~*~ (outnumbered).
 37361 | D:11     | 37361 ||| Stepping ~*~*~tactically~*~*~ (outnumbered).
 37363 | D:11     | 37363 ||| Stepping ~*~*~tactically~*~*~ (outnumbered).
 37365 | D:11     | 37365 ||| Stepping ~*~*~tactically~*~*~ (outnumbered).
 37367 | D:11     | 37367 ||| Stepping ~*~*~tactically~*~*~ (outnumbered).
 37369 | D:11     | 37369 ||| Stepping ~*~*~tactically~*~*~ (outnumbered).
 37371 | D:11     | 37371 ||| Stepping ~*~*~tactically~*~*~ (outnumbered).
 37373 | D:11     | 37373 ||| Stepping ~*~*~tactically~*~*~ (outnumbered).
 37375 | D:11     | 37375 ||| Stepping ~*~*~tactically~*~*~ (outnumbered).
 37377 | D:11     | 37377 ||| Stepping ~*~*~tactically~*~*~ (outnumbered).
 37379 | D:11     | 37379 ||| Stepping ~*~*~tactically~*~*~ (outnumbered).
 37381 | D:11     | 37381 ||| Stepping ~*~*~tactically~*~*~ (outnumbered).
 37383 | D:11     | 37383 ||| Stepping ~*~*~tactically~*~*~ (outnumbered).
 37385 | D:11     | 37385 ||| Stepping ~*~*~tactically~*~*~ (outnumbered).
 37387 | D:11     | 37387 ||| Stepping ~*~*~tactically~*~*~ (outnumbered).
 37389 | D:11     | 37389 ||| Stepping ~*~*~tactically~*~*~ (outnumbered).
 37391 | D:11     | 37391 ||| Stepping ~*~*~tactically~*~*~ (outnumbered).
 37393 | D:11     | 37393 ||| Stepping ~*~*~tactically~*~*~ (outnumbered).
 37395 | D:11     | 37395 ||| Stepping ~*~*~tactically~*~*~ (outnumbered).
 37397 | D:11     | 37397 ||| Stepping ~*~*~tactically~*~*~ (outnumbered).
 37399 | D:11     | 37399 ||| Stepping ~*~*~tactically~*~*~ (outnumbered).
 37401 | D:11     | 37401 ||| Stepping ~*~*~tactically~*~*~ (outnumbered).
 37403 | D:11     | 37403 ||| Stepping ~*~*~tactically~*~*~ (outnumbered).
 37405 | D:11     | 37405 ||| Stepping ~*~*~tactically~*~*~ (outnumbered).
 37407 | D:11     | 37407 ||| Stepping ~*~*~tactically~*~*~ (outnumbered).
 37409 | D:11     | 37409 ||| Stepping ~*~*~tactically~*~*~ (outnumbered).
 37411 | D:11     | 37411 ||| Stepping ~*~*~tactically~*~*~ (outnumbered).
 37413 | D:11     | 37413 ||| Stepping ~*~*~tactically~*~*~ (outnumbered).
 37415 | D:11     | 37415 ||| Stepping ~*~*~tactically~*~*~ (outnumbered).
 37417 | D:11     | 37417 ||| Stepping ~*~*~tactically~*~*~ (outnumbered).
 37419 | D:11     | 37419 ||| Stepping ~*~*~tactically~*~*~ (outnumbered).
 37421 | D:11     | 37421 ||| Stepping ~*~*~tactically~*~*~ (outnumbered).
 37423 | D:11     | 37423 ||| Stepping ~*~*~tactically~*~*~ (outnumbered).
 37425 | D:11     | 37425 ||| Stepping ~*~*~tactically~*~*~ (outnumbered).
 37427 | D:11     | 37427 ||| Stepping ~*~*~tactically~*~*~ (outnumbered).
 37429 | D:11     | 37429 ||| Stepping ~*~*~tactically~*~*~ (outnumbered).
 37431 | D:11     | 37431 ||| Stepping ~*~*~tactically~*~*~ (outnumbered).
 37433 | D:11     | 37433 ||| Stepping ~*~*~tactically~*~*~ (outnumbered).
 37435 | D:11     | 37435 ||| Stepping ~*~*~tactically~*~*~ (outnumbered).
 37437 | D:11     | 37437 ||| Stepping ~*~*~tactically~*~*~ (outnumbered).
 37439 | D:11     | 37439 ||| Stepping ~*~*~tactically~*~*~ (outnumbered).
 37441 | D:11     | 37441 ||| Stepping ~*~*~tactically~*~*~ (outnumbered).
 37443 | D:11     | 37443 ||| Stepping ~*~*~tactically~*~*~ (outnumbered).
 37445 | D:11     | 37445 ||| Stepping ~*~*~tactically~*~*~ (outnumbered).
 37447 | D:11     | 37447 ||| Stepping ~*~*~tactically~*~*~ (outnumbered).
 37449 | D:11     | 37449 ||| Stepping ~*~*~tactically~*~*~ (outnumbered).
 37451 | D:11     | 37451 ||| Stepping ~*~*~tactically~*~*~ (outnumbered).
 37453 | D:11     | 37453 ||| Stepping ~*~*~tactically~*~*~ (outnumbered).
 37455 | D:11     | 37455 ||| Stepping ~*~*~tactically~*~*~ (outnumbered).
 37457 | D:11     | 37457 ||| Stepping ~*~*~tactically~*~*~ (outnumbered).
 37459 | D:11     | 37459 ||| Stepping ~*~*~tactically~*~*~ (outnumbered).
 37461 | D:11     | 37461 ||| Stepping ~*~*~tactically~*~*~ (outnumbered).
 37463 | D:11     | 37463 ||| Stepping ~*~*~tactically~*~*~ (outnumbered).
 37465 | D:11     | 37465 ||| Stepping ~*~*~tactically~*~*~ (outnumbered).
 37467 | D:11     | 37467 ||| Stepping ~*~*~tactically~*~*~ (outnumbered).
 37469 | D:11     | 37469 ||| Stepping ~*~*~tactically~*~*~ (outnumbered).
 37471 | D:11     | 37471 ||| Stepping ~*~*~tactically~*~*~ (outnumbered).
 37473 | D:11     | 37473 ||| Stepping ~*~*~tactically~*~*~ (outnumbered).
 37475 | D:11     | 37475 ||| Stepping ~*~*~tactically~*~*~ (outnumbered).
 37477 | D:11     | 37477 ||| Stepping ~*~*~tactically~*~*~ (outnumbered).
 37479 | D:11     | 37479 ||| Stepping ~*~*~tactically~*~*~ (outnumbered).
 37481 | D:11     | 37481 ||| Stepping ~*~*~tactically~*~*~ (outnumbered).
 37483 | D:11     | 37483 ||| Stepping ~*~*~tactically~*~*~ (outnumbered).
 37485 | D:11     | 37485 ||| Stepping ~*~*~tactically~*~*~ (outnumbered).
 37487 | D:11     | 37487 ||| Stepping ~*~*~tactically~*~*~ (outnumbered).
 37489 | D:11     | 37489 ||| Stepping ~*~*~tactically~*~*~ (outnumbered).
 37491 | D:11     | 37491 ||| Stepping ~*~*~tactically~*~*~ (outnumbered).
 37493 | D:11     | 37493 ||| Stepping ~*~*~tactically~*~*~ (outnumbered).
 37495 | D:11     | 37495 ||| Stepping ~*~*~tactically~*~*~ (outnumbered).
 37497 | D:11     | 37497 ||| Stepping ~*~*~tactically~*~*~ (outnumbered).
 37499 | D:11     | 37499 ||| Stepping ~*~*~tactically~*~*~ (outnumbered).
 37501 | D:11     | 37501 ||| Stepping ~*~*~tactically~*~*~ (outnumbered).
 37503 | D:11     | 37503 ||| Stepping ~*~*~tactically~*~*~ (outnumbered).
 37505 | D:11     | 37505 ||| Stepping ~*~*~tactically~*~*~ (outnumbered).
 37507 | D:11     | 37507 ||| Stepping ~*~*~tactically~*~*~ (outnumbered).
 37509 | D:11     | 37509 ||| Stepping ~*~*~tactically~*~*~ (outnumbered).
 37511 | D:11     | 37511 ||| Stepping ~*~*~tactically~*~*~ (outnumbered).
 37513 | D:11     | 37513 ||| Stepping ~*~*~tactically~*~*~ (outnumbered).
 37515 | D:11     | 37515 ||| Stepping ~*~*~tactically~*~*~ (outnumbered).
 37517 | D:11     | 37517 ||| Stepping ~*~*~tactically~*~*~ (outnumbered).
 37519 | D:11     | 37519 ||| Stepping ~*~*~tactically~*~*~ (outnumbered).
 37521 | D:11     | 37521 ||| Stepping ~*~*~tactically~*~*~ (outnumbered).
 37523 | D:11     | 37523 ||| Stepping ~*~*~tactically~*~*~ (outnumbered).
 37525 | D:11     | 37525 ||| Stepping ~*~*~tactically~*~*~ (outnumbered).
 37527 | D:11     | 37527 ||| Stepping ~*~*~tactically~*~*~ (outnumbered).
 37529 | D:11     | 37529 ||| Stepping ~*~*~tactically~*~*~ (outnumbered).
 37531 | D:11     | 37531 ||| Stepping ~*~*~tactically~*~*~ (outnumbered).
 37533 | D:11     | 37533 ||| Stepping ~*~*~tactically~*~*~ (outnumbered).
 37535 | D:11     | 37535 ||| Stepping ~*~*~tactically~*~*~ (outnumbered).
 37537 | D:11     | 37537 ||| Stepping ~*~*~tactically~*~*~ (outnumbered).
 37539 | D:11     | 37539 ||| Stepping ~*~*~tactically~*~*~ (outnumbered).
 37541 | D:11     | 37541 ||| Stepping ~*~*~tactically~*~*~ (outnumbered).
 37543 | D:11     | 37543 ||| Stepping ~*~*~tactically~*~*~ (outnumbered).
 37545 | D:11     | 37545 ||| Stepping ~*~*~tactically~*~*~ (outnumbered).
 37547 | D:11     | 37547 ||| Stepping ~*~*~tactically~*~*~ (outnumbered).
 37549 | D:11     | 37549 ||| Stepping ~*~*~tactically~*~*~ (outnumbered).
 37551 | D:11     | 37551 ||| Stepping ~*~*~tactically~*~*~ (outnumbered).
 37553 | D:11     | 37553 ||| Stepping ~*~*~tactically~*~*~ (outnumbered).
 37555 | D:11     | 37555 ||| Stepping ~*~*~tactically~*~*~ (outnumbered).
 37557 | D:11     | 37557 ||| Stepping ~*~*~tactically~*~*~ (outnumbered).
 37559 | D:11     | 37559 ||| Stepping ~*~*~tactically~*~*~ (outnumbered).
 37561 | D:11     | 37561 ||| Stepping ~*~*~tactically~*~*~ (outnumbered).
 37563 | D:11     | 37563 ||| Stepping ~*~*~tactically~*~*~ (outnumbered).
 37565 | D:11     | 37565 ||| Stepping ~*~*~tactically~*~*~ (outnumbered).
 37567 | D:11     | 37567 ||| Stepping ~*~*~tactically~*~*~ (outnumbered).
 37569 | D:11     | 37569 ||| Stepping ~*~*~tactically~*~*~ (outnumbered).
 37571 | D:11     | 37571 ||| Stepping ~*~*~tactically~*~*~ (outnumbered).
 37573 | D:11     | 37573 ||| Stepping ~*~*~tactically~*~*~ (outnumbered).
 37575 | D:11     | 37575 ||| Stepping ~*~*~tactically~*~*~ (outnumbered).
 37577 | D:11     | 37577 ||| Stepping ~*~*~tactically~*~*~ (outnumbered).
 37579 | D:11     | 37579 ||| Stepping ~*~*~tactically~*~*~ (outnumbered).
 37581 | D:11     | 37581 ||| Stepping ~*~*~tactically~*~*~ (outnumbered).
 37583 | D:11     | 37583 ||| Stepping ~*~*~tactically~*~*~ (outnumbered).
 37585 | D:11     | 37585 ||| Stepping ~*~*~tactically~*~*~ (outnumbered).
 37587 | D:11     | 37587 ||| Stepping ~*~*~tactically~*~*~ (outnumbered).
 37589 | D:11     | 37589 ||| Stepping ~*~*~tactically~*~*~ (outnumbered).
 37591 | D:11     | 37591 ||| Stepping ~*~*~tactically~*~*~ (outnumbered).
 37593 | D:11     | 37593 ||| Stepping ~*~*~tactically~*~*~ (outnumbered).
 37595 | D:11     | 37595 ||| Stepping ~*~*~tactically~*~*~ (outnumbered).
 37597 | D:11     | 37597 ||| Stepping ~*~*~tactically~*~*~ (outnumbered).
 37599 | D:11     | 37599 ||| Stepping ~*~*~tactically~*~*~ (outnumbered).
 37601 | D:11     | 37601 ||| Stepping ~*~*~tactically~*~*~ (outnumbered).
 37602 | D:11     | Glimpsed the power of Zot.
 37603 | D:11     | 37603 ||| Stepping ~*~*~tactically~*~*~ (outnumbered).
 37605 | D:11     | 37605 ||| Stepping ~*~*~tactically~*~*~ (outnumbered).
 37607 | D:11     | 37607 ||| Stepping ~*~*~tactically~*~*~ (outnumbered).
 37609 | D:11     | 37609 ||| Stepping ~*~*~tactically~*~*~ (outnumbered).
 37611 | D:11     | 37611 ||| Stepping ~*~*~tactically~*~*~ (outnumbered).
 37613 | D:11     | 37613 ||| Stepping ~*~*~tactically~*~*~ (outnumbered).
 37615 | D:11     | 37615 ||| Stepping ~*~*~tactically~*~*~ (outnumbered).
 37617 | D:11     | 37617 ||| Stepping ~*~*~tactically~*~*~ (outnumbered).
 37619 | D:11     | 37619 ||| Stepping ~*~*~tactically~*~*~ (outnumbered).
 37621 | D:11     | 37621 ||| Stepping ~*~*~tactically~*~*~ (outnumbered).
 37623 | D:11     | 37623 ||| Stepping ~*~*~tactically~*~*~ (outnumbered).
 37625 | D:11     | 37625 ||| Stepping ~*~*~tactically~*~*~ (outnumbered).
 37627 | D:11     | 37627 ||| Stepping ~*~*~tactically~*~*~ (outnumbered).
 37629 | D:11     | 37629 ||| Stepping ~*~*~tactically~*~*~ (outnumbered).
 37631 | D:11     | 37631 ||| Stepping ~*~*~tactically~*~*~ (outnumbered).
 37633 | D:11     | 37633 ||| Stepping ~*~*~tactically~*~*~ (outnumbered).
 37635 | D:11     | 37635 ||| Stepping ~*~*~tactically~*~*~ (outnumbered).
 37637 | D:11     | 37637 ||| Stepping ~*~*~tactically~*~*~ (outnumbered).
 37639 | D:11     | 37639 ||| Stepping ~*~*~tactically~*~*~ (outnumbered).
 37641 | D:11     | 37641 ||| Stepping ~*~*~tactically~*~*~ (outnumbered).
 37643 | D:11     | 37643 ||| Stepping ~*~*~tactically~*~*~ (outnumbered).
 37645 | D:11     | 37645 ||| Stepping ~*~*~tactically~*~*~ (outnumbered).
 37647 | D:11     | 37647 ||| Stepping ~*~*~tactically~*~*~ (outnumbered).
 37649 | D:11     | 37649 ||| Stepping ~*~*~tactically~*~*~ (outnumbered).
 37651 | D:11     | 37651 ||| Stepping ~*~*~tactically~*~*~ (outnumbered).
 37653 | D:11     | 37653 ||| Stepping ~*~*~tactically~*~*~ (outnumbered).
 37655 | D:11     | 37655 ||| Stepping ~*~*~tactically~*~*~ (outnumbered).
 37657 | D:11     | 37657 ||| Stepping ~*~*~tactically~*~*~ (outnumbered).
 37659 | D:11     | 37659 ||| Stepping ~*~*~tactically~*~*~ (outnumbered).
 37661 | D:11     | 37661 ||| Stepping ~*~*~tactically~*~*~ (outnumbered).
 37663 | D:11     | 37663 ||| Stepping ~*~*~tactically~*~*~ (outnumbered).
 37665 | D:11     | 37665 ||| Stepping ~*~*~tactically~*~*~ (outnumbered).
 37667 | D:11     | 37667 ||| Stepping ~*~*~tactically~*~*~ (outnumbered).
 37669 | D:11     | 37669 ||| Stepping ~*~*~tactically~*~*~ (outnumbered).
 37671 | D:11     | 37671 ||| Stepping ~*~*~tactically~*~*~ (outnumbered).
 37673 | D:11     | 37673 ||| Stepping ~*~*~tactically~*~*~ (outnumbered).
 37675 | D:11     | 37675 ||| Stepping ~*~*~tactically~*~*~ (outnumbered).
 37677 | D:11     | 37677 ||| Stepping ~*~*~tactically~*~*~ (outnumbered).
 37679 | D:11     | 37679 ||| Stepping ~*~*~tactically~*~*~ (outnumbered).
 37681 | D:11     | 37681 ||| Stepping ~*~*~tactically~*~*~ (outnumbered).
 37683 | D:11     | 37683 ||| Stepping ~*~*~tactically~*~*~ (outnumbered).
 37685 | D:11     | 37685 ||| Stepping ~*~*~tactically~*~*~ (outnumbered).
 37687 | D:11     | 37687 ||| Stepping ~*~*~tactically~*~*~ (outnumbered).
 37689 | D:11     | 37689 ||| Stepping ~*~*~tactically~*~*~ (outnumbered).
 37691 | D:11     | 37691 ||| Stepping ~*~*~tactically~*~*~ (outnumbered).
 37693 | D:11     | 37693 ||| Stepping ~*~*~tactically~*~*~ (outnumbered).
 37695 | D:11     | 37695 ||| Stepping ~*~*~tactically~*~*~ (outnumbered).
 37697 | D:11     | 37697 ||| Stepping ~*~*~tactically~*~*~ (outnumbered).
 37699 | D:11     | 37699 ||| Stepping ~*~*~tactically~*~*~ (outnumbered).
 37701 | D:11     | 37701 ||| Stepping ~*~*~tactically~*~*~ (outnumbered).
 37703 | D:11     | 37703 ||| Stepping ~*~*~tactically~*~*~ (outnumbered).
 37705 | D:11     | 37705 ||| Stepping ~*~*~tactically~*~*~ (outnumbered).
 37707 | D:11     | 37707 ||| Stepping ~*~*~tactically~*~*~ (outnumbered).
 37709 | D:11     | 37709 ||| Stepping ~*~*~tactically~*~*~ (outnumbered).
 37711 | D:11     | 37711 ||| Stepping ~*~*~tactically~*~*~ (outnumbered).
 37713 | D:11     | 37713 ||| Stepping ~*~*~tactically~*~*~ (outnumbered).
 37715 | D:11     | 37715 ||| Stepping ~*~*~tactically~*~*~ (outnumbered).
 37717 | D:11     | 37717 ||| Stepping ~*~*~tactically~*~*~ (outnumbered).
 37719 | D:11     | 37719 ||| Stepping ~*~*~tactically~*~*~ (outnumbered).
 37721 | D:11     | 37721 ||| Stepping ~*~*~tactically~*~*~ (outnumbered).
 37723 | D:11     | 37723 ||| Stepping ~*~*~tactically~*~*~ (outnumbered).
 37725 | D:11     | 37725 ||| Stepping ~*~*~tactically~*~*~ (outnumbered).
 37727 | D:11     | 37727 ||| Stepping ~*~*~tactically~*~*~ (outnumbered).
 37729 | D:11     | 37729 ||| Stepping ~*~*~tactically~*~*~ (outnumbered).
 37731 | D:11     | 37731 ||| Stepping ~*~*~tactically~*~*~ (outnumbered).
 37733 | D:11     | 37733 ||| Stepping ~*~*~tactically~*~*~ (outnumbered).
 37735 | D:11     | 37735 ||| Stepping ~*~*~tactically~*~*~ (outnumbered).
 37737 | D:11     | 37737 ||| Stepping ~*~*~tactically~*~*~ (outnumbered).
 37739 | D:11     | 37739 ||| Stepping ~*~*~tactically~*~*~ (outnumbered).
 37741 | D:11     | 37741 ||| Stepping ~*~*~tactically~*~*~ (outnumbered).
 37743 | D:11     | 37743 ||| Stepping ~*~*~tactically~*~*~ (outnumbered).
 37745 | D:11     | 37745 ||| Stepping ~*~*~tactically~*~*~ (outnumbered).
 37747 | D:11     | 37747 ||| Stepping ~*~*~tactically~*~*~ (outnumbered).
 37749 | D:11     | 37749 ||| Stepping ~*~*~tactically~*~*~ (outnumbered).
 37751 | D:11     | 37751 ||| Stepping ~*~*~tactically~*~*~ (outnumbered).
 37753 | D:11     | 37753 ||| Stepping ~*~*~tactically~*~*~ (outnumbered).
 37755 | D:11     | 37755 ||| Stepping ~*~*~tactically~*~*~ (outnumbered).
 37757 | D:11     | 37757 ||| Stepping ~*~*~tactically~*~*~ (outnumbered).
 37759 | D:11     | 37759 ||| Stepping ~*~*~tactically~*~*~ (outnumbered).
 37761 | D:11     | 37761 ||| Stepping ~*~*~tactically~*~*~ (outnumbered).
 37763 | D:11     | 37763 ||| Stepping ~*~*~tactically~*~*~ (outnumbered).
 37765 | D:11     | 37765 ||| Stepping ~*~*~tactically~*~*~ (outnumbered).
 37767 | D:11     | 37767 ||| Stepping ~*~*~tactically~*~*~ (outnumbered).
 37769 | D:11     | 37769 ||| Stepping ~*~*~tactically~*~*~ (outnumbered).
 37771 | D:11     | 37771 ||| Stepping ~*~*~tactically~*~*~ (outnumbered).
 37773 | D:11     | 37773 ||| Stepping ~*~*~tactically~*~*~ (outnumbered).
 37775 | D:11     | 37775 ||| Stepping ~*~*~tactically~*~*~ (outnumbered).
 37777 | D:11     | 37777 ||| Stepping ~*~*~tactically~*~*~ (outnumbered).
 37779 | D:11     | 37779 ||| Stepping ~*~*~tactically~*~*~ (outnumbered).
 37781 | D:11     | 37781 ||| Stepping ~*~*~tactically~*~*~ (outnumbered).
 37783 | D:11     | 37783 ||| Stepping ~*~*~tactically~*~*~ (outnumbered).
 37785 | D:11     | 37785 ||| Stepping ~*~*~tactically~*~*~ (outnumbered).
 37787 | D:11     | 37787 ||| Stepping ~*~*~tactically~*~*~ (outnumbered).
 37789 | D:11     | 37789 ||| Stepping ~*~*~tactically~*~*~ (outnumbered).
 37791 | D:11     | 37791 ||| Stepping ~*~*~tactically~*~*~ (outnumbered).
 37793 | D:11     | 37793 ||| Stepping ~*~*~tactically~*~*~ (outnumbered).
 37795 | D:11     | 37795 ||| Stepping ~*~*~tactically~*~*~ (outnumbered).
 37797 | D:11     | 37797 ||| Stepping ~*~*~tactically~*~*~ (outnumbered).
 37799 | D:11     | 37799 ||| Stepping ~*~*~tactically~*~*~ (outnumbered).
 37801 | D:11     | 37801 ||| Stepping ~*~*~tactically~*~*~ (outnumbered).
 37803 | D:11     | 37803 ||| Stepping ~*~*~tactically~*~*~ (outnumbered).
 37805 | D:11     | 37805 ||| Stepping ~*~*~tactically~*~*~ (outnumbered).
 37807 | D:11     | 37807 ||| Stepping ~*~*~tactically~*~*~ (outnumbered).
 37809 | D:11     | 37809 ||| Stepping ~*~*~tactically~*~*~ (outnumbered).
 37811 | D:11     | 37811 ||| Stepping ~*~*~tactically~*~*~ (outnumbered).
 37813 | D:11     | 37813 ||| Stepping ~*~*~tactically~*~*~ (outnumbered).
 37815 | D:11     | 37815 ||| Stepping ~*~*~tactically~*~*~ (outnumbered).
 37817 | D:11     | 37817 ||| Stepping ~*~*~tactically~*~*~ (outnumbered).
 37819 | D:11     | 37819 ||| Stepping ~*~*~tactically~*~*~ (outnumbered).
 37821 | D:11     | 37821 ||| Stepping ~*~*~tactically~*~*~ (outnumbered).
 37823 | D:11     | 37823 ||| Stepping ~*~*~tactically~*~*~ (outnumbered).
 37825 | D:11     | 37825 ||| Stepping ~*~*~tactically~*~*~ (outnumbered).
 37827 | D:11     | 37827 ||| Stepping ~*~*~tactically~*~*~ (outnumbered).
 37829 | D:11     | 37829 ||| Stepping ~*~*~tactically~*~*~ (outnumbered).
 37831 | D:11     | 37831 ||| Stepping ~*~*~tactically~*~*~ (outnumbered).
 37833 | D:11     | 37833 ||| Stepping ~*~*~tactically~*~*~ (outnumbered).
 37835 | D:11     | 37835 ||| Stepping ~*~*~tactically~*~*~ (outnumbered).
 37837 | D:11     | 37837 ||| Stepping ~*~*~tactically~*~*~ (outnumbered).
 37839 | D:11     | 37839 ||| Stepping ~*~*~tactically~*~*~ (outnumbered).
 37841 | D:11     | 37841 ||| Stepping ~*~*~tactically~*~*~ (outnumbered).
 37843 | D:11     | 37843 ||| Stepping ~*~*~tactically~*~*~ (outnumbered).
 37845 | D:11     | 37845 ||| Stepping ~*~*~tactically~*~*~ (outnumbered).
 37847 | D:11     | 37847 ||| Stepping ~*~*~tactically~*~*~ (outnumbered).
 37849 | D:11     | 37849 ||| Stepping ~*~*~tactically~*~*~ (outnumbered).
 37851 | D:11     | 37851 ||| Stepping ~*~*~tactically~*~*~ (outnumbered).
 37853 | D:11     | 37853 ||| Stepping ~*~*~tactically~*~*~ (outnumbered).
 37855 | D:11     | 37855 ||| Stepping ~*~*~tactically~*~*~ (outnumbered).
 37857 | D:11     | 37857 ||| Stepping ~*~*~tactically~*~*~ (outnumbered).
 37859 | D:11     | 37859 ||| Stepping ~*~*~tactically~*~*~ (outnumbered).
 37861 | D:11     | 37861 ||| Stepping ~*~*~tactically~*~*~ (outnumbered).
 37863 | D:11     | 37863 ||| Stepping ~*~*~tactically~*~*~ (outnumbered).
 37865 | D:11     | 37865 ||| Stepping ~*~*~tactically~*~*~ (outnumbered).
 37867 | D:11     | 37867 ||| Stepping ~*~*~tactically~*~*~ (outnumbered).
 37869 | D:11     | 37869 ||| Stepping ~*~*~tactically~*~*~ (outnumbered).
 37871 | D:11     | 37871 ||| Stepping ~*~*~tactically~*~*~ (outnumbered).
 37873 | D:11     | 37873 ||| Stepping ~*~*~tactically~*~*~ (outnumbered).
 37875 | D:11     | 37875 ||| Stepping ~*~*~tactically~*~*~ (outnumbered).
 37877 | D:11     | 37877 ||| Stepping ~*~*~tactically~*~*~ (outnumbered).
 37879 | D:11     | 37879 ||| Stepping ~*~*~tactically~*~*~ (outnumbered).
 37881 | D:11     | 37881 ||| Stepping ~*~*~tactically~*~*~ (outnumbered).
 37883 | D:11     | 37883 ||| Stepping ~*~*~tactically~*~*~ (outnumbered).
 37885 | D:11     | 37885 ||| Stepping ~*~*~tactically~*~*~ (outnumbered).
 37887 | D:11     | 37887 ||| Stepping ~*~*~tactically~*~*~ (outnumbered).
 37889 | D:11     | 37889 ||| Stepping ~*~*~tactically~*~*~ (outnumbered).
 37891 | D:11     | 37891 ||| Stepping ~*~*~tactically~*~*~ (outnumbered).
 37893 | D:11     | 37893 ||| Stepping ~*~*~tactically~*~*~ (outnumbered).
 37895 | D:11     | 37895 ||| Stepping ~*~*~tactically~*~*~ (outnumbered).
 37897 | D:11     | 37897 ||| Stepping ~*~*~tactically~*~*~ (outnumbered).
 37899 | D:11     | 37899 ||| Stepping ~*~*~tactically~*~*~ (outnumbered).
 37901 | D:11     | 37901 ||| Stepping ~*~*~tactically~*~*~ (outnumbered).
 37903 | D:11     | 37903 ||| Stepping ~*~*~tactically~*~*~ (outnumbered).
 37905 | D:11     | 37905 ||| Stepping ~*~*~tactically~*~*~ (outnumbered).
 37907 | D:11     | 37907 ||| Stepping ~*~*~tactically~*~*~ (outnumbered).
 37909 | D:11     | 37909 ||| Stepping ~*~*~tactically~*~*~ (outnumbered).
 37911 | D:11     | 37911 ||| Stepping ~*~*~tactically~*~*~ (outnumbered).
 37913 | D:11     | 37913 ||| Stepping ~*~*~tactically~*~*~ (outnumbered).
 37915 | D:11     | 37915 ||| Stepping ~*~*~tactically~*~*~ (outnumbered).
 37917 | D:11     | 37917 ||| Stepping ~*~*~tactically~*~*~ (outnumbered).
 37919 | D:11     | 37919 ||| Stepping ~*~*~tactically~*~*~ (outnumbered).
 37921 | D:11     | 37921 ||| Stepping ~*~*~tactically~*~*~ (outnumbered).
 37923 | D:11     | 37923 ||| Stepping ~*~*~tactically~*~*~ (outnumbered).
 37925 | D:11     | 37925 ||| Stepping ~*~*~tactically~*~*~ (outnumbered).
 37927 | D:11     | 37927 ||| Stepping ~*~*~tactically~*~*~ (outnumbered).
 37929 | D:11     | 37929 ||| Stepping ~*~*~tactically~*~*~ (outnumbered).
 37931 | D:11     | 37931 ||| Stepping ~*~*~tactically~*~*~ (outnumbered).
 37933 | D:11     | 37933 ||| Stepping ~*~*~tactically~*~*~ (outnumbered).
 37935 | D:11     | 37935 ||| Stepping ~*~*~tactically~*~*~ (outnumbered).
 37937 | D:11     | 37937 ||| Stepping ~*~*~tactically~*~*~ (outnumbered).
 37939 | D:11     | 37939 ||| Stepping ~*~*~tactically~*~*~ (outnumbered).
 37941 | D:11     | 37941 ||| Stepping ~*~*~tactically~*~*~ (outnumbered).
 37943 | D:11     | 37943 ||| Stepping ~*~*~tactically~*~*~ (outnumbered).
 37945 | D:11     | 37945 ||| Stepping ~*~*~tactically~*~*~ (outnumbered).
 37947 | D:11     | 37947 ||| Stepping ~*~*~tactically~*~*~ (outnumbered).
 37949 | D:11     | 37949 ||| Stepping ~*~*~tactically~*~*~ (outnumbered).
 37951 | D:11     | 37951 ||| Stepping ~*~*~tactically~*~*~ (outnumbered).
 37953 | D:11     | 37953 ||| Stepping ~*~*~tactically~*~*~ (outnumbered).
 37955 | D:11     | 37955 ||| Stepping ~*~*~tactically~*~*~ (outnumbered).
 37957 | D:11     | 37957 ||| Stepping ~*~*~tactically~*~*~ (outnumbered).
 37959 | D:11     | 37959 ||| Stepping ~*~*~tactically~*~*~ (outnumbered).
 37961 | D:11     | 37961 ||| Stepping ~*~*~tactically~*~*~ (outnumbered).
 37963 | D:11     | 37963 ||| Stepping ~*~*~tactically~*~*~ (outnumbered).
 37965 | D:11     | 37965 ||| Stepping ~*~*~tactically~*~*~ (outnumbered).
 37967 | D:11     | 37967 ||| Stepping ~*~*~tactically~*~*~ (outnumbered).
 37969 | D:11     | 37969 ||| Stepping ~*~*~tactically~*~*~ (outnumbered).
 37971 | D:11     | 37971 ||| Stepping ~*~*~tactically~*~*~ (outnumbered).
 37973 | D:11     | 37973 ||| Stepping ~*~*~tactically~*~*~ (outnumbered).
 37975 | D:11     | 37975 ||| Stepping ~*~*~tactically~*~*~ (outnumbered).
 37977 | D:11     | 37977 ||| Stepping ~*~*~tactically~*~*~ (outnumbered).
 37979 | D:11     | 37979 ||| Stepping ~*~*~tactically~*~*~ (outnumbered).
 37981 | D:11     | 37981 ||| Stepping ~*~*~tactically~*~*~ (outnumbered).
 37983 | D:11     | 37983 ||| Stepping ~*~*~tactically~*~*~ (outnumbered).
 37985 | D:11     | 37985 ||| Stepping ~*~*~tactically~*~*~ (outnumbered).
 37987 | D:11     | 37987 ||| Stepping ~*~*~tactically~*~*~ (outnumbered).
 37989 | D:11     | 37989 ||| Stepping ~*~*~tactically~*~*~ (outnumbered).
 37991 | D:11     | 37991 ||| Stepping ~*~*~tactically~*~*~ (outnumbered).
 37993 | D:11     | 37993 ||| Stepping ~*~*~tactically~*~*~ (outnumbered).
 37995 | D:11     | 37995 ||| Stepping ~*~*~tactically~*~*~ (outnumbered).
 37997 | D:11     | 37997 ||| Stepping ~*~*~tactically~*~*~ (outnumbered).
 37999 | D:11     | 37999 ||| Stepping ~*~*~tactically~*~*~ (outnumbered).
 38001 | D:11     | 38001 ||| Stepping ~*~*~tactically~*~*~ (outnumbered).
 38002 | D:11     | Glimpsed the power of Zot.
 38003 | D:11     | 38003 ||| Stepping ~*~*~tactically~*~*~ (outnumbered).
 38005 | D:11     | 38005 ||| Stepping ~*~*~tactically~*~*~ (outnumbered).
 38007 | D:11     | 38007 ||| Stepping ~*~*~tactically~*~*~ (outnumbered).
 38009 | D:11     | 38009 ||| Stepping ~*~*~tactically~*~*~ (outnumbered).
 38011 | D:11     | 38011 ||| Stepping ~*~*~tactically~*~*~ (outnumbered).
 38013 | D:11     | 38013 ||| Stepping ~*~*~tactically~*~*~ (outnumbered).
 38015 | D:11     | 38015 ||| Stepping ~*~*~tactically~*~*~ (outnumbered).
 38017 | D:11     | 38017 ||| Stepping ~*~*~tactically~*~*~ (outnumbered).
 38019 | D:11     | 38019 ||| Stepping ~*~*~tactically~*~*~ (outnumbered).
 38021 | D:11     | 38021 ||| Stepping ~*~*~tactically~*~*~ (outnumbered).
 38023 | D:11     | 38023 ||| Stepping ~*~*~tactically~*~*~ (outnumbered).
 38025 | D:11     | 38025 ||| Stepping ~*~*~tactically~*~*~ (outnumbered).
 38027 | D:11     | 38027 ||| Stepping ~*~*~tactically~*~*~ (outnumbered).
 38029 | D:11     | 38029 ||| Stepping ~*~*~tactically~*~*~ (outnumbered).
 38031 | D:11     | 38031 ||| Stepping ~*~*~tactically~*~*~ (outnumbered).
 38033 | D:11     | 38033 ||| Stepping ~*~*~tactically~*~*~ (outnumbered).
 38035 | D:11     | 38035 ||| Stepping ~*~*~tactically~*~*~ (outnumbered).
 38037 | D:11     | 38037 ||| Stepping ~*~*~tactically~*~*~ (outnumbered).
 38039 | D:11     | 38039 ||| Stepping ~*~*~tactically~*~*~ (outnumbered).
 38041 | D:11     | 38041 ||| Stepping ~*~*~tactically~*~*~ (outnumbered).
 38043 | D:11     | 38043 ||| Stepping ~*~*~tactically~*~*~ (outnumbered).
 38045 | D:11     | 38045 ||| Stepping ~*~*~tactically~*~*~ (outnumbered).
 38047 | D:11     | 38047 ||| Stepping ~*~*~tactically~*~*~ (outnumbered).
 38049 | D:11     | 38049 ||| Stepping ~*~*~tactically~*~*~ (outnumbered).
 38051 | D:11     | 38051 ||| Stepping ~*~*~tactically~*~*~ (outnumbered).
 38053 | D:11     | 38053 ||| Stepping ~*~*~tactically~*~*~ (outnumbered).
 38055 | D:11     | 38055 ||| Stepping ~*~*~tactically~*~*~ (outnumbered).
 38057 | D:11     | 38057 ||| Stepping ~*~*~tactically~*~*~ (outnumbered).
 38059 | D:11     | 38059 ||| Stepping ~*~*~tactically~*~*~ (outnumbered).
 38061 | D:11     | 38061 ||| Stepping ~*~*~tactically~*~*~ (outnumbered).
 38063 | D:11     | 38063 ||| Stepping ~*~*~tactically~*~*~ (outnumbered).
 38065 | D:11     | 38065 ||| Stepping ~*~*~tactically~*~*~ (outnumbered).
 38067 | D:11     | 38067 ||| Stepping ~*~*~tactically~*~*~ (outnumbered).
 38069 | D:11     | 38069 ||| Stepping ~*~*~tactically~*~*~ (outnumbered).
 38071 | D:11     | 38071 ||| Stepping ~*~*~tactically~*~*~ (outnumbered).
 38073 | D:11     | 38073 ||| Stepping ~*~*~tactically~*~*~ (outnumbered).
 38075 | D:11     | 38075 ||| Stepping ~*~*~tactically~*~*~ (outnumbered).
 38077 | D:11     | 38077 ||| Stepping ~*~*~tactically~*~*~ (outnumbered).
 38079 | D:11     | 38079 ||| Stepping ~*~*~tactically~*~*~ (outnumbered).
 38081 | D:11     | 38081 ||| Stepping ~*~*~tactically~*~*~ (outnumbered).
 38083 | D:11     | 38083 ||| Stepping ~*~*~tactically~*~*~ (outnumbered).
 38085 | D:11     | 38085 ||| Stepping ~*~*~tactically~*~*~ (outnumbered).
 38087 | D:11     | 38087 ||| Stepping ~*~*~tactically~*~*~ (outnumbered).
 38089 | D:11     | 38089 ||| Stepping ~*~*~tactically~*~*~ (outnumbered).
 38091 | D:11     | 38091 ||| Stepping ~*~*~tactically~*~*~ (outnumbered).
 38093 | D:11     | 38093 ||| Stepping ~*~*~tactically~*~*~ (outnumbered).
 38095 | D:11     | 38095 ||| Stepping ~*~*~tactically~*~*~ (outnumbered).
 38097 | D:11     | 38097 ||| Stepping ~*~*~tactically~*~*~ (outnumbered).
 38099 | D:11     | 38099 ||| Stepping ~*~*~tactically~*~*~ (outnumbered).
 38101 | D:11     | 38101 ||| Stepping ~*~*~tactically~*~*~ (outnumbered).
 38101 | D:11     | Tarried too long and was consumed by Zot

Levels and vault maps discovered:
D:1:      ncdulo_smallfort, layout_basic, shapermc_ecumenical_altar_pompeii
D:2:      layout_basic, uniq_terence
D:3:      layout_basic, uniq_grinder
D:4:      nicolae_cairo_tiling_very_big, layout_rooms, minmay_temple_entry_grid,
          nicolae_elevator_lobby_plus
D:5:      layout_basic, lemuel_doored_altar
D:6:      layout_gridville, uniq_edmund
D:7:      layout_loops_ring, uniq_prince_ribbit1
D:8:      layout_basic, enter_ossuary_4, serial_shops, nicolae_square_shop
D:9:      layout_cave_pools, grunt_ministairs_11
D:10:     layout_gridville, kennysheep_mini, okawaru_ov_weapons_minmay,
          david_orc_5, special_room [special_room_orc], enter_bailey_3,
          minmay_misc_feat_five
D:11:     layout_rooms, dpeg_oklobed_lair, serial_shops, shop

Skill      XL: |  1  2  3  4  5  6  7  8  9 10 11 |
---------------+----------------------------------+-----
Throwing       | 1 2 3 5 6 |  6.1
Unarmed Combat | 4 6 7 8 10 12 14 | 14.8
Dodging        | 1 2 |  2.4
Fighting       | 3 4 5 6 |  6.0
Armour         | 1 |  1.0
Spellcasting   | |  1.0
Fire Magic     | |  2.1

Action                   |  1- 3 |  4- 6 |  7- 9 | 10-12 || total
-------------------------+-------+-------+-------+-------++-------
Melee: Unarmed           |   100 |    61 |   271 |   206 ||   638
       Punch             |     2 |     6 |     9 |     9 ||    26
Throw: Large rock        |    23 |    19 |    50 |    13 ||   105
       Javelin           |    11 |       |       |       ||    11
Invok: Fiery Armour      |     1 |     1 |     3 |     7 ||    12
  Use: Scroll            |     5 |     3 |    15 |     4 ||    27
       Potion            |       |     2 |     7 |     4 ||    13
Armor: Robe              |    36 |    22 |    68 |    40 ||   166
       Troll leather arm |       |       |       |    22 ||    22
Dodge: Dodged            |    38 |    24 |   130 |    53 ||   245
Block: Other             |       |       |    21 |    42 ||    63
       Reflection        |       |       |     5 |     9 ||    14

Table legend:
 A = Non-vault XP
 B = Vault XP
 C = Vault XP percentage of total XP
 D = Non-vault monster count
 E = Vault monster count
 F = Vault count percentage of total count
                 A         B        C        D         E       F
            +---------+---------+-------+---------+---------+-------
      Total |   11016 |    3162 |  22.3 |     196 |      74 |  27.4
            +---------+---------+-------+---------+---------+-------
        D:1 |      42 |       0 |   0.0 |      25 |       0 |   0.0
        D:2 |      17 |      36 |  67.9 |      10 |       1 |   9.1
        D:3 |      29 |     277 |  90.5 |      11 |       1 |   8.3
        D:4 |     366 |       0 |   0.0 |      26 |       0 |   0.0
        D:5 |     553 |       0 |   0.0 |      24 |       0 |   0.0
        D:6 |     912 |     154 |  14.4 |      13 |       1 |   7.1
        D:7 |     986 |     268 |  21.4 |      23 |       1 |   4.2
        D:8 |     671 |       2 |   0.3 |      21 |       2 |   8.7
        D:9 |    1895 |     311 |  14.1 |      16 |       6 |  27.3
       D:10 |    4537 |    2014 |  30.7 |      19 |      51 |  72.9
       D:11 |    1008 |       0 |   0.0 |       8 |       0 |   0.0
    Ossuary |       0 |     100 | 100.0 |       0 |      11 | 100.0
            +---------+---------+-------+---------+---------+-------
